 Dungeon Crawl Stone Soup version 0.30-a0-154-gb106f4c828 (webtiles) character file.

Game seed: 1744520139620511390

1068 qw the Chopper (level 8, 1/1 HPs)
             Began as a Gargoyle Fighter on Sept 26, 2022.
             Quit the game on level 5 of the Dungeon on Sept 27, 2022.
             The game lasted 13:52:41 (273872 turns).

qw the Chopper (Gargoyle Fighter)                 Turns: 273872, Time: 13:52:42

Health: 1/1        AC: 15    Str: 22    XL:     8   Next: 28%
Magic:  8/8        EV:  7    Int:  9    God:
Gold:   190        SH:  5    Dex: 15    Spells: 7/7 levels left

rFire   . . .      SeeInvis .    Y - +1 war axe
rCold   . . .      Faith    .    c - +0 buckler
rNeg    + . .      Spirit   .    e - +0 chain mail
rPois   inf        Reflect  .    i - +0 helmet
rElec   +          Harm     .    (no cloak)
rCorr   .          Rampage  .    (no gloves)
Will    .....                    (no boots)
Stlth   ..........               (no amulet)
HPRegen 0.01/turn                f - +6 ring of dexterity
MPRegen 0.11/turn                (no ring)

@: bezotted
A: sickness immunity, AC +5, negative energy resistance 1, electricity
resistance, torment resistance 1, petrification resistance
a: no special abilities


You were on level 5 of the Dungeon.
You visited 1 branch of the dungeon, and saw 5 of its levels.

You collected 342 gold pieces.
You spent 152 gold pieces at shops.


Innate Abilities, Weirdness & Mutations

You are immune to sickness and miasma.
Your stone body is resilient. (AC +5)
You are immune to poison.
You resist negative energy. (rN+)
You are resistant to electric shocks. (rElec)
You are resistant to unholy torment.
You are immune to petrification.


   Skills:
 - Level 5.3 Fighting
 + Level 7.9 Axes
 - Level 3.2 Armour
 - Level 1.0 Dodging
 - Level 3.2 Shields


You had 7 spell levels left.
You didn't know any spells.
Your spell library was empty.

Inventory:

Hand Weapons
 j - a +0 morningstar
 Y - a +1 war axe (weapon)
Armour
 c - a +0 buckler (worn)
 e - a +0 chain mail (worn)
 i - a +0 helmet (worn)
Jewellery
 f - a +6 ring of dexterity (left hand)
Scrolls
 m - a scroll of identify
Potions
 a - a potion of lignification
 d - a potion of might
 g - a potion of mutation {unknown}
 h - a potion of attraction
 k - a potion of resistance
 l - 4 potions of curing
 q - a potion of heal wounds {unknown}

Dungeon Overview and Level Annotations

Branches:
Dungeon (5/15) Zot: 984
 Temple: D:4-7

Altars:
Ashenzari
Cheibriados
Nemelex Xobeh
Okawaru
Sif Muna
Uskayaw

Shops:
D:1 ?   D:3 [


Message History

273869 ||| FLEEEEING.
There is an open door here. [Hit ESC to exit interpreter.] > x, y, z = you.hp() > dsay(y) > toggle_debug() > dsay(y)
273872 ||| 1 > Saving game... please wait.
Lua error: /dgldir/rcfiles/crawl-bot-git/qwlua.rc:7727: '}' expected (to close '{' at line 7724) near '{' Welcome back, qw the Gargoyle Fighter.
Press ? for a list of commands and other information.
Saving game... please wait.
Welcome back, qw the Gargoyle Fighter.
Press ? for a list of commands and other information.
Existing waypoints: (1) D:4 (2) D:5 Assign waypoint to what number? (0-9, D - delete waypoint) Waypoint 2 re-assigned to D:5.
Enter note:
Enter note:
Enter note:
Enter note:
Enter note:
Enter note:
Enter note:
Enter note:
Enter note:
Enter note:
Enter note:
Enter note:
Enter note:
Enter note:
Enter note:
Enter note:
Enter note:
Enter note:
273872 ||| PLANNING OKAWARU WORSHIP Are you sure you want to abandon this character and quit the game? (Confirm with "yes".)

##...#...........
#.####.##.#.#######.
#.........###
######.#### ##'##
##...## #### #.
##.<...###.. ..
##.......##.# .##.
#........@#.##....?
+.........'........
#.........#.##...#
##..:....##.# #
##.....###.##
##...####..#####
##'##.....~g~...#
#.#......~~~.8.#
#...........8_8#


There were no monsters in sight!

Vanquished Creatures
  2 black bears (D:5)
  2 ogres
  A phantom (D:3)
  A bullfrog (D:4)
  2 scorpions
  3 jellies
  2 orc priests (D:3)
  An iguana (D:4)
  5 orc wizards
  Robin (D:2)
  6 adders
  A worm (D:2)
  3 dart slugs
  12 orcs
  4 bats
  7 endoplasms
  3 giant cockroaches
  17 goblins
  7 hobgoblins
  3 jackals (D:1)
  4 quokkas
  9 ball pythons
  5 frilled lizards
  3 kobolds
  4 rats
108 creatures vanquished.

Vanquished Creatures (others)
  A plant (D:3)
1 creature vanquished.

Grand Total: 109 creatures vanquished

Notes
Turn   | Place    | Note
-------+----------+-------------------------------------------
     0 | D:1      | qw the Gargoyle Fighter began the quest for the Orb.
     0 | D:1      | Reached XP level 1. HP: 14/14 MP: 1/1
     0 | D:1      | 0 ||| qw: Version: 0.2-a-10-g399e6c4
     0 | D:1      | 0 ||| qw: Game counter: 539
     0 | D:1      | 0 ||| qw: Always use a shield: true
     0 | D:1      | 0 ||| qw: God list: Okawaru
     0 | D:1      | 0 ||| qw: Allow faded altars: false
     0 | D:1      | 0 ||| qw: Do Orc after D:15 true
     0 | D:1      | 0 ||| qw: Do second Lair branch before Depths: true
     0 | D:1      | 0 ||| qw: Lair rune preference: random
     0 | D:1      | 0 ||| qw: Plans: Normal, Zot:1-4, God:TSO, Crypt, Tomb,
                  | Pan, Slime:5, Hells, Abyss, Orb
     0 | D:1      | 0 ||| PLANNING D:1-11
    30 | D:1      | 30 ||| Stepping ~*~*~tactically~*~*~ (hiding).
    37 | D:1      | Reached skill level 2 in Axes
    75 | D:1      | Reached XP level 2. HP: 12/19 MP: 2/2
    85 | D:1      | 85 ||| Stepping ~*~*~tactically~*~*~ (stealth).
   354 | D:1      | Reached skill level 3 in Axes
   398 | D:1      | Found a faded altar of an unknown god.
   564 | D:1      | Reached XP level 3. HP: 20/23 MP: 3/3
   690 | D:1      | Found Metaicog's Magic Scroll Shoppe.
   698 | D:1      | 698 ||| SHOPLISTING scroll of enchant armour (75 gold, have
                  | 64).
   698 | D:1      | 698 ||| BUYING scroll of identify (20 gold).
   698 | D:1      | Bought a scroll of identify for 20 gold pieces
   698 | D:1      | 698 ||| BUYING scroll of identify (20 gold).
   698 | D:1      | Bought a scroll of identify for 20 gold pieces
   698 | D:1      | 698 ||| SHOPLISTING scroll of teleportation (30 gold, have
                  | 24).
   753 | D:1      | 753 ||| UPGRADING to +6 ring of dexterity.
   754 | D:1      | 754 ||| DROPPING ring of wizardry.
   755 | D:1      | 755 ||| READING scroll labelled ITYZAQYIXT.
   756 | D:1      | 756 ||| READING scroll labelled USEISMIL EWIA.
   757 | D:1      | 757 ||| READING scroll labelled ZYUSMU WYICIOMEE.
   758 | D:1      | 758 ||| READING scroll labelled VYATHROGHO.
   759 | D:1      | 759 ||| READING 2 scrolls of identify.
   759 | D:1      | 759 ||| IDENTIFYING yellow potion
   760 | D:1      | 760 ||| DROPPING potion of brilliance.
   782 | D:2      | Found a broken altar of Ashenzari.
   959 | D:2      | 959 ||| Stepping ~*~*~tactically~*~*~ (hiding).
   976 | D:2      | 976 ||| FLEEEEING.
   977 | D:2      | 977 ||| FLEEEEING.
   986 | D:2      | 986 ||| Stepping ~*~*~tactically~*~*~ (stealth).
   987 | D:2      | Noticed Robin
   988 | D:2      | 988 ||| Stepping ~*~*~tactically~*~*~ (hiding).
   992 | D:2      | 992 ||| Stepping ~*~*~tactically~*~*~ (hiding).
   993 | D:2      | 993 ||| Stepping ~*~*~tactically~*~*~ (hiding).
   997 | D:2      | Reached skill level 1 in Dodging
   998 | D:2      | HP: 4/23 [Robin/+0 dagger (3)]
   999 | D:2      | Killed Robin
  1000 | D:2      | Reached XP level 4. HP: 5/28 MP: 4/4
  1000 | D:2      | 1000 ||| FLEEEEING.
  1002 | D:2      | 1002 ||| FLEEEEING.
  1003 | D:2      | 1003 ||| FLEEEEING.
  1004 | D:2      | 1004 ||| FLEEEEING.
  1005 | D:2      | 1005 ||| FLEEEEING.
  1006 | D:2      | 1006 ||| FLEEEEING.
  1007 | D:2      | 1007 ||| FLEEEEING.
  1008 | D:2      | 1008 ||| FLEEEEING.
  1009 | D:2      | 1009 ||| FLEEEEING.
  1010 | D:2      | 1010 ||| FLEEEEING.
  1011 | D:2      | 1011 ||| FLEEEEING.
  1012 | D:2      | 1012 ||| FLEEEEING.
  1013 | D:2      | 1013 ||| FLEEEEING.
  1016 | D:2      | 1016 ||| FLEEEEING.
  1017 | D:2      | 1017 ||| FLEEEEING.
  1018 | D:2      | 1018 ||| FLEEEEING.
  1019 | D:2      | 1019 ||| FLEEEEING.
  1020 | D:2      | 1020 ||| FLEEEEING.
  1021 | D:2      | 1021 ||| FLEEEEING.
  1022 | D:2      | 1022 ||| FLEEEEING.
  1023 | D:2      | 1023 ||| FLEEEEING.
  1024 | D:2      | 1024 ||| FLEEEEING.
  1025 | D:2      | 1025 ||| FLEEEEING.
  1026 | D:2      | 1026 ||| FLEEEEING.
  1027 | D:2      | 1027 ||| FLEEEEING.
  1028 | D:2      | 1028 ||| FLEEEEING.
  1029 | D:2      | 1029 ||| FLEEEEING.
  1030 | D:2      | 1030 ||| FLEEEEING.
  1031 | D:2      | 1031 ||| FLEEEEING.
  1032 | D:2      | 1032 ||| FLEEEEING.
  1033 | D:2      | 1033 ||| FLEEEEING.
  1034 | D:2      | 1034 ||| FLEEEEING.
  1035 | D:2      | 1035 ||| FLEEEEING.
  1036 | D:2      | 1036 ||| FLEEEEING.
  1037 | D:2      | 1037 ||| FLEEEEING.
  1038 | D:2      | 1038 ||| FLEEEEING.
  1039 | D:2      | 1039 ||| FLEEEEING.
  1040 | D:2      | 1040 ||| FLEEEEING.
  1041 | D:2      | 1041 ||| FLEEEEING.
  1042 | D:2      | 1042 ||| FLEEEEING.
  1043 | D:2      | 1043 ||| FLEEEEING.
  1044 | D:2      | 1044 ||| FLEEEEING.
  1045 | D:2      | 1045 ||| FLEEEEING.
  1046 | D:2      | 1046 ||| FLEEEEING.
  1047 | D:2      | 1047 ||| FLEEEEING.
  1050 | D:2      | 1050 ||| STAIRDANCE
  1245 | D:1      | 1245 ||| READING scroll labelled AMUILO BEOMURPH.
  1692 | D:2      | 1692 ||| DROPPING +0 club.
  1786 | D:2      | 1786 ||| UPGRADING to +0 helmet.
  1791 | D:2      | 1791 ||| READING scroll labelled GINOEF ZOYSU.
  1813 | D:3      | 1813 ||| Stepping ~*~*~tactically~*~*~ (stealth).
  1834 | D:3      | Reached skill level 4 in Axes
  1841 | D:3      | Found Dijostro's Antique Armour Shoppe.
  1850 | D:3      | 1850 ||| BUYING chain mail (112 gold).
  1850 | D:3      | Bought a chain mail for 112 gold pieces
  1850 | D:3      | 1850 ||| SHOPLISTING pair of boots (112 gold, have 31).
  1850 | D:3      | 1850 ||| SHOPLISTING plate armour (575 gold, have 31).
  1909 | D:3      | 1909 ||| Stepping ~*~*~tactically~*~*~ (stealth).
  1913 | D:3      | 1913 ||| Stepping ~*~*~tactically~*~*~ (stealth).
  1957 | D:3      | 1957 ||| Stepping ~*~*~tactically~*~*~ (stealth).
  1960 | D:3      | 1960 ||| Stepping ~*~*~tactically~*~*~ (stealth).
  1966 | D:3      | 1966 ||| Stepping ~*~*~tactically~*~*~ (hiding).
  1972 | D:3      | 1972 ||| FLEEEEING.
  1973 | D:3      | 1973 ||| FLEEEEING.
  1974 | D:3      | 1974 ||| FLEEEEING.
  1976 | D:3      | 1976 ||| FLEEEEING.
  1977 | D:3      | 1977 ||| FLEEEEING.
  1983 | D:3      | 1983 ||| FLEEEEING.
  1984 | D:3      | 1984 ||| FLEEEEING.
  1985 | D:3      | 1985 ||| FLEEEEING.
  1986 | D:3      | 1986 ||| FLEEEEING.
  1989 | D:3      | 1989 ||| FLEEEEING.
  1990 | D:3      | 1990 ||| FLEEEEING.
  1991 | D:3      | 1991 ||| FLEEEEING.
  1992 | D:3      | 1992 ||| FLEEEEING.
  1993 | D:3      | 1993 ||| FLEEEEING.
  1994 | D:3      | 1994 ||| FLEEEEING.
  1995 | D:3      | 1995 ||| FLEEEEING.
  1998 | D:3      | 1998 ||| STAIRDANCE
  2089 | D:2      | 2089 ||| UPGRADING to +0 chain mail.
  2099 | D:2      | 2099 ||| DROPPING +0 scale mail.
  2100 | D:2      | 2100 ||| READING scroll labelled MALAEN LEOSOST.
  2101 | D:2      | 2101 ||| READING 3 scrolls of identify.
  2101 | D:2      | 2101 ||| IDENTIFYING orange potion
  2102 | D:2      | 2102 ||| READING 2 scrolls of identify.
  2102 | D:2      | 2102 ||| IDENTIFYING viscous red potion
  2105 | D:3      | 2105 ||| STAIRDANCE
  2116 | D:3      | Reached XP level 5. HP: 32/32 MP: 5/5
  2168 | D:3      | Noticed a phantom
  2176 | D:3      | Killed a phantom
  2177 | D:3      | Reached skill level 5 in Axes
  2312 | D:3      | 2312 ||| DROPPING +0 whip.
  2343 | D:3      | Found a sparkling altar of Nemelex Xobeh.
  2345 | D:3      | Found a snail-covered altar of Cheibriados.
  2388 | D:3      | Reached XP level 6. HP: 19/38 MP: 6/6
  2487 | D:3      | 2487 ||| FLEEEEING.
  2489 | D:3      | 2489 ||| Stepping ~*~*~tactically~*~*~ (hiding).
  2490 | D:3      | 2490 ||| Stepping ~*~*~tactically~*~*~ (hiding).
  2491 | D:3      | 2491 ||| FLEEEEING.
  2658 | D:3      | 2658 ||| DROPPING +0 flail of holy wrath.
  2716 | D:3      | 2716 ||| Stepping ~*~*~tactically~*~*~ (stealth).
  2717 | D:3      | 2717 ||| Stepping ~*~*~tactically~*~*~ (stealth).
  2726 | D:3      | 2726 ||| READING scroll labelled KOPNIUB UPTI.
  2830 | D:3      | 2830 ||| DRINKING 3 black potions.
  2955 | D:4      | 2955 ||| Stepping ~*~*~tactically~*~*~ (stealth).
  3171 | D:4      | Reached skill level 6 in Axes
  3171 | D:4      | Reached XP level 7. HP: 43/43 MP: 7/7
  3558 | D:4      | Reached skill level 7 in Axes
  3559 | D:4      | Found a hide-covered altar of Uskayaw.
  3971 | D:4      | Found a shimmering blue altar of Sif Muna.
  4074 | D:4      | 4074 ||| DROPPING amulet of magic regeneration.
  4075 | D:4      | 4075 ||| DROPPING ring of flight.
  4076 | D:4      | 4076 ||| READING scroll labelled BASUEST UTOOSE.
  4177 | D:4      | 4177 ||| READING scroll labelled FOYPAG DUORAGH.
  4178 | D:4      | 4178 ||| DRINKING 2 viscous emerald potions.
  4184 | D:5      | Entered Level 5 of the Dungeon
  4339 | D:5      | Reached XP level 8. HP: 40/49 MP: 8/8
  4850 | D:5      | Found an iron altar of Okawaru.
  4852 | D:5      | 4852 ||| PLANNING OKAWARU WORSHIP
  4852 | D:5      | 4852 ||| FLEEEEING.
  4853 | D:5      | 4853 ||| FLEEEEING.
  4854 | D:5      | 4854 ||| FLEEEEING.
  4855 | D:5      | 4855 ||| FLEEEEING.
  4877 | D:5      | 4877 ||| FLEEEEING.
  4878 | D:5      | 4878 ||| FLEEEEING.
  4879 | D:5      | 4879 ||| FLEEEEING.
  4887 | D:5      | 4887 ||| STAIRDANCE
  4899 | D:5      | 4899 ||| FLEEEEING.
  4907 | D:5      | 4907 ||| STAIRDANCE
  4919 | D:5      | 4919 ||| FLEEEEING.
  4927 | D:5      | 4927 ||| STAIRDANCE
  4939 | D:5      | 4939 ||| FLEEEEING.
  4947 | D:5      | 4947 ||| STAIRDANCE
  4959 | D:5      | 4959 ||| FLEEEEING.
  4967 | D:5      | 4967 ||| STAIRDANCE
  4979 | D:5      | 4979 ||| FLEEEEING.
  4987 | D:5      | 4987 ||| STAIRDANCE
  4999 | D:5      | 4999 ||| FLEEEEING.
  5007 | D:5      | 5007 ||| STAIRDANCE
  5019 | D:5      | 5019 ||| FLEEEEING.
  5027 | D:5      | 5027 ||| STAIRDANCE
  5039 | D:5      | 5039 ||| FLEEEEING.
  5047 | D:5      | 5047 ||| STAIRDANCE
  5059 | D:5      | 5059 ||| FLEEEEING.
  5067 | D:5      | 5067 ||| STAIRDANCE
  5079 | D:5      | 5079 ||| FLEEEEING.
  5087 | D:5      | 5087 ||| STAIRDANCE
  5099 | D:5      | 5099 ||| FLEEEEING.
  5107 | D:5      | 5107 ||| STAIRDANCE
  5119 | D:5      | 5119 ||| FLEEEEING.
  5127 | D:5      | 5127 ||| STAIRDANCE
  5139 | D:5      | 5139 ||| FLEEEEING.
  5147 | D:5      | 5147 ||| STAIRDANCE
  5159 | D:5      | 5159 ||| FLEEEEING.
  5167 | D:5      | 5167 ||| STAIRDANCE
  5179 | D:5      | 5179 ||| FLEEEEING.
  5187 | D:5      | 5187 ||| STAIRDANCE
  5199 | D:5      | 5199 ||| FLEEEEING.
  5207 | D:5      | 5207 ||| STAIRDANCE
  5219 | D:5      | 5219 ||| FLEEEEING.
  5227 | D:5      | 5227 ||| STAIRDANCE
  5239 | D:5      | 5239 ||| FLEEEEING.
  5247 | D:5      | 5247 ||| STAIRDANCE
  5259 | D:5      | 5259 ||| FLEEEEING.
  5267 | D:5      | 5267 ||| STAIRDANCE
  5279 | D:5      | 5279 ||| FLEEEEING.
  5295 | D:5      | 5295 ||| FLEEEEING.
  5311 | D:5      | 5311 ||| FLEEEEING.
  5327 | D:5      | 5327 ||| FLEEEEING.
  5343 | D:5      | 5343 ||| FLEEEEING.
  5359 | D:5      | 5359 ||| FLEEEEING.
  5375 | D:5      | 5375 ||| FLEEEEING.
  5391 | D:5      | 5391 ||| FLEEEEING.
  5407 | D:5      | 5407 ||| FLEEEEING.
  5423 | D:5      | 5423 ||| FLEEEEING.
  5439 | D:5      | 5439 ||| FLEEEEING.
  5455 | D:5      | 5455 ||| FLEEEEING.
  5471 | D:5      | 5471 ||| FLEEEEING.
  5487 | D:5      | 5487 ||| FLEEEEING.
  5503 | D:5      | 5503 ||| FLEEEEING.
  5519 | D:5      | 5519 ||| FLEEEEING.
  5535 | D:5      | 5535 ||| FLEEEEING.
  5551 | D:5      | 5551 ||| FLEEEEING.
  5567 | D:5      | 5567 ||| FLEEEEING.
  5583 | D:5      | 5583 ||| FLEEEEING.
  5599 | D:5      | 5599 ||| FLEEEEING.
  5615 | D:5      | 5615 ||| FLEEEEING.
  5631 | D:5      | 5631 ||| FLEEEEING.
  5647 | D:5      | 5647 ||| FLEEEEING.
  5663 | D:5      | 5663 ||| FLEEEEING.
  5679 | D:5      | 5679 ||| FLEEEEING.
  5695 | D:5      | 5695 ||| FLEEEEING.
  5711 | D:5      | 5711 ||| FLEEEEING.
  5727 | D:5      | 5727 ||| FLEEEEING.
  5743 | D:5      | 5743 ||| FLEEEEING.
  5759 | D:5      | 5759 ||| FLEEEEING.
  5775 | D:5      | 5775 ||| FLEEEEING.
  5791 | D:5      | 5791 ||| FLEEEEING.
  5807 | D:5      | 5807 ||| FLEEEEING.
  5823 | D:5      | 5823 ||| FLEEEEING.
  5839 | D:5      | 5839 ||| FLEEEEING.
  5855 | D:5      | 5855 ||| FLEEEEING.
  5871 | D:5      | 5871 ||| FLEEEEING.
  5887 | D:5      | 5887 ||| FLEEEEING.
  5903 | D:5      | 5903 ||| FLEEEEING.
  5919 | D:5      | 5919 ||| FLEEEEING.
  5935 | D:5      | 5935 ||| FLEEEEING.
  5951 | D:5      | 5951 ||| FLEEEEING.
  5967 | D:5      | 5967 ||| FLEEEEING.
  5983 | D:5      | 5983 ||| FLEEEEING.
  5999 | D:5      | 5999 ||| FLEEEEING.
  6015 | D:5      | 6015 ||| FLEEEEING.
  6031 | D:5      | 6031 ||| FLEEEEING.
  6047 | D:5      | 6047 ||| FLEEEEING.
  6063 | D:5      | 6063 ||| FLEEEEING.
  6079 | D:5      | 6079 ||| FLEEEEING.
  6095 | D:5      | 6095 ||| FLEEEEING.
  6111 | D:5      | 6111 ||| FLEEEEING.
  6127 | D:5      | 6127 ||| FLEEEEING.
  6143 | D:5      | 6143 ||| FLEEEEING.
  6159 | D:5      | 6159 ||| FLEEEEING.
  6175 | D:5      | 6175 ||| FLEEEEING.
  6191 | D:5      | 6191 ||| FLEEEEING.
  6207 | D:5      | 6207 ||| FLEEEEING.
  6223 | D:5      | 6223 ||| FLEEEEING.
  6239 | D:5      | 6239 ||| FLEEEEING.
  6255 | D:5      | 6255 ||| FLEEEEING.
  6271 | D:5      | 6271 ||| FLEEEEING.
  6287 | D:5      | 6287 ||| FLEEEEING.
  6303 | D:5      | 6303 ||| FLEEEEING.
  6319 | D:5      | 6319 ||| FLEEEEING.
  6335 | D:5      | 6335 ||| FLEEEEING.
  6351 | D:5      | 6351 ||| FLEEEEING.
  6367 | D:5      | 6367 ||| FLEEEEING.
  6383 | D:5      | 6383 ||| FLEEEEING.
  6399 | D:5      | 6399 ||| FLEEEEING.
  6415 | D:5      | 6415 ||| FLEEEEING.
  6431 | D:5      | 6431 ||| FLEEEEING.
  6447 | D:5      | 6447 ||| FLEEEEING.
  6463 | D:5      | 6463 ||| FLEEEEING.
  6479 | D:5      | 6479 ||| FLEEEEING.
  6495 | D:5      | 6495 ||| FLEEEEING.
  6511 | D:5      | 6511 ||| FLEEEEING.
  6527 | D:5      | 6527 ||| FLEEEEING.
  6543 | D:5      | 6543 ||| FLEEEEING.
  6559 | D:5      | 6559 ||| FLEEEEING.
  6575 | D:5      | 6575 ||| FLEEEEING.
  6591 | D:5      | 6591 ||| FLEEEEING.
  6607 | D:5      | 6607 ||| FLEEEEING.
  6623 | D:5      | 6623 ||| FLEEEEING.
  6639 | D:5      | 6639 ||| FLEEEEING.
  6655 | D:5      | 6655 ||| FLEEEEING.
  6671 | D:5      | 6671 ||| FLEEEEING.
  6687 | D:5      | 6687 ||| FLEEEEING.
  6703 | D:5      | 6703 ||| FLEEEEING.
  6719 | D:5      | 6719 ||| FLEEEEING.
  6735 | D:5      | 6735 ||| FLEEEEING.
  6751 | D:5      | 6751 ||| FLEEEEING.
  6767 | D:5      | 6767 ||| FLEEEEING.
  6783 | D:5      | 6783 ||| FLEEEEING.
  6799 | D:5      | 6799 ||| FLEEEEING.
  6815 | D:5      | 6815 ||| FLEEEEING.
  6831 | D:5      | 6831 ||| FLEEEEING.
  6847 | D:5      | 6847 ||| FLEEEEING.
  6863 | D:5      | 6863 ||| FLEEEEING.
  6879 | D:5      | 6879 ||| FLEEEEING.
  6895 | D:5      | 6895 ||| FLEEEEING.
  6911 | D:5      | 6911 ||| FLEEEEING.
  6927 | D:5      | 6927 ||| FLEEEEING.
  6943 | D:5      | 6943 ||| FLEEEEING.
  6959 | D:5      | 6959 ||| FLEEEEING.
  6975 | D:5      | 6975 ||| FLEEEEING.
  6991 | D:5      | 6991 ||| FLEEEEING.
  7007 | D:5      | 7007 ||| FLEEEEING.
  7023 | D:5      | 7023 ||| FLEEEEING.
  7039 | D:5      | 7039 ||| FLEEEEING.
  7055 | D:5      | 7055 ||| FLEEEEING.
  7071 | D:5      | 7071 ||| FLEEEEING.
  7087 | D:5      | 7087 ||| FLEEEEING.
  7103 | D:5      | 7103 ||| FLEEEEING.
  7119 | D:5      | 7119 ||| FLEEEEING.
  7135 | D:5      | 7135 ||| FLEEEEING.
  7151 | D:5      | 7151 ||| FLEEEEING.
  7167 | D:5      | 7167 ||| FLEEEEING.
  7183 | D:5      | 7183 ||| FLEEEEING.
  7199 | D:5      | 7199 ||| FLEEEEING.
  7215 | D:5      | 7215 ||| FLEEEEING.
  7231 | D:5      | 7231 ||| FLEEEEING.
  7247 | D:5      | 7247 ||| FLEEEEING.
  7263 | D:5      | 7263 ||| FLEEEEING.
  7279 | D:5      | 7279 ||| FLEEEEING.
  7295 | D:5      | 7295 ||| FLEEEEING.
  7311 | D:5      | 7311 ||| FLEEEEING.
  7327 | D:5      | 7327 ||| FLEEEEING.
  7343 | D:5      | 7343 ||| FLEEEEING.
  7359 | D:5      | 7359 ||| FLEEEEING.
  7375 | D:5      | 7375 ||| FLEEEEING.
  7391 | D:5      | 7391 ||| FLEEEEING.
  7407 | D:5      | 7407 ||| FLEEEEING.
  7423 | D:5      | 7423 ||| FLEEEEING.
  7439 | D:5      | 7439 ||| FLEEEEING.
  7455 | D:5      | 7455 ||| FLEEEEING.
  7471 | D:5      | 7471 ||| FLEEEEING.
  7487 | D:5      | 7487 ||| FLEEEEING.
  7503 | D:5      | 7503 ||| FLEEEEING.
  7519 | D:5      | 7519 ||| FLEEEEING.
  7535 | D:5      | 7535 ||| FLEEEEING.
  7551 | D:5      | 7551 ||| FLEEEEING.
  7567 | D:5      | 7567 ||| FLEEEEING.
  7583 | D:5      | 7583 ||| FLEEEEING.
  7599 | D:5      | 7599 ||| FLEEEEING.
  7615 | D:5      | 7615 ||| FLEEEEING.
  7631 | D:5      | 7631 ||| FLEEEEING.
  7647 | D:5      | 7647 ||| FLEEEEING.
  7663 | D:5      | 7663 ||| FLEEEEING.
  7679 | D:5      | 7679 ||| FLEEEEING.
  7695 | D:5      | 7695 ||| FLEEEEING.
  7711 | D:5      | 7711 ||| FLEEEEING.
  7727 | D:5      | 7727 ||| FLEEEEING.
  7743 | D:5      | 7743 ||| FLEEEEING.
  7759 | D:5      | 7759 ||| FLEEEEING.
  7775 | D:5      | 7775 ||| FLEEEEING.
  7791 | D:5      | 7791 ||| FLEEEEING.
  7807 | D:5      | 7807 ||| FLEEEEING.
  7823 | D:5      | 7823 ||| FLEEEEING.
  7839 | D:5      | 7839 ||| FLEEEEING.
  7855 | D:5      | 7855 ||| FLEEEEING.
  7871 | D:5      | 7871 ||| FLEEEEING.
  7887 | D:5      | 7887 ||| FLEEEEING.
  7903 | D:5      | 7903 ||| FLEEEEING.
  7919 | D:5      | 7919 ||| FLEEEEING.
  7935 | D:5      | 7935 ||| FLEEEEING.
  7951 | D:5      | 7951 ||| FLEEEEING.
  7967 | D:5      | 7967 ||| FLEEEEING.
  7983 | D:5      | 7983 ||| FLEEEEING.
  7999 | D:5      | 7999 ||| FLEEEEING.
  8015 | D:5      | 8015 ||| FLEEEEING.
  8031 | D:5      | 8031 ||| FLEEEEING.
  8047 | D:5      | 8047 ||| FLEEEEING.
  8063 | D:5      | 8063 ||| FLEEEEING.
  8079 | D:5      | 8079 ||| FLEEEEING.
  8095 | D:5      | 8095 ||| FLEEEEING.
  8111 | D:5      | 8111 ||| FLEEEEING.
  8127 | D:5      | 8127 ||| FLEEEEING.
  8143 | D:5      | 8143 ||| FLEEEEING.
  8159 | D:5      | 8159 ||| FLEEEEING.
  8175 | D:5      | 8175 ||| FLEEEEING.
  8191 | D:5      | 8191 ||| FLEEEEING.
  8207 | D:5      | 8207 ||| FLEEEEING.
  8223 | D:5      | 8223 ||| FLEEEEING.
  8239 | D:5      | 8239 ||| FLEEEEING.
  8255 | D:5      | 8255 ||| FLEEEEING.
  8271 | D:5      | 8271 ||| FLEEEEING.
  8287 | D:5      | 8287 ||| FLEEEEING.
  8303 | D:5      | 8303 ||| FLEEEEING.
  8319 | D:5      | 8319 ||| FLEEEEING.
  8335 | D:5      | 8335 ||| FLEEEEING.
  8351 | D:5      | 8351 ||| FLEEEEING.
  8367 | D:5      | 8367 ||| FLEEEEING.
  8383 | D:5      | 8383 ||| FLEEEEING.
  8399 | D:5      | 8399 ||| FLEEEEING.
  8415 | D:5      | 8415 ||| FLEEEEING.
  8431 | D:5      | 8431 ||| FLEEEEING.
  8447 | D:5      | 8447 ||| FLEEEEING.
  8463 | D:5      | 8463 ||| FLEEEEING.
  8479 | D:5      | 8479 ||| FLEEEEING.
  8495 | D:5      | 8495 ||| FLEEEEING.
  8511 | D:5      | 8511 ||| FLEEEEING.
  8527 | D:5      | 8527 ||| FLEEEEING.
  8543 | D:5      | 8543 ||| FLEEEEING.
  8559 | D:5      | 8559 ||| FLEEEEING.
  8575 | D:5      | 8575 ||| FLEEEEING.
  8591 | D:5      | 8591 ||| FLEEEEING.
  8607 | D:5      | 8607 ||| FLEEEEING.
  8623 | D:5      | 8623 ||| FLEEEEING.
  8639 | D:5      | 8639 ||| FLEEEEING.
  8655 | D:5      | 8655 ||| FLEEEEING.
  8671 | D:5      | 8671 ||| FLEEEEING.
  8687 | D:5      | 8687 ||| FLEEEEING.
  8703 | D:5      | 8703 ||| FLEEEEING.
  8719 | D:5      | 8719 ||| FLEEEEING.
  8735 | D:5      | 8735 ||| FLEEEEING.
  8751 | D:5      | 8751 ||| FLEEEEING.
  8767 | D:5      | 8767 ||| FLEEEEING.
  8783 | D:5      | 8783 ||| FLEEEEING.
  8799 | D:5      | 8799 ||| FLEEEEING.
  8815 | D:5      | 8815 ||| FLEEEEING.
  8831 | D:5      | 8831 ||| FLEEEEING.
  8847 | D:5      | 8847 ||| FLEEEEING.
  8863 | D:5      | 8863 ||| FLEEEEING.
  8879 | D:5      | 8879 ||| FLEEEEING.
  8895 | D:5      | 8895 ||| FLEEEEING.
  8911 | D:5      | 8911 ||| FLEEEEING.
  8927 | D:5      | 8927 ||| FLEEEEING.
  8943 | D:5      | 8943 ||| FLEEEEING.
  8959 | D:5      | 8959 ||| FLEEEEING.
  8975 | D:5      | 8975 ||| FLEEEEING.
  8991 | D:5      | 8991 ||| FLEEEEING.
  9007 | D:5      | 9007 ||| FLEEEEING.
  9023 | D:5      | 9023 ||| FLEEEEING.
  9039 | D:5      | 9039 ||| FLEEEEING.
  9055 | D:5      | 9055 ||| FLEEEEING.
  9071 | D:5      | 9071 ||| FLEEEEING.
  9087 | D:5      | 9087 ||| FLEEEEING.
  9103 | D:5      | 9103 ||| FLEEEEING.
  9119 | D:5      | 9119 ||| FLEEEEING.
  9135 | D:5      | 9135 ||| FLEEEEING.
  9151 | D:5      | 9151 ||| FLEEEEING.
  9167 | D:5      | 9167 ||| FLEEEEING.
  9183 | D:5      | 9183 ||| FLEEEEING.
  9199 | D:5      | 9199 ||| FLEEEEING.
  9215 | D:5      | 9215 ||| FLEEEEING.
  9231 | D:5      | 9231 ||| FLEEEEING.
  9247 | D:5      | 9247 ||| FLEEEEING.
  9263 | D:5      | 9263 ||| FLEEEEING.
  9279 | D:5      | 9279 ||| FLEEEEING.
  9295 | D:5      | 9295 ||| FLEEEEING.
  9311 | D:5      | 9311 ||| FLEEEEING.
  9327 | D:5      | 9327 ||| FLEEEEING.
  9343 | D:5      | 9343 ||| FLEEEEING.
  9359 | D:5      | 9359 ||| FLEEEEING.
  9375 | D:5      | 9375 ||| FLEEEEING.
  9391 | D:5      | 9391 ||| FLEEEEING.
  9407 | D:5      | 9407 ||| FLEEEEING.
  9423 | D:5      | 9423 ||| FLEEEEING.
  9439 | D:5      | 9439 ||| FLEEEEING.
  9455 | D:5      | 9455 ||| FLEEEEING.
  9471 | D:5      | 9471 ||| FLEEEEING.
  9487 | D:5      | 9487 ||| FLEEEEING.
  9503 | D:5      | 9503 ||| FLEEEEING.
  9519 | D:5      | 9519 ||| FLEEEEING.
  9535 | D:5      | 9535 ||| FLEEEEING.
  9551 | D:5      | 9551 ||| FLEEEEING.
  9567 | D:5      | 9567 ||| FLEEEEING.
  9583 | D:5      | 9583 ||| FLEEEEING.
  9599 | D:5      | 9599 ||| FLEEEEING.
  9615 | D:5      | 9615 ||| FLEEEEING.
  9631 | D:5      | 9631 ||| FLEEEEING.
  9647 | D:5      | 9647 ||| FLEEEEING.
  9663 | D:5      | 9663 ||| FLEEEEING.
  9679 | D:5      | 9679 ||| FLEEEEING.
  9695 | D:5      | 9695 ||| FLEEEEING.
  9711 | D:5      | 9711 ||| FLEEEEING.
  9727 | D:5      | 9727 ||| FLEEEEING.
  9743 | D:5      | 9743 ||| FLEEEEING.
  9759 | D:5      | 9759 ||| FLEEEEING.
  9775 | D:5      | 9775 ||| FLEEEEING.
  9791 | D:5      | 9791 ||| FLEEEEING.
  9807 | D:5      | 9807 ||| FLEEEEING.
  9823 | D:5      | 9823 ||| FLEEEEING.
  9839 | D:5      | 9839 ||| FLEEEEING.
  9855 | D:5      | 9855 ||| FLEEEEING.
  9871 | D:5      | 9871 ||| FLEEEEING.
  9887 | D:5      | 9887 ||| FLEEEEING.
  9903 | D:5      | 9903 ||| FLEEEEING.
  9919 | D:5      | 9919 ||| FLEEEEING.
  9935 | D:5      | 9935 ||| FLEEEEING.
  9951 | D:5      | 9951 ||| FLEEEEING.
  9967 | D:5      | 9967 ||| FLEEEEING.
  9983 | D:5      | 9983 ||| FLEEEEING.
  9999 | D:5      | 9999 ||| FLEEEEING.
 10015 | D:5      | 10015 ||| FLEEEEING.
 10031 | D:5      | 10031 ||| FLEEEEING.
 10047 | D:5      | 10047 ||| FLEEEEING.
 10063 | D:5      | 10063 ||| FLEEEEING.
 10079 | D:5      | 10079 ||| FLEEEEING.
 10095 | D:5      | 10095 ||| FLEEEEING.
 10111 | D:5      | 10111 ||| FLEEEEING.
 10127 | D:5      | 10127 ||| FLEEEEING.
 10143 | D:5      | 10143 ||| FLEEEEING.
 10159 | D:5      | 10159 ||| FLEEEEING.
 10175 | D:5      | 10175 ||| FLEEEEING.
 10191 | D:5      | 10191 ||| FLEEEEING.
 10207 | D:5      | 10207 ||| FLEEEEING.
 10223 | D:5      | 10223 ||| FLEEEEING.
 10239 | D:5      | 10239 ||| FLEEEEING.
 10255 | D:5      | 10255 ||| FLEEEEING.
 10271 | D:5      | 10271 ||| FLEEEEING.
 10287 | D:5      | 10287 ||| FLEEEEING.
 10303 | D:5      | 10303 ||| FLEEEEING.
 10319 | D:5      | 10319 ||| FLEEEEING.
 10335 | D:5      | 10335 ||| FLEEEEING.
 10351 | D:5      | 10351 ||| FLEEEEING.
 10367 | D:5      | 10367 ||| FLEEEEING.
 10383 | D:5      | 10383 ||| FLEEEEING.
 10399 | D:5      | 10399 ||| FLEEEEING.
 10415 | D:5      | 10415 ||| FLEEEEING.
 10431 | D:5      | 10431 ||| FLEEEEING.
 10447 | D:5      | 10447 ||| FLEEEEING.
 10463 | D:5      | 10463 ||| FLEEEEING.
 10479 | D:5      | 10479 ||| FLEEEEING.
 10495 | D:5      | 10495 ||| FLEEEEING.
 10511 | D:5      | 10511 ||| FLEEEEING.
 10527 | D:5      | 10527 ||| FLEEEEING.
 10543 | D:5      | 10543 ||| FLEEEEING.
 10559 | D:5      | 10559 ||| FLEEEEING.
 10575 | D:5      | 10575 ||| FLEEEEING.
 10591 | D:5      | 10591 ||| FLEEEEING.
 10607 | D:5      | 10607 ||| FLEEEEING.
 10623 | D:5      | 10623 ||| FLEEEEING.
 10639 | D:5      | 10639 ||| FLEEEEING.
 10655 | D:5      | 10655 ||| FLEEEEING.
 10671 | D:5      | 10671 ||| FLEEEEING.
 10687 | D:5      | 10687 ||| FLEEEEING.
 10703 | D:5      | 10703 ||| FLEEEEING.
 10719 | D:5      | 10719 ||| FLEEEEING.
 10735 | D:5      | 10735 ||| FLEEEEING.
 10751 | D:5      | 10751 ||| FLEEEEING.
 10767 | D:5      | 10767 ||| FLEEEEING.
 10783 | D:5      | 10783 ||| FLEEEEING.
 10799 | D:5      | 10799 ||| FLEEEEING.
 10815 | D:5      | 10815 ||| FLEEEEING.
 10831 | D:5      | 10831 ||| FLEEEEING.
 10847 | D:5      | 10847 ||| FLEEEEING.
 10863 | D:5      | 10863 ||| FLEEEEING.
 10879 | D:5      | 10879 ||| FLEEEEING.
 10895 | D:5      | 10895 ||| FLEEEEING.
 10911 | D:5      | 10911 ||| FLEEEEING.
 10927 | D:5      | 10927 ||| FLEEEEING.
 10943 | D:5      | 10943 ||| FLEEEEING.
 10959 | D:5      | 10959 ||| FLEEEEING.
 10975 | D:5      | 10975 ||| FLEEEEING.
 10991 | D:5      | 10991 ||| FLEEEEING.
 11007 | D:5      | 11007 ||| FLEEEEING.
 11023 | D:5      | 11023 ||| FLEEEEING.
 11039 | D:5      | 11039 ||| FLEEEEING.
 11055 | D:5      | 11055 ||| FLEEEEING.
 11071 | D:5      | 11071 ||| FLEEEEING.
 11087 | D:5      | 11087 ||| FLEEEEING.
 11103 | D:5      | 11103 ||| FLEEEEING.
 11119 | D:5      | 11119 ||| FLEEEEING.
 11135 | D:5      | 11135 ||| FLEEEEING.
 11151 | D:5      | 11151 ||| FLEEEEING.
 11167 | D:5      | 11167 ||| FLEEEEING.
 11183 | D:5      | 11183 ||| FLEEEEING.
 11199 | D:5      | 11199 ||| FLEEEEING.
 11215 | D:5      | 11215 ||| FLEEEEING.
 11231 | D:5      | 11231 ||| FLEEEEING.
 11247 | D:5      | 11247 ||| FLEEEEING.
 11263 | D:5      | 11263 ||| FLEEEEING.
 11279 | D:5      | 11279 ||| FLEEEEING.
 11295 | D:5      | 11295 ||| FLEEEEING.
 11311 | D:5      | 11311 ||| FLEEEEING.
 11327 | D:5      | 11327 ||| FLEEEEING.
 11343 | D:5      | 11343 ||| FLEEEEING.
 11359 | D:5      | 11359 ||| FLEEEEING.
 11375 | D:5      | 11375 ||| FLEEEEING.
 11391 | D:5      | 11391 ||| FLEEEEING.
 11407 | D:5      | 11407 ||| FLEEEEING.
 11423 | D:5      | 11423 ||| FLEEEEING.
 11439 | D:5      | 11439 ||| FLEEEEING.
 11455 | D:5      | 11455 ||| FLEEEEING.
 11471 | D:5      | 11471 ||| FLEEEEING.
 11487 | D:5      | 11487 ||| FLEEEEING.
 11503 | D:5      | 11503 ||| FLEEEEING.
 11519 | D:5      | 11519 ||| FLEEEEING.
 11535 | D:5      | 11535 ||| FLEEEEING.
 11551 | D:5      | 11551 ||| FLEEEEING.
 11567 | D:5      | 11567 ||| FLEEEEING.
 11583 | D:5      | 11583 ||| FLEEEEING.
 11599 | D:5      | 11599 ||| FLEEEEING.
 11615 | D:5      | 11615 ||| FLEEEEING.
 11631 | D:5      | 11631 ||| FLEEEEING.
 11647 | D:5      | 11647 ||| FLEEEEING.
 11663 | D:5      | 11663 ||| FLEEEEING.
 11679 | D:5      | 11679 ||| FLEEEEING.
 11695 | D:5      | 11695 ||| FLEEEEING.
 11711 | D:5      | 11711 ||| FLEEEEING.
 11727 | D:5      | 11727 ||| FLEEEEING.
 11743 | D:5      | 11743 ||| FLEEEEING.
 11759 | D:5      | 11759 ||| FLEEEEING.
 11775 | D:5      | 11775 ||| FLEEEEING.
 11791 | D:5      | 11791 ||| FLEEEEING.
 11807 | D:5      | 11807 ||| FLEEEEING.
 11823 | D:5      | 11823 ||| FLEEEEING.
 11839 | D:5      | 11839 ||| FLEEEEING.
 11855 | D:5      | 11855 ||| FLEEEEING.
 11871 | D:5      | 11871 ||| FLEEEEING.
 11887 | D:5      | 11887 ||| FLEEEEING.
 11903 | D:5      | 11903 ||| FLEEEEING.
 11919 | D:5      | 11919 ||| FLEEEEING.
 11935 | D:5      | 11935 ||| FLEEEEING.
 11951 | D:5      | 11951 ||| FLEEEEING.
 11967 | D:5      | 11967 ||| FLEEEEING.
 11983 | D:5      | 11983 ||| FLEEEEING.
 11999 | D:5      | 11999 ||| FLEEEEING.
 12015 | D:5      | 12015 ||| FLEEEEING.
 12031 | D:5      | 12031 ||| FLEEEEING.
 12047 | D:5      | 12047 ||| FLEEEEING.
 12063 | D:5      | 12063 ||| FLEEEEING.
 12079 | D:5      | 12079 ||| FLEEEEING.
 12095 | D:5      | 12095 ||| FLEEEEING.
 12111 | D:5      | 12111 ||| FLEEEEING.
 12127 | D:5      | 12127 ||| FLEEEEING.
 12143 | D:5      | 12143 ||| FLEEEEING.
 12159 | D:5      | 12159 ||| FLEEEEING.
 12175 | D:5      | 12175 ||| FLEEEEING.
 12191 | D:5      | 12191 ||| FLEEEEING.
 12207 | D:5      | 12207 ||| FLEEEEING.
 12223 | D:5      | 12223 ||| FLEEEEING.
 12239 | D:5      | 12239 ||| FLEEEEING.
 12255 | D:5      | 12255 ||| FLEEEEING.
 12271 | D:5      | 12271 ||| FLEEEEING.
 12287 | D:5      | 12287 ||| FLEEEEING.
 12303 | D:5      | 12303 ||| FLEEEEING.
 12319 | D:5      | 12319 ||| FLEEEEING.
 12335 | D:5      | 12335 ||| FLEEEEING.
 12351 | D:5      | 12351 ||| FLEEEEING.
 12367 | D:5      | 12367 ||| FLEEEEING.
 12383 | D:5      | 12383 ||| FLEEEEING.
 12399 | D:5      | 12399 ||| FLEEEEING.
 12415 | D:5      | 12415 ||| FLEEEEING.
 12431 | D:5      | 12431 ||| FLEEEEING.
 12447 | D:5      | 12447 ||| FLEEEEING.
 12463 | D:5      | 12463 ||| FLEEEEING.
 12479 | D:5      | 12479 ||| FLEEEEING.
 12495 | D:5      | 12495 ||| FLEEEEING.
 12511 | D:5      | 12511 ||| FLEEEEING.
 12527 | D:5      | 12527 ||| FLEEEEING.
 12543 | D:5      | 12543 ||| FLEEEEING.
 12559 | D:5      | 12559 ||| FLEEEEING.
 12575 | D:5      | 12575 ||| FLEEEEING.
 12591 | D:5      | 12591 ||| FLEEEEING.
 12607 | D:5      | 12607 ||| FLEEEEING.
 12623 | D:5      | 12623 ||| FLEEEEING.
 12639 | D:5      | 12639 ||| FLEEEEING.
 12655 | D:5      | 12655 ||| FLEEEEING.
 12671 | D:5      | 12671 ||| FLEEEEING.
 12687 | D:5      | 12687 ||| FLEEEEING.
 12703 | D:5      | 12703 ||| FLEEEEING.
 12719 | D:5      | 12719 ||| FLEEEEING.
 12735 | D:5      | 12735 ||| FLEEEEING.
 12751 | D:5      | 12751 ||| FLEEEEING.
 12767 | D:5      | 12767 ||| FLEEEEING.
 12783 | D:5      | 12783 ||| FLEEEEING.
 12799 | D:5      | 12799 ||| FLEEEEING.
 12815 | D:5      | 12815 ||| FLEEEEING.
 12831 | D:5      | 12831 ||| FLEEEEING.
 12847 | D:5      | 12847 ||| FLEEEEING.
 12863 | D:5      | 12863 ||| FLEEEEING.
 12879 | D:5      | 12879 ||| FLEEEEING.
 12895 | D:5      | 12895 ||| FLEEEEING.
 12911 | D:5      | 12911 ||| FLEEEEING.
 12927 | D:5      | 12927 ||| FLEEEEING.
 12943 | D:5      | 12943 ||| FLEEEEING.
 12959 | D:5      | 12959 ||| FLEEEEING.
 12975 | D:5      | 12975 ||| FLEEEEING.
 12991 | D:5      | 12991 ||| FLEEEEING.
 13007 | D:5      | 13007 ||| FLEEEEING.
 13023 | D:5      | 13023 ||| FLEEEEING.
 13039 | D:5      | 13039 ||| FLEEEEING.
 13055 | D:5      | 13055 ||| FLEEEEING.
 13071 | D:5      | 13071 ||| FLEEEEING.
 13087 | D:5      | 13087 ||| FLEEEEING.
 13103 | D:5      | 13103 ||| FLEEEEING.
 13119 | D:5      | 13119 ||| FLEEEEING.
 13135 | D:5      | 13135 ||| FLEEEEING.
 13151 | D:5      | 13151 ||| FLEEEEING.
 13167 | D:5      | 13167 ||| FLEEEEING.
 13183 | D:5      | 13183 ||| FLEEEEING.
 13199 | D:5      | 13199 ||| FLEEEEING.
 13215 | D:5      | 13215 ||| FLEEEEING.
 13231 | D:5      | 13231 ||| FLEEEEING.
 13247 | D:5      | 13247 ||| FLEEEEING.
 13263 | D:5      | 13263 ||| FLEEEEING.
 13279 | D:5      | 13279 ||| FLEEEEING.
 13295 | D:5      | 13295 ||| FLEEEEING.
 13311 | D:5      | 13311 ||| FLEEEEING.
 13327 | D:5      | 13327 ||| FLEEEEING.
 13343 | D:5      | 13343 ||| FLEEEEING.
 13359 | D:5      | 13359 ||| FLEEEEING.
 13375 | D:5      | 13375 ||| FLEEEEING.
 13391 | D:5      | 13391 ||| FLEEEEING.
 13407 | D:5      | 13407 ||| FLEEEEING.
 13423 | D:5      | 13423 ||| FLEEEEING.
 13439 | D:5      | 13439 ||| FLEEEEING.
 13455 | D:5      | 13455 ||| FLEEEEING.
 13471 | D:5      | 13471 ||| FLEEEEING.
 13487 | D:5      | 13487 ||| FLEEEEING.
 13503 | D:5      | 13503 ||| FLEEEEING.
 13519 | D:5      | 13519 ||| FLEEEEING.
 13535 | D:5      | 13535 ||| FLEEEEING.
 13551 | D:5      | 13551 ||| FLEEEEING.
 13567 | D:5      | 13567 ||| FLEEEEING.
 13583 | D:5      | 13583 ||| FLEEEEING.
 13599 | D:5      | 13599 ||| FLEEEEING.
 13615 | D:5      | 13615 ||| FLEEEEING.
 13631 | D:5      | 13631 ||| FLEEEEING.
 13647 | D:5      | 13647 ||| FLEEEEING.
 13663 | D:5      | 13663 ||| FLEEEEING.
 13679 | D:5      | 13679 ||| FLEEEEING.
 13695 | D:5      | 13695 ||| FLEEEEING.
 13711 | D:5      | 13711 ||| FLEEEEING.
 13727 | D:5      | 13727 ||| FLEEEEING.
 13743 | D:5      | 13743 ||| FLEEEEING.
 13759 | D:5      | 13759 ||| FLEEEEING.
 13775 | D:5      | 13775 ||| FLEEEEING.
 13791 | D:5      | 13791 ||| FLEEEEING.
 13807 | D:5      | 13807 ||| FLEEEEING.
 13823 | D:5      | 13823 ||| FLEEEEING.
 13839 | D:5      | 13839 ||| FLEEEEING.
 13855 | D:5      | 13855 ||| FLEEEEING.
 13871 | D:5      | 13871 ||| FLEEEEING.
 13887 | D:5      | 13887 ||| FLEEEEING.
 13903 | D:5      | 13903 ||| FLEEEEING.
 13919 | D:5      | 13919 ||| FLEEEEING.
 13935 | D:5      | 13935 ||| FLEEEEING.
 13951 | D:5      | 13951 ||| FLEEEEING.
 13967 | D:5      | 13967 ||| FLEEEEING.
 13983 | D:5      | 13983 ||| FLEEEEING.
 13999 | D:5      | 13999 ||| FLEEEEING.
 14015 | D:5      | 14015 ||| FLEEEEING.
 14031 | D:5      | 14031 ||| FLEEEEING.
 14047 | D:5      | 14047 ||| FLEEEEING.
 14063 | D:5      | 14063 ||| FLEEEEING.
 14079 | D:5      | 14079 ||| FLEEEEING.
 14095 | D:5      | 14095 ||| FLEEEEING.
 14111 | D:5      | 14111 ||| FLEEEEING.
 14127 | D:5      | 14127 ||| FLEEEEING.
 14143 | D:5      | 14143 ||| FLEEEEING.
 14159 | D:5      | 14159 ||| FLEEEEING.
 14175 | D:5      | 14175 ||| FLEEEEING.
 14191 | D:5      | 14191 ||| FLEEEEING.
 14207 | D:5      | 14207 ||| FLEEEEING.
 14223 | D:5      | 14223 ||| FLEEEEING.
 14239 | D:5      | 14239 ||| FLEEEEING.
 14255 | D:5      | 14255 ||| FLEEEEING.
 14271 | D:5      | 14271 ||| FLEEEEING.
 14287 | D:5      | 14287 ||| FLEEEEING.
 14303 | D:5      | 14303 ||| FLEEEEING.
 14319 | D:5      | 14319 ||| FLEEEEING.
 14335 | D:5      | 14335 ||| FLEEEEING.
 14351 | D:5      | 14351 ||| FLEEEEING.
 14367 | D:5      | 14367 ||| FLEEEEING.
 14383 | D:5      | 14383 ||| FLEEEEING.
 14399 | D:5      | 14399 ||| FLEEEEING.
 14415 | D:5      | 14415 ||| FLEEEEING.
 14431 | D:5      | 14431 ||| FLEEEEING.
 14447 | D:5      | 14447 ||| FLEEEEING.
 14463 | D:5      | 14463 ||| FLEEEEING.
 14479 | D:5      | 14479 ||| FLEEEEING.
 14495 | D:5      | 14495 ||| FLEEEEING.
 14511 | D:5      | 14511 ||| FLEEEEING.
 14527 | D:5      | 14527 ||| FLEEEEING.
 14543 | D:5      | 14543 ||| FLEEEEING.
 14559 | D:5      | 14559 ||| FLEEEEING.
 14575 | D:5      | 14575 ||| FLEEEEING.
 14591 | D:5      | 14591 ||| FLEEEEING.
 14607 | D:5      | 14607 ||| FLEEEEING.
 14623 | D:5      | 14623 ||| FLEEEEING.
 14639 | D:5      | 14639 ||| FLEEEEING.
 14655 | D:5      | 14655 ||| FLEEEEING.
 14671 | D:5      | 14671 ||| FLEEEEING.
 14687 | D:5      | 14687 ||| FLEEEEING.
 14703 | D:5      | 14703 ||| FLEEEEING.
 14719 | D:5      | 14719 ||| FLEEEEING.
 14735 | D:5      | 14735 ||| FLEEEEING.
 14751 | D:5      | 14751 ||| FLEEEEING.
 14767 | D:5      | 14767 ||| FLEEEEING.
 14783 | D:5      | 14783 ||| FLEEEEING.
 14799 | D:5      | 14799 ||| FLEEEEING.
 14815 | D:5      | 14815 ||| FLEEEEING.
 14831 | D:5      | 14831 ||| FLEEEEING.
 14847 | D:5      | 14847 ||| FLEEEEING.
 14863 | D:5      | 14863 ||| FLEEEEING.
 14879 | D:5      | 14879 ||| FLEEEEING.
 14895 | D:5      | 14895 ||| FLEEEEING.
 14911 | D:5      | 14911 ||| FLEEEEING.
 14927 | D:5      | 14927 ||| FLEEEEING.
 14943 | D:5      | 14943 ||| FLEEEEING.
 14959 | D:5      | 14959 ||| FLEEEEING.
 14975 | D:5      | 14975 ||| FLEEEEING.
 14991 | D:5      | 14991 ||| FLEEEEING.
 15007 | D:5      | 15007 ||| FLEEEEING.
 15023 | D:5      | 15023 ||| FLEEEEING.
 15039 | D:5      | 15039 ||| FLEEEEING.
 15055 | D:5      | 15055 ||| FLEEEEING.
 15071 | D:5      | 15071 ||| FLEEEEING.
 15087 | D:5      | 15087 ||| FLEEEEING.
 15103 | D:5      | 15103 ||| FLEEEEING.
 15119 | D:5      | 15119 ||| FLEEEEING.
 15135 | D:5      | 15135 ||| FLEEEEING.
 15151 | D:5      | 15151 ||| FLEEEEING.
 15167 | D:5      | 15167 ||| FLEEEEING.
 15183 | D:5      | 15183 ||| FLEEEEING.
 15199 | D:5      | 15199 ||| FLEEEEING.
 15215 | D:5      | 15215 ||| FLEEEEING.
 15231 | D:5      | 15231 ||| FLEEEEING.
 15247 | D:5      | 15247 ||| FLEEEEING.
 15263 | D:5      | 15263 ||| FLEEEEING.
 15279 | D:5      | 15279 ||| FLEEEEING.
 15295 | D:5      | 15295 ||| FLEEEEING.
 15311 | D:5      | 15311 ||| FLEEEEING.
 15327 | D:5      | 15327 ||| FLEEEEING.
 15343 | D:5      | 15343 ||| FLEEEEING.
 15359 | D:5      | 15359 ||| FLEEEEING.
 15375 | D:5      | 15375 ||| FLEEEEING.
 15391 | D:5      | 15391 ||| FLEEEEING.
 15407 | D:5      | 15407 ||| FLEEEEING.
 15423 | D:5      | 15423 ||| FLEEEEING.
 15439 | D:5      | 15439 ||| FLEEEEING.
 15455 | D:5      | 15455 ||| FLEEEEING.
 15471 | D:5      | 15471 ||| FLEEEEING.
 15487 | D:5      | 15487 ||| FLEEEEING.
 15503 | D:5      | 15503 ||| FLEEEEING.
 15519 | D:5      | 15519 ||| FLEEEEING.
 15535 | D:5      | 15535 ||| FLEEEEING.
 15551 | D:5      | 15551 ||| FLEEEEING.
 15567 | D:5      | 15567 ||| FLEEEEING.
 15583 | D:5      | 15583 ||| FLEEEEING.
 15599 | D:5      | 15599 ||| FLEEEEING.
 15615 | D:5      | 15615 ||| FLEEEEING.
 15631 | D:5      | 15631 ||| FLEEEEING.
 15647 | D:5      | 15647 ||| FLEEEEING.
 15663 | D:5      | 15663 ||| FLEEEEING.
 15679 | D:5      | 15679 ||| FLEEEEING.
 15695 | D:5      | 15695 ||| FLEEEEING.
 15711 | D:5      | 15711 ||| FLEEEEING.
 15727 | D:5      | 15727 ||| FLEEEEING.
 15743 | D:5      | 15743 ||| FLEEEEING.
 15759 | D:5      | 15759 ||| FLEEEEING.
 15775 | D:5      | 15775 ||| FLEEEEING.
 15791 | D:5      | 15791 ||| FLEEEEING.
 15807 | D:5      | 15807 ||| FLEEEEING.
 15823 | D:5      | 15823 ||| FLEEEEING.
 15839 | D:5      | 15839 ||| FLEEEEING.
 15855 | D:5      | 15855 ||| FLEEEEING.
 15871 | D:5      | 15871 ||| FLEEEEING.
 15887 | D:5      | 15887 ||| FLEEEEING.
 15903 | D:5      | 15903 ||| FLEEEEING.
 15919 | D:5      | 15919 ||| FLEEEEING.
 15935 | D:5      | 15935 ||| FLEEEEING.
 15951 | D:5      | 15951 ||| FLEEEEING.
 15967 | D:5      | 15967 ||| FLEEEEING.
 15983 | D:5      | 15983 ||| FLEEEEING.
 15999 | D:5      | 15999 ||| FLEEEEING.
 16015 | D:5      | 16015 ||| FLEEEEING.
 16031 | D:5      | 16031 ||| FLEEEEING.
 16047 | D:5      | 16047 ||| FLEEEEING.
 16063 | D:5      | 16063 ||| FLEEEEING.
 16079 | D:5      | 16079 ||| FLEEEEING.
 16095 | D:5      | 16095 ||| FLEEEEING.
 16111 | D:5      | 16111 ||| FLEEEEING.
 16127 | D:5      | 16127 ||| FLEEEEING.
 16143 | D:5      | 16143 ||| FLEEEEING.
 16159 | D:5      | 16159 ||| FLEEEEING.
 16175 | D:5      | 16175 ||| FLEEEEING.
 16191 | D:5      | 16191 ||| FLEEEEING.
 16207 | D:5      | 16207 ||| FLEEEEING.
 16223 | D:5      | 16223 ||| FLEEEEING.
 16239 | D:5      | 16239 ||| FLEEEEING.
 16255 | D:5      | 16255 ||| FLEEEEING.
 16271 | D:5      | 16271 ||| FLEEEEING.
 16287 | D:5      | 16287 ||| FLEEEEING.
 16303 | D:5      | 16303 ||| FLEEEEING.
 16319 | D:5      | 16319 ||| FLEEEEING.
 16335 | D:5      | 16335 ||| FLEEEEING.
 16351 | D:5      | 16351 ||| FLEEEEING.
 16367 | D:5      | 16367 ||| FLEEEEING.
 16383 | D:5      | 16383 ||| FLEEEEING.
 16399 | D:5      | 16399 ||| FLEEEEING.
 16415 | D:5      | 16415 ||| FLEEEEING.
 16431 | D:5      | 16431 ||| FLEEEEING.
 16447 | D:5      | 16447 ||| FLEEEEING.
 16463 | D:5      | 16463 ||| FLEEEEING.
 16479 | D:5      | 16479 ||| FLEEEEING.
 16495 | D:5      | 16495 ||| FLEEEEING.
 16511 | D:5      | 16511 ||| FLEEEEING.
 16527 | D:5      | 16527 ||| FLEEEEING.
 16543 | D:5      | 16543 ||| FLEEEEING.
 16559 | D:5      | 16559 ||| FLEEEEING.
 16575 | D:5      | 16575 ||| FLEEEEING.
 16591 | D:5      | 16591 ||| FLEEEEING.
 16607 | D:5      | 16607 ||| FLEEEEING.
 16623 | D:5      | 16623 ||| FLEEEEING.
 16639 | D:5      | 16639 ||| FLEEEEING.
 16655 | D:5      | 16655 ||| FLEEEEING.
 16671 | D:5      | 16671 ||| FLEEEEING.
 16687 | D:5      | 16687 ||| FLEEEEING.
 16703 | D:5      | 16703 ||| FLEEEEING.
 16719 | D:5      | 16719 ||| FLEEEEING.
 16735 | D:5      | 16735 ||| FLEEEEING.
 16751 | D:5      | 16751 ||| FLEEEEING.
 16767 | D:5      | 16767 ||| FLEEEEING.
 16783 | D:5      | 16783 ||| FLEEEEING.
 16799 | D:5      | 16799 ||| FLEEEEING.
 16815 | D:5      | 16815 ||| FLEEEEING.
 16831 | D:5      | 16831 ||| FLEEEEING.
 16847 | D:5      | 16847 ||| FLEEEEING.
 16863 | D:5      | 16863 ||| FLEEEEING.
 16879 | D:5      | 16879 ||| FLEEEEING.
 16895 | D:5      | 16895 ||| FLEEEEING.
 16911 | D:5      | 16911 ||| FLEEEEING.
 16927 | D:5      | 16927 ||| FLEEEEING.
 16943 | D:5      | 16943 ||| FLEEEEING.
 16959 | D:5      | 16959 ||| FLEEEEING.
 16975 | D:5      | 16975 ||| FLEEEEING.
 16991 | D:5      | 16991 ||| FLEEEEING.
 17007 | D:5      | 17007 ||| FLEEEEING.
 17023 | D:5      | 17023 ||| FLEEEEING.
 17039 | D:5      | 17039 ||| FLEEEEING.
 17055 | D:5      | 17055 ||| FLEEEEING.
 17071 | D:5      | 17071 ||| FLEEEEING.
 17087 | D:5      | 17087 ||| FLEEEEING.
 17103 | D:5      | 17103 ||| FLEEEEING.
 17119 | D:5      | 17119 ||| FLEEEEING.
 17135 | D:5      | 17135 ||| FLEEEEING.
 17151 | D:5      | 17151 ||| FLEEEEING.
 17167 | D:5      | 17167 ||| FLEEEEING.
 17183 | D:5      | 17183 ||| FLEEEEING.
 17199 | D:5      | 17199 ||| FLEEEEING.
 17215 | D:5      | 17215 ||| FLEEEEING.
 17231 | D:5      | 17231 ||| FLEEEEING.
 17247 | D:5      | 17247 ||| FLEEEEING.
 17263 | D:5      | 17263 ||| FLEEEEING.
 17279 | D:5      | 17279 ||| FLEEEEING.
 17295 | D:5      | 17295 ||| FLEEEEING.
 17311 | D:5      | 17311 ||| FLEEEEING.
 17327 | D:5      | 17327 ||| FLEEEEING.
 17343 | D:5      | 17343 ||| FLEEEEING.
 17359 | D:5      | 17359 ||| FLEEEEING.
 17375 | D:5      | 17375 ||| FLEEEEING.
 17391 | D:5      | 17391 ||| FLEEEEING.
 17407 | D:5      | 17407 ||| FLEEEEING.
 17423 | D:5      | 17423 ||| FLEEEEING.
 17439 | D:5      | 17439 ||| FLEEEEING.
 17455 | D:5      | 17455 ||| FLEEEEING.
 17471 | D:5      | 17471 ||| FLEEEEING.
 17487 | D:5      | 17487 ||| FLEEEEING.
 17503 | D:5      | 17503 ||| FLEEEEING.
 17519 | D:5      | 17519 ||| FLEEEEING.
 17535 | D:5      | 17535 ||| FLEEEEING.
 17551 | D:5      | 17551 ||| FLEEEEING.
 17567 | D:5      | 17567 ||| FLEEEEING.
 17583 | D:5      | 17583 ||| FLEEEEING.
 17599 | D:5      | 17599 ||| FLEEEEING.
 17615 | D:5      | 17615 ||| FLEEEEING.
 17631 | D:5      | 17631 ||| FLEEEEING.
 17647 | D:5      | 17647 ||| FLEEEEING.
 17663 | D:5      | 17663 ||| FLEEEEING.
 17679 | D:5      | 17679 ||| FLEEEEING.
 17695 | D:5      | 17695 ||| FLEEEEING.
 17711 | D:5      | 17711 ||| FLEEEEING.
 17727 | D:5      | 17727 ||| FLEEEEING.
 17743 | D:5      | 17743 ||| FLEEEEING.
 17759 | D:5      | 17759 ||| FLEEEEING.
 17775 | D:5      | 17775 ||| FLEEEEING.
 17791 | D:5      | 17791 ||| FLEEEEING.
 17807 | D:5      | 17807 ||| FLEEEEING.
 17823 | D:5      | 17823 ||| FLEEEEING.
 17839 | D:5      | 17839 ||| FLEEEEING.
 17855 | D:5      | 17855 ||| FLEEEEING.
 17871 | D:5      | 17871 ||| FLEEEEING.
 17887 | D:5      | 17887 ||| FLEEEEING.
 17903 | D:5      | 17903 ||| FLEEEEING.
 17919 | D:5      | 17919 ||| FLEEEEING.
 17935 | D:5      | 17935 ||| FLEEEEING.
 17951 | D:5      | 17951 ||| FLEEEEING.
 17967 | D:5      | 17967 ||| FLEEEEING.
 17983 | D:5      | 17983 ||| FLEEEEING.
 17999 | D:5      | 17999 ||| FLEEEEING.
 18015 | D:5      | 18015 ||| FLEEEEING.
 18031 | D:5      | 18031 ||| FLEEEEING.
 18047 | D:5      | 18047 ||| FLEEEEING.
 18063 | D:5      | 18063 ||| FLEEEEING.
 18079 | D:5      | 18079 ||| FLEEEEING.
 18095 | D:5      | 18095 ||| FLEEEEING.
 18111 | D:5      | 18111 ||| FLEEEEING.
 18127 | D:5      | 18127 ||| FLEEEEING.
 18143 | D:5      | 18143 ||| FLEEEEING.
 18159 | D:5      | 18159 ||| FLEEEEING.
 18175 | D:5      | 18175 ||| FLEEEEING.
 18191 | D:5      | 18191 ||| FLEEEEING.
 18207 | D:5      | 18207 ||| FLEEEEING.
 18223 | D:5      | 18223 ||| FLEEEEING.
 18239 | D:5      | 18239 ||| FLEEEEING.
 18255 | D:5      | 18255 ||| FLEEEEING.
 18271 | D:5      | 18271 ||| FLEEEEING.
 18287 | D:5      | 18287 ||| FLEEEEING.
 18303 | D:5      | 18303 ||| FLEEEEING.
 18319 | D:5      | 18319 ||| FLEEEEING.
 18335 | D:5      | 18335 ||| FLEEEEING.
 18351 | D:5      | 18351 ||| FLEEEEING.
 18367 | D:5      | 18367 ||| FLEEEEING.
 18383 | D:5      | 18383 ||| FLEEEEING.
 18399 | D:5      | 18399 ||| FLEEEEING.
 18415 | D:5      | 18415 ||| FLEEEEING.
 18431 | D:5      | 18431 ||| FLEEEEING.
 18447 | D:5      | 18447 ||| FLEEEEING.
 18463 | D:5      | 18463 ||| FLEEEEING.
 18479 | D:5      | 18479 ||| FLEEEEING.
 18495 | D:5      | 18495 ||| FLEEEEING.
 18511 | D:5      | 18511 ||| FLEEEEING.
 18527 | D:5      | 18527 ||| FLEEEEING.
 18543 | D:5      | 18543 ||| FLEEEEING.
 18559 | D:5      | 18559 ||| FLEEEEING.
 18575 | D:5      | 18575 ||| FLEEEEING.
 18591 | D:5      | 18591 ||| FLEEEEING.
 18607 | D:5      | 18607 ||| FLEEEEING.
 18623 | D:5      | 18623 ||| FLEEEEING.
 18639 | D:5      | 18639 ||| FLEEEEING.
 18655 | D:5      | 18655 ||| FLEEEEING.
 18671 | D:5      | 18671 ||| FLEEEEING.
 18687 | D:5      | 18687 ||| FLEEEEING.
 18703 | D:5      | 18703 ||| FLEEEEING.
 18719 | D:5      | 18719 ||| FLEEEEING.
 18735 | D:5      | 18735 ||| FLEEEEING.
 18751 | D:5      | 18751 ||| FLEEEEING.
 18767 | D:5      | 18767 ||| FLEEEEING.
 18783 | D:5      | 18783 ||| FLEEEEING.
 18799 | D:5      | 18799 ||| FLEEEEING.
 18815 | D:5      | 18815 ||| FLEEEEING.
 18831 | D:5      | 18831 ||| FLEEEEING.
 18847 | D:5      | 18847 ||| FLEEEEING.
 18863 | D:5      | 18863 ||| FLEEEEING.
 18879 | D:5      | 18879 ||| FLEEEEING.
 18895 | D:5      | 18895 ||| FLEEEEING.
 18911 | D:5      | 18911 ||| FLEEEEING.
 18927 | D:5      | 18927 ||| FLEEEEING.
 18943 | D:5      | 18943 ||| FLEEEEING.
 18959 | D:5      | 18959 ||| FLEEEEING.
 18975 | D:5      | 18975 ||| FLEEEEING.
 18991 | D:5      | 18991 ||| FLEEEEING.
 19007 | D:5      | 19007 ||| FLEEEEING.
 19023 | D:5      | 19023 ||| FLEEEEING.
 19039 | D:5      | 19039 ||| FLEEEEING.
 19055 | D:5      | 19055 ||| FLEEEEING.
 19071 | D:5      | 19071 ||| FLEEEEING.
 19087 | D:5      | 19087 ||| FLEEEEING.
 19103 | D:5      | 19103 ||| FLEEEEING.
 19119 | D:5      | 19119 ||| FLEEEEING.
 19135 | D:5      | 19135 ||| FLEEEEING.
 19151 | D:5      | 19151 ||| FLEEEEING.
 19167 | D:5      | 19167 ||| FLEEEEING.
 19183 | D:5      | 19183 ||| FLEEEEING.
 19199 | D:5      | 19199 ||| FLEEEEING.
 19215 | D:5      | 19215 ||| FLEEEEING.
 19231 | D:5      | 19231 ||| FLEEEEING.
 19247 | D:5      | 19247 ||| FLEEEEING.
 19263 | D:5      | 19263 ||| FLEEEEING.
 19279 | D:5      | 19279 ||| FLEEEEING.
 19295 | D:5      | 19295 ||| FLEEEEING.
 19311 | D:5      | 19311 ||| FLEEEEING.
 19327 | D:5      | 19327 ||| FLEEEEING.
 19343 | D:5      | 19343 ||| FLEEEEING.
 19359 | D:5      | 19359 ||| FLEEEEING.
 19375 | D:5      | 19375 ||| FLEEEEING.
 19391 | D:5      | 19391 ||| FLEEEEING.
 19407 | D:5      | 19407 ||| FLEEEEING.
 19423 | D:5      | 19423 ||| FLEEEEING.
 19439 | D:5      | 19439 ||| FLEEEEING.
 19455 | D:5      | 19455 ||| FLEEEEING.
 19471 | D:5      | 19471 ||| FLEEEEING.
 19487 | D:5      | 19487 ||| FLEEEEING.
 19503 | D:5      | 19503 ||| FLEEEEING.
 19519 | D:5      | 19519 ||| FLEEEEING.
 19535 | D:5      | 19535 ||| FLEEEEING.
 19551 | D:5      | 19551 ||| FLEEEEING.
 19567 | D:5      | 19567 ||| FLEEEEING.
 19583 | D:5      | 19583 ||| FLEEEEING.
 19599 | D:5      | 19599 ||| FLEEEEING.
 19615 | D:5      | 19615 ||| FLEEEEING.
 19631 | D:5      | 19631 ||| FLEEEEING.
 19647 | D:5      | 19647 ||| FLEEEEING.
 19663 | D:5      | 19663 ||| FLEEEEING.
 19679 | D:5      | 19679 ||| FLEEEEING.
 19695 | D:5      | 19695 ||| FLEEEEING.
 19711 | D:5      | 19711 ||| FLEEEEING.
 19727 | D:5      | 19727 ||| FLEEEEING.
 19743 | D:5      | 19743 ||| FLEEEEING.
 19759 | D:5      | 19759 ||| FLEEEEING.
 19775 | D:5      | 19775 ||| FLEEEEING.
 19791 | D:5      | 19791 ||| FLEEEEING.
 19807 | D:5      | 19807 ||| FLEEEEING.
 19823 | D:5      | 19823 ||| FLEEEEING.
 19839 | D:5      | 19839 ||| FLEEEEING.
 19855 | D:5      | 19855 ||| FLEEEEING.
 19871 | D:5      | 19871 ||| FLEEEEING.
 19887 | D:5      | 19887 ||| FLEEEEING.
 19903 | D:5      | 19903 ||| FLEEEEING.
 19919 | D:5      | 19919 ||| FLEEEEING.
 19935 | D:5      | 19935 ||| FLEEEEING.
 19951 | D:5      | 19951 ||| FLEEEEING.
 19967 | D:5      | 19967 ||| FLEEEEING.
 19983 | D:5      | 19983 ||| FLEEEEING.
 19999 | D:5      | 19999 ||| FLEEEEING.
 20015 | D:5      | 20015 ||| FLEEEEING.
 20031 | D:5      | 20031 ||| FLEEEEING.
 20047 | D:5      | 20047 ||| FLEEEEING.
 20063 | D:5      | 20063 ||| FLEEEEING.
 20079 | D:5      | 20079 ||| FLEEEEING.
 20095 | D:5      | 20095 ||| FLEEEEING.
 20111 | D:5      | 20111 ||| FLEEEEING.
 20127 | D:5      | 20127 ||| FLEEEEING.
 20143 | D:5      | 20143 ||| FLEEEEING.
 20159 | D:5      | 20159 ||| FLEEEEING.
 20175 | D:5      | 20175 ||| FLEEEEING.
 20191 | D:5      | 20191 ||| FLEEEEING.
 20207 | D:5      | 20207 ||| FLEEEEING.
 20223 | D:5      | 20223 ||| FLEEEEING.
 20239 | D:5      | 20239 ||| FLEEEEING.
 20255 | D:5      | 20255 ||| FLEEEEING.
 20271 | D:5      | 20271 ||| FLEEEEING.
 20287 | D:5      | 20287 ||| FLEEEEING.
 20303 | D:5      | 20303 ||| FLEEEEING.
 20319 | D:5      | 20319 ||| FLEEEEING.
 20335 | D:5      | 20335 ||| FLEEEEING.
 20351 | D:5      | 20351 ||| FLEEEEING.
 20367 | D:5      | 20367 ||| FLEEEEING.
 20383 | D:5      | 20383 ||| FLEEEEING.
 20399 | D:5      | 20399 ||| FLEEEEING.
 20415 | D:5      | 20415 ||| FLEEEEING.
 20431 | D:5      | 20431 ||| FLEEEEING.
 20447 | D:5      | 20447 ||| FLEEEEING.
 20463 | D:5      | 20463 ||| FLEEEEING.
 20479 | D:5      | 20479 ||| FLEEEEING.
 20495 | D:5      | 20495 ||| FLEEEEING.
 20511 | D:5      | 20511 ||| FLEEEEING.
 20527 | D:5      | 20527 ||| FLEEEEING.
 20543 | D:5      | 20543 ||| FLEEEEING.
 20559 | D:5      | 20559 ||| FLEEEEING.
 20575 | D:5      | 20575 ||| FLEEEEING.
 20591 | D:5      | 20591 ||| FLEEEEING.
 20607 | D:5      | 20607 ||| FLEEEEING.
 20623 | D:5      | 20623 ||| FLEEEEING.
 20639 | D:5      | 20639 ||| FLEEEEING.
 20655 | D:5      | 20655 ||| FLEEEEING.
 20671 | D:5      | 20671 ||| FLEEEEING.
 20687 | D:5      | 20687 ||| FLEEEEING.
 20703 | D:5      | 20703 ||| FLEEEEING.
 20719 | D:5      | 20719 ||| FLEEEEING.
 20735 | D:5      | 20735 ||| FLEEEEING.
 20751 | D:5      | 20751 ||| FLEEEEING.
 20767 | D:5      | 20767 ||| FLEEEEING.
 20783 | D:5      | 20783 ||| FLEEEEING.
 20799 | D:5      | 20799 ||| FLEEEEING.
 20815 | D:5      | 20815 ||| FLEEEEING.
 20831 | D:5      | 20831 ||| FLEEEEING.
 20847 | D:5      | 20847 ||| FLEEEEING.
 20863 | D:5      | 20863 ||| FLEEEEING.
 20879 | D:5      | 20879 ||| FLEEEEING.
 20895 | D:5      | 20895 ||| FLEEEEING.
 20911 | D:5      | 20911 ||| FLEEEEING.
 20927 | D:5      | 20927 ||| FLEEEEING.
 20943 | D:5      | 20943 ||| FLEEEEING.
 20959 | D:5      | 20959 ||| FLEEEEING.
 20975 | D:5      | 20975 ||| FLEEEEING.
 20991 | D:5      | 20991 ||| FLEEEEING.
 21007 | D:5      | 21007 ||| FLEEEEING.
 21023 | D:5      | 21023 ||| FLEEEEING.
 21039 | D:5      | 21039 ||| FLEEEEING.
 21055 | D:5      | 21055 ||| FLEEEEING.
 21071 | D:5      | 21071 ||| FLEEEEING.
 21087 | D:5      | 21087 ||| FLEEEEING.
 21103 | D:5      | 21103 ||| FLEEEEING.
 21119 | D:5      | 21119 ||| FLEEEEING.
 21135 | D:5      | 21135 ||| FLEEEEING.
 21151 | D:5      | 21151 ||| FLEEEEING.
 21167 | D:5      | 21167 ||| FLEEEEING.
 21183 | D:5      | 21183 ||| FLEEEEING.
 21199 | D:5      | 21199 ||| FLEEEEING.
 21215 | D:5      | 21215 ||| FLEEEEING.
 21231 | D:5      | 21231 ||| FLEEEEING.
 21247 | D:5      | 21247 ||| FLEEEEING.
 21263 | D:5      | 21263 ||| FLEEEEING.
 21279 | D:5      | 21279 ||| FLEEEEING.
 21295 | D:5      | 21295 ||| FLEEEEING.
 21311 | D:5      | 21311 ||| FLEEEEING.
 21327 | D:5      | 21327 ||| FLEEEEING.
 21343 | D:5      | 21343 ||| FLEEEEING.
 21359 | D:5      | 21359 ||| FLEEEEING.
 21375 | D:5      | 21375 ||| FLEEEEING.
 21391 | D:5      | 21391 ||| FLEEEEING.
 21407 | D:5      | 21407 ||| FLEEEEING.
 21423 | D:5      | 21423 ||| FLEEEEING.
 21439 | D:5      | 21439 ||| FLEEEEING.
 21455 | D:5      | 21455 ||| FLEEEEING.
 21471 | D:5      | 21471 ||| FLEEEEING.
 21487 | D:5      | 21487 ||| FLEEEEING.
 21503 | D:5      | 21503 ||| FLEEEEING.
 21519 | D:5      | 21519 ||| FLEEEEING.
 21535 | D:5      | 21535 ||| FLEEEEING.
 21551 | D:5      | 21551 ||| FLEEEEING.
 21567 | D:5      | 21567 ||| FLEEEEING.
 21583 | D:5      | 21583 ||| FLEEEEING.
 21599 | D:5      | 21599 ||| FLEEEEING.
 21615 | D:5      | 21615 ||| FLEEEEING.
 21631 | D:5      | 21631 ||| FLEEEEING.
 21647 | D:5      | 21647 ||| FLEEEEING.
 21663 | D:5      | 21663 ||| FLEEEEING.
 21679 | D:5      | 21679 ||| FLEEEEING.
 21695 | D:5      | 21695 ||| FLEEEEING.
 21711 | D:5      | 21711 ||| FLEEEEING.
 21727 | D:5      | 21727 ||| FLEEEEING.
 21743 | D:5      | 21743 ||| FLEEEEING.
 21759 | D:5      | 21759 ||| FLEEEEING.
 21775 | D:5      | 21775 ||| FLEEEEING.
 21791 | D:5      | 21791 ||| FLEEEEING.
 21807 | D:5      | 21807 ||| FLEEEEING.
 21823 | D:5      | 21823 ||| FLEEEEING.
 21839 | D:5      | 21839 ||| FLEEEEING.
 21855 | D:5      | 21855 ||| FLEEEEING.
 21871 | D:5      | 21871 ||| FLEEEEING.
 21887 | D:5      | 21887 ||| FLEEEEING.
 21903 | D:5      | 21903 ||| FLEEEEING.
 21919 | D:5      | 21919 ||| FLEEEEING.
 21935 | D:5      | 21935 ||| FLEEEEING.
 21951 | D:5      | 21951 ||| FLEEEEING.
 21967 | D:5      | 21967 ||| FLEEEEING.
 21983 | D:5      | 21983 ||| FLEEEEING.
 21999 | D:5      | 21999 ||| FLEEEEING.
 22015 | D:5      | 22015 ||| FLEEEEING.
 22031 | D:5      | 22031 ||| FLEEEEING.
 22047 | D:5      | 22047 ||| FLEEEEING.
 22063 | D:5      | 22063 ||| FLEEEEING.
 22079 | D:5      | 22079 ||| FLEEEEING.
 22095 | D:5      | 22095 ||| FLEEEEING.
 22111 | D:5      | 22111 ||| FLEEEEING.
 22127 | D:5      | 22127 ||| FLEEEEING.
 22143 | D:5      | 22143 ||| FLEEEEING.
 22159 | D:5      | 22159 ||| FLEEEEING.
 22175 | D:5      | 22175 ||| FLEEEEING.
 22191 | D:5      | 22191 ||| FLEEEEING.
 22207 | D:5      | 22207 ||| FLEEEEING.
 22223 | D:5      | 22223 ||| FLEEEEING.
 22239 | D:5      | 22239 ||| FLEEEEING.
 22255 | D:5      | 22255 ||| FLEEEEING.
 22271 | D:5      | 22271 ||| FLEEEEING.
 22287 | D:5      | 22287 ||| FLEEEEING.
 22303 | D:5      | 22303 ||| FLEEEEING.
 22319 | D:5      | 22319 ||| FLEEEEING.
 22335 | D:5      | 22335 ||| FLEEEEING.
 22351 | D:5      | 22351 ||| FLEEEEING.
 22367 | D:5      | 22367 ||| FLEEEEING.
 22383 | D:5      | 22383 ||| FLEEEEING.
 22399 | D:5      | 22399 ||| FLEEEEING.
 22415 | D:5      | 22415 ||| FLEEEEING.
 22431 | D:5      | 22431 ||| FLEEEEING.
 22447 | D:5      | 22447 ||| FLEEEEING.
 22463 | D:5      | 22463 ||| FLEEEEING.
 22479 | D:5      | 22479 ||| FLEEEEING.
 22495 | D:5      | 22495 ||| FLEEEEING.
 22511 | D:5      | 22511 ||| FLEEEEING.
 22527 | D:5      | 22527 ||| FLEEEEING.
 22543 | D:5      | 22543 ||| FLEEEEING.
 22559 | D:5      | 22559 ||| FLEEEEING.
 22575 | D:5      | 22575 ||| FLEEEEING.
 22591 | D:5      | 22591 ||| FLEEEEING.
 22607 | D:5      | 22607 ||| FLEEEEING.
 22623 | D:5      | 22623 ||| FLEEEEING.
 22639 | D:5      | 22639 ||| FLEEEEING.
 22655 | D:5      | 22655 ||| FLEEEEING.
 22671 | D:5      | 22671 ||| FLEEEEING.
 22687 | D:5      | 22687 ||| FLEEEEING.
 22703 | D:5      | 22703 ||| FLEEEEING.
 22719 | D:5      | 22719 ||| FLEEEEING.
 22735 | D:5      | 22735 ||| FLEEEEING.
 22751 | D:5      | 22751 ||| FLEEEEING.
 22767 | D:5      | 22767 ||| FLEEEEING.
 22783 | D:5      | 22783 ||| FLEEEEING.
 22799 | D:5      | 22799 ||| FLEEEEING.
 22815 | D:5      | 22815 ||| FLEEEEING.
 22831 | D:5      | 22831 ||| FLEEEEING.
 22847 | D:5      | 22847 ||| FLEEEEING.
 22863 | D:5      | 22863 ||| FLEEEEING.
 22879 | D:5      | 22879 ||| FLEEEEING.
 22895 | D:5      | 22895 ||| FLEEEEING.
 22911 | D:5      | 22911 ||| FLEEEEING.
 22927 | D:5      | 22927 ||| FLEEEEING.
 22943 | D:5      | 22943 ||| FLEEEEING.
 22959 | D:5      | 22959 ||| FLEEEEING.
 22975 | D:5      | 22975 ||| FLEEEEING.
 22991 | D:5      | 22991 ||| FLEEEEING.
 23007 | D:5      | 23007 ||| FLEEEEING.
 23023 | D:5      | 23023 ||| FLEEEEING.
 23039 | D:5      | 23039 ||| FLEEEEING.
 23055 | D:5      | 23055 ||| FLEEEEING.
 23071 | D:5      | 23071 ||| FLEEEEING.
 23087 | D:5      | 23087 ||| FLEEEEING.
 23103 | D:5      | 23103 ||| FLEEEEING.
 23119 | D:5      | 23119 ||| FLEEEEING.
 23135 | D:5      | 23135 ||| FLEEEEING.
 23151 | D:5      | 23151 ||| FLEEEEING.
 23167 | D:5      | 23167 ||| FLEEEEING.
 23183 | D:5      | 23183 ||| FLEEEEING.
 23199 | D:5      | 23199 ||| FLEEEEING.
 23215 | D:5      | 23215 ||| FLEEEEING.
 23231 | D:5      | 23231 ||| FLEEEEING.
 23247 | D:5      | 23247 ||| FLEEEEING.
 23263 | D:5      | 23263 ||| FLEEEEING.
 23279 | D:5      | 23279 ||| FLEEEEING.
 23295 | D:5      | 23295 ||| FLEEEEING.
 23311 | D:5      | 23311 ||| FLEEEEING.
 23327 | D:5      | 23327 ||| FLEEEEING.
 23343 | D:5      | 23343 ||| FLEEEEING.
 23359 | D:5      | 23359 ||| FLEEEEING.
 23375 | D:5      | 23375 ||| FLEEEEING.
 23391 | D:5      | 23391 ||| FLEEEEING.
 23407 | D:5      | 23407 ||| FLEEEEING.
 23423 | D:5      | 23423 ||| FLEEEEING.
 23439 | D:5      | 23439 ||| FLEEEEING.
 23455 | D:5      | 23455 ||| FLEEEEING.
 23471 | D:5      | 23471 ||| FLEEEEING.
 23487 | D:5      | 23487 ||| FLEEEEING.
 23503 | D:5      | 23503 ||| FLEEEEING.
 23519 | D:5      | 23519 ||| FLEEEEING.
 23535 | D:5      | 23535 ||| FLEEEEING.
 23551 | D:5      | 23551 ||| FLEEEEING.
 23567 | D:5      | 23567 ||| FLEEEEING.
 23583 | D:5      | 23583 ||| FLEEEEING.
 23599 | D:5      | 23599 ||| FLEEEEING.
 23615 | D:5      | 23615 ||| FLEEEEING.
 23631 | D:5      | 23631 ||| FLEEEEING.
 23647 | D:5      | 23647 ||| FLEEEEING.
 23663 | D:5      | 23663 ||| FLEEEEING.
 23679 | D:5      | 23679 ||| FLEEEEING.
 23695 | D:5      | 23695 ||| FLEEEEING.
 23711 | D:5      | 23711 ||| FLEEEEING.
 23727 | D:5      | 23727 ||| FLEEEEING.
 23743 | D:5      | 23743 ||| FLEEEEING.
 23759 | D:5      | 23759 ||| FLEEEEING.
 23775 | D:5      | 23775 ||| FLEEEEING.
 23791 | D:5      | 23791 ||| FLEEEEING.
 23807 | D:5      | 23807 ||| FLEEEEING.
 23823 | D:5      | 23823 ||| FLEEEEING.
 23839 | D:5      | 23839 ||| FLEEEEING.
 23855 | D:5      | 23855 ||| FLEEEEING.
 23871 | D:5      | 23871 ||| FLEEEEING.
 23887 | D:5      | 23887 ||| FLEEEEING.
 23903 | D:5      | 23903 ||| FLEEEEING.
 23919 | D:5      | 23919 ||| FLEEEEING.
 23935 | D:5      | 23935 ||| FLEEEEING.
 23951 | D:5      | 23951 ||| FLEEEEING.
 23967 | D:5      | 23967 ||| FLEEEEING.
 23983 | D:5      | 23983 ||| FLEEEEING.
 23999 | D:5      | 23999 ||| FLEEEEING.
 24015 | D:5      | 24015 ||| FLEEEEING.
 24031 | D:5      | 24031 ||| FLEEEEING.
 24047 | D:5      | 24047 ||| FLEEEEING.
 24063 | D:5      | 24063 ||| FLEEEEING.
 24079 | D:5      | 24079 ||| FLEEEEING.
 24095 | D:5      | 24095 ||| FLEEEEING.
 24111 | D:5      | 24111 ||| FLEEEEING.
 24127 | D:5      | 24127 ||| FLEEEEING.
 24143 | D:5      | 24143 ||| FLEEEEING.
 24159 | D:5      | 24159 ||| FLEEEEING.
 24175 | D:5      | 24175 ||| FLEEEEING.
 24191 | D:5      | 24191 ||| FLEEEEING.
 24207 | D:5      | 24207 ||| FLEEEEING.
 24223 | D:5      | 24223 ||| FLEEEEING.
 24239 | D:5      | 24239 ||| FLEEEEING.
 24255 | D:5      | 24255 ||| FLEEEEING.
 24271 | D:5      | 24271 ||| FLEEEEING.
 24287 | D:5      | 24287 ||| FLEEEEING.
 24303 | D:5      | 24303 ||| FLEEEEING.
 24319 | D:5      | 24319 ||| FLEEEEING.
 24335 | D:5      | 24335 ||| FLEEEEING.
 24351 | D:5      | 24351 ||| FLEEEEING.
 24367 | D:5      | 24367 ||| FLEEEEING.
 24383 | D:5      | 24383 ||| FLEEEEING.
 24399 | D:5      | 24399 ||| FLEEEEING.
 24415 | D:5      | 24415 ||| FLEEEEING.
 24431 | D:5      | 24431 ||| FLEEEEING.
 24447 | D:5      | 24447 ||| FLEEEEING.
 24463 | D:5      | 24463 ||| FLEEEEING.
 24479 | D:5      | 24479 ||| FLEEEEING.
 24495 | D:5      | 24495 ||| FLEEEEING.
 24511 | D:5      | 24511 ||| FLEEEEING.
 24527 | D:5      | 24527 ||| FLEEEEING.
 24543 | D:5      | 24543 ||| FLEEEEING.
 24559 | D:5      | 24559 ||| FLEEEEING.
 24575 | D:5      | 24575 ||| FLEEEEING.
 24591 | D:5      | 24591 ||| FLEEEEING.
 24607 | D:5      | 24607 ||| FLEEEEING.
 24623 | D:5      | 24623 ||| FLEEEEING.
 24639 | D:5      | 24639 ||| FLEEEEING.
 24655 | D:5      | 24655 ||| FLEEEEING.
 24671 | D:5      | 24671 ||| FLEEEEING.
 24687 | D:5      | 24687 ||| FLEEEEING.
 24703 | D:5      | 24703 ||| FLEEEEING.
 24719 | D:5      | 24719 ||| FLEEEEING.
 24735 | D:5      | 24735 ||| FLEEEEING.
 24751 | D:5      | 24751 ||| FLEEEEING.
 24767 | D:5      | 24767 ||| FLEEEEING.
 24783 | D:5      | 24783 ||| FLEEEEING.
 24799 | D:5      | 24799 ||| FLEEEEING.
 24815 | D:5      | 24815 ||| FLEEEEING.
 24831 | D:5      | 24831 ||| FLEEEEING.
 24847 | D:5      | 24847 ||| FLEEEEING.
 24863 | D:5      | 24863 ||| FLEEEEING.
 24879 | D:5      | 24879 ||| FLEEEEING.
 24895 | D:5      | 24895 ||| FLEEEEING.
 24911 | D:5      | 24911 ||| FLEEEEING.
 24927 | D:5      | 24927 ||| FLEEEEING.
 24943 | D:5      | 24943 ||| FLEEEEING.
 24959 | D:5      | 24959 ||| FLEEEEING.
 24975 | D:5      | 24975 ||| FLEEEEING.
 24991 | D:5      | 24991 ||| FLEEEEING.
 25007 | D:5      | 25007 ||| FLEEEEING.
 25023 | D:5      | 25023 ||| FLEEEEING.
 25039 | D:5      | 25039 ||| FLEEEEING.
 25055 | D:5      | 25055 ||| FLEEEEING.
 25071 | D:5      | 25071 ||| FLEEEEING.
 25087 | D:5      | 25087 ||| FLEEEEING.
 25103 | D:5      | 25103 ||| FLEEEEING.
 25119 | D:5      | 25119 ||| FLEEEEING.
 25135 | D:5      | 25135 ||| FLEEEEING.
 25151 | D:5      | 25151 ||| FLEEEEING.
 25167 | D:5      | 25167 ||| FLEEEEING.
 25183 | D:5      | 25183 ||| FLEEEEING.
 25199 | D:5      | 25199 ||| FLEEEEING.
 25215 | D:5      | 25215 ||| FLEEEEING.
 25231 | D:5      | 25231 ||| FLEEEEING.
 25247 | D:5      | 25247 ||| FLEEEEING.
 25263 | D:5      | 25263 ||| FLEEEEING.
 25279 | D:5      | 25279 ||| FLEEEEING.
 25295 | D:5      | 25295 ||| FLEEEEING.
 25311 | D:5      | 25311 ||| FLEEEEING.
 25327 | D:5      | 25327 ||| FLEEEEING.
 25343 | D:5      | 25343 ||| FLEEEEING.
 25359 | D:5      | 25359 ||| FLEEEEING.
 25375 | D:5      | 25375 ||| FLEEEEING.
 25391 | D:5      | 25391 ||| FLEEEEING.
 25407 | D:5      | 25407 ||| FLEEEEING.
 25423 | D:5      | 25423 ||| FLEEEEING.
 25439 | D:5      | 25439 ||| FLEEEEING.
 25455 | D:5      | 25455 ||| FLEEEEING.
 25471 | D:5      | 25471 ||| FLEEEEING.
 25487 | D:5      | 25487 ||| FLEEEEING.
 25503 | D:5      | 25503 ||| FLEEEEING.
 25519 | D:5      | 25519 ||| FLEEEEING.
 25535 | D:5      | 25535 ||| FLEEEEING.
 25551 | D:5      | 25551 ||| FLEEEEING.
 25567 | D:5      | 25567 ||| FLEEEEING.
 25583 | D:5      | 25583 ||| FLEEEEING.
 25599 | D:5      | 25599 ||| FLEEEEING.
 25615 | D:5      | 25615 ||| FLEEEEING.
 25631 | D:5      | 25631 ||| FLEEEEING.
 25647 | D:5      | 25647 ||| FLEEEEING.
 25663 | D:5      | 25663 ||| FLEEEEING.
 25679 | D:5      | 25679 ||| FLEEEEING.
 25695 | D:5      | 25695 ||| FLEEEEING.
 25711 | D:5      | 25711 ||| FLEEEEING.
 25727 | D:5      | 25727 ||| FLEEEEING.
 25743 | D:5      | 25743 ||| FLEEEEING.
 25759 | D:5      | 25759 ||| FLEEEEING.
 25775 | D:5      | 25775 ||| FLEEEEING.
 25791 | D:5      | 25791 ||| FLEEEEING.
 25807 | D:5      | 25807 ||| FLEEEEING.
 25823 | D:5      | 25823 ||| FLEEEEING.
 25839 | D:5      | 25839 ||| FLEEEEING.
 25855 | D:5      | 25855 ||| FLEEEEING.
 25871 | D:5      | 25871 ||| FLEEEEING.
 25887 | D:5      | 25887 ||| FLEEEEING.
 25903 | D:5      | 25903 ||| FLEEEEING.
 25919 | D:5      | 25919 ||| FLEEEEING.
 25935 | D:5      | 25935 ||| FLEEEEING.
 25951 | D:5      | 25951 ||| FLEEEEING.
 25967 | D:5      | 25967 ||| FLEEEEING.
 25983 | D:5      | 25983 ||| FLEEEEING.
 25999 | D:5      | 25999 ||| FLEEEEING.
 26015 | D:5      | 26015 ||| FLEEEEING.
 26031 | D:5      | 26031 ||| FLEEEEING.
 26047 | D:5      | 26047 ||| FLEEEEING.
 26063 | D:5      | 26063 ||| FLEEEEING.
 26079 | D:5      | 26079 ||| FLEEEEING.
 26095 | D:5      | 26095 ||| FLEEEEING.
 26111 | D:5      | 26111 ||| FLEEEEING.
 26127 | D:5      | 26127 ||| FLEEEEING.
 26143 | D:5      | 26143 ||| FLEEEEING.
 26159 | D:5      | 26159 ||| FLEEEEING.
 26175 | D:5      | 26175 ||| FLEEEEING.
 26191 | D:5      | 26191 ||| FLEEEEING.
 26207 | D:5      | 26207 ||| FLEEEEING.
 26223 | D:5      | 26223 ||| FLEEEEING.
 26239 | D:5      | 26239 ||| FLEEEEING.
 26255 | D:5      | 26255 ||| FLEEEEING.
 26271 | D:5      | 26271 ||| FLEEEEING.
 26287 | D:5      | 26287 ||| FLEEEEING.
 26303 | D:5      | 26303 ||| FLEEEEING.
 26319 | D:5      | 26319 ||| FLEEEEING.
 26335 | D:5      | 26335 ||| FLEEEEING.
 26351 | D:5      | 26351 ||| FLEEEEING.
 26367 | D:5      | 26367 ||| FLEEEEING.
 26383 | D:5      | 26383 ||| FLEEEEING.
 26399 | D:5      | 26399 ||| FLEEEEING.
 26415 | D:5      | 26415 ||| FLEEEEING.
 26431 | D:5      | 26431 ||| FLEEEEING.
 26447 | D:5      | 26447 ||| FLEEEEING.
 26463 | D:5      | 26463 ||| FLEEEEING.
 26479 | D:5      | 26479 ||| FLEEEEING.
 26495 | D:5      | 26495 ||| FLEEEEING.
 26511 | D:5      | 26511 ||| FLEEEEING.
 26527 | D:5      | 26527 ||| FLEEEEING.
 26543 | D:5      | 26543 ||| FLEEEEING.
 26559 | D:5      | 26559 ||| FLEEEEING.
 26575 | D:5      | 26575 ||| FLEEEEING.
 26591 | D:5      | 26591 ||| FLEEEEING.
 26607 | D:5      | 26607 ||| FLEEEEING.
 26623 | D:5      | 26623 ||| FLEEEEING.
 26639 | D:5      | 26639 ||| FLEEEEING.
 26655 | D:5      | 26655 ||| FLEEEEING.
 26671 | D:5      | 26671 ||| FLEEEEING.
 26687 | D:5      | 26687 ||| FLEEEEING.
 26703 | D:5      | 26703 ||| FLEEEEING.
 26719 | D:5      | 26719 ||| FLEEEEING.
 26735 | D:5      | 26735 ||| FLEEEEING.
 26751 | D:5      | 26751 ||| FLEEEEING.
 26767 | D:5      | 26767 ||| FLEEEEING.
 26783 | D:5      | 26783 ||| FLEEEEING.
 26799 | D:5      | 26799 ||| FLEEEEING.
 26815 | D:5      | 26815 ||| FLEEEEING.
 26831 | D:5      | 26831 ||| FLEEEEING.
 26847 | D:5      | 26847 ||| FLEEEEING.
 26863 | D:5      | 26863 ||| FLEEEEING.
 26879 | D:5      | 26879 ||| FLEEEEING.
 26895 | D:5      | 26895 ||| FLEEEEING.
 26911 | D:5      | 26911 ||| FLEEEEING.
 26927 | D:5      | 26927 ||| FLEEEEING.
 26943 | D:5      | 26943 ||| FLEEEEING.
 26959 | D:5      | 26959 ||| FLEEEEING.
 26975 | D:5      | 26975 ||| FLEEEEING.
 26991 | D:5      | 26991 ||| FLEEEEING.
 27007 | D:5      | 27007 ||| FLEEEEING.
 27023 | D:5      | 27023 ||| FLEEEEING.
 27039 | D:5      | 27039 ||| FLEEEEING.
 27055 | D:5      | 27055 ||| FLEEEEING.
 27071 | D:5      | 27071 ||| FLEEEEING.
 27087 | D:5      | 27087 ||| FLEEEEING.
 27103 | D:5      | 27103 ||| FLEEEEING.
 27119 | D:5      | 27119 ||| FLEEEEING.
 27135 | D:5      | 27135 ||| FLEEEEING.
 27151 | D:5      | 27151 ||| FLEEEEING.
 27167 | D:5      | 27167 ||| FLEEEEING.
 27183 | D:5      | 27183 ||| FLEEEEING.
 27199 | D:5      | 27199 ||| FLEEEEING.
 27215 | D:5      | 27215 ||| FLEEEEING.
 27231 | D:5      | 27231 ||| FLEEEEING.
 27247 | D:5      | 27247 ||| FLEEEEING.
 27263 | D:5      | 27263 ||| FLEEEEING.
 27279 | D:5      | 27279 ||| FLEEEEING.
 27295 | D:5      | 27295 ||| FLEEEEING.
 27311 | D:5      | 27311 ||| FLEEEEING.
 27327 | D:5      | 27327 ||| FLEEEEING.
 27343 | D:5      | 27343 ||| FLEEEEING.
 27359 | D:5      | 27359 ||| FLEEEEING.
 27375 | D:5      | 27375 ||| FLEEEEING.
 27391 | D:5      | 27391 ||| FLEEEEING.
 27407 | D:5      | 27407 ||| FLEEEEING.
 27423 | D:5      | 27423 ||| FLEEEEING.
 27439 | D:5      | 27439 ||| FLEEEEING.
 27446 | D:5      | 27446 ||| FLEEEEING.
 27449 | D:5      | 27449 ||| FLEEEEING.
 27463 | D:5      | 27463 ||| FLEEEEING.
 27479 | D:5      | 27479 ||| FLEEEEING.
 27495 | D:5      | 27495 ||| FLEEEEING.
 27511 | D:5      | 27511 ||| FLEEEEING.
 27527 | D:5      | 27527 ||| FLEEEEING.
 27543 | D:5      | 27543 ||| FLEEEEING.
 27559 | D:5      | 27559 ||| FLEEEEING.
 27575 | D:5      | 27575 ||| FLEEEEING.
 27591 | D:5      | 27591 ||| FLEEEEING.
 27607 | D:5      | 27607 ||| FLEEEEING.
 27623 | D:5      | 27623 ||| FLEEEEING.
 27639 | D:5      | 27639 ||| FLEEEEING.
 27655 | D:5      | 27655 ||| FLEEEEING.
 27671 | D:5      | 27671 ||| FLEEEEING.
 27687 | D:5      | 27687 ||| FLEEEEING.
 27703 | D:5      | 27703 ||| FLEEEEING.
 27719 | D:5      | 27719 ||| FLEEEEING.
 27735 | D:5      | 27735 ||| FLEEEEING.
 27751 | D:5      | 27751 ||| FLEEEEING.
 27767 | D:5      | 27767 ||| FLEEEEING.
 27783 | D:5      | 27783 ||| FLEEEEING.
 27799 | D:5      | 27799 ||| FLEEEEING.
 27815 | D:5      | 27815 ||| FLEEEEING.
 27831 | D:5      | 27831 ||| FLEEEEING.
 27847 | D:5      | 27847 ||| FLEEEEING.
 27863 | D:5      | 27863 ||| FLEEEEING.
 27879 | D:5      | 27879 ||| FLEEEEING.
 27895 | D:5      | 27895 ||| FLEEEEING.
 27911 | D:5      | 27911 ||| FLEEEEING.
 27927 | D:5      | 27927 ||| FLEEEEING.
 27943 | D:5      | 27943 ||| FLEEEEING.
 27959 | D:5      | 27959 ||| FLEEEEING.
 27975 | D:5      | 27975 ||| FLEEEEING.
 27991 | D:5      | 27991 ||| FLEEEEING.
 28007 | D:5      | 28007 ||| FLEEEEING.
 28023 | D:5      | 28023 ||| FLEEEEING.
 28039 | D:5      | 28039 ||| FLEEEEING.
 28055 | D:5      | 28055 ||| FLEEEEING.
 28071 | D:5      | 28071 ||| FLEEEEING.
 28087 | D:5      | 28087 ||| FLEEEEING.
 28103 | D:5      | 28103 ||| FLEEEEING.
 28119 | D:5      | 28119 ||| FLEEEEING.
 28135 | D:5      | 28135 ||| FLEEEEING.
 28151 | D:5      | 28151 ||| FLEEEEING.
 28167 | D:5      | 28167 ||| FLEEEEING.
 28183 | D:5      | 28183 ||| FLEEEEING.
 28199 | D:5      | 28199 ||| FLEEEEING.
 28215 | D:5      | 28215 ||| FLEEEEING.
 28231 | D:5      | 28231 ||| FLEEEEING.
 28247 | D:5      | 28247 ||| FLEEEEING.
 28263 | D:5      | 28263 ||| FLEEEEING.
 28279 | D:5      | 28279 ||| FLEEEEING.
 28295 | D:5      | 28295 ||| FLEEEEING.
 28311 | D:5      | 28311 ||| FLEEEEING.
 28327 | D:5      | 28327 ||| FLEEEEING.
 28343 | D:5      | 28343 ||| FLEEEEING.
 28359 | D:5      | 28359 ||| FLEEEEING.
 28375 | D:5      | 28375 ||| FLEEEEING.
 28391 | D:5      | 28391 ||| FLEEEEING.
 28407 | D:5      | 28407 ||| FLEEEEING.
 28423 | D:5      | 28423 ||| FLEEEEING.
 28439 | D:5      | 28439 ||| FLEEEEING.
 28455 | D:5      | 28455 ||| FLEEEEING.
 28471 | D:5      | 28471 ||| FLEEEEING.
 28487 | D:5      | 28487 ||| FLEEEEING.
 28503 | D:5      | 28503 ||| FLEEEEING.
 28519 | D:5      | 28519 ||| FLEEEEING.
 28535 | D:5      | 28535 ||| FLEEEEING.
 28551 | D:5      | 28551 ||| FLEEEEING.
 28567 | D:5      | 28567 ||| FLEEEEING.
 28583 | D:5      | 28583 ||| FLEEEEING.
 28599 | D:5      | 28599 ||| FLEEEEING.
 28615 | D:5      | 28615 ||| FLEEEEING.
 28631 | D:5      | 28631 ||| FLEEEEING.
 28647 | D:5      | 28647 ||| FLEEEEING.
 28663 | D:5      | 28663 ||| FLEEEEING.
 28679 | D:5      | 28679 ||| FLEEEEING.
 28695 | D:5      | 28695 ||| FLEEEEING.
 28711 | D:5      | 28711 ||| FLEEEEING.
 28727 | D:5      | 28727 ||| FLEEEEING.
 28743 | D:5      | 28743 ||| FLEEEEING.
 28759 | D:5      | 28759 ||| FLEEEEING.
 28775 | D:5      | 28775 ||| FLEEEEING.
 28791 | D:5      | 28791 ||| FLEEEEING.
 28807 | D:5      | 28807 ||| FLEEEEING.
 28823 | D:5      | 28823 ||| FLEEEEING.
 28839 | D:5      | 28839 ||| FLEEEEING.
 28855 | D:5      | 28855 ||| FLEEEEING.
 28871 | D:5      | 28871 ||| FLEEEEING.
 28877 | D:5      | Glimpsed the power of Zot.
 28887 | D:5      | 28887 ||| FLEEEEING.
 28903 | D:5      | 28903 ||| FLEEEEING.
 28919 | D:5      | 28919 ||| FLEEEEING.
 28935 | D:5      | 28935 ||| FLEEEEING.
 28951 | D:5      | 28951 ||| FLEEEEING.
 28967 | D:5      | 28967 ||| FLEEEEING.
 28983 | D:5      | 28983 ||| FLEEEEING.
 28999 | D:5      | 28999 ||| FLEEEEING.
 29015 | D:5      | 29015 ||| FLEEEEING.
 29031 | D:5      | 29031 ||| FLEEEEING.
 29047 | D:5      | 29047 ||| FLEEEEING.
 29063 | D:5      | 29063 ||| FLEEEEING.
 29079 | D:5      | 29079 ||| FLEEEEING.
 29095 | D:5      | 29095 ||| FLEEEEING.
 29111 | D:5      | 29111 ||| FLEEEEING.
 29127 | D:5      | 29127 ||| FLEEEEING.
 29143 | D:5      | 29143 ||| FLEEEEING.
 29159 | D:5      | 29159 ||| FLEEEEING.
 29175 | D:5      | 29175 ||| FLEEEEING.
 29191 | D:5      | 29191 ||| FLEEEEING.
 29207 | D:5      | 29207 ||| FLEEEEING.
 29223 | D:5      | 29223 ||| FLEEEEING.
 29239 | D:5      | 29239 ||| FLEEEEING.
 29255 | D:5      | 29255 ||| FLEEEEING.
 29271 | D:5      | 29271 ||| FLEEEEING.
 29287 | D:5      | 29287 ||| FLEEEEING.
 29303 | D:5      | 29303 ||| FLEEEEING.
 29319 | D:5      | 29319 ||| FLEEEEING.
 29335 | D:5      | 29335 ||| FLEEEEING.
 29351 | D:5      | 29351 ||| FLEEEEING.
 29367 | D:5      | 29367 ||| FLEEEEING.
 29377 | D:5      | Glimpsed the power of Zot.
 29383 | D:5      | 29383 ||| FLEEEEING.
 29399 | D:5      | 29399 ||| FLEEEEING.
 29415 | D:5      | 29415 ||| FLEEEEING.
 29431 | D:5      | 29431 ||| FLEEEEING.
 29447 | D:5      | 29447 ||| FLEEEEING.
 29463 | D:5      | 29463 ||| FLEEEEING.
 29479 | D:5      | 29479 ||| FLEEEEING.
 29495 | D:5      | 29495 ||| FLEEEEING.
 29511 | D:5      | 29511 ||| FLEEEEING.
 29527 | D:5      | 29527 ||| FLEEEEING.
 29543 | D:5      | 29543 ||| FLEEEEING.
 29559 | D:5      | 29559 ||| FLEEEEING.
 29575 | D:5      | 29575 ||| FLEEEEING.
 29591 | D:5      | 29591 ||| FLEEEEING.
 29607 | D:5      | 29607 ||| FLEEEEING.
 29623 | D:5      | 29623 ||| FLEEEEING.
 29639 | D:5      | 29639 ||| FLEEEEING.
 29655 | D:5      | 29655 ||| FLEEEEING.
 29671 | D:5      | 29671 ||| FLEEEEING.
 29687 | D:5      | 29687 ||| FLEEEEING.
 29703 | D:5      | 29703 ||| FLEEEEING.
 29719 | D:5      | 29719 ||| FLEEEEING.
 29735 | D:5      | 29735 ||| FLEEEEING.
 29751 | D:5      | 29751 ||| FLEEEEING.
 29767 | D:5      | 29767 ||| FLEEEEING.
 29777 | D:5      | Glimpsed the power of Zot.
 29783 | D:5      | 29783 ||| FLEEEEING.
 29799 | D:5      | 29799 ||| FLEEEEING.
 29815 | D:5      | 29815 ||| FLEEEEING.
 29831 | D:5      | 29831 ||| FLEEEEING.
 29847 | D:5      | 29847 ||| FLEEEEING.
 29863 | D:5      | 29863 ||| FLEEEEING.
 29877 | D:5      | Touched by the power of Zot.
 29878 | D:5      | Glimpsed the power of Zot.
 29879 | D:5      | 29879 ||| FLEEEEING.
 29895 | D:5      | 29895 ||| FLEEEEING.
 29911 | D:5      | 29911 ||| FLEEEEING.
 29927 | D:5      | 29927 ||| FLEEEEING.
 29943 | D:5      | 29943 ||| FLEEEEING.
 29959 | D:5      | 29959 ||| FLEEEEING.
 29975 | D:5      | 29975 ||| FLEEEEING.
 29991 | D:5      | 29991 ||| FLEEEEING.
 30007 | D:5      | 30007 ||| FLEEEEING.
 30023 | D:5      | 30023 ||| FLEEEEING.
 30039 | D:5      | 30039 ||| FLEEEEING.
 30055 | D:5      | 30055 ||| FLEEEEING.
 30071 | D:5      | 30071 ||| FLEEEEING.
 30087 | D:5      | 30087 ||| FLEEEEING.
 30103 | D:5      | 30103 ||| FLEEEEING.
 30119 | D:5      | 30119 ||| FLEEEEING.
 30135 | D:5      | 30135 ||| FLEEEEING.
 30151 | D:5      | 30151 ||| FLEEEEING.
 30167 | D:5      | 30167 ||| FLEEEEING.
 30183 | D:5      | 30183 ||| FLEEEEING.
 30199 | D:5      | 30199 ||| FLEEEEING.
 30215 | D:5      | 30215 ||| FLEEEEING.
 30231 | D:5      | 30231 ||| FLEEEEING.
 30247 | D:5      | 30247 ||| FLEEEEING.
 30263 | D:5      | 30263 ||| FLEEEEING.
 30279 | D:5      | 30279 ||| FLEEEEING.
 30295 | D:5      | 30295 ||| FLEEEEING.
 30311 | D:5      | 30311 ||| FLEEEEING.
 30327 | D:5      | 30327 ||| FLEEEEING.
 30343 | D:5      | 30343 ||| FLEEEEING.
 30359 | D:5      | 30359 ||| FLEEEEING.
 30375 | D:5      | 30375 ||| FLEEEEING.
 30378 | D:5      | Glimpsed the power of Zot.
 30391 | D:5      | 30391 ||| FLEEEEING.
 30407 | D:5      | 30407 ||| FLEEEEING.
 30423 | D:5      | 30423 ||| FLEEEEING.
 30439 | D:5      | 30439 ||| FLEEEEING.
 30455 | D:5      | 30455 ||| FLEEEEING.
 30471 | D:5      | 30471 ||| FLEEEEING.
 30487 | D:5      | 30487 ||| FLEEEEING.
 30503 | D:5      | 30503 ||| FLEEEEING.
 30519 | D:5      | 30519 ||| FLEEEEING.
 30535 | D:5      | 30535 ||| FLEEEEING.
 30551 | D:5      | 30551 ||| FLEEEEING.
 30567 | D:5      | 30567 ||| FLEEEEING.
 30583 | D:5      | 30583 ||| FLEEEEING.
 30599 | D:5      | 30599 ||| FLEEEEING.
 30615 | D:5      | 30615 ||| FLEEEEING.
 30631 | D:5      | 30631 ||| FLEEEEING.
 30647 | D:5      | 30647 ||| FLEEEEING.
 30663 | D:5      | 30663 ||| FLEEEEING.
 30679 | D:5      | 30679 ||| FLEEEEING.
 30695 | D:5      | 30695 ||| FLEEEEING.
 30711 | D:5      | 30711 ||| FLEEEEING.
 30727 | D:5      | 30727 ||| FLEEEEING.
 30743 | D:5      | 30743 ||| FLEEEEING.
 30759 | D:5      | 30759 ||| FLEEEEING.
 30775 | D:5      | 30775 ||| FLEEEEING.
 30778 | D:5      | Glimpsed the power of Zot.
 30791 | D:5      | 30791 ||| FLEEEEING.
 30807 | D:5      | 30807 ||| FLEEEEING.
 30823 | D:5      | 30823 ||| FLEEEEING.
 30839 | D:5      | 30839 ||| FLEEEEING.
 30855 | D:5      | 30855 ||| FLEEEEING.
 30871 | D:5      | 30871 ||| FLEEEEING.
 30877 | D:5      | Touched by the power of Zot.
 30878 | D:5      | Glimpsed the power of Zot.
 30887 | D:5      | 30887 ||| FLEEEEING.
 30903 | D:5      | 30903 ||| FLEEEEING.
 30919 | D:5      | 30919 ||| FLEEEEING.
 30935 | D:5      | 30935 ||| FLEEEEING.
 30951 | D:5      | 30951 ||| FLEEEEING.
 30967 | D:5      | 30967 ||| FLEEEEING.
 30983 | D:5      | 30983 ||| FLEEEEING.
 30999 | D:5      | 30999 ||| FLEEEEING.
 31015 | D:5      | 31015 ||| FLEEEEING.
 31031 | D:5      | 31031 ||| FLEEEEING.
 31047 | D:5      | 31047 ||| FLEEEEING.
 31063 | D:5      | 31063 ||| FLEEEEING.
 31079 | D:5      | 31079 ||| FLEEEEING.
 31095 | D:5      | 31095 ||| FLEEEEING.
 31111 | D:5      | 31111 ||| FLEEEEING.
 31127 | D:5      | 31127 ||| FLEEEEING.
 31143 | D:5      | 31143 ||| FLEEEEING.
 31159 | D:5      | 31159 ||| FLEEEEING.
 31175 | D:5      | 31175 ||| FLEEEEING.
 31191 | D:5      | 31191 ||| FLEEEEING.
 31207 | D:5      | 31207 ||| FLEEEEING.
 31223 | D:5      | 31223 ||| FLEEEEING.
 31239 | D:5      | 31239 ||| FLEEEEING.
 31255 | D:5      | 31255 ||| FLEEEEING.
 31271 | D:5      | 31271 ||| FLEEEEING.
 31287 | D:5      | 31287 ||| FLEEEEING.
 31303 | D:5      | 31303 ||| FLEEEEING.
 31319 | D:5      | 31319 ||| FLEEEEING.
 31335 | D:5      | 31335 ||| FLEEEEING.
 31351 | D:5      | 31351 ||| FLEEEEING.
 31367 | D:5      | 31367 ||| FLEEEEING.
 31378 | D:5      | Glimpsed the power of Zot.
 31383 | D:5      | 31383 ||| FLEEEEING.
 31399 | D:5      | 31399 ||| FLEEEEING.
 31415 | D:5      | 31415 ||| FLEEEEING.
 31431 | D:5      | 31431 ||| FLEEEEING.
 31447 | D:5      | 31447 ||| FLEEEEING.
 31463 | D:5      | 31463 ||| FLEEEEING.
 31479 | D:5      | 31479 ||| FLEEEEING.
 31495 | D:5      | 31495 ||| FLEEEEING.
 31511 | D:5      | 31511 ||| FLEEEEING.
 31527 | D:5      | 31527 ||| FLEEEEING.
 31543 | D:5      | 31543 ||| FLEEEEING.
 31559 | D:5      | 31559 ||| FLEEEEING.
 31575 | D:5      | 31575 ||| FLEEEEING.
 31591 | D:5      | 31591 ||| FLEEEEING.
 31607 | D:5      | 31607 ||| FLEEEEING.
 31623 | D:5      | 31623 ||| FLEEEEING.
 31639 | D:5      | 31639 ||| FLEEEEING.
 31655 | D:5      | 31655 ||| FLEEEEING.
 31671 | D:5      | 31671 ||| FLEEEEING.
 31687 | D:5      | 31687 ||| FLEEEEING.
 31703 | D:5      | 31703 ||| FLEEEEING.
 31719 | D:5      | 31719 ||| FLEEEEING.
 31735 | D:5      | 31735 ||| FLEEEEING.
 31751 | D:5      | 31751 ||| FLEEEEING.
 31767 | D:5      | 31767 ||| FLEEEEING.
 31778 | D:5      | Glimpsed the power of Zot.
 31783 | D:5      | 31783 ||| FLEEEEING.
 31799 | D:5      | 31799 ||| FLEEEEING.
 31815 | D:5      | 31815 ||| FLEEEEING.
 31831 | D:5      | 31831 ||| FLEEEEING.
 31847 | D:5      | 31847 ||| FLEEEEING.
 31863 | D:5      | 31863 ||| FLEEEEING.
 31877 | D:5      | Touched by the power of Zot.
 31878 | D:5      | Glimpsed the power of Zot.
 31879 | D:5      | 31879 ||| FLEEEEING.
 31895 | D:5      | 31895 ||| FLEEEEING.
 31911 | D:5      | 31911 ||| FLEEEEING.
 31927 | D:5      | 31927 ||| FLEEEEING.
 31943 | D:5      | 31943 ||| FLEEEEING.
 31959 | D:5      | 31959 ||| FLEEEEING.
 31975 | D:5      | 31975 ||| FLEEEEING.
 31991 | D:5      | 31991 ||| FLEEEEING.
 32007 | D:5      | 32007 ||| FLEEEEING.
 32023 | D:5      | 32023 ||| FLEEEEING.
 32039 | D:5      | 32039 ||| FLEEEEING.
 32055 | D:5      | 32055 ||| FLEEEEING.
 32071 | D:5      | 32071 ||| FLEEEEING.
 32087 | D:5      | 32087 ||| FLEEEEING.
 32103 | D:5      | 32103 ||| FLEEEEING.
 32119 | D:5      | 32119 ||| FLEEEEING.
 32135 | D:5      | 32135 ||| FLEEEEING.
 32151 | D:5      | 32151 ||| FLEEEEING.
 32167 | D:5      | 32167 ||| FLEEEEING.
 32183 | D:5      | 32183 ||| FLEEEEING.
 32199 | D:5      | 32199 ||| FLEEEEING.
 32215 | D:5      | 32215 ||| FLEEEEING.
 32231 | D:5      | 32231 ||| FLEEEEING.
 32247 | D:5      | 32247 ||| FLEEEEING.
 32263 | D:5      | 32263 ||| FLEEEEING.
 32279 | D:5      | 32279 ||| FLEEEEING.
 32295 | D:5      | 32295 ||| FLEEEEING.
 32311 | D:5      | 32311 ||| FLEEEEING.
 32327 | D:5      | 32327 ||| FLEEEEING.
 32343 | D:5      | 32343 ||| FLEEEEING.
 32359 | D:5      | 32359 ||| FLEEEEING.
 32375 | D:5      | 32375 ||| FLEEEEING.
 32378 | D:5      | Glimpsed the power of Zot.
 32391 | D:5      | 32391 ||| FLEEEEING.
 32407 | D:5      | 32407 ||| FLEEEEING.
 32423 | D:5      | 32423 ||| FLEEEEING.
 32439 | D:5      | 32439 ||| FLEEEEING.
 32455 | D:5      | 32455 ||| FLEEEEING.
 32471 | D:5      | 32471 ||| FLEEEEING.
 32487 | D:5      | 32487 ||| FLEEEEING.
 32503 | D:5      | 32503 ||| FLEEEEING.
 32519 | D:5      | 32519 ||| FLEEEEING.
 32535 | D:5      | 32535 ||| FLEEEEING.
 32551 | D:5      | 32551 ||| FLEEEEING.
 32567 | D:5      | 32567 ||| FLEEEEING.
 32583 | D:5      | 32583 ||| FLEEEEING.
 32599 | D:5      | 32599 ||| FLEEEEING.
 32615 | D:5      | 32615 ||| FLEEEEING.
 32631 | D:5      | 32631 ||| FLEEEEING.
 32647 | D:5      | 32647 ||| FLEEEEING.
 32663 | D:5      | 32663 ||| FLEEEEING.
 32679 | D:5      | 32679 ||| FLEEEEING.
 32695 | D:5      | 32695 ||| FLEEEEING.
 32711 | D:5      | 32711 ||| FLEEEEING.
 32727 | D:5      | 32727 ||| FLEEEEING.
 32743 | D:5      | 32743 ||| FLEEEEING.
 32759 | D:5      | 32759 ||| FLEEEEING.
 32775 | D:5      | 32775 ||| FLEEEEING.
 32778 | D:5      | Glimpsed the power of Zot.
 32791 | D:5      | 32791 ||| FLEEEEING.
 32807 | D:5      | 32807 ||| FLEEEEING.
 32823 | D:5      | 32823 ||| FLEEEEING.
 32839 | D:5      | 32839 ||| FLEEEEING.
 32855 | D:5      | 32855 ||| FLEEEEING.
 32871 | D:5      | 32871 ||| FLEEEEING.
 32877 | D:5      | Touched by the power of Zot.
 32878 | D:5      | Glimpsed the power of Zot.
 32887 | D:5      | 32887 ||| FLEEEEING.
 32903 | D:5      | 32903 ||| FLEEEEING.
 32919 | D:5      | 32919 ||| FLEEEEING.
 32935 | D:5      | 32935 ||| FLEEEEING.
 32951 | D:5      | 32951 ||| FLEEEEING.
 32967 | D:5      | 32967 ||| FLEEEEING.
 32983 | D:5      | 32983 ||| FLEEEEING.
 32999 | D:5      | 32999 ||| FLEEEEING.
 33015 | D:5      | 33015 ||| FLEEEEING.
 33031 | D:5      | 33031 ||| FLEEEEING.
 33047 | D:5      | 33047 ||| FLEEEEING.
 33063 | D:5      | 33063 ||| FLEEEEING.
 33079 | D:5      | 33079 ||| FLEEEEING.
 33095 | D:5      | 33095 ||| FLEEEEING.
 33111 | D:5      | 33111 ||| FLEEEEING.
 33127 | D:5      | 33127 ||| FLEEEEING.
 33143 | D:5      | 33143 ||| FLEEEEING.
 33159 | D:5      | 33159 ||| FLEEEEING.
 33175 | D:5      | 33175 ||| FLEEEEING.
 33191 | D:5      | 33191 ||| FLEEEEING.
 33207 | D:5      | 33207 ||| FLEEEEING.
 33223 | D:5      | 33223 ||| FLEEEEING.
 33239 | D:5      | 33239 ||| FLEEEEING.
 33255 | D:5      | 33255 ||| FLEEEEING.
 33271 | D:5      | 33271 ||| FLEEEEING.
 33287 | D:5      | 33287 ||| FLEEEEING.
 33303 | D:5      | 33303 ||| FLEEEEING.
 33319 | D:5      | 33319 ||| FLEEEEING.
 33335 | D:5      | 33335 ||| FLEEEEING.
 33351 | D:5      | 33351 ||| FLEEEEING.
 33367 | D:5      | 33367 ||| FLEEEEING.
 33378 | D:5      | Glimpsed the power of Zot.
 33383 | D:5      | 33383 ||| FLEEEEING.
 33399 | D:5      | 33399 ||| FLEEEEING.
 33415 | D:5      | 33415 ||| FLEEEEING.
 33431 | D:5      | 33431 ||| FLEEEEING.
 33447 | D:5      | 33447 ||| FLEEEEING.
 33463 | D:5      | 33463 ||| FLEEEEING.
 33479 | D:5      | 33479 ||| FLEEEEING.
 33495 | D:5      | 33495 ||| FLEEEEING.
 33511 | D:5      | 33511 ||| FLEEEEING.
 33527 | D:5      | 33527 ||| FLEEEEING.
 33543 | D:5      | 33543 ||| FLEEEEING.
 33559 | D:5      | 33559 ||| FLEEEEING.
 33575 | D:5      | 33575 ||| FLEEEEING.
 33591 | D:5      | 33591 ||| FLEEEEING.
 33607 | D:5      | 33607 ||| FLEEEEING.
 33623 | D:5      | 33623 ||| FLEEEEING.
 33639 | D:5      | 33639 ||| FLEEEEING.
 33655 | D:5      | 33655 ||| FLEEEEING.
 33671 | D:5      | 33671 ||| FLEEEEING.
 33687 | D:5      | 33687 ||| FLEEEEING.
 33703 | D:5      | 33703 ||| FLEEEEING.
 33719 | D:5      | 33719 ||| FLEEEEING.
 33735 | D:5      | 33735 ||| FLEEEEING.
 33751 | D:5      | 33751 ||| FLEEEEING.
 33767 | D:5      | 33767 ||| FLEEEEING.
 33778 | D:5      | Glimpsed the power of Zot.
 33783 | D:5      | 33783 ||| FLEEEEING.
 33799 | D:5      | 33799 ||| FLEEEEING.
 33815 | D:5      | 33815 ||| FLEEEEING.
 33831 | D:5      | 33831 ||| FLEEEEING.
 33847 | D:5      | 33847 ||| FLEEEEING.
 33863 | D:5      | 33863 ||| FLEEEEING.
 33877 | D:5      | Touched by the power of Zot.
 33878 | D:5      | Glimpsed the power of Zot.
 33879 | D:5      | 33879 ||| FLEEEEING.
 33895 | D:5      | 33895 ||| FLEEEEING.
 33911 | D:5      | 33911 ||| FLEEEEING.
 33927 | D:5      | 33927 ||| FLEEEEING.
 33943 | D:5      | 33943 ||| FLEEEEING.
 33959 | D:5      | 33959 ||| FLEEEEING.
 33975 | D:5      | 33975 ||| FLEEEEING.
 33991 | D:5      | 33991 ||| FLEEEEING.
 34007 | D:5      | 34007 ||| FLEEEEING.
 34023 | D:5      | 34023 ||| FLEEEEING.
 34039 | D:5      | 34039 ||| FLEEEEING.
 34055 | D:5      | 34055 ||| FLEEEEING.
 34071 | D:5      | 34071 ||| FLEEEEING.
 34087 | D:5      | 34087 ||| FLEEEEING.
 34103 | D:5      | 34103 ||| FLEEEEING.
 34119 | D:5      | 34119 ||| FLEEEEING.
 34135 | D:5      | 34135 ||| FLEEEEING.
 34151 | D:5      | 34151 ||| FLEEEEING.
 34167 | D:5      | 34167 ||| FLEEEEING.
 34183 | D:5      | 34183 ||| FLEEEEING.
 34199 | D:5      | 34199 ||| FLEEEEING.
 34215 | D:5      | 34215 ||| FLEEEEING.
 34231 | D:5      | 34231 ||| FLEEEEING.
 34247 | D:5      | 34247 ||| FLEEEEING.
 34263 | D:5      | 34263 ||| FLEEEEING.
 34279 | D:5      | 34279 ||| FLEEEEING.
 34295 | D:5      | 34295 ||| FLEEEEING.
 34311 | D:5      | 34311 ||| FLEEEEING.
 34327 | D:5      | 34327 ||| FLEEEEING.
 34343 | D:5      | 34343 ||| FLEEEEING.
 34359 | D:5      | 34359 ||| FLEEEEING.
 34375 | D:5      | 34375 ||| FLEEEEING.
 34378 | D:5      | Glimpsed the power of Zot.
 34391 | D:5      | 34391 ||| FLEEEEING.
 34407 | D:5      | 34407 ||| FLEEEEING.
 34423 | D:5      | 34423 ||| FLEEEEING.
 34439 | D:5      | 34439 ||| FLEEEEING.
 34455 | D:5      | 34455 ||| FLEEEEING.
 34471 | D:5      | 34471 ||| FLEEEEING.
 34487 | D:5      | 34487 ||| FLEEEEING.
 34503 | D:5      | 34503 ||| FLEEEEING.
 34519 | D:5      | 34519 ||| FLEEEEING.
 34535 | D:5      | 34535 ||| FLEEEEING.
 34551 | D:5      | 34551 ||| FLEEEEING.
 34567 | D:5      | 34567 ||| FLEEEEING.
 34583 | D:5      | 34583 ||| FLEEEEING.
 34599 | D:5      | 34599 ||| FLEEEEING.
 34615 | D:5      | 34615 ||| FLEEEEING.
 34631 | D:5      | 34631 ||| FLEEEEING.
 34647 | D:5      | 34647 ||| FLEEEEING.
 34663 | D:5      | 34663 ||| FLEEEEING.
 34679 | D:5      | 34679 ||| FLEEEEING.
 34695 | D:5      | 34695 ||| FLEEEEING.
 34711 | D:5      | 34711 ||| FLEEEEING.
 34727 | D:5      | 34727 ||| FLEEEEING.
 34743 | D:5      | 34743 ||| FLEEEEING.
 34759 | D:5      | 34759 ||| FLEEEEING.
 34775 | D:5      | 34775 ||| FLEEEEING.
 34778 | D:5      | Glimpsed the power of Zot.
 34791 | D:5      | 34791 ||| FLEEEEING.
 34807 | D:5      | 34807 ||| FLEEEEING.
 34823 | D:5      | 34823 ||| FLEEEEING.
 34839 | D:5      | 34839 ||| FLEEEEING.
 34855 | D:5      | 34855 ||| FLEEEEING.
 34871 | D:5      | 34871 ||| FLEEEEING.
 34877 | D:5      | Touched by the power of Zot.
 34878 | D:5      | Glimpsed the power of Zot.
 34887 | D:5      | 34887 ||| FLEEEEING.
 34903 | D:5      | 34903 ||| FLEEEEING.
 34919 | D:5      | 34919 ||| FLEEEEING.
 34935 | D:5      | 34935 ||| FLEEEEING.
 34951 | D:5      | 34951 ||| FLEEEEING.
 34967 | D:5      | 34967 ||| FLEEEEING.
 34983 | D:5      | 34983 ||| FLEEEEING.
 34999 | D:5      | 34999 ||| FLEEEEING.
 35015 | D:5      | 35015 ||| FLEEEEING.
 35031 | D:5      | 35031 ||| FLEEEEING.
 35047 | D:5      | 35047 ||| FLEEEEING.
 35063 | D:5      | 35063 ||| FLEEEEING.
 35079 | D:5      | 35079 ||| FLEEEEING.
 35095 | D:5      | 35095 ||| FLEEEEING.
 35111 | D:5      | 35111 ||| FLEEEEING.
 35127 | D:5      | 35127 ||| FLEEEEING.
 35143 | D:5      | 35143 ||| FLEEEEING.
 35159 | D:5      | 35159 ||| FLEEEEING.
 35175 | D:5      | 35175 ||| FLEEEEING.
 35191 | D:5      | 35191 ||| FLEEEEING.
 35207 | D:5      | 35207 ||| FLEEEEING.
 35223 | D:5      | 35223 ||| FLEEEEING.
 35239 | D:5      | 35239 ||| FLEEEEING.
 35255 | D:5      | 35255 ||| FLEEEEING.
 35271 | D:5      | 35271 ||| FLEEEEING.
 35287 | D:5      | 35287 ||| FLEEEEING.
 35303 | D:5      | 35303 ||| FLEEEEING.
 35319 | D:5      | 35319 ||| FLEEEEING.
 35335 | D:5      | 35335 ||| FLEEEEING.
 35351 | D:5      | 35351 ||| FLEEEEING.
 35367 | D:5      | 35367 ||| FLEEEEING.
 35378 | D:5      | Glimpsed the power of Zot.
 35383 | D:5      | 35383 ||| FLEEEEING.
 35399 | D:5      | 35399 ||| FLEEEEING.
 35415 | D:5      | 35415 ||| FLEEEEING.
 35431 | D:5      | 35431 ||| FLEEEEING.
 35447 | D:5      | 35447 ||| FLEEEEING.
 35463 | D:5      | 35463 ||| FLEEEEING.
 35479 | D:5      | 35479 ||| FLEEEEING.
 35495 | D:5      | 35495 ||| FLEEEEING.
 35511 | D:5      | 35511 ||| FLEEEEING.
 35527 | D:5      | 35527 ||| FLEEEEING.
 35543 | D:5      | 35543 ||| FLEEEEING.
 35559 | D:5      | 35559 ||| FLEEEEING.
 35575 | D:5      | 35575 ||| FLEEEEING.
 35591 | D:5      | 35591 ||| FLEEEEING.
 35607 | D:5      | 35607 ||| FLEEEEING.
 35623 | D:5      | 35623 ||| FLEEEEING.
 35639 | D:5      | 35639 ||| FLEEEEING.
 35655 | D:5      | 35655 ||| FLEEEEING.
 35671 | D:5      | 35671 ||| FLEEEEING.
 35687 | D:5      | 35687 ||| FLEEEEING.
 35703 | D:5      | 35703 ||| FLEEEEING.
 35719 | D:5      | 35719 ||| FLEEEEING.
 35735 | D:5      | 35735 ||| FLEEEEING.
 35751 | D:5      | 35751 ||| FLEEEEING.
 35767 | D:5      | 35767 ||| FLEEEEING.
 35778 | D:5      | Glimpsed the power of Zot.
 35783 | D:5      | 35783 ||| FLEEEEING.
 35799 | D:5      | 35799 ||| FLEEEEING.
 35815 | D:5      | 35815 ||| FLEEEEING.
 35831 | D:5      | 35831 ||| FLEEEEING.
 35847 | D:5      | 35847 ||| FLEEEEING.
 35863 | D:5      | 35863 ||| FLEEEEING.
 35877 | D:5      | Touched by the power of Zot.
 35878 | D:5      | Glimpsed the power of Zot.
 35879 | D:5      | 35879 ||| FLEEEEING.
 35895 | D:5      | 35895 ||| FLEEEEING.
 35911 | D:5      | 35911 ||| FLEEEEING.
 35927 | D:5      | 35927 ||| FLEEEEING.
 35943 | D:5      | 35943 ||| FLEEEEING.
 35959 | D:5      | 35959 ||| FLEEEEING.
 35975 | D:5      | 35975 ||| FLEEEEING.
 35991 | D:5      | 35991 ||| FLEEEEING.
 36007 | D:5      | 36007 ||| FLEEEEING.
 36023 | D:5      | 36023 ||| FLEEEEING.
 36039 | D:5      | 36039 ||| FLEEEEING.
 36055 | D:5      | 36055 ||| FLEEEEING.
 36071 | D:5      | 36071 ||| FLEEEEING.
 36087 | D:5      | 36087 ||| FLEEEEING.
 36103 | D:5      | 36103 ||| FLEEEEING.
 36119 | D:5      | 36119 ||| FLEEEEING.
 36135 | D:5      | 36135 ||| FLEEEEING.
 36151 | D:5      | 36151 ||| FLEEEEING.
 36167 | D:5      | 36167 ||| FLEEEEING.
 36183 | D:5      | 36183 ||| FLEEEEING.
 36199 | D:5      | 36199 ||| FLEEEEING.
 36215 | D:5      | 36215 ||| FLEEEEING.
 36231 | D:5      | 36231 ||| FLEEEEING.
 36247 | D:5      | 36247 ||| FLEEEEING.
 36263 | D:5      | 36263 ||| FLEEEEING.
 36279 | D:5      | 36279 ||| FLEEEEING.
 36295 | D:5      | 36295 ||| FLEEEEING.
 36311 | D:5      | 36311 ||| FLEEEEING.
 36327 | D:5      | 36327 ||| FLEEEEING.
 36343 | D:5      | 36343 ||| FLEEEEING.
 36359 | D:5      | 36359 ||| FLEEEEING.
 36375 | D:5      | 36375 ||| FLEEEEING.
 36378 | D:5      | Glimpsed the power of Zot.
 36391 | D:5      | 36391 ||| FLEEEEING.
 36407 | D:5      | 36407 ||| FLEEEEING.
 36423 | D:5      | 36423 ||| FLEEEEING.
 36439 | D:5      | 36439 ||| FLEEEEING.
 36455 | D:5      | 36455 ||| FLEEEEING.
 36471 | D:5      | 36471 ||| FLEEEEING.
 36487 | D:5      | 36487 ||| FLEEEEING.
 36503 | D:5      | 36503 ||| FLEEEEING.
 36519 | D:5      | 36519 ||| FLEEEEING.
 36535 | D:5      | 36535 ||| FLEEEEING.
 36551 | D:5      | 36551 ||| FLEEEEING.
 36567 | D:5      | 36567 ||| FLEEEEING.
 36583 | D:5      | 36583 ||| FLEEEEING.
 36599 | D:5      | 36599 ||| FLEEEEING.
 36615 | D:5      | 36615 ||| FLEEEEING.
 36631 | D:5      | 36631 ||| FLEEEEING.
 36647 | D:5      | 36647 ||| FLEEEEING.
 36663 | D:5      | 36663 ||| FLEEEEING.
 36679 | D:5      | 36679 ||| FLEEEEING.
 36695 | D:5      | 36695 ||| FLEEEEING.
 36711 | D:5      | 36711 ||| FLEEEEING.
 36727 | D:5      | 36727 ||| FLEEEEING.
 36743 | D:5      | 36743 ||| FLEEEEING.
 36759 | D:5      | 36759 ||| FLEEEEING.
 36775 | D:5      | 36775 ||| FLEEEEING.
 36778 | D:5      | Glimpsed the power of Zot.
 36791 | D:5      | 36791 ||| FLEEEEING.
 36807 | D:5      | 36807 ||| FLEEEEING.
 36823 | D:5      | 36823 ||| FLEEEEING.
 36839 | D:5      | 36839 ||| FLEEEEING.
 36855 | D:5      | 36855 ||| FLEEEEING.
 36871 | D:5      | 36871 ||| FLEEEEING.
 36877 | D:5      | Touched by the power of Zot.
 36878 | D:5      | Glimpsed the power of Zot.
 36887 | D:5      | 36887 ||| FLEEEEING.
 36903 | D:5      | 36903 ||| FLEEEEING.
 36919 | D:5      | 36919 ||| FLEEEEING.
 36935 | D:5      | 36935 ||| FLEEEEING.
 36951 | D:5      | 36951 ||| FLEEEEING.
 36967 | D:5      | 36967 ||| FLEEEEING.
 36983 | D:5      | 36983 ||| FLEEEEING.
 36999 | D:5      | 36999 ||| FLEEEEING.
 37015 | D:5      | 37015 ||| FLEEEEING.
 37031 | D:5      | 37031 ||| FLEEEEING.
 37047 | D:5      | 37047 ||| FLEEEEING.
 37063 | D:5      | 37063 ||| FLEEEEING.
 37079 | D:5      | 37079 ||| FLEEEEING.
 37095 | D:5      | 37095 ||| FLEEEEING.
 37111 | D:5      | 37111 ||| FLEEEEING.
 37127 | D:5      | 37127 ||| FLEEEEING.
 37143 | D:5      | 37143 ||| FLEEEEING.
 37159 | D:5      | 37159 ||| FLEEEEING.
 37175 | D:5      | 37175 ||| FLEEEEING.
 37191 | D:5      | 37191 ||| FLEEEEING.
 37207 | D:5      | 37207 ||| FLEEEEING.
 37223 | D:5      | 37223 ||| FLEEEEING.
 37239 | D:5      | 37239 ||| FLEEEEING.
 37255 | D:5      | 37255 ||| FLEEEEING.
 37271 | D:5      | 37271 ||| FLEEEEING.
 37287 | D:5      | 37287 ||| FLEEEEING.
 37303 | D:5      | 37303 ||| FLEEEEING.
 37319 | D:5      | 37319 ||| FLEEEEING.
 37335 | D:5      | 37335 ||| FLEEEEING.
 37351 | D:5      | 37351 ||| FLEEEEING.
 37367 | D:5      | 37367 ||| FLEEEEING.
 37378 | D:5      | Glimpsed the power of Zot.
 37383 | D:5      | 37383 ||| FLEEEEING.
 37399 | D:5      | 37399 ||| FLEEEEING.
 37415 | D:5      | 37415 ||| FLEEEEING.
 37431 | D:5      | 37431 ||| FLEEEEING.
 37447 | D:5      | 37447 ||| FLEEEEING.
 37463 | D:5      | 37463 ||| FLEEEEING.
 37479 | D:5      | 37479 ||| FLEEEEING.
 37495 | D:5      | 37495 ||| FLEEEEING.
 37511 | D:5      | 37511 ||| FLEEEEING.
 37527 | D:5      | 37527 ||| FLEEEEING.
 37543 | D:5      | 37543 ||| FLEEEEING.
 37559 | D:5      | 37559 ||| FLEEEEING.
 37575 | D:5      | 37575 ||| FLEEEEING.
 37591 | D:5      | 37591 ||| FLEEEEING.
 37607 | D:5      | 37607 ||| FLEEEEING.
 37623 | D:5      | 37623 ||| FLEEEEING.
 37639 | D:5      | 37639 ||| FLEEEEING.
 37655 | D:5      | 37655 ||| FLEEEEING.
 37671 | D:5      | 37671 ||| FLEEEEING.
 37687 | D:5      | 37687 ||| FLEEEEING.
 37703 | D:5      | 37703 ||| FLEEEEING.
 37719 | D:5      | 37719 ||| FLEEEEING.
 37735 | D:5      | 37735 ||| FLEEEEING.
 37751 | D:5      | 37751 ||| FLEEEEING.
 37767 | D:5      | 37767 ||| FLEEEEING.
 37778 | D:5      | Glimpsed the power of Zot.
 37783 | D:5      | 37783 ||| FLEEEEING.
 37799 | D:5      | 37799 ||| FLEEEEING.
 37815 | D:5      | 37815 ||| FLEEEEING.
 37831 | D:5      | 37831 ||| FLEEEEING.
 37847 | D:5      | 37847 ||| FLEEEEING.
 37863 | D:5      | 37863 ||| FLEEEEING.
 37877 | D:5      | Touched by the power of Zot.
 37878 | D:5      | Glimpsed the power of Zot.
 37879 | D:5      | 37879 ||| FLEEEEING.
 37895 | D:5      | 37895 ||| FLEEEEING.
 37911 | D:5      | 37911 ||| FLEEEEING.
 37927 | D:5      | 37927 ||| FLEEEEING.
 37943 | D:5      | 37943 ||| FLEEEEING.
 37959 | D:5      | 37959 ||| FLEEEEING.
 37975 | D:5      | 37975 ||| FLEEEEING.
 37991 | D:5      | 37991 ||| FLEEEEING.
 38007 | D:5      | 38007 ||| FLEEEEING.
 38023 | D:5      | 38023 ||| FLEEEEING.
 38039 | D:5      | 38039 ||| FLEEEEING.
 38055 | D:5      | 38055 ||| FLEEEEING.
 38071 | D:5      | 38071 ||| FLEEEEING.
 38087 | D:5      | 38087 ||| FLEEEEING.
 38103 | D:5      | 38103 ||| FLEEEEING.
 38119 | D:5      | 38119 ||| FLEEEEING.
 38135 | D:5      | 38135 ||| FLEEEEING.
 38151 | D:5      | 38151 ||| FLEEEEING.
 38167 | D:5      | 38167 ||| FLEEEEING.
 38183 | D:5      | 38183 ||| FLEEEEING.
 38199 | D:5      | 38199 ||| FLEEEEING.
 38215 | D:5      | 38215 ||| FLEEEEING.
 38231 | D:5      | 38231 ||| FLEEEEING.
 38247 | D:5      | 38247 ||| FLEEEEING.
 38263 | D:5      | 38263 ||| FLEEEEING.
 38279 | D:5      | 38279 ||| FLEEEEING.
 38295 | D:5      | 38295 ||| FLEEEEING.
 38311 | D:5      | 38311 ||| FLEEEEING.
 38327 | D:5      | 38327 ||| FLEEEEING.
 38343 | D:5      | 38343 ||| FLEEEEING.
 38359 | D:5      | 38359 ||| FLEEEEING.
 38375 | D:5      | 38375 ||| FLEEEEING.
 38378 | D:5      | Glimpsed the power of Zot.
 38391 | D:5      | 38391 ||| FLEEEEING.
 38407 | D:5      | 38407 ||| FLEEEEING.
 38423 | D:5      | 38423 ||| FLEEEEING.
 38439 | D:5      | 38439 ||| FLEEEEING.
 38455 | D:5      | 38455 ||| FLEEEEING.
 38471 | D:5      | 38471 ||| FLEEEEING.
 38487 | D:5      | 38487 ||| FLEEEEING.
 38503 | D:5      | 38503 ||| FLEEEEING.
 38519 | D:5      | 38519 ||| FLEEEEING.
 38535 | D:5      | 38535 ||| FLEEEEING.
 38551 | D:5      | 38551 ||| FLEEEEING.
 38567 | D:5      | 38567 ||| FLEEEEING.
 38583 | D:5      | 38583 ||| FLEEEEING.
 38599 | D:5      | 38599 ||| FLEEEEING.
 38615 | D:5      | 38615 ||| FLEEEEING.
 38631 | D:5      | 38631 ||| FLEEEEING.
 38647 | D:5      | 38647 ||| FLEEEEING.
 38663 | D:5      | 38663 ||| FLEEEEING.
 38679 | D:5      | 38679 ||| FLEEEEING.
 38695 | D:5      | 38695 ||| FLEEEEING.
 38711 | D:5      | 38711 ||| FLEEEEING.
 38727 | D:5      | 38727 ||| FLEEEEING.
 38743 | D:5      | 38743 ||| FLEEEEING.
 38759 | D:5      | 38759 ||| FLEEEEING.
 38775 | D:5      | 38775 ||| FLEEEEING.
 38778 | D:5      | Glimpsed the power of Zot.
 38791 | D:5      | 38791 ||| FLEEEEING.
 38807 | D:5      | 38807 ||| FLEEEEING.
 38823 | D:5      | 38823 ||| FLEEEEING.
 38839 | D:5      | 38839 ||| FLEEEEING.
 38855 | D:5      | 38855 ||| FLEEEEING.
 38871 | D:5      | 38871 ||| FLEEEEING.
 38877 | D:5      | Touched by the power of Zot.
 38878 | D:5      | Glimpsed the power of Zot.
 38887 | D:5      | 38887 ||| FLEEEEING.
 38903 | D:5      | 38903 ||| FLEEEEING.
 38919 | D:5      | 38919 ||| FLEEEEING.
 38935 | D:5      | 38935 ||| FLEEEEING.
 38951 | D:5      | 38951 ||| FLEEEEING.
 38967 | D:5      | 38967 ||| FLEEEEING.
 38983 | D:5      | 38983 ||| FLEEEEING.
 38999 | D:5      | 38999 ||| FLEEEEING.
 39015 | D:5      | 39015 ||| FLEEEEING.
 39031 | D:5      | 39031 ||| FLEEEEING.
 39047 | D:5      | 39047 ||| FLEEEEING.
 39063 | D:5      | 39063 ||| FLEEEEING.
 39079 | D:5      | 39079 ||| FLEEEEING.
 39095 | D:5      | 39095 ||| FLEEEEING.
 39111 | D:5      | 39111 ||| FLEEEEING.
 39127 | D:5      | 39127 ||| FLEEEEING.
 39143 | D:5      | 39143 ||| FLEEEEING.
 39159 | D:5      | 39159 ||| FLEEEEING.
 39175 | D:5      | 39175 ||| FLEEEEING.
 39191 | D:5      | 39191 ||| FLEEEEING.
 39207 | D:5      | 39207 ||| FLEEEEING.
 39223 | D:5      | 39223 ||| FLEEEEING.
 39239 | D:5      | 39239 ||| FLEEEEING.
 39255 | D:5      | 39255 ||| FLEEEEING.
 39271 | D:5      | 39271 ||| FLEEEEING.
 39287 | D:5      | 39287 ||| FLEEEEING.
 39303 | D:5      | 39303 ||| FLEEEEING.
 39319 | D:5      | 39319 ||| FLEEEEING.
 39335 | D:5      | 39335 ||| FLEEEEING.
 39351 | D:5      | 39351 ||| FLEEEEING.
 39367 | D:5      | 39367 ||| FLEEEEING.
 39378 | D:5      | Glimpsed the power of Zot.
 39383 | D:5      | 39383 ||| FLEEEEING.
 39399 | D:5      | 39399 ||| FLEEEEING.
 39415 | D:5      | 39415 ||| FLEEEEING.
 39431 | D:5      | 39431 ||| FLEEEEING.
 39447 | D:5      | 39447 ||| FLEEEEING.
 39463 | D:5      | 39463 ||| FLEEEEING.
 39479 | D:5      | 39479 ||| FLEEEEING.
 39495 | D:5      | 39495 ||| FLEEEEING.
 39511 | D:5      | 39511 ||| FLEEEEING.
 39527 | D:5      | 39527 ||| FLEEEEING.
 39543 | D:5      | 39543 ||| FLEEEEING.
 39559 | D:5      | 39559 ||| FLEEEEING.
 39575 | D:5      | 39575 ||| FLEEEEING.
 39591 | D:5      | 39591 ||| FLEEEEING.
 39607 | D:5      | 39607 ||| FLEEEEING.
 39623 | D:5      | 39623 ||| FLEEEEING.
 39639 | D:5      | 39639 ||| FLEEEEING.
 39655 | D:5      | 39655 ||| FLEEEEING.
 39671 | D:5      | 39671 ||| FLEEEEING.
 39687 | D:5      | 39687 ||| FLEEEEING.
 39703 | D:5      | 39703 ||| FLEEEEING.
 39719 | D:5      | 39719 ||| FLEEEEING.
 39735 | D:5      | 39735 ||| FLEEEEING.
 39751 | D:5      | 39751 ||| FLEEEEING.
 39767 | D:5      | 39767 ||| FLEEEEING.
 39778 | D:5      | Glimpsed the power of Zot.
 39783 | D:5      | 39783 ||| FLEEEEING.
 39799 | D:5      | 39799 ||| FLEEEEING.
 39815 | D:5      | 39815 ||| FLEEEEING.
 39831 | D:5      | 39831 ||| FLEEEEING.
 39847 | D:5      | 39847 ||| FLEEEEING.
 39863 | D:5      | 39863 ||| FLEEEEING.
 39877 | D:5      | Touched by the power of Zot.
 39878 | D:5      | Glimpsed the power of Zot.
 39879 | D:5      | 39879 ||| FLEEEEING.
 39895 | D:5      | 39895 ||| FLEEEEING.
 39911 | D:5      | 39911 ||| FLEEEEING.
 39927 | D:5      | 39927 ||| FLEEEEING.
 39943 | D:5      | 39943 ||| FLEEEEING.
 39959 | D:5      | 39959 ||| FLEEEEING.
 39975 | D:5      | 39975 ||| FLEEEEING.
 39991 | D:5      | 39991 ||| FLEEEEING.
 40007 | D:5      | 40007 ||| FLEEEEING.
 40023 | D:5      | 40023 ||| FLEEEEING.
 40039 | D:5      | 40039 ||| FLEEEEING.
 40055 | D:5      | 40055 ||| FLEEEEING.
 40071 | D:5      | 40071 ||| FLEEEEING.
 40087 | D:5      | 40087 ||| FLEEEEING.
 40103 | D:5      | 40103 ||| FLEEEEING.
 40119 | D:5      | 40119 ||| FLEEEEING.
 40135 | D:5      | 40135 ||| FLEEEEING.
 40151 | D:5      | 40151 ||| FLEEEEING.
 40167 | D:5      | 40167 ||| FLEEEEING.
 40183 | D:5      | 40183 ||| FLEEEEING.
 40199 | D:5      | 40199 ||| FLEEEEING.
 40215 | D:5      | 40215 ||| FLEEEEING.
 40231 | D:5      | 40231 ||| FLEEEEING.
 40247 | D:5      | 40247 ||| FLEEEEING.
 40263 | D:5      | 40263 ||| FLEEEEING.
 40279 | D:5      | 40279 ||| FLEEEEING.
 40295 | D:5      | 40295 ||| FLEEEEING.
 40311 | D:5      | 40311 ||| FLEEEEING.
 40327 | D:5      | 40327 ||| FLEEEEING.
 40343 | D:5      | 40343 ||| FLEEEEING.
 40359 | D:5      | 40359 ||| FLEEEEING.
 40375 | D:5      | 40375 ||| FLEEEEING.
 40378 | D:5      | Glimpsed the power of Zot.
 40391 | D:5      | 40391 ||| FLEEEEING.
 40407 | D:5      | 40407 ||| FLEEEEING.
 40423 | D:5      | 40423 ||| FLEEEEING.
 40439 | D:5      | 40439 ||| FLEEEEING.
 40455 | D:5      | 40455 ||| FLEEEEING.
 40471 | D:5      | 40471 ||| FLEEEEING.
 40487 | D:5      | 40487 ||| FLEEEEING.
 40503 | D:5      | 40503 ||| FLEEEEING.
 40519 | D:5      | 40519 ||| FLEEEEING.
 40535 | D:5      | 40535 ||| FLEEEEING.
 40551 | D:5      | 40551 ||| FLEEEEING.
 40567 | D:5      | 40567 ||| FLEEEEING.
 40583 | D:5      | 40583 ||| FLEEEEING.
 40599 | D:5      | 40599 ||| FLEEEEING.
 40615 | D:5      | 40615 ||| FLEEEEING.
 40631 | D:5      | 40631 ||| FLEEEEING.
 40647 | D:5      | 40647 ||| FLEEEEING.
 40663 | D:5      | 40663 ||| FLEEEEING.
 40679 | D:5      | 40679 ||| FLEEEEING.
 40695 | D:5      | 40695 ||| FLEEEEING.
 40711 | D:5      | 40711 ||| FLEEEEING.
 40727 | D:5      | 40727 ||| FLEEEEING.
 40743 | D:5      | 40743 ||| FLEEEEING.
 40759 | D:5      | 40759 ||| FLEEEEING.
 40775 | D:5      | 40775 ||| FLEEEEING.
 40778 | D:5      | Glimpsed the power of Zot.
 40791 | D:5      | 40791 ||| FLEEEEING.
 40807 | D:5      | 40807 ||| FLEEEEING.
 40823 | D:5      | 40823 ||| FLEEEEING.
 40839 | D:5      | 40839 ||| FLEEEEING.
 40855 | D:5      | 40855 ||| FLEEEEING.
 40871 | D:5      | 40871 ||| FLEEEEING.
 40877 | D:5      | Touched by the power of Zot.
 40878 | D:5      | Glimpsed the power of Zot.
 40887 | D:5      | 40887 ||| FLEEEEING.
 40903 | D:5      | 40903 ||| FLEEEEING.
 40919 | D:5      | 40919 ||| FLEEEEING.
 40935 | D:5      | 40935 ||| FLEEEEING.
 40951 | D:5      | 40951 ||| FLEEEEING.
 40967 | D:5      | 40967 ||| FLEEEEING.
 40983 | D:5      | 40983 ||| FLEEEEING.
 40999 | D:5      | 40999 ||| FLEEEEING.
 41015 | D:5      | 41015 ||| FLEEEEING.
 41031 | D:5      | 41031 ||| FLEEEEING.
 41047 | D:5      | 41047 ||| FLEEEEING.
 41063 | D:5      | 41063 ||| FLEEEEING.
 41079 | D:5      | 41079 ||| FLEEEEING.
 41095 | D:5      | 41095 ||| FLEEEEING.
 41111 | D:5      | 41111 ||| FLEEEEING.
 41127 | D:5      | 41127 ||| FLEEEEING.
 41143 | D:5      | 41143 ||| FLEEEEING.
 41159 | D:5      | 41159 ||| FLEEEEING.
 41175 | D:5      | 41175 ||| FLEEEEING.
 41191 | D:5      | 41191 ||| FLEEEEING.
 41207 | D:5      | 41207 ||| FLEEEEING.
 41223 | D:5      | 41223 ||| FLEEEEING.
 41239 | D:5      | 41239 ||| FLEEEEING.
 41255 | D:5      | 41255 ||| FLEEEEING.
 41271 | D:5      | 41271 ||| FLEEEEING.
 41287 | D:5      | 41287 ||| FLEEEEING.
 41303 | D:5      | 41303 ||| FLEEEEING.
 41319 | D:5      | 41319 ||| FLEEEEING.
 41335 | D:5      | 41335 ||| FLEEEEING.
 41351 | D:5      | 41351 ||| FLEEEEING.
 41367 | D:5      | 41367 ||| FLEEEEING.
 41378 | D:5      | Glimpsed the power of Zot.
 41383 | D:5      | 41383 ||| FLEEEEING.
 41399 | D:5      | 41399 ||| FLEEEEING.
 41415 | D:5      | 41415 ||| FLEEEEING.
 41431 | D:5      | 41431 ||| FLEEEEING.
 41447 | D:5      | 41447 ||| FLEEEEING.
 41463 | D:5      | 41463 ||| FLEEEEING.
 41479 | D:5      | 41479 ||| FLEEEEING.
 41495 | D:5      | 41495 ||| FLEEEEING.
 41511 | D:5      | 41511 ||| FLEEEEING.
 41527 | D:5      | 41527 ||| FLEEEEING.
 41543 | D:5      | 41543 ||| FLEEEEING.
 41559 | D:5      | 41559 ||| FLEEEEING.
 41575 | D:5      | 41575 ||| FLEEEEING.
 41591 | D:5      | 41591 ||| FLEEEEING.
 41607 | D:5      | 41607 ||| FLEEEEING.
 41623 | D:5      | 41623 ||| FLEEEEING.
 41639 | D:5      | 41639 ||| FLEEEEING.
 41655 | D:5      | 41655 ||| FLEEEEING.
 41671 | D:5      | 41671 ||| FLEEEEING.
 41687 | D:5      | 41687 ||| FLEEEEING.
 41703 | D:5      | 41703 ||| FLEEEEING.
 41719 | D:5      | 41719 ||| FLEEEEING.
 41735 | D:5      | 41735 ||| FLEEEEING.
 41751 | D:5      | 41751 ||| FLEEEEING.
 41767 | D:5      | 41767 ||| FLEEEEING.
 41778 | D:5      | Glimpsed the power of Zot.
 41783 | D:5      | 41783 ||| FLEEEEING.
 41799 | D:5      | 41799 ||| FLEEEEING.
 41815 | D:5      | 41815 ||| FLEEEEING.
 41831 | D:5      | 41831 ||| FLEEEEING.
 41847 | D:5      | 41847 ||| FLEEEEING.
 41863 | D:5      | 41863 ||| FLEEEEING.
 41877 | D:5      | Touched by the power of Zot.
 41878 | D:5      | Glimpsed the power of Zot.
 41879 | D:5      | 41879 ||| FLEEEEING.
 41895 | D:5      | 41895 ||| FLEEEEING.
 41911 | D:5      | 41911 ||| FLEEEEING.
 41927 | D:5      | 41927 ||| FLEEEEING.
 41943 | D:5      | 41943 ||| FLEEEEING.
 41959 | D:5      | 41959 ||| FLEEEEING.
 41975 | D:5      | 41975 ||| FLEEEEING.
 41991 | D:5      | 41991 ||| FLEEEEING.
 42007 | D:5      | 42007 ||| FLEEEEING.
 42023 | D:5      | 42023 ||| FLEEEEING.
 42039 | D:5      | 42039 ||| FLEEEEING.
 42055 | D:5      | 42055 ||| FLEEEEING.
 42071 | D:5      | 42071 ||| FLEEEEING.
 42087 | D:5      | 42087 ||| FLEEEEING.
 42103 | D:5      | 42103 ||| FLEEEEING.
 42119 | D:5      | 42119 ||| FLEEEEING.
 42135 | D:5      | 42135 ||| FLEEEEING.
 42151 | D:5      | 42151 ||| FLEEEEING.
 42167 | D:5      | 42167 ||| FLEEEEING.
 42183 | D:5      | 42183 ||| FLEEEEING.
 42199 | D:5      | 42199 ||| FLEEEEING.
 42215 | D:5      | 42215 ||| FLEEEEING.
 42231 | D:5      | 42231 ||| FLEEEEING.
 42247 | D:5      | 42247 ||| FLEEEEING.
 42263 | D:5      | 42263 ||| FLEEEEING.
 42279 | D:5      | 42279 ||| FLEEEEING.
 42295 | D:5      | 42295 ||| FLEEEEING.
 42311 | D:5      | 42311 ||| FLEEEEING.
 42327 | D:5      | 42327 ||| FLEEEEING.
 42343 | D:5      | 42343 ||| FLEEEEING.
 42359 | D:5      | 42359 ||| FLEEEEING.
 42375 | D:5      | 42375 ||| FLEEEEING.
 42378 | D:5      | Glimpsed the power of Zot.
 42391 | D:5      | 42391 ||| FLEEEEING.
 42407 | D:5      | 42407 ||| FLEEEEING.
 42423 | D:5      | 42423 ||| FLEEEEING.
 42439 | D:5      | 42439 ||| FLEEEEING.
 42455 | D:5      | 42455 ||| FLEEEEING.
 42471 | D:5      | 42471 ||| FLEEEEING.
 42487 | D:5      | 42487 ||| FLEEEEING.
 42503 | D:5      | 42503 ||| FLEEEEING.
 42519 | D:5      | 42519 ||| FLEEEEING.
 42535 | D:5      | 42535 ||| FLEEEEING.
 42551 | D:5      | 42551 ||| FLEEEEING.
 42567 | D:5      | 42567 ||| FLEEEEING.
 42583 | D:5      | 42583 ||| FLEEEEING.
 42599 | D:5      | 42599 ||| FLEEEEING.
 42615 | D:5      | 42615 ||| FLEEEEING.
 42631 | D:5      | 42631 ||| FLEEEEING.
 42647 | D:5      | 42647 ||| FLEEEEING.
 42663 | D:5      | 42663 ||| FLEEEEING.
 42679 | D:5      | 42679 ||| FLEEEEING.
 42695 | D:5      | 42695 ||| FLEEEEING.
 42711 | D:5      | 42711 ||| FLEEEEING.
 42727 | D:5      | 42727 ||| FLEEEEING.
 42743 | D:5      | 42743 ||| FLEEEEING.
 42759 | D:5      | 42759 ||| FLEEEEING.
 42775 | D:5      | 42775 ||| FLEEEEING.
 42778 | D:5      | Glimpsed the power of Zot.
 42791 | D:5      | 42791 ||| FLEEEEING.
 42807 | D:5      | 42807 ||| FLEEEEING.
 42823 | D:5      | 42823 ||| FLEEEEING.
 42839 | D:5      | 42839 ||| FLEEEEING.
 42855 | D:5      | 42855 ||| FLEEEEING.
 42871 | D:5      | 42871 ||| FLEEEEING.
 42877 | D:5      | Touched by the power of Zot.
 42878 | D:5      | Glimpsed the power of Zot.
 42887 | D:5      | 42887 ||| FLEEEEING.
 42903 | D:5      | 42903 ||| FLEEEEING.
 42919 | D:5      | 42919 ||| FLEEEEING.
 42935 | D:5      | 42935 ||| FLEEEEING.
 42951 | D:5      | 42951 ||| FLEEEEING.
 42967 | D:5      | 42967 ||| FLEEEEING.
 42983 | D:5      | 42983 ||| FLEEEEING.
 42999 | D:5      | 42999 ||| FLEEEEING.
 43015 | D:5      | 43015 ||| FLEEEEING.
 43031 | D:5      | 43031 ||| FLEEEEING.
 43047 | D:5      | 43047 ||| FLEEEEING.
 43063 | D:5      | 43063 ||| FLEEEEING.
 43079 | D:5      | 43079 ||| FLEEEEING.
 43095 | D:5      | 43095 ||| FLEEEEING.
 43111 | D:5      | 43111 ||| FLEEEEING.
 43127 | D:5      | 43127 ||| FLEEEEING.
 43143 | D:5      | 43143 ||| FLEEEEING.
 43159 | D:5      | 43159 ||| FLEEEEING.
 43175 | D:5      | 43175 ||| FLEEEEING.
 43191 | D:5      | 43191 ||| FLEEEEING.
 43207 | D:5      | 43207 ||| FLEEEEING.
 43223 | D:5      | 43223 ||| FLEEEEING.
 43239 | D:5      | 43239 ||| FLEEEEING.
 43255 | D:5      | 43255 ||| FLEEEEING.
 43271 | D:5      | 43271 ||| FLEEEEING.
 43287 | D:5      | 43287 ||| FLEEEEING.
 43303 | D:5      | 43303 ||| FLEEEEING.
 43319 | D:5      | 43319 ||| FLEEEEING.
 43335 | D:5      | 43335 ||| FLEEEEING.
 43351 | D:5      | 43351 ||| FLEEEEING.
 43367 | D:5      | 43367 ||| FLEEEEING.
 43378 | D:5      | Glimpsed the power of Zot.
 43383 | D:5      | 43383 ||| FLEEEEING.
 43399 | D:5      | 43399 ||| FLEEEEING.
 43415 | D:5      | 43415 ||| FLEEEEING.
 43431 | D:5      | 43431 ||| FLEEEEING.
 43447 | D:5      | 43447 ||| FLEEEEING.
 43463 | D:5      | 43463 ||| FLEEEEING.
 43479 | D:5      | 43479 ||| FLEEEEING.
 43495 | D:5      | 43495 ||| FLEEEEING.
 43511 | D:5      | 43511 ||| FLEEEEING.
 43527 | D:5      | 43527 ||| FLEEEEING.
 43543 | D:5      | 43543 ||| FLEEEEING.
 43559 | D:5      | 43559 ||| FLEEEEING.
 43575 | D:5      | 43575 ||| FLEEEEING.
 43591 | D:5      | 43591 ||| FLEEEEING.
 43607 | D:5      | 43607 ||| FLEEEEING.
 43623 | D:5      | 43623 ||| FLEEEEING.
 43639 | D:5      | 43639 ||| FLEEEEING.
 43655 | D:5      | 43655 ||| FLEEEEING.
 43671 | D:5      | 43671 ||| FLEEEEING.
 43687 | D:5      | 43687 ||| FLEEEEING.
 43703 | D:5      | 43703 ||| FLEEEEING.
 43719 | D:5      | 43719 ||| FLEEEEING.
 43735 | D:5      | 43735 ||| FLEEEEING.
 43751 | D:5      | 43751 ||| FLEEEEING.
 43767 | D:5      | 43767 ||| FLEEEEING.
 43778 | D:5      | Glimpsed the power of Zot.
 43783 | D:5      | 43783 ||| FLEEEEING.
 43799 | D:5      | 43799 ||| FLEEEEING.
 43815 | D:5      | 43815 ||| FLEEEEING.
 43831 | D:5      | 43831 ||| FLEEEEING.
 43847 | D:5      | 43847 ||| FLEEEEING.
 43863 | D:5      | 43863 ||| FLEEEEING.
 43877 | D:5      | Touched by the power of Zot.
 43878 | D:5      | Glimpsed the power of Zot.
 43879 | D:5      | 43879 ||| FLEEEEING.
 43895 | D:5      | 43895 ||| FLEEEEING.
 43911 | D:5      | 43911 ||| FLEEEEING.
 43927 | D:5      | 43927 ||| FLEEEEING.
 43943 | D:5      | 43943 ||| FLEEEEING.
 43959 | D:5      | 43959 ||| FLEEEEING.
 43975 | D:5      | 43975 ||| FLEEEEING.
 43991 | D:5      | 43991 ||| FLEEEEING.
 44007 | D:5      | 44007 ||| FLEEEEING.
 44023 | D:5      | 44023 ||| FLEEEEING.
 44039 | D:5      | 44039 ||| FLEEEEING.
 44055 | D:5      | 44055 ||| FLEEEEING.
 44071 | D:5      | 44071 ||| FLEEEEING.
 44087 | D:5      | 44087 ||| FLEEEEING.
 44103 | D:5      | 44103 ||| FLEEEEING.
 44119 | D:5      | 44119 ||| FLEEEEING.
 44135 | D:5      | 44135 ||| FLEEEEING.
 44151 | D:5      | 44151 ||| FLEEEEING.
 44167 | D:5      | 44167 ||| FLEEEEING.
 44183 | D:5      | 44183 ||| FLEEEEING.
 44199 | D:5      | 44199 ||| FLEEEEING.
 44215 | D:5      | 44215 ||| FLEEEEING.
 44231 | D:5      | 44231 ||| FLEEEEING.
 44247 | D:5      | 44247 ||| FLEEEEING.
 44263 | D:5      | 44263 ||| FLEEEEING.
 44279 | D:5      | 44279 ||| FLEEEEING.
 44295 | D:5      | 44295 ||| FLEEEEING.
 44311 | D:5      | 44311 ||| FLEEEEING.
 44327 | D:5      | 44327 ||| FLEEEEING.
 44343 | D:5      | 44343 ||| FLEEEEING.
 44359 | D:5      | 44359 ||| FLEEEEING.
 44375 | D:5      | 44375 ||| FLEEEEING.
 44378 | D:5      | Glimpsed the power of Zot.
 44391 | D:5      | 44391 ||| FLEEEEING.
 44407 | D:5      | 44407 ||| FLEEEEING.
 44423 | D:5      | 44423 ||| FLEEEEING.
 44439 | D:5      | 44439 ||| FLEEEEING.
 44455 | D:5      | 44455 ||| FLEEEEING.
 44471 | D:5      | 44471 ||| FLEEEEING.
 44487 | D:5      | 44487 ||| FLEEEEING.
 44503 | D:5      | 44503 ||| FLEEEEING.
 44519 | D:5      | 44519 ||| FLEEEEING.
 44535 | D:5      | 44535 ||| FLEEEEING.
 44551 | D:5      | 44551 ||| FLEEEEING.
 44567 | D:5      | 44567 ||| FLEEEEING.
 44583 | D:5      | 44583 ||| FLEEEEING.
 44599 | D:5      | 44599 ||| FLEEEEING.
 44615 | D:5      | 44615 ||| FLEEEEING.
 44631 | D:5      | 44631 ||| FLEEEEING.
 44647 | D:5      | 44647 ||| FLEEEEING.
 44663 | D:5      | 44663 ||| FLEEEEING.
 44679 | D:5      | 44679 ||| FLEEEEING.
 44695 | D:5      | 44695 ||| FLEEEEING.
 44711 | D:5      | 44711 ||| FLEEEEING.
 44727 | D:5      | 44727 ||| FLEEEEING.
 44743 | D:5      | 44743 ||| FLEEEEING.
 44759 | D:5      | 44759 ||| FLEEEEING.
 44775 | D:5      | 44775 ||| FLEEEEING.
 44778 | D:5      | Glimpsed the power of Zot.
 44791 | D:5      | 44791 ||| FLEEEEING.
 44807 | D:5      | 44807 ||| FLEEEEING.
 44823 | D:5      | 44823 ||| FLEEEEING.
 44839 | D:5      | 44839 ||| FLEEEEING.
 44855 | D:5      | 44855 ||| FLEEEEING.
 44871 | D:5      | 44871 ||| FLEEEEING.
 44877 | D:5      | Touched by the power of Zot.
 44878 | D:5      | Glimpsed the power of Zot.
 44887 | D:5      | 44887 ||| FLEEEEING.
 44903 | D:5      | 44903 ||| FLEEEEING.
 44919 | D:5      | 44919 ||| FLEEEEING.
 44935 | D:5      | 44935 ||| FLEEEEING.
 44951 | D:5      | 44951 ||| FLEEEEING.
 44967 | D:5      | 44967 ||| FLEEEEING.
 44983 | D:5      | 44983 ||| FLEEEEING.
 44999 | D:5      | 44999 ||| FLEEEEING.
 45015 | D:5      | 45015 ||| FLEEEEING.
 45031 | D:5      | 45031 ||| FLEEEEING.
 45047 | D:5      | 45047 ||| FLEEEEING.
 45063 | D:5      | 45063 ||| FLEEEEING.
 45079 | D:5      | 45079 ||| FLEEEEING.
 45095 | D:5      | 45095 ||| FLEEEEING.
 45111 | D:5      | 45111 ||| FLEEEEING.
 45127 | D:5      | 45127 ||| FLEEEEING.
 45143 | D:5      | 45143 ||| FLEEEEING.
 45159 | D:5      | 45159 ||| FLEEEEING.
 45175 | D:5      | 45175 ||| FLEEEEING.
 45191 | D:5      | 45191 ||| FLEEEEING.
 45207 | D:5      | 45207 ||| FLEEEEING.
 45223 | D:5      | 45223 ||| FLEEEEING.
 45239 | D:5      | 45239 ||| FLEEEEING.
 45255 | D:5      | 45255 ||| FLEEEEING.
 45271 | D:5      | 45271 ||| FLEEEEING.
 45287 | D:5      | 45287 ||| FLEEEEING.
 45303 | D:5      | 45303 ||| FLEEEEING.
 45319 | D:5      | 45319 ||| FLEEEEING.
 45335 | D:5      | 45335 ||| FLEEEEING.
 45351 | D:5      | 45351 ||| FLEEEEING.
 45367 | D:5      | 45367 ||| FLEEEEING.
 45378 | D:5      | Glimpsed the power of Zot.
 45383 | D:5      | 45383 ||| FLEEEEING.
 45399 | D:5      | 45399 ||| FLEEEEING.
 45415 | D:5      | 45415 ||| FLEEEEING.
 45431 | D:5      | 45431 ||| FLEEEEING.
 45447 | D:5      | 45447 ||| FLEEEEING.
 45463 | D:5      | 45463 ||| FLEEEEING.
 45479 | D:5      | 45479 ||| FLEEEEING.
 45495 | D:5      | 45495 ||| FLEEEEING.
 45511 | D:5      | 45511 ||| FLEEEEING.
 45527 | D:5      | 45527 ||| FLEEEEING.
 45543 | D:5      | 45543 ||| FLEEEEING.
 45559 | D:5      | 45559 ||| FLEEEEING.
 45575 | D:5      | 45575 ||| FLEEEEING.
 45591 | D:5      | 45591 ||| FLEEEEING.
 45607 | D:5      | 45607 ||| FLEEEEING.
 45623 | D:5      | 45623 ||| FLEEEEING.
 45639 | D:5      | 45639 ||| FLEEEEING.
 45655 | D:5      | 45655 ||| FLEEEEING.
 45671 | D:5      | 45671 ||| FLEEEEING.
 45687 | D:5      | 45687 ||| FLEEEEING.
 45703 | D:5      | 45703 ||| FLEEEEING.
 45719 | D:5      | 45719 ||| FLEEEEING.
 45735 | D:5      | 45735 ||| FLEEEEING.
 45751 | D:5      | 45751 ||| FLEEEEING.
 45767 | D:5      | 45767 ||| FLEEEEING.
 45778 | D:5      | Glimpsed the power of Zot.
 45783 | D:5      | 45783 ||| FLEEEEING.
 45799 | D:5      | 45799 ||| FLEEEEING.
 45815 | D:5      | 45815 ||| FLEEEEING.
 45831 | D:5      | 45831 ||| FLEEEEING.
 45847 | D:5      | 45847 ||| FLEEEEING.
 45863 | D:5      | 45863 ||| FLEEEEING.
 45877 | D:5      | Touched by the power of Zot.
 45878 | D:5      | Glimpsed the power of Zot.
 45879 | D:5      | 45879 ||| FLEEEEING.
 45895 | D:5      | 45895 ||| FLEEEEING.
 45911 | D:5      | 45911 ||| FLEEEEING.
 45927 | D:5      | 45927 ||| FLEEEEING.
 45943 | D:5      | 45943 ||| FLEEEEING.
 45959 | D:5      | 45959 ||| FLEEEEING.
 45975 | D:5      | 45975 ||| FLEEEEING.
 45991 | D:5      | 45991 ||| FLEEEEING.
 46007 | D:5      | 46007 ||| FLEEEEING.
 46023 | D:5      | 46023 ||| FLEEEEING.
 46039 | D:5      | 46039 ||| FLEEEEING.
 46055 | D:5      | 46055 ||| FLEEEEING.
 46071 | D:5      | 46071 ||| FLEEEEING.
 46087 | D:5      | 46087 ||| FLEEEEING.
 46103 | D:5      | 46103 ||| FLEEEEING.
 46119 | D:5      | 46119 ||| FLEEEEING.
 46135 | D:5      | 46135 ||| FLEEEEING.
 46151 | D:5      | 46151 ||| FLEEEEING.
 46167 | D:5      | 46167 ||| FLEEEEING.
 46183 | D:5      | 46183 ||| FLEEEEING.
 46199 | D:5      | 46199 ||| FLEEEEING.
 46215 | D:5      | 46215 ||| FLEEEEING.
 46231 | D:5      | 46231 ||| FLEEEEING.
 46247 | D:5      | 46247 ||| FLEEEEING.
 46263 | D:5      | 46263 ||| FLEEEEING.
 46279 | D:5      | 46279 ||| FLEEEEING.
 46295 | D:5      | 46295 ||| FLEEEEING.
 46311 | D:5      | 46311 ||| FLEEEEING.
 46327 | D:5      | 46327 ||| FLEEEEING.
 46343 | D:5      | 46343 ||| FLEEEEING.
 46359 | D:5      | 46359 ||| FLEEEEING.
 46375 | D:5      | 46375 ||| FLEEEEING.
 46378 | D:5      | Glimpsed the power of Zot.
 46391 | D:5      | 46391 ||| FLEEEEING.
 46407 | D:5      | 46407 ||| FLEEEEING.
 46423 | D:5      | 46423 ||| FLEEEEING.
 46439 | D:5      | 46439 ||| FLEEEEING.
 46455 | D:5      | 46455 ||| FLEEEEING.
 46471 | D:5      | 46471 ||| FLEEEEING.
 46487 | D:5      | 46487 ||| FLEEEEING.
 46503 | D:5      | 46503 ||| FLEEEEING.
 46519 | D:5      | 46519 ||| FLEEEEING.
 46535 | D:5      | 46535 ||| FLEEEEING.
 46551 | D:5      | 46551 ||| FLEEEEING.
 46567 | D:5      | 46567 ||| FLEEEEING.
 46583 | D:5      | 46583 ||| FLEEEEING.
 46599 | D:5      | 46599 ||| FLEEEEING.
 46615 | D:5      | 46615 ||| FLEEEEING.
 46631 | D:5      | 46631 ||| FLEEEEING.
 46647 | D:5      | 46647 ||| FLEEEEING.
 46663 | D:5      | 46663 ||| FLEEEEING.
 46679 | D:5      | 46679 ||| FLEEEEING.
 46695 | D:5      | 46695 ||| FLEEEEING.
 46711 | D:5      | 46711 ||| FLEEEEING.
 46727 | D:5      | 46727 ||| FLEEEEING.
 46743 | D:5      | 46743 ||| FLEEEEING.
 46759 | D:5      | 46759 ||| FLEEEEING.
 46775 | D:5      | 46775 ||| FLEEEEING.
 46778 | D:5      | Glimpsed the power of Zot.
 46791 | D:5      | 46791 ||| FLEEEEING.
 46807 | D:5      | 46807 ||| FLEEEEING.
 46823 | D:5      | 46823 ||| FLEEEEING.
 46839 | D:5      | 46839 ||| FLEEEEING.
 46855 | D:5      | 46855 ||| FLEEEEING.
 46871 | D:5      | 46871 ||| FLEEEEING.
 46877 | D:5      | Touched by the power of Zot.
 46878 | D:5      | Glimpsed the power of Zot.
 46887 | D:5      | 46887 ||| FLEEEEING.
 46903 | D:5      | 46903 ||| FLEEEEING.
 46919 | D:5      | 46919 ||| FLEEEEING.
 46935 | D:5      | 46935 ||| FLEEEEING.
 46951 | D:5      | 46951 ||| FLEEEEING.
 46967 | D:5      | 46967 ||| FLEEEEING.
 46983 | D:5      | 46983 ||| FLEEEEING.
 46999 | D:5      | 46999 ||| FLEEEEING.
 47015 | D:5      | 47015 ||| FLEEEEING.
 47031 | D:5      | 47031 ||| FLEEEEING.
 47047 | D:5      | 47047 ||| FLEEEEING.
 47063 | D:5      | 47063 ||| FLEEEEING.
 47079 | D:5      | 47079 ||| FLEEEEING.
 47095 | D:5      | 47095 ||| FLEEEEING.
 47111 | D:5      | 47111 ||| FLEEEEING.
 47127 | D:5      | 47127 ||| FLEEEEING.
 47143 | D:5      | 47143 ||| FLEEEEING.
 47159 | D:5      | 47159 ||| FLEEEEING.
 47175 | D:5      | 47175 ||| FLEEEEING.
 47191 | D:5      | 47191 ||| FLEEEEING.
 47207 | D:5      | 47207 ||| FLEEEEING.
 47223 | D:5      | 47223 ||| FLEEEEING.
 47239 | D:5      | 47239 ||| FLEEEEING.
 47255 | D:5      | 47255 ||| FLEEEEING.
 47271 | D:5      | 47271 ||| FLEEEEING.
 47287 | D:5      | 47287 ||| FLEEEEING.
 47303 | D:5      | 47303 ||| FLEEEEING.
 47319 | D:5      | 47319 ||| FLEEEEING.
 47335 | D:5      | 47335 ||| FLEEEEING.
 47351 | D:5      | 47351 ||| FLEEEEING.
 47367 | D:5      | 47367 ||| FLEEEEING.
 47378 | D:5      | Glimpsed the power of Zot.
 47383 | D:5      | 47383 ||| FLEEEEING.
 47399 | D:5      | 47399 ||| FLEEEEING.
 47415 | D:5      | 47415 ||| FLEEEEING.
 47431 | D:5      | 47431 ||| FLEEEEING.
 47447 | D:5      | 47447 ||| FLEEEEING.
 47463 | D:5      | 47463 ||| FLEEEEING.
 47479 | D:5      | 47479 ||| FLEEEEING.
 47495 | D:5      | 47495 ||| FLEEEEING.
 47511 | D:5      | 47511 ||| FLEEEEING.
 47527 | D:5      | 47527 ||| FLEEEEING.
 47543 | D:5      | 47543 ||| FLEEEEING.
 47559 | D:5      | 47559 ||| FLEEEEING.
 47575 | D:5      | 47575 ||| FLEEEEING.
 47591 | D:5      | 47591 ||| FLEEEEING.
 47607 | D:5      | 47607 ||| FLEEEEING.
 47623 | D:5      | 47623 ||| FLEEEEING.
 47639 | D:5      | 47639 ||| FLEEEEING.
 47655 | D:5      | 47655 ||| FLEEEEING.
 47671 | D:5      | 47671 ||| FLEEEEING.
 47687 | D:5      | 47687 ||| FLEEEEING.
 47703 | D:5      | 47703 ||| FLEEEEING.
 47719 | D:5      | 47719 ||| FLEEEEING.
 47735 | D:5      | 47735 ||| FLEEEEING.
 47751 | D:5      | 47751 ||| FLEEEEING.
 47767 | D:5      | 47767 ||| FLEEEEING.
 47778 | D:5      | Glimpsed the power of Zot.
 47783 | D:5      | 47783 ||| FLEEEEING.
 47799 | D:5      | 47799 ||| FLEEEEING.
 47815 | D:5      | 47815 ||| FLEEEEING.
 47831 | D:5      | 47831 ||| FLEEEEING.
 47847 | D:5      | 47847 ||| FLEEEEING.
 47863 | D:5      | 47863 ||| FLEEEEING.
 47877 | D:5      | Touched by the power of Zot.
 47878 | D:5      | Glimpsed the power of Zot.
 47879 | D:5      | 47879 ||| FLEEEEING.
 47895 | D:5      | 47895 ||| FLEEEEING.
 47911 | D:5      | 47911 ||| FLEEEEING.
 47927 | D:5      | 47927 ||| FLEEEEING.
 47943 | D:5      | 47943 ||| FLEEEEING.
 47959 | D:5      | 47959 ||| FLEEEEING.
 47975 | D:5      | 47975 ||| FLEEEEING.
 47991 | D:5      | 47991 ||| FLEEEEING.
 48007 | D:5      | 48007 ||| FLEEEEING.
 48023 | D:5      | 48023 ||| FLEEEEING.
 48039 | D:5      | 48039 ||| FLEEEEING.
 48055 | D:5      | 48055 ||| FLEEEEING.
 48071 | D:5      | 48071 ||| FLEEEEING.
 48087 | D:5      | 48087 ||| FLEEEEING.
 48103 | D:5      | 48103 ||| FLEEEEING.
 48119 | D:5      | 48119 ||| FLEEEEING.
 48135 | D:5      | 48135 ||| FLEEEEING.
 48151 | D:5      | 48151 ||| FLEEEEING.
 48167 | D:5      | 48167 ||| FLEEEEING.
 48183 | D:5      | 48183 ||| FLEEEEING.
 48199 | D:5      | 48199 ||| FLEEEEING.
 48215 | D:5      | 48215 ||| FLEEEEING.
 48231 | D:5      | 48231 ||| FLEEEEING.
 48247 | D:5      | 48247 ||| FLEEEEING.
 48263 | D:5      | 48263 ||| FLEEEEING.
 48279 | D:5      | 48279 ||| FLEEEEING.
 48295 | D:5      | 48295 ||| FLEEEEING.
 48311 | D:5      | 48311 ||| FLEEEEING.
 48327 | D:5      | 48327 ||| FLEEEEING.
 48343 | D:5      | 48343 ||| FLEEEEING.
 48359 | D:5      | 48359 ||| FLEEEEING.
 48375 | D:5      | 48375 ||| FLEEEEING.
 48378 | D:5      | Glimpsed the power of Zot.
 48391 | D:5      | 48391 ||| FLEEEEING.
 48407 | D:5      | 48407 ||| FLEEEEING.
 48423 | D:5      | 48423 ||| FLEEEEING.
 48439 | D:5      | 48439 ||| FLEEEEING.
 48455 | D:5      | 48455 ||| FLEEEEING.
 48471 | D:5      | 48471 ||| FLEEEEING.
 48487 | D:5      | 48487 ||| FLEEEEING.
 48503 | D:5      | 48503 ||| FLEEEEING.
 48519 | D:5      | 48519 ||| FLEEEEING.
 48535 | D:5      | 48535 ||| FLEEEEING.
 48551 | D:5      | 48551 ||| FLEEEEING.
 48567 | D:5      | 48567 ||| FLEEEEING.
 48583 | D:5      | 48583 ||| FLEEEEING.
 48599 | D:5      | 48599 ||| FLEEEEING.
 48615 | D:5      | 48615 ||| FLEEEEING.
 48631 | D:5      | 48631 ||| FLEEEEING.
 48647 | D:5      | 48647 ||| FLEEEEING.
 48663 | D:5      | 48663 ||| FLEEEEING.
 48679 | D:5      | 48679 ||| FLEEEEING.
 48695 | D:5      | 48695 ||| FLEEEEING.
 48711 | D:5      | 48711 ||| FLEEEEING.
 48727 | D:5      | 48727 ||| FLEEEEING.
 48743 | D:5      | 48743 ||| FLEEEEING.
 48759 | D:5      | 48759 ||| FLEEEEING.
 48775 | D:5      | 48775 ||| FLEEEEING.
 48778 | D:5      | Glimpsed the power of Zot.
 48791 | D:5      | 48791 ||| FLEEEEING.
 48807 | D:5      | 48807 ||| FLEEEEING.
 48823 | D:5      | 48823 ||| FLEEEEING.
 48839 | D:5      | 48839 ||| FLEEEEING.
 48855 | D:5      | 48855 ||| FLEEEEING.
 48871 | D:5      | 48871 ||| FLEEEEING.
 48877 | D:5      | Touched by the power of Zot.
 48878 | D:5      | Glimpsed the power of Zot.
 48887 | D:5      | 48887 ||| FLEEEEING.
 48903 | D:5      | 48903 ||| FLEEEEING.
 48919 | D:5      | 48919 ||| FLEEEEING.
 48935 | D:5      | 48935 ||| FLEEEEING.
 48951 | D:5      | 48951 ||| FLEEEEING.
 48967 | D:5      | 48967 ||| FLEEEEING.
 48983 | D:5      | 48983 ||| FLEEEEING.
 48999 | D:5      | 48999 ||| FLEEEEING.
 49015 | D:5      | 49015 ||| FLEEEEING.
 49031 | D:5      | 49031 ||| FLEEEEING.
 49047 | D:5      | 49047 ||| FLEEEEING.
 49063 | D:5      | 49063 ||| FLEEEEING.
 49079 | D:5      | 49079 ||| FLEEEEING.
 49095 | D:5      | 49095 ||| FLEEEEING.
 49111 | D:5      | 49111 ||| FLEEEEING.
 49127 | D:5      | 49127 ||| FLEEEEING.
 49143 | D:5      | 49143 ||| FLEEEEING.
 49159 | D:5      | 49159 ||| FLEEEEING.
 49175 | D:5      | 49175 ||| FLEEEEING.
 49191 | D:5      | 49191 ||| FLEEEEING.
 49207 | D:5      | 49207 ||| FLEEEEING.
 49223 | D:5      | 49223 ||| FLEEEEING.
 49239 | D:5      | 49239 ||| FLEEEEING.
 49255 | D:5      | 49255 ||| FLEEEEING.
 49271 | D:5      | 49271 ||| FLEEEEING.
 49287 | D:5      | 49287 ||| FLEEEEING.
 49303 | D:5      | 49303 ||| FLEEEEING.
 49319 | D:5      | 49319 ||| FLEEEEING.
 49335 | D:5      | 49335 ||| FLEEEEING.
 49351 | D:5      | 49351 ||| FLEEEEING.
 49367 | D:5      | 49367 ||| FLEEEEING.
 49378 | D:5      | Glimpsed the power of Zot.
 49383 | D:5      | 49383 ||| FLEEEEING.
 49399 | D:5      | 49399 ||| FLEEEEING.
 49415 | D:5      | 49415 ||| FLEEEEING.
 49431 | D:5      | 49431 ||| FLEEEEING.
 49447 | D:5      | 49447 ||| FLEEEEING.
 49463 | D:5      | 49463 ||| FLEEEEING.
 49479 | D:5      | 49479 ||| FLEEEEING.
 49495 | D:5      | 49495 ||| FLEEEEING.
 49511 | D:5      | 49511 ||| FLEEEEING.
 49527 | D:5      | 49527 ||| FLEEEEING.
 49543 | D:5      | 49543 ||| FLEEEEING.
 49559 | D:5      | 49559 ||| FLEEEEING.
 49575 | D:5      | 49575 ||| FLEEEEING.
 49591 | D:5      | 49591 ||| FLEEEEING.
 49607 | D:5      | 49607 ||| FLEEEEING.
 49623 | D:5      | 49623 ||| FLEEEEING.
 49639 | D:5      | 49639 ||| FLEEEEING.
 49655 | D:5      | 49655 ||| FLEEEEING.
 49671 | D:5      | 49671 ||| FLEEEEING.
 49687 | D:5      | 49687 ||| FLEEEEING.
 49703 | D:5      | 49703 ||| FLEEEEING.
 49719 | D:5      | 49719 ||| FLEEEEING.
 49735 | D:5      | 49735 ||| FLEEEEING.
 49751 | D:5      | 49751 ||| FLEEEEING.
 49767 | D:5      | 49767 ||| FLEEEEING.
 49778 | D:5      | Glimpsed the power of Zot.
 49783 | D:5      | 49783 ||| FLEEEEING.
 49799 | D:5      | 49799 ||| FLEEEEING.
 49815 | D:5      | 49815 ||| FLEEEEING.
 49831 | D:5      | 49831 ||| FLEEEEING.
 49847 | D:5      | 49847 ||| FLEEEEING.
 49863 | D:5      | 49863 ||| FLEEEEING.
 49877 | D:5      | Touched by the power of Zot.
 49878 | D:5      | Glimpsed the power of Zot.
 49879 | D:5      | 49879 ||| FLEEEEING.
 49895 | D:5      | 49895 ||| FLEEEEING.
 49911 | D:5      | 49911 ||| FLEEEEING.
 49927 | D:5      | 49927 ||| FLEEEEING.
 49943 | D:5      | 49943 ||| FLEEEEING.
 49959 | D:5      | 49959 ||| FLEEEEING.
 49975 | D:5      | 49975 ||| FLEEEEING.
 49991 | D:5      | 49991 ||| FLEEEEING.
 50007 | D:5      | 50007 ||| FLEEEEING.
 50023 | D:5      | 50023 ||| FLEEEEING.
 50039 | D:5      | 50039 ||| FLEEEEING.
 50055 | D:5      | 50055 ||| FLEEEEING.
 50071 | D:5      | 50071 ||| FLEEEEING.
 50087 | D:5      | 50087 ||| FLEEEEING.
 50103 | D:5      | 50103 ||| FLEEEEING.
 50119 | D:5      | 50119 ||| FLEEEEING.
 50135 | D:5      | 50135 ||| FLEEEEING.
 50151 | D:5      | 50151 ||| FLEEEEING.
 50167 | D:5      | 50167 ||| FLEEEEING.
 50183 | D:5      | 50183 ||| FLEEEEING.
 50199 | D:5      | 50199 ||| FLEEEEING.
 50215 | D:5      | 50215 ||| FLEEEEING.
 50231 | D:5      | 50231 ||| FLEEEEING.
 50247 | D:5      | 50247 ||| FLEEEEING.
 50263 | D:5      | 50263 ||| FLEEEEING.
 50279 | D:5      | 50279 ||| FLEEEEING.
 50295 | D:5      | 50295 ||| FLEEEEING.
 50311 | D:5      | 50311 ||| FLEEEEING.
 50327 | D:5      | 50327 ||| FLEEEEING.
 50343 | D:5      | 50343 ||| FLEEEEING.
 50359 | D:5      | 50359 ||| FLEEEEING.
 50375 | D:5      | 50375 ||| FLEEEEING.
 50378 | D:5      | Glimpsed the power of Zot.
 50391 | D:5      | 50391 ||| FLEEEEING.
 50407 | D:5      | 50407 ||| FLEEEEING.
 50423 | D:5      | 50423 ||| FLEEEEING.
 50439 | D:5      | 50439 ||| FLEEEEING.
 50455 | D:5      | 50455 ||| FLEEEEING.
 50471 | D:5      | 50471 ||| FLEEEEING.
 50487 | D:5      | 50487 ||| FLEEEEING.
 50503 | D:5      | 50503 ||| FLEEEEING.
 50519 | D:5      | 50519 ||| FLEEEEING.
 50535 | D:5      | 50535 ||| FLEEEEING.
 50551 | D:5      | 50551 ||| FLEEEEING.
 50567 | D:5      | 50567 ||| FLEEEEING.
 50583 | D:5      | 50583 ||| FLEEEEING.
 50599 | D:5      | 50599 ||| FLEEEEING.
 50615 | D:5      | 50615 ||| FLEEEEING.
 50631 | D:5      | 50631 ||| FLEEEEING.
 50647 | D:5      | 50647 ||| FLEEEEING.
 50663 | D:5      | 50663 ||| FLEEEEING.
 50679 | D:5      | 50679 ||| FLEEEEING.
 50695 | D:5      | 50695 ||| FLEEEEING.
 50711 | D:5      | 50711 ||| FLEEEEING.
 50727 | D:5      | 50727 ||| FLEEEEING.
 50743 | D:5      | 50743 ||| FLEEEEING.
 50759 | D:5      | 50759 ||| FLEEEEING.
 50775 | D:5      | 50775 ||| FLEEEEING.
 50778 | D:5      | Glimpsed the power of Zot.
 50791 | D:5      | 50791 ||| FLEEEEING.
 50807 | D:5      | 50807 ||| FLEEEEING.
 50823 | D:5      | 50823 ||| FLEEEEING.
 50839 | D:5      | 50839 ||| FLEEEEING.
 50855 | D:5      | 50855 ||| FLEEEEING.
 50871 | D:5      | 50871 ||| FLEEEEING.
 50877 | D:5      | Touched by the power of Zot.
 50878 | D:5      | Glimpsed the power of Zot.
 50887 | D:5      | 50887 ||| FLEEEEING.
 50903 | D:5      | 50903 ||| FLEEEEING.
 50919 | D:5      | 50919 ||| FLEEEEING.
 50935 | D:5      | 50935 ||| FLEEEEING.
 50951 | D:5      | 50951 ||| FLEEEEING.
 50967 | D:5      | 50967 ||| FLEEEEING.
 50983 | D:5      | 50983 ||| FLEEEEING.
 50999 | D:5      | 50999 ||| FLEEEEING.
 51015 | D:5      | 51015 ||| FLEEEEING.
 51031 | D:5      | 51031 ||| FLEEEEING.
 51047 | D:5      | 51047 ||| FLEEEEING.
 51063 | D:5      | 51063 ||| FLEEEEING.
 51079 | D:5      | 51079 ||| FLEEEEING.
 51095 | D:5      | 51095 ||| FLEEEEING.
 51111 | D:5      | 51111 ||| FLEEEEING.
 51127 | D:5      | 51127 ||| FLEEEEING.
 51143 | D:5      | 51143 ||| FLEEEEING.
 51159 | D:5      | 51159 ||| FLEEEEING.
 51175 | D:5      | 51175 ||| FLEEEEING.
 51191 | D:5      | 51191 ||| FLEEEEING.
 51207 | D:5      | 51207 ||| FLEEEEING.
 51223 | D:5      | 51223 ||| FLEEEEING.
 51239 | D:5      | 51239 ||| FLEEEEING.
 51255 | D:5      | 51255 ||| FLEEEEING.
 51271 | D:5      | 51271 ||| FLEEEEING.
 51287 | D:5      | 51287 ||| FLEEEEING.
 51303 | D:5      | 51303 ||| FLEEEEING.
 51319 | D:5      | 51319 ||| FLEEEEING.
 51335 | D:5      | 51335 ||| FLEEEEING.
 51351 | D:5      | 51351 ||| FLEEEEING.
 51367 | D:5      | 51367 ||| FLEEEEING.
 51378 | D:5      | Glimpsed the power of Zot.
 51383 | D:5      | 51383 ||| FLEEEEING.
 51399 | D:5      | 51399 ||| FLEEEEING.
 51415 | D:5      | 51415 ||| FLEEEEING.
 51431 | D:5      | 51431 ||| FLEEEEING.
 51447 | D:5      | 51447 ||| FLEEEEING.
 51463 | D:5      | 51463 ||| FLEEEEING.
 51479 | D:5      | 51479 ||| FLEEEEING.
 51495 | D:5      | 51495 ||| FLEEEEING.
 51511 | D:5      | 51511 ||| FLEEEEING.
 51527 | D:5      | 51527 ||| FLEEEEING.
 51543 | D:5      | 51543 ||| FLEEEEING.
 51559 | D:5      | 51559 ||| FLEEEEING.
 51575 | D:5      | 51575 ||| FLEEEEING.
 51591 | D:5      | 51591 ||| FLEEEEING.
 51607 | D:5      | 51607 ||| FLEEEEING.
 51623 | D:5      | 51623 ||| FLEEEEING.
 51639 | D:5      | 51639 ||| FLEEEEING.
 51655 | D:5      | 51655 ||| FLEEEEING.
 51671 | D:5      | 51671 ||| FLEEEEING.
 51687 | D:5      | 51687 ||| FLEEEEING.
 51703 | D:5      | 51703 ||| FLEEEEING.
 51719 | D:5      | 51719 ||| FLEEEEING.
 51735 | D:5      | 51735 ||| FLEEEEING.
 51751 | D:5      | 51751 ||| FLEEEEING.
 51767 | D:5      | 51767 ||| FLEEEEING.
 51778 | D:5      | Glimpsed the power of Zot.
 51783 | D:5      | 51783 ||| FLEEEEING.
 51799 | D:5      | 51799 ||| FLEEEEING.
 51815 | D:5      | 51815 ||| FLEEEEING.
 51831 | D:5      | 51831 ||| FLEEEEING.
 51847 | D:5      | 51847 ||| FLEEEEING.
 51863 | D:5      | 51863 ||| FLEEEEING.
 51877 | D:5      | Touched by the power of Zot.
 51878 | D:5      | Glimpsed the power of Zot.
 51879 | D:5      | 51879 ||| FLEEEEING.
 51895 | D:5      | 51895 ||| FLEEEEING.
 51911 | D:5      | 51911 ||| FLEEEEING.
 51927 | D:5      | 51927 ||| FLEEEEING.
 51943 | D:5      | 51943 ||| FLEEEEING.
 51959 | D:5      | 51959 ||| FLEEEEING.
 51975 | D:5      | 51975 ||| FLEEEEING.
 51991 | D:5      | 51991 ||| FLEEEEING.
 52007 | D:5      | 52007 ||| FLEEEEING.
 52023 | D:5      | 52023 ||| FLEEEEING.
 52039 | D:5      | 52039 ||| FLEEEEING.
 52055 | D:5      | 52055 ||| FLEEEEING.
 52071 | D:5      | 52071 ||| FLEEEEING.
 52087 | D:5      | 52087 ||| FLEEEEING.
 52103 | D:5      | 52103 ||| FLEEEEING.
 52119 | D:5      | 52119 ||| FLEEEEING.
 52135 | D:5      | 52135 ||| FLEEEEING.
 52151 | D:5      | 52151 ||| FLEEEEING.
 52167 | D:5      | 52167 ||| FLEEEEING.
 52183 | D:5      | 52183 ||| FLEEEEING.
 52199 | D:5      | 52199 ||| FLEEEEING.
 52215 | D:5      | 52215 ||| FLEEEEING.
 52231 | D:5      | 52231 ||| FLEEEEING.
 52247 | D:5      | 52247 ||| FLEEEEING.
 52263 | D:5      | 52263 ||| FLEEEEING.
 52279 | D:5      | 52279 ||| FLEEEEING.
 52295 | D:5      | 52295 ||| FLEEEEING.
 52311 | D:5      | 52311 ||| FLEEEEING.
 52327 | D:5      | 52327 ||| FLEEEEING.
 52343 | D:5      | 52343 ||| FLEEEEING.
 52359 | D:5      | 52359 ||| FLEEEEING.
 52375 | D:5      | 52375 ||| FLEEEEING.
 52378 | D:5      | Glimpsed the power of Zot.
 52391 | D:5      | 52391 ||| FLEEEEING.
 52407 | D:5      | 52407 ||| FLEEEEING.
 52423 | D:5      | 52423 ||| FLEEEEING.
 52439 | D:5      | 52439 ||| FLEEEEING.
 52455 | D:5      | 52455 ||| FLEEEEING.
 52471 | D:5      | 52471 ||| FLEEEEING.
 52487 | D:5      | 52487 ||| FLEEEEING.
 52503 | D:5      | 52503 ||| FLEEEEING.
 52519 | D:5      | 52519 ||| FLEEEEING.
 52535 | D:5      | 52535 ||| FLEEEEING.
 52551 | D:5      | 52551 ||| FLEEEEING.
 52567 | D:5      | 52567 ||| FLEEEEING.
 52583 | D:5      | 52583 ||| FLEEEEING.
 52599 | D:5      | 52599 ||| FLEEEEING.
 52615 | D:5      | 52615 ||| FLEEEEING.
 52631 | D:5      | 52631 ||| FLEEEEING.
 52647 | D:5      | 52647 ||| FLEEEEING.
 52663 | D:5      | 52663 ||| FLEEEEING.
 52679 | D:5      | 52679 ||| FLEEEEING.
 52695 | D:5      | 52695 ||| FLEEEEING.
 52711 | D:5      | 52711 ||| FLEEEEING.
 52727 | D:5      | 52727 ||| FLEEEEING.
 52743 | D:5      | 52743 ||| FLEEEEING.
 52759 | D:5      | 52759 ||| FLEEEEING.
 52775 | D:5      | 52775 ||| FLEEEEING.
 52778 | D:5      | Glimpsed the power of Zot.
 52791 | D:5      | 52791 ||| FLEEEEING.
 52807 | D:5      | 52807 ||| FLEEEEING.
 52823 | D:5      | 52823 ||| FLEEEEING.
 52839 | D:5      | 52839 ||| FLEEEEING.
 52855 | D:5      | 52855 ||| FLEEEEING.
 52871 | D:5      | 52871 ||| FLEEEEING.
 52877 | D:5      | Touched by the power of Zot.
 52878 | D:5      | Glimpsed the power of Zot.
 52887 | D:5      | 52887 ||| FLEEEEING.
 52903 | D:5      | 52903 ||| FLEEEEING.
 52919 | D:5      | 52919 ||| FLEEEEING.
 52935 | D:5      | 52935 ||| FLEEEEING.
 52951 | D:5      | 52951 ||| FLEEEEING.
 52967 | D:5      | 52967 ||| FLEEEEING.
 52983 | D:5      | 52983 ||| FLEEEEING.
 52999 | D:5      | 52999 ||| FLEEEEING.
 53015 | D:5      | 53015 ||| FLEEEEING.
 53031 | D:5      | 53031 ||| FLEEEEING.
 53047 | D:5      | 53047 ||| FLEEEEING.
 53063 | D:5      | 53063 ||| FLEEEEING.
 53079 | D:5      | 53079 ||| FLEEEEING.
 53095 | D:5      | 53095 ||| FLEEEEING.
 53111 | D:5      | 53111 ||| FLEEEEING.
 53127 | D:5      | 53127 ||| FLEEEEING.
 53143 | D:5      | 53143 ||| FLEEEEING.
 53159 | D:5      | 53159 ||| FLEEEEING.
 53175 | D:5      | 53175 ||| FLEEEEING.
 53191 | D:5      | 53191 ||| FLEEEEING.
 53207 | D:5      | 53207 ||| FLEEEEING.
 53223 | D:5      | 53223 ||| FLEEEEING.
 53239 | D:5      | 53239 ||| FLEEEEING.
 53255 | D:5      | 53255 ||| FLEEEEING.
 53271 | D:5      | 53271 ||| FLEEEEING.
 53287 | D:5      | 53287 ||| FLEEEEING.
 53303 | D:5      | 53303 ||| FLEEEEING.
 53319 | D:5      | 53319 ||| FLEEEEING.
 53335 | D:5      | 53335 ||| FLEEEEING.
 53351 | D:5      | 53351 ||| FLEEEEING.
 53367 | D:5      | 53367 ||| FLEEEEING.
 53378 | D:5      | Glimpsed the power of Zot.
 53383 | D:5      | 53383 ||| FLEEEEING.
 53399 | D:5      | 53399 ||| FLEEEEING.
 53415 | D:5      | 53415 ||| FLEEEEING.
 53431 | D:5      | 53431 ||| FLEEEEING.
 53447 | D:5      | 53447 ||| FLEEEEING.
 53463 | D:5      | 53463 ||| FLEEEEING.
 53479 | D:5      | 53479 ||| FLEEEEING.
 53495 | D:5      | 53495 ||| FLEEEEING.
 53511 | D:5      | 53511 ||| FLEEEEING.
 53527 | D:5      | 53527 ||| FLEEEEING.
 53543 | D:5      | 53543 ||| FLEEEEING.
 53559 | D:5      | 53559 ||| FLEEEEING.
 53575 | D:5      | 53575 ||| FLEEEEING.
 53591 | D:5      | 53591 ||| FLEEEEING.
 53607 | D:5      | 53607 ||| FLEEEEING.
 53623 | D:5      | 53623 ||| FLEEEEING.
 53639 | D:5      | 53639 ||| FLEEEEING.
 53655 | D:5      | 53655 ||| FLEEEEING.
 53671 | D:5      | 53671 ||| FLEEEEING.
 53687 | D:5      | 53687 ||| FLEEEEING.
 53703 | D:5      | 53703 ||| FLEEEEING.
 53719 | D:5      | 53719 ||| FLEEEEING.
 53735 | D:5      | 53735 ||| FLEEEEING.
 53751 | D:5      | 53751 ||| FLEEEEING.
 53767 | D:5      | 53767 ||| FLEEEEING.
 53778 | D:5      | Glimpsed the power of Zot.
 53783 | D:5      | 53783 ||| FLEEEEING.
 53799 | D:5      | 53799 ||| FLEEEEING.
 53815 | D:5      | 53815 ||| FLEEEEING.
 53831 | D:5      | 53831 ||| FLEEEEING.
 53847 | D:5      | 53847 ||| FLEEEEING.
 53863 | D:5      | 53863 ||| FLEEEEING.
 53877 | D:5      | Touched by the power of Zot.
 53878 | D:5      | Glimpsed the power of Zot.
 53879 | D:5      | 53879 ||| FLEEEEING.
 53895 | D:5      | 53895 ||| FLEEEEING.
 53911 | D:5      | 53911 ||| FLEEEEING.
 53927 | D:5      | 53927 ||| FLEEEEING.
 53943 | D:5      | 53943 ||| FLEEEEING.
 53959 | D:5      | 53959 ||| FLEEEEING.
 53975 | D:5      | 53975 ||| FLEEEEING.
 53991 | D:5      | 53991 ||| FLEEEEING.
 54007 | D:5      | 54007 ||| FLEEEEING.
 54023 | D:5      | 54023 ||| FLEEEEING.
 54039 | D:5      | 54039 ||| FLEEEEING.
 54055 | D:5      | 54055 ||| FLEEEEING.
 54071 | D:5      | 54071 ||| FLEEEEING.
 54087 | D:5      | 54087 ||| FLEEEEING.
 54103 | D:5      | 54103 ||| FLEEEEING.
 54119 | D:5      | 54119 ||| FLEEEEING.
 54135 | D:5      | 54135 ||| FLEEEEING.
 54151 | D:5      | 54151 ||| FLEEEEING.
 54167 | D:5      | 54167 ||| FLEEEEING.
 54183 | D:5      | 54183 ||| FLEEEEING.
 54199 | D:5      | 54199 ||| FLEEEEING.
 54215 | D:5      | 54215 ||| FLEEEEING.
 54231 | D:5      | 54231 ||| FLEEEEING.
 54247 | D:5      | 54247 ||| FLEEEEING.
 54263 | D:5      | 54263 ||| FLEEEEING.
 54279 | D:5      | 54279 ||| FLEEEEING.
 54295 | D:5      | 54295 ||| FLEEEEING.
 54311 | D:5      | 54311 ||| FLEEEEING.
 54327 | D:5      | 54327 ||| FLEEEEING.
 54343 | D:5      | 54343 ||| FLEEEEING.
 54359 | D:5      | 54359 ||| FLEEEEING.
 54375 | D:5      | 54375 ||| FLEEEEING.
 54378 | D:5      | Glimpsed the power of Zot.
 54391 | D:5      | 54391 ||| FLEEEEING.
 54407 | D:5      | 54407 ||| FLEEEEING.
 54423 | D:5      | 54423 ||| FLEEEEING.
 54439 | D:5      | 54439 ||| FLEEEEING.
 54455 | D:5      | 54455 ||| FLEEEEING.
 54471 | D:5      | 54471 ||| FLEEEEING.
 54487 | D:5      | 54487 ||| FLEEEEING.
 54503 | D:5      | 54503 ||| FLEEEEING.
 54519 | D:5      | 54519 ||| FLEEEEING.
 54535 | D:5      | 54535 ||| FLEEEEING.
 54551 | D:5      | 54551 ||| FLEEEEING.
 54567 | D:5      | 54567 ||| FLEEEEING.
 54583 | D:5      | 54583 ||| FLEEEEING.
 54599 | D:5      | 54599 ||| FLEEEEING.
 54615 | D:5      | 54615 ||| FLEEEEING.
 54631 | D:5      | 54631 ||| FLEEEEING.
 54647 | D:5      | 54647 ||| FLEEEEING.
 54663 | D:5      | 54663 ||| FLEEEEING.
 54679 | D:5      | 54679 ||| FLEEEEING.
 54695 | D:5      | 54695 ||| FLEEEEING.
 54711 | D:5      | 54711 ||| FLEEEEING.
 54727 | D:5      | 54727 ||| FLEEEEING.
 54743 | D:5      | 54743 ||| FLEEEEING.
 54759 | D:5      | 54759 ||| FLEEEEING.
 54775 | D:5      | 54775 ||| FLEEEEING.
 54778 | D:5      | Glimpsed the power of Zot.
 54791 | D:5      | 54791 ||| FLEEEEING.
 54807 | D:5      | 54807 ||| FLEEEEING.
 54823 | D:5      | 54823 ||| FLEEEEING.
 54839 | D:5      | 54839 ||| FLEEEEING.
 54855 | D:5      | 54855 ||| FLEEEEING.
 54871 | D:5      | 54871 ||| FLEEEEING.
 54877 | D:5      | Touched by the power of Zot.
 54878 | D:5      | Glimpsed the power of Zot.
 54887 | D:5      | 54887 ||| FLEEEEING.
 54903 | D:5      | 54903 ||| FLEEEEING.
 54919 | D:5      | 54919 ||| FLEEEEING.
 54935 | D:5      | 54935 ||| FLEEEEING.
 54951 | D:5      | 54951 ||| FLEEEEING.
 54967 | D:5      | 54967 ||| FLEEEEING.
 54983 | D:5      | 54983 ||| FLEEEEING.
 54999 | D:5      | 54999 ||| FLEEEEING.
 55015 | D:5      | 55015 ||| FLEEEEING.
 55031 | D:5      | 55031 ||| FLEEEEING.
 55047 | D:5      | 55047 ||| FLEEEEING.
 55063 | D:5      | 55063 ||| FLEEEEING.
 55079 | D:5      | 55079 ||| FLEEEEING.
 55095 | D:5      | 55095 ||| FLEEEEING.
 55111 | D:5      | 55111 ||| FLEEEEING.
 55127 | D:5      | 55127 ||| FLEEEEING.
 55143 | D:5      | 55143 ||| FLEEEEING.
 55159 | D:5      | 55159 ||| FLEEEEING.
 55175 | D:5      | 55175 ||| FLEEEEING.
 55191 | D:5      | 55191 ||| FLEEEEING.
 55207 | D:5      | 55207 ||| FLEEEEING.
 55223 | D:5      | 55223 ||| FLEEEEING.
 55239 | D:5      | 55239 ||| FLEEEEING.
 55255 | D:5      | 55255 ||| FLEEEEING.
 55271 | D:5      | 55271 ||| FLEEEEING.
 55287 | D:5      | 55287 ||| FLEEEEING.
 55303 | D:5      | 55303 ||| FLEEEEING.
 55319 | D:5      | 55319 ||| FLEEEEING.
 55335 | D:5      | 55335 ||| FLEEEEING.
 55351 | D:5      | 55351 ||| FLEEEEING.
 55367 | D:5      | 55367 ||| FLEEEEING.
 55378 | D:5      | Glimpsed the power of Zot.
 55383 | D:5      | 55383 ||| FLEEEEING.
 55399 | D:5      | 55399 ||| FLEEEEING.
 55415 | D:5      | 55415 ||| FLEEEEING.
 55431 | D:5      | 55431 ||| FLEEEEING.
 55447 | D:5      | 55447 ||| FLEEEEING.
 55463 | D:5      | 55463 ||| FLEEEEING.
 55479 | D:5      | 55479 ||| FLEEEEING.
 55495 | D:5      | 55495 ||| FLEEEEING.
 55511 | D:5      | 55511 ||| FLEEEEING.
 55527 | D:5      | 55527 ||| FLEEEEING.
 55543 | D:5      | 55543 ||| FLEEEEING.
 55559 | D:5      | 55559 ||| FLEEEEING.
 55575 | D:5      | 55575 ||| FLEEEEING.
 55591 | D:5      | 55591 ||| FLEEEEING.
 55607 | D:5      | 55607 ||| FLEEEEING.
 55623 | D:5      | 55623 ||| FLEEEEING.
 55639 | D:5      | 55639 ||| FLEEEEING.
 55655 | D:5      | 55655 ||| FLEEEEING.
 55671 | D:5      | 55671 ||| FLEEEEING.
 55687 | D:5      | 55687 ||| FLEEEEING.
 55703 | D:5      | 55703 ||| FLEEEEING.
 55719 | D:5      | 55719 ||| FLEEEEING.
 55735 | D:5      | 55735 ||| FLEEEEING.
 55751 | D:5      | 55751 ||| FLEEEEING.
 55767 | D:5      | 55767 ||| FLEEEEING.
 55778 | D:5      | Glimpsed the power of Zot.
 55783 | D:5      | 55783 ||| FLEEEEING.
 55799 | D:5      | 55799 ||| FLEEEEING.
 55815 | D:5      | 55815 ||| FLEEEEING.
 55831 | D:5      | 55831 ||| FLEEEEING.
 55847 | D:5      | 55847 ||| FLEEEEING.
 55863 | D:5      | 55863 ||| FLEEEEING.
 55877 | D:5      | Touched by the power of Zot.
 55878 | D:5      | Glimpsed the power of Zot.
 55879 | D:5      | 55879 ||| FLEEEEING.
 55895 | D:5      | 55895 ||| FLEEEEING.
 55911 | D:5      | 55911 ||| FLEEEEING.
 55927 | D:5      | 55927 ||| FLEEEEING.
 55943 | D:5      | 55943 ||| FLEEEEING.
 55959 | D:5      | 55959 ||| FLEEEEING.
 55975 | D:5      | 55975 ||| FLEEEEING.
 55991 | D:5      | 55991 ||| FLEEEEING.
 56007 | D:5      | 56007 ||| FLEEEEING.
 56023 | D:5      | 56023 ||| FLEEEEING.
 56039 | D:5      | 56039 ||| FLEEEEING.
 56055 | D:5      | 56055 ||| FLEEEEING.
 56071 | D:5      | 56071 ||| FLEEEEING.
 56087 | D:5      | 56087 ||| FLEEEEING.
 56103 | D:5      | 56103 ||| FLEEEEING.
 56119 | D:5      | 56119 ||| FLEEEEING.
 56135 | D:5      | 56135 ||| FLEEEEING.
 56151 | D:5      | 56151 ||| FLEEEEING.
 56167 | D:5      | 56167 ||| FLEEEEING.
 56183 | D:5      | 56183 ||| FLEEEEING.
 56199 | D:5      | 56199 ||| FLEEEEING.
 56215 | D:5      | 56215 ||| FLEEEEING.
 56231 | D:5      | 56231 ||| FLEEEEING.
 56247 | D:5      | 56247 ||| FLEEEEING.
 56263 | D:5      | 56263 ||| FLEEEEING.
 56279 | D:5      | 56279 ||| FLEEEEING.
 56295 | D:5      | 56295 ||| FLEEEEING.
 56311 | D:5      | 56311 ||| FLEEEEING.
 56327 | D:5      | 56327 ||| FLEEEEING.
 56343 | D:5      | 56343 ||| FLEEEEING.
 56359 | D:5      | 56359 ||| FLEEEEING.
 56375 | D:5      | 56375 ||| FLEEEEING.
 56378 | D:5      | Glimpsed the power of Zot.
 56391 | D:5      | 56391 ||| FLEEEEING.
 56407 | D:5      | 56407 ||| FLEEEEING.
 56423 | D:5      | 56423 ||| FLEEEEING.
 56439 | D:5      | 56439 ||| FLEEEEING.
 56455 | D:5      | 56455 ||| FLEEEEING.
 56471 | D:5      | 56471 ||| FLEEEEING.
 56487 | D:5      | 56487 ||| FLEEEEING.
 56503 | D:5      | 56503 ||| FLEEEEING.
 56519 | D:5      | 56519 ||| FLEEEEING.
 56535 | D:5      | 56535 ||| FLEEEEING.
 56551 | D:5      | 56551 ||| FLEEEEING.
 56567 | D:5      | 56567 ||| FLEEEEING.
 56583 | D:5      | 56583 ||| FLEEEEING.
 56599 | D:5      | 56599 ||| FLEEEEING.
 56615 | D:5      | 56615 ||| FLEEEEING.
 56631 | D:5      | 56631 ||| FLEEEEING.
 56647 | D:5      | 56647 ||| FLEEEEING.
 56663 | D:5      | 56663 ||| FLEEEEING.
 56679 | D:5      | 56679 ||| FLEEEEING.
 56695 | D:5      | 56695 ||| FLEEEEING.
 56711 | D:5      | 56711 ||| FLEEEEING.
 56727 | D:5      | 56727 ||| FLEEEEING.
 56743 | D:5      | 56743 ||| FLEEEEING.
 56759 | D:5      | 56759 ||| FLEEEEING.
 56775 | D:5      | 56775 ||| FLEEEEING.
 56778 | D:5      | Glimpsed the power of Zot.
 56791 | D:5      | 56791 ||| FLEEEEING.
 56807 | D:5      | 56807 ||| FLEEEEING.
 56823 | D:5      | 56823 ||| FLEEEEING.
 56839 | D:5      | 56839 ||| FLEEEEING.
 56855 | D:5      | 56855 ||| FLEEEEING.
 56871 | D:5      | 56871 ||| FLEEEEING.
 56877 | D:5      | Touched by the power of Zot.
 56878 | D:5      | Glimpsed the power of Zot.
 56887 | D:5      | 56887 ||| FLEEEEING.
 56903 | D:5      | 56903 ||| FLEEEEING.
 56919 | D:5      | 56919 ||| FLEEEEING.
 56935 | D:5      | 56935 ||| FLEEEEING.
 56951 | D:5      | 56951 ||| FLEEEEING.
 56967 | D:5      | 56967 ||| FLEEEEING.
 56983 | D:5      | 56983 ||| FLEEEEING.
 56999 | D:5      | 56999 ||| FLEEEEING.
 57015 | D:5      | 57015 ||| FLEEEEING.
 57031 | D:5      | 57031 ||| FLEEEEING.
 57047 | D:5      | 57047 ||| FLEEEEING.
 57063 | D:5      | 57063 ||| FLEEEEING.
 57079 | D:5      | 57079 ||| FLEEEEING.
 57095 | D:5      | 57095 ||| FLEEEEING.
 57111 | D:5      | 57111 ||| FLEEEEING.
 57127 | D:5      | 57127 ||| FLEEEEING.
 57143 | D:5      | 57143 ||| FLEEEEING.
 57159 | D:5      | 57159 ||| FLEEEEING.
 57175 | D:5      | 57175 ||| FLEEEEING.
 57191 | D:5      | 57191 ||| FLEEEEING.
 57207 | D:5      | 57207 ||| FLEEEEING.
 57223 | D:5      | 57223 ||| FLEEEEING.
 57239 | D:5      | 57239 ||| FLEEEEING.
 57255 | D:5      | 57255 ||| FLEEEEING.
 57271 | D:5      | 57271 ||| FLEEEEING.
 57287 | D:5      | 57287 ||| FLEEEEING.
 57303 | D:5      | 57303 ||| FLEEEEING.
 57319 | D:5      | 57319 ||| FLEEEEING.
 57335 | D:5      | 57335 ||| FLEEEEING.
 57351 | D:5      | 57351 ||| FLEEEEING.
 57367 | D:5      | 57367 ||| FLEEEEING.
 57378 | D:5      | Glimpsed the power of Zot.
 57383 | D:5      | 57383 ||| FLEEEEING.
 57399 | D:5      | 57399 ||| FLEEEEING.
 57415 | D:5      | 57415 ||| FLEEEEING.
 57431 | D:5      | 57431 ||| FLEEEEING.
 57447 | D:5      | 57447 ||| FLEEEEING.
 57463 | D:5      | 57463 ||| FLEEEEING.
 57479 | D:5      | 57479 ||| FLEEEEING.
 57495 | D:5      | 57495 ||| FLEEEEING.
 57511 | D:5      | 57511 ||| FLEEEEING.
 57527 | D:5      | 57527 ||| FLEEEEING.
 57543 | D:5      | 57543 ||| FLEEEEING.
 57559 | D:5      | 57559 ||| FLEEEEING.
 57575 | D:5      | 57575 ||| FLEEEEING.
 57591 | D:5      | 57591 ||| FLEEEEING.
 57607 | D:5      | 57607 ||| FLEEEEING.
 57623 | D:5      | 57623 ||| FLEEEEING.
 57639 | D:5      | 57639 ||| FLEEEEING.
 57655 | D:5      | 57655 ||| FLEEEEING.
 57671 | D:5      | 57671 ||| FLEEEEING.
 57687 | D:5      | 57687 ||| FLEEEEING.
 57703 | D:5      | 57703 ||| FLEEEEING.
 57719 | D:5      | 57719 ||| FLEEEEING.
 57735 | D:5      | 57735 ||| FLEEEEING.
 57751 | D:5      | 57751 ||| FLEEEEING.
 57767 | D:5      | 57767 ||| FLEEEEING.
 57778 | D:5      | Glimpsed the power of Zot.
 57783 | D:5      | 57783 ||| FLEEEEING.
 57799 | D:5      | 57799 ||| FLEEEEING.
 57815 | D:5      | 57815 ||| FLEEEEING.
 57831 | D:5      | 57831 ||| FLEEEEING.
 57847 | D:5      | 57847 ||| FLEEEEING.
 57863 | D:5      | 57863 ||| FLEEEEING.
 57877 | D:5      | Touched by the power of Zot.
 57878 | D:5      | Glimpsed the power of Zot.
 57879 | D:5      | 57879 ||| FLEEEEING.
 57895 | D:5      | 57895 ||| FLEEEEING.
 57911 | D:5      | 57911 ||| FLEEEEING.
 57927 | D:5      | 57927 ||| FLEEEEING.
 57943 | D:5      | 57943 ||| FLEEEEING.
 57959 | D:5      | 57959 ||| FLEEEEING.
 57975 | D:5      | 57975 ||| FLEEEEING.
 57991 | D:5      | 57991 ||| FLEEEEING.
 58007 | D:5      | 58007 ||| FLEEEEING.
 58023 | D:5      | 58023 ||| FLEEEEING.
 58039 | D:5      | 58039 ||| FLEEEEING.
 58055 | D:5      | 58055 ||| FLEEEEING.
 58071 | D:5      | 58071 ||| FLEEEEING.
 58087 | D:5      | 58087 ||| FLEEEEING.
 58103 | D:5      | 58103 ||| FLEEEEING.
 58119 | D:5      | 58119 ||| FLEEEEING.
 58135 | D:5      | 58135 ||| FLEEEEING.
 58151 | D:5      | 58151 ||| FLEEEEING.
 58167 | D:5      | 58167 ||| FLEEEEING.
 58183 | D:5      | 58183 ||| FLEEEEING.
 58199 | D:5      | 58199 ||| FLEEEEING.
 58215 | D:5      | 58215 ||| FLEEEEING.
 58231 | D:5      | 58231 ||| FLEEEEING.
 58247 | D:5      | 58247 ||| FLEEEEING.
 58263 | D:5      | 58263 ||| FLEEEEING.
 58279 | D:5      | 58279 ||| FLEEEEING.
 58295 | D:5      | 58295 ||| FLEEEEING.
 58311 | D:5      | 58311 ||| FLEEEEING.
 58327 | D:5      | 58327 ||| FLEEEEING.
 58343 | D:5      | 58343 ||| FLEEEEING.
 58359 | D:5      | 58359 ||| FLEEEEING.
 58375 | D:5      | 58375 ||| FLEEEEING.
 58378 | D:5      | Glimpsed the power of Zot.
 58391 | D:5      | 58391 ||| FLEEEEING.
 58407 | D:5      | 58407 ||| FLEEEEING.
 58423 | D:5      | 58423 ||| FLEEEEING.
 58439 | D:5      | 58439 ||| FLEEEEING.
 58455 | D:5      | 58455 ||| FLEEEEING.
 58471 | D:5      | 58471 ||| FLEEEEING.
 58487 | D:5      | 58487 ||| FLEEEEING.
 58503 | D:5      | 58503 ||| FLEEEEING.
 58519 | D:5      | 58519 ||| FLEEEEING.
 58535 | D:5      | 58535 ||| FLEEEEING.
 58551 | D:5      | 58551 ||| FLEEEEING.
 58567 | D:5      | 58567 ||| FLEEEEING.
 58583 | D:5      | 58583 ||| FLEEEEING.
 58599 | D:5      | 58599 ||| FLEEEEING.
 58615 | D:5      | 58615 ||| FLEEEEING.
 58631 | D:5      | 58631 ||| FLEEEEING.
 58647 | D:5      | 58647 ||| FLEEEEING.
 58663 | D:5      | 58663 ||| FLEEEEING.
 58679 | D:5      | 58679 ||| FLEEEEING.
 58695 | D:5      | 58695 ||| FLEEEEING.
 58711 | D:5      | 58711 ||| FLEEEEING.
 58727 | D:5      | 58727 ||| FLEEEEING.
 58743 | D:5      | 58743 ||| FLEEEEING.
 58759 | D:5      | 58759 ||| FLEEEEING.
 58775 | D:5      | 58775 ||| FLEEEEING.
 58778 | D:5      | Glimpsed the power of Zot.
 58791 | D:5      | 58791 ||| FLEEEEING.
 58807 | D:5      | 58807 ||| FLEEEEING.
 58823 | D:5      | 58823 ||| FLEEEEING.
 58839 | D:5      | 58839 ||| FLEEEEING.
 58855 | D:5      | 58855 ||| FLEEEEING.
 58871 | D:5      | 58871 ||| FLEEEEING.
 58877 | D:5      | Touched by the power of Zot.
 58878 | D:5      | Glimpsed the power of Zot.
 58887 | D:5      | 58887 ||| FLEEEEING.
 58903 | D:5      | 58903 ||| FLEEEEING.
 58919 | D:5      | 58919 ||| FLEEEEING.
 58935 | D:5      | 58935 ||| FLEEEEING.
 58951 | D:5      | 58951 ||| FLEEEEING.
 58967 | D:5      | 58967 ||| FLEEEEING.
 58983 | D:5      | 58983 ||| FLEEEEING.
 58999 | D:5      | 58999 ||| FLEEEEING.
 59015 | D:5      | 59015 ||| FLEEEEING.
 59031 | D:5      | 59031 ||| FLEEEEING.
 59047 | D:5      | 59047 ||| FLEEEEING.
 59063 | D:5      | 59063 ||| FLEEEEING.
 59079 | D:5      | 59079 ||| FLEEEEING.
 59095 | D:5      | 59095 ||| FLEEEEING.
 59111 | D:5      | 59111 ||| FLEEEEING.
 59127 | D:5      | 59127 ||| FLEEEEING.
 59143 | D:5      | 59143 ||| FLEEEEING.
 59159 | D:5      | 59159 ||| FLEEEEING.
 59175 | D:5      | 59175 ||| FLEEEEING.
 59191 | D:5      | 59191 ||| FLEEEEING.
 59207 | D:5      | 59207 ||| FLEEEEING.
 59223 | D:5      | 59223 ||| FLEEEEING.
 59239 | D:5      | 59239 ||| FLEEEEING.
 59255 | D:5      | 59255 ||| FLEEEEING.
 59271 | D:5      | 59271 ||| FLEEEEING.
 59287 | D:5      | 59287 ||| FLEEEEING.
 59303 | D:5      | 59303 ||| FLEEEEING.
 59319 | D:5      | 59319 ||| FLEEEEING.
 59335 | D:5      | 59335 ||| FLEEEEING.
 59351 | D:5      | 59351 ||| FLEEEEING.
 59367 | D:5      | 59367 ||| FLEEEEING.
 59378 | D:5      | Glimpsed the power of Zot.
 59383 | D:5      | 59383 ||| FLEEEEING.
 59399 | D:5      | 59399 ||| FLEEEEING.
 59415 | D:5      | 59415 ||| FLEEEEING.
 59431 | D:5      | 59431 ||| FLEEEEING.
 59447 | D:5      | 59447 ||| FLEEEEING.
 59463 | D:5      | 59463 ||| FLEEEEING.
 59479 | D:5      | 59479 ||| FLEEEEING.
 59495 | D:5      | 59495 ||| FLEEEEING.
 59511 | D:5      | 59511 ||| FLEEEEING.
 59527 | D:5      | 59527 ||| FLEEEEING.
 59543 | D:5      | 59543 ||| FLEEEEING.
 59559 | D:5      | 59559 ||| FLEEEEING.
 59575 | D:5      | 59575 ||| FLEEEEING.
 59591 | D:5      | 59591 ||| FLEEEEING.
 59607 | D:5      | 59607 ||| FLEEEEING.
 59623 | D:5      | 59623 ||| FLEEEEING.
 59639 | D:5      | 59639 ||| FLEEEEING.
 59655 | D:5      | 59655 ||| FLEEEEING.
 59671 | D:5      | 59671 ||| FLEEEEING.
 59687 | D:5      | 59687 ||| FLEEEEING.
 59703 | D:5      | 59703 ||| FLEEEEING.
 59719 | D:5      | 59719 ||| FLEEEEING.
 59735 | D:5      | 59735 ||| FLEEEEING.
 59751 | D:5      | 59751 ||| FLEEEEING.
 59767 | D:5      | 59767 ||| FLEEEEING.
 59778 | D:5      | Glimpsed the power of Zot.
 59783 | D:5      | 59783 ||| FLEEEEING.
 59799 | D:5      | 59799 ||| FLEEEEING.
 59815 | D:5      | 59815 ||| FLEEEEING.
 59831 | D:5      | 59831 ||| FLEEEEING.
 59847 | D:5      | 59847 ||| FLEEEEING.
 59863 | D:5      | 59863 ||| FLEEEEING.
 59877 | D:5      | Touched by the power of Zot.
 59878 | D:5      | Glimpsed the power of Zot.
 59879 | D:5      | 59879 ||| FLEEEEING.
 59895 | D:5      | 59895 ||| FLEEEEING.
 59911 | D:5      | 59911 ||| FLEEEEING.
 59927 | D:5      | 59927 ||| FLEEEEING.
 59943 | D:5      | 59943 ||| FLEEEEING.
 59959 | D:5      | 59959 ||| FLEEEEING.
 59975 | D:5      | 59975 ||| FLEEEEING.
 59991 | D:5      | 59991 ||| FLEEEEING.
 60007 | D:5      | 60007 ||| FLEEEEING.
 60023 | D:5      | 60023 ||| FLEEEEING.
 60039 | D:5      | 60039 ||| FLEEEEING.
 60055 | D:5      | 60055 ||| FLEEEEING.
 60071 | D:5      | 60071 ||| FLEEEEING.
 60087 | D:5      | 60087 ||| FLEEEEING.
 60103 | D:5      | 60103 ||| FLEEEEING.
 60119 | D:5      | 60119 ||| FLEEEEING.
 60135 | D:5      | 60135 ||| FLEEEEING.
 60151 | D:5      | 60151 ||| FLEEEEING.
 60167 | D:5      | 60167 ||| FLEEEEING.
 60183 | D:5      | 60183 ||| FLEEEEING.
 60199 | D:5      | 60199 ||| FLEEEEING.
 60215 | D:5      | 60215 ||| FLEEEEING.
 60231 | D:5      | 60231 ||| FLEEEEING.
 60247 | D:5      | 60247 ||| FLEEEEING.
 60263 | D:5      | 60263 ||| FLEEEEING.
 60279 | D:5      | 60279 ||| FLEEEEING.
 60295 | D:5      | 60295 ||| FLEEEEING.
 60311 | D:5      | 60311 ||| FLEEEEING.
 60327 | D:5      | 60327 ||| FLEEEEING.
 60343 | D:5      | 60343 ||| FLEEEEING.
 60359 | D:5      | 60359 ||| FLEEEEING.
 60375 | D:5      | 60375 ||| FLEEEEING.
 60378 | D:5      | Glimpsed the power of Zot.
 60391 | D:5      | 60391 ||| FLEEEEING.
 60407 | D:5      | 60407 ||| FLEEEEING.
 60423 | D:5      | 60423 ||| FLEEEEING.
 60439 | D:5      | 60439 ||| FLEEEEING.
 60455 | D:5      | 60455 ||| FLEEEEING.
 60471 | D:5      | 60471 ||| FLEEEEING.
 60487 | D:5      | 60487 ||| FLEEEEING.
 60503 | D:5      | 60503 ||| FLEEEEING.
 60519 | D:5      | 60519 ||| FLEEEEING.
 60535 | D:5      | 60535 ||| FLEEEEING.
 60551 | D:5      | 60551 ||| FLEEEEING.
 60567 | D:5      | 60567 ||| FLEEEEING.
 60583 | D:5      | 60583 ||| FLEEEEING.
 60599 | D:5      | 60599 ||| FLEEEEING.
 60615 | D:5      | 60615 ||| FLEEEEING.
 60631 | D:5      | 60631 ||| FLEEEEING.
 60647 | D:5      | 60647 ||| FLEEEEING.
 60663 | D:5      | 60663 ||| FLEEEEING.
 60679 | D:5      | 60679 ||| FLEEEEING.
 60695 | D:5      | 60695 ||| FLEEEEING.
 60711 | D:5      | 60711 ||| FLEEEEING.
 60727 | D:5      | 60727 ||| FLEEEEING.
 60743 | D:5      | 60743 ||| FLEEEEING.
 60759 | D:5      | 60759 ||| FLEEEEING.
 60775 | D:5      | 60775 ||| FLEEEEING.
 60778 | D:5      | Glimpsed the power of Zot.
 60791 | D:5      | 60791 ||| FLEEEEING.
 60807 | D:5      | 60807 ||| FLEEEEING.
 60823 | D:5      | 60823 ||| FLEEEEING.
 60839 | D:5      | 60839 ||| FLEEEEING.
 60855 | D:5      | 60855 ||| FLEEEEING.
 60871 | D:5      | 60871 ||| FLEEEEING.
 60877 | D:5      | Touched by the power of Zot.
 60878 | D:5      | Glimpsed the power of Zot.
 60887 | D:5      | 60887 ||| FLEEEEING.
 60903 | D:5      | 60903 ||| FLEEEEING.
 60919 | D:5      | 60919 ||| FLEEEEING.
 60935 | D:5      | 60935 ||| FLEEEEING.
 60951 | D:5      | 60951 ||| FLEEEEING.
 60967 | D:5      | 60967 ||| FLEEEEING.
 60983 | D:5      | 60983 ||| FLEEEEING.
 60999 | D:5      | 60999 ||| FLEEEEING.
 61015 | D:5      | 61015 ||| FLEEEEING.
 61031 | D:5      | 61031 ||| FLEEEEING.
 61047 | D:5      | 61047 ||| FLEEEEING.
 61063 | D:5      | 61063 ||| FLEEEEING.
 61079 | D:5      | 61079 ||| FLEEEEING.
 61095 | D:5      | 61095 ||| FLEEEEING.
 61111 | D:5      | 61111 ||| FLEEEEING.
 61127 | D:5      | 61127 ||| FLEEEEING.
 61143 | D:5      | 61143 ||| FLEEEEING.
 61159 | D:5      | 61159 ||| FLEEEEING.
 61175 | D:5      | 61175 ||| FLEEEEING.
 61191 | D:5      | 61191 ||| FLEEEEING.
 61207 | D:5      | 61207 ||| FLEEEEING.
 61223 | D:5      | 61223 ||| FLEEEEING.
 61239 | D:5      | 61239 ||| FLEEEEING.
 61255 | D:5      | 61255 ||| FLEEEEING.
 61271 | D:5      | 61271 ||| FLEEEEING.
 61287 | D:5      | 61287 ||| FLEEEEING.
 61303 | D:5      | 61303 ||| FLEEEEING.
 61319 | D:5      | 61319 ||| FLEEEEING.
 61335 | D:5      | 61335 ||| FLEEEEING.
 61351 | D:5      | 61351 ||| FLEEEEING.
 61367 | D:5      | 61367 ||| FLEEEEING.
 61378 | D:5      | Glimpsed the power of Zot.
 61383 | D:5      | 61383 ||| FLEEEEING.
 61399 | D:5      | 61399 ||| FLEEEEING.
 61415 | D:5      | 61415 ||| FLEEEEING.
 61431 | D:5      | 61431 ||| FLEEEEING.
 61447 | D:5      | 61447 ||| FLEEEEING.
 61463 | D:5      | 61463 ||| FLEEEEING.
 61479 | D:5      | 61479 ||| FLEEEEING.
 61495 | D:5      | 61495 ||| FLEEEEING.
 61511 | D:5      | 61511 ||| FLEEEEING.
 61527 | D:5      | 61527 ||| FLEEEEING.
 61543 | D:5      | 61543 ||| FLEEEEING.
 61559 | D:5      | 61559 ||| FLEEEEING.
 61575 | D:5      | 61575 ||| FLEEEEING.
 61591 | D:5      | 61591 ||| FLEEEEING.
 61607 | D:5      | 61607 ||| FLEEEEING.
 61623 | D:5      | 61623 ||| FLEEEEING.
 61639 | D:5      | 61639 ||| FLEEEEING.
 61655 | D:5      | 61655 ||| FLEEEEING.
 61671 | D:5      | 61671 ||| FLEEEEING.
 61687 | D:5      | 61687 ||| FLEEEEING.
 61703 | D:5      | 61703 ||| FLEEEEING.
 61719 | D:5      | 61719 ||| FLEEEEING.
 61735 | D:5      | 61735 ||| FLEEEEING.
 61751 | D:5      | 61751 ||| FLEEEEING.
 61767 | D:5      | 61767 ||| FLEEEEING.
 61778 | D:5      | Glimpsed the power of Zot.
 61783 | D:5      | 61783 ||| FLEEEEING.
 61799 | D:5      | 61799 ||| FLEEEEING.
 61815 | D:5      | 61815 ||| FLEEEEING.
 61831 | D:5      | 61831 ||| FLEEEEING.
 61847 | D:5      | 61847 ||| FLEEEEING.
 61863 | D:5      | 61863 ||| FLEEEEING.
 61877 | D:5      | Touched by the power of Zot.
 61878 | D:5      | Glimpsed the power of Zot.
 61879 | D:5      | 61879 ||| FLEEEEING.
 61895 | D:5      | 61895 ||| FLEEEEING.
 61911 | D:5      | 61911 ||| FLEEEEING.
 61927 | D:5      | 61927 ||| FLEEEEING.
 61943 | D:5      | 61943 ||| FLEEEEING.
 61959 | D:5      | 61959 ||| FLEEEEING.
 61975 | D:5      | 61975 ||| FLEEEEING.
 61991 | D:5      | 61991 ||| FLEEEEING.
 62007 | D:5      | 62007 ||| FLEEEEING.
 62023 | D:5      | 62023 ||| FLEEEEING.
 62039 | D:5      | 62039 ||| FLEEEEING.
 62055 | D:5      | 62055 ||| FLEEEEING.
 62071 | D:5      | 62071 ||| FLEEEEING.
 62087 | D:5      | 62087 ||| FLEEEEING.
 62103 | D:5      | 62103 ||| FLEEEEING.
 62119 | D:5      | 62119 ||| FLEEEEING.
 62135 | D:5      | 62135 ||| FLEEEEING.
 62151 | D:5      | 62151 ||| FLEEEEING.
 62167 | D:5      | 62167 ||| FLEEEEING.
 62183 | D:5      | 62183 ||| FLEEEEING.
 62199 | D:5      | 62199 ||| FLEEEEING.
 62215 | D:5      | 62215 ||| FLEEEEING.
 62231 | D:5      | 62231 ||| FLEEEEING.
 62247 | D:5      | 62247 ||| FLEEEEING.
 62263 | D:5      | 62263 ||| FLEEEEING.
 62279 | D:5      | 62279 ||| FLEEEEING.
 62295 | D:5      | 62295 ||| FLEEEEING.
 62311 | D:5      | 62311 ||| FLEEEEING.
 62327 | D:5      | 62327 ||| FLEEEEING.
 62343 | D:5      | 62343 ||| FLEEEEING.
 62359 | D:5      | 62359 ||| FLEEEEING.
 62375 | D:5      | 62375 ||| FLEEEEING.
 62378 | D:5      | Glimpsed the power of Zot.
 62391 | D:5      | 62391 ||| FLEEEEING.
 62407 | D:5      | 62407 ||| FLEEEEING.
 62423 | D:5      | 62423 ||| FLEEEEING.
 62439 | D:5      | 62439 ||| FLEEEEING.
 62455 | D:5      | 62455 ||| FLEEEEING.
 62471 | D:5      | 62471 ||| FLEEEEING.
 62487 | D:5      | 62487 ||| FLEEEEING.
 62503 | D:5      | 62503 ||| FLEEEEING.
 62519 | D:5      | 62519 ||| FLEEEEING.
 62535 | D:5      | 62535 ||| FLEEEEING.
 62551 | D:5      | 62551 ||| FLEEEEING.
 62567 | D:5      | 62567 ||| FLEEEEING.
 62583 | D:5      | 62583 ||| FLEEEEING.
 62599 | D:5      | 62599 ||| FLEEEEING.
 62615 | D:5      | 62615 ||| FLEEEEING.
 62631 | D:5      | 62631 ||| FLEEEEING.
 62647 | D:5      | 62647 ||| FLEEEEING.
 62663 | D:5      | 62663 ||| FLEEEEING.
 62679 | D:5      | 62679 ||| FLEEEEING.
 62695 | D:5      | 62695 ||| FLEEEEING.
 62711 | D:5      | 62711 ||| FLEEEEING.
 62727 | D:5      | 62727 ||| FLEEEEING.
 62743 | D:5      | 62743 ||| FLEEEEING.
 62759 | D:5      | 62759 ||| FLEEEEING.
 62775 | D:5      | 62775 ||| FLEEEEING.
 62778 | D:5      | Glimpsed the power of Zot.
 62791 | D:5      | 62791 ||| FLEEEEING.
 62807 | D:5      | 62807 ||| FLEEEEING.
 62823 | D:5      | 62823 ||| FLEEEEING.
 62839 | D:5      | 62839 ||| FLEEEEING.
 62855 | D:5      | 62855 ||| FLEEEEING.
 62871 | D:5      | 62871 ||| FLEEEEING.
 62877 | D:5      | Touched by the power of Zot.
 62878 | D:5      | Glimpsed the power of Zot.
 62887 | D:5      | 62887 ||| FLEEEEING.
 62903 | D:5      | 62903 ||| FLEEEEING.
 62919 | D:5      | 62919 ||| FLEEEEING.
 62935 | D:5      | 62935 ||| FLEEEEING.
 62951 | D:5      | 62951 ||| FLEEEEING.
 62967 | D:5      | 62967 ||| FLEEEEING.
 62983 | D:5      | 62983 ||| FLEEEEING.
 62999 | D:5      | 62999 ||| FLEEEEING.
 63015 | D:5      | 63015 ||| FLEEEEING.
 63031 | D:5      | 63031 ||| FLEEEEING.
 63047 | D:5      | 63047 ||| FLEEEEING.
 63063 | D:5      | 63063 ||| FLEEEEING.
 63079 | D:5      | 63079 ||| FLEEEEING.
 63095 | D:5      | 63095 ||| FLEEEEING.
 63111 | D:5      | 63111 ||| FLEEEEING.
 63127 | D:5      | 63127 ||| FLEEEEING.
 63143 | D:5      | 63143 ||| FLEEEEING.
 63159 | D:5      | 63159 ||| FLEEEEING.
 63175 | D:5      | 63175 ||| FLEEEEING.
 63191 | D:5      | 63191 ||| FLEEEEING.
 63207 | D:5      | 63207 ||| FLEEEEING.
 63223 | D:5      | 63223 ||| FLEEEEING.
 63239 | D:5      | 63239 ||| FLEEEEING.
 63255 | D:5      | 63255 ||| FLEEEEING.
 63271 | D:5      | 63271 ||| FLEEEEING.
 63287 | D:5      | 63287 ||| FLEEEEING.
 63303 | D:5      | 63303 ||| FLEEEEING.
 63319 | D:5      | 63319 ||| FLEEEEING.
 63335 | D:5      | 63335 ||| FLEEEEING.
 63351 | D:5      | 63351 ||| FLEEEEING.
 63367 | D:5      | 63367 ||| FLEEEEING.
 63378 | D:5      | Glimpsed the power of Zot.
 63383 | D:5      | 63383 ||| FLEEEEING.
 63399 | D:5      | 63399 ||| FLEEEEING.
 63415 | D:5      | 63415 ||| FLEEEEING.
 63431 | D:5      | 63431 ||| FLEEEEING.
 63447 | D:5      | 63447 ||| FLEEEEING.
 63463 | D:5      | 63463 ||| FLEEEEING.
 63479 | D:5      | 63479 ||| FLEEEEING.
 63495 | D:5      | 63495 ||| FLEEEEING.
 63511 | D:5      | 63511 ||| FLEEEEING.
 63527 | D:5      | 63527 ||| FLEEEEING.
 63543 | D:5      | 63543 ||| FLEEEEING.
 63559 | D:5      | 63559 ||| FLEEEEING.
 63575 | D:5      | 63575 ||| FLEEEEING.
 63591 | D:5      | 63591 ||| FLEEEEING.
 63607 | D:5      | 63607 ||| FLEEEEING.
 63623 | D:5      | 63623 ||| FLEEEEING.
 63639 | D:5      | 63639 ||| FLEEEEING.
 63655 | D:5      | 63655 ||| FLEEEEING.
 63671 | D:5      | 63671 ||| FLEEEEING.
 63687 | D:5      | 63687 ||| FLEEEEING.
 63703 | D:5      | 63703 ||| FLEEEEING.
 63719 | D:5      | 63719 ||| FLEEEEING.
 63735 | D:5      | 63735 ||| FLEEEEING.
 63751 | D:5      | 63751 ||| FLEEEEING.
 63767 | D:5      | 63767 ||| FLEEEEING.
 63778 | D:5      | Glimpsed the power of Zot.
 63783 | D:5      | 63783 ||| FLEEEEING.
 63799 | D:5      | 63799 ||| FLEEEEING.
 63815 | D:5      | 63815 ||| FLEEEEING.
 63831 | D:5      | 63831 ||| FLEEEEING.
 63847 | D:5      | 63847 ||| FLEEEEING.
 63863 | D:5      | 63863 ||| FLEEEEING.
 63877 | D:5      | Touched by the power of Zot.
 63878 | D:5      | Glimpsed the power of Zot.
 63879 | D:5      | 63879 ||| FLEEEEING.
 63895 | D:5      | 63895 ||| FLEEEEING.
 63911 | D:5      | 63911 ||| FLEEEEING.
 63927 | D:5      | 63927 ||| FLEEEEING.
 63943 | D:5      | 63943 ||| FLEEEEING.
 63959 | D:5      | 63959 ||| FLEEEEING.
 63975 | D:5      | 63975 ||| FLEEEEING.
 63991 | D:5      | 63991 ||| FLEEEEING.
 64007 | D:5      | 64007 ||| FLEEEEING.
 64023 | D:5      | 64023 ||| FLEEEEING.
 64039 | D:5      | 64039 ||| FLEEEEING.
 64055 | D:5      | 64055 ||| FLEEEEING.
 64071 | D:5      | 64071 ||| FLEEEEING.
 64087 | D:5      | 64087 ||| FLEEEEING.
 64103 | D:5      | 64103 ||| FLEEEEING.
 64119 | D:5      | 64119 ||| FLEEEEING.
 64135 | D:5      | 64135 ||| FLEEEEING.
 64151 | D:5      | 64151 ||| FLEEEEING.
 64167 | D:5      | 64167 ||| FLEEEEING.
 64183 | D:5      | 64183 ||| FLEEEEING.
 64199 | D:5      | 64199 ||| FLEEEEING.
 64215 | D:5      | 64215 ||| FLEEEEING.
 64231 | D:5      | 64231 ||| FLEEEEING.
 64247 | D:5      | 64247 ||| FLEEEEING.
 64263 | D:5      | 64263 ||| FLEEEEING.
 64279 | D:5      | 64279 ||| FLEEEEING.
 64295 | D:5      | 64295 ||| FLEEEEING.
 64311 | D:5      | 64311 ||| FLEEEEING.
 64327 | D:5      | 64327 ||| FLEEEEING.
 64343 | D:5      | 64343 ||| FLEEEEING.
 64359 | D:5      | 64359 ||| FLEEEEING.
 64375 | D:5      | 64375 ||| FLEEEEING.
 64378 | D:5      | Glimpsed the power of Zot.
 64391 | D:5      | 64391 ||| FLEEEEING.
 64407 | D:5      | 64407 ||| FLEEEEING.
 64423 | D:5      | 64423 ||| FLEEEEING.
 64439 | D:5      | 64439 ||| FLEEEEING.
 64455 | D:5      | 64455 ||| FLEEEEING.
 64471 | D:5      | 64471 ||| FLEEEEING.
 64487 | D:5      | 64487 ||| FLEEEEING.
 64503 | D:5      | 64503 ||| FLEEEEING.
 64519 | D:5      | 64519 ||| FLEEEEING.
 64535 | D:5      | 64535 ||| FLEEEEING.
 64551 | D:5      | 64551 ||| FLEEEEING.
 64567 | D:5      | 64567 ||| FLEEEEING.
 64583 | D:5      | 64583 ||| FLEEEEING.
 64599 | D:5      | 64599 ||| FLEEEEING.
 64615 | D:5      | 64615 ||| FLEEEEING.
 64631 | D:5      | 64631 ||| FLEEEEING.
 64647 | D:5      | 64647 ||| FLEEEEING.
 64663 | D:5      | 64663 ||| FLEEEEING.
 64679 | D:5      | 64679 ||| FLEEEEING.
 64695 | D:5      | 64695 ||| FLEEEEING.
 64711 | D:5      | 64711 ||| FLEEEEING.
 64727 | D:5      | 64727 ||| FLEEEEING.
 64743 | D:5      | 64743 ||| FLEEEEING.
 64759 | D:5      | 64759 ||| FLEEEEING.
 64775 | D:5      | 64775 ||| FLEEEEING.
 64778 | D:5      | Glimpsed the power of Zot.
 64791 | D:5      | 64791 ||| FLEEEEING.
 64807 | D:5      | 64807 ||| FLEEEEING.
 64823 | D:5      | 64823 ||| FLEEEEING.
 64839 | D:5      | 64839 ||| FLEEEEING.
 64855 | D:5      | 64855 ||| FLEEEEING.
 64871 | D:5      | 64871 ||| FLEEEEING.
 64877 | D:5      | Touched by the power of Zot.
 64878 | D:5      | Glimpsed the power of Zot.
 64887 | D:5      | 64887 ||| FLEEEEING.
 64903 | D:5      | 64903 ||| FLEEEEING.
 64919 | D:5      | 64919 ||| FLEEEEING.
 64935 | D:5      | 64935 ||| FLEEEEING.
 64951 | D:5      | 64951 ||| FLEEEEING.
 64967 | D:5      | 64967 ||| FLEEEEING.
 64983 | D:5      | 64983 ||| FLEEEEING.
 64999 | D:5      | 64999 ||| FLEEEEING.
 65015 | D:5      | 65015 ||| FLEEEEING.
 65031 | D:5      | 65031 ||| FLEEEEING.
 65047 | D:5      | 65047 ||| FLEEEEING.
 65063 | D:5      | 65063 ||| FLEEEEING.
 65079 | D:5      | 65079 ||| FLEEEEING.
 65095 | D:5      | 65095 ||| FLEEEEING.
 65111 | D:5      | 65111 ||| FLEEEEING.
 65127 | D:5      | 65127 ||| FLEEEEING.
 65143 | D:5      | 65143 ||| FLEEEEING.
 65159 | D:5      | 65159 ||| FLEEEEING.
 65175 | D:5      | 65175 ||| FLEEEEING.
 65191 | D:5      | 65191 ||| FLEEEEING.
 65207 | D:5      | 65207 ||| FLEEEEING.
 65223 | D:5      | 65223 ||| FLEEEEING.
 65239 | D:5      | 65239 ||| FLEEEEING.
 65255 | D:5      | 65255 ||| FLEEEEING.
 65271 | D:5      | 65271 ||| FLEEEEING.
 65287 | D:5      | 65287 ||| FLEEEEING.
 65303 | D:5      | 65303 ||| FLEEEEING.
 65319 | D:5      | 65319 ||| FLEEEEING.
 65335 | D:5      | 65335 ||| FLEEEEING.
 65351 | D:5      | 65351 ||| FLEEEEING.
 65367 | D:5      | 65367 ||| FLEEEEING.
 65378 | D:5      | Glimpsed the power of Zot.
 65383 | D:5      | 65383 ||| FLEEEEING.
 65399 | D:5      | 65399 ||| FLEEEEING.
 65415 | D:5      | 65415 ||| FLEEEEING.
 65431 | D:5      | 65431 ||| FLEEEEING.
 65447 | D:5      | 65447 ||| FLEEEEING.
 65463 | D:5      | 65463 ||| FLEEEEING.
 65479 | D:5      | 65479 ||| FLEEEEING.
 65495 | D:5      | 65495 ||| FLEEEEING.
 65511 | D:5      | 65511 ||| FLEEEEING.
 65527 | D:5      | 65527 ||| FLEEEEING.
 65543 | D:5      | 65543 ||| FLEEEEING.
 65559 | D:5      | 65559 ||| FLEEEEING.
 65575 | D:5      | 65575 ||| FLEEEEING.
 65591 | D:5      | 65591 ||| FLEEEEING.
 65607 | D:5      | 65607 ||| FLEEEEING.
 65623 | D:5      | 65623 ||| FLEEEEING.
 65639 | D:5      | 65639 ||| FLEEEEING.
 65655 | D:5      | 65655 ||| FLEEEEING.
 65671 | D:5      | 65671 ||| FLEEEEING.
 65687 | D:5      | 65687 ||| FLEEEEING.
 65703 | D:5      | 65703 ||| FLEEEEING.
 65719 | D:5      | 65719 ||| FLEEEEING.
 65735 | D:5      | 65735 ||| FLEEEEING.
 65751 | D:5      | 65751 ||| FLEEEEING.
 65767 | D:5      | 65767 ||| FLEEEEING.
 65778 | D:5      | Glimpsed the power of Zot.
 65783 | D:5      | 65783 ||| FLEEEEING.
 65799 | D:5      | 65799 ||| FLEEEEING.
 65815 | D:5      | 65815 ||| FLEEEEING.
 65831 | D:5      | 65831 ||| FLEEEEING.
 65847 | D:5      | 65847 ||| FLEEEEING.
 65863 | D:5      | 65863 ||| FLEEEEING.
 65877 | D:5      | Touched by the power of Zot.
 65878 | D:5      | Glimpsed the power of Zot.
 65879 | D:5      | 65879 ||| FLEEEEING.
 65895 | D:5      | 65895 ||| FLEEEEING.
 65911 | D:5      | 65911 ||| FLEEEEING.
 65927 | D:5      | 65927 ||| FLEEEEING.
 65943 | D:5      | 65943 ||| FLEEEEING.
 65959 | D:5      | 65959 ||| FLEEEEING.
 65975 | D:5      | 65975 ||| FLEEEEING.
 65991 | D:5      | 65991 ||| FLEEEEING.
 66007 | D:5      | 66007 ||| FLEEEEING.
 66023 | D:5      | 66023 ||| FLEEEEING.
 66039 | D:5      | 66039 ||| FLEEEEING.
 66055 | D:5      | 66055 ||| FLEEEEING.
 66071 | D:5      | 66071 ||| FLEEEEING.
 66087 | D:5      | 66087 ||| FLEEEEING.
 66103 | D:5      | 66103 ||| FLEEEEING.
 66119 | D:5      | 66119 ||| FLEEEEING.
 66135 | D:5      | 66135 ||| FLEEEEING.
 66151 | D:5      | 66151 ||| FLEEEEING.
 66167 | D:5      | 66167 ||| FLEEEEING.
 66183 | D:5      | 66183 ||| FLEEEEING.
 66199 | D:5      | 66199 ||| FLEEEEING.
 66215 | D:5      | 66215 ||| FLEEEEING.
 66231 | D:5      | 66231 ||| FLEEEEING.
 66247 | D:5      | 66247 ||| FLEEEEING.
 66263 | D:5      | 66263 ||| FLEEEEING.
 66279 | D:5      | 66279 ||| FLEEEEING.
 66295 | D:5      | 66295 ||| FLEEEEING.
 66311 | D:5      | 66311 ||| FLEEEEING.
 66327 | D:5      | 66327 ||| FLEEEEING.
 66343 | D:5      | 66343 ||| FLEEEEING.
 66359 | D:5      | 66359 ||| FLEEEEING.
 66375 | D:5      | 66375 ||| FLEEEEING.
 66378 | D:5      | Glimpsed the power of Zot.
 66391 | D:5      | 66391 ||| FLEEEEING.
 66407 | D:5      | 66407 ||| FLEEEEING.
 66423 | D:5      | 66423 ||| FLEEEEING.
 66439 | D:5      | 66439 ||| FLEEEEING.
 66455 | D:5      | 66455 ||| FLEEEEING.
 66471 | D:5      | 66471 ||| FLEEEEING.
 66487 | D:5      | 66487 ||| FLEEEEING.
 66503 | D:5      | 66503 ||| FLEEEEING.
 66519 | D:5      | 66519 ||| FLEEEEING.
 66535 | D:5      | 66535 ||| FLEEEEING.
 66551 | D:5      | 66551 ||| FLEEEEING.
 66567 | D:5      | 66567 ||| FLEEEEING.
 66583 | D:5      | 66583 ||| FLEEEEING.
 66599 | D:5      | 66599 ||| FLEEEEING.
 66615 | D:5      | 66615 ||| FLEEEEING.
 66631 | D:5      | 66631 ||| FLEEEEING.
 66647 | D:5      | 66647 ||| FLEEEEING.
 66663 | D:5      | 66663 ||| FLEEEEING.
 66679 | D:5      | 66679 ||| FLEEEEING.
 66695 | D:5      | 66695 ||| FLEEEEING.
 66711 | D:5      | 66711 ||| FLEEEEING.
 66727 | D:5      | 66727 ||| FLEEEEING.
 66743 | D:5      | 66743 ||| FLEEEEING.
 66759 | D:5      | 66759 ||| FLEEEEING.
 66775 | D:5      | 66775 ||| FLEEEEING.
 66778 | D:5      | Glimpsed the power of Zot.
 66791 | D:5      | 66791 ||| FLEEEEING.
 66807 | D:5      | 66807 ||| FLEEEEING.
 66823 | D:5      | 66823 ||| FLEEEEING.
 66839 | D:5      | 66839 ||| FLEEEEING.
 66855 | D:5      | 66855 ||| FLEEEEING.
 66871 | D:5      | 66871 ||| FLEEEEING.
 66877 | D:5      | Touched by the power of Zot.
 66878 | D:5      | Glimpsed the power of Zot.
 66887 | D:5      | 66887 ||| FLEEEEING.
 66903 | D:5      | 66903 ||| FLEEEEING.
 66919 | D:5      | 66919 ||| FLEEEEING.
 66935 | D:5      | 66935 ||| FLEEEEING.
 66951 | D:5      | 66951 ||| FLEEEEING.
 66967 | D:5      | 66967 ||| FLEEEEING.
 66983 | D:5      | 66983 ||| FLEEEEING.
 66999 | D:5      | 66999 ||| FLEEEEING.
 67015 | D:5      | 67015 ||| FLEEEEING.
 67031 | D:5      | 67031 ||| FLEEEEING.
 67047 | D:5      | 67047 ||| FLEEEEING.
 67063 | D:5      | 67063 ||| FLEEEEING.
 67079 | D:5      | 67079 ||| FLEEEEING.
 67095 | D:5      | 67095 ||| FLEEEEING.
 67111 | D:5      | 67111 ||| FLEEEEING.
 67127 | D:5      | 67127 ||| FLEEEEING.
 67143 | D:5      | 67143 ||| FLEEEEING.
 67159 | D:5      | 67159 ||| FLEEEEING.
 67175 | D:5      | 67175 ||| FLEEEEING.
 67191 | D:5      | 67191 ||| FLEEEEING.
 67207 | D:5      | 67207 ||| FLEEEEING.
 67223 | D:5      | 67223 ||| FLEEEEING.
 67239 | D:5      | 67239 ||| FLEEEEING.
 67255 | D:5      | 67255 ||| FLEEEEING.
 67271 | D:5      | 67271 ||| FLEEEEING.
 67287 | D:5      | 67287 ||| FLEEEEING.
 67303 | D:5      | 67303 ||| FLEEEEING.
 67319 | D:5      | 67319 ||| FLEEEEING.
 67335 | D:5      | 67335 ||| FLEEEEING.
 67351 | D:5      | 67351 ||| FLEEEEING.
 67367 | D:5      | 67367 ||| FLEEEEING.
 67378 | D:5      | Glimpsed the power of Zot.
 67383 | D:5      | 67383 ||| FLEEEEING.
 67399 | D:5      | 67399 ||| FLEEEEING.
 67415 | D:5      | 67415 ||| FLEEEEING.
 67431 | D:5      | 67431 ||| FLEEEEING.
 67447 | D:5      | 67447 ||| FLEEEEING.
 67463 | D:5      | 67463 ||| FLEEEEING.
 67479 | D:5      | 67479 ||| FLEEEEING.
 67495 | D:5      | 67495 ||| FLEEEEING.
 67511 | D:5      | 67511 ||| FLEEEEING.
 67527 | D:5      | 67527 ||| FLEEEEING.
 67543 | D:5      | 67543 ||| FLEEEEING.
 67559 | D:5      | 67559 ||| FLEEEEING.
 67575 | D:5      | 67575 ||| FLEEEEING.
 67591 | D:5      | 67591 ||| FLEEEEING.
 67607 | D:5      | 67607 ||| FLEEEEING.
 67623 | D:5      | 67623 ||| FLEEEEING.
 67639 | D:5      | 67639 ||| FLEEEEING.
 67655 | D:5      | 67655 ||| FLEEEEING.
 67671 | D:5      | 67671 ||| FLEEEEING.
 67687 | D:5      | 67687 ||| FLEEEEING.
 67703 | D:5      | 67703 ||| FLEEEEING.
 67719 | D:5      | 67719 ||| FLEEEEING.
 67735 | D:5      | 67735 ||| FLEEEEING.
 67751 | D:5      | 67751 ||| FLEEEEING.
 67767 | D:5      | 67767 ||| FLEEEEING.
 67778 | D:5      | Glimpsed the power of Zot.
 67783 | D:5      | 67783 ||| FLEEEEING.
 67799 | D:5      | 67799 ||| FLEEEEING.
 67815 | D:5      | 67815 ||| FLEEEEING.
 67831 | D:5      | 67831 ||| FLEEEEING.
 67847 | D:5      | 67847 ||| FLEEEEING.
 67863 | D:5      | 67863 ||| FLEEEEING.
 67877 | D:5      | Touched by the power of Zot.
 67878 | D:5      | Glimpsed the power of Zot.
 67879 | D:5      | 67879 ||| FLEEEEING.
 67895 | D:5      | 67895 ||| FLEEEEING.
 67911 | D:5      | 67911 ||| FLEEEEING.
 67927 | D:5      | 67927 ||| FLEEEEING.
 67943 | D:5      | 67943 ||| FLEEEEING.
 67959 | D:5      | 67959 ||| FLEEEEING.
 67975 | D:5      | 67975 ||| FLEEEEING.
 67991 | D:5      | 67991 ||| FLEEEEING.
 68007 | D:5      | 68007 ||| FLEEEEING.
 68023 | D:5      | 68023 ||| FLEEEEING.
 68039 | D:5      | 68039 ||| FLEEEEING.
 68055 | D:5      | 68055 ||| FLEEEEING.
 68071 | D:5      | 68071 ||| FLEEEEING.
 68087 | D:5      | 68087 ||| FLEEEEING.
 68103 | D:5      | 68103 ||| FLEEEEING.
 68119 | D:5      | 68119 ||| FLEEEEING.
 68135 | D:5      | 68135 ||| FLEEEEING.
 68151 | D:5      | 68151 ||| FLEEEEING.
 68167 | D:5      | 68167 ||| FLEEEEING.
 68183 | D:5      | 68183 ||| FLEEEEING.
 68199 | D:5      | 68199 ||| FLEEEEING.
 68215 | D:5      | 68215 ||| FLEEEEING.
 68231 | D:5      | 68231 ||| FLEEEEING.
 68247 | D:5      | 68247 ||| FLEEEEING.
 68263 | D:5      | 68263 ||| FLEEEEING.
 68279 | D:5      | 68279 ||| FLEEEEING.
 68295 | D:5      | 68295 ||| FLEEEEING.
 68311 | D:5      | 68311 ||| FLEEEEING.
 68327 | D:5      | 68327 ||| FLEEEEING.
 68343 | D:5      | 68343 ||| FLEEEEING.
 68359 | D:5      | 68359 ||| FLEEEEING.
 68375 | D:5      | 68375 ||| FLEEEEING.
 68378 | D:5      | Glimpsed the power of Zot.
 68391 | D:5      | 68391 ||| FLEEEEING.
 68407 | D:5      | 68407 ||| FLEEEEING.
 68423 | D:5      | 68423 ||| FLEEEEING.
 68439 | D:5      | 68439 ||| FLEEEEING.
 68455 | D:5      | 68455 ||| FLEEEEING.
 68471 | D:5      | 68471 ||| FLEEEEING.
 68487 | D:5      | 68487 ||| FLEEEEING.
 68503 | D:5      | 68503 ||| FLEEEEING.
 68519 | D:5      | 68519 ||| FLEEEEING.
 68535 | D:5      | 68535 ||| FLEEEEING.
 68551 | D:5      | 68551 ||| FLEEEEING.
 68567 | D:5      | 68567 ||| FLEEEEING.
 68583 | D:5      | 68583 ||| FLEEEEING.
 68599 | D:5      | 68599 ||| FLEEEEING.
 68615 | D:5      | 68615 ||| FLEEEEING.
 68631 | D:5      | 68631 ||| FLEEEEING.
 68647 | D:5      | 68647 ||| FLEEEEING.
 68663 | D:5      | 68663 ||| FLEEEEING.
 68679 | D:5      | 68679 ||| FLEEEEING.
 68695 | D:5      | 68695 ||| FLEEEEING.
 68711 | D:5      | 68711 ||| FLEEEEING.
 68727 | D:5      | 68727 ||| FLEEEEING.
 68743 | D:5      | 68743 ||| FLEEEEING.
 68759 | D:5      | 68759 ||| FLEEEEING.
 68775 | D:5      | 68775 ||| FLEEEEING.
 68778 | D:5      | Glimpsed the power of Zot.
 68791 | D:5      | 68791 ||| FLEEEEING.
 68807 | D:5      | 68807 ||| FLEEEEING.
 68823 | D:5      | 68823 ||| FLEEEEING.
 68839 | D:5      | 68839 ||| FLEEEEING.
 68855 | D:5      | 68855 ||| FLEEEEING.
 68871 | D:5      | 68871 ||| FLEEEEING.
 68877 | D:5      | Touched by the power of Zot.
 68878 | D:5      | Glimpsed the power of Zot.
 68887 | D:5      | 68887 ||| FLEEEEING.
 68903 | D:5      | 68903 ||| FLEEEEING.
 68919 | D:5      | 68919 ||| FLEEEEING.
 68935 | D:5      | 68935 ||| FLEEEEING.
 68951 | D:5      | 68951 ||| FLEEEEING.
 68967 | D:5      | 68967 ||| FLEEEEING.
 68983 | D:5      | 68983 ||| FLEEEEING.
 68999 | D:5      | 68999 ||| FLEEEEING.
 69015 | D:5      | 69015 ||| FLEEEEING.
 69031 | D:5      | 69031 ||| FLEEEEING.
 69047 | D:5      | 69047 ||| FLEEEEING.
 69063 | D:5      | 69063 ||| FLEEEEING.
 69079 | D:5      | 69079 ||| FLEEEEING.
 69095 | D:5      | 69095 ||| FLEEEEING.
 69111 | D:5      | 69111 ||| FLEEEEING.
 69127 | D:5      | 69127 ||| FLEEEEING.
 69143 | D:5      | 69143 ||| FLEEEEING.
 69159 | D:5      | 69159 ||| FLEEEEING.
 69175 | D:5      | 69175 ||| FLEEEEING.
 69191 | D:5      | 69191 ||| FLEEEEING.
 69207 | D:5      | 69207 ||| FLEEEEING.
 69223 | D:5      | 69223 ||| FLEEEEING.
 69239 | D:5      | 69239 ||| FLEEEEING.
 69255 | D:5      | 69255 ||| FLEEEEING.
 69271 | D:5      | 69271 ||| FLEEEEING.
 69287 | D:5      | 69287 ||| FLEEEEING.
 69303 | D:5      | 69303 ||| FLEEEEING.
 69319 | D:5      | 69319 ||| FLEEEEING.
 69335 | D:5      | 69335 ||| FLEEEEING.
 69351 | D:5      | 69351 ||| FLEEEEING.
 69367 | D:5      | 69367 ||| FLEEEEING.
 69378 | D:5      | Glimpsed the power of Zot.
 69383 | D:5      | 69383 ||| FLEEEEING.
 69399 | D:5      | 69399 ||| FLEEEEING.
 69415 | D:5      | 69415 ||| FLEEEEING.
 69431 | D:5      | 69431 ||| FLEEEEING.
 69447 | D:5      | 69447 ||| FLEEEEING.
 69463 | D:5      | 69463 ||| FLEEEEING.
 69479 | D:5      | 69479 ||| FLEEEEING.
 69495 | D:5      | 69495 ||| FLEEEEING.
 69511 | D:5      | 69511 ||| FLEEEEING.
 69527 | D:5      | 69527 ||| FLEEEEING.
 69543 | D:5      | 69543 ||| FLEEEEING.
 69559 | D:5      | 69559 ||| FLEEEEING.
 69575 | D:5      | 69575 ||| FLEEEEING.
 69591 | D:5      | 69591 ||| FLEEEEING.
 69607 | D:5      | 69607 ||| FLEEEEING.
 69623 | D:5      | 69623 ||| FLEEEEING.
 69639 | D:5      | 69639 ||| FLEEEEING.
 69655 | D:5      | 69655 ||| FLEEEEING.
 69671 | D:5      | 69671 ||| FLEEEEING.
 69687 | D:5      | 69687 ||| FLEEEEING.
 69703 | D:5      | 69703 ||| FLEEEEING.
 69719 | D:5      | 69719 ||| FLEEEEING.
 69735 | D:5      | 69735 ||| FLEEEEING.
 69751 | D:5      | 69751 ||| FLEEEEING.
 69767 | D:5      | 69767 ||| FLEEEEING.
 69778 | D:5      | Glimpsed the power of Zot.
 69783 | D:5      | 69783 ||| FLEEEEING.
 69799 | D:5      | 69799 ||| FLEEEEING.
 69815 | D:5      | 69815 ||| FLEEEEING.
 69831 | D:5      | 69831 ||| FLEEEEING.
 69847 | D:5      | 69847 ||| FLEEEEING.
 69863 | D:5      | 69863 ||| FLEEEEING.
 69877 | D:5      | Touched by the power of Zot.
 69878 | D:5      | Glimpsed the power of Zot.
 69879 | D:5      | 69879 ||| FLEEEEING.
 69895 | D:5      | 69895 ||| FLEEEEING.
 69911 | D:5      | 69911 ||| FLEEEEING.
 69927 | D:5      | 69927 ||| FLEEEEING.
 69943 | D:5      | 69943 ||| FLEEEEING.
 69959 | D:5      | 69959 ||| FLEEEEING.
 69975 | D:5      | 69975 ||| FLEEEEING.
 69991 | D:5      | 69991 ||| FLEEEEING.
 70007 | D:5      | 70007 ||| FLEEEEING.
 70023 | D:5      | 70023 ||| FLEEEEING.
 70039 | D:5      | 70039 ||| FLEEEEING.
 70055 | D:5      | 70055 ||| FLEEEEING.
 70071 | D:5      | 70071 ||| FLEEEEING.
 70087 | D:5      | 70087 ||| FLEEEEING.
 70103 | D:5      | 70103 ||| FLEEEEING.
 70119 | D:5      | 70119 ||| FLEEEEING.
 70135 | D:5      | 70135 ||| FLEEEEING.
 70151 | D:5      | 70151 ||| FLEEEEING.
 70167 | D:5      | 70167 ||| FLEEEEING.
 70183 | D:5      | 70183 ||| FLEEEEING.
 70199 | D:5      | 70199 ||| FLEEEEING.
 70215 | D:5      | 70215 ||| FLEEEEING.
 70231 | D:5      | 70231 ||| FLEEEEING.
 70247 | D:5      | 70247 ||| FLEEEEING.
 70263 | D:5      | 70263 ||| FLEEEEING.
 70279 | D:5      | 70279 ||| FLEEEEING.
 70295 | D:5      | 70295 ||| FLEEEEING.
 70311 | D:5      | 70311 ||| FLEEEEING.
 70327 | D:5      | 70327 ||| FLEEEEING.
 70343 | D:5      | 70343 ||| FLEEEEING.
 70359 | D:5      | 70359 ||| FLEEEEING.
 70375 | D:5      | 70375 ||| FLEEEEING.
 70378 | D:5      | Glimpsed the power of Zot.
 70391 | D:5      | 70391 ||| FLEEEEING.
 70407 | D:5      | 70407 ||| FLEEEEING.
 70423 | D:5      | 70423 ||| FLEEEEING.
 70439 | D:5      | 70439 ||| FLEEEEING.
 70455 | D:5      | 70455 ||| FLEEEEING.
 70471 | D:5      | 70471 ||| FLEEEEING.
 70487 | D:5      | 70487 ||| FLEEEEING.
 70503 | D:5      | 70503 ||| FLEEEEING.
 70519 | D:5      | 70519 ||| FLEEEEING.
 70535 | D:5      | 70535 ||| FLEEEEING.
 70551 | D:5      | 70551 ||| FLEEEEING.
 70567 | D:5      | 70567 ||| FLEEEEING.
 70583 | D:5      | 70583 ||| FLEEEEING.
 70599 | D:5      | 70599 ||| FLEEEEING.
 70615 | D:5      | 70615 ||| FLEEEEING.
 70631 | D:5      | 70631 ||| FLEEEEING.
 70647 | D:5      | 70647 ||| FLEEEEING.
 70663 | D:5      | 70663 ||| FLEEEEING.
 70679 | D:5      | 70679 ||| FLEEEEING.
 70695 | D:5      | 70695 ||| FLEEEEING.
 70711 | D:5      | 70711 ||| FLEEEEING.
 70727 | D:5      | 70727 ||| FLEEEEING.
 70743 | D:5      | 70743 ||| FLEEEEING.
 70759 | D:5      | 70759 ||| FLEEEEING.
 70775 | D:5      | 70775 ||| FLEEEEING.
 70778 | D:5      | Glimpsed the power of Zot.
 70791 | D:5      | 70791 ||| FLEEEEING.
 70807 | D:5      | 70807 ||| FLEEEEING.
 70823 | D:5      | 70823 ||| FLEEEEING.
 70839 | D:5      | 70839 ||| FLEEEEING.
 70855 | D:5      | 70855 ||| FLEEEEING.
 70871 | D:5      | 70871 ||| FLEEEEING.
 70877 | D:5      | Touched by the power of Zot.
 70878 | D:5      | Glimpsed the power of Zot.
 70887 | D:5      | 70887 ||| FLEEEEING.
 70903 | D:5      | 70903 ||| FLEEEEING.
 70919 | D:5      | 70919 ||| FLEEEEING.
 70935 | D:5      | 70935 ||| FLEEEEING.
 70951 | D:5      | 70951 ||| FLEEEEING.
 70967 | D:5      | 70967 ||| FLEEEEING.
 70983 | D:5      | 70983 ||| FLEEEEING.
 70999 | D:5      | 70999 ||| FLEEEEING.
 71015 | D:5      | 71015 ||| FLEEEEING.
 71031 | D:5      | 71031 ||| FLEEEEING.
 71047 | D:5      | 71047 ||| FLEEEEING.
 71063 | D:5      | 71063 ||| FLEEEEING.
 71079 | D:5      | 71079 ||| FLEEEEING.
 71095 | D:5      | 71095 ||| FLEEEEING.
 71111 | D:5      | 71111 ||| FLEEEEING.
 71127 | D:5      | 71127 ||| FLEEEEING.
 71143 | D:5      | 71143 ||| FLEEEEING.
 71159 | D:5      | 71159 ||| FLEEEEING.
 71175 | D:5      | 71175 ||| FLEEEEING.
 71191 | D:5      | 71191 ||| FLEEEEING.
 71207 | D:5      | 71207 ||| FLEEEEING.
 71223 | D:5      | 71223 ||| FLEEEEING.
 71239 | D:5      | 71239 ||| FLEEEEING.
 71255 | D:5      | 71255 ||| FLEEEEING.
 71271 | D:5      | 71271 ||| FLEEEEING.
 71287 | D:5      | 71287 ||| FLEEEEING.
 71303 | D:5      | 71303 ||| FLEEEEING.
 71319 | D:5      | 71319 ||| FLEEEEING.
 71335 | D:5      | 71335 ||| FLEEEEING.
 71351 | D:5      | 71351 ||| FLEEEEING.
 71367 | D:5      | 71367 ||| FLEEEEING.
 71378 | D:5      | Glimpsed the power of Zot.
 71383 | D:5      | 71383 ||| FLEEEEING.
 71399 | D:5      | 71399 ||| FLEEEEING.
 71415 | D:5      | 71415 ||| FLEEEEING.
 71431 | D:5      | 71431 ||| FLEEEEING.
 71447 | D:5      | 71447 ||| FLEEEEING.
 71463 | D:5      | 71463 ||| FLEEEEING.
 71479 | D:5      | 71479 ||| FLEEEEING.
 71495 | D:5      | 71495 ||| FLEEEEING.
 71511 | D:5      | 71511 ||| FLEEEEING.
 71527 | D:5      | 71527 ||| FLEEEEING.
 71543 | D:5      | 71543 ||| FLEEEEING.
 71559 | D:5      | 71559 ||| FLEEEEING.
 71575 | D:5      | 71575 ||| FLEEEEING.
 71591 | D:5      | 71591 ||| FLEEEEING.
 71607 | D:5      | 71607 ||| FLEEEEING.
 71623 | D:5      | 71623 ||| FLEEEEING.
 71639 | D:5      | 71639 ||| FLEEEEING.
 71655 | D:5      | 71655 ||| FLEEEEING.
 71671 | D:5      | 71671 ||| FLEEEEING.
 71687 | D:5      | 71687 ||| FLEEEEING.
 71703 | D:5      | 71703 ||| FLEEEEING.
 71719 | D:5      | 71719 ||| FLEEEEING.
 71735 | D:5      | 71735 ||| FLEEEEING.
 71751 | D:5      | 71751 ||| FLEEEEING.
 71767 | D:5      | 71767 ||| FLEEEEING.
 71778 | D:5      | Glimpsed the power of Zot.
 71783 | D:5      | 71783 ||| FLEEEEING.
 71799 | D:5      | 71799 ||| FLEEEEING.
 71815 | D:5      | 71815 ||| FLEEEEING.
 71831 | D:5      | 71831 ||| FLEEEEING.
 71847 | D:5      | 71847 ||| FLEEEEING.
 71863 | D:5      | 71863 ||| FLEEEEING.
 71877 | D:5      | Touched by the power of Zot.
 71878 | D:5      | Glimpsed the power of Zot.
 71879 | D:5      | 71879 ||| FLEEEEING.
 71895 | D:5      | 71895 ||| FLEEEEING.
 71911 | D:5      | 71911 ||| FLEEEEING.
 71927 | D:5      | 71927 ||| FLEEEEING.
 71943 | D:5      | 71943 ||| FLEEEEING.
 71959 | D:5      | 71959 ||| FLEEEEING.
 71975 | D:5      | 71975 ||| FLEEEEING.
 71991 | D:5      | 71991 ||| FLEEEEING.
 72007 | D:5      | 72007 ||| FLEEEEING.
 72023 | D:5      | 72023 ||| FLEEEEING.
 72039 | D:5      | 72039 ||| FLEEEEING.
 72055 | D:5      | 72055 ||| FLEEEEING.
 72071 | D:5      | 72071 ||| FLEEEEING.
 72087 | D:5      | 72087 ||| FLEEEEING.
 72103 | D:5      | 72103 ||| FLEEEEING.
 72119 | D:5      | 72119 ||| FLEEEEING.
 72135 | D:5      | 72135 ||| FLEEEEING.
 72151 | D:5      | 72151 ||| FLEEEEING.
 72167 | D:5      | 72167 ||| FLEEEEING.
 72183 | D:5      | 72183 ||| FLEEEEING.
 72199 | D:5      | 72199 ||| FLEEEEING.
 72215 | D:5      | 72215 ||| FLEEEEING.
 72231 | D:5      | 72231 ||| FLEEEEING.
 72247 | D:5      | 72247 ||| FLEEEEING.
 72263 | D:5      | 72263 ||| FLEEEEING.
 72279 | D:5      | 72279 ||| FLEEEEING.
 72295 | D:5      | 72295 ||| FLEEEEING.
 72311 | D:5      | 72311 ||| FLEEEEING.
 72327 | D:5      | 72327 ||| FLEEEEING.
 72343 | D:5      | 72343 ||| FLEEEEING.
 72359 | D:5      | 72359 ||| FLEEEEING.
 72375 | D:5      | 72375 ||| FLEEEEING.
 72378 | D:5      | Glimpsed the power of Zot.
 72391 | D:5      | 72391 ||| FLEEEEING.
 72407 | D:5      | 72407 ||| FLEEEEING.
 72423 | D:5      | 72423 ||| FLEEEEING.
 72439 | D:5      | 72439 ||| FLEEEEING.
 72455 | D:5      | 72455 ||| FLEEEEING.
 72471 | D:5      | 72471 ||| FLEEEEING.
 72487 | D:5      | 72487 ||| FLEEEEING.
 72503 | D:5      | 72503 ||| FLEEEEING.
 72519 | D:5      | 72519 ||| FLEEEEING.
 72535 | D:5      | 72535 ||| FLEEEEING.
 72551 | D:5      | 72551 ||| FLEEEEING.
 72567 | D:5      | 72567 ||| FLEEEEING.
 72583 | D:5      | 72583 ||| FLEEEEING.
 72599 | D:5      | 72599 ||| FLEEEEING.
 72615 | D:5      | 72615 ||| FLEEEEING.
 72631 | D:5      | 72631 ||| FLEEEEING.
 72647 | D:5      | 72647 ||| FLEEEEING.
 72663 | D:5      | 72663 ||| FLEEEEING.
 72679 | D:5      | 72679 ||| FLEEEEING.
 72695 | D:5      | 72695 ||| FLEEEEING.
 72711 | D:5      | 72711 ||| FLEEEEING.
 72727 | D:5      | 72727 ||| FLEEEEING.
 72743 | D:5      | 72743 ||| FLEEEEING.
 72759 | D:5      | 72759 ||| FLEEEEING.
 72775 | D:5      | 72775 ||| FLEEEEING.
 72778 | D:5      | Glimpsed the power of Zot.
 72791 | D:5      | 72791 ||| FLEEEEING.
 72807 | D:5      | 72807 ||| FLEEEEING.
 72823 | D:5      | 72823 ||| FLEEEEING.
 72839 | D:5      | 72839 ||| FLEEEEING.
 72855 | D:5      | 72855 ||| FLEEEEING.
 72871 | D:5      | 72871 ||| FLEEEEING.
 72877 | D:5      | Touched by the power of Zot.
 72878 | D:5      | Glimpsed the power of Zot.
 72887 | D:5      | 72887 ||| FLEEEEING.
 72903 | D:5      | 72903 ||| FLEEEEING.
 72919 | D:5      | 72919 ||| FLEEEEING.
 72935 | D:5      | 72935 ||| FLEEEEING.
 72951 | D:5      | 72951 ||| FLEEEEING.
 72967 | D:5      | 72967 ||| FLEEEEING.
 72983 | D:5      | 72983 ||| FLEEEEING.
 72999 | D:5      | 72999 ||| FLEEEEING.
 73015 | D:5      | 73015 ||| FLEEEEING.
 73031 | D:5      | 73031 ||| FLEEEEING.
 73047 | D:5      | 73047 ||| FLEEEEING.
 73063 | D:5      | 73063 ||| FLEEEEING.
 73079 | D:5      | 73079 ||| FLEEEEING.
 73095 | D:5      | 73095 ||| FLEEEEING.
 73111 | D:5      | 73111 ||| FLEEEEING.
 73127 | D:5      | 73127 ||| FLEEEEING.
 73143 | D:5      | 73143 ||| FLEEEEING.
 73159 | D:5      | 73159 ||| FLEEEEING.
 73175 | D:5      | 73175 ||| FLEEEEING.
 73191 | D:5      | 73191 ||| FLEEEEING.
 73207 | D:5      | 73207 ||| FLEEEEING.
 73223 | D:5      | 73223 ||| FLEEEEING.
 73239 | D:5      | 73239 ||| FLEEEEING.
 73255 | D:5      | 73255 ||| FLEEEEING.
 73271 | D:5      | 73271 ||| FLEEEEING.
 73287 | D:5      | 73287 ||| FLEEEEING.
 73303 | D:5      | 73303 ||| FLEEEEING.
 73319 | D:5      | 73319 ||| FLEEEEING.
 73335 | D:5      | 73335 ||| FLEEEEING.
 73351 | D:5      | 73351 ||| FLEEEEING.
 73367 | D:5      | 73367 ||| FLEEEEING.
 73378 | D:5      | Glimpsed the power of Zot.
 73383 | D:5      | 73383 ||| FLEEEEING.
 73399 | D:5      | 73399 ||| FLEEEEING.
 73415 | D:5      | 73415 ||| FLEEEEING.
 73431 | D:5      | 73431 ||| FLEEEEING.
 73447 | D:5      | 73447 ||| FLEEEEING.
 73463 | D:5      | 73463 ||| FLEEEEING.
 73479 | D:5      | 73479 ||| FLEEEEING.
 73495 | D:5      | 73495 ||| FLEEEEING.
 73511 | D:5      | 73511 ||| FLEEEEING.
 73527 | D:5      | 73527 ||| FLEEEEING.
 73543 | D:5      | 73543 ||| FLEEEEING.
 73559 | D:5      | 73559 ||| FLEEEEING.
 73575 | D:5      | 73575 ||| FLEEEEING.
 73591 | D:5      | 73591 ||| FLEEEEING.
 73607 | D:5      | 73607 ||| FLEEEEING.
 73623 | D:5      | 73623 ||| FLEEEEING.
 73639 | D:5      | 73639 ||| FLEEEEING.
 73655 | D:5      | 73655 ||| FLEEEEING.
 73671 | D:5      | 73671 ||| FLEEEEING.
 73687 | D:5      | 73687 ||| FLEEEEING.
 73703 | D:5      | 73703 ||| FLEEEEING.
 73719 | D:5      | 73719 ||| FLEEEEING.
 73735 | D:5      | 73735 ||| FLEEEEING.
 73751 | D:5      | 73751 ||| FLEEEEING.
 73767 | D:5      | 73767 ||| FLEEEEING.
 73778 | D:5      | Glimpsed the power of Zot.
 73783 | D:5      | 73783 ||| FLEEEEING.
 73799 | D:5      | 73799 ||| FLEEEEING.
 73815 | D:5      | 73815 ||| FLEEEEING.
 73831 | D:5      | 73831 ||| FLEEEEING.
 73847 | D:5      | 73847 ||| FLEEEEING.
 73863 | D:5      | 73863 ||| FLEEEEING.
 73877 | D:5      | Touched by the power of Zot.
 73878 | D:5      | Glimpsed the power of Zot.
 73879 | D:5      | 73879 ||| FLEEEEING.
 73895 | D:5      | 73895 ||| FLEEEEING.
 73911 | D:5      | 73911 ||| FLEEEEING.
 73927 | D:5      | 73927 ||| FLEEEEING.
 73943 | D:5      | 73943 ||| FLEEEEING.
 73959 | D:5      | 73959 ||| FLEEEEING.
 73975 | D:5      | 73975 ||| FLEEEEING.
 73991 | D:5      | 73991 ||| FLEEEEING.
 74007 | D:5      | 74007 ||| FLEEEEING.
 74023 | D:5      | 74023 ||| FLEEEEING.
 74039 | D:5      | 74039 ||| FLEEEEING.
 74055 | D:5      | 74055 ||| FLEEEEING.
 74071 | D:5      | 74071 ||| FLEEEEING.
 74087 | D:5      | 74087 ||| FLEEEEING.
 74103 | D:5      | 74103 ||| FLEEEEING.
 74119 | D:5      | 74119 ||| FLEEEEING.
 74135 | D:5      | 74135 ||| FLEEEEING.
 74151 | D:5      | 74151 ||| FLEEEEING.
 74167 | D:5      | 74167 ||| FLEEEEING.
 74183 | D:5      | 74183 ||| FLEEEEING.
 74199 | D:5      | 74199 ||| FLEEEEING.
 74215 | D:5      | 74215 ||| FLEEEEING.
 74231 | D:5      | 74231 ||| FLEEEEING.
 74247 | D:5      | 74247 ||| FLEEEEING.
 74263 | D:5      | 74263 ||| FLEEEEING.
 74279 | D:5      | 74279 ||| FLEEEEING.
 74295 | D:5      | 74295 ||| FLEEEEING.
 74311 | D:5      | 74311 ||| FLEEEEING.
 74327 | D:5      | 74327 ||| FLEEEEING.
 74343 | D:5      | 74343 ||| FLEEEEING.
 74359 | D:5      | 74359 ||| FLEEEEING.
 74375 | D:5      | 74375 ||| FLEEEEING.
 74378 | D:5      | Glimpsed the power of Zot.
 74391 | D:5      | 74391 ||| FLEEEEING.
 74407 | D:5      | 74407 ||| FLEEEEING.
 74423 | D:5      | 74423 ||| FLEEEEING.
 74439 | D:5      | 74439 ||| FLEEEEING.
 74455 | D:5      | 74455 ||| FLEEEEING.
 74471 | D:5      | 74471 ||| FLEEEEING.
 74487 | D:5      | 74487 ||| FLEEEEING.
 74503 | D:5      | 74503 ||| FLEEEEING.
 74519 | D:5      | 74519 ||| FLEEEEING.
 74535 | D:5      | 74535 ||| FLEEEEING.
 74551 | D:5      | 74551 ||| FLEEEEING.
 74567 | D:5      | 74567 ||| FLEEEEING.
 74583 | D:5      | 74583 ||| FLEEEEING.
 74599 | D:5      | 74599 ||| FLEEEEING.
 74615 | D:5      | 74615 ||| FLEEEEING.
 74631 | D:5      | 74631 ||| FLEEEEING.
 74647 | D:5      | 74647 ||| FLEEEEING.
 74663 | D:5      | 74663 ||| FLEEEEING.
 74679 | D:5      | 74679 ||| FLEEEEING.
 74695 | D:5      | 74695 ||| FLEEEEING.
 74711 | D:5      | 74711 ||| FLEEEEING.
 74727 | D:5      | 74727 ||| FLEEEEING.
 74743 | D:5      | 74743 ||| FLEEEEING.
 74759 | D:5      | 74759 ||| FLEEEEING.
 74775 | D:5      | 74775 ||| FLEEEEING.
 74778 | D:5      | Glimpsed the power of Zot.
 74791 | D:5      | 74791 ||| FLEEEEING.
 74807 | D:5      | 74807 ||| FLEEEEING.
 74823 | D:5      | 74823 ||| FLEEEEING.
 74839 | D:5      | 74839 ||| FLEEEEING.
 74855 | D:5      | 74855 ||| FLEEEEING.
 74871 | D:5      | 74871 ||| FLEEEEING.
 74877 | D:5      | Touched by the power of Zot.
 74878 | D:5      | Glimpsed the power of Zot.
 74887 | D:5      | 74887 ||| FLEEEEING.
 74903 | D:5      | 74903 ||| FLEEEEING.
 74919 | D:5      | 74919 ||| FLEEEEING.
 74935 | D:5      | 74935 ||| FLEEEEING.
 74951 | D:5      | 74951 ||| FLEEEEING.
 74967 | D:5      | 74967 ||| FLEEEEING.
 74983 | D:5      | 74983 ||| FLEEEEING.
 74999 | D:5      | 74999 ||| FLEEEEING.
 75015 | D:5      | 75015 ||| FLEEEEING.
 75031 | D:5      | 75031 ||| FLEEEEING.
 75047 | D:5      | 75047 ||| FLEEEEING.
 75063 | D:5      | 75063 ||| FLEEEEING.
 75079 | D:5      | 75079 ||| FLEEEEING.
 75095 | D:5      | 75095 ||| FLEEEEING.
 75111 | D:5      | 75111 ||| FLEEEEING.
 75127 | D:5      | 75127 ||| FLEEEEING.
 75143 | D:5      | 75143 ||| FLEEEEING.
 75159 | D:5      | 75159 ||| FLEEEEING.
 75175 | D:5      | 75175 ||| FLEEEEING.
 75191 | D:5      | 75191 ||| FLEEEEING.
 75207 | D:5      | 75207 ||| FLEEEEING.
 75223 | D:5      | 75223 ||| FLEEEEING.
 75239 | D:5      | 75239 ||| FLEEEEING.
 75255 | D:5      | 75255 ||| FLEEEEING.
 75271 | D:5      | 75271 ||| FLEEEEING.
 75287 | D:5      | 75287 ||| FLEEEEING.
 75303 | D:5      | 75303 ||| FLEEEEING.
 75319 | D:5      | 75319 ||| FLEEEEING.
 75335 | D:5      | 75335 ||| FLEEEEING.
 75351 | D:5      | 75351 ||| FLEEEEING.
 75367 | D:5      | 75367 ||| FLEEEEING.
 75378 | D:5      | Glimpsed the power of Zot.
 75383 | D:5      | 75383 ||| FLEEEEING.
 75399 | D:5      | 75399 ||| FLEEEEING.
 75415 | D:5      | 75415 ||| FLEEEEING.
 75431 | D:5      | 75431 ||| FLEEEEING.
 75447 | D:5      | 75447 ||| FLEEEEING.
 75463 | D:5      | 75463 ||| FLEEEEING.
 75479 | D:5      | 75479 ||| FLEEEEING.
 75495 | D:5      | 75495 ||| FLEEEEING.
 75511 | D:5      | 75511 ||| FLEEEEING.
 75527 | D:5      | 75527 ||| FLEEEEING.
 75543 | D:5      | 75543 ||| FLEEEEING.
 75559 | D:5      | 75559 ||| FLEEEEING.
 75575 | D:5      | 75575 ||| FLEEEEING.
 75591 | D:5      | 75591 ||| FLEEEEING.
 75607 | D:5      | 75607 ||| FLEEEEING.
 75623 | D:5      | 75623 ||| FLEEEEING.
 75639 | D:5      | 75639 ||| FLEEEEING.
 75655 | D:5      | 75655 ||| FLEEEEING.
 75671 | D:5      | 75671 ||| FLEEEEING.
 75687 | D:5      | 75687 ||| FLEEEEING.
 75703 | D:5      | 75703 ||| FLEEEEING.
 75719 | D:5      | 75719 ||| FLEEEEING.
 75735 | D:5      | 75735 ||| FLEEEEING.
 75751 | D:5      | 75751 ||| FLEEEEING.
 75767 | D:5      | 75767 ||| FLEEEEING.
 75778 | D:5      | Glimpsed the power of Zot.
 75783 | D:5      | 75783 ||| FLEEEEING.
 75799 | D:5      | 75799 ||| FLEEEEING.
 75815 | D:5      | 75815 ||| FLEEEEING.
 75831 | D:5      | 75831 ||| FLEEEEING.
 75847 | D:5      | 75847 ||| FLEEEEING.
 75863 | D:5      | 75863 ||| FLEEEEING.
 75877 | D:5      | Touched by the power of Zot.
 75878 | D:5      | Glimpsed the power of Zot.
 75879 | D:5      | 75879 ||| FLEEEEING.
 75895 | D:5      | 75895 ||| FLEEEEING.
 75911 | D:5      | 75911 ||| FLEEEEING.
 75927 | D:5      | 75927 ||| FLEEEEING.
 75943 | D:5      | 75943 ||| FLEEEEING.
 75959 | D:5      | 75959 ||| FLEEEEING.
 75975 | D:5      | 75975 ||| FLEEEEING.
 75991 | D:5      | 75991 ||| FLEEEEING.
 76007 | D:5      | 76007 ||| FLEEEEING.
 76023 | D:5      | 76023 ||| FLEEEEING.
 76039 | D:5      | 76039 ||| FLEEEEING.
 76055 | D:5      | 76055 ||| FLEEEEING.
 76071 | D:5      | 76071 ||| FLEEEEING.
 76087 | D:5      | 76087 ||| FLEEEEING.
 76103 | D:5      | 76103 ||| FLEEEEING.
 76119 | D:5      | 76119 ||| FLEEEEING.
 76135 | D:5      | 76135 ||| FLEEEEING.
 76151 | D:5      | 76151 ||| FLEEEEING.
 76167 | D:5      | 76167 ||| FLEEEEING.
 76183 | D:5      | 76183 ||| FLEEEEING.
 76199 | D:5      | 76199 ||| FLEEEEING.
 76215 | D:5      | 76215 ||| FLEEEEING.
 76231 | D:5      | 76231 ||| FLEEEEING.
 76247 | D:5      | 76247 ||| FLEEEEING.
 76263 | D:5      | 76263 ||| FLEEEEING.
 76279 | D:5      | 76279 ||| FLEEEEING.
 76295 | D:5      | 76295 ||| FLEEEEING.
 76311 | D:5      | 76311 ||| FLEEEEING.
 76327 | D:5      | 76327 ||| FLEEEEING.
 76343 | D:5      | 76343 ||| FLEEEEING.
 76359 | D:5      | 76359 ||| FLEEEEING.
 76375 | D:5      | 76375 ||| FLEEEEING.
 76378 | D:5      | Glimpsed the power of Zot.
 76391 | D:5      | 76391 ||| FLEEEEING.
 76407 | D:5      | 76407 ||| FLEEEEING.
 76423 | D:5      | 76423 ||| FLEEEEING.
 76439 | D:5      | 76439 ||| FLEEEEING.
 76455 | D:5      | 76455 ||| FLEEEEING.
 76471 | D:5      | 76471 ||| FLEEEEING.
 76487 | D:5      | 76487 ||| FLEEEEING.
 76503 | D:5      | 76503 ||| FLEEEEING.
 76519 | D:5      | 76519 ||| FLEEEEING.
 76535 | D:5      | 76535 ||| FLEEEEING.
 76551 | D:5      | 76551 ||| FLEEEEING.
 76567 | D:5      | 76567 ||| FLEEEEING.
 76583 | D:5      | 76583 ||| FLEEEEING.
 76599 | D:5      | 76599 ||| FLEEEEING.
 76615 | D:5      | 76615 ||| FLEEEEING.
 76631 | D:5      | 76631 ||| FLEEEEING.
 76647 | D:5      | 76647 ||| FLEEEEING.
 76663 | D:5      | 76663 ||| FLEEEEING.
 76679 | D:5      | 76679 ||| FLEEEEING.
 76695 | D:5      | 76695 ||| FLEEEEING.
 76711 | D:5      | 76711 ||| FLEEEEING.
 76727 | D:5      | 76727 ||| FLEEEEING.
 76743 | D:5      | 76743 ||| FLEEEEING.
 76759 | D:5      | 76759 ||| FLEEEEING.
 76775 | D:5      | 76775 ||| FLEEEEING.
 76778 | D:5      | Glimpsed the power of Zot.
 76791 | D:5      | 76791 ||| FLEEEEING.
 76807 | D:5      | 76807 ||| FLEEEEING.
 76823 | D:5      | 76823 ||| FLEEEEING.
 76839 | D:5      | 76839 ||| FLEEEEING.
 76855 | D:5      | 76855 ||| FLEEEEING.
 76871 | D:5      | 76871 ||| FLEEEEING.
 76877 | D:5      | Touched by the power of Zot.
 76878 | D:5      | Glimpsed the power of Zot.
 76887 | D:5      | 76887 ||| FLEEEEING.
 76903 | D:5      | 76903 ||| FLEEEEING.
 76919 | D:5      | 76919 ||| FLEEEEING.
 76935 | D:5      | 76935 ||| FLEEEEING.
 76951 | D:5      | 76951 ||| FLEEEEING.
 76967 | D:5      | 76967 ||| FLEEEEING.
 76983 | D:5      | 76983 ||| FLEEEEING.
 76999 | D:5      | 76999 ||| FLEEEEING.
 77015 | D:5      | 77015 ||| FLEEEEING.
 77031 | D:5      | 77031 ||| FLEEEEING.
 77047 | D:5      | 77047 ||| FLEEEEING.
 77063 | D:5      | 77063 ||| FLEEEEING.
 77079 | D:5      | 77079 ||| FLEEEEING.
 77095 | D:5      | 77095 ||| FLEEEEING.
 77111 | D:5      | 77111 ||| FLEEEEING.
 77127 | D:5      | 77127 ||| FLEEEEING.
 77143 | D:5      | 77143 ||| FLEEEEING.
 77159 | D:5      | 77159 ||| FLEEEEING.
 77175 | D:5      | 77175 ||| FLEEEEING.
 77191 | D:5      | 77191 ||| FLEEEEING.
 77207 | D:5      | 77207 ||| FLEEEEING.
 77223 | D:5      | 77223 ||| FLEEEEING.
 77239 | D:5      | 77239 ||| FLEEEEING.
 77255 | D:5      | 77255 ||| FLEEEEING.
 77271 | D:5      | 77271 ||| FLEEEEING.
 77287 | D:5      | 77287 ||| FLEEEEING.
 77303 | D:5      | 77303 ||| FLEEEEING.
 77319 | D:5      | 77319 ||| FLEEEEING.
 77335 | D:5      | 77335 ||| FLEEEEING.
 77351 | D:5      | 77351 ||| FLEEEEING.
 77367 | D:5      | 77367 ||| FLEEEEING.
 77378 | D:5      | Glimpsed the power of Zot.
 77383 | D:5      | 77383 ||| FLEEEEING.
 77399 | D:5      | 77399 ||| FLEEEEING.
 77415 | D:5      | 77415 ||| FLEEEEING.
 77431 | D:5      | 77431 ||| FLEEEEING.
 77447 | D:5      | 77447 ||| FLEEEEING.
 77463 | D:5      | 77463 ||| FLEEEEING.
 77479 | D:5      | 77479 ||| FLEEEEING.
 77495 | D:5      | 77495 ||| FLEEEEING.
 77511 | D:5      | 77511 ||| FLEEEEING.
 77527 | D:5      | 77527 ||| FLEEEEING.
 77543 | D:5      | 77543 ||| FLEEEEING.
 77559 | D:5      | 77559 ||| FLEEEEING.
 77575 | D:5      | 77575 ||| FLEEEEING.
 77591 | D:5      | 77591 ||| FLEEEEING.
 77607 | D:5      | 77607 ||| FLEEEEING.
 77623 | D:5      | 77623 ||| FLEEEEING.
 77639 | D:5      | 77639 ||| FLEEEEING.
 77655 | D:5      | 77655 ||| FLEEEEING.
 77671 | D:5      | 77671 ||| FLEEEEING.
 77687 | D:5      | 77687 ||| FLEEEEING.
 77703 | D:5      | 77703 ||| FLEEEEING.
 77719 | D:5      | 77719 ||| FLEEEEING.
 77735 | D:5      | 77735 ||| FLEEEEING.
 77751 | D:5      | 77751 ||| FLEEEEING.
 77767 | D:5      | 77767 ||| FLEEEEING.
 77778 | D:5      | Glimpsed the power of Zot.
 77783 | D:5      | 77783 ||| FLEEEEING.
 77799 | D:5      | 77799 ||| FLEEEEING.
 77815 | D:5      | 77815 ||| FLEEEEING.
 77831 | D:5      | 77831 ||| FLEEEEING.
 77847 | D:5      | 77847 ||| FLEEEEING.
 77863 | D:5      | 77863 ||| FLEEEEING.
 77877 | D:5      | Touched by the power of Zot.
 77878 | D:5      | Glimpsed the power of Zot.
 77879 | D:5      | 77879 ||| FLEEEEING.
 77895 | D:5      | 77895 ||| FLEEEEING.
 77911 | D:5      | 77911 ||| FLEEEEING.
 77927 | D:5      | 77927 ||| FLEEEEING.
 77943 | D:5      | 77943 ||| FLEEEEING.
 77959 | D:5      | 77959 ||| FLEEEEING.
 77975 | D:5      | 77975 ||| FLEEEEING.
 77991 | D:5      | 77991 ||| FLEEEEING.
 78007 | D:5      | 78007 ||| FLEEEEING.
 78023 | D:5      | 78023 ||| FLEEEEING.
 78039 | D:5      | 78039 ||| FLEEEEING.
 78055 | D:5      | 78055 ||| FLEEEEING.
 78071 | D:5      | 78071 ||| FLEEEEING.
 78087 | D:5      | 78087 ||| FLEEEEING.
 78103 | D:5      | 78103 ||| FLEEEEING.
 78119 | D:5      | 78119 ||| FLEEEEING.
 78135 | D:5      | 78135 ||| FLEEEEING.
 78151 | D:5      | 78151 ||| FLEEEEING.
 78167 | D:5      | 78167 ||| FLEEEEING.
 78183 | D:5      | 78183 ||| FLEEEEING.
 78199 | D:5      | 78199 ||| FLEEEEING.
 78215 | D:5      | 78215 ||| FLEEEEING.
 78231 | D:5      | 78231 ||| FLEEEEING.
 78247 | D:5      | 78247 ||| FLEEEEING.
 78263 | D:5      | 78263 ||| FLEEEEING.
 78279 | D:5      | 78279 ||| FLEEEEING.
 78295 | D:5      | 78295 ||| FLEEEEING.
 78311 | D:5      | 78311 ||| FLEEEEING.
 78327 | D:5      | 78327 ||| FLEEEEING.
 78343 | D:5      | 78343 ||| FLEEEEING.
 78359 | D:5      | 78359 ||| FLEEEEING.
 78375 | D:5      | 78375 ||| FLEEEEING.
 78378 | D:5      | Glimpsed the power of Zot.
 78391 | D:5      | 78391 ||| FLEEEEING.
 78407 | D:5      | 78407 ||| FLEEEEING.
 78423 | D:5      | 78423 ||| FLEEEEING.
 78439 | D:5      | 78439 ||| FLEEEEING.
 78455 | D:5      | 78455 ||| FLEEEEING.
 78471 | D:5      | 78471 ||| FLEEEEING.
 78487 | D:5      | 78487 ||| FLEEEEING.
 78503 | D:5      | 78503 ||| FLEEEEING.
 78519 | D:5      | 78519 ||| FLEEEEING.
 78535 | D:5      | 78535 ||| FLEEEEING.
 78551 | D:5      | 78551 ||| FLEEEEING.
 78567 | D:5      | 78567 ||| FLEEEEING.
 78583 | D:5      | 78583 ||| FLEEEEING.
 78599 | D:5      | 78599 ||| FLEEEEING.
 78615 | D:5      | 78615 ||| FLEEEEING.
 78631 | D:5      | 78631 ||| FLEEEEING.
 78647 | D:5      | 78647 ||| FLEEEEING.
 78663 | D:5      | 78663 ||| FLEEEEING.
 78679 | D:5      | 78679 ||| FLEEEEING.
 78695 | D:5      | 78695 ||| FLEEEEING.
 78711 | D:5      | 78711 ||| FLEEEEING.
 78727 | D:5      | 78727 ||| FLEEEEING.
 78743 | D:5      | 78743 ||| FLEEEEING.
 78759 | D:5      | 78759 ||| FLEEEEING.
 78775 | D:5      | 78775 ||| FLEEEEING.
 78778 | D:5      | Glimpsed the power of Zot.
 78791 | D:5      | 78791 ||| FLEEEEING.
 78807 | D:5      | 78807 ||| FLEEEEING.
 78823 | D:5      | 78823 ||| FLEEEEING.
 78839 | D:5      | 78839 ||| FLEEEEING.
 78855 | D:5      | 78855 ||| FLEEEEING.
 78871 | D:5      | 78871 ||| FLEEEEING.
 78877 | D:5      | Touched by the power of Zot.
 78878 | D:5      | Glimpsed the power of Zot.
 78887 | D:5      | 78887 ||| FLEEEEING.
 78903 | D:5      | 78903 ||| FLEEEEING.
 78919 | D:5      | 78919 ||| FLEEEEING.
 78935 | D:5      | 78935 ||| FLEEEEING.
 78951 | D:5      | 78951 ||| FLEEEEING.
 78967 | D:5      | 78967 ||| FLEEEEING.
 78983 | D:5      | 78983 ||| FLEEEEING.
 78999 | D:5      | 78999 ||| FLEEEEING.
 79015 | D:5      | 79015 ||| FLEEEEING.
 79031 | D:5      | 79031 ||| FLEEEEING.
 79047 | D:5      | 79047 ||| FLEEEEING.
 79063 | D:5      | 79063 ||| FLEEEEING.
 79079 | D:5      | 79079 ||| FLEEEEING.
 79095 | D:5      | 79095 ||| FLEEEEING.
 79111 | D:5      | 79111 ||| FLEEEEING.
 79127 | D:5      | 79127 ||| FLEEEEING.
 79143 | D:5      | 79143 ||| FLEEEEING.
 79159 | D:5      | 79159 ||| FLEEEEING.
 79175 | D:5      | 79175 ||| FLEEEEING.
 79191 | D:5      | 79191 ||| FLEEEEING.
 79207 | D:5      | 79207 ||| FLEEEEING.
 79223 | D:5      | 79223 ||| FLEEEEING.
 79239 | D:5      | 79239 ||| FLEEEEING.
 79255 | D:5      | 79255 ||| FLEEEEING.
 79271 | D:5      | 79271 ||| FLEEEEING.
 79287 | D:5      | 79287 ||| FLEEEEING.
 79303 | D:5      | 79303 ||| FLEEEEING.
 79319 | D:5      | 79319 ||| FLEEEEING.
 79335 | D:5      | 79335 ||| FLEEEEING.
 79351 | D:5      | 79351 ||| FLEEEEING.
 79367 | D:5      | 79367 ||| FLEEEEING.
 79378 | D:5      | Glimpsed the power of Zot.
 79383 | D:5      | 79383 ||| FLEEEEING.
 79399 | D:5      | 79399 ||| FLEEEEING.
 79415 | D:5      | 79415 ||| FLEEEEING.
 79431 | D:5      | 79431 ||| FLEEEEING.
 79447 | D:5      | 79447 ||| FLEEEEING.
 79463 | D:5      | 79463 ||| FLEEEEING.
 79479 | D:5      | 79479 ||| FLEEEEING.
 79495 | D:5      | 79495 ||| FLEEEEING.
 79511 | D:5      | 79511 ||| FLEEEEING.
 79527 | D:5      | 79527 ||| FLEEEEING.
 79543 | D:5      | 79543 ||| FLEEEEING.
 79559 | D:5      | 79559 ||| FLEEEEING.
 79575 | D:5      | 79575 ||| FLEEEEING.
 79591 | D:5      | 79591 ||| FLEEEEING.
 79607 | D:5      | 79607 ||| FLEEEEING.
 79623 | D:5      | 79623 ||| FLEEEEING.
 79639 | D:5      | 79639 ||| FLEEEEING.
 79655 | D:5      | 79655 ||| FLEEEEING.
 79671 | D:5      | 79671 ||| FLEEEEING.
 79687 | D:5      | 79687 ||| FLEEEEING.
 79703 | D:5      | 79703 ||| FLEEEEING.
 79719 | D:5      | 79719 ||| FLEEEEING.
 79735 | D:5      | 79735 ||| FLEEEEING.
 79751 | D:5      | 79751 ||| FLEEEEING.
 79767 | D:5      | 79767 ||| FLEEEEING.
 79778 | D:5      | Glimpsed the power of Zot.
 79783 | D:5      | 79783 ||| FLEEEEING.
 79799 | D:5      | 79799 ||| FLEEEEING.
 79815 | D:5      | 79815 ||| FLEEEEING.
 79831 | D:5      | 79831 ||| FLEEEEING.
 79847 | D:5      | 79847 ||| FLEEEEING.
 79863 | D:5      | 79863 ||| FLEEEEING.
 79877 | D:5      | Touched by the power of Zot.
 79878 | D:5      | Glimpsed the power of Zot.
 79879 | D:5      | 79879 ||| FLEEEEING.
 79895 | D:5      | 79895 ||| FLEEEEING.
 79911 | D:5      | 79911 ||| FLEEEEING.
 79927 | D:5      | 79927 ||| FLEEEEING.
 79943 | D:5      | 79943 ||| FLEEEEING.
 79959 | D:5      | 79959 ||| FLEEEEING.
 79975 | D:5      | 79975 ||| FLEEEEING.
 79991 | D:5      | 79991 ||| FLEEEEING.
 80007 | D:5      | 80007 ||| FLEEEEING.
 80023 | D:5      | 80023 ||| FLEEEEING.
 80039 | D:5      | 80039 ||| FLEEEEING.
 80055 | D:5      | 80055 ||| FLEEEEING.
 80071 | D:5      | 80071 ||| FLEEEEING.
 80087 | D:5      | 80087 ||| FLEEEEING.
 80103 | D:5      | 80103 ||| FLEEEEING.
 80119 | D:5      | 80119 ||| FLEEEEING.
 80135 | D:5      | 80135 ||| FLEEEEING.
 80151 | D:5      | 80151 ||| FLEEEEING.
 80167 | D:5      | 80167 ||| FLEEEEING.
 80183 | D:5      | 80183 ||| FLEEEEING.
 80199 | D:5      | 80199 ||| FLEEEEING.
 80215 | D:5      | 80215 ||| FLEEEEING.
 80231 | D:5      | 80231 ||| FLEEEEING.
 80247 | D:5      | 80247 ||| FLEEEEING.
 80263 | D:5      | 80263 ||| FLEEEEING.
 80279 | D:5      | 80279 ||| FLEEEEING.
 80295 | D:5      | 80295 ||| FLEEEEING.
 80311 | D:5      | 80311 ||| FLEEEEING.
 80327 | D:5      | 80327 ||| FLEEEEING.
 80343 | D:5      | 80343 ||| FLEEEEING.
 80359 | D:5      | 80359 ||| FLEEEEING.
 80375 | D:5      | 80375 ||| FLEEEEING.
 80378 | D:5      | Glimpsed the power of Zot.
 80391 | D:5      | 80391 ||| FLEEEEING.
 80407 | D:5      | 80407 ||| FLEEEEING.
 80423 | D:5      | 80423 ||| FLEEEEING.
 80439 | D:5      | 80439 ||| FLEEEEING.
 80455 | D:5      | 80455 ||| FLEEEEING.
 80471 | D:5      | 80471 ||| FLEEEEING.
 80487 | D:5      | 80487 ||| FLEEEEING.
 80503 | D:5      | 80503 ||| FLEEEEING.
 80519 | D:5      | 80519 ||| FLEEEEING.
 80535 | D:5      | 80535 ||| FLEEEEING.
 80551 | D:5      | 80551 ||| FLEEEEING.
 80567 | D:5      | 80567 ||| FLEEEEING.
 80583 | D:5      | 80583 ||| FLEEEEING.
 80599 | D:5      | 80599 ||| FLEEEEING.
 80615 | D:5      | 80615 ||| FLEEEEING.
 80631 | D:5      | 80631 ||| FLEEEEING.
 80647 | D:5      | 80647 ||| FLEEEEING.
 80663 | D:5      | 80663 ||| FLEEEEING.
 80679 | D:5      | 80679 ||| FLEEEEING.
 80695 | D:5      | 80695 ||| FLEEEEING.
 80711 | D:5      | 80711 ||| FLEEEEING.
 80727 | D:5      | 80727 ||| FLEEEEING.
 80743 | D:5      | 80743 ||| FLEEEEING.
 80759 | D:5      | 80759 ||| FLEEEEING.
 80775 | D:5      | 80775 ||| FLEEEEING.
 80778 | D:5      | Glimpsed the power of Zot.
 80791 | D:5      | 80791 ||| FLEEEEING.
 80807 | D:5      | 80807 ||| FLEEEEING.
 80823 | D:5      | 80823 ||| FLEEEEING.
 80839 | D:5      | 80839 ||| FLEEEEING.
 80855 | D:5      | 80855 ||| FLEEEEING.
 80871 | D:5      | 80871 ||| FLEEEEING.
 80877 | D:5      | Touched by the power of Zot.
 80878 | D:5      | Glimpsed the power of Zot.
 80887 | D:5      | 80887 ||| FLEEEEING.
 80903 | D:5      | 80903 ||| FLEEEEING.
 80919 | D:5      | 80919 ||| FLEEEEING.
 80935 | D:5      | 80935 ||| FLEEEEING.
 80951 | D:5      | 80951 ||| FLEEEEING.
 80967 | D:5      | 80967 ||| FLEEEEING.
 80983 | D:5      | 80983 ||| FLEEEEING.
 80999 | D:5      | 80999 ||| FLEEEEING.
 81015 | D:5      | 81015 ||| FLEEEEING.
 81031 | D:5      | 81031 ||| FLEEEEING.
 81047 | D:5      | 81047 ||| FLEEEEING.
 81063 | D:5      | 81063 ||| FLEEEEING.
 81079 | D:5      | 81079 ||| FLEEEEING.
 81095 | D:5      | 81095 ||| FLEEEEING.
 81111 | D:5      | 81111 ||| FLEEEEING.
 81127 | D:5      | 81127 ||| FLEEEEING.
 81143 | D:5      | 81143 ||| FLEEEEING.
 81159 | D:5      | 81159 ||| FLEEEEING.
 81175 | D:5      | 81175 ||| FLEEEEING.
 81191 | D:5      | 81191 ||| FLEEEEING.
 81207 | D:5      | 81207 ||| FLEEEEING.
 81223 | D:5      | 81223 ||| FLEEEEING.
 81239 | D:5      | 81239 ||| FLEEEEING.
 81255 | D:5      | 81255 ||| FLEEEEING.
 81271 | D:5      | 81271 ||| FLEEEEING.
 81287 | D:5      | 81287 ||| FLEEEEING.
 81303 | D:5      | 81303 ||| FLEEEEING.
 81319 | D:5      | 81319 ||| FLEEEEING.
 81335 | D:5      | 81335 ||| FLEEEEING.
 81351 | D:5      | 81351 ||| FLEEEEING.
 81367 | D:5      | 81367 ||| FLEEEEING.
 81378 | D:5      | Glimpsed the power of Zot.
 81383 | D:5      | 81383 ||| FLEEEEING.
 81399 | D:5      | 81399 ||| FLEEEEING.
 81415 | D:5      | 81415 ||| FLEEEEING.
 81431 | D:5      | 81431 ||| FLEEEEING.
 81447 | D:5      | 81447 ||| FLEEEEING.
 81463 | D:5      | 81463 ||| FLEEEEING.
 81479 | D:5      | 81479 ||| FLEEEEING.
 81495 | D:5      | 81495 ||| FLEEEEING.
 81511 | D:5      | 81511 ||| FLEEEEING.
 81527 | D:5      | 81527 ||| FLEEEEING.
 81543 | D:5      | 81543 ||| FLEEEEING.
 81559 | D:5      | 81559 ||| FLEEEEING.
 81575 | D:5      | 81575 ||| FLEEEEING.
 81591 | D:5      | 81591 ||| FLEEEEING.
 81607 | D:5      | 81607 ||| FLEEEEING.
 81623 | D:5      | 81623 ||| FLEEEEING.
 81639 | D:5      | 81639 ||| FLEEEEING.
 81655 | D:5      | 81655 ||| FLEEEEING.
 81671 | D:5      | 81671 ||| FLEEEEING.
 81687 | D:5      | 81687 ||| FLEEEEING.
 81703 | D:5      | 81703 ||| FLEEEEING.
 81719 | D:5      | 81719 ||| FLEEEEING.
 81735 | D:5      | 81735 ||| FLEEEEING.
 81751 | D:5      | 81751 ||| FLEEEEING.
 81767 | D:5      | 81767 ||| FLEEEEING.
 81778 | D:5      | Glimpsed the power of Zot.
 81783 | D:5      | 81783 ||| FLEEEEING.
 81799 | D:5      | 81799 ||| FLEEEEING.
 81815 | D:5      | 81815 ||| FLEEEEING.
 81831 | D:5      | 81831 ||| FLEEEEING.
 81847 | D:5      | 81847 ||| FLEEEEING.
 81863 | D:5      | 81863 ||| FLEEEEING.
 81877 | D:5      | Touched by the power of Zot.
 81878 | D:5      | Glimpsed the power of Zot.
 81879 | D:5      | 81879 ||| FLEEEEING.
 81895 | D:5      | 81895 ||| FLEEEEING.
 81911 | D:5      | 81911 ||| FLEEEEING.
 81927 | D:5      | 81927 ||| FLEEEEING.
 81943 | D:5      | 81943 ||| FLEEEEING.
 81959 | D:5      | 81959 ||| FLEEEEING.
 81975 | D:5      | 81975 ||| FLEEEEING.
 81991 | D:5      | 81991 ||| FLEEEEING.
 82007 | D:5      | 82007 ||| FLEEEEING.
 82023 | D:5      | 82023 ||| FLEEEEING.
 82039 | D:5      | 82039 ||| FLEEEEING.
 82055 | D:5      | 82055 ||| FLEEEEING.
 82071 | D:5      | 82071 ||| FLEEEEING.
 82087 | D:5      | 82087 ||| FLEEEEING.
 82103 | D:5      | 82103 ||| FLEEEEING.
 82119 | D:5      | 82119 ||| FLEEEEING.
 82135 | D:5      | 82135 ||| FLEEEEING.
 82151 | D:5      | 82151 ||| FLEEEEING.
 82167 | D:5      | 82167 ||| FLEEEEING.
 82183 | D:5      | 82183 ||| FLEEEEING.
 82199 | D:5      | 82199 ||| FLEEEEING.
 82215 | D:5      | 82215 ||| FLEEEEING.
 82231 | D:5      | 82231 ||| FLEEEEING.
 82247 | D:5      | 82247 ||| FLEEEEING.
 82263 | D:5      | 82263 ||| FLEEEEING.
 82279 | D:5      | 82279 ||| FLEEEEING.
 82295 | D:5      | 82295 ||| FLEEEEING.
 82311 | D:5      | 82311 ||| FLEEEEING.
 82327 | D:5      | 82327 ||| FLEEEEING.
 82343 | D:5      | 82343 ||| FLEEEEING.
 82359 | D:5      | 82359 ||| FLEEEEING.
 82375 | D:5      | 82375 ||| FLEEEEING.
 82378 | D:5      | Glimpsed the power of Zot.
 82391 | D:5      | 82391 ||| FLEEEEING.
 82407 | D:5      | 82407 ||| FLEEEEING.
 82423 | D:5      | 82423 ||| FLEEEEING.
 82439 | D:5      | 82439 ||| FLEEEEING.
 82455 | D:5      | 82455 ||| FLEEEEING.
 82471 | D:5      | 82471 ||| FLEEEEING.
 82487 | D:5      | 82487 ||| FLEEEEING.
 82503 | D:5      | 82503 ||| FLEEEEING.
 82519 | D:5      | 82519 ||| FLEEEEING.
 82535 | D:5      | 82535 ||| FLEEEEING.
 82551 | D:5      | 82551 ||| FLEEEEING.
 82567 | D:5      | 82567 ||| FLEEEEING.
 82583 | D:5      | 82583 ||| FLEEEEING.
 82599 | D:5      | 82599 ||| FLEEEEING.
 82615 | D:5      | 82615 ||| FLEEEEING.
 82631 | D:5      | 82631 ||| FLEEEEING.
 82647 | D:5      | 82647 ||| FLEEEEING.
 82663 | D:5      | 82663 ||| FLEEEEING.
 82679 | D:5      | 82679 ||| FLEEEEING.
 82695 | D:5      | 82695 ||| FLEEEEING.
 82711 | D:5      | 82711 ||| FLEEEEING.
 82727 | D:5      | 82727 ||| FLEEEEING.
 82743 | D:5      | 82743 ||| FLEEEEING.
 82759 | D:5      | 82759 ||| FLEEEEING.
 82775 | D:5      | 82775 ||| FLEEEEING.
 82778 | D:5      | Glimpsed the power of Zot.
 82791 | D:5      | 82791 ||| FLEEEEING.
 82807 | D:5      | 82807 ||| FLEEEEING.
 82823 | D:5      | 82823 ||| FLEEEEING.
 82839 | D:5      | 82839 ||| FLEEEEING.
 82855 | D:5      | 82855 ||| FLEEEEING.
 82871 | D:5      | 82871 ||| FLEEEEING.
 82877 | D:5      | Touched by the power of Zot.
 82878 | D:5      | Glimpsed the power of Zot.
 82887 | D:5      | 82887 ||| FLEEEEING.
 82903 | D:5      | 82903 ||| FLEEEEING.
 82919 | D:5      | 82919 ||| FLEEEEING.
 82935 | D:5      | 82935 ||| FLEEEEING.
 82951 | D:5      | 82951 ||| FLEEEEING.
 82967 | D:5      | 82967 ||| FLEEEEING.
 82983 | D:5      | 82983 ||| FLEEEEING.
 82999 | D:5      | 82999 ||| FLEEEEING.
 83015 | D:5      | 83015 ||| FLEEEEING.
 83031 | D:5      | 83031 ||| FLEEEEING.
 83047 | D:5      | 83047 ||| FLEEEEING.
 83063 | D:5      | 83063 ||| FLEEEEING.
 83079 | D:5      | 83079 ||| FLEEEEING.
 83095 | D:5      | 83095 ||| FLEEEEING.
 83111 | D:5      | 83111 ||| FLEEEEING.
 83127 | D:5      | 83127 ||| FLEEEEING.
 83143 | D:5      | 83143 ||| FLEEEEING.
 83159 | D:5      | 83159 ||| FLEEEEING.
 83175 | D:5      | 83175 ||| FLEEEEING.
 83191 | D:5      | 83191 ||| FLEEEEING.
 83207 | D:5      | 83207 ||| FLEEEEING.
 83223 | D:5      | 83223 ||| FLEEEEING.
 83239 | D:5      | 83239 ||| FLEEEEING.
 83255 | D:5      | 83255 ||| FLEEEEING.
 83271 | D:5      | 83271 ||| FLEEEEING.
 83287 | D:5      | 83287 ||| FLEEEEING.
 83303 | D:5      | 83303 ||| FLEEEEING.
 83319 | D:5      | 83319 ||| FLEEEEING.
 83335 | D:5      | 83335 ||| FLEEEEING.
 83351 | D:5      | 83351 ||| FLEEEEING.
 83367 | D:5      | 83367 ||| FLEEEEING.
 83378 | D:5      | Glimpsed the power of Zot.
 83383 | D:5      | 83383 ||| FLEEEEING.
 83399 | D:5      | 83399 ||| FLEEEEING.
 83415 | D:5      | 83415 ||| FLEEEEING.
 83431 | D:5      | 83431 ||| FLEEEEING.
 83447 | D:5      | 83447 ||| FLEEEEING.
 83463 | D:5      | 83463 ||| FLEEEEING.
 83479 | D:5      | 83479 ||| FLEEEEING.
 83495 | D:5      | 83495 ||| FLEEEEING.
 83511 | D:5      | 83511 ||| FLEEEEING.
 83527 | D:5      | 83527 ||| FLEEEEING.
 83543 | D:5      | 83543 ||| FLEEEEING.
 83559 | D:5      | 83559 ||| FLEEEEING.
 83575 | D:5      | 83575 ||| FLEEEEING.
 83591 | D:5      | 83591 ||| FLEEEEING.
 83607 | D:5      | 83607 ||| FLEEEEING.
 83623 | D:5      | 83623 ||| FLEEEEING.
 83639 | D:5      | 83639 ||| FLEEEEING.
 83655 | D:5      | 83655 ||| FLEEEEING.
 83671 | D:5      | 83671 ||| FLEEEEING.
 83687 | D:5      | 83687 ||| FLEEEEING.
 83703 | D:5      | 83703 ||| FLEEEEING.
 83719 | D:5      | 83719 ||| FLEEEEING.
 83735 | D:5      | 83735 ||| FLEEEEING.
 83751 | D:5      | 83751 ||| FLEEEEING.
 83767 | D:5      | 83767 ||| FLEEEEING.
 83778 | D:5      | Glimpsed the power of Zot.
 83783 | D:5      | 83783 ||| FLEEEEING.
 83799 | D:5      | 83799 ||| FLEEEEING.
 83815 | D:5      | 83815 ||| FLEEEEING.
 83831 | D:5      | 83831 ||| FLEEEEING.
 83847 | D:5      | 83847 ||| FLEEEEING.
 83863 | D:5      | 83863 ||| FLEEEEING.
 83877 | D:5      | Touched by the power of Zot.
 83878 | D:5      | Glimpsed the power of Zot.
 83879 | D:5      | 83879 ||| FLEEEEING.
 83895 | D:5      | 83895 ||| FLEEEEING.
 83911 | D:5      | 83911 ||| FLEEEEING.
 83927 | D:5      | 83927 ||| FLEEEEING.
 83943 | D:5      | 83943 ||| FLEEEEING.
 83959 | D:5      | 83959 ||| FLEEEEING.
 83975 | D:5      | 83975 ||| FLEEEEING.
 83991 | D:5      | 83991 ||| FLEEEEING.
 84007 | D:5      | 84007 ||| FLEEEEING.
 84023 | D:5      | 84023 ||| FLEEEEING.
 84039 | D:5      | 84039 ||| FLEEEEING.
 84055 | D:5      | 84055 ||| FLEEEEING.
 84071 | D:5      | 84071 ||| FLEEEEING.
 84087 | D:5      | 84087 ||| FLEEEEING.
 84103 | D:5      | 84103 ||| FLEEEEING.
 84119 | D:5      | 84119 ||| FLEEEEING.
 84135 | D:5      | 84135 ||| FLEEEEING.
 84151 | D:5      | 84151 ||| FLEEEEING.
 84167 | D:5      | 84167 ||| FLEEEEING.
 84183 | D:5      | 84183 ||| FLEEEEING.
 84199 | D:5      | 84199 ||| FLEEEEING.
 84215 | D:5      | 84215 ||| FLEEEEING.
 84231 | D:5      | 84231 ||| FLEEEEING.
 84247 | D:5      | 84247 ||| FLEEEEING.
 84263 | D:5      | 84263 ||| FLEEEEING.
 84279 | D:5      | 84279 ||| FLEEEEING.
 84295 | D:5      | 84295 ||| FLEEEEING.
 84311 | D:5      | 84311 ||| FLEEEEING.
 84327 | D:5      | 84327 ||| FLEEEEING.
 84343 | D:5      | 84343 ||| FLEEEEING.
 84359 | D:5      | 84359 ||| FLEEEEING.
 84375 | D:5      | 84375 ||| FLEEEEING.
 84378 | D:5      | Glimpsed the power of Zot.
 84391 | D:5      | 84391 ||| FLEEEEING.
 84407 | D:5      | 84407 ||| FLEEEEING.
 84423 | D:5      | 84423 ||| FLEEEEING.
 84439 | D:5      | 84439 ||| FLEEEEING.
 84455 | D:5      | 84455 ||| FLEEEEING.
 84471 | D:5      | 84471 ||| FLEEEEING.
 84487 | D:5      | 84487 ||| FLEEEEING.
 84503 | D:5      | 84503 ||| FLEEEEING.
 84519 | D:5      | 84519 ||| FLEEEEING.
 84535 | D:5      | 84535 ||| FLEEEEING.
 84551 | D:5      | 84551 ||| FLEEEEING.
 84567 | D:5      | 84567 ||| FLEEEEING.
 84583 | D:5      | 84583 ||| FLEEEEING.
 84599 | D:5      | 84599 ||| FLEEEEING.
 84615 | D:5      | 84615 ||| FLEEEEING.
 84631 | D:5      | 84631 ||| FLEEEEING.
 84647 | D:5      | 84647 ||| FLEEEEING.
 84663 | D:5      | 84663 ||| FLEEEEING.
 84679 | D:5      | 84679 ||| FLEEEEING.
 84695 | D:5      | 84695 ||| FLEEEEING.
 84711 | D:5      | 84711 ||| FLEEEEING.
 84727 | D:5      | 84727 ||| FLEEEEING.
 84743 | D:5      | 84743 ||| FLEEEEING.
 84759 | D:5      | 84759 ||| FLEEEEING.
 84775 | D:5      | 84775 ||| FLEEEEING.
 84778 | D:5      | Glimpsed the power of Zot.
 84791 | D:5      | 84791 ||| FLEEEEING.
 84807 | D:5      | 84807 ||| FLEEEEING.
 84823 | D:5      | 84823 ||| FLEEEEING.
 84839 | D:5      | 84839 ||| FLEEEEING.
 84855 | D:5      | 84855 ||| FLEEEEING.
 84871 | D:5      | 84871 ||| FLEEEEING.
 84877 | D:5      | Touched by the power of Zot.
 84878 | D:5      | Glimpsed the power of Zot.
 84887 | D:5      | 84887 ||| FLEEEEING.
 84903 | D:5      | 84903 ||| FLEEEEING.
 84919 | D:5      | 84919 ||| FLEEEEING.
 84935 | D:5      | 84935 ||| FLEEEEING.
 84951 | D:5      | 84951 ||| FLEEEEING.
 84967 | D:5      | 84967 ||| FLEEEEING.
 84983 | D:5      | 84983 ||| FLEEEEING.
 84999 | D:5      | 84999 ||| FLEEEEING.
 85015 | D:5      | 85015 ||| FLEEEEING.
 85031 | D:5      | 85031 ||| FLEEEEING.
 85047 | D:5      | 85047 ||| FLEEEEING.
 85063 | D:5      | 85063 ||| FLEEEEING.
 85079 | D:5      | 85079 ||| FLEEEEING.
 85095 | D:5      | 85095 ||| FLEEEEING.
 85111 | D:5      | 85111 ||| FLEEEEING.
 85127 | D:5      | 85127 ||| FLEEEEING.
 85143 | D:5      | 85143 ||| FLEEEEING.
 85159 | D:5      | 85159 ||| FLEEEEING.
 85175 | D:5      | 85175 ||| FLEEEEING.
 85191 | D:5      | 85191 ||| FLEEEEING.
 85207 | D:5      | 85207 ||| FLEEEEING.
 85223 | D:5      | 85223 ||| FLEEEEING.
 85239 | D:5      | 85239 ||| FLEEEEING.
 85255 | D:5      | 85255 ||| FLEEEEING.
 85271 | D:5      | 85271 ||| FLEEEEING.
 85287 | D:5      | 85287 ||| FLEEEEING.
 85303 | D:5      | 85303 ||| FLEEEEING.
 85319 | D:5      | 85319 ||| FLEEEEING.
 85335 | D:5      | 85335 ||| FLEEEEING.
 85351 | D:5      | 85351 ||| FLEEEEING.
 85367 | D:5      | 85367 ||| FLEEEEING.
 85378 | D:5      | Glimpsed the power of Zot.
 85383 | D:5      | 85383 ||| FLEEEEING.
 85399 | D:5      | 85399 ||| FLEEEEING.
 85415 | D:5      | 85415 ||| FLEEEEING.
 85431 | D:5      | 85431 ||| FLEEEEING.
 85447 | D:5      | 85447 ||| FLEEEEING.
 85463 | D:5      | 85463 ||| FLEEEEING.
 85479 | D:5      | 85479 ||| FLEEEEING.
 85495 | D:5      | 85495 ||| FLEEEEING.
 85511 | D:5      | 85511 ||| FLEEEEING.
 85527 | D:5      | 85527 ||| FLEEEEING.
 85543 | D:5      | 85543 ||| FLEEEEING.
 85559 | D:5      | 85559 ||| FLEEEEING.
 85575 | D:5      | 85575 ||| FLEEEEING.
 85591 | D:5      | 85591 ||| FLEEEEING.
 85607 | D:5      | 85607 ||| FLEEEEING.
 85623 | D:5      | 85623 ||| FLEEEEING.
 85639 | D:5      | 85639 ||| FLEEEEING.
 85655 | D:5      | 85655 ||| FLEEEEING.
 85671 | D:5      | 85671 ||| FLEEEEING.
 85687 | D:5      | 85687 ||| FLEEEEING.
 85703 | D:5      | 85703 ||| FLEEEEING.
 85719 | D:5      | 85719 ||| FLEEEEING.
 85735 | D:5      | 85735 ||| FLEEEEING.
 85751 | D:5      | 85751 ||| FLEEEEING.
 85767 | D:5      | 85767 ||| FLEEEEING.
 85778 | D:5      | Glimpsed the power of Zot.
 85783 | D:5      | 85783 ||| FLEEEEING.
 85799 | D:5      | 85799 ||| FLEEEEING.
 85815 | D:5      | 85815 ||| FLEEEEING.
 85831 | D:5      | 85831 ||| FLEEEEING.
 85847 | D:5      | 85847 ||| FLEEEEING.
 85863 | D:5      | 85863 ||| FLEEEEING.
 85877 | D:5      | Touched by the power of Zot.
 85878 | D:5      | Glimpsed the power of Zot.
 85879 | D:5      | 85879 ||| FLEEEEING.
 85895 | D:5      | 85895 ||| FLEEEEING.
 85911 | D:5      | 85911 ||| FLEEEEING.
 85927 | D:5      | 85927 ||| FLEEEEING.
 85943 | D:5      | 85943 ||| FLEEEEING.
 85959 | D:5      | 85959 ||| FLEEEEING.
 85975 | D:5      | 85975 ||| FLEEEEING.
 85991 | D:5      | 85991 ||| FLEEEEING.
 86007 | D:5      | 86007 ||| FLEEEEING.
 86023 | D:5      | 86023 ||| FLEEEEING.
 86039 | D:5      | 86039 ||| FLEEEEING.
 86055 | D:5      | 86055 ||| FLEEEEING.
 86071 | D:5      | 86071 ||| FLEEEEING.
 86087 | D:5      | 86087 ||| FLEEEEING.
 86103 | D:5      | 86103 ||| FLEEEEING.
 86119 | D:5      | 86119 ||| FLEEEEING.
 86135 | D:5      | 86135 ||| FLEEEEING.
 86151 | D:5      | 86151 ||| FLEEEEING.
 86167 | D:5      | 86167 ||| FLEEEEING.
 86183 | D:5      | 86183 ||| FLEEEEING.
 86199 | D:5      | 86199 ||| FLEEEEING.
 86215 | D:5      | 86215 ||| FLEEEEING.
 86231 | D:5      | 86231 ||| FLEEEEING.
 86247 | D:5      | 86247 ||| FLEEEEING.
 86263 | D:5      | 86263 ||| FLEEEEING.
 86279 | D:5      | 86279 ||| FLEEEEING.
 86295 | D:5      | 86295 ||| FLEEEEING.
 86311 | D:5      | 86311 ||| FLEEEEING.
 86327 | D:5      | 86327 ||| FLEEEEING.
 86343 | D:5      | 86343 ||| FLEEEEING.
 86359 | D:5      | 86359 ||| FLEEEEING.
 86375 | D:5      | 86375 ||| FLEEEEING.
 86378 | D:5      | Glimpsed the power of Zot.
 86391 | D:5      | 86391 ||| FLEEEEING.
 86407 | D:5      | 86407 ||| FLEEEEING.
 86423 | D:5      | 86423 ||| FLEEEEING.
 86439 | D:5      | 86439 ||| FLEEEEING.
 86455 | D:5      | 86455 ||| FLEEEEING.
 86471 | D:5      | 86471 ||| FLEEEEING.
 86487 | D:5      | 86487 ||| FLEEEEING.
 86503 | D:5      | 86503 ||| FLEEEEING.
 86519 | D:5      | 86519 ||| FLEEEEING.
 86535 | D:5      | 86535 ||| FLEEEEING.
 86551 | D:5      | 86551 ||| FLEEEEING.
 86567 | D:5      | 86567 ||| FLEEEEING.
 86583 | D:5      | 86583 ||| FLEEEEING.
 86599 | D:5      | 86599 ||| FLEEEEING.
 86615 | D:5      | 86615 ||| FLEEEEING.
 86631 | D:5      | 86631 ||| FLEEEEING.
 86647 | D:5      | 86647 ||| FLEEEEING.
 86663 | D:5      | 86663 ||| FLEEEEING.
 86679 | D:5      | 86679 ||| FLEEEEING.
 86695 | D:5      | 86695 ||| FLEEEEING.
 86711 | D:5      | 86711 ||| FLEEEEING.
 86727 | D:5      | 86727 ||| FLEEEEING.
 86743 | D:5      | 86743 ||| FLEEEEING.
 86759 | D:5      | 86759 ||| FLEEEEING.
 86775 | D:5      | 86775 ||| FLEEEEING.
 86778 | D:5      | Glimpsed the power of Zot.
 86791 | D:5      | 86791 ||| FLEEEEING.
 86807 | D:5      | 86807 ||| FLEEEEING.
 86823 | D:5      | 86823 ||| FLEEEEING.
 86839 | D:5      | 86839 ||| FLEEEEING.
 86855 | D:5      | 86855 ||| FLEEEEING.
 86871 | D:5      | 86871 ||| FLEEEEING.
 86877 | D:5      | Touched by the power of Zot.
 86878 | D:5      | Glimpsed the power of Zot.
 86887 | D:5      | 86887 ||| FLEEEEING.
 86903 | D:5      | 86903 ||| FLEEEEING.
 86919 | D:5      | 86919 ||| FLEEEEING.
 86935 | D:5      | 86935 ||| FLEEEEING.
 86951 | D:5      | 86951 ||| FLEEEEING.
 86967 | D:5      | 86967 ||| FLEEEEING.
 86983 | D:5      | 86983 ||| FLEEEEING.
 86999 | D:5      | 86999 ||| FLEEEEING.
 87015 | D:5      | 87015 ||| FLEEEEING.
 87031 | D:5      | 87031 ||| FLEEEEING.
 87047 | D:5      | 87047 ||| FLEEEEING.
 87063 | D:5      | 87063 ||| FLEEEEING.
 87079 | D:5      | 87079 ||| FLEEEEING.
 87095 | D:5      | 87095 ||| FLEEEEING.
 87111 | D:5      | 87111 ||| FLEEEEING.
 87127 | D:5      | 87127 ||| FLEEEEING.
 87143 | D:5      | 87143 ||| FLEEEEING.
 87159 | D:5      | 87159 ||| FLEEEEING.
 87175 | D:5      | 87175 ||| FLEEEEING.
 87191 | D:5      | 87191 ||| FLEEEEING.
 87207 | D:5      | 87207 ||| FLEEEEING.
 87223 | D:5      | 87223 ||| FLEEEEING.
 87239 | D:5      | 87239 ||| FLEEEEING.
 87255 | D:5      | 87255 ||| FLEEEEING.
 87271 | D:5      | 87271 ||| FLEEEEING.
 87287 | D:5      | 87287 ||| FLEEEEING.
 87303 | D:5      | 87303 ||| FLEEEEING.
 87319 | D:5      | 87319 ||| FLEEEEING.
 87335 | D:5      | 87335 ||| FLEEEEING.
 87351 | D:5      | 87351 ||| FLEEEEING.
 87367 | D:5      | 87367 ||| FLEEEEING.
 87378 | D:5      | Glimpsed the power of Zot.
 87383 | D:5      | 87383 ||| FLEEEEING.
 87399 | D:5      | 87399 ||| FLEEEEING.
 87415 | D:5      | 87415 ||| FLEEEEING.
 87431 | D:5      | 87431 ||| FLEEEEING.
 87447 | D:5      | 87447 ||| FLEEEEING.
 87463 | D:5      | 87463 ||| FLEEEEING.
 87479 | D:5      | 87479 ||| FLEEEEING.
 87495 | D:5      | 87495 ||| FLEEEEING.
 87511 | D:5      | 87511 ||| FLEEEEING.
 87527 | D:5      | 87527 ||| FLEEEEING.
 87543 | D:5      | 87543 ||| FLEEEEING.
 87559 | D:5      | 87559 ||| FLEEEEING.
 87575 | D:5      | 87575 ||| FLEEEEING.
 87591 | D:5      | 87591 ||| FLEEEEING.
 87607 | D:5      | 87607 ||| FLEEEEING.
 87623 | D:5      | 87623 ||| FLEEEEING.
 87639 | D:5      | 87639 ||| FLEEEEING.
 87655 | D:5      | 87655 ||| FLEEEEING.
 87671 | D:5      | 87671 ||| FLEEEEING.
 87687 | D:5      | 87687 ||| FLEEEEING.
 87703 | D:5      | 87703 ||| FLEEEEING.
 87719 | D:5      | 87719 ||| FLEEEEING.
 87735 | D:5      | 87735 ||| FLEEEEING.
 87751 | D:5      | 87751 ||| FLEEEEING.
 87767 | D:5      | 87767 ||| FLEEEEING.
 87778 | D:5      | Glimpsed the power of Zot.
 87783 | D:5      | 87783 ||| FLEEEEING.
 87799 | D:5      | 87799 ||| FLEEEEING.
 87815 | D:5      | 87815 ||| FLEEEEING.
 87831 | D:5      | 87831 ||| FLEEEEING.
 87847 | D:5      | 87847 ||| FLEEEEING.
 87863 | D:5      | 87863 ||| FLEEEEING.
 87877 | D:5      | Touched by the power of Zot.
 87878 | D:5      | Glimpsed the power of Zot.
 87879 | D:5      | 87879 ||| FLEEEEING.
 87895 | D:5      | 87895 ||| FLEEEEING.
 87911 | D:5      | 87911 ||| FLEEEEING.
 87927 | D:5      | 87927 ||| FLEEEEING.
 87943 | D:5      | 87943 ||| FLEEEEING.
 87959 | D:5      | 87959 ||| FLEEEEING.
 87975 | D:5      | 87975 ||| FLEEEEING.
 87991 | D:5      | 87991 ||| FLEEEEING.
 88007 | D:5      | 88007 ||| FLEEEEING.
 88023 | D:5      | 88023 ||| FLEEEEING.
 88039 | D:5      | 88039 ||| FLEEEEING.
 88055 | D:5      | 88055 ||| FLEEEEING.
 88071 | D:5      | 88071 ||| FLEEEEING.
 88087 | D:5      | 88087 ||| FLEEEEING.
 88103 | D:5      | 88103 ||| FLEEEEING.
 88119 | D:5      | 88119 ||| FLEEEEING.
 88135 | D:5      | 88135 ||| FLEEEEING.
 88151 | D:5      | 88151 ||| FLEEEEING.
 88167 | D:5      | 88167 ||| FLEEEEING.
 88183 | D:5      | 88183 ||| FLEEEEING.
 88199 | D:5      | 88199 ||| FLEEEEING.
 88215 | D:5      | 88215 ||| FLEEEEING.
 88231 | D:5      | 88231 ||| FLEEEEING.
 88247 | D:5      | 88247 ||| FLEEEEING.
 88263 | D:5      | 88263 ||| FLEEEEING.
 88279 | D:5      | 88279 ||| FLEEEEING.
 88295 | D:5      | 88295 ||| FLEEEEING.
 88311 | D:5      | 88311 ||| FLEEEEING.
 88327 | D:5      | 88327 ||| FLEEEEING.
 88343 | D:5      | 88343 ||| FLEEEEING.
 88359 | D:5      | 88359 ||| FLEEEEING.
 88375 | D:5      | 88375 ||| FLEEEEING.
 88378 | D:5      | Glimpsed the power of Zot.
 88391 | D:5      | 88391 ||| FLEEEEING.
 88407 | D:5      | 88407 ||| FLEEEEING.
 88423 | D:5      | 88423 ||| FLEEEEING.
 88439 | D:5      | 88439 ||| FLEEEEING.
 88455 | D:5      | 88455 ||| FLEEEEING.
 88471 | D:5      | 88471 ||| FLEEEEING.
 88487 | D:5      | 88487 ||| FLEEEEING.
 88503 | D:5      | 88503 ||| FLEEEEING.
 88519 | D:5      | 88519 ||| FLEEEEING.
 88535 | D:5      | 88535 ||| FLEEEEING.
 88551 | D:5      | 88551 ||| FLEEEEING.
 88567 | D:5      | 88567 ||| FLEEEEING.
 88583 | D:5      | 88583 ||| FLEEEEING.
 88599 | D:5      | 88599 ||| FLEEEEING.
 88615 | D:5      | 88615 ||| FLEEEEING.
 88631 | D:5      | 88631 ||| FLEEEEING.
 88647 | D:5      | 88647 ||| FLEEEEING.
 88663 | D:5      | 88663 ||| FLEEEEING.
 88679 | D:5      | 88679 ||| FLEEEEING.
 88695 | D:5      | 88695 ||| FLEEEEING.
 88711 | D:5      | 88711 ||| FLEEEEING.
 88727 | D:5      | 88727 ||| FLEEEEING.
 88743 | D:5      | 88743 ||| FLEEEEING.
 88759 | D:5      | 88759 ||| FLEEEEING.
 88775 | D:5      | 88775 ||| FLEEEEING.
 88778 | D:5      | Glimpsed the power of Zot.
 88791 | D:5      | 88791 ||| FLEEEEING.
 88807 | D:5      | 88807 ||| FLEEEEING.
 88823 | D:5      | 88823 ||| FLEEEEING.
 88839 | D:5      | 88839 ||| FLEEEEING.
 88855 | D:5      | 88855 ||| FLEEEEING.
 88871 | D:5      | 88871 ||| FLEEEEING.
 88877 | D:5      | Touched by the power of Zot.
 88878 | D:5      | Glimpsed the power of Zot.
 88887 | D:5      | 88887 ||| FLEEEEING.
 88903 | D:5      | 88903 ||| FLEEEEING.
 88919 | D:5      | 88919 ||| FLEEEEING.
 88935 | D:5      | 88935 ||| FLEEEEING.
 88951 | D:5      | 88951 ||| FLEEEEING.
 88967 | D:5      | 88967 ||| FLEEEEING.
 88983 | D:5      | 88983 ||| FLEEEEING.
 88999 | D:5      | 88999 ||| FLEEEEING.
 89015 | D:5      | 89015 ||| FLEEEEING.
 89031 | D:5      | 89031 ||| FLEEEEING.
 89047 | D:5      | 89047 ||| FLEEEEING.
 89063 | D:5      | 89063 ||| FLEEEEING.
 89079 | D:5      | 89079 ||| FLEEEEING.
 89095 | D:5      | 89095 ||| FLEEEEING.
 89111 | D:5      | 89111 ||| FLEEEEING.
 89127 | D:5      | 89127 ||| FLEEEEING.
 89143 | D:5      | 89143 ||| FLEEEEING.
 89159 | D:5      | 89159 ||| FLEEEEING.
 89175 | D:5      | 89175 ||| FLEEEEING.
 89191 | D:5      | 89191 ||| FLEEEEING.
 89207 | D:5      | 89207 ||| FLEEEEING.
 89223 | D:5      | 89223 ||| FLEEEEING.
 89239 | D:5      | 89239 ||| FLEEEEING.
 89255 | D:5      | 89255 ||| FLEEEEING.
 89271 | D:5      | 89271 ||| FLEEEEING.
 89287 | D:5      | 89287 ||| FLEEEEING.
 89303 | D:5      | 89303 ||| FLEEEEING.
 89319 | D:5      | 89319 ||| FLEEEEING.
 89335 | D:5      | 89335 ||| FLEEEEING.
 89351 | D:5      | 89351 ||| FLEEEEING.
 89367 | D:5      | 89367 ||| FLEEEEING.
 89378 | D:5      | Glimpsed the power of Zot.
 89383 | D:5      | 89383 ||| FLEEEEING.
 89399 | D:5      | 89399 ||| FLEEEEING.
 89415 | D:5      | 89415 ||| FLEEEEING.
 89431 | D:5      | 89431 ||| FLEEEEING.
 89447 | D:5      | 89447 ||| FLEEEEING.
 89463 | D:5      | 89463 ||| FLEEEEING.
 89479 | D:5      | 89479 ||| FLEEEEING.
 89495 | D:5      | 89495 ||| FLEEEEING.
 89511 | D:5      | 89511 ||| FLEEEEING.
 89527 | D:5      | 89527 ||| FLEEEEING.
 89543 | D:5      | 89543 ||| FLEEEEING.
 89559 | D:5      | 89559 ||| FLEEEEING.
 89575 | D:5      | 89575 ||| FLEEEEING.
 89591 | D:5      | 89591 ||| FLEEEEING.
 89607 | D:5      | 89607 ||| FLEEEEING.
 89623 | D:5      | 89623 ||| FLEEEEING.
 89639 | D:5      | 89639 ||| FLEEEEING.
 89655 | D:5      | 89655 ||| FLEEEEING.
 89671 | D:5      | 89671 ||| FLEEEEING.
 89687 | D:5      | 89687 ||| FLEEEEING.
 89703 | D:5      | 89703 ||| FLEEEEING.
 89719 | D:5      | 89719 ||| FLEEEEING.
 89735 | D:5      | 89735 ||| FLEEEEING.
 89751 | D:5      | 89751 ||| FLEEEEING.
 89767 | D:5      | 89767 ||| FLEEEEING.
 89778 | D:5      | Glimpsed the power of Zot.
 89783 | D:5      | 89783 ||| FLEEEEING.
 89799 | D:5      | 89799 ||| FLEEEEING.
 89815 | D:5      | 89815 ||| FLEEEEING.
 89831 | D:5      | 89831 ||| FLEEEEING.
 89847 | D:5      | 89847 ||| FLEEEEING.
 89863 | D:5      | 89863 ||| FLEEEEING.
 89877 | D:5      | Touched by the power of Zot.
 89878 | D:5      | Glimpsed the power of Zot.
 89879 | D:5      | 89879 ||| FLEEEEING.
 89895 | D:5      | 89895 ||| FLEEEEING.
 89911 | D:5      | 89911 ||| FLEEEEING.
 89927 | D:5      | 89927 ||| FLEEEEING.
 89943 | D:5      | 89943 ||| FLEEEEING.
 89959 | D:5      | 89959 ||| FLEEEEING.
 89975 | D:5      | 89975 ||| FLEEEEING.
 89991 | D:5      | 89991 ||| FLEEEEING.
 90007 | D:5      | 90007 ||| FLEEEEING.
 90023 | D:5      | 90023 ||| FLEEEEING.
 90039 | D:5      | 90039 ||| FLEEEEING.
 90055 | D:5      | 90055 ||| FLEEEEING.
 90071 | D:5      | 90071 ||| FLEEEEING.
 90087 | D:5      | 90087 ||| FLEEEEING.
 90103 | D:5      | 90103 ||| FLEEEEING.
 90119 | D:5      | 90119 ||| FLEEEEING.
 90135 | D:5      | 90135 ||| FLEEEEING.
 90151 | D:5      | 90151 ||| FLEEEEING.
 90167 | D:5      | 90167 ||| FLEEEEING.
 90183 | D:5      | 90183 ||| FLEEEEING.
 90199 | D:5      | 90199 ||| FLEEEEING.
 90215 | D:5      | 90215 ||| FLEEEEING.
 90231 | D:5      | 90231 ||| FLEEEEING.
 90247 | D:5      | 90247 ||| FLEEEEING.
 90263 | D:5      | 90263 ||| FLEEEEING.
 90279 | D:5      | 90279 ||| FLEEEEING.
 90295 | D:5      | 90295 ||| FLEEEEING.
 90311 | D:5      | 90311 ||| FLEEEEING.
 90327 | D:5      | 90327 ||| FLEEEEING.
 90343 | D:5      | 90343 ||| FLEEEEING.
 90359 | D:5      | 90359 ||| FLEEEEING.
 90375 | D:5      | 90375 ||| FLEEEEING.
 90378 | D:5      | Glimpsed the power of Zot.
 90391 | D:5      | 90391 ||| FLEEEEING.
 90407 | D:5      | 90407 ||| FLEEEEING.
 90423 | D:5      | 90423 ||| FLEEEEING.
 90439 | D:5      | 90439 ||| FLEEEEING.
 90455 | D:5      | 90455 ||| FLEEEEING.
 90471 | D:5      | 90471 ||| FLEEEEING.
 90487 | D:5      | 90487 ||| FLEEEEING.
 90503 | D:5      | 90503 ||| FLEEEEING.
 90519 | D:5      | 90519 ||| FLEEEEING.
 90535 | D:5      | 90535 ||| FLEEEEING.
 90551 | D:5      | 90551 ||| FLEEEEING.
 90567 | D:5      | 90567 ||| FLEEEEING.
 90583 | D:5      | 90583 ||| FLEEEEING.
 90599 | D:5      | 90599 ||| FLEEEEING.
 90615 | D:5      | 90615 ||| FLEEEEING.
 90631 | D:5      | 90631 ||| FLEEEEING.
 90647 | D:5      | 90647 ||| FLEEEEING.
 90663 | D:5      | 90663 ||| FLEEEEING.
 90679 | D:5      | 90679 ||| FLEEEEING.
 90695 | D:5      | 90695 ||| FLEEEEING.
 90711 | D:5      | 90711 ||| FLEEEEING.
 90727 | D:5      | 90727 ||| FLEEEEING.
 90743 | D:5      | 90743 ||| FLEEEEING.
 90759 | D:5      | 90759 ||| FLEEEEING.
 90775 | D:5      | 90775 ||| FLEEEEING.
 90778 | D:5      | Glimpsed the power of Zot.
 90791 | D:5      | 90791 ||| FLEEEEING.
 90807 | D:5      | 90807 ||| FLEEEEING.
 90823 | D:5      | 90823 ||| FLEEEEING.
 90839 | D:5      | 90839 ||| FLEEEEING.
 90855 | D:5      | 90855 ||| FLEEEEING.
 90871 | D:5      | 90871 ||| FLEEEEING.
 90877 | D:5      | Touched by the power of Zot.
 90878 | D:5      | Glimpsed the power of Zot.
 90887 | D:5      | 90887 ||| FLEEEEING.
 90903 | D:5      | 90903 ||| FLEEEEING.
 90919 | D:5      | 90919 ||| FLEEEEING.
 90935 | D:5      | 90935 ||| FLEEEEING.
 90951 | D:5      | 90951 ||| FLEEEEING.
 90967 | D:5      | 90967 ||| FLEEEEING.
 90983 | D:5      | 90983 ||| FLEEEEING.
 90999 | D:5      | 90999 ||| FLEEEEING.
 91015 | D:5      | 91015 ||| FLEEEEING.
 91031 | D:5      | 91031 ||| FLEEEEING.
 91047 | D:5      | 91047 ||| FLEEEEING.
 91063 | D:5      | 91063 ||| FLEEEEING.
 91079 | D:5      | 91079 ||| FLEEEEING.
 91095 | D:5      | 91095 ||| FLEEEEING.
 91111 | D:5      | 91111 ||| FLEEEEING.
 91127 | D:5      | 91127 ||| FLEEEEING.
 91143 | D:5      | 91143 ||| FLEEEEING.
 91159 | D:5      | 91159 ||| FLEEEEING.
 91175 | D:5      | 91175 ||| FLEEEEING.
 91191 | D:5      | 91191 ||| FLEEEEING.
 91207 | D:5      | 91207 ||| FLEEEEING.
 91223 | D:5      | 91223 ||| FLEEEEING.
 91239 | D:5      | 91239 ||| FLEEEEING.
 91255 | D:5      | 91255 ||| FLEEEEING.
 91271 | D:5      | 91271 ||| FLEEEEING.
 91287 | D:5      | 91287 ||| FLEEEEING.
 91303 | D:5      | 91303 ||| FLEEEEING.
 91319 | D:5      | 91319 ||| FLEEEEING.
 91335 | D:5      | 91335 ||| FLEEEEING.
 91351 | D:5      | 91351 ||| FLEEEEING.
 91367 | D:5      | 91367 ||| FLEEEEING.
 91378 | D:5      | Glimpsed the power of Zot.
 91383 | D:5      | 91383 ||| FLEEEEING.
 91399 | D:5      | 91399 ||| FLEEEEING.
 91415 | D:5      | 91415 ||| FLEEEEING.
 91431 | D:5      | 91431 ||| FLEEEEING.
 91447 | D:5      | 91447 ||| FLEEEEING.
 91463 | D:5      | 91463 ||| FLEEEEING.
 91479 | D:5      | 91479 ||| FLEEEEING.
 91495 | D:5      | 91495 ||| FLEEEEING.
 91511 | D:5      | 91511 ||| FLEEEEING.
 91527 | D:5      | 91527 ||| FLEEEEING.
 91543 | D:5      | 91543 ||| FLEEEEING.
 91559 | D:5      | 91559 ||| FLEEEEING.
 91575 | D:5      | 91575 ||| FLEEEEING.
 91591 | D:5      | 91591 ||| FLEEEEING.
 91607 | D:5      | 91607 ||| FLEEEEING.
 91623 | D:5      | 91623 ||| FLEEEEING.
 91639 | D:5      | 91639 ||| FLEEEEING.
 91655 | D:5      | 91655 ||| FLEEEEING.
 91671 | D:5      | 91671 ||| FLEEEEING.
 91687 | D:5      | 91687 ||| FLEEEEING.
 91703 | D:5      | 91703 ||| FLEEEEING.
 91719 | D:5      | 91719 ||| FLEEEEING.
 91735 | D:5      | 91735 ||| FLEEEEING.
 91751 | D:5      | 91751 ||| FLEEEEING.
 91767 | D:5      | 91767 ||| FLEEEEING.
 91778 | D:5      | Glimpsed the power of Zot.
 91783 | D:5      | 91783 ||| FLEEEEING.
 91799 | D:5      | 91799 ||| FLEEEEING.
 91815 | D:5      | 91815 ||| FLEEEEING.
 91831 | D:5      | 91831 ||| FLEEEEING.
 91847 | D:5      | 91847 ||| FLEEEEING.
 91863 | D:5      | 91863 ||| FLEEEEING.
 91877 | D:5      | Touched by the power of Zot.
 91878 | D:5      | Glimpsed the power of Zot.
 91879 | D:5      | 91879 ||| FLEEEEING.
 91895 | D:5      | 91895 ||| FLEEEEING.
 91911 | D:5      | 91911 ||| FLEEEEING.
 91927 | D:5      | 91927 ||| FLEEEEING.
 91943 | D:5      | 91943 ||| FLEEEEING.
 91959 | D:5      | 91959 ||| FLEEEEING.
 91975 | D:5      | 91975 ||| FLEEEEING.
 91991 | D:5      | 91991 ||| FLEEEEING.
 92007 | D:5      | 92007 ||| FLEEEEING.
 92023 | D:5      | 92023 ||| FLEEEEING.
 92039 | D:5      | 92039 ||| FLEEEEING.
 92055 | D:5      | 92055 ||| FLEEEEING.
 92071 | D:5      | 92071 ||| FLEEEEING.
 92087 | D:5      | 92087 ||| FLEEEEING.
 92103 | D:5      | 92103 ||| FLEEEEING.
 92119 | D:5      | 92119 ||| FLEEEEING.
 92135 | D:5      | 92135 ||| FLEEEEING.
 92151 | D:5      | 92151 ||| FLEEEEING.
 92167 | D:5      | 92167 ||| FLEEEEING.
 92183 | D:5      | 92183 ||| FLEEEEING.
 92199 | D:5      | 92199 ||| FLEEEEING.
 92215 | D:5      | 92215 ||| FLEEEEING.
 92231 | D:5      | 92231 ||| FLEEEEING.
 92247 | D:5      | 92247 ||| FLEEEEING.
 92263 | D:5      | 92263 ||| FLEEEEING.
 92279 | D:5      | 92279 ||| FLEEEEING.
 92295 | D:5      | 92295 ||| FLEEEEING.
 92311 | D:5      | 92311 ||| FLEEEEING.
 92327 | D:5      | 92327 ||| FLEEEEING.
 92343 | D:5      | 92343 ||| FLEEEEING.
 92359 | D:5      | 92359 ||| FLEEEEING.
 92375 | D:5      | 92375 ||| FLEEEEING.
 92378 | D:5      | Glimpsed the power of Zot.
 92391 | D:5      | 92391 ||| FLEEEEING.
 92407 | D:5      | 92407 ||| FLEEEEING.
 92423 | D:5      | 92423 ||| FLEEEEING.
 92439 | D:5      | 92439 ||| FLEEEEING.
 92455 | D:5      | 92455 ||| FLEEEEING.
 92471 | D:5      | 92471 ||| FLEEEEING.
 92487 | D:5      | 92487 ||| FLEEEEING.
 92503 | D:5      | 92503 ||| FLEEEEING.
 92519 | D:5      | 92519 ||| FLEEEEING.
 92535 | D:5      | 92535 ||| FLEEEEING.
 92551 | D:5      | 92551 ||| FLEEEEING.
 92567 | D:5      | 92567 ||| FLEEEEING.
 92583 | D:5      | 92583 ||| FLEEEEING.
 92599 | D:5      | 92599 ||| FLEEEEING.
 92615 | D:5      | 92615 ||| FLEEEEING.
 92631 | D:5      | 92631 ||| FLEEEEING.
 92647 | D:5      | 92647 ||| FLEEEEING.
 92663 | D:5      | 92663 ||| FLEEEEING.
 92679 | D:5      | 92679 ||| FLEEEEING.
 92695 | D:5      | 92695 ||| FLEEEEING.
 92711 | D:5      | 92711 ||| FLEEEEING.
 92727 | D:5      | 92727 ||| FLEEEEING.
 92743 | D:5      | 92743 ||| FLEEEEING.
 92759 | D:5      | 92759 ||| FLEEEEING.
 92775 | D:5      | 92775 ||| FLEEEEING.
 92778 | D:5      | Glimpsed the power of Zot.
 92791 | D:5      | 92791 ||| FLEEEEING.
 92807 | D:5      | 92807 ||| FLEEEEING.
 92823 | D:5      | 92823 ||| FLEEEEING.
 92839 | D:5      | 92839 ||| FLEEEEING.
 92855 | D:5      | 92855 ||| FLEEEEING.
 92871 | D:5      | 92871 ||| FLEEEEING.
 92877 | D:5      | Touched by the power of Zot.
 92878 | D:5      | Glimpsed the power of Zot.
 92887 | D:5      | 92887 ||| FLEEEEING.
 92903 | D:5      | 92903 ||| FLEEEEING.
 92919 | D:5      | 92919 ||| FLEEEEING.
 92935 | D:5      | 92935 ||| FLEEEEING.
 92951 | D:5      | 92951 ||| FLEEEEING.
 92967 | D:5      | 92967 ||| FLEEEEING.
 92983 | D:5      | 92983 ||| FLEEEEING.
 92999 | D:5      | 92999 ||| FLEEEEING.
 93015 | D:5      | 93015 ||| FLEEEEING.
 93031 | D:5      | 93031 ||| FLEEEEING.
 93047 | D:5      | 93047 ||| FLEEEEING.
 93063 | D:5      | 93063 ||| FLEEEEING.
 93079 | D:5      | 93079 ||| FLEEEEING.
 93095 | D:5      | 93095 ||| FLEEEEING.
 93111 | D:5      | 93111 ||| FLEEEEING.
 93127 | D:5      | 93127 ||| FLEEEEING.
 93143 | D:5      | 93143 ||| FLEEEEING.
 93159 | D:5      | 93159 ||| FLEEEEING.
 93175 | D:5      | 93175 ||| FLEEEEING.
 93191 | D:5      | 93191 ||| FLEEEEING.
 93207 | D:5      | 93207 ||| FLEEEEING.
 93223 | D:5      | 93223 ||| FLEEEEING.
 93239 | D:5      | 93239 ||| FLEEEEING.
 93255 | D:5      | 93255 ||| FLEEEEING.
 93271 | D:5      | 93271 ||| FLEEEEING.
 93287 | D:5      | 93287 ||| FLEEEEING.
 93303 | D:5      | 93303 ||| FLEEEEING.
 93319 | D:5      | 93319 ||| FLEEEEING.
 93335 | D:5      | 93335 ||| FLEEEEING.
 93351 | D:5      | 93351 ||| FLEEEEING.
 93367 | D:5      | 93367 ||| FLEEEEING.
 93378 | D:5      | Glimpsed the power of Zot.
 93383 | D:5      | 93383 ||| FLEEEEING.
 93399 | D:5      | 93399 ||| FLEEEEING.
 93415 | D:5      | 93415 ||| FLEEEEING.
 93431 | D:5      | 93431 ||| FLEEEEING.
 93447 | D:5      | 93447 ||| FLEEEEING.
 93463 | D:5      | 93463 ||| FLEEEEING.
 93479 | D:5      | 93479 ||| FLEEEEING.
 93495 | D:5      | 93495 ||| FLEEEEING.
 93511 | D:5      | 93511 ||| FLEEEEING.
 93527 | D:5      | 93527 ||| FLEEEEING.
 93543 | D:5      | 93543 ||| FLEEEEING.
 93559 | D:5      | 93559 ||| FLEEEEING.
 93575 | D:5      | 93575 ||| FLEEEEING.
 93591 | D:5      | 93591 ||| FLEEEEING.
 93607 | D:5      | 93607 ||| FLEEEEING.
 93623 | D:5      | 93623 ||| FLEEEEING.
 93639 | D:5      | 93639 ||| FLEEEEING.
 93655 | D:5      | 93655 ||| FLEEEEING.
 93671 | D:5      | 93671 ||| FLEEEEING.
 93687 | D:5      | 93687 ||| FLEEEEING.
 93703 | D:5      | 93703 ||| FLEEEEING.
 93719 | D:5      | 93719 ||| FLEEEEING.
 93735 | D:5      | 93735 ||| FLEEEEING.
 93751 | D:5      | 93751 ||| FLEEEEING.
 93767 | D:5      | 93767 ||| FLEEEEING.
 93778 | D:5      | Glimpsed the power of Zot.
 93783 | D:5      | 93783 ||| FLEEEEING.
 93799 | D:5      | 93799 ||| FLEEEEING.
 93815 | D:5      | 93815 ||| FLEEEEING.
 93831 | D:5      | 93831 ||| FLEEEEING.
 93847 | D:5      | 93847 ||| FLEEEEING.
 93863 | D:5      | 93863 ||| FLEEEEING.
 93877 | D:5      | Touched by the power of Zot.
 93878 | D:5      | Glimpsed the power of Zot.
 93879 | D:5      | 93879 ||| FLEEEEING.
 93895 | D:5      | 93895 ||| FLEEEEING.
 93911 | D:5      | 93911 ||| FLEEEEING.
 93927 | D:5      | 93927 ||| FLEEEEING.
 93943 | D:5      | 93943 ||| FLEEEEING.
 93959 | D:5      | 93959 ||| FLEEEEING.
 93975 | D:5      | 93975 ||| FLEEEEING.
 93991 | D:5      | 93991 ||| FLEEEEING.
 94007 | D:5      | 94007 ||| FLEEEEING.
 94023 | D:5      | 94023 ||| FLEEEEING.
 94039 | D:5      | 94039 ||| FLEEEEING.
 94055 | D:5      | 94055 ||| FLEEEEING.
 94071 | D:5      | 94071 ||| FLEEEEING.
 94087 | D:5      | 94087 ||| FLEEEEING.
 94103 | D:5      | 94103 ||| FLEEEEING.
 94119 | D:5      | 94119 ||| FLEEEEING.
 94135 | D:5      | 94135 ||| FLEEEEING.
 94151 | D:5      | 94151 ||| FLEEEEING.
 94167 | D:5      | 94167 ||| FLEEEEING.
 94183 | D:5      | 94183 ||| FLEEEEING.
 94199 | D:5      | 94199 ||| FLEEEEING.
 94215 | D:5      | 94215 ||| FLEEEEING.
 94231 | D:5      | 94231 ||| FLEEEEING.
 94247 | D:5      | 94247 ||| FLEEEEING.
 94263 | D:5      | 94263 ||| FLEEEEING.
 94279 | D:5      | 94279 ||| FLEEEEING.
 94295 | D:5      | 94295 ||| FLEEEEING.
 94311 | D:5      | 94311 ||| FLEEEEING.
 94327 | D:5      | 94327 ||| FLEEEEING.
 94343 | D:5      | 94343 ||| FLEEEEING.
 94359 | D:5      | 94359 ||| FLEEEEING.
 94375 | D:5      | 94375 ||| FLEEEEING.
 94378 | D:5      | Glimpsed the power of Zot.
 94391 | D:5      | 94391 ||| FLEEEEING.
 94407 | D:5      | 94407 ||| FLEEEEING.
 94423 | D:5      | 94423 ||| FLEEEEING.
 94439 | D:5      | 94439 ||| FLEEEEING.
 94455 | D:5      | 94455 ||| FLEEEEING.
 94471 | D:5      | 94471 ||| FLEEEEING.
 94487 | D:5      | 94487 ||| FLEEEEING.
 94503 | D:5      | 94503 ||| FLEEEEING.
 94519 | D:5      | 94519 ||| FLEEEEING.
 94535 | D:5      | 94535 ||| FLEEEEING.
 94551 | D:5      | 94551 ||| FLEEEEING.
 94567 | D:5      | 94567 ||| FLEEEEING.
 94583 | D:5      | 94583 ||| FLEEEEING.
 94599 | D:5      | 94599 ||| FLEEEEING.
 94615 | D:5      | 94615 ||| FLEEEEING.
 94631 | D:5      | 94631 ||| FLEEEEING.
 94647 | D:5      | 94647 ||| FLEEEEING.
 94663 | D:5      | 94663 ||| FLEEEEING.
 94679 | D:5      | 94679 ||| FLEEEEING.
 94695 | D:5      | 94695 ||| FLEEEEING.
 94711 | D:5      | 94711 ||| FLEEEEING.
 94727 | D:5      | 94727 ||| FLEEEEING.
 94743 | D:5      | 94743 ||| FLEEEEING.
 94759 | D:5      | 94759 ||| FLEEEEING.
 94775 | D:5      | 94775 ||| FLEEEEING.
 94778 | D:5      | Glimpsed the power of Zot.
 94791 | D:5      | 94791 ||| FLEEEEING.
 94807 | D:5      | 94807 ||| FLEEEEING.
 94823 | D:5      | 94823 ||| FLEEEEING.
 94839 | D:5      | 94839 ||| FLEEEEING.
 94855 | D:5      | 94855 ||| FLEEEEING.
 94871 | D:5      | 94871 ||| FLEEEEING.
 94877 | D:5      | Touched by the power of Zot.
 94878 | D:5      | Glimpsed the power of Zot.
 94887 | D:5      | 94887 ||| FLEEEEING.
 94903 | D:5      | 94903 ||| FLEEEEING.
 94919 | D:5      | 94919 ||| FLEEEEING.
 94935 | D:5      | 94935 ||| FLEEEEING.
 94951 | D:5      | 94951 ||| FLEEEEING.
 94967 | D:5      | 94967 ||| FLEEEEING.
 94983 | D:5      | 94983 ||| FLEEEEING.
 94999 | D:5      | 94999 ||| FLEEEEING.
 95015 | D:5      | 95015 ||| FLEEEEING.
 95031 | D:5      | 95031 ||| FLEEEEING.
 95047 | D:5      | 95047 ||| FLEEEEING.
 95063 | D:5      | 95063 ||| FLEEEEING.
 95079 | D:5      | 95079 ||| FLEEEEING.
 95095 | D:5      | 95095 ||| FLEEEEING.
 95111 | D:5      | 95111 ||| FLEEEEING.
 95127 | D:5      | 95127 ||| FLEEEEING.
 95143 | D:5      | 95143 ||| FLEEEEING.
 95159 | D:5      | 95159 ||| FLEEEEING.
 95175 | D:5      | 95175 ||| FLEEEEING.
 95191 | D:5      | 95191 ||| FLEEEEING.
 95207 | D:5      | 95207 ||| FLEEEEING.
 95223 | D:5      | 95223 ||| FLEEEEING.
 95239 | D:5      | 95239 ||| FLEEEEING.
 95255 | D:5      | 95255 ||| FLEEEEING.
 95271 | D:5      | 95271 ||| FLEEEEING.
 95287 | D:5      | 95287 ||| FLEEEEING.
 95303 | D:5      | 95303 ||| FLEEEEING.
 95319 | D:5      | 95319 ||| FLEEEEING.
 95335 | D:5      | 95335 ||| FLEEEEING.
 95351 | D:5      | 95351 ||| FLEEEEING.
 95367 | D:5      | 95367 ||| FLEEEEING.
 95378 | D:5      | Glimpsed the power of Zot.
 95383 | D:5      | 95383 ||| FLEEEEING.
 95399 | D:5      | 95399 ||| FLEEEEING.
 95415 | D:5      | 95415 ||| FLEEEEING.
 95431 | D:5      | 95431 ||| FLEEEEING.
 95447 | D:5      | 95447 ||| FLEEEEING.
 95463 | D:5      | 95463 ||| FLEEEEING.
 95479 | D:5      | 95479 ||| FLEEEEING.
 95495 | D:5      | 95495 ||| FLEEEEING.
 95511 | D:5      | 95511 ||| FLEEEEING.
 95527 | D:5      | 95527 ||| FLEEEEING.
 95543 | D:5      | 95543 ||| FLEEEEING.
 95559 | D:5      | 95559 ||| FLEEEEING.
 95575 | D:5      | 95575 ||| FLEEEEING.
 95591 | D:5      | 95591 ||| FLEEEEING.
 95607 | D:5      | 95607 ||| FLEEEEING.
 95623 | D:5      | 95623 ||| FLEEEEING.
 95639 | D:5      | 95639 ||| FLEEEEING.
 95655 | D:5      | 95655 ||| FLEEEEING.
 95671 | D:5      | 95671 ||| FLEEEEING.
 95687 | D:5      | 95687 ||| FLEEEEING.
 95703 | D:5      | 95703 ||| FLEEEEING.
 95719 | D:5      | 95719 ||| FLEEEEING.
 95735 | D:5      | 95735 ||| FLEEEEING.
 95751 | D:5      | 95751 ||| FLEEEEING.
 95767 | D:5      | 95767 ||| FLEEEEING.
 95778 | D:5      | Glimpsed the power of Zot.
 95783 | D:5      | 95783 ||| FLEEEEING.
 95799 | D:5      | 95799 ||| FLEEEEING.
 95815 | D:5      | 95815 ||| FLEEEEING.
 95831 | D:5      | 95831 ||| FLEEEEING.
 95847 | D:5      | 95847 ||| FLEEEEING.
 95863 | D:5      | 95863 ||| FLEEEEING.
 95877 | D:5      | Touched by the power of Zot.
 95878 | D:5      | Glimpsed the power of Zot.
 95879 | D:5      | 95879 ||| FLEEEEING.
 95895 | D:5      | 95895 ||| FLEEEEING.
 95911 | D:5      | 95911 ||| FLEEEEING.
 95927 | D:5      | 95927 ||| FLEEEEING.
 95943 | D:5      | 95943 ||| FLEEEEING.
 95959 | D:5      | 95959 ||| FLEEEEING.
 95975 | D:5      | 95975 ||| FLEEEEING.
 95991 | D:5      | 95991 ||| FLEEEEING.
 96007 | D:5      | 96007 ||| FLEEEEING.
 96023 | D:5      | 96023 ||| FLEEEEING.
 96039 | D:5      | 96039 ||| FLEEEEING.
 96055 | D:5      | 96055 ||| FLEEEEING.
 96071 | D:5      | 96071 ||| FLEEEEING.
 96087 | D:5      | 96087 ||| FLEEEEING.
 96103 | D:5      | 96103 ||| FLEEEEING.
 96119 | D:5      | 96119 ||| FLEEEEING.
 96135 | D:5      | 96135 ||| FLEEEEING.
 96151 | D:5      | 96151 ||| FLEEEEING.
 96167 | D:5      | 96167 ||| FLEEEEING.
 96183 | D:5      | 96183 ||| FLEEEEING.
 96199 | D:5      | 96199 ||| FLEEEEING.
 96215 | D:5      | 96215 ||| FLEEEEING.
 96231 | D:5      | 96231 ||| FLEEEEING.
 96247 | D:5      | 96247 ||| FLEEEEING.
 96263 | D:5      | 96263 ||| FLEEEEING.
 96279 | D:5      | 96279 ||| FLEEEEING.
 96295 | D:5      | 96295 ||| FLEEEEING.
 96311 | D:5      | 96311 ||| FLEEEEING.
 96327 | D:5      | 96327 ||| FLEEEEING.
 96343 | D:5      | 96343 ||| FLEEEEING.
 96359 | D:5      | 96359 ||| FLEEEEING.
 96375 | D:5      | 96375 ||| FLEEEEING.
 96378 | D:5      | Glimpsed the power of Zot.
 96391 | D:5      | 96391 ||| FLEEEEING.
 96407 | D:5      | 96407 ||| FLEEEEING.
 96423 | D:5      | 96423 ||| FLEEEEING.
 96439 | D:5      | 96439 ||| FLEEEEING.
 96455 | D:5      | 96455 ||| FLEEEEING.
 96471 | D:5      | 96471 ||| FLEEEEING.
 96487 | D:5      | 96487 ||| FLEEEEING.
 96503 | D:5      | 96503 ||| FLEEEEING.
 96519 | D:5      | 96519 ||| FLEEEEING.
 96535 | D:5      | 96535 ||| FLEEEEING.
 96551 | D:5      | 96551 ||| FLEEEEING.
 96567 | D:5      | 96567 ||| FLEEEEING.
 96583 | D:5      | 96583 ||| FLEEEEING.
 96599 | D:5      | 96599 ||| FLEEEEING.
 96615 | D:5      | 96615 ||| FLEEEEING.
 96631 | D:5      | 96631 ||| FLEEEEING.
 96647 | D:5      | 96647 ||| FLEEEEING.
 96663 | D:5      | 96663 ||| FLEEEEING.
 96679 | D:5      | 96679 ||| FLEEEEING.
 96695 | D:5      | 96695 ||| FLEEEEING.
 96711 | D:5      | 96711 ||| FLEEEEING.
 96727 | D:5      | 96727 ||| FLEEEEING.
 96743 | D:5      | 96743 ||| FLEEEEING.
 96759 | D:5      | 96759 ||| FLEEEEING.
 96775 | D:5      | 96775 ||| FLEEEEING.
 96778 | D:5      | Glimpsed the power of Zot.
 96791 | D:5      | 96791 ||| FLEEEEING.
 96807 | D:5      | 96807 ||| FLEEEEING.
 96823 | D:5      | 96823 ||| FLEEEEING.
 96839 | D:5      | 96839 ||| FLEEEEING.
 96855 | D:5      | 96855 ||| FLEEEEING.
 96871 | D:5      | 96871 ||| FLEEEEING.
 96877 | D:5      | Touched by the power of Zot.
 96878 | D:5      | Glimpsed the power of Zot.
 96887 | D:5      | 96887 ||| FLEEEEING.
 96903 | D:5      | 96903 ||| FLEEEEING.
 96919 | D:5      | 96919 ||| FLEEEEING.
 96935 | D:5      | 96935 ||| FLEEEEING.
 96951 | D:5      | 96951 ||| FLEEEEING.
 96967 | D:5      | 96967 ||| FLEEEEING.
 96983 | D:5      | 96983 ||| FLEEEEING.
 96999 | D:5      | 96999 ||| FLEEEEING.
 97015 | D:5      | 97015 ||| FLEEEEING.
 97031 | D:5      | 97031 ||| FLEEEEING.
 97047 | D:5      | 97047 ||| FLEEEEING.
 97063 | D:5      | 97063 ||| FLEEEEING.
 97079 | D:5      | 97079 ||| FLEEEEING.
 97095 | D:5      | 97095 ||| FLEEEEING.
 97111 | D:5      | 97111 ||| FLEEEEING.
 97127 | D:5      | 97127 ||| FLEEEEING.
 97143 | D:5      | 97143 ||| FLEEEEING.
 97159 | D:5      | 97159 ||| FLEEEEING.
 97175 | D:5      | 97175 ||| FLEEEEING.
 97191 | D:5      | 97191 ||| FLEEEEING.
 97207 | D:5      | 97207 ||| FLEEEEING.
 97223 | D:5      | 97223 ||| FLEEEEING.
 97239 | D:5      | 97239 ||| FLEEEEING.
 97255 | D:5      | 97255 ||| FLEEEEING.
 97271 | D:5      | 97271 ||| FLEEEEING.
 97287 | D:5      | 97287 ||| FLEEEEING.
 97303 | D:5      | 97303 ||| FLEEEEING.
 97319 | D:5      | 97319 ||| FLEEEEING.
 97335 | D:5      | 97335 ||| FLEEEEING.
 97351 | D:5      | 97351 ||| FLEEEEING.
 97367 | D:5      | 97367 ||| FLEEEEING.
 97378 | D:5      | Glimpsed the power of Zot.
 97383 | D:5      | 97383 ||| FLEEEEING.
 97399 | D:5      | 97399 ||| FLEEEEING.
 97415 | D:5      | 97415 ||| FLEEEEING.
 97431 | D:5      | 97431 ||| FLEEEEING.
 97447 | D:5      | 97447 ||| FLEEEEING.
 97463 | D:5      | 97463 ||| FLEEEEING.
 97479 | D:5      | 97479 ||| FLEEEEING.
 97495 | D:5      | 97495 ||| FLEEEEING.
 97511 | D:5      | 97511 ||| FLEEEEING.
 97527 | D:5      | 97527 ||| FLEEEEING.
 97543 | D:5      | 97543 ||| FLEEEEING.
 97559 | D:5      | 97559 ||| FLEEEEING.
 97575 | D:5      | 97575 ||| FLEEEEING.
 97591 | D:5      | 97591 ||| FLEEEEING.
 97607 | D:5      | 97607 ||| FLEEEEING.
 97623 | D:5      | 97623 ||| FLEEEEING.
 97639 | D:5      | 97639 ||| FLEEEEING.
 97655 | D:5      | 97655 ||| FLEEEEING.
 97671 | D:5      | 97671 ||| FLEEEEING.
 97687 | D:5      | 97687 ||| FLEEEEING.
 97703 | D:5      | 97703 ||| FLEEEEING.
 97719 | D:5      | 97719 ||| FLEEEEING.
 97735 | D:5      | 97735 ||| FLEEEEING.
 97751 | D:5      | 97751 ||| FLEEEEING.
 97767 | D:5      | 97767 ||| FLEEEEING.
 97778 | D:5      | Glimpsed the power of Zot.
 97783 | D:5      | 97783 ||| FLEEEEING.
 97799 | D:5      | 97799 ||| FLEEEEING.
 97815 | D:5      | 97815 ||| FLEEEEING.
 97831 | D:5      | 97831 ||| FLEEEEING.
 97847 | D:5      | 97847 ||| FLEEEEING.
 97863 | D:5      | 97863 ||| FLEEEEING.
 97877 | D:5      | Touched by the power of Zot.
 97878 | D:5      | Glimpsed the power of Zot.
 97879 | D:5      | 97879 ||| FLEEEEING.
 97895 | D:5      | 97895 ||| FLEEEEING.
 97911 | D:5      | 97911 ||| FLEEEEING.
 97927 | D:5      | 97927 ||| FLEEEEING.
 97943 | D:5      | 97943 ||| FLEEEEING.
 97959 | D:5      | 97959 ||| FLEEEEING.
 97975 | D:5      | 97975 ||| FLEEEEING.
 97991 | D:5      | 97991 ||| FLEEEEING.
 98007 | D:5      | 98007 ||| FLEEEEING.
 98023 | D:5      | 98023 ||| FLEEEEING.
 98039 | D:5      | 98039 ||| FLEEEEING.
 98055 | D:5      | 98055 ||| FLEEEEING.
 98071 | D:5      | 98071 ||| FLEEEEING.
 98087 | D:5      | 98087 ||| FLEEEEING.
 98103 | D:5      | 98103 ||| FLEEEEING.
 98119 | D:5      | 98119 ||| FLEEEEING.
 98135 | D:5      | 98135 ||| FLEEEEING.
 98151 | D:5      | 98151 ||| FLEEEEING.
 98167 | D:5      | 98167 ||| FLEEEEING.
 98183 | D:5      | 98183 ||| FLEEEEING.
 98199 | D:5      | 98199 ||| FLEEEEING.
 98215 | D:5      | 98215 ||| FLEEEEING.
 98231 | D:5      | 98231 ||| FLEEEEING.
 98247 | D:5      | 98247 ||| FLEEEEING.
 98263 | D:5      | 98263 ||| FLEEEEING.
 98279 | D:5      | 98279 ||| FLEEEEING.
 98295 | D:5      | 98295 ||| FLEEEEING.
 98311 | D:5      | 98311 ||| FLEEEEING.
 98327 | D:5      | 98327 ||| FLEEEEING.
 98343 | D:5      | 98343 ||| FLEEEEING.
 98359 | D:5      | 98359 ||| FLEEEEING.
 98375 | D:5      | 98375 ||| FLEEEEING.
 98378 | D:5      | Glimpsed the power of Zot.
 98391 | D:5      | 98391 ||| FLEEEEING.
 98407 | D:5      | 98407 ||| FLEEEEING.
 98423 | D:5      | 98423 ||| FLEEEEING.
 98439 | D:5      | 98439 ||| FLEEEEING.
 98455 | D:5      | 98455 ||| FLEEEEING.
 98471 | D:5      | 98471 ||| FLEEEEING.
 98487 | D:5      | 98487 ||| FLEEEEING.
 98503 | D:5      | 98503 ||| FLEEEEING.
 98519 | D:5      | 98519 ||| FLEEEEING.
 98535 | D:5      | 98535 ||| FLEEEEING.
 98551 | D:5      | 98551 ||| FLEEEEING.
 98567 | D:5      | 98567 ||| FLEEEEING.
 98583 | D:5      | 98583 ||| FLEEEEING.
 98599 | D:5      | 98599 ||| FLEEEEING.
 98615 | D:5      | 98615 ||| FLEEEEING.
 98631 | D:5      | 98631 ||| FLEEEEING.
 98647 | D:5      | 98647 ||| FLEEEEING.
 98663 | D:5      | 98663 ||| FLEEEEING.
 98679 | D:5      | 98679 ||| FLEEEEING.
 98695 | D:5      | 98695 ||| FLEEEEING.
 98711 | D:5      | 98711 ||| FLEEEEING.
 98727 | D:5      | 98727 ||| FLEEEEING.
 98743 | D:5      | 98743 ||| FLEEEEING.
 98759 | D:5      | 98759 ||| FLEEEEING.
 98775 | D:5      | 98775 ||| FLEEEEING.
 98778 | D:5      | Glimpsed the power of Zot.
 98791 | D:5      | 98791 ||| FLEEEEING.
 98807 | D:5      | 98807 ||| FLEEEEING.
 98823 | D:5      | 98823 ||| FLEEEEING.
 98839 | D:5      | 98839 ||| FLEEEEING.
 98855 | D:5      | 98855 ||| FLEEEEING.
 98871 | D:5      | 98871 ||| FLEEEEING.
 98877 | D:5      | Touched by the power of Zot.
 98878 | D:5      | Glimpsed the power of Zot.
 98887 | D:5      | 98887 ||| FLEEEEING.
 98903 | D:5      | 98903 ||| FLEEEEING.
 98919 | D:5      | 98919 ||| FLEEEEING.
 98935 | D:5      | 98935 ||| FLEEEEING.
 98951 | D:5      | 98951 ||| FLEEEEING.
 98967 | D:5      | 98967 ||| FLEEEEING.
 98983 | D:5      | 98983 ||| FLEEEEING.
 98999 | D:5      | 98999 ||| FLEEEEING.
 99015 | D:5      | 99015 ||| FLEEEEING.
 99031 | D:5      | 99031 ||| FLEEEEING.
 99047 | D:5      | 99047 ||| FLEEEEING.
 99063 | D:5      | 99063 ||| FLEEEEING.
 99079 | D:5      | 99079 ||| FLEEEEING.
 99095 | D:5      | 99095 ||| FLEEEEING.
 99111 | D:5      | 99111 ||| FLEEEEING.
 99127 | D:5      | 99127 ||| FLEEEEING.
 99143 | D:5      | 99143 ||| FLEEEEING.
 99159 | D:5      | 99159 ||| FLEEEEING.
 99175 | D:5      | 99175 ||| FLEEEEING.
 99191 | D:5      | 99191 ||| FLEEEEING.
 99207 | D:5      | 99207 ||| FLEEEEING.
 99223 | D:5      | 99223 ||| FLEEEEING.
 99239 | D:5      | 99239 ||| FLEEEEING.
 99255 | D:5      | 99255 ||| FLEEEEING.
 99271 | D:5      | 99271 ||| FLEEEEING.
 99287 | D:5      | 99287 ||| FLEEEEING.
 99303 | D:5      | 99303 ||| FLEEEEING.
 99319 | D:5      | 99319 ||| FLEEEEING.
 99335 | D:5      | 99335 ||| FLEEEEING.
 99351 | D:5      | 99351 ||| FLEEEEING.
 99367 | D:5      | 99367 ||| FLEEEEING.
 99378 | D:5      | Glimpsed the power of Zot.
 99383 | D:5      | 99383 ||| FLEEEEING.
 99399 | D:5      | 99399 ||| FLEEEEING.
 99415 | D:5      | 99415 ||| FLEEEEING.
 99431 | D:5      | 99431 ||| FLEEEEING.
 99447 | D:5      | 99447 ||| FLEEEEING.
 99463 | D:5      | 99463 ||| FLEEEEING.
 99479 | D:5      | 99479 ||| FLEEEEING.
 99495 | D:5      | 99495 ||| FLEEEEING.
 99511 | D:5      | 99511 ||| FLEEEEING.
 99527 | D:5      | 99527 ||| FLEEEEING.
 99543 | D:5      | 99543 ||| FLEEEEING.
 99559 | D:5      | 99559 ||| FLEEEEING.
 99575 | D:5      | 99575 ||| FLEEEEING.
 99591 | D:5      | 99591 ||| FLEEEEING.
 99607 | D:5      | 99607 ||| FLEEEEING.
 99623 | D:5      | 99623 ||| FLEEEEING.
 99639 | D:5      | 99639 ||| FLEEEEING.
 99655 | D:5      | 99655 ||| FLEEEEING.
 99671 | D:5      | 99671 ||| FLEEEEING.
 99687 | D:5      | 99687 ||| FLEEEEING.
 99703 | D:5      | 99703 ||| FLEEEEING.
 99719 | D:5      | 99719 ||| FLEEEEING.
 99735 | D:5      | 99735 ||| FLEEEEING.
 99751 | D:5      | 99751 ||| FLEEEEING.
 99767 | D:5      | 99767 ||| FLEEEEING.
 99778 | D:5      | Glimpsed the power of Zot.
 99783 | D:5      | 99783 ||| FLEEEEING.
 99799 | D:5      | 99799 ||| FLEEEEING.
 99815 | D:5      | 99815 ||| FLEEEEING.
 99831 | D:5      | 99831 ||| FLEEEEING.
 99847 | D:5      | 99847 ||| FLEEEEING.
 99863 | D:5      | 99863 ||| FLEEEEING.
 99877 | D:5      | Touched by the power of Zot.
 99878 | D:5      | Glimpsed the power of Zot.
 99879 | D:5      | 99879 ||| FLEEEEING.
 99895 | D:5      | 99895 ||| FLEEEEING.
 99911 | D:5      | 99911 ||| FLEEEEING.
 99927 | D:5      | 99927 ||| FLEEEEING.
 99943 | D:5      | 99943 ||| FLEEEEING.
 99959 | D:5      | 99959 ||| FLEEEEING.
 99975 | D:5      | 99975 ||| FLEEEEING.
 99991 | D:5      | 99991 ||| FLEEEEING.
100007 | D:5      | 100007 ||| FLEEEEING.
100023 | D:5      | 100023 ||| FLEEEEING.
100039 | D:5      | 100039 ||| FLEEEEING.
100055 | D:5      | 100055 ||| FLEEEEING.
100071 | D:5      | 100071 ||| FLEEEEING.
100087 | D:5      | 100087 ||| FLEEEEING.
100103 | D:5      | 100103 ||| FLEEEEING.
100119 | D:5      | 100119 ||| FLEEEEING.
100135 | D:5      | 100135 ||| FLEEEEING.
100151 | D:5      | 100151 ||| FLEEEEING.
100167 | D:5      | 100167 ||| FLEEEEING.
100183 | D:5      | 100183 ||| FLEEEEING.
100199 | D:5      | 100199 ||| FLEEEEING.
100215 | D:5      | 100215 ||| FLEEEEING.
100231 | D:5      | 100231 ||| FLEEEEING.
100247 | D:5      | 100247 ||| FLEEEEING.
100263 | D:5      | 100263 ||| FLEEEEING.
100279 | D:5      | 100279 ||| FLEEEEING.
100295 | D:5      | 100295 ||| FLEEEEING.
100311 | D:5      | 100311 ||| FLEEEEING.
100327 | D:5      | 100327 ||| FLEEEEING.
100343 | D:5      | 100343 ||| FLEEEEING.
100359 | D:5      | 100359 ||| FLEEEEING.
100375 | D:5      | 100375 ||| FLEEEEING.
100378 | D:5      | Glimpsed the power of Zot.
100391 | D:5      | 100391 ||| FLEEEEING.
100407 | D:5      | 100407 ||| FLEEEEING.
100423 | D:5      | 100423 ||| FLEEEEING.
100439 | D:5      | 100439 ||| FLEEEEING.
100455 | D:5      | 100455 ||| FLEEEEING.
100471 | D:5      | 100471 ||| FLEEEEING.
100487 | D:5      | 100487 ||| FLEEEEING.
100503 | D:5      | 100503 ||| FLEEEEING.
100519 | D:5      | 100519 ||| FLEEEEING.
100535 | D:5      | 100535 ||| FLEEEEING.
100551 | D:5      | 100551 ||| FLEEEEING.
100567 | D:5      | 100567 ||| FLEEEEING.
100583 | D:5      | 100583 ||| FLEEEEING.
100599 | D:5      | 100599 ||| FLEEEEING.
100615 | D:5      | 100615 ||| FLEEEEING.
100631 | D:5      | 100631 ||| FLEEEEING.
100647 | D:5      | 100647 ||| FLEEEEING.
100663 | D:5      | 100663 ||| FLEEEEING.
100679 | D:5      | 100679 ||| FLEEEEING.
100695 | D:5      | 100695 ||| FLEEEEING.
100711 | D:5      | 100711 ||| FLEEEEING.
100727 | D:5      | 100727 ||| FLEEEEING.
100743 | D:5      | 100743 ||| FLEEEEING.
100759 | D:5      | 100759 ||| FLEEEEING.
100775 | D:5      | 100775 ||| FLEEEEING.
100778 | D:5      | Glimpsed the power of Zot.
100791 | D:5      | 100791 ||| FLEEEEING.
100807 | D:5      | 100807 ||| FLEEEEING.
100823 | D:5      | 100823 ||| FLEEEEING.
100839 | D:5      | 100839 ||| FLEEEEING.
100855 | D:5      | 100855 ||| FLEEEEING.
100871 | D:5      | 100871 ||| FLEEEEING.
100877 | D:5      | Touched by the power of Zot.
100878 | D:5      | Glimpsed the power of Zot.
100887 | D:5      | 100887 ||| FLEEEEING.
100903 | D:5      | 100903 ||| FLEEEEING.
100919 | D:5      | 100919 ||| FLEEEEING.
100935 | D:5      | 100935 ||| FLEEEEING.
100951 | D:5      | 100951 ||| FLEEEEING.
100967 | D:5      | 100967 ||| FLEEEEING.
100983 | D:5      | 100983 ||| FLEEEEING.
100999 | D:5      | 100999 ||| FLEEEEING.
101015 | D:5      | 101015 ||| FLEEEEING.
101031 | D:5      | 101031 ||| FLEEEEING.
101047 | D:5      | 101047 ||| FLEEEEING.
101063 | D:5      | 101063 ||| FLEEEEING.
101079 | D:5      | 101079 ||| FLEEEEING.
101095 | D:5      | 101095 ||| FLEEEEING.
101111 | D:5      | 101111 ||| FLEEEEING.
101127 | D:5      | 101127 ||| FLEEEEING.
101143 | D:5      | 101143 ||| FLEEEEING.
101159 | D:5      | 101159 ||| FLEEEEING.
101175 | D:5      | 101175 ||| FLEEEEING.
101191 | D:5      | 101191 ||| FLEEEEING.
101207 | D:5      | 101207 ||| FLEEEEING.
101223 | D:5      | 101223 ||| FLEEEEING.
101239 | D:5      | 101239 ||| FLEEEEING.
101255 | D:5      | 101255 ||| FLEEEEING.
101271 | D:5      | 101271 ||| FLEEEEING.
101287 | D:5      | 101287 ||| FLEEEEING.
101303 | D:5      | 101303 ||| FLEEEEING.
101319 | D:5      | 101319 ||| FLEEEEING.
101335 | D:5      | 101335 ||| FLEEEEING.
101351 | D:5      | 101351 ||| FLEEEEING.
101367 | D:5      | 101367 ||| FLEEEEING.
101378 | D:5      | Glimpsed the power of Zot.
101383 | D:5      | 101383 ||| FLEEEEING.
101399 | D:5      | 101399 ||| FLEEEEING.
101415 | D:5      | 101415 ||| FLEEEEING.
101431 | D:5      | 101431 ||| FLEEEEING.
101447 | D:5      | 101447 ||| FLEEEEING.
101463 | D:5      | 101463 ||| FLEEEEING.
101479 | D:5      | 101479 ||| FLEEEEING.
101495 | D:5      | 101495 ||| FLEEEEING.
101511 | D:5      | 101511 ||| FLEEEEING.
101527 | D:5      | 101527 ||| FLEEEEING.
101543 | D:5      | 101543 ||| FLEEEEING.
101559 | D:5      | 101559 ||| FLEEEEING.
101575 | D:5      | 101575 ||| FLEEEEING.
101591 | D:5      | 101591 ||| FLEEEEING.
101607 | D:5      | 101607 ||| FLEEEEING.
101623 | D:5      | 101623 ||| FLEEEEING.
101639 | D:5      | 101639 ||| FLEEEEING.
101655 | D:5      | 101655 ||| FLEEEEING.
101671 | D:5      | 101671 ||| FLEEEEING.
101687 | D:5      | 101687 ||| FLEEEEING.
101703 | D:5      | 101703 ||| FLEEEEING.
101719 | D:5      | 101719 ||| FLEEEEING.
101735 | D:5      | 101735 ||| FLEEEEING.
101751 | D:5      | 101751 ||| FLEEEEING.
101767 | D:5      | 101767 ||| FLEEEEING.
101778 | D:5      | Glimpsed the power of Zot.
101783 | D:5      | 101783 ||| FLEEEEING.
101799 | D:5      | 101799 ||| FLEEEEING.
101815 | D:5      | 101815 ||| FLEEEEING.
101831 | D:5      | 101831 ||| FLEEEEING.
101847 | D:5      | 101847 ||| FLEEEEING.
101863 | D:5      | 101863 ||| FLEEEEING.
101877 | D:5      | Touched by the power of Zot.
101878 | D:5      | Glimpsed the power of Zot.
101879 | D:5      | 101879 ||| FLEEEEING.
101895 | D:5      | 101895 ||| FLEEEEING.
101911 | D:5      | 101911 ||| FLEEEEING.
101927 | D:5      | 101927 ||| FLEEEEING.
101943 | D:5      | 101943 ||| FLEEEEING.
101959 | D:5      | 101959 ||| FLEEEEING.
101975 | D:5      | 101975 ||| FLEEEEING.
101991 | D:5      | 101991 ||| FLEEEEING.
102007 | D:5      | 102007 ||| FLEEEEING.
102023 | D:5      | 102023 ||| FLEEEEING.
102039 | D:5      | 102039 ||| FLEEEEING.
102055 | D:5      | 102055 ||| FLEEEEING.
102071 | D:5      | 102071 ||| FLEEEEING.
102087 | D:5      | 102087 ||| FLEEEEING.
102103 | D:5      | 102103 ||| FLEEEEING.
102119 | D:5      | 102119 ||| FLEEEEING.
102135 | D:5      | 102135 ||| FLEEEEING.
102151 | D:5      | 102151 ||| FLEEEEING.
102167 | D:5      | 102167 ||| FLEEEEING.
102183 | D:5      | 102183 ||| FLEEEEING.
102199 | D:5      | 102199 ||| FLEEEEING.
102215 | D:5      | 102215 ||| FLEEEEING.
102231 | D:5      | 102231 ||| FLEEEEING.
102247 | D:5      | 102247 ||| FLEEEEING.
102263 | D:5      | 102263 ||| FLEEEEING.
102279 | D:5      | 102279 ||| FLEEEEING.
102295 | D:5      | 102295 ||| FLEEEEING.
102311 | D:5      | 102311 ||| FLEEEEING.
102327 | D:5      | 102327 ||| FLEEEEING.
102343 | D:5      | 102343 ||| FLEEEEING.
102359 | D:5      | 102359 ||| FLEEEEING.
102375 | D:5      | 102375 ||| FLEEEEING.
102378 | D:5      | Glimpsed the power of Zot.
102391 | D:5      | 102391 ||| FLEEEEING.
102407 | D:5      | 102407 ||| FLEEEEING.
102423 | D:5      | 102423 ||| FLEEEEING.
102439 | D:5      | 102439 ||| FLEEEEING.
102455 | D:5      | 102455 ||| FLEEEEING.
102471 | D:5      | 102471 ||| FLEEEEING.
102487 | D:5      | 102487 ||| FLEEEEING.
102503 | D:5      | 102503 ||| FLEEEEING.
102519 | D:5      | 102519 ||| FLEEEEING.
102535 | D:5      | 102535 ||| FLEEEEING.
102551 | D:5      | 102551 ||| FLEEEEING.
102567 | D:5      | 102567 ||| FLEEEEING.
102583 | D:5      | 102583 ||| FLEEEEING.
102599 | D:5      | 102599 ||| FLEEEEING.
102615 | D:5      | 102615 ||| FLEEEEING.
102631 | D:5      | 102631 ||| FLEEEEING.
102647 | D:5      | 102647 ||| FLEEEEING.
102663 | D:5      | 102663 ||| FLEEEEING.
102679 | D:5      | 102679 ||| FLEEEEING.
102695 | D:5      | 102695 ||| FLEEEEING.
102711 | D:5      | 102711 ||| FLEEEEING.
102727 | D:5      | 102727 ||| FLEEEEING.
102743 | D:5      | 102743 ||| FLEEEEING.
102759 | D:5      | 102759 ||| FLEEEEING.
102775 | D:5      | 102775 ||| FLEEEEING.
102778 | D:5      | Glimpsed the power of Zot.
102791 | D:5      | 102791 ||| FLEEEEING.
102807 | D:5      | 102807 ||| FLEEEEING.
102823 | D:5      | 102823 ||| FLEEEEING.
102839 | D:5      | 102839 ||| FLEEEEING.
102855 | D:5      | 102855 ||| FLEEEEING.
102871 | D:5      | 102871 ||| FLEEEEING.
102877 | D:5      | Touched by the power of Zot.
102878 | D:5      | Glimpsed the power of Zot.
102887 | D:5      | 102887 ||| FLEEEEING.
102903 | D:5      | 102903 ||| FLEEEEING.
102919 | D:5      | 102919 ||| FLEEEEING.
102935 | D:5      | 102935 ||| FLEEEEING.
102951 | D:5      | 102951 ||| FLEEEEING.
102967 | D:5      | 102967 ||| FLEEEEING.
102983 | D:5      | 102983 ||| FLEEEEING.
102999 | D:5      | 102999 ||| FLEEEEING.
103015 | D:5      | 103015 ||| FLEEEEING.
103031 | D:5      | 103031 ||| FLEEEEING.
103047 | D:5      | 103047 ||| FLEEEEING.
103063 | D:5      | 103063 ||| FLEEEEING.
103079 | D:5      | 103079 ||| FLEEEEING.
103095 | D:5      | 103095 ||| FLEEEEING.
103111 | D:5      | 103111 ||| FLEEEEING.
103127 | D:5      | 103127 ||| FLEEEEING.
103143 | D:5      | 103143 ||| FLEEEEING.
103159 | D:5      | 103159 ||| FLEEEEING.
103175 | D:5      | 103175 ||| FLEEEEING.
103191 | D:5      | 103191 ||| FLEEEEING.
103207 | D:5      | 103207 ||| FLEEEEING.
103223 | D:5      | 103223 ||| FLEEEEING.
103239 | D:5      | 103239 ||| FLEEEEING.
103255 | D:5      | 103255 ||| FLEEEEING.
103271 | D:5      | 103271 ||| FLEEEEING.
103287 | D:5      | 103287 ||| FLEEEEING.
103303 | D:5      | 103303 ||| FLEEEEING.
103319 | D:5      | 103319 ||| FLEEEEING.
103335 | D:5      | 103335 ||| FLEEEEING.
103351 | D:5      | 103351 ||| FLEEEEING.
103367 | D:5      | 103367 ||| FLEEEEING.
103378 | D:5      | Glimpsed the power of Zot.
103383 | D:5      | 103383 ||| FLEEEEING.
103399 | D:5      | 103399 ||| FLEEEEING.
103415 | D:5      | 103415 ||| FLEEEEING.
103431 | D:5      | 103431 ||| FLEEEEING.
103447 | D:5      | 103447 ||| FLEEEEING.
103463 | D:5      | 103463 ||| FLEEEEING.
103479 | D:5      | 103479 ||| FLEEEEING.
103495 | D:5      | 103495 ||| FLEEEEING.
103511 | D:5      | 103511 ||| FLEEEEING.
103527 | D:5      | 103527 ||| FLEEEEING.
103543 | D:5      | 103543 ||| FLEEEEING.
103559 | D:5      | 103559 ||| FLEEEEING.
103575 | D:5      | 103575 ||| FLEEEEING.
103591 | D:5      | 103591 ||| FLEEEEING.
103607 | D:5      | 103607 ||| FLEEEEING.
103623 | D:5      | 103623 ||| FLEEEEING.
103639 | D:5      | 103639 ||| FLEEEEING.
103655 | D:5      | 103655 ||| FLEEEEING.
103671 | D:5      | 103671 ||| FLEEEEING.
103687 | D:5      | 103687 ||| FLEEEEING.
103703 | D:5      | 103703 ||| FLEEEEING.
103719 | D:5      | 103719 ||| FLEEEEING.
103735 | D:5      | 103735 ||| FLEEEEING.
103751 | D:5      | 103751 ||| FLEEEEING.
103767 | D:5      | 103767 ||| FLEEEEING.
103778 | D:5      | Glimpsed the power of Zot.
103783 | D:5      | 103783 ||| FLEEEEING.
103799 | D:5      | 103799 ||| FLEEEEING.
103815 | D:5      | 103815 ||| FLEEEEING.
103831 | D:5      | 103831 ||| FLEEEEING.
103847 | D:5      | 103847 ||| FLEEEEING.
103863 | D:5      | 103863 ||| FLEEEEING.
103877 | D:5      | Touched by the power of Zot.
103878 | D:5      | Glimpsed the power of Zot.
103879 | D:5      | 103879 ||| FLEEEEING.
103895 | D:5      | 103895 ||| FLEEEEING.
103911 | D:5      | 103911 ||| FLEEEEING.
103927 | D:5      | 103927 ||| FLEEEEING.
103943 | D:5      | 103943 ||| FLEEEEING.
103959 | D:5      | 103959 ||| FLEEEEING.
103975 | D:5      | 103975 ||| FLEEEEING.
103991 | D:5      | 103991 ||| FLEEEEING.
104007 | D:5      | 104007 ||| FLEEEEING.
104023 | D:5      | 104023 ||| FLEEEEING.
104039 | D:5      | 104039 ||| FLEEEEING.
104055 | D:5      | 104055 ||| FLEEEEING.
104071 | D:5      | 104071 ||| FLEEEEING.
104087 | D:5      | 104087 ||| FLEEEEING.
104103 | D:5      | 104103 ||| FLEEEEING.
104119 | D:5      | 104119 ||| FLEEEEING.
104135 | D:5      | 104135 ||| FLEEEEING.
104151 | D:5      | 104151 ||| FLEEEEING.
104167 | D:5      | 104167 ||| FLEEEEING.
104183 | D:5      | 104183 ||| FLEEEEING.
104199 | D:5      | 104199 ||| FLEEEEING.
104215 | D:5      | 104215 ||| FLEEEEING.
104231 | D:5      | 104231 ||| FLEEEEING.
104247 | D:5      | 104247 ||| FLEEEEING.
104263 | D:5      | 104263 ||| FLEEEEING.
104279 | D:5      | 104279 ||| FLEEEEING.
104295 | D:5      | 104295 ||| FLEEEEING.
104311 | D:5      | 104311 ||| FLEEEEING.
104327 | D:5      | 104327 ||| FLEEEEING.
104343 | D:5      | 104343 ||| FLEEEEING.
104359 | D:5      | 104359 ||| FLEEEEING.
104375 | D:5      | 104375 ||| FLEEEEING.
104378 | D:5      | Glimpsed the power of Zot.
104391 | D:5      | 104391 ||| FLEEEEING.
104407 | D:5      | 104407 ||| FLEEEEING.
104423 | D:5      | 104423 ||| FLEEEEING.
104439 | D:5      | 104439 ||| FLEEEEING.
104455 | D:5      | 104455 ||| FLEEEEING.
104471 | D:5      | 104471 ||| FLEEEEING.
104487 | D:5      | 104487 ||| FLEEEEING.
104503 | D:5      | 104503 ||| FLEEEEING.
104519 | D:5      | 104519 ||| FLEEEEING.
104535 | D:5      | 104535 ||| FLEEEEING.
104551 | D:5      | 104551 ||| FLEEEEING.
104567 | D:5      | 104567 ||| FLEEEEING.
104583 | D:5      | 104583 ||| FLEEEEING.
104599 | D:5      | 104599 ||| FLEEEEING.
104615 | D:5      | 104615 ||| FLEEEEING.
104631 | D:5      | 104631 ||| FLEEEEING.
104647 | D:5      | 104647 ||| FLEEEEING.
104663 | D:5      | 104663 ||| FLEEEEING.
104679 | D:5      | 104679 ||| FLEEEEING.
104695 | D:5      | 104695 ||| FLEEEEING.
104711 | D:5      | 104711 ||| FLEEEEING.
104727 | D:5      | 104727 ||| FLEEEEING.
104743 | D:5      | 104743 ||| FLEEEEING.
104759 | D:5      | 104759 ||| FLEEEEING.
104775 | D:5      | 104775 ||| FLEEEEING.
104778 | D:5      | Glimpsed the power of Zot.
104791 | D:5      | 104791 ||| FLEEEEING.
104807 | D:5      | 104807 ||| FLEEEEING.
104823 | D:5      | 104823 ||| FLEEEEING.
104839 | D:5      | 104839 ||| FLEEEEING.
104855 | D:5      | 104855 ||| FLEEEEING.
104871 | D:5      | 104871 ||| FLEEEEING.
104877 | D:5      | Touched by the power of Zot.
104878 | D:5      | Glimpsed the power of Zot.
104887 | D:5      | 104887 ||| FLEEEEING.
104903 | D:5      | 104903 ||| FLEEEEING.
104919 | D:5      | 104919 ||| FLEEEEING.
104935 | D:5      | 104935 ||| FLEEEEING.
104951 | D:5      | 104951 ||| FLEEEEING.
104967 | D:5      | 104967 ||| FLEEEEING.
104983 | D:5      | 104983 ||| FLEEEEING.
104999 | D:5      | 104999 ||| FLEEEEING.
105015 | D:5      | 105015 ||| FLEEEEING.
105031 | D:5      | 105031 ||| FLEEEEING.
105047 | D:5      | 105047 ||| FLEEEEING.
105063 | D:5      | 105063 ||| FLEEEEING.
105079 | D:5      | 105079 ||| FLEEEEING.
105095 | D:5      | 105095 ||| FLEEEEING.
105111 | D:5      | 105111 ||| FLEEEEING.
105127 | D:5      | 105127 ||| FLEEEEING.
105143 | D:5      | 105143 ||| FLEEEEING.
105159 | D:5      | 105159 ||| FLEEEEING.
105175 | D:5      | 105175 ||| FLEEEEING.
105191 | D:5      | 105191 ||| FLEEEEING.
105207 | D:5      | 105207 ||| FLEEEEING.
105223 | D:5      | 105223 ||| FLEEEEING.
105239 | D:5      | 105239 ||| FLEEEEING.
105255 | D:5      | 105255 ||| FLEEEEING.
105271 | D:5      | 105271 ||| FLEEEEING.
105287 | D:5      | 105287 ||| FLEEEEING.
105303 | D:5      | 105303 ||| FLEEEEING.
105319 | D:5      | 105319 ||| FLEEEEING.
105335 | D:5      | 105335 ||| FLEEEEING.
105351 | D:5      | 105351 ||| FLEEEEING.
105367 | D:5      | 105367 ||| FLEEEEING.
105378 | D:5      | Glimpsed the power of Zot.
105383 | D:5      | 105383 ||| FLEEEEING.
105399 | D:5      | 105399 ||| FLEEEEING.
105415 | D:5      | 105415 ||| FLEEEEING.
105431 | D:5      | 105431 ||| FLEEEEING.
105447 | D:5      | 105447 ||| FLEEEEING.
105463 | D:5      | 105463 ||| FLEEEEING.
105479 | D:5      | 105479 ||| FLEEEEING.
105495 | D:5      | 105495 ||| FLEEEEING.
105511 | D:5      | 105511 ||| FLEEEEING.
105527 | D:5      | 105527 ||| FLEEEEING.
105543 | D:5      | 105543 ||| FLEEEEING.
105559 | D:5      | 105559 ||| FLEEEEING.
105575 | D:5      | 105575 ||| FLEEEEING.
105591 | D:5      | 105591 ||| FLEEEEING.
105607 | D:5      | 105607 ||| FLEEEEING.
105623 | D:5      | 105623 ||| FLEEEEING.
105639 | D:5      | 105639 ||| FLEEEEING.
105655 | D:5      | 105655 ||| FLEEEEING.
105671 | D:5      | 105671 ||| FLEEEEING.
105687 | D:5      | 105687 ||| FLEEEEING.
105703 | D:5      | 105703 ||| FLEEEEING.
105719 | D:5      | 105719 ||| FLEEEEING.
105735 | D:5      | 105735 ||| FLEEEEING.
105751 | D:5      | 105751 ||| FLEEEEING.
105767 | D:5      | 105767 ||| FLEEEEING.
105778 | D:5      | Glimpsed the power of Zot.
105783 | D:5      | 105783 ||| FLEEEEING.
105799 | D:5      | 105799 ||| FLEEEEING.
105815 | D:5      | 105815 ||| FLEEEEING.
105831 | D:5      | 105831 ||| FLEEEEING.
105847 | D:5      | 105847 ||| FLEEEEING.
105863 | D:5      | 105863 ||| FLEEEEING.
105877 | D:5      | Touched by the power of Zot.
105878 | D:5      | Glimpsed the power of Zot.
105879 | D:5      | 105879 ||| FLEEEEING.
105895 | D:5      | 105895 ||| FLEEEEING.
105911 | D:5      | 105911 ||| FLEEEEING.
105927 | D:5      | 105927 ||| FLEEEEING.
105943 | D:5      | 105943 ||| FLEEEEING.
105959 | D:5      | 105959 ||| FLEEEEING.
105975 | D:5      | 105975 ||| FLEEEEING.
105991 | D:5      | 105991 ||| FLEEEEING.
106007 | D:5      | 106007 ||| FLEEEEING.
106023 | D:5      | 106023 ||| FLEEEEING.
106039 | D:5      | 106039 ||| FLEEEEING.
106055 | D:5      | 106055 ||| FLEEEEING.
106071 | D:5      | 106071 ||| FLEEEEING.
106087 | D:5      | 106087 ||| FLEEEEING.
106103 | D:5      | 106103 ||| FLEEEEING.
106119 | D:5      | 106119 ||| FLEEEEING.
106135 | D:5      | 106135 ||| FLEEEEING.
106151 | D:5      | 106151 ||| FLEEEEING.
106167 | D:5      | 106167 ||| FLEEEEING.
106183 | D:5      | 106183 ||| FLEEEEING.
106199 | D:5      | 106199 ||| FLEEEEING.
106215 | D:5      | 106215 ||| FLEEEEING.
106231 | D:5      | 106231 ||| FLEEEEING.
106247 | D:5      | 106247 ||| FLEEEEING.
106263 | D:5      | 106263 ||| FLEEEEING.
106279 | D:5      | 106279 ||| FLEEEEING.
106295 | D:5      | 106295 ||| FLEEEEING.
106311 | D:5      | 106311 ||| FLEEEEING.
106327 | D:5      | 106327 ||| FLEEEEING.
106343 | D:5      | 106343 ||| FLEEEEING.
106359 | D:5      | 106359 ||| FLEEEEING.
106375 | D:5      | 106375 ||| FLEEEEING.
106378 | D:5      | Glimpsed the power of Zot.
106391 | D:5      | 106391 ||| FLEEEEING.
106407 | D:5      | 106407 ||| FLEEEEING.
106423 | D:5      | 106423 ||| FLEEEEING.
106439 | D:5      | 106439 ||| FLEEEEING.
106455 | D:5      | 106455 ||| FLEEEEING.
106471 | D:5      | 106471 ||| FLEEEEING.
106487 | D:5      | 106487 ||| FLEEEEING.
106503 | D:5      | 106503 ||| FLEEEEING.
106519 | D:5      | 106519 ||| FLEEEEING.
106535 | D:5      | 106535 ||| FLEEEEING.
106551 | D:5      | 106551 ||| FLEEEEING.
106567 | D:5      | 106567 ||| FLEEEEING.
106583 | D:5      | 106583 ||| FLEEEEING.
106599 | D:5      | 106599 ||| FLEEEEING.
106615 | D:5      | 106615 ||| FLEEEEING.
106631 | D:5      | 106631 ||| FLEEEEING.
106647 | D:5      | 106647 ||| FLEEEEING.
106663 | D:5      | 106663 ||| FLEEEEING.
106679 | D:5      | 106679 ||| FLEEEEING.
106695 | D:5      | 106695 ||| FLEEEEING.
106711 | D:5      | 106711 ||| FLEEEEING.
106727 | D:5      | 106727 ||| FLEEEEING.
106743 | D:5      | 106743 ||| FLEEEEING.
106759 | D:5      | 106759 ||| FLEEEEING.
106775 | D:5      | 106775 ||| FLEEEEING.
106778 | D:5      | Glimpsed the power of Zot.
106791 | D:5      | 106791 ||| FLEEEEING.
106807 | D:5      | 106807 ||| FLEEEEING.
106823 | D:5      | 106823 ||| FLEEEEING.
106839 | D:5      | 106839 ||| FLEEEEING.
106855 | D:5      | 106855 ||| FLEEEEING.
106871 | D:5      | 106871 ||| FLEEEEING.
106877 | D:5      | Touched by the power of Zot.
106878 | D:5      | Glimpsed the power of Zot.
106887 | D:5      | 106887 ||| FLEEEEING.
106903 | D:5      | 106903 ||| FLEEEEING.
106919 | D:5      | 106919 ||| FLEEEEING.
106935 | D:5      | 106935 ||| FLEEEEING.
106951 | D:5      | 106951 ||| FLEEEEING.
106967 | D:5      | 106967 ||| FLEEEEING.
106983 | D:5      | 106983 ||| FLEEEEING.
106999 | D:5      | 106999 ||| FLEEEEING.
107015 | D:5      | 107015 ||| FLEEEEING.
107031 | D:5      | 107031 ||| FLEEEEING.
107047 | D:5      | 107047 ||| FLEEEEING.
107063 | D:5      | 107063 ||| FLEEEEING.
107079 | D:5      | 107079 ||| FLEEEEING.
107095 | D:5      | 107095 ||| FLEEEEING.
107111 | D:5      | 107111 ||| FLEEEEING.
107127 | D:5      | 107127 ||| FLEEEEING.
107143 | D:5      | 107143 ||| FLEEEEING.
107159 | D:5      | 107159 ||| FLEEEEING.
107175 | D:5      | 107175 ||| FLEEEEING.
107191 | D:5      | 107191 ||| FLEEEEING.
107207 | D:5      | 107207 ||| FLEEEEING.
107223 | D:5      | 107223 ||| FLEEEEING.
107239 | D:5      | 107239 ||| FLEEEEING.
107255 | D:5      | 107255 ||| FLEEEEING.
107271 | D:5      | 107271 ||| FLEEEEING.
107287 | D:5      | 107287 ||| FLEEEEING.
107303 | D:5      | 107303 ||| FLEEEEING.
107319 | D:5      | 107319 ||| FLEEEEING.
107335 | D:5      | 107335 ||| FLEEEEING.
107351 | D:5      | 107351 ||| FLEEEEING.
107367 | D:5      | 107367 ||| FLEEEEING.
107378 | D:5      | Glimpsed the power of Zot.
107383 | D:5      | 107383 ||| FLEEEEING.
107399 | D:5      | 107399 ||| FLEEEEING.
107415 | D:5      | 107415 ||| FLEEEEING.
107431 | D:5      | 107431 ||| FLEEEEING.
107447 | D:5      | 107447 ||| FLEEEEING.
107463 | D:5      | 107463 ||| FLEEEEING.
107479 | D:5      | 107479 ||| FLEEEEING.
107495 | D:5      | 107495 ||| FLEEEEING.
107511 | D:5      | 107511 ||| FLEEEEING.
107527 | D:5      | 107527 ||| FLEEEEING.
107543 | D:5      | 107543 ||| FLEEEEING.
107559 | D:5      | 107559 ||| FLEEEEING.
107575 | D:5      | 107575 ||| FLEEEEING.
107591 | D:5      | 107591 ||| FLEEEEING.
107607 | D:5      | 107607 ||| FLEEEEING.
107623 | D:5      | 107623 ||| FLEEEEING.
107639 | D:5      | 107639 ||| FLEEEEING.
107655 | D:5      | 107655 ||| FLEEEEING.
107671 | D:5      | 107671 ||| FLEEEEING.
107687 | D:5      | 107687 ||| FLEEEEING.
107703 | D:5      | 107703 ||| FLEEEEING.
107719 | D:5      | 107719 ||| FLEEEEING.
107735 | D:5      | 107735 ||| FLEEEEING.
107751 | D:5      | 107751 ||| FLEEEEING.
107767 | D:5      | 107767 ||| FLEEEEING.
107778 | D:5      | Glimpsed the power of Zot.
107783 | D:5      | 107783 ||| FLEEEEING.
107799 | D:5      | 107799 ||| FLEEEEING.
107815 | D:5      | 107815 ||| FLEEEEING.
107831 | D:5      | 107831 ||| FLEEEEING.
107847 | D:5      | 107847 ||| FLEEEEING.
107863 | D:5      | 107863 ||| FLEEEEING.
107877 | D:5      | Touched by the power of Zot.
107878 | D:5      | Glimpsed the power of Zot.
107879 | D:5      | 107879 ||| FLEEEEING.
107895 | D:5      | 107895 ||| FLEEEEING.
107911 | D:5      | 107911 ||| FLEEEEING.
107927 | D:5      | 107927 ||| FLEEEEING.
107943 | D:5      | 107943 ||| FLEEEEING.
107959 | D:5      | 107959 ||| FLEEEEING.
107975 | D:5      | 107975 ||| FLEEEEING.
107991 | D:5      | 107991 ||| FLEEEEING.
108007 | D:5      | 108007 ||| FLEEEEING.
108023 | D:5      | 108023 ||| FLEEEEING.
108039 | D:5      | 108039 ||| FLEEEEING.
108055 | D:5      | 108055 ||| FLEEEEING.
108071 | D:5      | 108071 ||| FLEEEEING.
108087 | D:5      | 108087 ||| FLEEEEING.
108103 | D:5      | 108103 ||| FLEEEEING.
108119 | D:5      | 108119 ||| FLEEEEING.
108135 | D:5      | 108135 ||| FLEEEEING.
108151 | D:5      | 108151 ||| FLEEEEING.
108167 | D:5      | 108167 ||| FLEEEEING.
108183 | D:5      | 108183 ||| FLEEEEING.
108199 | D:5      | 108199 ||| FLEEEEING.
108215 | D:5      | 108215 ||| FLEEEEING.
108231 | D:5      | 108231 ||| FLEEEEING.
108247 | D:5      | 108247 ||| FLEEEEING.
108263 | D:5      | 108263 ||| FLEEEEING.
108279 | D:5      | 108279 ||| FLEEEEING.
108295 | D:5      | 108295 ||| FLEEEEING.
108311 | D:5      | 108311 ||| FLEEEEING.
108327 | D:5      | 108327 ||| FLEEEEING.
108343 | D:5      | 108343 ||| FLEEEEING.
108359 | D:5      | 108359 ||| FLEEEEING.
108375 | D:5      | 108375 ||| FLEEEEING.
108378 | D:5      | Glimpsed the power of Zot.
108391 | D:5      | 108391 ||| FLEEEEING.
108407 | D:5      | 108407 ||| FLEEEEING.
108423 | D:5      | 108423 ||| FLEEEEING.
108439 | D:5      | 108439 ||| FLEEEEING.
108455 | D:5      | 108455 ||| FLEEEEING.
108471 | D:5      | 108471 ||| FLEEEEING.
108487 | D:5      | 108487 ||| FLEEEEING.
108503 | D:5      | 108503 ||| FLEEEEING.
108519 | D:5      | 108519 ||| FLEEEEING.
108535 | D:5      | 108535 ||| FLEEEEING.
108551 | D:5      | 108551 ||| FLEEEEING.
108567 | D:5      | 108567 ||| FLEEEEING.
108583 | D:5      | 108583 ||| FLEEEEING.
108599 | D:5      | 108599 ||| FLEEEEING.
108615 | D:5      | 108615 ||| FLEEEEING.
108631 | D:5      | 108631 ||| FLEEEEING.
108647 | D:5      | 108647 ||| FLEEEEING.
108663 | D:5      | 108663 ||| FLEEEEING.
108679 | D:5      | 108679 ||| FLEEEEING.
108695 | D:5      | 108695 ||| FLEEEEING.
108711 | D:5      | 108711 ||| FLEEEEING.
108727 | D:5      | 108727 ||| FLEEEEING.
108743 | D:5      | 108743 ||| FLEEEEING.
108759 | D:5      | 108759 ||| FLEEEEING.
108775 | D:5      | 108775 ||| FLEEEEING.
108778 | D:5      | Glimpsed the power of Zot.
108791 | D:5      | 108791 ||| FLEEEEING.
108807 | D:5      | 108807 ||| FLEEEEING.
108823 | D:5      | 108823 ||| FLEEEEING.
108839 | D:5      | 108839 ||| FLEEEEING.
108855 | D:5      | 108855 ||| FLEEEEING.
108871 | D:5      | 108871 ||| FLEEEEING.
108877 | D:5      | Touched by the power of Zot.
108878 | D:5      | Glimpsed the power of Zot.
108887 | D:5      | 108887 ||| FLEEEEING.
108903 | D:5      | 108903 ||| FLEEEEING.
108919 | D:5      | 108919 ||| FLEEEEING.
108935 | D:5      | 108935 ||| FLEEEEING.
108951 | D:5      | 108951 ||| FLEEEEING.
108967 | D:5      | 108967 ||| FLEEEEING.
108983 | D:5      | 108983 ||| FLEEEEING.
108999 | D:5      | 108999 ||| FLEEEEING.
109015 | D:5      | 109015 ||| FLEEEEING.
109031 | D:5      | 109031 ||| FLEEEEING.
109047 | D:5      | 109047 ||| FLEEEEING.
109063 | D:5      | 109063 ||| FLEEEEING.
109079 | D:5      | 109079 ||| FLEEEEING.
109095 | D:5      | 109095 ||| FLEEEEING.
109111 | D:5      | 109111 ||| FLEEEEING.
109127 | D:5      | 109127 ||| FLEEEEING.
109143 | D:5      | 109143 ||| FLEEEEING.
109159 | D:5      | 109159 ||| FLEEEEING.
109175 | D:5      | 109175 ||| FLEEEEING.
109191 | D:5      | 109191 ||| FLEEEEING.
109207 | D:5      | 109207 ||| FLEEEEING.
109223 | D:5      | 109223 ||| FLEEEEING.
109239 | D:5      | 109239 ||| FLEEEEING.
109255 | D:5      | 109255 ||| FLEEEEING.
109271 | D:5      | 109271 ||| FLEEEEING.
109287 | D:5      | 109287 ||| FLEEEEING.
109303 | D:5      | 109303 ||| FLEEEEING.
109319 | D:5      | 109319 ||| FLEEEEING.
109335 | D:5      | 109335 ||| FLEEEEING.
109351 | D:5      | 109351 ||| FLEEEEING.
109367 | D:5      | 109367 ||| FLEEEEING.
109378 | D:5      | Glimpsed the power of Zot.
109383 | D:5      | 109383 ||| FLEEEEING.
109399 | D:5      | 109399 ||| FLEEEEING.
109415 | D:5      | 109415 ||| FLEEEEING.
109431 | D:5      | 109431 ||| FLEEEEING.
109447 | D:5      | 109447 ||| FLEEEEING.
109463 | D:5      | 109463 ||| FLEEEEING.
109479 | D:5      | 109479 ||| FLEEEEING.
109495 | D:5      | 109495 ||| FLEEEEING.
109511 | D:5      | 109511 ||| FLEEEEING.
109527 | D:5      | 109527 ||| FLEEEEING.
109543 | D:5      | 109543 ||| FLEEEEING.
109559 | D:5      | 109559 ||| FLEEEEING.
109575 | D:5      | 109575 ||| FLEEEEING.
109591 | D:5      | 109591 ||| FLEEEEING.
109607 | D:5      | 109607 ||| FLEEEEING.
109623 | D:5      | 109623 ||| FLEEEEING.
109639 | D:5      | 109639 ||| FLEEEEING.
109655 | D:5      | 109655 ||| FLEEEEING.
109671 | D:5      | 109671 ||| FLEEEEING.
109687 | D:5      | 109687 ||| FLEEEEING.
109703 | D:5      | 109703 ||| FLEEEEING.
109719 | D:5      | 109719 ||| FLEEEEING.
109735 | D:5      | 109735 ||| FLEEEEING.
109751 | D:5      | 109751 ||| FLEEEEING.
109767 | D:5      | 109767 ||| FLEEEEING.
109778 | D:5      | Glimpsed the power of Zot.
109783 | D:5      | 109783 ||| FLEEEEING.
109799 | D:5      | 109799 ||| FLEEEEING.
109815 | D:5      | 109815 ||| FLEEEEING.
109831 | D:5      | 109831 ||| FLEEEEING.
109847 | D:5      | 109847 ||| FLEEEEING.
109863 | D:5      | 109863 ||| FLEEEEING.
109877 | D:5      | Touched by the power of Zot.
109878 | D:5      | Glimpsed the power of Zot.
109879 | D:5      | 109879 ||| FLEEEEING.
109895 | D:5      | 109895 ||| FLEEEEING.
109911 | D:5      | 109911 ||| FLEEEEING.
109927 | D:5      | 109927 ||| FLEEEEING.
109943 | D:5      | 109943 ||| FLEEEEING.
109959 | D:5      | 109959 ||| FLEEEEING.
109975 | D:5      | 109975 ||| FLEEEEING.
109991 | D:5      | 109991 ||| FLEEEEING.
110007 | D:5      | 110007 ||| FLEEEEING.
110023 | D:5      | 110023 ||| FLEEEEING.
110039 | D:5      | 110039 ||| FLEEEEING.
110055 | D:5      | 110055 ||| FLEEEEING.
110071 | D:5      | 110071 ||| FLEEEEING.
110087 | D:5      | 110087 ||| FLEEEEING.
110103 | D:5      | 110103 ||| FLEEEEING.
110119 | D:5      | 110119 ||| FLEEEEING.
110135 | D:5      | 110135 ||| FLEEEEING.
110151 | D:5      | 110151 ||| FLEEEEING.
110167 | D:5      | 110167 ||| FLEEEEING.
110183 | D:5      | 110183 ||| FLEEEEING.
110199 | D:5      | 110199 ||| FLEEEEING.
110215 | D:5      | 110215 ||| FLEEEEING.
110231 | D:5      | 110231 ||| FLEEEEING.
110247 | D:5      | 110247 ||| FLEEEEING.
110263 | D:5      | 110263 ||| FLEEEEING.
110279 | D:5      | 110279 ||| FLEEEEING.
110295 | D:5      | 110295 ||| FLEEEEING.
110311 | D:5      | 110311 ||| FLEEEEING.
110327 | D:5      | 110327 ||| FLEEEEING.
110343 | D:5      | 110343 ||| FLEEEEING.
110359 | D:5      | 110359 ||| FLEEEEING.
110375 | D:5      | 110375 ||| FLEEEEING.
110378 | D:5      | Glimpsed the power of Zot.
110391 | D:5      | 110391 ||| FLEEEEING.
110407 | D:5      | 110407 ||| FLEEEEING.
110423 | D:5      | 110423 ||| FLEEEEING.
110439 | D:5      | 110439 ||| FLEEEEING.
110455 | D:5      | 110455 ||| FLEEEEING.
110471 | D:5      | 110471 ||| FLEEEEING.
110487 | D:5      | 110487 ||| FLEEEEING.
110503 | D:5      | 110503 ||| FLEEEEING.
110519 | D:5      | 110519 ||| FLEEEEING.
110535 | D:5      | 110535 ||| FLEEEEING.
110551 | D:5      | 110551 ||| FLEEEEING.
110567 | D:5      | 110567 ||| FLEEEEING.
110583 | D:5      | 110583 ||| FLEEEEING.
110599 | D:5      | 110599 ||| FLEEEEING.
110615 | D:5      | 110615 ||| FLEEEEING.
110631 | D:5      | 110631 ||| FLEEEEING.
110647 | D:5      | 110647 ||| FLEEEEING.
110663 | D:5      | 110663 ||| FLEEEEING.
110679 | D:5      | 110679 ||| FLEEEEING.
110695 | D:5      | 110695 ||| FLEEEEING.
110711 | D:5      | 110711 ||| FLEEEEING.
110727 | D:5      | 110727 ||| FLEEEEING.
110743 | D:5      | 110743 ||| FLEEEEING.
110759 | D:5      | 110759 ||| FLEEEEING.
110775 | D:5      | 110775 ||| FLEEEEING.
110778 | D:5      | Glimpsed the power of Zot.
110791 | D:5      | 110791 ||| FLEEEEING.
110807 | D:5      | 110807 ||| FLEEEEING.
110823 | D:5      | 110823 ||| FLEEEEING.
110839 | D:5      | 110839 ||| FLEEEEING.
110855 | D:5      | 110855 ||| FLEEEEING.
110871 | D:5      | 110871 ||| FLEEEEING.
110877 | D:5      | Touched by the power of Zot.
110878 | D:5      | Glimpsed the power of Zot.
110887 | D:5      | 110887 ||| FLEEEEING.
110903 | D:5      | 110903 ||| FLEEEEING.
110919 | D:5      | 110919 ||| FLEEEEING.
110935 | D:5      | 110935 ||| FLEEEEING.
110951 | D:5      | 110951 ||| FLEEEEING.
110967 | D:5      | 110967 ||| FLEEEEING.
110983 | D:5      | 110983 ||| FLEEEEING.
110999 | D:5      | 110999 ||| FLEEEEING.
111015 | D:5      | 111015 ||| FLEEEEING.
111031 | D:5      | 111031 ||| FLEEEEING.
111047 | D:5      | 111047 ||| FLEEEEING.
111063 | D:5      | 111063 ||| FLEEEEING.
111079 | D:5      | 111079 ||| FLEEEEING.
111095 | D:5      | 111095 ||| FLEEEEING.
111111 | D:5      | 111111 ||| FLEEEEING.
111127 | D:5      | 111127 ||| FLEEEEING.
111143 | D:5      | 111143 ||| FLEEEEING.
111159 | D:5      | 111159 ||| FLEEEEING.
111175 | D:5      | 111175 ||| FLEEEEING.
111191 | D:5      | 111191 ||| FLEEEEING.
111207 | D:5      | 111207 ||| FLEEEEING.
111223 | D:5      | 111223 ||| FLEEEEING.
111239 | D:5      | 111239 ||| FLEEEEING.
111255 | D:5      | 111255 ||| FLEEEEING.
111271 | D:5      | 111271 ||| FLEEEEING.
111287 | D:5      | 111287 ||| FLEEEEING.
111303 | D:5      | 111303 ||| FLEEEEING.
111319 | D:5      | 111319 ||| FLEEEEING.
111335 | D:5      | 111335 ||| FLEEEEING.
111351 | D:5      | 111351 ||| FLEEEEING.
111367 | D:5      | 111367 ||| FLEEEEING.
111378 | D:5      | Glimpsed the power of Zot.
111383 | D:5      | 111383 ||| FLEEEEING.
111399 | D:5      | 111399 ||| FLEEEEING.
111415 | D:5      | 111415 ||| FLEEEEING.
111431 | D:5      | 111431 ||| FLEEEEING.
111447 | D:5      | 111447 ||| FLEEEEING.
111463 | D:5      | 111463 ||| FLEEEEING.
111479 | D:5      | 111479 ||| FLEEEEING.
111495 | D:5      | 111495 ||| FLEEEEING.
111511 | D:5      | 111511 ||| FLEEEEING.
111527 | D:5      | 111527 ||| FLEEEEING.
111543 | D:5      | 111543 ||| FLEEEEING.
111559 | D:5      | 111559 ||| FLEEEEING.
111575 | D:5      | 111575 ||| FLEEEEING.
111591 | D:5      | 111591 ||| FLEEEEING.
111607 | D:5      | 111607 ||| FLEEEEING.
111623 | D:5      | 111623 ||| FLEEEEING.
111639 | D:5      | 111639 ||| FLEEEEING.
111655 | D:5      | 111655 ||| FLEEEEING.
111671 | D:5      | 111671 ||| FLEEEEING.
111687 | D:5      | 111687 ||| FLEEEEING.
111703 | D:5      | 111703 ||| FLEEEEING.
111719 | D:5      | 111719 ||| FLEEEEING.
111735 | D:5      | 111735 ||| FLEEEEING.
111751 | D:5      | 111751 ||| FLEEEEING.
111767 | D:5      | 111767 ||| FLEEEEING.
111778 | D:5      | Glimpsed the power of Zot.
111783 | D:5      | 111783 ||| FLEEEEING.
111799 | D:5      | 111799 ||| FLEEEEING.
111815 | D:5      | 111815 ||| FLEEEEING.
111831 | D:5      | 111831 ||| FLEEEEING.
111847 | D:5      | 111847 ||| FLEEEEING.
111863 | D:5      | 111863 ||| FLEEEEING.
111877 | D:5      | Touched by the power of Zot.
111878 | D:5      | Glimpsed the power of Zot.
111879 | D:5      | 111879 ||| FLEEEEING.
111895 | D:5      | 111895 ||| FLEEEEING.
111911 | D:5      | 111911 ||| FLEEEEING.
111927 | D:5      | 111927 ||| FLEEEEING.
111943 | D:5      | 111943 ||| FLEEEEING.
111959 | D:5      | 111959 ||| FLEEEEING.
111975 | D:5      | 111975 ||| FLEEEEING.
111991 | D:5      | 111991 ||| FLEEEEING.
112007 | D:5      | 112007 ||| FLEEEEING.
112023 | D:5      | 112023 ||| FLEEEEING.
112039 | D:5      | 112039 ||| FLEEEEING.
112055 | D:5      | 112055 ||| FLEEEEING.
112071 | D:5      | 112071 ||| FLEEEEING.
112087 | D:5      | 112087 ||| FLEEEEING.
112103 | D:5      | 112103 ||| FLEEEEING.
112119 | D:5      | 112119 ||| FLEEEEING.
112135 | D:5      | 112135 ||| FLEEEEING.
112151 | D:5      | 112151 ||| FLEEEEING.
112167 | D:5      | 112167 ||| FLEEEEING.
112183 | D:5      | 112183 ||| FLEEEEING.
112199 | D:5      | 112199 ||| FLEEEEING.
112215 | D:5      | 112215 ||| FLEEEEING.
112231 | D:5      | 112231 ||| FLEEEEING.
112247 | D:5      | 112247 ||| FLEEEEING.
112263 | D:5      | 112263 ||| FLEEEEING.
112279 | D:5      | 112279 ||| FLEEEEING.
112295 | D:5      | 112295 ||| FLEEEEING.
112311 | D:5      | 112311 ||| FLEEEEING.
112327 | D:5      | 112327 ||| FLEEEEING.
112343 | D:5      | 112343 ||| FLEEEEING.
112359 | D:5      | 112359 ||| FLEEEEING.
112375 | D:5      | 112375 ||| FLEEEEING.
112378 | D:5      | Glimpsed the power of Zot.
112391 | D:5      | 112391 ||| FLEEEEING.
112407 | D:5      | 112407 ||| FLEEEEING.
112423 | D:5      | 112423 ||| FLEEEEING.
112439 | D:5      | 112439 ||| FLEEEEING.
112455 | D:5      | 112455 ||| FLEEEEING.
112471 | D:5      | 112471 ||| FLEEEEING.
112487 | D:5      | 112487 ||| FLEEEEING.
112503 | D:5      | 112503 ||| FLEEEEING.
112519 | D:5      | 112519 ||| FLEEEEING.
112535 | D:5      | 112535 ||| FLEEEEING.
112551 | D:5      | 112551 ||| FLEEEEING.
112567 | D:5      | 112567 ||| FLEEEEING.
112583 | D:5      | 112583 ||| FLEEEEING.
112599 | D:5      | 112599 ||| FLEEEEING.
112615 | D:5      | 112615 ||| FLEEEEING.
112631 | D:5      | 112631 ||| FLEEEEING.
112647 | D:5      | 112647 ||| FLEEEEING.
112663 | D:5      | 112663 ||| FLEEEEING.
112679 | D:5      | 112679 ||| FLEEEEING.
112695 | D:5      | 112695 ||| FLEEEEING.
112711 | D:5      | 112711 ||| FLEEEEING.
112727 | D:5      | 112727 ||| FLEEEEING.
112743 | D:5      | 112743 ||| FLEEEEING.
112759 | D:5      | 112759 ||| FLEEEEING.
112775 | D:5      | 112775 ||| FLEEEEING.
112778 | D:5      | Glimpsed the power of Zot.
112791 | D:5      | 112791 ||| FLEEEEING.
112807 | D:5      | 112807 ||| FLEEEEING.
112823 | D:5      | 112823 ||| FLEEEEING.
112839 | D:5      | 112839 ||| FLEEEEING.
112855 | D:5      | 112855 ||| FLEEEEING.
112871 | D:5      | 112871 ||| FLEEEEING.
112877 | D:5      | Touched by the power of Zot.
112878 | D:5      | Glimpsed the power of Zot.
112887 | D:5      | 112887 ||| FLEEEEING.
112903 | D:5      | 112903 ||| FLEEEEING.
112919 | D:5      | 112919 ||| FLEEEEING.
112935 | D:5      | 112935 ||| FLEEEEING.
112951 | D:5      | 112951 ||| FLEEEEING.
112967 | D:5      | 112967 ||| FLEEEEING.
112983 | D:5      | 112983 ||| FLEEEEING.
112999 | D:5      | 112999 ||| FLEEEEING.
113015 | D:5      | 113015 ||| FLEEEEING.
113031 | D:5      | 113031 ||| FLEEEEING.
113047 | D:5      | 113047 ||| FLEEEEING.
113063 | D:5      | 113063 ||| FLEEEEING.
113079 | D:5      | 113079 ||| FLEEEEING.
113095 | D:5      | 113095 ||| FLEEEEING.
113111 | D:5      | 113111 ||| FLEEEEING.
113127 | D:5      | 113127 ||| FLEEEEING.
113143 | D:5      | 113143 ||| FLEEEEING.
113159 | D:5      | 113159 ||| FLEEEEING.
113175 | D:5      | 113175 ||| FLEEEEING.
113191 | D:5      | 113191 ||| FLEEEEING.
113207 | D:5      | 113207 ||| FLEEEEING.
113223 | D:5      | 113223 ||| FLEEEEING.
113239 | D:5      | 113239 ||| FLEEEEING.
113255 | D:5      | 113255 ||| FLEEEEING.
113271 | D:5      | 113271 ||| FLEEEEING.
113287 | D:5      | 113287 ||| FLEEEEING.
113303 | D:5      | 113303 ||| FLEEEEING.
113319 | D:5      | 113319 ||| FLEEEEING.
113335 | D:5      | 113335 ||| FLEEEEING.
113351 | D:5      | 113351 ||| FLEEEEING.
113367 | D:5      | 113367 ||| FLEEEEING.
113378 | D:5      | Glimpsed the power of Zot.
113383 | D:5      | 113383 ||| FLEEEEING.
113399 | D:5      | 113399 ||| FLEEEEING.
113415 | D:5      | 113415 ||| FLEEEEING.
113431 | D:5      | 113431 ||| FLEEEEING.
113447 | D:5      | 113447 ||| FLEEEEING.
113463 | D:5      | 113463 ||| FLEEEEING.
113479 | D:5      | 113479 ||| FLEEEEING.
113495 | D:5      | 113495 ||| FLEEEEING.
113511 | D:5      | 113511 ||| FLEEEEING.
113527 | D:5      | 113527 ||| FLEEEEING.
113543 | D:5      | 113543 ||| FLEEEEING.
113559 | D:5      | 113559 ||| FLEEEEING.
113575 | D:5      | 113575 ||| FLEEEEING.
113591 | D:5      | 113591 ||| FLEEEEING.
113607 | D:5      | 113607 ||| FLEEEEING.
113623 | D:5      | 113623 ||| FLEEEEING.
113639 | D:5      | 113639 ||| FLEEEEING.
113655 | D:5      | 113655 ||| FLEEEEING.
113671 | D:5      | 113671 ||| FLEEEEING.
113687 | D:5      | 113687 ||| FLEEEEING.
113703 | D:5      | 113703 ||| FLEEEEING.
113719 | D:5      | 113719 ||| FLEEEEING.
113735 | D:5      | 113735 ||| FLEEEEING.
113751 | D:5      | 113751 ||| FLEEEEING.
113767 | D:5      | 113767 ||| FLEEEEING.
113778 | D:5      | Glimpsed the power of Zot.
113783 | D:5      | 113783 ||| FLEEEEING.
113799 | D:5      | 113799 ||| FLEEEEING.
113815 | D:5      | 113815 ||| FLEEEEING.
113831 | D:5      | 113831 ||| FLEEEEING.
113847 | D:5      | 113847 ||| FLEEEEING.
113863 | D:5      | 113863 ||| FLEEEEING.
113877 | D:5      | Touched by the power of Zot.
113878 | D:5      | Glimpsed the power of Zot.
113879 | D:5      | 113879 ||| FLEEEEING.
113895 | D:5      | 113895 ||| FLEEEEING.
113911 | D:5      | 113911 ||| FLEEEEING.
113927 | D:5      | 113927 ||| FLEEEEING.
113943 | D:5      | 113943 ||| FLEEEEING.
113959 | D:5      | 113959 ||| FLEEEEING.
113975 | D:5      | 113975 ||| FLEEEEING.
113991 | D:5      | 113991 ||| FLEEEEING.
114007 | D:5      | 114007 ||| FLEEEEING.
114023 | D:5      | 114023 ||| FLEEEEING.
114039 | D:5      | 114039 ||| FLEEEEING.
114055 | D:5      | 114055 ||| FLEEEEING.
114071 | D:5      | 114071 ||| FLEEEEING.
114087 | D:5      | 114087 ||| FLEEEEING.
114103 | D:5      | 114103 ||| FLEEEEING.
114119 | D:5      | 114119 ||| FLEEEEING.
114135 | D:5      | 114135 ||| FLEEEEING.
114151 | D:5      | 114151 ||| FLEEEEING.
114167 | D:5      | 114167 ||| FLEEEEING.
114183 | D:5      | 114183 ||| FLEEEEING.
114199 | D:5      | 114199 ||| FLEEEEING.
114215 | D:5      | 114215 ||| FLEEEEING.
114231 | D:5      | 114231 ||| FLEEEEING.
114247 | D:5      | 114247 ||| FLEEEEING.
114263 | D:5      | 114263 ||| FLEEEEING.
114279 | D:5      | 114279 ||| FLEEEEING.
114295 | D:5      | 114295 ||| FLEEEEING.
114311 | D:5      | 114311 ||| FLEEEEING.
114327 | D:5      | 114327 ||| FLEEEEING.
114343 | D:5      | 114343 ||| FLEEEEING.
114359 | D:5      | 114359 ||| FLEEEEING.
114375 | D:5      | 114375 ||| FLEEEEING.
114378 | D:5      | Glimpsed the power of Zot.
114391 | D:5      | 114391 ||| FLEEEEING.
114407 | D:5      | 114407 ||| FLEEEEING.
114423 | D:5      | 114423 ||| FLEEEEING.
114439 | D:5      | 114439 ||| FLEEEEING.
114455 | D:5      | 114455 ||| FLEEEEING.
114471 | D:5      | 114471 ||| FLEEEEING.
114487 | D:5      | 114487 ||| FLEEEEING.
114503 | D:5      | 114503 ||| FLEEEEING.
114519 | D:5      | 114519 ||| FLEEEEING.
114535 | D:5      | 114535 ||| FLEEEEING.
114551 | D:5      | 114551 ||| FLEEEEING.
114567 | D:5      | 114567 ||| FLEEEEING.
114583 | D:5      | 114583 ||| FLEEEEING.
114599 | D:5      | 114599 ||| FLEEEEING.
114615 | D:5      | 114615 ||| FLEEEEING.
114631 | D:5      | 114631 ||| FLEEEEING.
114647 | D:5      | 114647 ||| FLEEEEING.
114663 | D:5      | 114663 ||| FLEEEEING.
114679 | D:5      | 114679 ||| FLEEEEING.
114695 | D:5      | 114695 ||| FLEEEEING.
114711 | D:5      | 114711 ||| FLEEEEING.
114727 | D:5      | 114727 ||| FLEEEEING.
114743 | D:5      | 114743 ||| FLEEEEING.
114759 | D:5      | 114759 ||| FLEEEEING.
114775 | D:5      | 114775 ||| FLEEEEING.
114778 | D:5      | Glimpsed the power of Zot.
114791 | D:5      | 114791 ||| FLEEEEING.
114807 | D:5      | 114807 ||| FLEEEEING.
114823 | D:5      | 114823 ||| FLEEEEING.
114839 | D:5      | 114839 ||| FLEEEEING.
114855 | D:5      | 114855 ||| FLEEEEING.
114871 | D:5      | 114871 ||| FLEEEEING.
114877 | D:5      | Touched by the power of Zot.
114878 | D:5      | Glimpsed the power of Zot.
114887 | D:5      | 114887 ||| FLEEEEING.
114903 | D:5      | 114903 ||| FLEEEEING.
114919 | D:5      | 114919 ||| FLEEEEING.
114935 | D:5      | 114935 ||| FLEEEEING.
114951 | D:5      | 114951 ||| FLEEEEING.
114967 | D:5      | 114967 ||| FLEEEEING.
114983 | D:5      | 114983 ||| FLEEEEING.
114999 | D:5      | 114999 ||| FLEEEEING.
115015 | D:5      | 115015 ||| FLEEEEING.
115031 | D:5      | 115031 ||| FLEEEEING.
115047 | D:5      | 115047 ||| FLEEEEING.
115063 | D:5      | 115063 ||| FLEEEEING.
115079 | D:5      | 115079 ||| FLEEEEING.
115095 | D:5      | 115095 ||| FLEEEEING.
115111 | D:5      | 115111 ||| FLEEEEING.
115127 | D:5      | 115127 ||| FLEEEEING.
115143 | D:5      | 115143 ||| FLEEEEING.
115159 | D:5      | 115159 ||| FLEEEEING.
115175 | D:5      | 115175 ||| FLEEEEING.
115191 | D:5      | 115191 ||| FLEEEEING.
115207 | D:5      | 115207 ||| FLEEEEING.
115223 | D:5      | 115223 ||| FLEEEEING.
115239 | D:5      | 115239 ||| FLEEEEING.
115255 | D:5      | 115255 ||| FLEEEEING.
115271 | D:5      | 115271 ||| FLEEEEING.
115287 | D:5      | 115287 ||| FLEEEEING.
115303 | D:5      | 115303 ||| FLEEEEING.
115319 | D:5      | 115319 ||| FLEEEEING.
115335 | D:5      | 115335 ||| FLEEEEING.
115351 | D:5      | 115351 ||| FLEEEEING.
115367 | D:5      | 115367 ||| FLEEEEING.
115378 | D:5      | Glimpsed the power of Zot.
115383 | D:5      | 115383 ||| FLEEEEING.
115399 | D:5      | 115399 ||| FLEEEEING.
115415 | D:5      | 115415 ||| FLEEEEING.
115431 | D:5      | 115431 ||| FLEEEEING.
115447 | D:5      | 115447 ||| FLEEEEING.
115463 | D:5      | 115463 ||| FLEEEEING.
115479 | D:5      | 115479 ||| FLEEEEING.
115495 | D:5      | 115495 ||| FLEEEEING.
115511 | D:5      | 115511 ||| FLEEEEING.
115527 | D:5      | 115527 ||| FLEEEEING.
115543 | D:5      | 115543 ||| FLEEEEING.
115559 | D:5      | 115559 ||| FLEEEEING.
115575 | D:5      | 115575 ||| FLEEEEING.
115591 | D:5      | 115591 ||| FLEEEEING.
115607 | D:5      | 115607 ||| FLEEEEING.
115623 | D:5      | 115623 ||| FLEEEEING.
115639 | D:5      | 115639 ||| FLEEEEING.
115655 | D:5      | 115655 ||| FLEEEEING.
115671 | D:5      | 115671 ||| FLEEEEING.
115687 | D:5      | 115687 ||| FLEEEEING.
115703 | D:5      | 115703 ||| FLEEEEING.
115719 | D:5      | 115719 ||| FLEEEEING.
115735 | D:5      | 115735 ||| FLEEEEING.
115751 | D:5      | 115751 ||| FLEEEEING.
115767 | D:5      | 115767 ||| FLEEEEING.
115778 | D:5      | Glimpsed the power of Zot.
115783 | D:5      | 115783 ||| FLEEEEING.
115799 | D:5      | 115799 ||| FLEEEEING.
115815 | D:5      | 115815 ||| FLEEEEING.
115831 | D:5      | 115831 ||| FLEEEEING.
115847 | D:5      | 115847 ||| FLEEEEING.
115863 | D:5      | 115863 ||| FLEEEEING.
115877 | D:5      | Touched by the power of Zot.
115878 | D:5      | Glimpsed the power of Zot.
115879 | D:5      | 115879 ||| FLEEEEING.
115895 | D:5      | 115895 ||| FLEEEEING.
115911 | D:5      | 115911 ||| FLEEEEING.
115927 | D:5      | 115927 ||| FLEEEEING.
115943 | D:5      | 115943 ||| FLEEEEING.
115959 | D:5      | 115959 ||| FLEEEEING.
115975 | D:5      | 115975 ||| FLEEEEING.
115991 | D:5      | 115991 ||| FLEEEEING.
116007 | D:5      | 116007 ||| FLEEEEING.
116023 | D:5      | 116023 ||| FLEEEEING.
116039 | D:5      | 116039 ||| FLEEEEING.
116055 | D:5      | 116055 ||| FLEEEEING.
116071 | D:5      | 116071 ||| FLEEEEING.
116087 | D:5      | 116087 ||| FLEEEEING.
116103 | D:5      | 116103 ||| FLEEEEING.
116119 | D:5      | 116119 ||| FLEEEEING.
116135 | D:5      | 116135 ||| FLEEEEING.
116151 | D:5      | 116151 ||| FLEEEEING.
116167 | D:5      | 116167 ||| FLEEEEING.
116183 | D:5      | 116183 ||| FLEEEEING.
116199 | D:5      | 116199 ||| FLEEEEING.
116215 | D:5      | 116215 ||| FLEEEEING.
116231 | D:5      | 116231 ||| FLEEEEING.
116247 | D:5      | 116247 ||| FLEEEEING.
116263 | D:5      | 116263 ||| FLEEEEING.
116279 | D:5      | 116279 ||| FLEEEEING.
116295 | D:5      | 116295 ||| FLEEEEING.
116311 | D:5      | 116311 ||| FLEEEEING.
116327 | D:5      | 116327 ||| FLEEEEING.
116343 | D:5      | 116343 ||| FLEEEEING.
116359 | D:5      | 116359 ||| FLEEEEING.
116375 | D:5      | 116375 ||| FLEEEEING.
116378 | D:5      | Glimpsed the power of Zot.
116391 | D:5      | 116391 ||| FLEEEEING.
116407 | D:5      | 116407 ||| FLEEEEING.
116423 | D:5      | 116423 ||| FLEEEEING.
116439 | D:5      | 116439 ||| FLEEEEING.
116455 | D:5      | 116455 ||| FLEEEEING.
116471 | D:5      | 116471 ||| FLEEEEING.
116487 | D:5      | 116487 ||| FLEEEEING.
116503 | D:5      | 116503 ||| FLEEEEING.
116519 | D:5      | 116519 ||| FLEEEEING.
116535 | D:5      | 116535 ||| FLEEEEING.
116551 | D:5      | 116551 ||| FLEEEEING.
116567 | D:5      | 116567 ||| FLEEEEING.
116583 | D:5      | 116583 ||| FLEEEEING.
116599 | D:5      | 116599 ||| FLEEEEING.
116615 | D:5      | 116615 ||| FLEEEEING.
116631 | D:5      | 116631 ||| FLEEEEING.
116647 | D:5      | 116647 ||| FLEEEEING.
116663 | D:5      | 116663 ||| FLEEEEING.
116679 | D:5      | 116679 ||| FLEEEEING.
116695 | D:5      | 116695 ||| FLEEEEING.
116711 | D:5      | 116711 ||| FLEEEEING.
116727 | D:5      | 116727 ||| FLEEEEING.
116743 | D:5      | 116743 ||| FLEEEEING.
116759 | D:5      | 116759 ||| FLEEEEING.
116775 | D:5      | 116775 ||| FLEEEEING.
116778 | D:5      | Glimpsed the power of Zot.
116791 | D:5      | 116791 ||| FLEEEEING.
116807 | D:5      | 116807 ||| FLEEEEING.
116823 | D:5      | 116823 ||| FLEEEEING.
116839 | D:5      | 116839 ||| FLEEEEING.
116855 | D:5      | 116855 ||| FLEEEEING.
116871 | D:5      | 116871 ||| FLEEEEING.
116877 | D:5      | Touched by the power of Zot.
116878 | D:5      | Glimpsed the power of Zot.
116887 | D:5      | 116887 ||| FLEEEEING.
116903 | D:5      | 116903 ||| FLEEEEING.
116919 | D:5      | 116919 ||| FLEEEEING.
116935 | D:5      | 116935 ||| FLEEEEING.
116951 | D:5      | 116951 ||| FLEEEEING.
116967 | D:5      | 116967 ||| FLEEEEING.
116983 | D:5      | 116983 ||| FLEEEEING.
116999 | D:5      | 116999 ||| FLEEEEING.
117015 | D:5      | 117015 ||| FLEEEEING.
117031 | D:5      | 117031 ||| FLEEEEING.
117047 | D:5      | 117047 ||| FLEEEEING.
117063 | D:5      | 117063 ||| FLEEEEING.
117079 | D:5      | 117079 ||| FLEEEEING.
117095 | D:5      | 117095 ||| FLEEEEING.
117111 | D:5      | 117111 ||| FLEEEEING.
117127 | D:5      | 117127 ||| FLEEEEING.
117143 | D:5      | 117143 ||| FLEEEEING.
117159 | D:5      | 117159 ||| FLEEEEING.
117175 | D:5      | 117175 ||| FLEEEEING.
117191 | D:5      | 117191 ||| FLEEEEING.
117207 | D:5      | 117207 ||| FLEEEEING.
117223 | D:5      | 117223 ||| FLEEEEING.
117239 | D:5      | 117239 ||| FLEEEEING.
117255 | D:5      | 117255 ||| FLEEEEING.
117271 | D:5      | 117271 ||| FLEEEEING.
117287 | D:5      | 117287 ||| FLEEEEING.
117303 | D:5      | 117303 ||| FLEEEEING.
117319 | D:5      | 117319 ||| FLEEEEING.
117335 | D:5      | 117335 ||| FLEEEEING.
117351 | D:5      | 117351 ||| FLEEEEING.
117367 | D:5      | 117367 ||| FLEEEEING.
117378 | D:5      | Glimpsed the power of Zot.
117383 | D:5      | 117383 ||| FLEEEEING.
117399 | D:5      | 117399 ||| FLEEEEING.
117415 | D:5      | 117415 ||| FLEEEEING.
117431 | D:5      | 117431 ||| FLEEEEING.
117447 | D:5      | 117447 ||| FLEEEEING.
117463 | D:5      | 117463 ||| FLEEEEING.
117479 | D:5      | 117479 ||| FLEEEEING.
117495 | D:5      | 117495 ||| FLEEEEING.
117511 | D:5      | 117511 ||| FLEEEEING.
117527 | D:5      | 117527 ||| FLEEEEING.
117543 | D:5      | 117543 ||| FLEEEEING.
117559 | D:5      | 117559 ||| FLEEEEING.
117575 | D:5      | 117575 ||| FLEEEEING.
117591 | D:5      | 117591 ||| FLEEEEING.
117607 | D:5      | 117607 ||| FLEEEEING.
117623 | D:5      | 117623 ||| FLEEEEING.
117639 | D:5      | 117639 ||| FLEEEEING.
117655 | D:5      | 117655 ||| FLEEEEING.
117671 | D:5      | 117671 ||| FLEEEEING.
117687 | D:5      | 117687 ||| FLEEEEING.
117703 | D:5      | 117703 ||| FLEEEEING.
117719 | D:5      | 117719 ||| FLEEEEING.
117735 | D:5      | 117735 ||| FLEEEEING.
117751 | D:5      | 117751 ||| FLEEEEING.
117767 | D:5      | 117767 ||| FLEEEEING.
117778 | D:5      | Glimpsed the power of Zot.
117783 | D:5      | 117783 ||| FLEEEEING.
117799 | D:5      | 117799 ||| FLEEEEING.
117815 | D:5      | 117815 ||| FLEEEEING.
117831 | D:5      | 117831 ||| FLEEEEING.
117847 | D:5      | 117847 ||| FLEEEEING.
117863 | D:5      | 117863 ||| FLEEEEING.
117877 | D:5      | Touched by the power of Zot.
117878 | D:5      | Glimpsed the power of Zot.
117879 | D:5      | 117879 ||| FLEEEEING.
117895 | D:5      | 117895 ||| FLEEEEING.
117911 | D:5      | 117911 ||| FLEEEEING.
117927 | D:5      | 117927 ||| FLEEEEING.
117943 | D:5      | 117943 ||| FLEEEEING.
117959 | D:5      | 117959 ||| FLEEEEING.
117975 | D:5      | 117975 ||| FLEEEEING.
117991 | D:5      | 117991 ||| FLEEEEING.
118007 | D:5      | 118007 ||| FLEEEEING.
118023 | D:5      | 118023 ||| FLEEEEING.
118039 | D:5      | 118039 ||| FLEEEEING.
118055 | D:5      | 118055 ||| FLEEEEING.
118071 | D:5      | 118071 ||| FLEEEEING.
118087 | D:5      | 118087 ||| FLEEEEING.
118103 | D:5      | 118103 ||| FLEEEEING.
118119 | D:5      | 118119 ||| FLEEEEING.
118135 | D:5      | 118135 ||| FLEEEEING.
118151 | D:5      | 118151 ||| FLEEEEING.
118167 | D:5      | 118167 ||| FLEEEEING.
118183 | D:5      | 118183 ||| FLEEEEING.
118199 | D:5      | 118199 ||| FLEEEEING.
118215 | D:5      | 118215 ||| FLEEEEING.
118231 | D:5      | 118231 ||| FLEEEEING.
118247 | D:5      | 118247 ||| FLEEEEING.
118263 | D:5      | 118263 ||| FLEEEEING.
118279 | D:5      | 118279 ||| FLEEEEING.
118295 | D:5      | 118295 ||| FLEEEEING.
118311 | D:5      | 118311 ||| FLEEEEING.
118327 | D:5      | 118327 ||| FLEEEEING.
118343 | D:5      | 118343 ||| FLEEEEING.
118359 | D:5      | 118359 ||| FLEEEEING.
118375 | D:5      | 118375 ||| FLEEEEING.
118378 | D:5      | Glimpsed the power of Zot.
118391 | D:5      | 118391 ||| FLEEEEING.
118407 | D:5      | 118407 ||| FLEEEEING.
118423 | D:5      | 118423 ||| FLEEEEING.
118439 | D:5      | 118439 ||| FLEEEEING.
118455 | D:5      | 118455 ||| FLEEEEING.
118471 | D:5      | 118471 ||| FLEEEEING.
118487 | D:5      | 118487 ||| FLEEEEING.
118503 | D:5      | 118503 ||| FLEEEEING.
118519 | D:5      | 118519 ||| FLEEEEING.
118535 | D:5      | 118535 ||| FLEEEEING.
118551 | D:5      | 118551 ||| FLEEEEING.
118567 | D:5      | 118567 ||| FLEEEEING.
118583 | D:5      | 118583 ||| FLEEEEING.
118599 | D:5      | 118599 ||| FLEEEEING.
118615 | D:5      | 118615 ||| FLEEEEING.
118631 | D:5      | 118631 ||| FLEEEEING.
118647 | D:5      | 118647 ||| FLEEEEING.
118663 | D:5      | 118663 ||| FLEEEEING.
118679 | D:5      | 118679 ||| FLEEEEING.
118695 | D:5      | 118695 ||| FLEEEEING.
118711 | D:5      | 118711 ||| FLEEEEING.
118727 | D:5      | 118727 ||| FLEEEEING.
118743 | D:5      | 118743 ||| FLEEEEING.
118759 | D:5      | 118759 ||| FLEEEEING.
118775 | D:5      | 118775 ||| FLEEEEING.
118778 | D:5      | Glimpsed the power of Zot.
118791 | D:5      | 118791 ||| FLEEEEING.
118807 | D:5      | 118807 ||| FLEEEEING.
118823 | D:5      | 118823 ||| FLEEEEING.
118839 | D:5      | 118839 ||| FLEEEEING.
118855 | D:5      | 118855 ||| FLEEEEING.
118871 | D:5      | 118871 ||| FLEEEEING.
118877 | D:5      | Touched by the power of Zot.
118878 | D:5      | Glimpsed the power of Zot.
118887 | D:5      | 118887 ||| FLEEEEING.
118903 | D:5      | 118903 ||| FLEEEEING.
118919 | D:5      | 118919 ||| FLEEEEING.
118935 | D:5      | 118935 ||| FLEEEEING.
118951 | D:5      | 118951 ||| FLEEEEING.
118967 | D:5      | 118967 ||| FLEEEEING.
118983 | D:5      | 118983 ||| FLEEEEING.
118999 | D:5      | 118999 ||| FLEEEEING.
119015 | D:5      | 119015 ||| FLEEEEING.
119031 | D:5      | 119031 ||| FLEEEEING.
119047 | D:5      | 119047 ||| FLEEEEING.
119063 | D:5      | 119063 ||| FLEEEEING.
119079 | D:5      | 119079 ||| FLEEEEING.
119095 | D:5      | 119095 ||| FLEEEEING.
119111 | D:5      | 119111 ||| FLEEEEING.
119127 | D:5      | 119127 ||| FLEEEEING.
119143 | D:5      | 119143 ||| FLEEEEING.
119159 | D:5      | 119159 ||| FLEEEEING.
119175 | D:5      | 119175 ||| FLEEEEING.
119191 | D:5      | 119191 ||| FLEEEEING.
119207 | D:5      | 119207 ||| FLEEEEING.
119223 | D:5      | 119223 ||| FLEEEEING.
119239 | D:5      | 119239 ||| FLEEEEING.
119255 | D:5      | 119255 ||| FLEEEEING.
119271 | D:5      | 119271 ||| FLEEEEING.
119287 | D:5      | 119287 ||| FLEEEEING.
119303 | D:5      | 119303 ||| FLEEEEING.
119319 | D:5      | 119319 ||| FLEEEEING.
119335 | D:5      | 119335 ||| FLEEEEING.
119351 | D:5      | 119351 ||| FLEEEEING.
119367 | D:5      | 119367 ||| FLEEEEING.
119378 | D:5      | Glimpsed the power of Zot.
119383 | D:5      | 119383 ||| FLEEEEING.
119399 | D:5      | 119399 ||| FLEEEEING.
119415 | D:5      | 119415 ||| FLEEEEING.
119431 | D:5      | 119431 ||| FLEEEEING.
119447 | D:5      | 119447 ||| FLEEEEING.
119463 | D:5      | 119463 ||| FLEEEEING.
119479 | D:5      | 119479 ||| FLEEEEING.
119495 | D:5      | 119495 ||| FLEEEEING.
119511 | D:5      | 119511 ||| FLEEEEING.
119527 | D:5      | 119527 ||| FLEEEEING.
119543 | D:5      | 119543 ||| FLEEEEING.
119559 | D:5      | 119559 ||| FLEEEEING.
119575 | D:5      | 119575 ||| FLEEEEING.
119591 | D:5      | 119591 ||| FLEEEEING.
119607 | D:5      | 119607 ||| FLEEEEING.
119623 | D:5      | 119623 ||| FLEEEEING.
119639 | D:5      | 119639 ||| FLEEEEING.
119655 | D:5      | 119655 ||| FLEEEEING.
119671 | D:5      | 119671 ||| FLEEEEING.
119687 | D:5      | 119687 ||| FLEEEEING.
119703 | D:5      | 119703 ||| FLEEEEING.
119719 | D:5      | 119719 ||| FLEEEEING.
119735 | D:5      | 119735 ||| FLEEEEING.
119751 | D:5      | 119751 ||| FLEEEEING.
119767 | D:5      | 119767 ||| FLEEEEING.
119778 | D:5      | Glimpsed the power of Zot.
119783 | D:5      | 119783 ||| FLEEEEING.
119799 | D:5      | 119799 ||| FLEEEEING.
119815 | D:5      | 119815 ||| FLEEEEING.
119831 | D:5      | 119831 ||| FLEEEEING.
119847 | D:5      | 119847 ||| FLEEEEING.
119863 | D:5      | 119863 ||| FLEEEEING.
119877 | D:5      | Touched by the power of Zot.
119878 | D:5      | Glimpsed the power of Zot.
119879 | D:5      | 119879 ||| FLEEEEING.
119895 | D:5      | 119895 ||| FLEEEEING.
119911 | D:5      | 119911 ||| FLEEEEING.
119927 | D:5      | 119927 ||| FLEEEEING.
119943 | D:5      | 119943 ||| FLEEEEING.
119959 | D:5      | 119959 ||| FLEEEEING.
119975 | D:5      | 119975 ||| FLEEEEING.
119991 | D:5      | 119991 ||| FLEEEEING.
120007 | D:5      | 120007 ||| FLEEEEING.
120023 | D:5      | 120023 ||| FLEEEEING.
120039 | D:5      | 120039 ||| FLEEEEING.
120055 | D:5      | 120055 ||| FLEEEEING.
120071 | D:5      | 120071 ||| FLEEEEING.
120087 | D:5      | 120087 ||| FLEEEEING.
120103 | D:5      | 120103 ||| FLEEEEING.
120119 | D:5      | 120119 ||| FLEEEEING.
120135 | D:5      | 120135 ||| FLEEEEING.
120151 | D:5      | 120151 ||| FLEEEEING.
120167 | D:5      | 120167 ||| FLEEEEING.
120183 | D:5      | 120183 ||| FLEEEEING.
120199 | D:5      | 120199 ||| FLEEEEING.
120215 | D:5      | 120215 ||| FLEEEEING.
120231 | D:5      | 120231 ||| FLEEEEING.
120247 | D:5      | 120247 ||| FLEEEEING.
120263 | D:5      | 120263 ||| FLEEEEING.
120279 | D:5      | 120279 ||| FLEEEEING.
120295 | D:5      | 120295 ||| FLEEEEING.
120311 | D:5      | 120311 ||| FLEEEEING.
120327 | D:5      | 120327 ||| FLEEEEING.
120343 | D:5      | 120343 ||| FLEEEEING.
120359 | D:5      | 120359 ||| FLEEEEING.
120375 | D:5      | 120375 ||| FLEEEEING.
120378 | D:5      | Glimpsed the power of Zot.
120391 | D:5      | 120391 ||| FLEEEEING.
120407 | D:5      | 120407 ||| FLEEEEING.
120423 | D:5      | 120423 ||| FLEEEEING.
120439 | D:5      | 120439 ||| FLEEEEING.
120455 | D:5      | 120455 ||| FLEEEEING.
120471 | D:5      | 120471 ||| FLEEEEING.
120487 | D:5      | 120487 ||| FLEEEEING.
120503 | D:5      | 120503 ||| FLEEEEING.
120519 | D:5      | 120519 ||| FLEEEEING.
120535 | D:5      | 120535 ||| FLEEEEING.
120551 | D:5      | 120551 ||| FLEEEEING.
120567 | D:5      | 120567 ||| FLEEEEING.
120583 | D:5      | 120583 ||| FLEEEEING.
120599 | D:5      | 120599 ||| FLEEEEING.
120615 | D:5      | 120615 ||| FLEEEEING.
120631 | D:5      | 120631 ||| FLEEEEING.
120647 | D:5      | 120647 ||| FLEEEEING.
120663 | D:5      | 120663 ||| FLEEEEING.
120679 | D:5      | 120679 ||| FLEEEEING.
120695 | D:5      | 120695 ||| FLEEEEING.
120711 | D:5      | 120711 ||| FLEEEEING.
120727 | D:5      | 120727 ||| FLEEEEING.
120743 | D:5      | 120743 ||| FLEEEEING.
120759 | D:5      | 120759 ||| FLEEEEING.
120775 | D:5      | 120775 ||| FLEEEEING.
120778 | D:5      | Glimpsed the power of Zot.
120791 | D:5      | 120791 ||| FLEEEEING.
120807 | D:5      | 120807 ||| FLEEEEING.
120823 | D:5      | 120823 ||| FLEEEEING.
120839 | D:5      | 120839 ||| FLEEEEING.
120855 | D:5      | 120855 ||| FLEEEEING.
120871 | D:5      | 120871 ||| FLEEEEING.
120877 | D:5      | Touched by the power of Zot.
120878 | D:5      | Glimpsed the power of Zot.
120887 | D:5      | 120887 ||| FLEEEEING.
120903 | D:5      | 120903 ||| FLEEEEING.
120919 | D:5      | 120919 ||| FLEEEEING.
120935 | D:5      | 120935 ||| FLEEEEING.
120951 | D:5      | 120951 ||| FLEEEEING.
120967 | D:5      | 120967 ||| FLEEEEING.
120983 | D:5      | 120983 ||| FLEEEEING.
120999 | D:5      | 120999 ||| FLEEEEING.
121015 | D:5      | 121015 ||| FLEEEEING.
121031 | D:5      | 121031 ||| FLEEEEING.
121047 | D:5      | 121047 ||| FLEEEEING.
121063 | D:5      | 121063 ||| FLEEEEING.
121079 | D:5      | 121079 ||| FLEEEEING.
121095 | D:5      | 121095 ||| FLEEEEING.
121111 | D:5      | 121111 ||| FLEEEEING.
121127 | D:5      | 121127 ||| FLEEEEING.
121143 | D:5      | 121143 ||| FLEEEEING.
121159 | D:5      | 121159 ||| FLEEEEING.
121175 | D:5      | 121175 ||| FLEEEEING.
121191 | D:5      | 121191 ||| FLEEEEING.
121207 | D:5      | 121207 ||| FLEEEEING.
121223 | D:5      | 121223 ||| FLEEEEING.
121239 | D:5      | 121239 ||| FLEEEEING.
121255 | D:5      | 121255 ||| FLEEEEING.
121271 | D:5      | 121271 ||| FLEEEEING.
121287 | D:5      | 121287 ||| FLEEEEING.
121303 | D:5      | 121303 ||| FLEEEEING.
121319 | D:5      | 121319 ||| FLEEEEING.
121335 | D:5      | 121335 ||| FLEEEEING.
121351 | D:5      | 121351 ||| FLEEEEING.
121367 | D:5      | 121367 ||| FLEEEEING.
121378 | D:5      | Glimpsed the power of Zot.
121383 | D:5      | 121383 ||| FLEEEEING.
121399 | D:5      | 121399 ||| FLEEEEING.
121415 | D:5      | 121415 ||| FLEEEEING.
121431 | D:5      | 121431 ||| FLEEEEING.
121447 | D:5      | 121447 ||| FLEEEEING.
121463 | D:5      | 121463 ||| FLEEEEING.
121479 | D:5      | 121479 ||| FLEEEEING.
121495 | D:5      | 121495 ||| FLEEEEING.
121511 | D:5      | 121511 ||| FLEEEEING.
121527 | D:5      | 121527 ||| FLEEEEING.
121543 | D:5      | 121543 ||| FLEEEEING.
121559 | D:5      | 121559 ||| FLEEEEING.
121575 | D:5      | 121575 ||| FLEEEEING.
121591 | D:5      | 121591 ||| FLEEEEING.
121607 | D:5      | 121607 ||| FLEEEEING.
121623 | D:5      | 121623 ||| FLEEEEING.
121639 | D:5      | 121639 ||| FLEEEEING.
121655 | D:5      | 121655 ||| FLEEEEING.
121671 | D:5      | 121671 ||| FLEEEEING.
121687 | D:5      | 121687 ||| FLEEEEING.
121703 | D:5      | 121703 ||| FLEEEEING.
121719 | D:5      | 121719 ||| FLEEEEING.
121735 | D:5      | 121735 ||| FLEEEEING.
121751 | D:5      | 121751 ||| FLEEEEING.
121767 | D:5      | 121767 ||| FLEEEEING.
121778 | D:5      | Glimpsed the power of Zot.
121783 | D:5      | 121783 ||| FLEEEEING.
121799 | D:5      | 121799 ||| FLEEEEING.
121815 | D:5      | 121815 ||| FLEEEEING.
121831 | D:5      | 121831 ||| FLEEEEING.
121847 | D:5      | 121847 ||| FLEEEEING.
121863 | D:5      | 121863 ||| FLEEEEING.
121877 | D:5      | Touched by the power of Zot.
121878 | D:5      | Glimpsed the power of Zot.
121879 | D:5      | 121879 ||| FLEEEEING.
121895 | D:5      | 121895 ||| FLEEEEING.
121911 | D:5      | 121911 ||| FLEEEEING.
121927 | D:5      | 121927 ||| FLEEEEING.
121943 | D:5      | 121943 ||| FLEEEEING.
121959 | D:5      | 121959 ||| FLEEEEING.
121975 | D:5      | 121975 ||| FLEEEEING.
121991 | D:5      | 121991 ||| FLEEEEING.
122007 | D:5      | 122007 ||| FLEEEEING.
122023 | D:5      | 122023 ||| FLEEEEING.
122039 | D:5      | 122039 ||| FLEEEEING.
122055 | D:5      | 122055 ||| FLEEEEING.
122071 | D:5      | 122071 ||| FLEEEEING.
122087 | D:5      | 122087 ||| FLEEEEING.
122103 | D:5      | 122103 ||| FLEEEEING.
122119 | D:5      | 122119 ||| FLEEEEING.
122135 | D:5      | 122135 ||| FLEEEEING.
122151 | D:5      | 122151 ||| FLEEEEING.
122167 | D:5      | 122167 ||| FLEEEEING.
122183 | D:5      | 122183 ||| FLEEEEING.
122199 | D:5      | 122199 ||| FLEEEEING.
122215 | D:5      | 122215 ||| FLEEEEING.
122231 | D:5      | 122231 ||| FLEEEEING.
122247 | D:5      | 122247 ||| FLEEEEING.
122263 | D:5      | 122263 ||| FLEEEEING.
122279 | D:5      | 122279 ||| FLEEEEING.
122295 | D:5      | 122295 ||| FLEEEEING.
122311 | D:5      | 122311 ||| FLEEEEING.
122327 | D:5      | 122327 ||| FLEEEEING.
122343 | D:5      | 122343 ||| FLEEEEING.
122359 | D:5      | 122359 ||| FLEEEEING.
122375 | D:5      | 122375 ||| FLEEEEING.
122378 | D:5      | Glimpsed the power of Zot.
122391 | D:5      | 122391 ||| FLEEEEING.
122407 | D:5      | 122407 ||| FLEEEEING.
122423 | D:5      | 122423 ||| FLEEEEING.
122439 | D:5      | 122439 ||| FLEEEEING.
122455 | D:5      | 122455 ||| FLEEEEING.
122471 | D:5      | 122471 ||| FLEEEEING.
122487 | D:5      | 122487 ||| FLEEEEING.
122503 | D:5      | 122503 ||| FLEEEEING.
122519 | D:5      | 122519 ||| FLEEEEING.
122535 | D:5      | 122535 ||| FLEEEEING.
122551 | D:5      | 122551 ||| FLEEEEING.
122567 | D:5      | 122567 ||| FLEEEEING.
122583 | D:5      | 122583 ||| FLEEEEING.
122599 | D:5      | 122599 ||| FLEEEEING.
122615 | D:5      | 122615 ||| FLEEEEING.
122631 | D:5      | 122631 ||| FLEEEEING.
122647 | D:5      | 122647 ||| FLEEEEING.
122663 | D:5      | 122663 ||| FLEEEEING.
122679 | D:5      | 122679 ||| FLEEEEING.
122695 | D:5      | 122695 ||| FLEEEEING.
122711 | D:5      | 122711 ||| FLEEEEING.
122727 | D:5      | 122727 ||| FLEEEEING.
122743 | D:5      | 122743 ||| FLEEEEING.
122759 | D:5      | 122759 ||| FLEEEEING.
122775 | D:5      | 122775 ||| FLEEEEING.
122778 | D:5      | Glimpsed the power of Zot.
122791 | D:5      | 122791 ||| FLEEEEING.
122807 | D:5      | 122807 ||| FLEEEEING.
122823 | D:5      | 122823 ||| FLEEEEING.
122839 | D:5      | 122839 ||| FLEEEEING.
122855 | D:5      | 122855 ||| FLEEEEING.
122871 | D:5      | 122871 ||| FLEEEEING.
122877 | D:5      | Touched by the power of Zot.
122878 | D:5      | Glimpsed the power of Zot.
122887 | D:5      | 122887 ||| FLEEEEING.
122903 | D:5      | 122903 ||| FLEEEEING.
122919 | D:5      | 122919 ||| FLEEEEING.
122935 | D:5      | 122935 ||| FLEEEEING.
122951 | D:5      | 122951 ||| FLEEEEING.
122967 | D:5      | 122967 ||| FLEEEEING.
122983 | D:5      | 122983 ||| FLEEEEING.
122999 | D:5      | 122999 ||| FLEEEEING.
123015 | D:5      | 123015 ||| FLEEEEING.
123031 | D:5      | 123031 ||| FLEEEEING.
123047 | D:5      | 123047 ||| FLEEEEING.
123063 | D:5      | 123063 ||| FLEEEEING.
123079 | D:5      | 123079 ||| FLEEEEING.
123095 | D:5      | 123095 ||| FLEEEEING.
123111 | D:5      | 123111 ||| FLEEEEING.
123127 | D:5      | 123127 ||| FLEEEEING.
123143 | D:5      | 123143 ||| FLEEEEING.
123159 | D:5      | 123159 ||| FLEEEEING.
123175 | D:5      | 123175 ||| FLEEEEING.
123191 | D:5      | 123191 ||| FLEEEEING.
123207 | D:5      | 123207 ||| FLEEEEING.
123223 | D:5      | 123223 ||| FLEEEEING.
123239 | D:5      | 123239 ||| FLEEEEING.
123255 | D:5      | 123255 ||| FLEEEEING.
123271 | D:5      | 123271 ||| FLEEEEING.
123287 | D:5      | 123287 ||| FLEEEEING.
123303 | D:5      | 123303 ||| FLEEEEING.
123319 | D:5      | 123319 ||| FLEEEEING.
123335 | D:5      | 123335 ||| FLEEEEING.
123351 | D:5      | 123351 ||| FLEEEEING.
123367 | D:5      | 123367 ||| FLEEEEING.
123378 | D:5      | Glimpsed the power of Zot.
123383 | D:5      | 123383 ||| FLEEEEING.
123399 | D:5      | 123399 ||| FLEEEEING.
123415 | D:5      | 123415 ||| FLEEEEING.
123431 | D:5      | 123431 ||| FLEEEEING.
123447 | D:5      | 123447 ||| FLEEEEING.
123463 | D:5      | 123463 ||| FLEEEEING.
123479 | D:5      | 123479 ||| FLEEEEING.
123495 | D:5      | 123495 ||| FLEEEEING.
123511 | D:5      | 123511 ||| FLEEEEING.
123527 | D:5      | 123527 ||| FLEEEEING.
123543 | D:5      | 123543 ||| FLEEEEING.
123559 | D:5      | 123559 ||| FLEEEEING.
123575 | D:5      | 123575 ||| FLEEEEING.
123591 | D:5      | 123591 ||| FLEEEEING.
123607 | D:5      | 123607 ||| FLEEEEING.
123623 | D:5      | 123623 ||| FLEEEEING.
123639 | D:5      | 123639 ||| FLEEEEING.
123655 | D:5      | 123655 ||| FLEEEEING.
123671 | D:5      | 123671 ||| FLEEEEING.
123687 | D:5      | 123687 ||| FLEEEEING.
123703 | D:5      | 123703 ||| FLEEEEING.
123719 | D:5      | 123719 ||| FLEEEEING.
123735 | D:5      | 123735 ||| FLEEEEING.
123751 | D:5      | 123751 ||| FLEEEEING.
123767 | D:5      | 123767 ||| FLEEEEING.
123778 | D:5      | Glimpsed the power of Zot.
123783 | D:5      | 123783 ||| FLEEEEING.
123799 | D:5      | 123799 ||| FLEEEEING.
123815 | D:5      | 123815 ||| FLEEEEING.
123831 | D:5      | 123831 ||| FLEEEEING.
123847 | D:5      | 123847 ||| FLEEEEING.
123863 | D:5      | 123863 ||| FLEEEEING.
123877 | D:5      | Touched by the power of Zot.
123878 | D:5      | Glimpsed the power of Zot.
123879 | D:5      | 123879 ||| FLEEEEING.
123895 | D:5      | 123895 ||| FLEEEEING.
123911 | D:5      | 123911 ||| FLEEEEING.
123927 | D:5      | 123927 ||| FLEEEEING.
123943 | D:5      | 123943 ||| FLEEEEING.
123959 | D:5      | 123959 ||| FLEEEEING.
123975 | D:5      | 123975 ||| FLEEEEING.
123991 | D:5      | 123991 ||| FLEEEEING.
124007 | D:5      | 124007 ||| FLEEEEING.
124023 | D:5      | 124023 ||| FLEEEEING.
124039 | D:5      | 124039 ||| FLEEEEING.
124055 | D:5      | 124055 ||| FLEEEEING.
124071 | D:5      | 124071 ||| FLEEEEING.
124087 | D:5      | 124087 ||| FLEEEEING.
124103 | D:5      | 124103 ||| FLEEEEING.
124119 | D:5      | 124119 ||| FLEEEEING.
124135 | D:5      | 124135 ||| FLEEEEING.
124151 | D:5      | 124151 ||| FLEEEEING.
124167 | D:5      | 124167 ||| FLEEEEING.
124183 | D:5      | 124183 ||| FLEEEEING.
124199 | D:5      | 124199 ||| FLEEEEING.
124215 | D:5      | 124215 ||| FLEEEEING.
124231 | D:5      | 124231 ||| FLEEEEING.
124247 | D:5      | 124247 ||| FLEEEEING.
124263 | D:5      | 124263 ||| FLEEEEING.
124279 | D:5      | 124279 ||| FLEEEEING.
124295 | D:5      | 124295 ||| FLEEEEING.
124311 | D:5      | 124311 ||| FLEEEEING.
124327 | D:5      | 124327 ||| FLEEEEING.
124343 | D:5      | 124343 ||| FLEEEEING.
124359 | D:5      | 124359 ||| FLEEEEING.
124375 | D:5      | 124375 ||| FLEEEEING.
124378 | D:5      | Glimpsed the power of Zot.
124391 | D:5      | 124391 ||| FLEEEEING.
124407 | D:5      | 124407 ||| FLEEEEING.
124423 | D:5      | 124423 ||| FLEEEEING.
124439 | D:5      | 124439 ||| FLEEEEING.
124455 | D:5      | 124455 ||| FLEEEEING.
124471 | D:5      | 124471 ||| FLEEEEING.
124487 | D:5      | 124487 ||| FLEEEEING.
124503 | D:5      | 124503 ||| FLEEEEING.
124519 | D:5      | 124519 ||| FLEEEEING.
124535 | D:5      | 124535 ||| FLEEEEING.
124551 | D:5      | 124551 ||| FLEEEEING.
124567 | D:5      | 124567 ||| FLEEEEING.
124583 | D:5      | 124583 ||| FLEEEEING.
124599 | D:5      | 124599 ||| FLEEEEING.
124615 | D:5      | 124615 ||| FLEEEEING.
124631 | D:5      | 124631 ||| FLEEEEING.
124647 | D:5      | 124647 ||| FLEEEEING.
124663 | D:5      | 124663 ||| FLEEEEING.
124679 | D:5      | 124679 ||| FLEEEEING.
124695 | D:5      | 124695 ||| FLEEEEING.
124711 | D:5      | 124711 ||| FLEEEEING.
124727 | D:5      | 124727 ||| FLEEEEING.
124743 | D:5      | 124743 ||| FLEEEEING.
124759 | D:5      | 124759 ||| FLEEEEING.
124775 | D:5      | 124775 ||| FLEEEEING.
124778 | D:5      | Glimpsed the power of Zot.
124791 | D:5      | 124791 ||| FLEEEEING.
124807 | D:5      | 124807 ||| FLEEEEING.
124823 | D:5      | 124823 ||| FLEEEEING.
124839 | D:5      | 124839 ||| FLEEEEING.
124855 | D:5      | 124855 ||| FLEEEEING.
124871 | D:5      | 124871 ||| FLEEEEING.
124877 | D:5      | Touched by the power of Zot.
124878 | D:5      | Glimpsed the power of Zot.
124887 | D:5      | 124887 ||| FLEEEEING.
124903 | D:5      | 124903 ||| FLEEEEING.
124919 | D:5      | 124919 ||| FLEEEEING.
124935 | D:5      | 124935 ||| FLEEEEING.
124951 | D:5      | 124951 ||| FLEEEEING.
124967 | D:5      | 124967 ||| FLEEEEING.
124983 | D:5      | 124983 ||| FLEEEEING.
124999 | D:5      | 124999 ||| FLEEEEING.
125015 | D:5      | 125015 ||| FLEEEEING.
125031 | D:5      | 125031 ||| FLEEEEING.
125047 | D:5      | 125047 ||| FLEEEEING.
125063 | D:5      | 125063 ||| FLEEEEING.
125079 | D:5      | 125079 ||| FLEEEEING.
125095 | D:5      | 125095 ||| FLEEEEING.
125111 | D:5      | 125111 ||| FLEEEEING.
125127 | D:5      | 125127 ||| FLEEEEING.
125143 | D:5      | 125143 ||| FLEEEEING.
125159 | D:5      | 125159 ||| FLEEEEING.
125175 | D:5      | 125175 ||| FLEEEEING.
125191 | D:5      | 125191 ||| FLEEEEING.
125207 | D:5      | 125207 ||| FLEEEEING.
125223 | D:5      | 125223 ||| FLEEEEING.
125239 | D:5      | 125239 ||| FLEEEEING.
125255 | D:5      | 125255 ||| FLEEEEING.
125271 | D:5      | 125271 ||| FLEEEEING.
125287 | D:5      | 125287 ||| FLEEEEING.
125303 | D:5      | 125303 ||| FLEEEEING.
125319 | D:5      | 125319 ||| FLEEEEING.
125335 | D:5      | 125335 ||| FLEEEEING.
125351 | D:5      | 125351 ||| FLEEEEING.
125367 | D:5      | 125367 ||| FLEEEEING.
125378 | D:5      | Glimpsed the power of Zot.
125383 | D:5      | 125383 ||| FLEEEEING.
125399 | D:5      | 125399 ||| FLEEEEING.
125415 | D:5      | 125415 ||| FLEEEEING.
125431 | D:5      | 125431 ||| FLEEEEING.
125447 | D:5      | 125447 ||| FLEEEEING.
125463 | D:5      | 125463 ||| FLEEEEING.
125479 | D:5      | 125479 ||| FLEEEEING.
125495 | D:5      | 125495 ||| FLEEEEING.
125511 | D:5      | 125511 ||| FLEEEEING.
125527 | D:5      | 125527 ||| FLEEEEING.
125543 | D:5      | 125543 ||| FLEEEEING.
125559 | D:5      | 125559 ||| FLEEEEING.
125575 | D:5      | 125575 ||| FLEEEEING.
125591 | D:5      | 125591 ||| FLEEEEING.
125607 | D:5      | 125607 ||| FLEEEEING.
125623 | D:5      | 125623 ||| FLEEEEING.
125639 | D:5      | 125639 ||| FLEEEEING.
125655 | D:5      | 125655 ||| FLEEEEING.
125671 | D:5      | 125671 ||| FLEEEEING.
125687 | D:5      | 125687 ||| FLEEEEING.
125703 | D:5      | 125703 ||| FLEEEEING.
125719 | D:5      | 125719 ||| FLEEEEING.
125735 | D:5      | 125735 ||| FLEEEEING.
125751 | D:5      | 125751 ||| FLEEEEING.
125767 | D:5      | 125767 ||| FLEEEEING.
125778 | D:5      | Glimpsed the power of Zot.
125783 | D:5      | 125783 ||| FLEEEEING.
125799 | D:5      | 125799 ||| FLEEEEING.
125815 | D:5      | 125815 ||| FLEEEEING.
125831 | D:5      | 125831 ||| FLEEEEING.
125847 | D:5      | 125847 ||| FLEEEEING.
125863 | D:5      | 125863 ||| FLEEEEING.
125877 | D:5      | Touched by the power of Zot.
125878 | D:5      | Glimpsed the power of Zot.
125879 | D:5      | 125879 ||| FLEEEEING.
125895 | D:5      | 125895 ||| FLEEEEING.
125911 | D:5      | 125911 ||| FLEEEEING.
125927 | D:5      | 125927 ||| FLEEEEING.
125943 | D:5      | 125943 ||| FLEEEEING.
125959 | D:5      | 125959 ||| FLEEEEING.
125975 | D:5      | 125975 ||| FLEEEEING.
125991 | D:5      | 125991 ||| FLEEEEING.
126007 | D:5      | 126007 ||| FLEEEEING.
126023 | D:5      | 126023 ||| FLEEEEING.
126039 | D:5      | 126039 ||| FLEEEEING.
126055 | D:5      | 126055 ||| FLEEEEING.
126071 | D:5      | 126071 ||| FLEEEEING.
126087 | D:5      | 126087 ||| FLEEEEING.
126103 | D:5      | 126103 ||| FLEEEEING.
126119 | D:5      | 126119 ||| FLEEEEING.
126135 | D:5      | 126135 ||| FLEEEEING.
126151 | D:5      | 126151 ||| FLEEEEING.
126167 | D:5      | 126167 ||| FLEEEEING.
126183 | D:5      | 126183 ||| FLEEEEING.
126199 | D:5      | 126199 ||| FLEEEEING.
126215 | D:5      | 126215 ||| FLEEEEING.
126231 | D:5      | 126231 ||| FLEEEEING.
126247 | D:5      | 126247 ||| FLEEEEING.
126263 | D:5      | 126263 ||| FLEEEEING.
126279 | D:5      | 126279 ||| FLEEEEING.
126295 | D:5      | 126295 ||| FLEEEEING.
126311 | D:5      | 126311 ||| FLEEEEING.
126327 | D:5      | 126327 ||| FLEEEEING.
126343 | D:5      | 126343 ||| FLEEEEING.
126359 | D:5      | 126359 ||| FLEEEEING.
126375 | D:5      | 126375 ||| FLEEEEING.
126378 | D:5      | Glimpsed the power of Zot.
126391 | D:5      | 126391 ||| FLEEEEING.
126407 | D:5      | 126407 ||| FLEEEEING.
126423 | D:5      | 126423 ||| FLEEEEING.
126439 | D:5      | 126439 ||| FLEEEEING.
126455 | D:5      | 126455 ||| FLEEEEING.
126471 | D:5      | 126471 ||| FLEEEEING.
126487 | D:5      | 126487 ||| FLEEEEING.
126503 | D:5      | 126503 ||| FLEEEEING.
126519 | D:5      | 126519 ||| FLEEEEING.
126535 | D:5      | 126535 ||| FLEEEEING.
126551 | D:5      | 126551 ||| FLEEEEING.
126567 | D:5      | 126567 ||| FLEEEEING.
126583 | D:5      | 126583 ||| FLEEEEING.
126599 | D:5      | 126599 ||| FLEEEEING.
126615 | D:5      | 126615 ||| FLEEEEING.
126631 | D:5      | 126631 ||| FLEEEEING.
126647 | D:5      | 126647 ||| FLEEEEING.
126663 | D:5      | 126663 ||| FLEEEEING.
126679 | D:5      | 126679 ||| FLEEEEING.
126695 | D:5      | 126695 ||| FLEEEEING.
126711 | D:5      | 126711 ||| FLEEEEING.
126727 | D:5      | 126727 ||| FLEEEEING.
126743 | D:5      | 126743 ||| FLEEEEING.
126759 | D:5      | 126759 ||| FLEEEEING.
126775 | D:5      | 126775 ||| FLEEEEING.
126778 | D:5      | Glimpsed the power of Zot.
126791 | D:5      | 126791 ||| FLEEEEING.
126807 | D:5      | 126807 ||| FLEEEEING.
126823 | D:5      | 126823 ||| FLEEEEING.
126839 | D:5      | 126839 ||| FLEEEEING.
126855 | D:5      | 126855 ||| FLEEEEING.
126871 | D:5      | 126871 ||| FLEEEEING.
126877 | D:5      | Touched by the power of Zot.
126878 | D:5      | Glimpsed the power of Zot.
126887 | D:5      | 126887 ||| FLEEEEING.
126903 | D:5      | 126903 ||| FLEEEEING.
126919 | D:5      | 126919 ||| FLEEEEING.
126935 | D:5      | 126935 ||| FLEEEEING.
126951 | D:5      | 126951 ||| FLEEEEING.
126967 | D:5      | 126967 ||| FLEEEEING.
126983 | D:5      | 126983 ||| FLEEEEING.
126999 | D:5      | 126999 ||| FLEEEEING.
127015 | D:5      | 127015 ||| FLEEEEING.
127031 | D:5      | 127031 ||| FLEEEEING.
127047 | D:5      | 127047 ||| FLEEEEING.
127063 | D:5      | 127063 ||| FLEEEEING.
127079 | D:5      | 127079 ||| FLEEEEING.
127095 | D:5      | 127095 ||| FLEEEEING.
127111 | D:5      | 127111 ||| FLEEEEING.
127127 | D:5      | 127127 ||| FLEEEEING.
127143 | D:5      | 127143 ||| FLEEEEING.
127159 | D:5      | 127159 ||| FLEEEEING.
127175 | D:5      | 127175 ||| FLEEEEING.
127191 | D:5      | 127191 ||| FLEEEEING.
127207 | D:5      | 127207 ||| FLEEEEING.
127223 | D:5      | 127223 ||| FLEEEEING.
127239 | D:5      | 127239 ||| FLEEEEING.
127255 | D:5      | 127255 ||| FLEEEEING.
127271 | D:5      | 127271 ||| FLEEEEING.
127287 | D:5      | 127287 ||| FLEEEEING.
127303 | D:5      | 127303 ||| FLEEEEING.
127319 | D:5      | 127319 ||| FLEEEEING.
127335 | D:5      | 127335 ||| FLEEEEING.
127351 | D:5      | 127351 ||| FLEEEEING.
127367 | D:5      | 127367 ||| FLEEEEING.
127378 | D:5      | Glimpsed the power of Zot.
127383 | D:5      | 127383 ||| FLEEEEING.
127399 | D:5      | 127399 ||| FLEEEEING.
127415 | D:5      | 127415 ||| FLEEEEING.
127431 | D:5      | 127431 ||| FLEEEEING.
127447 | D:5      | 127447 ||| FLEEEEING.
127463 | D:5      | 127463 ||| FLEEEEING.
127479 | D:5      | 127479 ||| FLEEEEING.
127495 | D:5      | 127495 ||| FLEEEEING.
127511 | D:5      | 127511 ||| FLEEEEING.
127527 | D:5      | 127527 ||| FLEEEEING.
127543 | D:5      | 127543 ||| FLEEEEING.
127559 | D:5      | 127559 ||| FLEEEEING.
127575 | D:5      | 127575 ||| FLEEEEING.
127591 | D:5      | 127591 ||| FLEEEEING.
127607 | D:5      | 127607 ||| FLEEEEING.
127623 | D:5      | 127623 ||| FLEEEEING.
127639 | D:5      | 127639 ||| FLEEEEING.
127655 | D:5      | 127655 ||| FLEEEEING.
127671 | D:5      | 127671 ||| FLEEEEING.
127687 | D:5      | 127687 ||| FLEEEEING.
127703 | D:5      | 127703 ||| FLEEEEING.
127719 | D:5      | 127719 ||| FLEEEEING.
127735 | D:5      | 127735 ||| FLEEEEING.
127751 | D:5      | 127751 ||| FLEEEEING.
127767 | D:5      | 127767 ||| FLEEEEING.
127778 | D:5      | Glimpsed the power of Zot.
127783 | D:5      | 127783 ||| FLEEEEING.
127799 | D:5      | 127799 ||| FLEEEEING.
127815 | D:5      | 127815 ||| FLEEEEING.
127831 | D:5      | 127831 ||| FLEEEEING.
127847 | D:5      | 127847 ||| FLEEEEING.
127863 | D:5      | 127863 ||| FLEEEEING.
127877 | D:5      | Touched by the power of Zot.
127878 | D:5      | Glimpsed the power of Zot.
127879 | D:5      | 127879 ||| FLEEEEING.
127895 | D:5      | 127895 ||| FLEEEEING.
127911 | D:5      | 127911 ||| FLEEEEING.
127927 | D:5      | 127927 ||| FLEEEEING.
127943 | D:5      | 127943 ||| FLEEEEING.
127959 | D:5      | 127959 ||| FLEEEEING.
127975 | D:5      | 127975 ||| FLEEEEING.
127991 | D:5      | 127991 ||| FLEEEEING.
128007 | D:5      | 128007 ||| FLEEEEING.
128023 | D:5      | 128023 ||| FLEEEEING.
128039 | D:5      | 128039 ||| FLEEEEING.
128055 | D:5      | 128055 ||| FLEEEEING.
128071 | D:5      | 128071 ||| FLEEEEING.
128087 | D:5      | 128087 ||| FLEEEEING.
128103 | D:5      | 128103 ||| FLEEEEING.
128119 | D:5      | 128119 ||| FLEEEEING.
128135 | D:5      | 128135 ||| FLEEEEING.
128151 | D:5      | 128151 ||| FLEEEEING.
128167 | D:5      | 128167 ||| FLEEEEING.
128183 | D:5      | 128183 ||| FLEEEEING.
128199 | D:5      | 128199 ||| FLEEEEING.
128215 | D:5      | 128215 ||| FLEEEEING.
128231 | D:5      | 128231 ||| FLEEEEING.
128247 | D:5      | 128247 ||| FLEEEEING.
128263 | D:5      | 128263 ||| FLEEEEING.
128279 | D:5      | 128279 ||| FLEEEEING.
128295 | D:5      | 128295 ||| FLEEEEING.
128311 | D:5      | 128311 ||| FLEEEEING.
128327 | D:5      | 128327 ||| FLEEEEING.
128343 | D:5      | 128343 ||| FLEEEEING.
128359 | D:5      | 128359 ||| FLEEEEING.
128375 | D:5      | 128375 ||| FLEEEEING.
128378 | D:5      | Glimpsed the power of Zot.
128391 | D:5      | 128391 ||| FLEEEEING.
128407 | D:5      | 128407 ||| FLEEEEING.
128423 | D:5      | 128423 ||| FLEEEEING.
128439 | D:5      | 128439 ||| FLEEEEING.
128455 | D:5      | 128455 ||| FLEEEEING.
128471 | D:5      | 128471 ||| FLEEEEING.
128487 | D:5      | 128487 ||| FLEEEEING.
128503 | D:5      | 128503 ||| FLEEEEING.
128519 | D:5      | 128519 ||| FLEEEEING.
128535 | D:5      | 128535 ||| FLEEEEING.
128551 | D:5      | 128551 ||| FLEEEEING.
128567 | D:5      | 128567 ||| FLEEEEING.
128583 | D:5      | 128583 ||| FLEEEEING.
128599 | D:5      | 128599 ||| FLEEEEING.
128615 | D:5      | 128615 ||| FLEEEEING.
128631 | D:5      | 128631 ||| FLEEEEING.
128647 | D:5      | 128647 ||| FLEEEEING.
128663 | D:5      | 128663 ||| FLEEEEING.
128679 | D:5      | 128679 ||| FLEEEEING.
128695 | D:5      | 128695 ||| FLEEEEING.
128711 | D:5      | 128711 ||| FLEEEEING.
128727 | D:5      | 128727 ||| FLEEEEING.
128743 | D:5      | 128743 ||| FLEEEEING.
128759 | D:5      | 128759 ||| FLEEEEING.
128775 | D:5      | 128775 ||| FLEEEEING.
128778 | D:5      | Glimpsed the power of Zot.
128791 | D:5      | 128791 ||| FLEEEEING.
128807 | D:5      | 128807 ||| FLEEEEING.
128823 | D:5      | 128823 ||| FLEEEEING.
128839 | D:5      | 128839 ||| FLEEEEING.
128855 | D:5      | 128855 ||| FLEEEEING.
128871 | D:5      | 128871 ||| FLEEEEING.
128877 | D:5      | Touched by the power of Zot.
128878 | D:5      | Glimpsed the power of Zot.
128887 | D:5      | 128887 ||| FLEEEEING.
128903 | D:5      | 128903 ||| FLEEEEING.
128919 | D:5      | 128919 ||| FLEEEEING.
128935 | D:5      | 128935 ||| FLEEEEING.
128951 | D:5      | 128951 ||| FLEEEEING.
128967 | D:5      | 128967 ||| FLEEEEING.
128983 | D:5      | 128983 ||| FLEEEEING.
128999 | D:5      | 128999 ||| FLEEEEING.
129015 | D:5      | 129015 ||| FLEEEEING.
129031 | D:5      | 129031 ||| FLEEEEING.
129047 | D:5      | 129047 ||| FLEEEEING.
129063 | D:5      | 129063 ||| FLEEEEING.
129079 | D:5      | 129079 ||| FLEEEEING.
129095 | D:5      | 129095 ||| FLEEEEING.
129111 | D:5      | 129111 ||| FLEEEEING.
129127 | D:5      | 129127 ||| FLEEEEING.
129143 | D:5      | 129143 ||| FLEEEEING.
129159 | D:5      | 129159 ||| FLEEEEING.
129175 | D:5      | 129175 ||| FLEEEEING.
129191 | D:5      | 129191 ||| FLEEEEING.
129207 | D:5      | 129207 ||| FLEEEEING.
129223 | D:5      | 129223 ||| FLEEEEING.
129239 | D:5      | 129239 ||| FLEEEEING.
129255 | D:5      | 129255 ||| FLEEEEING.
129271 | D:5      | 129271 ||| FLEEEEING.
129287 | D:5      | 129287 ||| FLEEEEING.
129303 | D:5      | 129303 ||| FLEEEEING.
129319 | D:5      | 129319 ||| FLEEEEING.
129335 | D:5      | 129335 ||| FLEEEEING.
129351 | D:5      | 129351 ||| FLEEEEING.
129367 | D:5      | 129367 ||| FLEEEEING.
129378 | D:5      | Glimpsed the power of Zot.
129383 | D:5      | 129383 ||| FLEEEEING.
129399 | D:5      | 129399 ||| FLEEEEING.
129415 | D:5      | 129415 ||| FLEEEEING.
129431 | D:5      | 129431 ||| FLEEEEING.
129447 | D:5      | 129447 ||| FLEEEEING.
129463 | D:5      | 129463 ||| FLEEEEING.
129479 | D:5      | 129479 ||| FLEEEEING.
129495 | D:5      | 129495 ||| FLEEEEING.
129511 | D:5      | 129511 ||| FLEEEEING.
129527 | D:5      | 129527 ||| FLEEEEING.
129543 | D:5      | 129543 ||| FLEEEEING.
129559 | D:5      | 129559 ||| FLEEEEING.
129575 | D:5      | 129575 ||| FLEEEEING.
129591 | D:5      | 129591 ||| FLEEEEING.
129607 | D:5      | 129607 ||| FLEEEEING.
129623 | D:5      | 129623 ||| FLEEEEING.
129639 | D:5      | 129639 ||| FLEEEEING.
129655 | D:5      | 129655 ||| FLEEEEING.
129671 | D:5      | 129671 ||| FLEEEEING.
129687 | D:5      | 129687 ||| FLEEEEING.
129703 | D:5      | 129703 ||| FLEEEEING.
129719 | D:5      | 129719 ||| FLEEEEING.
129735 | D:5      | 129735 ||| FLEEEEING.
129751 | D:5      | 129751 ||| FLEEEEING.
129767 | D:5      | 129767 ||| FLEEEEING.
129778 | D:5      | Glimpsed the power of Zot.
129783 | D:5      | 129783 ||| FLEEEEING.
129799 | D:5      | 129799 ||| FLEEEEING.
129815 | D:5      | 129815 ||| FLEEEEING.
129831 | D:5      | 129831 ||| FLEEEEING.
129847 | D:5      | 129847 ||| FLEEEEING.
129863 | D:5      | 129863 ||| FLEEEEING.
129877 | D:5      | Touched by the power of Zot.
129878 | D:5      | Glimpsed the power of Zot.
129879 | D:5      | 129879 ||| FLEEEEING.
129895 | D:5      | 129895 ||| FLEEEEING.
129911 | D:5      | 129911 ||| FLEEEEING.
129927 | D:5      | 129927 ||| FLEEEEING.
129943 | D:5      | 129943 ||| FLEEEEING.
129959 | D:5      | 129959 ||| FLEEEEING.
129975 | D:5      | 129975 ||| FLEEEEING.
129991 | D:5      | 129991 ||| FLEEEEING.
130007 | D:5      | 130007 ||| FLEEEEING.
130023 | D:5      | 130023 ||| FLEEEEING.
130039 | D:5      | 130039 ||| FLEEEEING.
130055 | D:5      | 130055 ||| FLEEEEING.
130071 | D:5      | 130071 ||| FLEEEEING.
130087 | D:5      | 130087 ||| FLEEEEING.
130103 | D:5      | 130103 ||| FLEEEEING.
130119 | D:5      | 130119 ||| FLEEEEING.
130135 | D:5      | 130135 ||| FLEEEEING.
130151 | D:5      | 130151 ||| FLEEEEING.
130167 | D:5      | 130167 ||| FLEEEEING.
130183 | D:5      | 130183 ||| FLEEEEING.
130199 | D:5      | 130199 ||| FLEEEEING.
130215 | D:5      | 130215 ||| FLEEEEING.
130231 | D:5      | 130231 ||| FLEEEEING.
130247 | D:5      | 130247 ||| FLEEEEING.
130263 | D:5      | 130263 ||| FLEEEEING.
130279 | D:5      | 130279 ||| FLEEEEING.
130295 | D:5      | 130295 ||| FLEEEEING.
130311 | D:5      | 130311 ||| FLEEEEING.
130327 | D:5      | 130327 ||| FLEEEEING.
130343 | D:5      | 130343 ||| FLEEEEING.
130359 | D:5      | 130359 ||| FLEEEEING.
130375 | D:5      | 130375 ||| FLEEEEING.
130378 | D:5      | Glimpsed the power of Zot.
130391 | D:5      | 130391 ||| FLEEEEING.
130407 | D:5      | 130407 ||| FLEEEEING.
130423 | D:5      | 130423 ||| FLEEEEING.
130439 | D:5      | 130439 ||| FLEEEEING.
130455 | D:5      | 130455 ||| FLEEEEING.
130471 | D:5      | 130471 ||| FLEEEEING.
130487 | D:5      | 130487 ||| FLEEEEING.
130503 | D:5      | 130503 ||| FLEEEEING.
130519 | D:5      | 130519 ||| FLEEEEING.
130535 | D:5      | 130535 ||| FLEEEEING.
130551 | D:5      | 130551 ||| FLEEEEING.
130567 | D:5      | 130567 ||| FLEEEEING.
130583 | D:5      | 130583 ||| FLEEEEING.
130599 | D:5      | 130599 ||| FLEEEEING.
130615 | D:5      | 130615 ||| FLEEEEING.
130631 | D:5      | 130631 ||| FLEEEEING.
130647 | D:5      | 130647 ||| FLEEEEING.
130663 | D:5      | 130663 ||| FLEEEEING.
130679 | D:5      | 130679 ||| FLEEEEING.
130695 | D:5      | 130695 ||| FLEEEEING.
130711 | D:5      | 130711 ||| FLEEEEING.
130727 | D:5      | 130727 ||| FLEEEEING.
130743 | D:5      | 130743 ||| FLEEEEING.
130759 | D:5      | 130759 ||| FLEEEEING.
130775 | D:5      | 130775 ||| FLEEEEING.
130778 | D:5      | Glimpsed the power of Zot.
130791 | D:5      | 130791 ||| FLEEEEING.
130807 | D:5      | 130807 ||| FLEEEEING.
130823 | D:5      | 130823 ||| FLEEEEING.
130839 | D:5      | 130839 ||| FLEEEEING.
130855 | D:5      | 130855 ||| FLEEEEING.
130871 | D:5      | 130871 ||| FLEEEEING.
130877 | D:5      | Touched by the power of Zot.
130878 | D:5      | Glimpsed the power of Zot.
130887 | D:5      | 130887 ||| FLEEEEING.
130903 | D:5      | 130903 ||| FLEEEEING.
130919 | D:5      | 130919 ||| FLEEEEING.
130935 | D:5      | 130935 ||| FLEEEEING.
130951 | D:5      | 130951 ||| FLEEEEING.
130967 | D:5      | 130967 ||| FLEEEEING.
130983 | D:5      | 130983 ||| FLEEEEING.
130999 | D:5      | 130999 ||| FLEEEEING.
131015 | D:5      | 131015 ||| FLEEEEING.
131031 | D:5      | 131031 ||| FLEEEEING.
131047 | D:5      | 131047 ||| FLEEEEING.
131063 | D:5      | 131063 ||| FLEEEEING.
131079 | D:5      | 131079 ||| FLEEEEING.
131095 | D:5      | 131095 ||| FLEEEEING.
131111 | D:5      | 131111 ||| FLEEEEING.
131127 | D:5      | 131127 ||| FLEEEEING.
131143 | D:5      | 131143 ||| FLEEEEING.
131159 | D:5      | 131159 ||| FLEEEEING.
131175 | D:5      | 131175 ||| FLEEEEING.
131191 | D:5      | 131191 ||| FLEEEEING.
131207 | D:5      | 131207 ||| FLEEEEING.
131223 | D:5      | 131223 ||| FLEEEEING.
131239 | D:5      | 131239 ||| FLEEEEING.
131255 | D:5      | 131255 ||| FLEEEEING.
131271 | D:5      | 131271 ||| FLEEEEING.
131287 | D:5      | 131287 ||| FLEEEEING.
131303 | D:5      | 131303 ||| FLEEEEING.
131319 | D:5      | 131319 ||| FLEEEEING.
131335 | D:5      | 131335 ||| FLEEEEING.
131351 | D:5      | 131351 ||| FLEEEEING.
131367 | D:5      | 131367 ||| FLEEEEING.
131378 | D:5      | Glimpsed the power of Zot.
131383 | D:5      | 131383 ||| FLEEEEING.
131399 | D:5      | 131399 ||| FLEEEEING.
131415 | D:5      | 131415 ||| FLEEEEING.
131431 | D:5      | 131431 ||| FLEEEEING.
131447 | D:5      | 131447 ||| FLEEEEING.
131463 | D:5      | 131463 ||| FLEEEEING.
131479 | D:5      | 131479 ||| FLEEEEING.
131495 | D:5      | 131495 ||| FLEEEEING.
131511 | D:5      | 131511 ||| FLEEEEING.
131527 | D:5      | 131527 ||| FLEEEEING.
131543 | D:5      | 131543 ||| FLEEEEING.
131559 | D:5      | 131559 ||| FLEEEEING.
131575 | D:5      | 131575 ||| FLEEEEING.
131591 | D:5      | 131591 ||| FLEEEEING.
131607 | D:5      | 131607 ||| FLEEEEING.
131623 | D:5      | 131623 ||| FLEEEEING.
131639 | D:5      | 131639 ||| FLEEEEING.
131655 | D:5      | 131655 ||| FLEEEEING.
131671 | D:5      | 131671 ||| FLEEEEING.
131687 | D:5      | 131687 ||| FLEEEEING.
131703 | D:5      | 131703 ||| FLEEEEING.
131719 | D:5      | 131719 ||| FLEEEEING.
131735 | D:5      | 131735 ||| FLEEEEING.
131751 | D:5      | 131751 ||| FLEEEEING.
131767 | D:5      | 131767 ||| FLEEEEING.
131778 | D:5      | Glimpsed the power of Zot.
131783 | D:5      | 131783 ||| FLEEEEING.
131799 | D:5      | 131799 ||| FLEEEEING.
131815 | D:5      | 131815 ||| FLEEEEING.
131831 | D:5      | 131831 ||| FLEEEEING.
131847 | D:5      | 131847 ||| FLEEEEING.
131863 | D:5      | 131863 ||| FLEEEEING.
131877 | D:5      | Touched by the power of Zot.
131878 | D:5      | Glimpsed the power of Zot.
131879 | D:5      | 131879 ||| FLEEEEING.
131895 | D:5      | 131895 ||| FLEEEEING.
131911 | D:5      | 131911 ||| FLEEEEING.
131927 | D:5      | 131927 ||| FLEEEEING.
131943 | D:5      | 131943 ||| FLEEEEING.
131959 | D:5      | 131959 ||| FLEEEEING.
131975 | D:5      | 131975 ||| FLEEEEING.
131991 | D:5      | 131991 ||| FLEEEEING.
132007 | D:5      | 132007 ||| FLEEEEING.
132023 | D:5      | 132023 ||| FLEEEEING.
132039 | D:5      | 132039 ||| FLEEEEING.
132055 | D:5      | 132055 ||| FLEEEEING.
132071 | D:5      | 132071 ||| FLEEEEING.
132087 | D:5      | 132087 ||| FLEEEEING.
132103 | D:5      | 132103 ||| FLEEEEING.
132119 | D:5      | 132119 ||| FLEEEEING.
132135 | D:5      | 132135 ||| FLEEEEING.
132151 | D:5      | 132151 ||| FLEEEEING.
132167 | D:5      | 132167 ||| FLEEEEING.
132183 | D:5      | 132183 ||| FLEEEEING.
132199 | D:5      | 132199 ||| FLEEEEING.
132215 | D:5      | 132215 ||| FLEEEEING.
132231 | D:5      | 132231 ||| FLEEEEING.
132247 | D:5      | 132247 ||| FLEEEEING.
132263 | D:5      | 132263 ||| FLEEEEING.
132279 | D:5      | 132279 ||| FLEEEEING.
132295 | D:5      | 132295 ||| FLEEEEING.
132311 | D:5      | 132311 ||| FLEEEEING.
132327 | D:5      | 132327 ||| FLEEEEING.
132343 | D:5      | 132343 ||| FLEEEEING.
132359 | D:5      | 132359 ||| FLEEEEING.
132375 | D:5      | 132375 ||| FLEEEEING.
132378 | D:5      | Glimpsed the power of Zot.
132391 | D:5      | 132391 ||| FLEEEEING.
132407 | D:5      | 132407 ||| FLEEEEING.
132423 | D:5      | 132423 ||| FLEEEEING.
132439 | D:5      | 132439 ||| FLEEEEING.
132455 | D:5      | 132455 ||| FLEEEEING.
132471 | D:5      | 132471 ||| FLEEEEING.
132487 | D:5      | 132487 ||| FLEEEEING.
132503 | D:5      | 132503 ||| FLEEEEING.
132519 | D:5      | 132519 ||| FLEEEEING.
132535 | D:5      | 132535 ||| FLEEEEING.
132551 | D:5      | 132551 ||| FLEEEEING.
132567 | D:5      | 132567 ||| FLEEEEING.
132583 | D:5      | 132583 ||| FLEEEEING.
132599 | D:5      | 132599 ||| FLEEEEING.
132615 | D:5      | 132615 ||| FLEEEEING.
132631 | D:5      | 132631 ||| FLEEEEING.
132647 | D:5      | 132647 ||| FLEEEEING.
132663 | D:5      | 132663 ||| FLEEEEING.
132679 | D:5      | 132679 ||| FLEEEEING.
132695 | D:5      | 132695 ||| FLEEEEING.
132711 | D:5      | 132711 ||| FLEEEEING.
132727 | D:5      | 132727 ||| FLEEEEING.
132743 | D:5      | 132743 ||| FLEEEEING.
132759 | D:5      | 132759 ||| FLEEEEING.
132775 | D:5      | 132775 ||| FLEEEEING.
132778 | D:5      | Glimpsed the power of Zot.
132791 | D:5      | 132791 ||| FLEEEEING.
132807 | D:5      | 132807 ||| FLEEEEING.
132823 | D:5      | 132823 ||| FLEEEEING.
132839 | D:5      | 132839 ||| FLEEEEING.
132855 | D:5      | 132855 ||| FLEEEEING.
132871 | D:5      | 132871 ||| FLEEEEING.
132877 | D:5      | Touched by the power of Zot.
132878 | D:5      | Glimpsed the power of Zot.
132887 | D:5      | 132887 ||| FLEEEEING.
132903 | D:5      | 132903 ||| FLEEEEING.
132919 | D:5      | 132919 ||| FLEEEEING.
132935 | D:5      | 132935 ||| FLEEEEING.
132951 | D:5      | 132951 ||| FLEEEEING.
132967 | D:5      | 132967 ||| FLEEEEING.
132983 | D:5      | 132983 ||| FLEEEEING.
132999 | D:5      | 132999 ||| FLEEEEING.
133015 | D:5      | 133015 ||| FLEEEEING.
133031 | D:5      | 133031 ||| FLEEEEING.
133047 | D:5      | 133047 ||| FLEEEEING.
133063 | D:5      | 133063 ||| FLEEEEING.
133079 | D:5      | 133079 ||| FLEEEEING.
133095 | D:5      | 133095 ||| FLEEEEING.
133111 | D:5      | 133111 ||| FLEEEEING.
133127 | D:5      | 133127 ||| FLEEEEING.
133143 | D:5      | 133143 ||| FLEEEEING.
133159 | D:5      | 133159 ||| FLEEEEING.
133175 | D:5      | 133175 ||| FLEEEEING.
133191 | D:5      | 133191 ||| FLEEEEING.
133207 | D:5      | 133207 ||| FLEEEEING.
133223 | D:5      | 133223 ||| FLEEEEING.
133239 | D:5      | 133239 ||| FLEEEEING.
133255 | D:5      | 133255 ||| FLEEEEING.
133271 | D:5      | 133271 ||| FLEEEEING.
133287 | D:5      | 133287 ||| FLEEEEING.
133303 | D:5      | 133303 ||| FLEEEEING.
133319 | D:5      | 133319 ||| FLEEEEING.
133335 | D:5      | 133335 ||| FLEEEEING.
133351 | D:5      | 133351 ||| FLEEEEING.
133367 | D:5      | 133367 ||| FLEEEEING.
133378 | D:5      | Glimpsed the power of Zot.
133383 | D:5      | 133383 ||| FLEEEEING.
133399 | D:5      | 133399 ||| FLEEEEING.
133415 | D:5      | 133415 ||| FLEEEEING.
133431 | D:5      | 133431 ||| FLEEEEING.
133447 | D:5      | 133447 ||| FLEEEEING.
133463 | D:5      | 133463 ||| FLEEEEING.
133479 | D:5      | 133479 ||| FLEEEEING.
133495 | D:5      | 133495 ||| FLEEEEING.
133511 | D:5      | 133511 ||| FLEEEEING.
133527 | D:5      | 133527 ||| FLEEEEING.
133543 | D:5      | 133543 ||| FLEEEEING.
133559 | D:5      | 133559 ||| FLEEEEING.
133575 | D:5      | 133575 ||| FLEEEEING.
133591 | D:5      | 133591 ||| FLEEEEING.
133607 | D:5      | 133607 ||| FLEEEEING.
133623 | D:5      | 133623 ||| FLEEEEING.
133639 | D:5      | 133639 ||| FLEEEEING.
133655 | D:5      | 133655 ||| FLEEEEING.
133671 | D:5      | 133671 ||| FLEEEEING.
133687 | D:5      | 133687 ||| FLEEEEING.
133703 | D:5      | 133703 ||| FLEEEEING.
133719 | D:5      | 133719 ||| FLEEEEING.
133735 | D:5      | 133735 ||| FLEEEEING.
133751 | D:5      | 133751 ||| FLEEEEING.
133767 | D:5      | 133767 ||| FLEEEEING.
133778 | D:5      | Glimpsed the power of Zot.
133783 | D:5      | 133783 ||| FLEEEEING.
133799 | D:5      | 133799 ||| FLEEEEING.
133815 | D:5      | 133815 ||| FLEEEEING.
133831 | D:5      | 133831 ||| FLEEEEING.
133847 | D:5      | 133847 ||| FLEEEEING.
133863 | D:5      | 133863 ||| FLEEEEING.
133877 | D:5      | Touched by the power of Zot.
133878 | D:5      | Glimpsed the power of Zot.
133879 | D:5      | 133879 ||| FLEEEEING.
133895 | D:5      | 133895 ||| FLEEEEING.
133911 | D:5      | 133911 ||| FLEEEEING.
133927 | D:5      | 133927 ||| FLEEEEING.
133943 | D:5      | 133943 ||| FLEEEEING.
133959 | D:5      | 133959 ||| FLEEEEING.
133975 | D:5      | 133975 ||| FLEEEEING.
133991 | D:5      | 133991 ||| FLEEEEING.
134007 | D:5      | 134007 ||| FLEEEEING.
134023 | D:5      | 134023 ||| FLEEEEING.
134039 | D:5      | 134039 ||| FLEEEEING.
134055 | D:5      | 134055 ||| FLEEEEING.
134071 | D:5      | 134071 ||| FLEEEEING.
134087 | D:5      | 134087 ||| FLEEEEING.
134103 | D:5      | 134103 ||| FLEEEEING.
134119 | D:5      | 134119 ||| FLEEEEING.
134135 | D:5      | 134135 ||| FLEEEEING.
134151 | D:5      | 134151 ||| FLEEEEING.
134167 | D:5      | 134167 ||| FLEEEEING.
134183 | D:5      | 134183 ||| FLEEEEING.
134199 | D:5      | 134199 ||| FLEEEEING.
134215 | D:5      | 134215 ||| FLEEEEING.
134231 | D:5      | 134231 ||| FLEEEEING.
134247 | D:5      | 134247 ||| FLEEEEING.
134263 | D:5      | 134263 ||| FLEEEEING.
134279 | D:5      | 134279 ||| FLEEEEING.
134295 | D:5      | 134295 ||| FLEEEEING.
134311 | D:5      | 134311 ||| FLEEEEING.
134327 | D:5      | 134327 ||| FLEEEEING.
134343 | D:5      | 134343 ||| FLEEEEING.
134359 | D:5      | 134359 ||| FLEEEEING.
134375 | D:5      | 134375 ||| FLEEEEING.
134378 | D:5      | Glimpsed the power of Zot.
134391 | D:5      | 134391 ||| FLEEEEING.
134407 | D:5      | 134407 ||| FLEEEEING.
134423 | D:5      | 134423 ||| FLEEEEING.
134439 | D:5      | 134439 ||| FLEEEEING.
134455 | D:5      | 134455 ||| FLEEEEING.
134471 | D:5      | 134471 ||| FLEEEEING.
134487 | D:5      | 134487 ||| FLEEEEING.
134503 | D:5      | 134503 ||| FLEEEEING.
134519 | D:5      | 134519 ||| FLEEEEING.
134535 | D:5      | 134535 ||| FLEEEEING.
134551 | D:5      | 134551 ||| FLEEEEING.
134567 | D:5      | 134567 ||| FLEEEEING.
134583 | D:5      | 134583 ||| FLEEEEING.
134599 | D:5      | 134599 ||| FLEEEEING.
134615 | D:5      | 134615 ||| FLEEEEING.
134631 | D:5      | 134631 ||| FLEEEEING.
134647 | D:5      | 134647 ||| FLEEEEING.
134663 | D:5      | 134663 ||| FLEEEEING.
134679 | D:5      | 134679 ||| FLEEEEING.
134695 | D:5      | 134695 ||| FLEEEEING.
134711 | D:5      | 134711 ||| FLEEEEING.
134727 | D:5      | 134727 ||| FLEEEEING.
134743 | D:5      | 134743 ||| FLEEEEING.
134759 | D:5      | 134759 ||| FLEEEEING.
134775 | D:5      | 134775 ||| FLEEEEING.
134778 | D:5      | Glimpsed the power of Zot.
134791 | D:5      | 134791 ||| FLEEEEING.
134807 | D:5      | 134807 ||| FLEEEEING.
134823 | D:5      | 134823 ||| FLEEEEING.
134839 | D:5      | 134839 ||| FLEEEEING.
134855 | D:5      | 134855 ||| FLEEEEING.
134871 | D:5      | 134871 ||| FLEEEEING.
134877 | D:5      | Touched by the power of Zot.
134878 | D:5      | Glimpsed the power of Zot.
134887 | D:5      | 134887 ||| FLEEEEING.
134903 | D:5      | 134903 ||| FLEEEEING.
134919 | D:5      | 134919 ||| FLEEEEING.
134935 | D:5      | 134935 ||| FLEEEEING.
134951 | D:5      | 134951 ||| FLEEEEING.
134967 | D:5      | 134967 ||| FLEEEEING.
134983 | D:5      | 134983 ||| FLEEEEING.
134999 | D:5      | 134999 ||| FLEEEEING.
135015 | D:5      | 135015 ||| FLEEEEING.
135031 | D:5      | 135031 ||| FLEEEEING.
135047 | D:5      | 135047 ||| FLEEEEING.
135063 | D:5      | 135063 ||| FLEEEEING.
135079 | D:5      | 135079 ||| FLEEEEING.
135095 | D:5      | 135095 ||| FLEEEEING.
135111 | D:5      | 135111 ||| FLEEEEING.
135127 | D:5      | 135127 ||| FLEEEEING.
135143 | D:5      | 135143 ||| FLEEEEING.
135159 | D:5      | 135159 ||| FLEEEEING.
135175 | D:5      | 135175 ||| FLEEEEING.
135191 | D:5      | 135191 ||| FLEEEEING.
135207 | D:5      | 135207 ||| FLEEEEING.
135223 | D:5      | 135223 ||| FLEEEEING.
135239 | D:5      | 135239 ||| FLEEEEING.
135255 | D:5      | 135255 ||| FLEEEEING.
135271 | D:5      | 135271 ||| FLEEEEING.
135287 | D:5      | 135287 ||| FLEEEEING.
135303 | D:5      | 135303 ||| FLEEEEING.
135319 | D:5      | 135319 ||| FLEEEEING.
135335 | D:5      | 135335 ||| FLEEEEING.
135351 | D:5      | 135351 ||| FLEEEEING.
135367 | D:5      | 135367 ||| FLEEEEING.
135378 | D:5      | Glimpsed the power of Zot.
135383 | D:5      | 135383 ||| FLEEEEING.
135399 | D:5      | 135399 ||| FLEEEEING.
135415 | D:5      | 135415 ||| FLEEEEING.
135431 | D:5      | 135431 ||| FLEEEEING.
135447 | D:5      | 135447 ||| FLEEEEING.
135463 | D:5      | 135463 ||| FLEEEEING.
135479 | D:5      | 135479 ||| FLEEEEING.
135495 | D:5      | 135495 ||| FLEEEEING.
135511 | D:5      | 135511 ||| FLEEEEING.
135527 | D:5      | 135527 ||| FLEEEEING.
135543 | D:5      | 135543 ||| FLEEEEING.
135559 | D:5      | 135559 ||| FLEEEEING.
135575 | D:5      | 135575 ||| FLEEEEING.
135591 | D:5      | 135591 ||| FLEEEEING.
135607 | D:5      | 135607 ||| FLEEEEING.
135623 | D:5      | 135623 ||| FLEEEEING.
135639 | D:5      | 135639 ||| FLEEEEING.
135655 | D:5      | 135655 ||| FLEEEEING.
135671 | D:5      | 135671 ||| FLEEEEING.
135687 | D:5      | 135687 ||| FLEEEEING.
135703 | D:5      | 135703 ||| FLEEEEING.
135719 | D:5      | 135719 ||| FLEEEEING.
135735 | D:5      | 135735 ||| FLEEEEING.
135751 | D:5      | 135751 ||| FLEEEEING.
135767 | D:5      | 135767 ||| FLEEEEING.
135778 | D:5      | Glimpsed the power of Zot.
135783 | D:5      | 135783 ||| FLEEEEING.
135799 | D:5      | 135799 ||| FLEEEEING.
135815 | D:5      | 135815 ||| FLEEEEING.
135831 | D:5      | 135831 ||| FLEEEEING.
135847 | D:5      | 135847 ||| FLEEEEING.
135863 | D:5      | 135863 ||| FLEEEEING.
135877 | D:5      | Touched by the power of Zot.
135878 | D:5      | Glimpsed the power of Zot.
135879 | D:5      | 135879 ||| FLEEEEING.
135895 | D:5      | 135895 ||| FLEEEEING.
135911 | D:5      | 135911 ||| FLEEEEING.
135927 | D:5      | 135927 ||| FLEEEEING.
135943 | D:5      | 135943 ||| FLEEEEING.
135959 | D:5      | 135959 ||| FLEEEEING.
135975 | D:5      | 135975 ||| FLEEEEING.
135991 | D:5      | 135991 ||| FLEEEEING.
136007 | D:5      | 136007 ||| FLEEEEING.
136023 | D:5      | 136023 ||| FLEEEEING.
136039 | D:5      | 136039 ||| FLEEEEING.
136055 | D:5      | 136055 ||| FLEEEEING.
136071 | D:5      | 136071 ||| FLEEEEING.
136087 | D:5      | 136087 ||| FLEEEEING.
136103 | D:5      | 136103 ||| FLEEEEING.
136119 | D:5      | 136119 ||| FLEEEEING.
136135 | D:5      | 136135 ||| FLEEEEING.
136151 | D:5      | 136151 ||| FLEEEEING.
136167 | D:5      | 136167 ||| FLEEEEING.
136183 | D:5      | 136183 ||| FLEEEEING.
136199 | D:5      | 136199 ||| FLEEEEING.
136215 | D:5      | 136215 ||| FLEEEEING.
136231 | D:5      | 136231 ||| FLEEEEING.
136247 | D:5      | 136247 ||| FLEEEEING.
136263 | D:5      | 136263 ||| FLEEEEING.
136279 | D:5      | 136279 ||| FLEEEEING.
136295 | D:5      | 136295 ||| FLEEEEING.
136311 | D:5      | 136311 ||| FLEEEEING.
136327 | D:5      | 136327 ||| FLEEEEING.
136343 | D:5      | 136343 ||| FLEEEEING.
136359 | D:5      | 136359 ||| FLEEEEING.
136375 | D:5      | 136375 ||| FLEEEEING.
136378 | D:5      | Glimpsed the power of Zot.
136391 | D:5      | 136391 ||| FLEEEEING.
136407 | D:5      | 136407 ||| FLEEEEING.
136423 | D:5      | 136423 ||| FLEEEEING.
136439 | D:5      | 136439 ||| FLEEEEING.
136455 | D:5      | 136455 ||| FLEEEEING.
136471 | D:5      | 136471 ||| FLEEEEING.
136487 | D:5      | 136487 ||| FLEEEEING.
136503 | D:5      | 136503 ||| FLEEEEING.
136519 | D:5      | 136519 ||| FLEEEEING.
136535 | D:5      | 136535 ||| FLEEEEING.
136551 | D:5      | 136551 ||| FLEEEEING.
136567 | D:5      | 136567 ||| FLEEEEING.
136583 | D:5      | 136583 ||| FLEEEEING.
136599 | D:5      | 136599 ||| FLEEEEING.
136615 | D:5      | 136615 ||| FLEEEEING.
136631 | D:5      | 136631 ||| FLEEEEING.
136647 | D:5      | 136647 ||| FLEEEEING.
136663 | D:5      | 136663 ||| FLEEEEING.
136679 | D:5      | 136679 ||| FLEEEEING.
136695 | D:5      | 136695 ||| FLEEEEING.
136711 | D:5      | 136711 ||| FLEEEEING.
136727 | D:5      | 136727 ||| FLEEEEING.
136743 | D:5      | 136743 ||| FLEEEEING.
136759 | D:5      | 136759 ||| FLEEEEING.
136775 | D:5      | 136775 ||| FLEEEEING.
136778 | D:5      | Glimpsed the power of Zot.
136791 | D:5      | 136791 ||| FLEEEEING.
136807 | D:5      | 136807 ||| FLEEEEING.
136823 | D:5      | 136823 ||| FLEEEEING.
136839 | D:5      | 136839 ||| FLEEEEING.
136855 | D:5      | 136855 ||| FLEEEEING.
136871 | D:5      | 136871 ||| FLEEEEING.
136877 | D:5      | Touched by the power of Zot.
136878 | D:5      | Glimpsed the power of Zot.
136887 | D:5      | 136887 ||| FLEEEEING.
136903 | D:5      | 136903 ||| FLEEEEING.
136919 | D:5      | 136919 ||| FLEEEEING.
136935 | D:5      | 136935 ||| FLEEEEING.
136951 | D:5      | 136951 ||| FLEEEEING.
136967 | D:5      | 136967 ||| FLEEEEING.
136983 | D:5      | 136983 ||| FLEEEEING.
136999 | D:5      | 136999 ||| FLEEEEING.
137015 | D:5      | 137015 ||| FLEEEEING.
137031 | D:5      | 137031 ||| FLEEEEING.
137047 | D:5      | 137047 ||| FLEEEEING.
137063 | D:5      | 137063 ||| FLEEEEING.
137079 | D:5      | 137079 ||| FLEEEEING.
137095 | D:5      | 137095 ||| FLEEEEING.
137111 | D:5      | 137111 ||| FLEEEEING.
137127 | D:5      | 137127 ||| FLEEEEING.
137143 | D:5      | 137143 ||| FLEEEEING.
137159 | D:5      | 137159 ||| FLEEEEING.
137175 | D:5      | 137175 ||| FLEEEEING.
137191 | D:5      | 137191 ||| FLEEEEING.
137207 | D:5      | 137207 ||| FLEEEEING.
137223 | D:5      | 137223 ||| FLEEEEING.
137239 | D:5      | 137239 ||| FLEEEEING.
137255 | D:5      | 137255 ||| FLEEEEING.
137271 | D:5      | 137271 ||| FLEEEEING.
137287 | D:5      | 137287 ||| FLEEEEING.
137303 | D:5      | 137303 ||| FLEEEEING.
137319 | D:5      | 137319 ||| FLEEEEING.
137335 | D:5      | 137335 ||| FLEEEEING.
137351 | D:5      | 137351 ||| FLEEEEING.
137367 | D:5      | 137367 ||| FLEEEEING.
137378 | D:5      | Glimpsed the power of Zot.
137383 | D:5      | 137383 ||| FLEEEEING.
137399 | D:5      | 137399 ||| FLEEEEING.
137415 | D:5      | 137415 ||| FLEEEEING.
137431 | D:5      | 137431 ||| FLEEEEING.
137447 | D:5      | 137447 ||| FLEEEEING.
137463 | D:5      | 137463 ||| FLEEEEING.
137479 | D:5      | 137479 ||| FLEEEEING.
137495 | D:5      | 137495 ||| FLEEEEING.
137511 | D:5      | 137511 ||| FLEEEEING.
137527 | D:5      | 137527 ||| FLEEEEING.
137543 | D:5      | 137543 ||| FLEEEEING.
137559 | D:5      | 137559 ||| FLEEEEING.
137575 | D:5      | 137575 ||| FLEEEEING.
137591 | D:5      | 137591 ||| FLEEEEING.
137607 | D:5      | 137607 ||| FLEEEEING.
137623 | D:5      | 137623 ||| FLEEEEING.
137639 | D:5      | 137639 ||| FLEEEEING.
137655 | D:5      | 137655 ||| FLEEEEING.
137671 | D:5      | 137671 ||| FLEEEEING.
137687 | D:5      | 137687 ||| FLEEEEING.
137703 | D:5      | 137703 ||| FLEEEEING.
137719 | D:5      | 137719 ||| FLEEEEING.
137735 | D:5      | 137735 ||| FLEEEEING.
137751 | D:5      | 137751 ||| FLEEEEING.
137767 | D:5      | 137767 ||| FLEEEEING.
137778 | D:5      | Glimpsed the power of Zot.
137783 | D:5      | 137783 ||| FLEEEEING.
137799 | D:5      | 137799 ||| FLEEEEING.
137815 | D:5      | 137815 ||| FLEEEEING.
137831 | D:5      | 137831 ||| FLEEEEING.
137847 | D:5      | 137847 ||| FLEEEEING.
137863 | D:5      | 137863 ||| FLEEEEING.
137877 | D:5      | Touched by the power of Zot.
137878 | D:5      | Glimpsed the power of Zot.
137879 | D:5      | 137879 ||| FLEEEEING.
137895 | D:5      | 137895 ||| FLEEEEING.
137911 | D:5      | 137911 ||| FLEEEEING.
137927 | D:5      | 137927 ||| FLEEEEING.
137943 | D:5      | 137943 ||| FLEEEEING.
137959 | D:5      | 137959 ||| FLEEEEING.
137975 | D:5      | 137975 ||| FLEEEEING.
137991 | D:5      | 137991 ||| FLEEEEING.
138007 | D:5      | 138007 ||| FLEEEEING.
138023 | D:5      | 138023 ||| FLEEEEING.
138039 | D:5      | 138039 ||| FLEEEEING.
138055 | D:5      | 138055 ||| FLEEEEING.
138071 | D:5      | 138071 ||| FLEEEEING.
138087 | D:5      | 138087 ||| FLEEEEING.
138103 | D:5      | 138103 ||| FLEEEEING.
138119 | D:5      | 138119 ||| FLEEEEING.
138135 | D:5      | 138135 ||| FLEEEEING.
138151 | D:5      | 138151 ||| FLEEEEING.
138167 | D:5      | 138167 ||| FLEEEEING.
138183 | D:5      | 138183 ||| FLEEEEING.
138199 | D:5      | 138199 ||| FLEEEEING.
138215 | D:5      | 138215 ||| FLEEEEING.
138231 | D:5      | 138231 ||| FLEEEEING.
138247 | D:5      | 138247 ||| FLEEEEING.
138263 | D:5      | 138263 ||| FLEEEEING.
138279 | D:5      | 138279 ||| FLEEEEING.
138295 | D:5      | 138295 ||| FLEEEEING.
138311 | D:5      | 138311 ||| FLEEEEING.
138327 | D:5      | 138327 ||| FLEEEEING.
138343 | D:5      | 138343 ||| FLEEEEING.
138359 | D:5      | 138359 ||| FLEEEEING.
138375 | D:5      | 138375 ||| FLEEEEING.
138378 | D:5      | Glimpsed the power of Zot.
138391 | D:5      | 138391 ||| FLEEEEING.
138407 | D:5      | 138407 ||| FLEEEEING.
138423 | D:5      | 138423 ||| FLEEEEING.
138439 | D:5      | 138439 ||| FLEEEEING.
138455 | D:5      | 138455 ||| FLEEEEING.
138471 | D:5      | 138471 ||| FLEEEEING.
138487 | D:5      | 138487 ||| FLEEEEING.
138503 | D:5      | 138503 ||| FLEEEEING.
138519 | D:5      | 138519 ||| FLEEEEING.
138535 | D:5      | 138535 ||| FLEEEEING.
138551 | D:5      | 138551 ||| FLEEEEING.
138567 | D:5      | 138567 ||| FLEEEEING.
138583 | D:5      | 138583 ||| FLEEEEING.
138599 | D:5      | 138599 ||| FLEEEEING.
138615 | D:5      | 138615 ||| FLEEEEING.
138631 | D:5      | 138631 ||| FLEEEEING.
138647 | D:5      | 138647 ||| FLEEEEING.
138663 | D:5      | 138663 ||| FLEEEEING.
138679 | D:5      | 138679 ||| FLEEEEING.
138695 | D:5      | 138695 ||| FLEEEEING.
138711 | D:5      | 138711 ||| FLEEEEING.
138727 | D:5      | 138727 ||| FLEEEEING.
138743 | D:5      | 138743 ||| FLEEEEING.
138759 | D:5      | 138759 ||| FLEEEEING.
138775 | D:5      | 138775 ||| FLEEEEING.
138778 | D:5      | Glimpsed the power of Zot.
138791 | D:5      | 138791 ||| FLEEEEING.
138807 | D:5      | 138807 ||| FLEEEEING.
138823 | D:5      | 138823 ||| FLEEEEING.
138839 | D:5      | 138839 ||| FLEEEEING.
138855 | D:5      | 138855 ||| FLEEEEING.
138871 | D:5      | 138871 ||| FLEEEEING.
138877 | D:5      | Touched by the power of Zot.
138878 | D:5      | Glimpsed the power of Zot.
138887 | D:5      | 138887 ||| FLEEEEING.
138903 | D:5      | 138903 ||| FLEEEEING.
138919 | D:5      | 138919 ||| FLEEEEING.
138935 | D:5      | 138935 ||| FLEEEEING.
138951 | D:5      | 138951 ||| FLEEEEING.
138967 | D:5      | 138967 ||| FLEEEEING.
138983 | D:5      | 138983 ||| FLEEEEING.
138999 | D:5      | 138999 ||| FLEEEEING.
139015 | D:5      | 139015 ||| FLEEEEING.
139031 | D:5      | 139031 ||| FLEEEEING.
139047 | D:5      | 139047 ||| FLEEEEING.
139063 | D:5      | 139063 ||| FLEEEEING.
139079 | D:5      | 139079 ||| FLEEEEING.
139095 | D:5      | 139095 ||| FLEEEEING.
139111 | D:5      | 139111 ||| FLEEEEING.
139127 | D:5      | 139127 ||| FLEEEEING.
139143 | D:5      | 139143 ||| FLEEEEING.
139159 | D:5      | 139159 ||| FLEEEEING.
139175 | D:5      | 139175 ||| FLEEEEING.
139191 | D:5      | 139191 ||| FLEEEEING.
139207 | D:5      | 139207 ||| FLEEEEING.
139223 | D:5      | 139223 ||| FLEEEEING.
139239 | D:5      | 139239 ||| FLEEEEING.
139255 | D:5      | 139255 ||| FLEEEEING.
139271 | D:5      | 139271 ||| FLEEEEING.
139287 | D:5      | 139287 ||| FLEEEEING.
139303 | D:5      | 139303 ||| FLEEEEING.
139319 | D:5      | 139319 ||| FLEEEEING.
139335 | D:5      | 139335 ||| FLEEEEING.
139351 | D:5      | 139351 ||| FLEEEEING.
139367 | D:5      | 139367 ||| FLEEEEING.
139378 | D:5      | Glimpsed the power of Zot.
139383 | D:5      | 139383 ||| FLEEEEING.
139399 | D:5      | 139399 ||| FLEEEEING.
139415 | D:5      | 139415 ||| FLEEEEING.
139431 | D:5      | 139431 ||| FLEEEEING.
139447 | D:5      | 139447 ||| FLEEEEING.
139463 | D:5      | 139463 ||| FLEEEEING.
139479 | D:5      | 139479 ||| FLEEEEING.
139495 | D:5      | 139495 ||| FLEEEEING.
139511 | D:5      | 139511 ||| FLEEEEING.
139527 | D:5      | 139527 ||| FLEEEEING.
139543 | D:5      | 139543 ||| FLEEEEING.
139559 | D:5      | 139559 ||| FLEEEEING.
139575 | D:5      | 139575 ||| FLEEEEING.
139591 | D:5      | 139591 ||| FLEEEEING.
139607 | D:5      | 139607 ||| FLEEEEING.
139623 | D:5      | 139623 ||| FLEEEEING.
139639 | D:5      | 139639 ||| FLEEEEING.
139655 | D:5      | 139655 ||| FLEEEEING.
139671 | D:5      | 139671 ||| FLEEEEING.
139687 | D:5      | 139687 ||| FLEEEEING.
139703 | D:5      | 139703 ||| FLEEEEING.
139719 | D:5      | 139719 ||| FLEEEEING.
139735 | D:5      | 139735 ||| FLEEEEING.
139751 | D:5      | 139751 ||| FLEEEEING.
139767 | D:5      | 139767 ||| FLEEEEING.
139778 | D:5      | Glimpsed the power of Zot.
139783 | D:5      | 139783 ||| FLEEEEING.
139799 | D:5      | 139799 ||| FLEEEEING.
139815 | D:5      | 139815 ||| FLEEEEING.
139831 | D:5      | 139831 ||| FLEEEEING.
139847 | D:5      | 139847 ||| FLEEEEING.
139863 | D:5      | 139863 ||| FLEEEEING.
139877 | D:5      | Touched by the power of Zot.
139878 | D:5      | Glimpsed the power of Zot.
139879 | D:5      | 139879 ||| FLEEEEING.
139895 | D:5      | 139895 ||| FLEEEEING.
139911 | D:5      | 139911 ||| FLEEEEING.
139927 | D:5      | 139927 ||| FLEEEEING.
139943 | D:5      | 139943 ||| FLEEEEING.
139959 | D:5      | 139959 ||| FLEEEEING.
139975 | D:5      | 139975 ||| FLEEEEING.
139991 | D:5      | 139991 ||| FLEEEEING.
140007 | D:5      | 140007 ||| FLEEEEING.
140023 | D:5      | 140023 ||| FLEEEEING.
140039 | D:5      | 140039 ||| FLEEEEING.
140055 | D:5      | 140055 ||| FLEEEEING.
140071 | D:5      | 140071 ||| FLEEEEING.
140087 | D:5      | 140087 ||| FLEEEEING.
140103 | D:5      | 140103 ||| FLEEEEING.
140119 | D:5      | 140119 ||| FLEEEEING.
140135 | D:5      | 140135 ||| FLEEEEING.
140151 | D:5      | 140151 ||| FLEEEEING.
140167 | D:5      | 140167 ||| FLEEEEING.
140183 | D:5      | 140183 ||| FLEEEEING.
140199 | D:5      | 140199 ||| FLEEEEING.
140215 | D:5      | 140215 ||| FLEEEEING.
140231 | D:5      | 140231 ||| FLEEEEING.
140247 | D:5      | 140247 ||| FLEEEEING.
140263 | D:5      | 140263 ||| FLEEEEING.
140279 | D:5      | 140279 ||| FLEEEEING.
140295 | D:5      | 140295 ||| FLEEEEING.
140311 | D:5      | 140311 ||| FLEEEEING.
140327 | D:5      | 140327 ||| FLEEEEING.
140343 | D:5      | 140343 ||| FLEEEEING.
140359 | D:5      | 140359 ||| FLEEEEING.
140375 | D:5      | 140375 ||| FLEEEEING.
140378 | D:5      | Glimpsed the power of Zot.
140391 | D:5      | 140391 ||| FLEEEEING.
140407 | D:5      | 140407 ||| FLEEEEING.
140423 | D:5      | 140423 ||| FLEEEEING.
140439 | D:5      | 140439 ||| FLEEEEING.
140455 | D:5      | 140455 ||| FLEEEEING.
140471 | D:5      | 140471 ||| FLEEEEING.
140487 | D:5      | 140487 ||| FLEEEEING.
140503 | D:5      | 140503 ||| FLEEEEING.
140519 | D:5      | 140519 ||| FLEEEEING.
140535 | D:5      | 140535 ||| FLEEEEING.
140551 | D:5      | 140551 ||| FLEEEEING.
140567 | D:5      | 140567 ||| FLEEEEING.
140583 | D:5      | 140583 ||| FLEEEEING.
140599 | D:5      | 140599 ||| FLEEEEING.
140615 | D:5      | 140615 ||| FLEEEEING.
140631 | D:5      | 140631 ||| FLEEEEING.
140647 | D:5      | 140647 ||| FLEEEEING.
140663 | D:5      | 140663 ||| FLEEEEING.
140679 | D:5      | 140679 ||| FLEEEEING.
140695 | D:5      | 140695 ||| FLEEEEING.
140711 | D:5      | 140711 ||| FLEEEEING.
140727 | D:5      | 140727 ||| FLEEEEING.
140743 | D:5      | 140743 ||| FLEEEEING.
140759 | D:5      | 140759 ||| FLEEEEING.
140775 | D:5      | 140775 ||| FLEEEEING.
140778 | D:5      | Glimpsed the power of Zot.
140791 | D:5      | 140791 ||| FLEEEEING.
140807 | D:5      | 140807 ||| FLEEEEING.
140823 | D:5      | 140823 ||| FLEEEEING.
140839 | D:5      | 140839 ||| FLEEEEING.
140855 | D:5      | 140855 ||| FLEEEEING.
140871 | D:5      | 140871 ||| FLEEEEING.
140877 | D:5      | Touched by the power of Zot.
140878 | D:5      | Glimpsed the power of Zot.
140887 | D:5      | 140887 ||| FLEEEEING.
140903 | D:5      | 140903 ||| FLEEEEING.
140919 | D:5      | 140919 ||| FLEEEEING.
140935 | D:5      | 140935 ||| FLEEEEING.
140951 | D:5      | 140951 ||| FLEEEEING.
140967 | D:5      | 140967 ||| FLEEEEING.
140983 | D:5      | 140983 ||| FLEEEEING.
140999 | D:5      | 140999 ||| FLEEEEING.
141015 | D:5      | 141015 ||| FLEEEEING.
141031 | D:5      | 141031 ||| FLEEEEING.
141047 | D:5      | 141047 ||| FLEEEEING.
141063 | D:5      | 141063 ||| FLEEEEING.
141079 | D:5      | 141079 ||| FLEEEEING.
141095 | D:5      | 141095 ||| FLEEEEING.
141111 | D:5      | 141111 ||| FLEEEEING.
141127 | D:5      | 141127 ||| FLEEEEING.
141143 | D:5      | 141143 ||| FLEEEEING.
141159 | D:5      | 141159 ||| FLEEEEING.
141175 | D:5      | 141175 ||| FLEEEEING.
141191 | D:5      | 141191 ||| FLEEEEING.
141207 | D:5      | 141207 ||| FLEEEEING.
141223 | D:5      | 141223 ||| FLEEEEING.
141239 | D:5      | 141239 ||| FLEEEEING.
141255 | D:5      | 141255 ||| FLEEEEING.
141271 | D:5      | 141271 ||| FLEEEEING.
141287 | D:5      | 141287 ||| FLEEEEING.
141303 | D:5      | 141303 ||| FLEEEEING.
141319 | D:5      | 141319 ||| FLEEEEING.
141335 | D:5      | 141335 ||| FLEEEEING.
141351 | D:5      | 141351 ||| FLEEEEING.
141367 | D:5      | 141367 ||| FLEEEEING.
141378 | D:5      | Glimpsed the power of Zot.
141383 | D:5      | 141383 ||| FLEEEEING.
141399 | D:5      | 141399 ||| FLEEEEING.
141415 | D:5      | 141415 ||| FLEEEEING.
141431 | D:5      | 141431 ||| FLEEEEING.
141447 | D:5      | 141447 ||| FLEEEEING.
141463 | D:5      | 141463 ||| FLEEEEING.
141479 | D:5      | 141479 ||| FLEEEEING.
141495 | D:5      | 141495 ||| FLEEEEING.
141511 | D:5      | 141511 ||| FLEEEEING.
141527 | D:5      | 141527 ||| FLEEEEING.
141543 | D:5      | 141543 ||| FLEEEEING.
141559 | D:5      | 141559 ||| FLEEEEING.
141575 | D:5      | 141575 ||| FLEEEEING.
141591 | D:5      | 141591 ||| FLEEEEING.
141607 | D:5      | 141607 ||| FLEEEEING.
141623 | D:5      | 141623 ||| FLEEEEING.
141639 | D:5      | 141639 ||| FLEEEEING.
141655 | D:5      | 141655 ||| FLEEEEING.
141671 | D:5      | 141671 ||| FLEEEEING.
141687 | D:5      | 141687 ||| FLEEEEING.
141703 | D:5      | 141703 ||| FLEEEEING.
141719 | D:5      | 141719 ||| FLEEEEING.
141735 | D:5      | 141735 ||| FLEEEEING.
141751 | D:5      | 141751 ||| FLEEEEING.
141767 | D:5      | 141767 ||| FLEEEEING.
141778 | D:5      | Glimpsed the power of Zot.
141783 | D:5      | 141783 ||| FLEEEEING.
141799 | D:5      | 141799 ||| FLEEEEING.
141815 | D:5      | 141815 ||| FLEEEEING.
141831 | D:5      | 141831 ||| FLEEEEING.
141847 | D:5      | 141847 ||| FLEEEEING.
141863 | D:5      | 141863 ||| FLEEEEING.
141877 | D:5      | Touched by the power of Zot.
141878 | D:5      | Glimpsed the power of Zot.
141879 | D:5      | 141879 ||| FLEEEEING.
141895 | D:5      | 141895 ||| FLEEEEING.
141911 | D:5      | 141911 ||| FLEEEEING.
141927 | D:5      | 141927 ||| FLEEEEING.
141943 | D:5      | 141943 ||| FLEEEEING.
141959 | D:5      | 141959 ||| FLEEEEING.
141975 | D:5      | 141975 ||| FLEEEEING.
141991 | D:5      | 141991 ||| FLEEEEING.
142007 | D:5      | 142007 ||| FLEEEEING.
142023 | D:5      | 142023 ||| FLEEEEING.
142039 | D:5      | 142039 ||| FLEEEEING.
142055 | D:5      | 142055 ||| FLEEEEING.
142071 | D:5      | 142071 ||| FLEEEEING.
142087 | D:5      | 142087 ||| FLEEEEING.
142103 | D:5      | 142103 ||| FLEEEEING.
142119 | D:5      | 142119 ||| FLEEEEING.
142135 | D:5      | 142135 ||| FLEEEEING.
142151 | D:5      | 142151 ||| FLEEEEING.
142167 | D:5      | 142167 ||| FLEEEEING.
142183 | D:5      | 142183 ||| FLEEEEING.
142199 | D:5      | 142199 ||| FLEEEEING.
142215 | D:5      | 142215 ||| FLEEEEING.
142231 | D:5      | 142231 ||| FLEEEEING.
142247 | D:5      | 142247 ||| FLEEEEING.
142263 | D:5      | 142263 ||| FLEEEEING.
142279 | D:5      | 142279 ||| FLEEEEING.
142295 | D:5      | 142295 ||| FLEEEEING.
142311 | D:5      | 142311 ||| FLEEEEING.
142327 | D:5      | 142327 ||| FLEEEEING.
142343 | D:5      | 142343 ||| FLEEEEING.
142359 | D:5      | 142359 ||| FLEEEEING.
142375 | D:5      | 142375 ||| FLEEEEING.
142378 | D:5      | Glimpsed the power of Zot.
142391 | D:5      | 142391 ||| FLEEEEING.
142407 | D:5      | 142407 ||| FLEEEEING.
142423 | D:5      | 142423 ||| FLEEEEING.
142439 | D:5      | 142439 ||| FLEEEEING.
142455 | D:5      | 142455 ||| FLEEEEING.
142471 | D:5      | 142471 ||| FLEEEEING.
142487 | D:5      | 142487 ||| FLEEEEING.
142503 | D:5      | 142503 ||| FLEEEEING.
142519 | D:5      | 142519 ||| FLEEEEING.
142535 | D:5      | 142535 ||| FLEEEEING.
142551 | D:5      | 142551 ||| FLEEEEING.
142567 | D:5      | 142567 ||| FLEEEEING.
142583 | D:5      | 142583 ||| FLEEEEING.
142599 | D:5      | 142599 ||| FLEEEEING.
142615 | D:5      | 142615 ||| FLEEEEING.
142631 | D:5      | 142631 ||| FLEEEEING.
142647 | D:5      | 142647 ||| FLEEEEING.
142663 | D:5      | 142663 ||| FLEEEEING.
142679 | D:5      | 142679 ||| FLEEEEING.
142695 | D:5      | 142695 ||| FLEEEEING.
142711 | D:5      | 142711 ||| FLEEEEING.
142727 | D:5      | 142727 ||| FLEEEEING.
142743 | D:5      | 142743 ||| FLEEEEING.
142759 | D:5      | 142759 ||| FLEEEEING.
142775 | D:5      | 142775 ||| FLEEEEING.
142778 | D:5      | Glimpsed the power of Zot.
142791 | D:5      | 142791 ||| FLEEEEING.
142807 | D:5      | 142807 ||| FLEEEEING.
142823 | D:5      | 142823 ||| FLEEEEING.
142839 | D:5      | 142839 ||| FLEEEEING.
142855 | D:5      | 142855 ||| FLEEEEING.
142871 | D:5      | 142871 ||| FLEEEEING.
142877 | D:5      | Touched by the power of Zot.
142878 | D:5      | Glimpsed the power of Zot.
142887 | D:5      | 142887 ||| FLEEEEING.
142903 | D:5      | 142903 ||| FLEEEEING.
142919 | D:5      | 142919 ||| FLEEEEING.
142935 | D:5      | 142935 ||| FLEEEEING.
142951 | D:5      | 142951 ||| FLEEEEING.
142967 | D:5      | 142967 ||| FLEEEEING.
142983 | D:5      | 142983 ||| FLEEEEING.
142999 | D:5      | 142999 ||| FLEEEEING.
143015 | D:5      | 143015 ||| FLEEEEING.
143031 | D:5      | 143031 ||| FLEEEEING.
143047 | D:5      | 143047 ||| FLEEEEING.
143063 | D:5      | 143063 ||| FLEEEEING.
143079 | D:5      | 143079 ||| FLEEEEING.
143095 | D:5      | 143095 ||| FLEEEEING.
143111 | D:5      | 143111 ||| FLEEEEING.
143127 | D:5      | 143127 ||| FLEEEEING.
143143 | D:5      | 143143 ||| FLEEEEING.
143159 | D:5      | 143159 ||| FLEEEEING.
143175 | D:5      | 143175 ||| FLEEEEING.
143191 | D:5      | 143191 ||| FLEEEEING.
143207 | D:5      | 143207 ||| FLEEEEING.
143223 | D:5      | 143223 ||| FLEEEEING.
143239 | D:5      | 143239 ||| FLEEEEING.
143255 | D:5      | 143255 ||| FLEEEEING.
143271 | D:5      | 143271 ||| FLEEEEING.
143287 | D:5      | 143287 ||| FLEEEEING.
143303 | D:5      | 143303 ||| FLEEEEING.
143319 | D:5      | 143319 ||| FLEEEEING.
143335 | D:5      | 143335 ||| FLEEEEING.
143351 | D:5      | 143351 ||| FLEEEEING.
143367 | D:5      | 143367 ||| FLEEEEING.
143378 | D:5      | Glimpsed the power of Zot.
143383 | D:5      | 143383 ||| FLEEEEING.
143399 | D:5      | 143399 ||| FLEEEEING.
143415 | D:5      | 143415 ||| FLEEEEING.
143431 | D:5      | 143431 ||| FLEEEEING.
143447 | D:5      | 143447 ||| FLEEEEING.
143463 | D:5      | 143463 ||| FLEEEEING.
143479 | D:5      | 143479 ||| FLEEEEING.
143495 | D:5      | 143495 ||| FLEEEEING.
143511 | D:5      | 143511 ||| FLEEEEING.
143527 | D:5      | 143527 ||| FLEEEEING.
143543 | D:5      | 143543 ||| FLEEEEING.
143559 | D:5      | 143559 ||| FLEEEEING.
143575 | D:5      | 143575 ||| FLEEEEING.
143591 | D:5      | 143591 ||| FLEEEEING.
143607 | D:5      | 143607 ||| FLEEEEING.
143623 | D:5      | 143623 ||| FLEEEEING.
143639 | D:5      | 143639 ||| FLEEEEING.
143655 | D:5      | 143655 ||| FLEEEEING.
143671 | D:5      | 143671 ||| FLEEEEING.
143687 | D:5      | 143687 ||| FLEEEEING.
143703 | D:5      | 143703 ||| FLEEEEING.
143719 | D:5      | 143719 ||| FLEEEEING.
143735 | D:5      | 143735 ||| FLEEEEING.
143751 | D:5      | 143751 ||| FLEEEEING.
143767 | D:5      | 143767 ||| FLEEEEING.
143778 | D:5      | Glimpsed the power of Zot.
143783 | D:5      | 143783 ||| FLEEEEING.
143799 | D:5      | 143799 ||| FLEEEEING.
143815 | D:5      | 143815 ||| FLEEEEING.
143831 | D:5      | 143831 ||| FLEEEEING.
143847 | D:5      | 143847 ||| FLEEEEING.
143863 | D:5      | 143863 ||| FLEEEEING.
143877 | D:5      | Touched by the power of Zot.
143878 | D:5      | Glimpsed the power of Zot.
143879 | D:5      | 143879 ||| FLEEEEING.
143895 | D:5      | 143895 ||| FLEEEEING.
143911 | D:5      | 143911 ||| FLEEEEING.
143927 | D:5      | 143927 ||| FLEEEEING.
143943 | D:5      | 143943 ||| FLEEEEING.
143959 | D:5      | 143959 ||| FLEEEEING.
143975 | D:5      | 143975 ||| FLEEEEING.
143991 | D:5      | 143991 ||| FLEEEEING.
144007 | D:5      | 144007 ||| FLEEEEING.
144023 | D:5      | 144023 ||| FLEEEEING.
144039 | D:5      | 144039 ||| FLEEEEING.
144055 | D:5      | 144055 ||| FLEEEEING.
144071 | D:5      | 144071 ||| FLEEEEING.
144087 | D:5      | 144087 ||| FLEEEEING.
144103 | D:5      | 144103 ||| FLEEEEING.
144119 | D:5      | 144119 ||| FLEEEEING.
144135 | D:5      | 144135 ||| FLEEEEING.
144151 | D:5      | 144151 ||| FLEEEEING.
144167 | D:5      | 144167 ||| FLEEEEING.
144183 | D:5      | 144183 ||| FLEEEEING.
144199 | D:5      | 144199 ||| FLEEEEING.
144215 | D:5      | 144215 ||| FLEEEEING.
144231 | D:5      | 144231 ||| FLEEEEING.
144247 | D:5      | 144247 ||| FLEEEEING.
144263 | D:5      | 144263 ||| FLEEEEING.
144279 | D:5      | 144279 ||| FLEEEEING.
144295 | D:5      | 144295 ||| FLEEEEING.
144311 | D:5      | 144311 ||| FLEEEEING.
144327 | D:5      | 144327 ||| FLEEEEING.
144343 | D:5      | 144343 ||| FLEEEEING.
144359 | D:5      | 144359 ||| FLEEEEING.
144375 | D:5      | 144375 ||| FLEEEEING.
144378 | D:5      | Glimpsed the power of Zot.
144391 | D:5      | 144391 ||| FLEEEEING.
144407 | D:5      | 144407 ||| FLEEEEING.
144423 | D:5      | 144423 ||| FLEEEEING.
144439 | D:5      | 144439 ||| FLEEEEING.
144455 | D:5      | 144455 ||| FLEEEEING.
144471 | D:5      | 144471 ||| FLEEEEING.
144487 | D:5      | 144487 ||| FLEEEEING.
144503 | D:5      | 144503 ||| FLEEEEING.
144519 | D:5      | 144519 ||| FLEEEEING.
144535 | D:5      | 144535 ||| FLEEEEING.
144551 | D:5      | 144551 ||| FLEEEEING.
144567 | D:5      | 144567 ||| FLEEEEING.
144583 | D:5      | 144583 ||| FLEEEEING.
144599 | D:5      | 144599 ||| FLEEEEING.
144615 | D:5      | 144615 ||| FLEEEEING.
144631 | D:5      | 144631 ||| FLEEEEING.
144647 | D:5      | 144647 ||| FLEEEEING.
144663 | D:5      | 144663 ||| FLEEEEING.
144679 | D:5      | 144679 ||| FLEEEEING.
144695 | D:5      | 144695 ||| FLEEEEING.
144711 | D:5      | 144711 ||| FLEEEEING.
144727 | D:5      | 144727 ||| FLEEEEING.
144743 | D:5      | 144743 ||| FLEEEEING.
144759 | D:5      | 144759 ||| FLEEEEING.
144775 | D:5      | 144775 ||| FLEEEEING.
144778 | D:5      | Glimpsed the power of Zot.
144791 | D:5      | 144791 ||| FLEEEEING.
144807 | D:5      | 144807 ||| FLEEEEING.
144823 | D:5      | 144823 ||| FLEEEEING.
144839 | D:5      | 144839 ||| FLEEEEING.
144855 | D:5      | 144855 ||| FLEEEEING.
144871 | D:5      | 144871 ||| FLEEEEING.
144877 | D:5      | Touched by the power of Zot.
144878 | D:5      | Glimpsed the power of Zot.
144887 | D:5      | 144887 ||| FLEEEEING.
144903 | D:5      | 144903 ||| FLEEEEING.
144919 | D:5      | 144919 ||| FLEEEEING.
144935 | D:5      | 144935 ||| FLEEEEING.
144951 | D:5      | 144951 ||| FLEEEEING.
144967 | D:5      | 144967 ||| FLEEEEING.
144983 | D:5      | 144983 ||| FLEEEEING.
144999 | D:5      | 144999 ||| FLEEEEING.
145015 | D:5      | 145015 ||| FLEEEEING.
145031 | D:5      | 145031 ||| FLEEEEING.
145047 | D:5      | 145047 ||| FLEEEEING.
145063 | D:5      | 145063 ||| FLEEEEING.
145079 | D:5      | 145079 ||| FLEEEEING.
145095 | D:5      | 145095 ||| FLEEEEING.
145111 | D:5      | 145111 ||| FLEEEEING.
145127 | D:5      | 145127 ||| FLEEEEING.
145143 | D:5      | 145143 ||| FLEEEEING.
145159 | D:5      | 145159 ||| FLEEEEING.
145175 | D:5      | 145175 ||| FLEEEEING.
145191 | D:5      | 145191 ||| FLEEEEING.
145207 | D:5      | 145207 ||| FLEEEEING.
145223 | D:5      | 145223 ||| FLEEEEING.
145239 | D:5      | 145239 ||| FLEEEEING.
145255 | D:5      | 145255 ||| FLEEEEING.
145271 | D:5      | 145271 ||| FLEEEEING.
145287 | D:5      | 145287 ||| FLEEEEING.
145303 | D:5      | 145303 ||| FLEEEEING.
145319 | D:5      | 145319 ||| FLEEEEING.
145335 | D:5      | 145335 ||| FLEEEEING.
145351 | D:5      | 145351 ||| FLEEEEING.
145367 | D:5      | 145367 ||| FLEEEEING.
145378 | D:5      | Glimpsed the power of Zot.
145383 | D:5      | 145383 ||| FLEEEEING.
145399 | D:5      | 145399 ||| FLEEEEING.
145415 | D:5      | 145415 ||| FLEEEEING.
145431 | D:5      | 145431 ||| FLEEEEING.
145447 | D:5      | 145447 ||| FLEEEEING.
145463 | D:5      | 145463 ||| FLEEEEING.
145479 | D:5      | 145479 ||| FLEEEEING.
145495 | D:5      | 145495 ||| FLEEEEING.
145511 | D:5      | 145511 ||| FLEEEEING.
145527 | D:5      | 145527 ||| FLEEEEING.
145543 | D:5      | 145543 ||| FLEEEEING.
145559 | D:5      | 145559 ||| FLEEEEING.
145575 | D:5      | 145575 ||| FLEEEEING.
145591 | D:5      | 145591 ||| FLEEEEING.
145607 | D:5      | 145607 ||| FLEEEEING.
145623 | D:5      | 145623 ||| FLEEEEING.
145639 | D:5      | 145639 ||| FLEEEEING.
145655 | D:5      | 145655 ||| FLEEEEING.
145671 | D:5      | 145671 ||| FLEEEEING.
145687 | D:5      | 145687 ||| FLEEEEING.
145703 | D:5      | 145703 ||| FLEEEEING.
145719 | D:5      | 145719 ||| FLEEEEING.
145735 | D:5      | 145735 ||| FLEEEEING.
145751 | D:5      | 145751 ||| FLEEEEING.
145767 | D:5      | 145767 ||| FLEEEEING.
145778 | D:5      | Glimpsed the power of Zot.
145783 | D:5      | 145783 ||| FLEEEEING.
145799 | D:5      | 145799 ||| FLEEEEING.
145815 | D:5      | 145815 ||| FLEEEEING.
145831 | D:5      | 145831 ||| FLEEEEING.
145847 | D:5      | 145847 ||| FLEEEEING.
145863 | D:5      | 145863 ||| FLEEEEING.
145877 | D:5      | Touched by the power of Zot.
145878 | D:5      | Glimpsed the power of Zot.
145879 | D:5      | 145879 ||| FLEEEEING.
145895 | D:5      | 145895 ||| FLEEEEING.
145911 | D:5      | 145911 ||| FLEEEEING.
145927 | D:5      | 145927 ||| FLEEEEING.
145943 | D:5      | 145943 ||| FLEEEEING.
145959 | D:5      | 145959 ||| FLEEEEING.
145975 | D:5      | 145975 ||| FLEEEEING.
145991 | D:5      | 145991 ||| FLEEEEING.
146007 | D:5      | 146007 ||| FLEEEEING.
146023 | D:5      | 146023 ||| FLEEEEING.
146039 | D:5      | 146039 ||| FLEEEEING.
146055 | D:5      | 146055 ||| FLEEEEING.
146071 | D:5      | 146071 ||| FLEEEEING.
146087 | D:5      | 146087 ||| FLEEEEING.
146103 | D:5      | 146103 ||| FLEEEEING.
146119 | D:5      | 146119 ||| FLEEEEING.
146135 | D:5      | 146135 ||| FLEEEEING.
146151 | D:5      | 146151 ||| FLEEEEING.
146167 | D:5      | 146167 ||| FLEEEEING.
146183 | D:5      | 146183 ||| FLEEEEING.
146199 | D:5      | 146199 ||| FLEEEEING.
146215 | D:5      | 146215 ||| FLEEEEING.
146231 | D:5      | 146231 ||| FLEEEEING.
146247 | D:5      | 146247 ||| FLEEEEING.
146263 | D:5      | 146263 ||| FLEEEEING.
146279 | D:5      | 146279 ||| FLEEEEING.
146295 | D:5      | 146295 ||| FLEEEEING.
146311 | D:5      | 146311 ||| FLEEEEING.
146327 | D:5      | 146327 ||| FLEEEEING.
146343 | D:5      | 146343 ||| FLEEEEING.
146359 | D:5      | 146359 ||| FLEEEEING.
146375 | D:5      | 146375 ||| FLEEEEING.
146378 | D:5      | Glimpsed the power of Zot.
146391 | D:5      | 146391 ||| FLEEEEING.
146407 | D:5      | 146407 ||| FLEEEEING.
146423 | D:5      | 146423 ||| FLEEEEING.
146439 | D:5      | 146439 ||| FLEEEEING.
146455 | D:5      | 146455 ||| FLEEEEING.
146471 | D:5      | 146471 ||| FLEEEEING.
146487 | D:5      | 146487 ||| FLEEEEING.
146503 | D:5      | 146503 ||| FLEEEEING.
146519 | D:5      | 146519 ||| FLEEEEING.
146535 | D:5      | 146535 ||| FLEEEEING.
146551 | D:5      | 146551 ||| FLEEEEING.
146567 | D:5      | 146567 ||| FLEEEEING.
146583 | D:5      | 146583 ||| FLEEEEING.
146599 | D:5      | 146599 ||| FLEEEEING.
146615 | D:5      | 146615 ||| FLEEEEING.
146631 | D:5      | 146631 ||| FLEEEEING.
146647 | D:5      | 146647 ||| FLEEEEING.
146663 | D:5      | 146663 ||| FLEEEEING.
146679 | D:5      | 146679 ||| FLEEEEING.
146695 | D:5      | 146695 ||| FLEEEEING.
146711 | D:5      | 146711 ||| FLEEEEING.
146727 | D:5      | 146727 ||| FLEEEEING.
146743 | D:5      | 146743 ||| FLEEEEING.
146759 | D:5      | 146759 ||| FLEEEEING.
146775 | D:5      | 146775 ||| FLEEEEING.
146778 | D:5      | Glimpsed the power of Zot.
146791 | D:5      | 146791 ||| FLEEEEING.
146807 | D:5      | 146807 ||| FLEEEEING.
146823 | D:5      | 146823 ||| FLEEEEING.
146839 | D:5      | 146839 ||| FLEEEEING.
146855 | D:5      | 146855 ||| FLEEEEING.
146871 | D:5      | 146871 ||| FLEEEEING.
146877 | D:5      | Touched by the power of Zot.
146878 | D:5      | Glimpsed the power of Zot.
146887 | D:5      | 146887 ||| FLEEEEING.
146903 | D:5      | 146903 ||| FLEEEEING.
146919 | D:5      | 146919 ||| FLEEEEING.
146935 | D:5      | 146935 ||| FLEEEEING.
146951 | D:5      | 146951 ||| FLEEEEING.
146967 | D:5      | 146967 ||| FLEEEEING.
146983 | D:5      | 146983 ||| FLEEEEING.
146999 | D:5      | 146999 ||| FLEEEEING.
147015 | D:5      | 147015 ||| FLEEEEING.
147031 | D:5      | 147031 ||| FLEEEEING.
147047 | D:5      | 147047 ||| FLEEEEING.
147063 | D:5      | 147063 ||| FLEEEEING.
147079 | D:5      | 147079 ||| FLEEEEING.
147095 | D:5      | 147095 ||| FLEEEEING.
147111 | D:5      | 147111 ||| FLEEEEING.
147127 | D:5      | 147127 ||| FLEEEEING.
147143 | D:5      | 147143 ||| FLEEEEING.
147159 | D:5      | 147159 ||| FLEEEEING.
147175 | D:5      | 147175 ||| FLEEEEING.
147191 | D:5      | 147191 ||| FLEEEEING.
147207 | D:5      | 147207 ||| FLEEEEING.
147223 | D:5      | 147223 ||| FLEEEEING.
147239 | D:5      | 147239 ||| FLEEEEING.
147255 | D:5      | 147255 ||| FLEEEEING.
147271 | D:5      | 147271 ||| FLEEEEING.
147287 | D:5      | 147287 ||| FLEEEEING.
147303 | D:5      | 147303 ||| FLEEEEING.
147319 | D:5      | 147319 ||| FLEEEEING.
147335 | D:5      | 147335 ||| FLEEEEING.
147351 | D:5      | 147351 ||| FLEEEEING.
147367 | D:5      | 147367 ||| FLEEEEING.
147378 | D:5      | Glimpsed the power of Zot.
147383 | D:5      | 147383 ||| FLEEEEING.
147399 | D:5      | 147399 ||| FLEEEEING.
147415 | D:5      | 147415 ||| FLEEEEING.
147431 | D:5      | 147431 ||| FLEEEEING.
147447 | D:5      | 147447 ||| FLEEEEING.
147463 | D:5      | 147463 ||| FLEEEEING.
147479 | D:5      | 147479 ||| FLEEEEING.
147495 | D:5      | 147495 ||| FLEEEEING.
147511 | D:5      | 147511 ||| FLEEEEING.
147527 | D:5      | 147527 ||| FLEEEEING.
147543 | D:5      | 147543 ||| FLEEEEING.
147559 | D:5      | 147559 ||| FLEEEEING.
147575 | D:5      | 147575 ||| FLEEEEING.
147591 | D:5      | 147591 ||| FLEEEEING.
147607 | D:5      | 147607 ||| FLEEEEING.
147623 | D:5      | 147623 ||| FLEEEEING.
147639 | D:5      | 147639 ||| FLEEEEING.
147655 | D:5      | 147655 ||| FLEEEEING.
147671 | D:5      | 147671 ||| FLEEEEING.
147687 | D:5      | 147687 ||| FLEEEEING.
147703 | D:5      | 147703 ||| FLEEEEING.
147719 | D:5      | 147719 ||| FLEEEEING.
147735 | D:5      | 147735 ||| FLEEEEING.
147751 | D:5      | 147751 ||| FLEEEEING.
147767 | D:5      | 147767 ||| FLEEEEING.
147778 | D:5      | Glimpsed the power of Zot.
147783 | D:5      | 147783 ||| FLEEEEING.
147799 | D:5      | 147799 ||| FLEEEEING.
147815 | D:5      | 147815 ||| FLEEEEING.
147831 | D:5      | 147831 ||| FLEEEEING.
147847 | D:5      | 147847 ||| FLEEEEING.
147863 | D:5      | 147863 ||| FLEEEEING.
147877 | D:5      | Touched by the power of Zot.
147878 | D:5      | Glimpsed the power of Zot.
147879 | D:5      | 147879 ||| FLEEEEING.
147895 | D:5      | 147895 ||| FLEEEEING.
147911 | D:5      | 147911 ||| FLEEEEING.
147927 | D:5      | 147927 ||| FLEEEEING.
147943 | D:5      | 147943 ||| FLEEEEING.
147959 | D:5      | 147959 ||| FLEEEEING.
147975 | D:5      | 147975 ||| FLEEEEING.
147991 | D:5      | 147991 ||| FLEEEEING.
148007 | D:5      | 148007 ||| FLEEEEING.
148023 | D:5      | 148023 ||| FLEEEEING.
148039 | D:5      | 148039 ||| FLEEEEING.
148055 | D:5      | 148055 ||| FLEEEEING.
148071 | D:5      | 148071 ||| FLEEEEING.
148087 | D:5      | 148087 ||| FLEEEEING.
148103 | D:5      | 148103 ||| FLEEEEING.
148119 | D:5      | 148119 ||| FLEEEEING.
148135 | D:5      | 148135 ||| FLEEEEING.
148151 | D:5      | 148151 ||| FLEEEEING.
148167 | D:5      | 148167 ||| FLEEEEING.
148183 | D:5      | 148183 ||| FLEEEEING.
148199 | D:5      | 148199 ||| FLEEEEING.
148215 | D:5      | 148215 ||| FLEEEEING.
148231 | D:5      | 148231 ||| FLEEEEING.
148247 | D:5      | 148247 ||| FLEEEEING.
148263 | D:5      | 148263 ||| FLEEEEING.
148279 | D:5      | 148279 ||| FLEEEEING.
148295 | D:5      | 148295 ||| FLEEEEING.
148311 | D:5      | 148311 ||| FLEEEEING.
148327 | D:5      | 148327 ||| FLEEEEING.
148343 | D:5      | 148343 ||| FLEEEEING.
148359 | D:5      | 148359 ||| FLEEEEING.
148375 | D:5      | 148375 ||| FLEEEEING.
148378 | D:5      | Glimpsed the power of Zot.
148391 | D:5      | 148391 ||| FLEEEEING.
148407 | D:5      | 148407 ||| FLEEEEING.
148423 | D:5      | 148423 ||| FLEEEEING.
148439 | D:5      | 148439 ||| FLEEEEING.
148455 | D:5      | 148455 ||| FLEEEEING.
148471 | D:5      | 148471 ||| FLEEEEING.
148487 | D:5      | 148487 ||| FLEEEEING.
148503 | D:5      | 148503 ||| FLEEEEING.
148519 | D:5      | 148519 ||| FLEEEEING.
148535 | D:5      | 148535 ||| FLEEEEING.
148551 | D:5      | 148551 ||| FLEEEEING.
148567 | D:5      | 148567 ||| FLEEEEING.
148583 | D:5      | 148583 ||| FLEEEEING.
148599 | D:5      | 148599 ||| FLEEEEING.
148615 | D:5      | 148615 ||| FLEEEEING.
148631 | D:5      | 148631 ||| FLEEEEING.
148647 | D:5      | 148647 ||| FLEEEEING.
148663 | D:5      | 148663 ||| FLEEEEING.
148679 | D:5      | 148679 ||| FLEEEEING.
148695 | D:5      | 148695 ||| FLEEEEING.
148711 | D:5      | 148711 ||| FLEEEEING.
148727 | D:5      | 148727 ||| FLEEEEING.
148743 | D:5      | 148743 ||| FLEEEEING.
148759 | D:5      | 148759 ||| FLEEEEING.
148775 | D:5      | 148775 ||| FLEEEEING.
148778 | D:5      | Glimpsed the power of Zot.
148791 | D:5      | 148791 ||| FLEEEEING.
148807 | D:5      | 148807 ||| FLEEEEING.
148823 | D:5      | 148823 ||| FLEEEEING.
148839 | D:5      | 148839 ||| FLEEEEING.
148855 | D:5      | 148855 ||| FLEEEEING.
148871 | D:5      | 148871 ||| FLEEEEING.
148877 | D:5      | Touched by the power of Zot.
148878 | D:5      | Glimpsed the power of Zot.
148887 | D:5      | 148887 ||| FLEEEEING.
148903 | D:5      | 148903 ||| FLEEEEING.
148919 | D:5      | 148919 ||| FLEEEEING.
148935 | D:5      | 148935 ||| FLEEEEING.
148951 | D:5      | 148951 ||| FLEEEEING.
148967 | D:5      | 148967 ||| FLEEEEING.
148983 | D:5      | 148983 ||| FLEEEEING.
148999 | D:5      | 148999 ||| FLEEEEING.
149015 | D:5      | 149015 ||| FLEEEEING.
149031 | D:5      | 149031 ||| FLEEEEING.
149047 | D:5      | 149047 ||| FLEEEEING.
149063 | D:5      | 149063 ||| FLEEEEING.
149079 | D:5      | 149079 ||| FLEEEEING.
149095 | D:5      | 149095 ||| FLEEEEING.
149111 | D:5      | 149111 ||| FLEEEEING.
149127 | D:5      | 149127 ||| FLEEEEING.
149143 | D:5      | 149143 ||| FLEEEEING.
149159 | D:5      | 149159 ||| FLEEEEING.
149175 | D:5      | 149175 ||| FLEEEEING.
149191 | D:5      | 149191 ||| FLEEEEING.
149207 | D:5      | 149207 ||| FLEEEEING.
149223 | D:5      | 149223 ||| FLEEEEING.
149239 | D:5      | 149239 ||| FLEEEEING.
149255 | D:5      | 149255 ||| FLEEEEING.
149271 | D:5      | 149271 ||| FLEEEEING.
149287 | D:5      | 149287 ||| FLEEEEING.
149303 | D:5      | 149303 ||| FLEEEEING.
149319 | D:5      | 149319 ||| FLEEEEING.
149335 | D:5      | 149335 ||| FLEEEEING.
149351 | D:5      | 149351 ||| FLEEEEING.
149367 | D:5      | 149367 ||| FLEEEEING.
149378 | D:5      | Glimpsed the power of Zot.
149383 | D:5      | 149383 ||| FLEEEEING.
149399 | D:5      | 149399 ||| FLEEEEING.
149415 | D:5      | 149415 ||| FLEEEEING.
149431 | D:5      | 149431 ||| FLEEEEING.
149447 | D:5      | 149447 ||| FLEEEEING.
149463 | D:5      | 149463 ||| FLEEEEING.
149479 | D:5      | 149479 ||| FLEEEEING.
149495 | D:5      | 149495 ||| FLEEEEING.
149511 | D:5      | 149511 ||| FLEEEEING.
149527 | D:5      | 149527 ||| FLEEEEING.
149543 | D:5      | 149543 ||| FLEEEEING.
149559 | D:5      | 149559 ||| FLEEEEING.
149575 | D:5      | 149575 ||| FLEEEEING.
149591 | D:5      | 149591 ||| FLEEEEING.
149607 | D:5      | 149607 ||| FLEEEEING.
149623 | D:5      | 149623 ||| FLEEEEING.
149639 | D:5      | 149639 ||| FLEEEEING.
149655 | D:5      | 149655 ||| FLEEEEING.
149671 | D:5      | 149671 ||| FLEEEEING.
149687 | D:5      | 149687 ||| FLEEEEING.
149703 | D:5      | 149703 ||| FLEEEEING.
149719 | D:5      | 149719 ||| FLEEEEING.
149735 | D:5      | 149735 ||| FLEEEEING.
149751 | D:5      | 149751 ||| FLEEEEING.
149767 | D:5      | 149767 ||| FLEEEEING.
149778 | D:5      | Glimpsed the power of Zot.
149783 | D:5      | 149783 ||| FLEEEEING.
149799 | D:5      | 149799 ||| FLEEEEING.
149815 | D:5      | 149815 ||| FLEEEEING.
149831 | D:5      | 149831 ||| FLEEEEING.
149847 | D:5      | 149847 ||| FLEEEEING.
149863 | D:5      | 149863 ||| FLEEEEING.
149877 | D:5      | Touched by the power of Zot.
149878 | D:5      | Glimpsed the power of Zot.
149879 | D:5      | 149879 ||| FLEEEEING.
149895 | D:5      | 149895 ||| FLEEEEING.
149911 | D:5      | 149911 ||| FLEEEEING.
149927 | D:5      | 149927 ||| FLEEEEING.
149943 | D:5      | 149943 ||| FLEEEEING.
149959 | D:5      | 149959 ||| FLEEEEING.
149975 | D:5      | 149975 ||| FLEEEEING.
149991 | D:5      | 149991 ||| FLEEEEING.
150007 | D:5      | 150007 ||| FLEEEEING.
150023 | D:5      | 150023 ||| FLEEEEING.
150039 | D:5      | 150039 ||| FLEEEEING.
150055 | D:5      | 150055 ||| FLEEEEING.
150071 | D:5      | 150071 ||| FLEEEEING.
150087 | D:5      | 150087 ||| FLEEEEING.
150103 | D:5      | 150103 ||| FLEEEEING.
150119 | D:5      | 150119 ||| FLEEEEING.
150135 | D:5      | 150135 ||| FLEEEEING.
150151 | D:5      | 150151 ||| FLEEEEING.
150167 | D:5      | 150167 ||| FLEEEEING.
150183 | D:5      | 150183 ||| FLEEEEING.
150199 | D:5      | 150199 ||| FLEEEEING.
150215 | D:5      | 150215 ||| FLEEEEING.
150231 | D:5      | 150231 ||| FLEEEEING.
150247 | D:5      | 150247 ||| FLEEEEING.
150263 | D:5      | 150263 ||| FLEEEEING.
150279 | D:5      | 150279 ||| FLEEEEING.
150295 | D:5      | 150295 ||| FLEEEEING.
150311 | D:5      | 150311 ||| FLEEEEING.
150327 | D:5      | 150327 ||| FLEEEEING.
150343 | D:5      | 150343 ||| FLEEEEING.
150359 | D:5      | 150359 ||| FLEEEEING.
150375 | D:5      | 150375 ||| FLEEEEING.
150378 | D:5      | Glimpsed the power of Zot.
150391 | D:5      | 150391 ||| FLEEEEING.
150407 | D:5      | 150407 ||| FLEEEEING.
150423 | D:5      | 150423 ||| FLEEEEING.
150439 | D:5      | 150439 ||| FLEEEEING.
150455 | D:5      | 150455 ||| FLEEEEING.
150471 | D:5      | 150471 ||| FLEEEEING.
150487 | D:5      | 150487 ||| FLEEEEING.
150503 | D:5      | 150503 ||| FLEEEEING.
150519 | D:5      | 150519 ||| FLEEEEING.
150535 | D:5      | 150535 ||| FLEEEEING.
150551 | D:5      | 150551 ||| FLEEEEING.
150567 | D:5      | 150567 ||| FLEEEEING.
150583 | D:5      | 150583 ||| FLEEEEING.
150599 | D:5      | 150599 ||| FLEEEEING.
150615 | D:5      | 150615 ||| FLEEEEING.
150631 | D:5      | 150631 ||| FLEEEEING.
150647 | D:5      | 150647 ||| FLEEEEING.
150663 | D:5      | 150663 ||| FLEEEEING.
150679 | D:5      | 150679 ||| FLEEEEING.
150695 | D:5      | 150695 ||| FLEEEEING.
150711 | D:5      | 150711 ||| FLEEEEING.
150727 | D:5      | 150727 ||| FLEEEEING.
150743 | D:5      | 150743 ||| FLEEEEING.
150759 | D:5      | 150759 ||| FLEEEEING.
150775 | D:5      | 150775 ||| FLEEEEING.
150778 | D:5      | Glimpsed the power of Zot.
150791 | D:5      | 150791 ||| FLEEEEING.
150807 | D:5      | 150807 ||| FLEEEEING.
150823 | D:5      | 150823 ||| FLEEEEING.
150839 | D:5      | 150839 ||| FLEEEEING.
150855 | D:5      | 150855 ||| FLEEEEING.
150871 | D:5      | 150871 ||| FLEEEEING.
150877 | D:5      | Touched by the power of Zot.
150878 | D:5      | Glimpsed the power of Zot.
150887 | D:5      | 150887 ||| FLEEEEING.
150903 | D:5      | 150903 ||| FLEEEEING.
150919 | D:5      | 150919 ||| FLEEEEING.
150935 | D:5      | 150935 ||| FLEEEEING.
150951 | D:5      | 150951 ||| FLEEEEING.
150967 | D:5      | 150967 ||| FLEEEEING.
150983 | D:5      | 150983 ||| FLEEEEING.
150999 | D:5      | 150999 ||| FLEEEEING.
151015 | D:5      | 151015 ||| FLEEEEING.
151031 | D:5      | 151031 ||| FLEEEEING.
151047 | D:5      | 151047 ||| FLEEEEING.
151063 | D:5      | 151063 ||| FLEEEEING.
151079 | D:5      | 151079 ||| FLEEEEING.
151095 | D:5      | 151095 ||| FLEEEEING.
151111 | D:5      | 151111 ||| FLEEEEING.
151127 | D:5      | 151127 ||| FLEEEEING.
151143 | D:5      | 151143 ||| FLEEEEING.
151159 | D:5      | 151159 ||| FLEEEEING.
151175 | D:5      | 151175 ||| FLEEEEING.
151191 | D:5      | 151191 ||| FLEEEEING.
151207 | D:5      | 151207 ||| FLEEEEING.
151223 | D:5      | 151223 ||| FLEEEEING.
151239 | D:5      | 151239 ||| FLEEEEING.
151255 | D:5      | 151255 ||| FLEEEEING.
151271 | D:5      | 151271 ||| FLEEEEING.
151287 | D:5      | 151287 ||| FLEEEEING.
151303 | D:5      | 151303 ||| FLEEEEING.
151319 | D:5      | 151319 ||| FLEEEEING.
151335 | D:5      | 151335 ||| FLEEEEING.
151351 | D:5      | 151351 ||| FLEEEEING.
151367 | D:5      | 151367 ||| FLEEEEING.
151378 | D:5      | Glimpsed the power of Zot.
151383 | D:5      | 151383 ||| FLEEEEING.
151399 | D:5      | 151399 ||| FLEEEEING.
151415 | D:5      | 151415 ||| FLEEEEING.
151431 | D:5      | 151431 ||| FLEEEEING.
151447 | D:5      | 151447 ||| FLEEEEING.
151463 | D:5      | 151463 ||| FLEEEEING.
151479 | D:5      | 151479 ||| FLEEEEING.
151495 | D:5      | 151495 ||| FLEEEEING.
151511 | D:5      | 151511 ||| FLEEEEING.
151527 | D:5      | 151527 ||| FLEEEEING.
151543 | D:5      | 151543 ||| FLEEEEING.
151559 | D:5      | 151559 ||| FLEEEEING.
151575 | D:5      | 151575 ||| FLEEEEING.
151591 | D:5      | 151591 ||| FLEEEEING.
151607 | D:5      | 151607 ||| FLEEEEING.
151623 | D:5      | 151623 ||| FLEEEEING.
151639 | D:5      | 151639 ||| FLEEEEING.
151655 | D:5      | 151655 ||| FLEEEEING.
151671 | D:5      | 151671 ||| FLEEEEING.
151687 | D:5      | 151687 ||| FLEEEEING.
151703 | D:5      | 151703 ||| FLEEEEING.
151719 | D:5      | 151719 ||| FLEEEEING.
151735 | D:5      | 151735 ||| FLEEEEING.
151751 | D:5      | 151751 ||| FLEEEEING.
151767 | D:5      | 151767 ||| FLEEEEING.
151778 | D:5      | Glimpsed the power of Zot.
151783 | D:5      | 151783 ||| FLEEEEING.
151799 | D:5      | 151799 ||| FLEEEEING.
151815 | D:5      | 151815 ||| FLEEEEING.
151831 | D:5      | 151831 ||| FLEEEEING.
151847 | D:5      | 151847 ||| FLEEEEING.
151863 | D:5      | 151863 ||| FLEEEEING.
151877 | D:5      | Touched by the power of Zot.
151878 | D:5      | Glimpsed the power of Zot.
151879 | D:5      | 151879 ||| FLEEEEING.
151895 | D:5      | 151895 ||| FLEEEEING.
151911 | D:5      | 151911 ||| FLEEEEING.
151927 | D:5      | 151927 ||| FLEEEEING.
151943 | D:5      | 151943 ||| FLEEEEING.
151959 | D:5      | 151959 ||| FLEEEEING.
151975 | D:5      | 151975 ||| FLEEEEING.
151991 | D:5      | 151991 ||| FLEEEEING.
152007 | D:5      | 152007 ||| FLEEEEING.
152023 | D:5      | 152023 ||| FLEEEEING.
152039 | D:5      | 152039 ||| FLEEEEING.
152055 | D:5      | 152055 ||| FLEEEEING.
152071 | D:5      | 152071 ||| FLEEEEING.
152087 | D:5      | 152087 ||| FLEEEEING.
152103 | D:5      | 152103 ||| FLEEEEING.
152119 | D:5      | 152119 ||| FLEEEEING.
152135 | D:5      | 152135 ||| FLEEEEING.
152151 | D:5      | 152151 ||| FLEEEEING.
152167 | D:5      | 152167 ||| FLEEEEING.
152183 | D:5      | 152183 ||| FLEEEEING.
152199 | D:5      | 152199 ||| FLEEEEING.
152215 | D:5      | 152215 ||| FLEEEEING.
152231 | D:5      | 152231 ||| FLEEEEING.
152247 | D:5      | 152247 ||| FLEEEEING.
152263 | D:5      | 152263 ||| FLEEEEING.
152279 | D:5      | 152279 ||| FLEEEEING.
152295 | D:5      | 152295 ||| FLEEEEING.
152311 | D:5      | 152311 ||| FLEEEEING.
152327 | D:5      | 152327 ||| FLEEEEING.
152343 | D:5      | 152343 ||| FLEEEEING.
152359 | D:5      | 152359 ||| FLEEEEING.
152375 | D:5      | 152375 ||| FLEEEEING.
152378 | D:5      | Glimpsed the power of Zot.
152391 | D:5      | 152391 ||| FLEEEEING.
152407 | D:5      | 152407 ||| FLEEEEING.
152423 | D:5      | 152423 ||| FLEEEEING.
152439 | D:5      | 152439 ||| FLEEEEING.
152455 | D:5      | 152455 ||| FLEEEEING.
152471 | D:5      | 152471 ||| FLEEEEING.
152487 | D:5      | 152487 ||| FLEEEEING.
152503 | D:5      | 152503 ||| FLEEEEING.
152519 | D:5      | 152519 ||| FLEEEEING.
152535 | D:5      | 152535 ||| FLEEEEING.
152551 | D:5      | 152551 ||| FLEEEEING.
152567 | D:5      | 152567 ||| FLEEEEING.
152583 | D:5      | 152583 ||| FLEEEEING.
152599 | D:5      | 152599 ||| FLEEEEING.
152615 | D:5      | 152615 ||| FLEEEEING.
152631 | D:5      | 152631 ||| FLEEEEING.
152647 | D:5      | 152647 ||| FLEEEEING.
152663 | D:5      | 152663 ||| FLEEEEING.
152679 | D:5      | 152679 ||| FLEEEEING.
152695 | D:5      | 152695 ||| FLEEEEING.
152711 | D:5      | 152711 ||| FLEEEEING.
152727 | D:5      | 152727 ||| FLEEEEING.
152743 | D:5      | 152743 ||| FLEEEEING.
152759 | D:5      | 152759 ||| FLEEEEING.
152775 | D:5      | 152775 ||| FLEEEEING.
152778 | D:5      | Glimpsed the power of Zot.
152791 | D:5      | 152791 ||| FLEEEEING.
152807 | D:5      | 152807 ||| FLEEEEING.
152823 | D:5      | 152823 ||| FLEEEEING.
152839 | D:5      | 152839 ||| FLEEEEING.
152855 | D:5      | 152855 ||| FLEEEEING.
152871 | D:5      | 152871 ||| FLEEEEING.
152877 | D:5      | Touched by the power of Zot.
152878 | D:5      | Glimpsed the power of Zot.
152887 | D:5      | 152887 ||| FLEEEEING.
152903 | D:5      | 152903 ||| FLEEEEING.
152919 | D:5      | 152919 ||| FLEEEEING.
152935 | D:5      | 152935 ||| FLEEEEING.
152951 | D:5      | 152951 ||| FLEEEEING.
152967 | D:5      | 152967 ||| FLEEEEING.
152983 | D:5      | 152983 ||| FLEEEEING.
152999 | D:5      | 152999 ||| FLEEEEING.
153015 | D:5      | 153015 ||| FLEEEEING.
153031 | D:5      | 153031 ||| FLEEEEING.
153047 | D:5      | 153047 ||| FLEEEEING.
153063 | D:5      | 153063 ||| FLEEEEING.
153079 | D:5      | 153079 ||| FLEEEEING.
153095 | D:5      | 153095 ||| FLEEEEING.
153111 | D:5      | 153111 ||| FLEEEEING.
153127 | D:5      | 153127 ||| FLEEEEING.
153143 | D:5      | 153143 ||| FLEEEEING.
153159 | D:5      | 153159 ||| FLEEEEING.
153175 | D:5      | 153175 ||| FLEEEEING.
153191 | D:5      | 153191 ||| FLEEEEING.
153207 | D:5      | 153207 ||| FLEEEEING.
153223 | D:5      | 153223 ||| FLEEEEING.
153239 | D:5      | 153239 ||| FLEEEEING.
153255 | D:5      | 153255 ||| FLEEEEING.
153271 | D:5      | 153271 ||| FLEEEEING.
153287 | D:5      | 153287 ||| FLEEEEING.
153303 | D:5      | 153303 ||| FLEEEEING.
153319 | D:5      | 153319 ||| FLEEEEING.
153335 | D:5      | 153335 ||| FLEEEEING.
153351 | D:5      | 153351 ||| FLEEEEING.
153367 | D:5      | 153367 ||| FLEEEEING.
153378 | D:5      | Glimpsed the power of Zot.
153383 | D:5      | 153383 ||| FLEEEEING.
153399 | D:5      | 153399 ||| FLEEEEING.
153415 | D:5      | 153415 ||| FLEEEEING.
153431 | D:5      | 153431 ||| FLEEEEING.
153447 | D:5      | 153447 ||| FLEEEEING.
153463 | D:5      | 153463 ||| FLEEEEING.
153479 | D:5      | 153479 ||| FLEEEEING.
153495 | D:5      | 153495 ||| FLEEEEING.
153511 | D:5      | 153511 ||| FLEEEEING.
153527 | D:5      | 153527 ||| FLEEEEING.
153543 | D:5      | 153543 ||| FLEEEEING.
153559 | D:5      | 153559 ||| FLEEEEING.
153575 | D:5      | 153575 ||| FLEEEEING.
153591 | D:5      | 153591 ||| FLEEEEING.
153607 | D:5      | 153607 ||| FLEEEEING.
153623 | D:5      | 153623 ||| FLEEEEING.
153639 | D:5      | 153639 ||| FLEEEEING.
153655 | D:5      | 153655 ||| FLEEEEING.
153671 | D:5      | 153671 ||| FLEEEEING.
153687 | D:5      | 153687 ||| FLEEEEING.
153703 | D:5      | 153703 ||| FLEEEEING.
153719 | D:5      | 153719 ||| FLEEEEING.
153735 | D:5      | 153735 ||| FLEEEEING.
153751 | D:5      | 153751 ||| FLEEEEING.
153767 | D:5      | 153767 ||| FLEEEEING.
153778 | D:5      | Glimpsed the power of Zot.
153783 | D:5      | 153783 ||| FLEEEEING.
153799 | D:5      | 153799 ||| FLEEEEING.
153815 | D:5      | 153815 ||| FLEEEEING.
153831 | D:5      | 153831 ||| FLEEEEING.
153847 | D:5      | 153847 ||| FLEEEEING.
153863 | D:5      | 153863 ||| FLEEEEING.
153877 | D:5      | Touched by the power of Zot.
153878 | D:5      | Glimpsed the power of Zot.
153879 | D:5      | 153879 ||| FLEEEEING.
153895 | D:5      | 153895 ||| FLEEEEING.
153911 | D:5      | 153911 ||| FLEEEEING.
153927 | D:5      | 153927 ||| FLEEEEING.
153943 | D:5      | 153943 ||| FLEEEEING.
153959 | D:5      | 153959 ||| FLEEEEING.
153975 | D:5      | 153975 ||| FLEEEEING.
153991 | D:5      | 153991 ||| FLEEEEING.
154007 | D:5      | 154007 ||| FLEEEEING.
154023 | D:5      | 154023 ||| FLEEEEING.
154039 | D:5      | 154039 ||| FLEEEEING.
154055 | D:5      | 154055 ||| FLEEEEING.
154071 | D:5      | 154071 ||| FLEEEEING.
154087 | D:5      | 154087 ||| FLEEEEING.
154103 | D:5      | 154103 ||| FLEEEEING.
154119 | D:5      | 154119 ||| FLEEEEING.
154135 | D:5      | 154135 ||| FLEEEEING.
154151 | D:5      | 154151 ||| FLEEEEING.
154167 | D:5      | 154167 ||| FLEEEEING.
154183 | D:5      | 154183 ||| FLEEEEING.
154199 | D:5      | 154199 ||| FLEEEEING.
154215 | D:5      | 154215 ||| FLEEEEING.
154231 | D:5      | 154231 ||| FLEEEEING.
154247 | D:5      | 154247 ||| FLEEEEING.
154263 | D:5      | 154263 ||| FLEEEEING.
154279 | D:5      | 154279 ||| FLEEEEING.
154295 | D:5      | 154295 ||| FLEEEEING.
154311 | D:5      | 154311 ||| FLEEEEING.
154327 | D:5      | 154327 ||| FLEEEEING.
154343 | D:5      | 154343 ||| FLEEEEING.
154359 | D:5      | 154359 ||| FLEEEEING.
154375 | D:5      | 154375 ||| FLEEEEING.
154378 | D:5      | Glimpsed the power of Zot.
154391 | D:5      | 154391 ||| FLEEEEING.
154407 | D:5      | 154407 ||| FLEEEEING.
154423 | D:5      | 154423 ||| FLEEEEING.
154439 | D:5      | 154439 ||| FLEEEEING.
154455 | D:5      | 154455 ||| FLEEEEING.
154471 | D:5      | 154471 ||| FLEEEEING.
154487 | D:5      | 154487 ||| FLEEEEING.
154503 | D:5      | 154503 ||| FLEEEEING.
154519 | D:5      | 154519 ||| FLEEEEING.
154535 | D:5      | 154535 ||| FLEEEEING.
154551 | D:5      | 154551 ||| FLEEEEING.
154567 | D:5      | 154567 ||| FLEEEEING.
154583 | D:5      | 154583 ||| FLEEEEING.
154599 | D:5      | 154599 ||| FLEEEEING.
154615 | D:5      | 154615 ||| FLEEEEING.
154631 | D:5      | 154631 ||| FLEEEEING.
154647 | D:5      | 154647 ||| FLEEEEING.
154663 | D:5      | 154663 ||| FLEEEEING.
154679 | D:5      | 154679 ||| FLEEEEING.
154695 | D:5      | 154695 ||| FLEEEEING.
154711 | D:5      | 154711 ||| FLEEEEING.
154727 | D:5      | 154727 ||| FLEEEEING.
154743 | D:5      | 154743 ||| FLEEEEING.
154759 | D:5      | 154759 ||| FLEEEEING.
154775 | D:5      | 154775 ||| FLEEEEING.
154778 | D:5      | Glimpsed the power of Zot.
154791 | D:5      | 154791 ||| FLEEEEING.
154807 | D:5      | 154807 ||| FLEEEEING.
154823 | D:5      | 154823 ||| FLEEEEING.
154839 | D:5      | 154839 ||| FLEEEEING.
154855 | D:5      | 154855 ||| FLEEEEING.
154871 | D:5      | 154871 ||| FLEEEEING.
154877 | D:5      | Touched by the power of Zot.
154878 | D:5      | Glimpsed the power of Zot.
154887 | D:5      | 154887 ||| FLEEEEING.
154903 | D:5      | 154903 ||| FLEEEEING.
154919 | D:5      | 154919 ||| FLEEEEING.
154935 | D:5      | 154935 ||| FLEEEEING.
154951 | D:5      | 154951 ||| FLEEEEING.
154967 | D:5      | 154967 ||| FLEEEEING.
154983 | D:5      | 154983 ||| FLEEEEING.
154999 | D:5      | 154999 ||| FLEEEEING.
155015 | D:5      | 155015 ||| FLEEEEING.
155031 | D:5      | 155031 ||| FLEEEEING.
155047 | D:5      | 155047 ||| FLEEEEING.
155063 | D:5      | 155063 ||| FLEEEEING.
155079 | D:5      | 155079 ||| FLEEEEING.
155095 | D:5      | 155095 ||| FLEEEEING.
155111 | D:5      | 155111 ||| FLEEEEING.
155127 | D:5      | 155127 ||| FLEEEEING.
155143 | D:5      | 155143 ||| FLEEEEING.
155159 | D:5      | 155159 ||| FLEEEEING.
155175 | D:5      | 155175 ||| FLEEEEING.
155191 | D:5      | 155191 ||| FLEEEEING.
155207 | D:5      | 155207 ||| FLEEEEING.
155223 | D:5      | 155223 ||| FLEEEEING.
155239 | D:5      | 155239 ||| FLEEEEING.
155255 | D:5      | 155255 ||| FLEEEEING.
155271 | D:5      | 155271 ||| FLEEEEING.
155287 | D:5      | 155287 ||| FLEEEEING.
155303 | D:5      | 155303 ||| FLEEEEING.
155319 | D:5      | 155319 ||| FLEEEEING.
155335 | D:5      | 155335 ||| FLEEEEING.
155351 | D:5      | 155351 ||| FLEEEEING.
155367 | D:5      | 155367 ||| FLEEEEING.
155378 | D:5      | Glimpsed the power of Zot.
155383 | D:5      | 155383 ||| FLEEEEING.
155399 | D:5      | 155399 ||| FLEEEEING.
155415 | D:5      | 155415 ||| FLEEEEING.
155431 | D:5      | 155431 ||| FLEEEEING.
155447 | D:5      | 155447 ||| FLEEEEING.
155463 | D:5      | 155463 ||| FLEEEEING.
155479 | D:5      | 155479 ||| FLEEEEING.
155495 | D:5      | 155495 ||| FLEEEEING.
155511 | D:5      | 155511 ||| FLEEEEING.
155527 | D:5      | 155527 ||| FLEEEEING.
155543 | D:5      | 155543 ||| FLEEEEING.
155559 | D:5      | 155559 ||| FLEEEEING.
155575 | D:5      | 155575 ||| FLEEEEING.
155591 | D:5      | 155591 ||| FLEEEEING.
155607 | D:5      | 155607 ||| FLEEEEING.
155623 | D:5      | 155623 ||| FLEEEEING.
155639 | D:5      | 155639 ||| FLEEEEING.
155655 | D:5      | 155655 ||| FLEEEEING.
155671 | D:5      | 155671 ||| FLEEEEING.
155687 | D:5      | 155687 ||| FLEEEEING.
155703 | D:5      | 155703 ||| FLEEEEING.
155719 | D:5      | 155719 ||| FLEEEEING.
155735 | D:5      | 155735 ||| FLEEEEING.
155751 | D:5      | 155751 ||| FLEEEEING.
155767 | D:5      | 155767 ||| FLEEEEING.
155778 | D:5      | Glimpsed the power of Zot.
155783 | D:5      | 155783 ||| FLEEEEING.
155799 | D:5      | 155799 ||| FLEEEEING.
155815 | D:5      | 155815 ||| FLEEEEING.
155831 | D:5      | 155831 ||| FLEEEEING.
155847 | D:5      | 155847 ||| FLEEEEING.
155863 | D:5      | 155863 ||| FLEEEEING.
155877 | D:5      | Touched by the power of Zot.
155878 | D:5      | Glimpsed the power of Zot.
155879 | D:5      | 155879 ||| FLEEEEING.
155895 | D:5      | 155895 ||| FLEEEEING.
155911 | D:5      | 155911 ||| FLEEEEING.
155927 | D:5      | 155927 ||| FLEEEEING.
155943 | D:5      | 155943 ||| FLEEEEING.
155959 | D:5      | 155959 ||| FLEEEEING.
155975 | D:5      | 155975 ||| FLEEEEING.
155991 | D:5      | 155991 ||| FLEEEEING.
156007 | D:5      | 156007 ||| FLEEEEING.
156023 | D:5      | 156023 ||| FLEEEEING.
156039 | D:5      | 156039 ||| FLEEEEING.
156055 | D:5      | 156055 ||| FLEEEEING.
156071 | D:5      | 156071 ||| FLEEEEING.
156087 | D:5      | 156087 ||| FLEEEEING.
156103 | D:5      | 156103 ||| FLEEEEING.
156119 | D:5      | 156119 ||| FLEEEEING.
156135 | D:5      | 156135 ||| FLEEEEING.
156151 | D:5      | 156151 ||| FLEEEEING.
156167 | D:5      | 156167 ||| FLEEEEING.
156183 | D:5      | 156183 ||| FLEEEEING.
156199 | D:5      | 156199 ||| FLEEEEING.
156215 | D:5      | 156215 ||| FLEEEEING.
156231 | D:5      | 156231 ||| FLEEEEING.
156247 | D:5      | 156247 ||| FLEEEEING.
156263 | D:5      | 156263 ||| FLEEEEING.
156279 | D:5      | 156279 ||| FLEEEEING.
156295 | D:5      | 156295 ||| FLEEEEING.
156311 | D:5      | 156311 ||| FLEEEEING.
156327 | D:5      | 156327 ||| FLEEEEING.
156343 | D:5      | 156343 ||| FLEEEEING.
156359 | D:5      | 156359 ||| FLEEEEING.
156375 | D:5      | 156375 ||| FLEEEEING.
156378 | D:5      | Glimpsed the power of Zot.
156391 | D:5      | 156391 ||| FLEEEEING.
156407 | D:5      | 156407 ||| FLEEEEING.
156423 | D:5      | 156423 ||| FLEEEEING.
156439 | D:5      | 156439 ||| FLEEEEING.
156455 | D:5      | 156455 ||| FLEEEEING.
156471 | D:5      | 156471 ||| FLEEEEING.
156487 | D:5      | 156487 ||| FLEEEEING.
156503 | D:5      | 156503 ||| FLEEEEING.
156519 | D:5      | 156519 ||| FLEEEEING.
156535 | D:5      | 156535 ||| FLEEEEING.
156551 | D:5      | 156551 ||| FLEEEEING.
156567 | D:5      | 156567 ||| FLEEEEING.
156583 | D:5      | 156583 ||| FLEEEEING.
156599 | D:5      | 156599 ||| FLEEEEING.
156615 | D:5      | 156615 ||| FLEEEEING.
156631 | D:5      | 156631 ||| FLEEEEING.
156647 | D:5      | 156647 ||| FLEEEEING.
156663 | D:5      | 156663 ||| FLEEEEING.
156679 | D:5      | 156679 ||| FLEEEEING.
156695 | D:5      | 156695 ||| FLEEEEING.
156711 | D:5      | 156711 ||| FLEEEEING.
156727 | D:5      | 156727 ||| FLEEEEING.
156743 | D:5      | 156743 ||| FLEEEEING.
156759 | D:5      | 156759 ||| FLEEEEING.
156775 | D:5      | 156775 ||| FLEEEEING.
156778 | D:5      | Glimpsed the power of Zot.
156791 | D:5      | 156791 ||| FLEEEEING.
156807 | D:5      | 156807 ||| FLEEEEING.
156823 | D:5      | 156823 ||| FLEEEEING.
156839 | D:5      | 156839 ||| FLEEEEING.
156855 | D:5      | 156855 ||| FLEEEEING.
156871 | D:5      | 156871 ||| FLEEEEING.
156877 | D:5      | Touched by the power of Zot.
156878 | D:5      | Glimpsed the power of Zot.
156887 | D:5      | 156887 ||| FLEEEEING.
156903 | D:5      | 156903 ||| FLEEEEING.
156919 | D:5      | 156919 ||| FLEEEEING.
156935 | D:5      | 156935 ||| FLEEEEING.
156951 | D:5      | 156951 ||| FLEEEEING.
156967 | D:5      | 156967 ||| FLEEEEING.
156983 | D:5      | 156983 ||| FLEEEEING.
156999 | D:5      | 156999 ||| FLEEEEING.
157015 | D:5      | 157015 ||| FLEEEEING.
157031 | D:5      | 157031 ||| FLEEEEING.
157047 | D:5      | 157047 ||| FLEEEEING.
157063 | D:5      | 157063 ||| FLEEEEING.
157079 | D:5      | 157079 ||| FLEEEEING.
157095 | D:5      | 157095 ||| FLEEEEING.
157111 | D:5      | 157111 ||| FLEEEEING.
157127 | D:5      | 157127 ||| FLEEEEING.
157143 | D:5      | 157143 ||| FLEEEEING.
157159 | D:5      | 157159 ||| FLEEEEING.
157175 | D:5      | 157175 ||| FLEEEEING.
157191 | D:5      | 157191 ||| FLEEEEING.
157207 | D:5      | 157207 ||| FLEEEEING.
157223 | D:5      | 157223 ||| FLEEEEING.
157239 | D:5      | 157239 ||| FLEEEEING.
157255 | D:5      | 157255 ||| FLEEEEING.
157271 | D:5      | 157271 ||| FLEEEEING.
157287 | D:5      | 157287 ||| FLEEEEING.
157303 | D:5      | 157303 ||| FLEEEEING.
157319 | D:5      | 157319 ||| FLEEEEING.
157335 | D:5      | 157335 ||| FLEEEEING.
157351 | D:5      | 157351 ||| FLEEEEING.
157367 | D:5      | 157367 ||| FLEEEEING.
157378 | D:5      | Glimpsed the power of Zot.
157383 | D:5      | 157383 ||| FLEEEEING.
157399 | D:5      | 157399 ||| FLEEEEING.
157415 | D:5      | 157415 ||| FLEEEEING.
157431 | D:5      | 157431 ||| FLEEEEING.
157447 | D:5      | 157447 ||| FLEEEEING.
157463 | D:5      | 157463 ||| FLEEEEING.
157479 | D:5      | 157479 ||| FLEEEEING.
157495 | D:5      | 157495 ||| FLEEEEING.
157511 | D:5      | 157511 ||| FLEEEEING.
157527 | D:5      | 157527 ||| FLEEEEING.
157543 | D:5      | 157543 ||| FLEEEEING.
157559 | D:5      | 157559 ||| FLEEEEING.
157575 | D:5      | 157575 ||| FLEEEEING.
157591 | D:5      | 157591 ||| FLEEEEING.
157607 | D:5      | 157607 ||| FLEEEEING.
157623 | D:5      | 157623 ||| FLEEEEING.
157639 | D:5      | 157639 ||| FLEEEEING.
157655 | D:5      | 157655 ||| FLEEEEING.
157671 | D:5      | 157671 ||| FLEEEEING.
157687 | D:5      | 157687 ||| FLEEEEING.
157703 | D:5      | 157703 ||| FLEEEEING.
157719 | D:5      | 157719 ||| FLEEEEING.
157735 | D:5      | 157735 ||| FLEEEEING.
157751 | D:5      | 157751 ||| FLEEEEING.
157767 | D:5      | 157767 ||| FLEEEEING.
157778 | D:5      | Glimpsed the power of Zot.
157783 | D:5      | 157783 ||| FLEEEEING.
157799 | D:5      | 157799 ||| FLEEEEING.
157815 | D:5      | 157815 ||| FLEEEEING.
157831 | D:5      | 157831 ||| FLEEEEING.
157847 | D:5      | 157847 ||| FLEEEEING.
157863 | D:5      | 157863 ||| FLEEEEING.
157877 | D:5      | Touched by the power of Zot.
157878 | D:5      | Glimpsed the power of Zot.
157879 | D:5      | 157879 ||| FLEEEEING.
157895 | D:5      | 157895 ||| FLEEEEING.
157911 | D:5      | 157911 ||| FLEEEEING.
157927 | D:5      | 157927 ||| FLEEEEING.
157943 | D:5      | 157943 ||| FLEEEEING.
157959 | D:5      | 157959 ||| FLEEEEING.
157975 | D:5      | 157975 ||| FLEEEEING.
157991 | D:5      | 157991 ||| FLEEEEING.
158007 | D:5      | 158007 ||| FLEEEEING.
158023 | D:5      | 158023 ||| FLEEEEING.
158039 | D:5      | 158039 ||| FLEEEEING.
158055 | D:5      | 158055 ||| FLEEEEING.
158071 | D:5      | 158071 ||| FLEEEEING.
158087 | D:5      | 158087 ||| FLEEEEING.
158103 | D:5      | 158103 ||| FLEEEEING.
158119 | D:5      | 158119 ||| FLEEEEING.
158135 | D:5      | 158135 ||| FLEEEEING.
158151 | D:5      | 158151 ||| FLEEEEING.
158167 | D:5      | 158167 ||| FLEEEEING.
158183 | D:5      | 158183 ||| FLEEEEING.
158199 | D:5      | 158199 ||| FLEEEEING.
158215 | D:5      | 158215 ||| FLEEEEING.
158231 | D:5      | 158231 ||| FLEEEEING.
158247 | D:5      | 158247 ||| FLEEEEING.
158263 | D:5      | 158263 ||| FLEEEEING.
158279 | D:5      | 158279 ||| FLEEEEING.
158295 | D:5      | 158295 ||| FLEEEEING.
158311 | D:5      | 158311 ||| FLEEEEING.
158327 | D:5      | 158327 ||| FLEEEEING.
158343 | D:5      | 158343 ||| FLEEEEING.
158359 | D:5      | 158359 ||| FLEEEEING.
158375 | D:5      | 158375 ||| FLEEEEING.
158378 | D:5      | Glimpsed the power of Zot.
158391 | D:5      | 158391 ||| FLEEEEING.
158407 | D:5      | 158407 ||| FLEEEEING.
158423 | D:5      | 158423 ||| FLEEEEING.
158439 | D:5      | 158439 ||| FLEEEEING.
158455 | D:5      | 158455 ||| FLEEEEING.
158471 | D:5      | 158471 ||| FLEEEEING.
158487 | D:5      | 158487 ||| FLEEEEING.
158503 | D:5      | 158503 ||| FLEEEEING.
158519 | D:5      | 158519 ||| FLEEEEING.
158535 | D:5      | 158535 ||| FLEEEEING.
158551 | D:5      | 158551 ||| FLEEEEING.
158567 | D:5      | 158567 ||| FLEEEEING.
158583 | D:5      | 158583 ||| FLEEEEING.
158599 | D:5      | 158599 ||| FLEEEEING.
158615 | D:5      | 158615 ||| FLEEEEING.
158631 | D:5      | 158631 ||| FLEEEEING.
158647 | D:5      | 158647 ||| FLEEEEING.
158663 | D:5      | 158663 ||| FLEEEEING.
158679 | D:5      | 158679 ||| FLEEEEING.
158695 | D:5      | 158695 ||| FLEEEEING.
158711 | D:5      | 158711 ||| FLEEEEING.
158727 | D:5      | 158727 ||| FLEEEEING.
158743 | D:5      | 158743 ||| FLEEEEING.
158759 | D:5      | 158759 ||| FLEEEEING.
158775 | D:5      | 158775 ||| FLEEEEING.
158778 | D:5      | Glimpsed the power of Zot.
158791 | D:5      | 158791 ||| FLEEEEING.
158807 | D:5      | 158807 ||| FLEEEEING.
158823 | D:5      | 158823 ||| FLEEEEING.
158839 | D:5      | 158839 ||| FLEEEEING.
158855 | D:5      | 158855 ||| FLEEEEING.
158871 | D:5      | 158871 ||| FLEEEEING.
158877 | D:5      | Touched by the power of Zot.
158878 | D:5      | Glimpsed the power of Zot.
158887 | D:5      | 158887 ||| FLEEEEING.
158903 | D:5      | 158903 ||| FLEEEEING.
158919 | D:5      | 158919 ||| FLEEEEING.
158935 | D:5      | 158935 ||| FLEEEEING.
158951 | D:5      | 158951 ||| FLEEEEING.
158967 | D:5      | 158967 ||| FLEEEEING.
158983 | D:5      | 158983 ||| FLEEEEING.
158999 | D:5      | 158999 ||| FLEEEEING.
159015 | D:5      | 159015 ||| FLEEEEING.
159031 | D:5      | 159031 ||| FLEEEEING.
159047 | D:5      | 159047 ||| FLEEEEING.
159063 | D:5      | 159063 ||| FLEEEEING.
159079 | D:5      | 159079 ||| FLEEEEING.
159095 | D:5      | 159095 ||| FLEEEEING.
159111 | D:5      | 159111 ||| FLEEEEING.
159127 | D:5      | 159127 ||| FLEEEEING.
159143 | D:5      | 159143 ||| FLEEEEING.
159159 | D:5      | 159159 ||| FLEEEEING.
159175 | D:5      | 159175 ||| FLEEEEING.
159191 | D:5      | 159191 ||| FLEEEEING.
159207 | D:5      | 159207 ||| FLEEEEING.
159223 | D:5      | 159223 ||| FLEEEEING.
159239 | D:5      | 159239 ||| FLEEEEING.
159255 | D:5      | 159255 ||| FLEEEEING.
159271 | D:5      | 159271 ||| FLEEEEING.
159287 | D:5      | 159287 ||| FLEEEEING.
159303 | D:5      | 159303 ||| FLEEEEING.
159319 | D:5      | 159319 ||| FLEEEEING.
159335 | D:5      | 159335 ||| FLEEEEING.
159351 | D:5      | 159351 ||| FLEEEEING.
159367 | D:5      | 159367 ||| FLEEEEING.
159378 | D:5      | Glimpsed the power of Zot.
159383 | D:5      | 159383 ||| FLEEEEING.
159399 | D:5      | 159399 ||| FLEEEEING.
159415 | D:5      | 159415 ||| FLEEEEING.
159431 | D:5      | 159431 ||| FLEEEEING.
159447 | D:5      | 159447 ||| FLEEEEING.
159463 | D:5      | 159463 ||| FLEEEEING.
159479 | D:5      | 159479 ||| FLEEEEING.
159495 | D:5      | 159495 ||| FLEEEEING.
159511 | D:5      | 159511 ||| FLEEEEING.
159527 | D:5      | 159527 ||| FLEEEEING.
159543 | D:5      | 159543 ||| FLEEEEING.
159559 | D:5      | 159559 ||| FLEEEEING.
159575 | D:5      | 159575 ||| FLEEEEING.
159591 | D:5      | 159591 ||| FLEEEEING.
159607 | D:5      | 159607 ||| FLEEEEING.
159623 | D:5      | 159623 ||| FLEEEEING.
159639 | D:5      | 159639 ||| FLEEEEING.
159655 | D:5      | 159655 ||| FLEEEEING.
159671 | D:5      | 159671 ||| FLEEEEING.
159687 | D:5      | 159687 ||| FLEEEEING.
159703 | D:5      | 159703 ||| FLEEEEING.
159719 | D:5      | 159719 ||| FLEEEEING.
159735 | D:5      | 159735 ||| FLEEEEING.
159751 | D:5      | 159751 ||| FLEEEEING.
159767 | D:5      | 159767 ||| FLEEEEING.
159778 | D:5      | Glimpsed the power of Zot.
159783 | D:5      | 159783 ||| FLEEEEING.
159799 | D:5      | 159799 ||| FLEEEEING.
159815 | D:5      | 159815 ||| FLEEEEING.
159831 | D:5      | 159831 ||| FLEEEEING.
159847 | D:5      | 159847 ||| FLEEEEING.
159863 | D:5      | 159863 ||| FLEEEEING.
159877 | D:5      | Touched by the power of Zot.
159878 | D:5      | Glimpsed the power of Zot.
159879 | D:5      | 159879 ||| FLEEEEING.
159895 | D:5      | 159895 ||| FLEEEEING.
159911 | D:5      | 159911 ||| FLEEEEING.
159927 | D:5      | 159927 ||| FLEEEEING.
159943 | D:5      | 159943 ||| FLEEEEING.
159959 | D:5      | 159959 ||| FLEEEEING.
159975 | D:5      | 159975 ||| FLEEEEING.
159991 | D:5      | 159991 ||| FLEEEEING.
160007 | D:5      | 160007 ||| FLEEEEING.
160023 | D:5      | 160023 ||| FLEEEEING.
160039 | D:5      | 160039 ||| FLEEEEING.
160055 | D:5      | 160055 ||| FLEEEEING.
160071 | D:5      | 160071 ||| FLEEEEING.
160087 | D:5      | 160087 ||| FLEEEEING.
160103 | D:5      | 160103 ||| FLEEEEING.
160119 | D:5      | 160119 ||| FLEEEEING.
160135 | D:5      | 160135 ||| FLEEEEING.
160151 | D:5      | 160151 ||| FLEEEEING.
160167 | D:5      | 160167 ||| FLEEEEING.
160183 | D:5      | 160183 ||| FLEEEEING.
160199 | D:5      | 160199 ||| FLEEEEING.
160215 | D:5      | 160215 ||| FLEEEEING.
160231 | D:5      | 160231 ||| FLEEEEING.
160247 | D:5      | 160247 ||| FLEEEEING.
160263 | D:5      | 160263 ||| FLEEEEING.
160279 | D:5      | 160279 ||| FLEEEEING.
160295 | D:5      | 160295 ||| FLEEEEING.
160311 | D:5      | 160311 ||| FLEEEEING.
160327 | D:5      | 160327 ||| FLEEEEING.
160343 | D:5      | 160343 ||| FLEEEEING.
160359 | D:5      | 160359 ||| FLEEEEING.
160375 | D:5      | 160375 ||| FLEEEEING.
160378 | D:5      | Glimpsed the power of Zot.
160391 | D:5      | 160391 ||| FLEEEEING.
160407 | D:5      | 160407 ||| FLEEEEING.
160423 | D:5      | 160423 ||| FLEEEEING.
160439 | D:5      | 160439 ||| FLEEEEING.
160455 | D:5      | 160455 ||| FLEEEEING.
160471 | D:5      | 160471 ||| FLEEEEING.
160487 | D:5      | 160487 ||| FLEEEEING.
160503 | D:5      | 160503 ||| FLEEEEING.
160519 | D:5      | 160519 ||| FLEEEEING.
160535 | D:5      | 160535 ||| FLEEEEING.
160551 | D:5      | 160551 ||| FLEEEEING.
160567 | D:5      | 160567 ||| FLEEEEING.
160583 | D:5      | 160583 ||| FLEEEEING.
160599 | D:5      | 160599 ||| FLEEEEING.
160615 | D:5      | 160615 ||| FLEEEEING.
160631 | D:5      | 160631 ||| FLEEEEING.
160647 | D:5      | 160647 ||| FLEEEEING.
160663 | D:5      | 160663 ||| FLEEEEING.
160679 | D:5      | 160679 ||| FLEEEEING.
160695 | D:5      | 160695 ||| FLEEEEING.
160711 | D:5      | 160711 ||| FLEEEEING.
160727 | D:5      | 160727 ||| FLEEEEING.
160743 | D:5      | 160743 ||| FLEEEEING.
160759 | D:5      | 160759 ||| FLEEEEING.
160775 | D:5      | 160775 ||| FLEEEEING.
160778 | D:5      | Glimpsed the power of Zot.
160791 | D:5      | 160791 ||| FLEEEEING.
160807 | D:5      | 160807 ||| FLEEEEING.
160823 | D:5      | 160823 ||| FLEEEEING.
160839 | D:5      | 160839 ||| FLEEEEING.
160855 | D:5      | 160855 ||| FLEEEEING.
160871 | D:5      | 160871 ||| FLEEEEING.
160877 | D:5      | Touched by the power of Zot.
160878 | D:5      | Glimpsed the power of Zot.
160887 | D:5      | 160887 ||| FLEEEEING.
160903 | D:5      | 160903 ||| FLEEEEING.
160919 | D:5      | 160919 ||| FLEEEEING.
160935 | D:5      | 160935 ||| FLEEEEING.
160951 | D:5      | 160951 ||| FLEEEEING.
160967 | D:5      | 160967 ||| FLEEEEING.
160983 | D:5      | 160983 ||| FLEEEEING.
160999 | D:5      | 160999 ||| FLEEEEING.
161015 | D:5      | 161015 ||| FLEEEEING.
161031 | D:5      | 161031 ||| FLEEEEING.
161047 | D:5      | 161047 ||| FLEEEEING.
161063 | D:5      | 161063 ||| FLEEEEING.
161079 | D:5      | 161079 ||| FLEEEEING.
161095 | D:5      | 161095 ||| FLEEEEING.
161111 | D:5      | 161111 ||| FLEEEEING.
161127 | D:5      | 161127 ||| FLEEEEING.
161143 | D:5      | 161143 ||| FLEEEEING.
161159 | D:5      | 161159 ||| FLEEEEING.
161175 | D:5      | 161175 ||| FLEEEEING.
161191 | D:5      | 161191 ||| FLEEEEING.
161207 | D:5      | 161207 ||| FLEEEEING.
161223 | D:5      | 161223 ||| FLEEEEING.
161239 | D:5      | 161239 ||| FLEEEEING.
161255 | D:5      | 161255 ||| FLEEEEING.
161271 | D:5      | 161271 ||| FLEEEEING.
161287 | D:5      | 161287 ||| FLEEEEING.
161303 | D:5      | 161303 ||| FLEEEEING.
161319 | D:5      | 161319 ||| FLEEEEING.
161335 | D:5      | 161335 ||| FLEEEEING.
161351 | D:5      | 161351 ||| FLEEEEING.
161367 | D:5      | 161367 ||| FLEEEEING.
161378 | D:5      | Glimpsed the power of Zot.
161383 | D:5      | 161383 ||| FLEEEEING.
161399 | D:5      | 161399 ||| FLEEEEING.
161415 | D:5      | 161415 ||| FLEEEEING.
161431 | D:5      | 161431 ||| FLEEEEING.
161447 | D:5      | 161447 ||| FLEEEEING.
161463 | D:5      | 161463 ||| FLEEEEING.
161479 | D:5      | 161479 ||| FLEEEEING.
161495 | D:5      | 161495 ||| FLEEEEING.
161511 | D:5      | 161511 ||| FLEEEEING.
161527 | D:5      | 161527 ||| FLEEEEING.
161543 | D:5      | 161543 ||| FLEEEEING.
161559 | D:5      | 161559 ||| FLEEEEING.
161575 | D:5      | 161575 ||| FLEEEEING.
161591 | D:5      | 161591 ||| FLEEEEING.
161607 | D:5      | 161607 ||| FLEEEEING.
161623 | D:5      | 161623 ||| FLEEEEING.
161639 | D:5      | 161639 ||| FLEEEEING.
161655 | D:5      | 161655 ||| FLEEEEING.
161671 | D:5      | 161671 ||| FLEEEEING.
161687 | D:5      | 161687 ||| FLEEEEING.
161703 | D:5      | 161703 ||| FLEEEEING.
161719 | D:5      | 161719 ||| FLEEEEING.
161735 | D:5      | 161735 ||| FLEEEEING.
161751 | D:5      | 161751 ||| FLEEEEING.
161767 | D:5      | 161767 ||| FLEEEEING.
161778 | D:5      | Glimpsed the power of Zot.
161783 | D:5      | 161783 ||| FLEEEEING.
161799 | D:5      | 161799 ||| FLEEEEING.
161815 | D:5      | 161815 ||| FLEEEEING.
161831 | D:5      | 161831 ||| FLEEEEING.
161847 | D:5      | 161847 ||| FLEEEEING.
161863 | D:5      | 161863 ||| FLEEEEING.
161877 | D:5      | Touched by the power of Zot.
161878 | D:5      | Glimpsed the power of Zot.
161879 | D:5      | 161879 ||| FLEEEEING.
161895 | D:5      | 161895 ||| FLEEEEING.
161911 | D:5      | 161911 ||| FLEEEEING.
161927 | D:5      | 161927 ||| FLEEEEING.
161943 | D:5      | 161943 ||| FLEEEEING.
161959 | D:5      | 161959 ||| FLEEEEING.
161975 | D:5      | 161975 ||| FLEEEEING.
161991 | D:5      | 161991 ||| FLEEEEING.
162007 | D:5      | 162007 ||| FLEEEEING.
162023 | D:5      | 162023 ||| FLEEEEING.
162039 | D:5      | 162039 ||| FLEEEEING.
162055 | D:5      | 162055 ||| FLEEEEING.
162071 | D:5      | 162071 ||| FLEEEEING.
162087 | D:5      | 162087 ||| FLEEEEING.
162103 | D:5      | 162103 ||| FLEEEEING.
162119 | D:5      | 162119 ||| FLEEEEING.
162135 | D:5      | 162135 ||| FLEEEEING.
162151 | D:5      | 162151 ||| FLEEEEING.
162167 | D:5      | 162167 ||| FLEEEEING.
162183 | D:5      | 162183 ||| FLEEEEING.
162199 | D:5      | 162199 ||| FLEEEEING.
162215 | D:5      | 162215 ||| FLEEEEING.
162231 | D:5      | 162231 ||| FLEEEEING.
162247 | D:5      | 162247 ||| FLEEEEING.
162263 | D:5      | 162263 ||| FLEEEEING.
162279 | D:5      | 162279 ||| FLEEEEING.
162295 | D:5      | 162295 ||| FLEEEEING.
162311 | D:5      | 162311 ||| FLEEEEING.
162327 | D:5      | 162327 ||| FLEEEEING.
162343 | D:5      | 162343 ||| FLEEEEING.
162359 | D:5      | 162359 ||| FLEEEEING.
162375 | D:5      | 162375 ||| FLEEEEING.
162378 | D:5      | Glimpsed the power of Zot.
162391 | D:5      | 162391 ||| FLEEEEING.
162407 | D:5      | 162407 ||| FLEEEEING.
162423 | D:5      | 162423 ||| FLEEEEING.
162439 | D:5      | 162439 ||| FLEEEEING.
162455 | D:5      | 162455 ||| FLEEEEING.
162471 | D:5      | 162471 ||| FLEEEEING.
162487 | D:5      | 162487 ||| FLEEEEING.
162503 | D:5      | 162503 ||| FLEEEEING.
162519 | D:5      | 162519 ||| FLEEEEING.
162535 | D:5      | 162535 ||| FLEEEEING.
162551 | D:5      | 162551 ||| FLEEEEING.
162567 | D:5      | 162567 ||| FLEEEEING.
162583 | D:5      | 162583 ||| FLEEEEING.
162599 | D:5      | 162599 ||| FLEEEEING.
162615 | D:5      | 162615 ||| FLEEEEING.
162631 | D:5      | 162631 ||| FLEEEEING.
162647 | D:5      | 162647 ||| FLEEEEING.
162663 | D:5      | 162663 ||| FLEEEEING.
162679 | D:5      | 162679 ||| FLEEEEING.
162695 | D:5      | 162695 ||| FLEEEEING.
162711 | D:5      | 162711 ||| FLEEEEING.
162727 | D:5      | 162727 ||| FLEEEEING.
162743 | D:5      | 162743 ||| FLEEEEING.
162759 | D:5      | 162759 ||| FLEEEEING.
162775 | D:5      | 162775 ||| FLEEEEING.
162778 | D:5      | Glimpsed the power of Zot.
162791 | D:5      | 162791 ||| FLEEEEING.
162807 | D:5      | 162807 ||| FLEEEEING.
162823 | D:5      | 162823 ||| FLEEEEING.
162839 | D:5      | 162839 ||| FLEEEEING.
162855 | D:5      | 162855 ||| FLEEEEING.
162871 | D:5      | 162871 ||| FLEEEEING.
162877 | D:5      | Touched by the power of Zot.
162878 | D:5      | Glimpsed the power of Zot.
162887 | D:5      | 162887 ||| FLEEEEING.
162903 | D:5      | 162903 ||| FLEEEEING.
162919 | D:5      | 162919 ||| FLEEEEING.
162935 | D:5      | 162935 ||| FLEEEEING.
162951 | D:5      | 162951 ||| FLEEEEING.
162967 | D:5      | 162967 ||| FLEEEEING.
162983 | D:5      | 162983 ||| FLEEEEING.
162999 | D:5      | 162999 ||| FLEEEEING.
163015 | D:5      | 163015 ||| FLEEEEING.
163031 | D:5      | 163031 ||| FLEEEEING.
163047 | D:5      | 163047 ||| FLEEEEING.
163063 | D:5      | 163063 ||| FLEEEEING.
163079 | D:5      | 163079 ||| FLEEEEING.
163095 | D:5      | 163095 ||| FLEEEEING.
163111 | D:5      | 163111 ||| FLEEEEING.
163127 | D:5      | 163127 ||| FLEEEEING.
163143 | D:5      | 163143 ||| FLEEEEING.
163159 | D:5      | 163159 ||| FLEEEEING.
163175 | D:5      | 163175 ||| FLEEEEING.
163191 | D:5      | 163191 ||| FLEEEEING.
163207 | D:5      | 163207 ||| FLEEEEING.
163223 | D:5      | 163223 ||| FLEEEEING.
163239 | D:5      | 163239 ||| FLEEEEING.
163255 | D:5      | 163255 ||| FLEEEEING.
163271 | D:5      | 163271 ||| FLEEEEING.
163287 | D:5      | 163287 ||| FLEEEEING.
163303 | D:5      | 163303 ||| FLEEEEING.
163319 | D:5      | 163319 ||| FLEEEEING.
163335 | D:5      | 163335 ||| FLEEEEING.
163351 | D:5      | 163351 ||| FLEEEEING.
163367 | D:5      | 163367 ||| FLEEEEING.
163378 | D:5      | Glimpsed the power of Zot.
163383 | D:5      | 163383 ||| FLEEEEING.
163399 | D:5      | 163399 ||| FLEEEEING.
163415 | D:5      | 163415 ||| FLEEEEING.
163431 | D:5      | 163431 ||| FLEEEEING.
163447 | D:5      | 163447 ||| FLEEEEING.
163463 | D:5      | 163463 ||| FLEEEEING.
163479 | D:5      | 163479 ||| FLEEEEING.
163495 | D:5      | 163495 ||| FLEEEEING.
163511 | D:5      | 163511 ||| FLEEEEING.
163527 | D:5      | 163527 ||| FLEEEEING.
163543 | D:5      | 163543 ||| FLEEEEING.
163559 | D:5      | 163559 ||| FLEEEEING.
163575 | D:5      | 163575 ||| FLEEEEING.
163591 | D:5      | 163591 ||| FLEEEEING.
163607 | D:5      | 163607 ||| FLEEEEING.
163623 | D:5      | 163623 ||| FLEEEEING.
163639 | D:5      | 163639 ||| FLEEEEING.
163655 | D:5      | 163655 ||| FLEEEEING.
163671 | D:5      | 163671 ||| FLEEEEING.
163687 | D:5      | 163687 ||| FLEEEEING.
163703 | D:5      | 163703 ||| FLEEEEING.
163719 | D:5      | 163719 ||| FLEEEEING.
163735 | D:5      | 163735 ||| FLEEEEING.
163751 | D:5      | 163751 ||| FLEEEEING.
163767 | D:5      | 163767 ||| FLEEEEING.
163778 | D:5      | Glimpsed the power of Zot.
163783 | D:5      | 163783 ||| FLEEEEING.
163799 | D:5      | 163799 ||| FLEEEEING.
163815 | D:5      | 163815 ||| FLEEEEING.
163831 | D:5      | 163831 ||| FLEEEEING.
163847 | D:5      | 163847 ||| FLEEEEING.
163863 | D:5      | 163863 ||| FLEEEEING.
163877 | D:5      | Touched by the power of Zot.
163878 | D:5      | Glimpsed the power of Zot.
163879 | D:5      | 163879 ||| FLEEEEING.
163895 | D:5      | 163895 ||| FLEEEEING.
163911 | D:5      | 163911 ||| FLEEEEING.
163927 | D:5      | 163927 ||| FLEEEEING.
163943 | D:5      | 163943 ||| FLEEEEING.
163959 | D:5      | 163959 ||| FLEEEEING.
163975 | D:5      | 163975 ||| FLEEEEING.
163991 | D:5      | 163991 ||| FLEEEEING.
164007 | D:5      | 164007 ||| FLEEEEING.
164023 | D:5      | 164023 ||| FLEEEEING.
164039 | D:5      | 164039 ||| FLEEEEING.
164055 | D:5      | 164055 ||| FLEEEEING.
164071 | D:5      | 164071 ||| FLEEEEING.
164087 | D:5      | 164087 ||| FLEEEEING.
164103 | D:5      | 164103 ||| FLEEEEING.
164119 | D:5      | 164119 ||| FLEEEEING.
164135 | D:5      | 164135 ||| FLEEEEING.
164151 | D:5      | 164151 ||| FLEEEEING.
164167 | D:5      | 164167 ||| FLEEEEING.
164183 | D:5      | 164183 ||| FLEEEEING.
164199 | D:5      | 164199 ||| FLEEEEING.
164215 | D:5      | 164215 ||| FLEEEEING.
164231 | D:5      | 164231 ||| FLEEEEING.
164247 | D:5      | 164247 ||| FLEEEEING.
164263 | D:5      | 164263 ||| FLEEEEING.
164279 | D:5      | 164279 ||| FLEEEEING.
164295 | D:5      | 164295 ||| FLEEEEING.
164311 | D:5      | 164311 ||| FLEEEEING.
164327 | D:5      | 164327 ||| FLEEEEING.
164343 | D:5      | 164343 ||| FLEEEEING.
164359 | D:5      | 164359 ||| FLEEEEING.
164375 | D:5      | 164375 ||| FLEEEEING.
164378 | D:5      | Glimpsed the power of Zot.
164391 | D:5      | 164391 ||| FLEEEEING.
164407 | D:5      | 164407 ||| FLEEEEING.
164423 | D:5      | 164423 ||| FLEEEEING.
164439 | D:5      | 164439 ||| FLEEEEING.
164455 | D:5      | 164455 ||| FLEEEEING.
164471 | D:5      | 164471 ||| FLEEEEING.
164487 | D:5      | 164487 ||| FLEEEEING.
164503 | D:5      | 164503 ||| FLEEEEING.
164519 | D:5      | 164519 ||| FLEEEEING.
164535 | D:5      | 164535 ||| FLEEEEING.
164551 | D:5      | 164551 ||| FLEEEEING.
164567 | D:5      | 164567 ||| FLEEEEING.
164583 | D:5      | 164583 ||| FLEEEEING.
164599 | D:5      | 164599 ||| FLEEEEING.
164615 | D:5      | 164615 ||| FLEEEEING.
164631 | D:5      | 164631 ||| FLEEEEING.
164647 | D:5      | 164647 ||| FLEEEEING.
164663 | D:5      | 164663 ||| FLEEEEING.
164679 | D:5      | 164679 ||| FLEEEEING.
164695 | D:5      | 164695 ||| FLEEEEING.
164711 | D:5      | 164711 ||| FLEEEEING.
164727 | D:5      | 164727 ||| FLEEEEING.
164743 | D:5      | 164743 ||| FLEEEEING.
164759 | D:5      | 164759 ||| FLEEEEING.
164775 | D:5      | 164775 ||| FLEEEEING.
164778 | D:5      | Glimpsed the power of Zot.
164791 | D:5      | 164791 ||| FLEEEEING.
164807 | D:5      | 164807 ||| FLEEEEING.
164823 | D:5      | 164823 ||| FLEEEEING.
164839 | D:5      | 164839 ||| FLEEEEING.
164855 | D:5      | 164855 ||| FLEEEEING.
164871 | D:5      | 164871 ||| FLEEEEING.
164877 | D:5      | Touched by the power of Zot.
164878 | D:5      | Glimpsed the power of Zot.
164887 | D:5      | 164887 ||| FLEEEEING.
164903 | D:5      | 164903 ||| FLEEEEING.
164919 | D:5      | 164919 ||| FLEEEEING.
164935 | D:5      | 164935 ||| FLEEEEING.
164951 | D:5      | 164951 ||| FLEEEEING.
164967 | D:5      | 164967 ||| FLEEEEING.
164983 | D:5      | 164983 ||| FLEEEEING.
164999 | D:5      | 164999 ||| FLEEEEING.
165015 | D:5      | 165015 ||| FLEEEEING.
165031 | D:5      | 165031 ||| FLEEEEING.
165047 | D:5      | 165047 ||| FLEEEEING.
165063 | D:5      | 165063 ||| FLEEEEING.
165079 | D:5      | 165079 ||| FLEEEEING.
165095 | D:5      | 165095 ||| FLEEEEING.
165111 | D:5      | 165111 ||| FLEEEEING.
165127 | D:5      | 165127 ||| FLEEEEING.
165143 | D:5      | 165143 ||| FLEEEEING.
165159 | D:5      | 165159 ||| FLEEEEING.
165175 | D:5      | 165175 ||| FLEEEEING.
165191 | D:5      | 165191 ||| FLEEEEING.
165207 | D:5      | 165207 ||| FLEEEEING.
165223 | D:5      | 165223 ||| FLEEEEING.
165239 | D:5      | 165239 ||| FLEEEEING.
165255 | D:5      | 165255 ||| FLEEEEING.
165271 | D:5      | 165271 ||| FLEEEEING.
165287 | D:5      | 165287 ||| FLEEEEING.
165303 | D:5      | 165303 ||| FLEEEEING.
165319 | D:5      | 165319 ||| FLEEEEING.
165335 | D:5      | 165335 ||| FLEEEEING.
165351 | D:5      | 165351 ||| FLEEEEING.
165367 | D:5      | 165367 ||| FLEEEEING.
165378 | D:5      | Glimpsed the power of Zot.
165383 | D:5      | 165383 ||| FLEEEEING.
165399 | D:5      | 165399 ||| FLEEEEING.
165415 | D:5      | 165415 ||| FLEEEEING.
165431 | D:5      | 165431 ||| FLEEEEING.
165447 | D:5      | 165447 ||| FLEEEEING.
165463 | D:5      | 165463 ||| FLEEEEING.
165479 | D:5      | 165479 ||| FLEEEEING.
165495 | D:5      | 165495 ||| FLEEEEING.
165511 | D:5      | 165511 ||| FLEEEEING.
165527 | D:5      | 165527 ||| FLEEEEING.
165543 | D:5      | 165543 ||| FLEEEEING.
165559 | D:5      | 165559 ||| FLEEEEING.
165575 | D:5      | 165575 ||| FLEEEEING.
165591 | D:5      | 165591 ||| FLEEEEING.
165607 | D:5      | 165607 ||| FLEEEEING.
165623 | D:5      | 165623 ||| FLEEEEING.
165639 | D:5      | 165639 ||| FLEEEEING.
165655 | D:5      | 165655 ||| FLEEEEING.
165671 | D:5      | 165671 ||| FLEEEEING.
165687 | D:5      | 165687 ||| FLEEEEING.
165703 | D:5      | 165703 ||| FLEEEEING.
165719 | D:5      | 165719 ||| FLEEEEING.
165735 | D:5      | 165735 ||| FLEEEEING.
165751 | D:5      | 165751 ||| FLEEEEING.
165767 | D:5      | 165767 ||| FLEEEEING.
165778 | D:5      | Glimpsed the power of Zot.
165783 | D:5      | 165783 ||| FLEEEEING.
165799 | D:5      | 165799 ||| FLEEEEING.
165815 | D:5      | 165815 ||| FLEEEEING.
165831 | D:5      | 165831 ||| FLEEEEING.
165847 | D:5      | 165847 ||| FLEEEEING.
165863 | D:5      | 165863 ||| FLEEEEING.
165877 | D:5      | Touched by the power of Zot.
165878 | D:5      | Glimpsed the power of Zot.
165879 | D:5      | 165879 ||| FLEEEEING.
165895 | D:5      | 165895 ||| FLEEEEING.
165911 | D:5      | 165911 ||| FLEEEEING.
165927 | D:5      | 165927 ||| FLEEEEING.
165943 | D:5      | 165943 ||| FLEEEEING.
165959 | D:5      | 165959 ||| FLEEEEING.
165975 | D:5      | 165975 ||| FLEEEEING.
165991 | D:5      | 165991 ||| FLEEEEING.
166007 | D:5      | 166007 ||| FLEEEEING.
166023 | D:5      | 166023 ||| FLEEEEING.
166039 | D:5      | 166039 ||| FLEEEEING.
166055 | D:5      | 166055 ||| FLEEEEING.
166071 | D:5      | 166071 ||| FLEEEEING.
166087 | D:5      | 166087 ||| FLEEEEING.
166103 | D:5      | 166103 ||| FLEEEEING.
166119 | D:5      | 166119 ||| FLEEEEING.
166135 | D:5      | 166135 ||| FLEEEEING.
166151 | D:5      | 166151 ||| FLEEEEING.
166167 | D:5      | 166167 ||| FLEEEEING.
166183 | D:5      | 166183 ||| FLEEEEING.
166199 | D:5      | 166199 ||| FLEEEEING.
166215 | D:5      | 166215 ||| FLEEEEING.
166231 | D:5      | 166231 ||| FLEEEEING.
166247 | D:5      | 166247 ||| FLEEEEING.
166263 | D:5      | 166263 ||| FLEEEEING.
166279 | D:5      | 166279 ||| FLEEEEING.
166295 | D:5      | 166295 ||| FLEEEEING.
166311 | D:5      | 166311 ||| FLEEEEING.
166327 | D:5      | 166327 ||| FLEEEEING.
166343 | D:5      | 166343 ||| FLEEEEING.
166359 | D:5      | 166359 ||| FLEEEEING.
166375 | D:5      | 166375 ||| FLEEEEING.
166378 | D:5      | Glimpsed the power of Zot.
166391 | D:5      | 166391 ||| FLEEEEING.
166407 | D:5      | 166407 ||| FLEEEEING.
166423 | D:5      | 166423 ||| FLEEEEING.
166439 | D:5      | 166439 ||| FLEEEEING.
166455 | D:5      | 166455 ||| FLEEEEING.
166471 | D:5      | 166471 ||| FLEEEEING.
166487 | D:5      | 166487 ||| FLEEEEING.
166503 | D:5      | 166503 ||| FLEEEEING.
166519 | D:5      | 166519 ||| FLEEEEING.
166535 | D:5      | 166535 ||| FLEEEEING.
166551 | D:5      | 166551 ||| FLEEEEING.
166567 | D:5      | 166567 ||| FLEEEEING.
166583 | D:5      | 166583 ||| FLEEEEING.
166599 | D:5      | 166599 ||| FLEEEEING.
166615 | D:5      | 166615 ||| FLEEEEING.
166631 | D:5      | 166631 ||| FLEEEEING.
166647 | D:5      | 166647 ||| FLEEEEING.
166663 | D:5      | 166663 ||| FLEEEEING.
166679 | D:5      | 166679 ||| FLEEEEING.
166695 | D:5      | 166695 ||| FLEEEEING.
166711 | D:5      | 166711 ||| FLEEEEING.
166727 | D:5      | 166727 ||| FLEEEEING.
166743 | D:5      | 166743 ||| FLEEEEING.
166759 | D:5      | 166759 ||| FLEEEEING.
166775 | D:5      | 166775 ||| FLEEEEING.
166778 | D:5      | Glimpsed the power of Zot.
166791 | D:5      | 166791 ||| FLEEEEING.
166807 | D:5      | 166807 ||| FLEEEEING.
166823 | D:5      | 166823 ||| FLEEEEING.
166839 | D:5      | 166839 ||| FLEEEEING.
166855 | D:5      | 166855 ||| FLEEEEING.
166871 | D:5      | 166871 ||| FLEEEEING.
166877 | D:5      | Touched by the power of Zot.
166878 | D:5      | Glimpsed the power of Zot.
166887 | D:5      | 166887 ||| FLEEEEING.
166903 | D:5      | 166903 ||| FLEEEEING.
166919 | D:5      | 166919 ||| FLEEEEING.
166935 | D:5      | 166935 ||| FLEEEEING.
166951 | D:5      | 166951 ||| FLEEEEING.
166967 | D:5      | 166967 ||| FLEEEEING.
166983 | D:5      | 166983 ||| FLEEEEING.
166999 | D:5      | 166999 ||| FLEEEEING.
167015 | D:5      | 167015 ||| FLEEEEING.
167031 | D:5      | 167031 ||| FLEEEEING.
167047 | D:5      | 167047 ||| FLEEEEING.
167063 | D:5      | 167063 ||| FLEEEEING.
167079 | D:5      | 167079 ||| FLEEEEING.
167095 | D:5      | 167095 ||| FLEEEEING.
167111 | D:5      | 167111 ||| FLEEEEING.
167127 | D:5      | 167127 ||| FLEEEEING.
167143 | D:5      | 167143 ||| FLEEEEING.
167159 | D:5      | 167159 ||| FLEEEEING.
167175 | D:5      | 167175 ||| FLEEEEING.
167191 | D:5      | 167191 ||| FLEEEEING.
167207 | D:5      | 167207 ||| FLEEEEING.
167223 | D:5      | 167223 ||| FLEEEEING.
167239 | D:5      | 167239 ||| FLEEEEING.
167255 | D:5      | 167255 ||| FLEEEEING.
167271 | D:5      | 167271 ||| FLEEEEING.
167287 | D:5      | 167287 ||| FLEEEEING.
167303 | D:5      | 167303 ||| FLEEEEING.
167319 | D:5      | 167319 ||| FLEEEEING.
167335 | D:5      | 167335 ||| FLEEEEING.
167351 | D:5      | 167351 ||| FLEEEEING.
167367 | D:5      | 167367 ||| FLEEEEING.
167378 | D:5      | Glimpsed the power of Zot.
167383 | D:5      | 167383 ||| FLEEEEING.
167399 | D:5      | 167399 ||| FLEEEEING.
167415 | D:5      | 167415 ||| FLEEEEING.
167431 | D:5      | 167431 ||| FLEEEEING.
167447 | D:5      | 167447 ||| FLEEEEING.
167463 | D:5      | 167463 ||| FLEEEEING.
167479 | D:5      | 167479 ||| FLEEEEING.
167495 | D:5      | 167495 ||| FLEEEEING.
167511 | D:5      | 167511 ||| FLEEEEING.
167527 | D:5      | 167527 ||| FLEEEEING.
167543 | D:5      | 167543 ||| FLEEEEING.
167559 | D:5      | 167559 ||| FLEEEEING.
167575 | D:5      | 167575 ||| FLEEEEING.
167591 | D:5      | 167591 ||| FLEEEEING.
167607 | D:5      | 167607 ||| FLEEEEING.
167623 | D:5      | 167623 ||| FLEEEEING.
167639 | D:5      | 167639 ||| FLEEEEING.
167655 | D:5      | 167655 ||| FLEEEEING.
167671 | D:5      | 167671 ||| FLEEEEING.
167687 | D:5      | 167687 ||| FLEEEEING.
167703 | D:5      | 167703 ||| FLEEEEING.
167719 | D:5      | 167719 ||| FLEEEEING.
167735 | D:5      | 167735 ||| FLEEEEING.
167751 | D:5      | 167751 ||| FLEEEEING.
167767 | D:5      | 167767 ||| FLEEEEING.
167778 | D:5      | Glimpsed the power of Zot.
167783 | D:5      | 167783 ||| FLEEEEING.
167799 | D:5      | 167799 ||| FLEEEEING.
167815 | D:5      | 167815 ||| FLEEEEING.
167831 | D:5      | 167831 ||| FLEEEEING.
167847 | D:5      | 167847 ||| FLEEEEING.
167863 | D:5      | 167863 ||| FLEEEEING.
167877 | D:5      | Touched by the power of Zot.
167878 | D:5      | Glimpsed the power of Zot.
167879 | D:5      | 167879 ||| FLEEEEING.
167895 | D:5      | 167895 ||| FLEEEEING.
167911 | D:5      | 167911 ||| FLEEEEING.
167927 | D:5      | 167927 ||| FLEEEEING.
167943 | D:5      | 167943 ||| FLEEEEING.
167959 | D:5      | 167959 ||| FLEEEEING.
167975 | D:5      | 167975 ||| FLEEEEING.
167991 | D:5      | 167991 ||| FLEEEEING.
168007 | D:5      | 168007 ||| FLEEEEING.
168023 | D:5      | 168023 ||| FLEEEEING.
168039 | D:5      | 168039 ||| FLEEEEING.
168055 | D:5      | 168055 ||| FLEEEEING.
168071 | D:5      | 168071 ||| FLEEEEING.
168087 | D:5      | 168087 ||| FLEEEEING.
168103 | D:5      | 168103 ||| FLEEEEING.
168119 | D:5      | 168119 ||| FLEEEEING.
168135 | D:5      | 168135 ||| FLEEEEING.
168151 | D:5      | 168151 ||| FLEEEEING.
168167 | D:5      | 168167 ||| FLEEEEING.
168183 | D:5      | 168183 ||| FLEEEEING.
168199 | D:5      | 168199 ||| FLEEEEING.
168215 | D:5      | 168215 ||| FLEEEEING.
168231 | D:5      | 168231 ||| FLEEEEING.
168247 | D:5      | 168247 ||| FLEEEEING.
168263 | D:5      | 168263 ||| FLEEEEING.
168279 | D:5      | 168279 ||| FLEEEEING.
168295 | D:5      | 168295 ||| FLEEEEING.
168311 | D:5      | 168311 ||| FLEEEEING.
168327 | D:5      | 168327 ||| FLEEEEING.
168343 | D:5      | 168343 ||| FLEEEEING.
168359 | D:5      | 168359 ||| FLEEEEING.
168375 | D:5      | 168375 ||| FLEEEEING.
168378 | D:5      | Glimpsed the power of Zot.
168391 | D:5      | 168391 ||| FLEEEEING.
168407 | D:5      | 168407 ||| FLEEEEING.
168423 | D:5      | 168423 ||| FLEEEEING.
168439 | D:5      | 168439 ||| FLEEEEING.
168455 | D:5      | 168455 ||| FLEEEEING.
168471 | D:5      | 168471 ||| FLEEEEING.
168487 | D:5      | 168487 ||| FLEEEEING.
168503 | D:5      | 168503 ||| FLEEEEING.
168519 | D:5      | 168519 ||| FLEEEEING.
168535 | D:5      | 168535 ||| FLEEEEING.
168551 | D:5      | 168551 ||| FLEEEEING.
168567 | D:5      | 168567 ||| FLEEEEING.
168583 | D:5      | 168583 ||| FLEEEEING.
168599 | D:5      | 168599 ||| FLEEEEING.
168615 | D:5      | 168615 ||| FLEEEEING.
168631 | D:5      | 168631 ||| FLEEEEING.
168647 | D:5      | 168647 ||| FLEEEEING.
168663 | D:5      | 168663 ||| FLEEEEING.
168679 | D:5      | 168679 ||| FLEEEEING.
168695 | D:5      | 168695 ||| FLEEEEING.
168711 | D:5      | 168711 ||| FLEEEEING.
168727 | D:5      | 168727 ||| FLEEEEING.
168743 | D:5      | 168743 ||| FLEEEEING.
168759 | D:5      | 168759 ||| FLEEEEING.
168775 | D:5      | 168775 ||| FLEEEEING.
168778 | D:5      | Glimpsed the power of Zot.
168791 | D:5      | 168791 ||| FLEEEEING.
168807 | D:5      | 168807 ||| FLEEEEING.
168823 | D:5      | 168823 ||| FLEEEEING.
168839 | D:5      | 168839 ||| FLEEEEING.
168855 | D:5      | 168855 ||| FLEEEEING.
168871 | D:5      | 168871 ||| FLEEEEING.
168877 | D:5      | Touched by the power of Zot.
168878 | D:5      | Glimpsed the power of Zot.
168887 | D:5      | 168887 ||| FLEEEEING.
168903 | D:5      | 168903 ||| FLEEEEING.
168919 | D:5      | 168919 ||| FLEEEEING.
168935 | D:5      | 168935 ||| FLEEEEING.
168951 | D:5      | 168951 ||| FLEEEEING.
168967 | D:5      | 168967 ||| FLEEEEING.
168983 | D:5      | 168983 ||| FLEEEEING.
168999 | D:5      | 168999 ||| FLEEEEING.
169015 | D:5      | 169015 ||| FLEEEEING.
169031 | D:5      | 169031 ||| FLEEEEING.
169047 | D:5      | 169047 ||| FLEEEEING.
169063 | D:5      | 169063 ||| FLEEEEING.
169079 | D:5      | 169079 ||| FLEEEEING.
169095 | D:5      | 169095 ||| FLEEEEING.
169111 | D:5      | 169111 ||| FLEEEEING.
169127 | D:5      | 169127 ||| FLEEEEING.
169143 | D:5      | 169143 ||| FLEEEEING.
169159 | D:5      | 169159 ||| FLEEEEING.
169175 | D:5      | 169175 ||| FLEEEEING.
169191 | D:5      | 169191 ||| FLEEEEING.
169207 | D:5      | 169207 ||| FLEEEEING.
169223 | D:5      | 169223 ||| FLEEEEING.
169239 | D:5      | 169239 ||| FLEEEEING.
169255 | D:5      | 169255 ||| FLEEEEING.
169271 | D:5      | 169271 ||| FLEEEEING.
169287 | D:5      | 169287 ||| FLEEEEING.
169303 | D:5      | 169303 ||| FLEEEEING.
169319 | D:5      | 169319 ||| FLEEEEING.
169335 | D:5      | 169335 ||| FLEEEEING.
169351 | D:5      | 169351 ||| FLEEEEING.
169367 | D:5      | 169367 ||| FLEEEEING.
169378 | D:5      | Glimpsed the power of Zot.
169383 | D:5      | 169383 ||| FLEEEEING.
169399 | D:5      | 169399 ||| FLEEEEING.
169415 | D:5      | 169415 ||| FLEEEEING.
169431 | D:5      | 169431 ||| FLEEEEING.
169447 | D:5      | 169447 ||| FLEEEEING.
169463 | D:5      | 169463 ||| FLEEEEING.
169479 | D:5      | 169479 ||| FLEEEEING.
169495 | D:5      | 169495 ||| FLEEEEING.
169511 | D:5      | 169511 ||| FLEEEEING.
169527 | D:5      | 169527 ||| FLEEEEING.
169543 | D:5      | 169543 ||| FLEEEEING.
169559 | D:5      | 169559 ||| FLEEEEING.
169575 | D:5      | 169575 ||| FLEEEEING.
169591 | D:5      | 169591 ||| FLEEEEING.
169607 | D:5      | 169607 ||| FLEEEEING.
169623 | D:5      | 169623 ||| FLEEEEING.
169639 | D:5      | 169639 ||| FLEEEEING.
169655 | D:5      | 169655 ||| FLEEEEING.
169671 | D:5      | 169671 ||| FLEEEEING.
169687 | D:5      | 169687 ||| FLEEEEING.
169703 | D:5      | 169703 ||| FLEEEEING.
169719 | D:5      | 169719 ||| FLEEEEING.
169735 | D:5      | 169735 ||| FLEEEEING.
169751 | D:5      | 169751 ||| FLEEEEING.
169767 | D:5      | 169767 ||| FLEEEEING.
169778 | D:5      | Glimpsed the power of Zot.
169783 | D:5      | 169783 ||| FLEEEEING.
169799 | D:5      | 169799 ||| FLEEEEING.
169815 | D:5      | 169815 ||| FLEEEEING.
169831 | D:5      | 169831 ||| FLEEEEING.
169847 | D:5      | 169847 ||| FLEEEEING.
169863 | D:5      | 169863 ||| FLEEEEING.
169877 | D:5      | Touched by the power of Zot.
169878 | D:5      | Glimpsed the power of Zot.
169879 | D:5      | 169879 ||| FLEEEEING.
169895 | D:5      | 169895 ||| FLEEEEING.
169911 | D:5      | 169911 ||| FLEEEEING.
169927 | D:5      | 169927 ||| FLEEEEING.
169943 | D:5      | 169943 ||| FLEEEEING.
169959 | D:5      | 169959 ||| FLEEEEING.
169975 | D:5      | 169975 ||| FLEEEEING.
169991 | D:5      | 169991 ||| FLEEEEING.
170007 | D:5      | 170007 ||| FLEEEEING.
170023 | D:5      | 170023 ||| FLEEEEING.
170039 | D:5      | 170039 ||| FLEEEEING.
170055 | D:5      | 170055 ||| FLEEEEING.
170071 | D:5      | 170071 ||| FLEEEEING.
170087 | D:5      | 170087 ||| FLEEEEING.
170103 | D:5      | 170103 ||| FLEEEEING.
170119 | D:5      | 170119 ||| FLEEEEING.
170135 | D:5      | 170135 ||| FLEEEEING.
170151 | D:5      | 170151 ||| FLEEEEING.
170167 | D:5      | 170167 ||| FLEEEEING.
170183 | D:5      | 170183 ||| FLEEEEING.
170199 | D:5      | 170199 ||| FLEEEEING.
170215 | D:5      | 170215 ||| FLEEEEING.
170231 | D:5      | 170231 ||| FLEEEEING.
170247 | D:5      | 170247 ||| FLEEEEING.
170263 | D:5      | 170263 ||| FLEEEEING.
170279 | D:5      | 170279 ||| FLEEEEING.
170295 | D:5      | 170295 ||| FLEEEEING.
170311 | D:5      | 170311 ||| FLEEEEING.
170327 | D:5      | 170327 ||| FLEEEEING.
170343 | D:5      | 170343 ||| FLEEEEING.
170359 | D:5      | 170359 ||| FLEEEEING.
170375 | D:5      | 170375 ||| FLEEEEING.
170378 | D:5      | Glimpsed the power of Zot.
170391 | D:5      | 170391 ||| FLEEEEING.
170407 | D:5      | 170407 ||| FLEEEEING.
170423 | D:5      | 170423 ||| FLEEEEING.
170439 | D:5      | 170439 ||| FLEEEEING.
170455 | D:5      | 170455 ||| FLEEEEING.
170471 | D:5      | 170471 ||| FLEEEEING.
170487 | D:5      | 170487 ||| FLEEEEING.
170503 | D:5      | 170503 ||| FLEEEEING.
170519 | D:5      | 170519 ||| FLEEEEING.
170535 | D:5      | 170535 ||| FLEEEEING.
170551 | D:5      | 170551 ||| FLEEEEING.
170567 | D:5      | 170567 ||| FLEEEEING.
170583 | D:5      | 170583 ||| FLEEEEING.
170599 | D:5      | 170599 ||| FLEEEEING.
170615 | D:5      | 170615 ||| FLEEEEING.
170631 | D:5      | 170631 ||| FLEEEEING.
170647 | D:5      | 170647 ||| FLEEEEING.
170663 | D:5      | 170663 ||| FLEEEEING.
170679 | D:5      | 170679 ||| FLEEEEING.
170695 | D:5      | 170695 ||| FLEEEEING.
170711 | D:5      | 170711 ||| FLEEEEING.
170727 | D:5      | 170727 ||| FLEEEEING.
170743 | D:5      | 170743 ||| FLEEEEING.
170759 | D:5      | 170759 ||| FLEEEEING.
170775 | D:5      | 170775 ||| FLEEEEING.
170778 | D:5      | Glimpsed the power of Zot.
170791 | D:5      | 170791 ||| FLEEEEING.
170807 | D:5      | 170807 ||| FLEEEEING.
170823 | D:5      | 170823 ||| FLEEEEING.
170839 | D:5      | 170839 ||| FLEEEEING.
170855 | D:5      | 170855 ||| FLEEEEING.
170871 | D:5      | 170871 ||| FLEEEEING.
170877 | D:5      | Touched by the power of Zot.
170878 | D:5      | Glimpsed the power of Zot.
170887 | D:5      | 170887 ||| FLEEEEING.
170903 | D:5      | 170903 ||| FLEEEEING.
170919 | D:5      | 170919 ||| FLEEEEING.
170935 | D:5      | 170935 ||| FLEEEEING.
170951 | D:5      | 170951 ||| FLEEEEING.
170967 | D:5      | 170967 ||| FLEEEEING.
170983 | D:5      | 170983 ||| FLEEEEING.
170999 | D:5      | 170999 ||| FLEEEEING.
171015 | D:5      | 171015 ||| FLEEEEING.
171031 | D:5      | 171031 ||| FLEEEEING.
171047 | D:5      | 171047 ||| FLEEEEING.
171063 | D:5      | 171063 ||| FLEEEEING.
171079 | D:5      | 171079 ||| FLEEEEING.
171095 | D:5      | 171095 ||| FLEEEEING.
171111 | D:5      | 171111 ||| FLEEEEING.
171127 | D:5      | 171127 ||| FLEEEEING.
171143 | D:5      | 171143 ||| FLEEEEING.
171159 | D:5      | 171159 ||| FLEEEEING.
171175 | D:5      | 171175 ||| FLEEEEING.
171191 | D:5      | 171191 ||| FLEEEEING.
171207 | D:5      | 171207 ||| FLEEEEING.
171223 | D:5      | 171223 ||| FLEEEEING.
171239 | D:5      | 171239 ||| FLEEEEING.
171255 | D:5      | 171255 ||| FLEEEEING.
171271 | D:5      | 171271 ||| FLEEEEING.
171287 | D:5      | 171287 ||| FLEEEEING.
171303 | D:5      | 171303 ||| FLEEEEING.
171319 | D:5      | 171319 ||| FLEEEEING.
171335 | D:5      | 171335 ||| FLEEEEING.
171351 | D:5      | 171351 ||| FLEEEEING.
171367 | D:5      | 171367 ||| FLEEEEING.
171378 | D:5      | Glimpsed the power of Zot.
171383 | D:5      | 171383 ||| FLEEEEING.
171399 | D:5      | 171399 ||| FLEEEEING.
171415 | D:5      | 171415 ||| FLEEEEING.
171431 | D:5      | 171431 ||| FLEEEEING.
171447 | D:5      | 171447 ||| FLEEEEING.
171463 | D:5      | 171463 ||| FLEEEEING.
171479 | D:5      | 171479 ||| FLEEEEING.
171495 | D:5      | 171495 ||| FLEEEEING.
171511 | D:5      | 171511 ||| FLEEEEING.
171527 | D:5      | 171527 ||| FLEEEEING.
171543 | D:5      | 171543 ||| FLEEEEING.
171559 | D:5      | 171559 ||| FLEEEEING.
171575 | D:5      | 171575 ||| FLEEEEING.
171591 | D:5      | 171591 ||| FLEEEEING.
171607 | D:5      | 171607 ||| FLEEEEING.
171623 | D:5      | 171623 ||| FLEEEEING.
171639 | D:5      | 171639 ||| FLEEEEING.
171655 | D:5      | 171655 ||| FLEEEEING.
171671 | D:5      | 171671 ||| FLEEEEING.
171687 | D:5      | 171687 ||| FLEEEEING.
171703 | D:5      | 171703 ||| FLEEEEING.
171719 | D:5      | 171719 ||| FLEEEEING.
171735 | D:5      | 171735 ||| FLEEEEING.
171751 | D:5      | 171751 ||| FLEEEEING.
171767 | D:5      | 171767 ||| FLEEEEING.
171778 | D:5      | Glimpsed the power of Zot.
171783 | D:5      | 171783 ||| FLEEEEING.
171799 | D:5      | 171799 ||| FLEEEEING.
171815 | D:5      | 171815 ||| FLEEEEING.
171831 | D:5      | 171831 ||| FLEEEEING.
171847 | D:5      | 171847 ||| FLEEEEING.
171863 | D:5      | 171863 ||| FLEEEEING.
171877 | D:5      | Touched by the power of Zot.
171878 | D:5      | Glimpsed the power of Zot.
171879 | D:5      | 171879 ||| FLEEEEING.
171895 | D:5      | 171895 ||| FLEEEEING.
171911 | D:5      | 171911 ||| FLEEEEING.
171927 | D:5      | 171927 ||| FLEEEEING.
171943 | D:5      | 171943 ||| FLEEEEING.
171959 | D:5      | 171959 ||| FLEEEEING.
171975 | D:5      | 171975 ||| FLEEEEING.
171991 | D:5      | 171991 ||| FLEEEEING.
172007 | D:5      | 172007 ||| FLEEEEING.
172023 | D:5      | 172023 ||| FLEEEEING.
172039 | D:5      | 172039 ||| FLEEEEING.
172055 | D:5      | 172055 ||| FLEEEEING.
172071 | D:5      | 172071 ||| FLEEEEING.
172087 | D:5      | 172087 ||| FLEEEEING.
172103 | D:5      | 172103 ||| FLEEEEING.
172119 | D:5      | 172119 ||| FLEEEEING.
172135 | D:5      | 172135 ||| FLEEEEING.
172151 | D:5      | 172151 ||| FLEEEEING.
172167 | D:5      | 172167 ||| FLEEEEING.
172183 | D:5      | 172183 ||| FLEEEEING.
172199 | D:5      | 172199 ||| FLEEEEING.
172215 | D:5      | 172215 ||| FLEEEEING.
172231 | D:5      | 172231 ||| FLEEEEING.
172247 | D:5      | 172247 ||| FLEEEEING.
172263 | D:5      | 172263 ||| FLEEEEING.
172279 | D:5      | 172279 ||| FLEEEEING.
172295 | D:5      | 172295 ||| FLEEEEING.
172311 | D:5      | 172311 ||| FLEEEEING.
172327 | D:5      | 172327 ||| FLEEEEING.
172343 | D:5      | 172343 ||| FLEEEEING.
172359 | D:5      | 172359 ||| FLEEEEING.
172375 | D:5      | 172375 ||| FLEEEEING.
172378 | D:5      | Glimpsed the power of Zot.
172391 | D:5      | 172391 ||| FLEEEEING.
172407 | D:5      | 172407 ||| FLEEEEING.
172423 | D:5      | 172423 ||| FLEEEEING.
172439 | D:5      | 172439 ||| FLEEEEING.
172455 | D:5      | 172455 ||| FLEEEEING.
172471 | D:5      | 172471 ||| FLEEEEING.
172487 | D:5      | 172487 ||| FLEEEEING.
172503 | D:5      | 172503 ||| FLEEEEING.
172519 | D:5      | 172519 ||| FLEEEEING.
172535 | D:5      | 172535 ||| FLEEEEING.
172551 | D:5      | 172551 ||| FLEEEEING.
172567 | D:5      | 172567 ||| FLEEEEING.
172583 | D:5      | 172583 ||| FLEEEEING.
172599 | D:5      | 172599 ||| FLEEEEING.
172615 | D:5      | 172615 ||| FLEEEEING.
172631 | D:5      | 172631 ||| FLEEEEING.
172647 | D:5      | 172647 ||| FLEEEEING.
172663 | D:5      | 172663 ||| FLEEEEING.
172679 | D:5      | 172679 ||| FLEEEEING.
172695 | D:5      | 172695 ||| FLEEEEING.
172711 | D:5      | 172711 ||| FLEEEEING.
172727 | D:5      | 172727 ||| FLEEEEING.
172743 | D:5      | 172743 ||| FLEEEEING.
172759 | D:5      | 172759 ||| FLEEEEING.
172775 | D:5      | 172775 ||| FLEEEEING.
172778 | D:5      | Glimpsed the power of Zot.
172791 | D:5      | 172791 ||| FLEEEEING.
172807 | D:5      | 172807 ||| FLEEEEING.
172823 | D:5      | 172823 ||| FLEEEEING.
172839 | D:5      | 172839 ||| FLEEEEING.
172855 | D:5      | 172855 ||| FLEEEEING.
172871 | D:5      | 172871 ||| FLEEEEING.
172877 | D:5      | Touched by the power of Zot.
172878 | D:5      | Glimpsed the power of Zot.
172887 | D:5      | 172887 ||| FLEEEEING.
172903 | D:5      | 172903 ||| FLEEEEING.
172919 | D:5      | 172919 ||| FLEEEEING.
172935 | D:5      | 172935 ||| FLEEEEING.
172951 | D:5      | 172951 ||| FLEEEEING.
172967 | D:5      | 172967 ||| FLEEEEING.
172983 | D:5      | 172983 ||| FLEEEEING.
172999 | D:5      | 172999 ||| FLEEEEING.
173015 | D:5      | 173015 ||| FLEEEEING.
173031 | D:5      | 173031 ||| FLEEEEING.
173047 | D:5      | 173047 ||| FLEEEEING.
173063 | D:5      | 173063 ||| FLEEEEING.
173079 | D:5      | 173079 ||| FLEEEEING.
173095 | D:5      | 173095 ||| FLEEEEING.
173111 | D:5      | 173111 ||| FLEEEEING.
173127 | D:5      | 173127 ||| FLEEEEING.
173143 | D:5      | 173143 ||| FLEEEEING.
173159 | D:5      | 173159 ||| FLEEEEING.
173175 | D:5      | 173175 ||| FLEEEEING.
173191 | D:5      | 173191 ||| FLEEEEING.
173207 | D:5      | 173207 ||| FLEEEEING.
173223 | D:5      | 173223 ||| FLEEEEING.
173239 | D:5      | 173239 ||| FLEEEEING.
173255 | D:5      | 173255 ||| FLEEEEING.
173271 | D:5      | 173271 ||| FLEEEEING.
173287 | D:5      | 173287 ||| FLEEEEING.
173303 | D:5      | 173303 ||| FLEEEEING.
173319 | D:5      | 173319 ||| FLEEEEING.
173335 | D:5      | 173335 ||| FLEEEEING.
173351 | D:5      | 173351 ||| FLEEEEING.
173367 | D:5      | 173367 ||| FLEEEEING.
173378 | D:5      | Glimpsed the power of Zot.
173383 | D:5      | 173383 ||| FLEEEEING.
173399 | D:5      | 173399 ||| FLEEEEING.
173415 | D:5      | 173415 ||| FLEEEEING.
173431 | D:5      | 173431 ||| FLEEEEING.
173447 | D:5      | 173447 ||| FLEEEEING.
173463 | D:5      | 173463 ||| FLEEEEING.
173479 | D:5      | 173479 ||| FLEEEEING.
173495 | D:5      | 173495 ||| FLEEEEING.
173511 | D:5      | 173511 ||| FLEEEEING.
173527 | D:5      | 173527 ||| FLEEEEING.
173543 | D:5      | 173543 ||| FLEEEEING.
173559 | D:5      | 173559 ||| FLEEEEING.
173575 | D:5      | 173575 ||| FLEEEEING.
173591 | D:5      | 173591 ||| FLEEEEING.
173607 | D:5      | 173607 ||| FLEEEEING.
173623 | D:5      | 173623 ||| FLEEEEING.
173639 | D:5      | 173639 ||| FLEEEEING.
173655 | D:5      | 173655 ||| FLEEEEING.
173671 | D:5      | 173671 ||| FLEEEEING.
173687 | D:5      | 173687 ||| FLEEEEING.
173703 | D:5      | 173703 ||| FLEEEEING.
173719 | D:5      | 173719 ||| FLEEEEING.
173735 | D:5      | 173735 ||| FLEEEEING.
173751 | D:5      | 173751 ||| FLEEEEING.
173767 | D:5      | 173767 ||| FLEEEEING.
173778 | D:5      | Glimpsed the power of Zot.
173783 | D:5      | 173783 ||| FLEEEEING.
173799 | D:5      | 173799 ||| FLEEEEING.
173815 | D:5      | 173815 ||| FLEEEEING.
173831 | D:5      | 173831 ||| FLEEEEING.
173847 | D:5      | 173847 ||| FLEEEEING.
173863 | D:5      | 173863 ||| FLEEEEING.
173877 | D:5      | Touched by the power of Zot.
173878 | D:5      | Glimpsed the power of Zot.
173879 | D:5      | 173879 ||| FLEEEEING.
173895 | D:5      | 173895 ||| FLEEEEING.
173911 | D:5      | 173911 ||| FLEEEEING.
173927 | D:5      | 173927 ||| FLEEEEING.
173943 | D:5      | 173943 ||| FLEEEEING.
173959 | D:5      | 173959 ||| FLEEEEING.
173975 | D:5      | 173975 ||| FLEEEEING.
173991 | D:5      | 173991 ||| FLEEEEING.
174007 | D:5      | 174007 ||| FLEEEEING.
174023 | D:5      | 174023 ||| FLEEEEING.
174039 | D:5      | 174039 ||| FLEEEEING.
174055 | D:5      | 174055 ||| FLEEEEING.
174071 | D:5      | 174071 ||| FLEEEEING.
174087 | D:5      | 174087 ||| FLEEEEING.
174103 | D:5      | 174103 ||| FLEEEEING.
174119 | D:5      | 174119 ||| FLEEEEING.
174135 | D:5      | 174135 ||| FLEEEEING.
174151 | D:5      | 174151 ||| FLEEEEING.
174167 | D:5      | 174167 ||| FLEEEEING.
174183 | D:5      | 174183 ||| FLEEEEING.
174199 | D:5      | 174199 ||| FLEEEEING.
174215 | D:5      | 174215 ||| FLEEEEING.
174231 | D:5      | 174231 ||| FLEEEEING.
174247 | D:5      | 174247 ||| FLEEEEING.
174263 | D:5      | 174263 ||| FLEEEEING.
174279 | D:5      | 174279 ||| FLEEEEING.
174295 | D:5      | 174295 ||| FLEEEEING.
174311 | D:5      | 174311 ||| FLEEEEING.
174327 | D:5      | 174327 ||| FLEEEEING.
174343 | D:5      | 174343 ||| FLEEEEING.
174359 | D:5      | 174359 ||| FLEEEEING.
174375 | D:5      | 174375 ||| FLEEEEING.
174378 | D:5      | Glimpsed the power of Zot.
174391 | D:5      | 174391 ||| FLEEEEING.
174407 | D:5      | 174407 ||| FLEEEEING.
174423 | D:5      | 174423 ||| FLEEEEING.
174439 | D:5      | 174439 ||| FLEEEEING.
174455 | D:5      | 174455 ||| FLEEEEING.
174471 | D:5      | 174471 ||| FLEEEEING.
174487 | D:5      | 174487 ||| FLEEEEING.
174503 | D:5      | 174503 ||| FLEEEEING.
174519 | D:5      | 174519 ||| FLEEEEING.
174535 | D:5      | 174535 ||| FLEEEEING.
174551 | D:5      | 174551 ||| FLEEEEING.
174567 | D:5      | 174567 ||| FLEEEEING.
174583 | D:5      | 174583 ||| FLEEEEING.
174599 | D:5      | 174599 ||| FLEEEEING.
174615 | D:5      | 174615 ||| FLEEEEING.
174631 | D:5      | 174631 ||| FLEEEEING.
174647 | D:5      | 174647 ||| FLEEEEING.
174663 | D:5      | 174663 ||| FLEEEEING.
174679 | D:5      | 174679 ||| FLEEEEING.
174695 | D:5      | 174695 ||| FLEEEEING.
174711 | D:5      | 174711 ||| FLEEEEING.
174727 | D:5      | 174727 ||| FLEEEEING.
174743 | D:5      | 174743 ||| FLEEEEING.
174759 | D:5      | 174759 ||| FLEEEEING.
174775 | D:5      | 174775 ||| FLEEEEING.
174778 | D:5      | Glimpsed the power of Zot.
174791 | D:5      | 174791 ||| FLEEEEING.
174807 | D:5      | 174807 ||| FLEEEEING.
174823 | D:5      | 174823 ||| FLEEEEING.
174839 | D:5      | 174839 ||| FLEEEEING.
174855 | D:5      | 174855 ||| FLEEEEING.
174871 | D:5      | 174871 ||| FLEEEEING.
174877 | D:5      | Touched by the power of Zot.
174878 | D:5      | Glimpsed the power of Zot.
174887 | D:5      | 174887 ||| FLEEEEING.
174903 | D:5      | 174903 ||| FLEEEEING.
174919 | D:5      | 174919 ||| FLEEEEING.
174935 | D:5      | 174935 ||| FLEEEEING.
174951 | D:5      | 174951 ||| FLEEEEING.
174967 | D:5      | 174967 ||| FLEEEEING.
174983 | D:5      | 174983 ||| FLEEEEING.
174999 | D:5      | 174999 ||| FLEEEEING.
175015 | D:5      | 175015 ||| FLEEEEING.
175031 | D:5      | 175031 ||| FLEEEEING.
175047 | D:5      | 175047 ||| FLEEEEING.
175063 | D:5      | 175063 ||| FLEEEEING.
175079 | D:5      | 175079 ||| FLEEEEING.
175095 | D:5      | 175095 ||| FLEEEEING.
175111 | D:5      | 175111 ||| FLEEEEING.
175127 | D:5      | 175127 ||| FLEEEEING.
175143 | D:5      | 175143 ||| FLEEEEING.
175159 | D:5      | 175159 ||| FLEEEEING.
175175 | D:5      | 175175 ||| FLEEEEING.
175191 | D:5      | 175191 ||| FLEEEEING.
175207 | D:5      | 175207 ||| FLEEEEING.
175223 | D:5      | 175223 ||| FLEEEEING.
175239 | D:5      | 175239 ||| FLEEEEING.
175255 | D:5      | 175255 ||| FLEEEEING.
175271 | D:5      | 175271 ||| FLEEEEING.
175287 | D:5      | 175287 ||| FLEEEEING.
175303 | D:5      | 175303 ||| FLEEEEING.
175319 | D:5      | 175319 ||| FLEEEEING.
175335 | D:5      | 175335 ||| FLEEEEING.
175351 | D:5      | 175351 ||| FLEEEEING.
175367 | D:5      | 175367 ||| FLEEEEING.
175378 | D:5      | Glimpsed the power of Zot.
175383 | D:5      | 175383 ||| FLEEEEING.
175399 | D:5      | 175399 ||| FLEEEEING.
175415 | D:5      | 175415 ||| FLEEEEING.
175431 | D:5      | 175431 ||| FLEEEEING.
175447 | D:5      | 175447 ||| FLEEEEING.
175463 | D:5      | 175463 ||| FLEEEEING.
175479 | D:5      | 175479 ||| FLEEEEING.
175495 | D:5      | 175495 ||| FLEEEEING.
175511 | D:5      | 175511 ||| FLEEEEING.
175527 | D:5      | 175527 ||| FLEEEEING.
175543 | D:5      | 175543 ||| FLEEEEING.
175559 | D:5      | 175559 ||| FLEEEEING.
175575 | D:5      | 175575 ||| FLEEEEING.
175591 | D:5      | 175591 ||| FLEEEEING.
175607 | D:5      | 175607 ||| FLEEEEING.
175623 | D:5      | 175623 ||| FLEEEEING.
175639 | D:5      | 175639 ||| FLEEEEING.
175655 | D:5      | 175655 ||| FLEEEEING.
175671 | D:5      | 175671 ||| FLEEEEING.
175687 | D:5      | 175687 ||| FLEEEEING.
175703 | D:5      | 175703 ||| FLEEEEING.
175719 | D:5      | 175719 ||| FLEEEEING.
175735 | D:5      | 175735 ||| FLEEEEING.
175751 | D:5      | 175751 ||| FLEEEEING.
175767 | D:5      | 175767 ||| FLEEEEING.
175778 | D:5      | Glimpsed the power of Zot.
175783 | D:5      | 175783 ||| FLEEEEING.
175799 | D:5      | 175799 ||| FLEEEEING.
175815 | D:5      | 175815 ||| FLEEEEING.
175831 | D:5      | 175831 ||| FLEEEEING.
175847 | D:5      | 175847 ||| FLEEEEING.
175863 | D:5      | 175863 ||| FLEEEEING.
175877 | D:5      | Touched by the power of Zot.
175878 | D:5      | Glimpsed the power of Zot.
175879 | D:5      | 175879 ||| FLEEEEING.
175895 | D:5      | 175895 ||| FLEEEEING.
175911 | D:5      | 175911 ||| FLEEEEING.
175927 | D:5      | 175927 ||| FLEEEEING.
175943 | D:5      | 175943 ||| FLEEEEING.
175959 | D:5      | 175959 ||| FLEEEEING.
175975 | D:5      | 175975 ||| FLEEEEING.
175991 | D:5      | 175991 ||| FLEEEEING.
176007 | D:5      | 176007 ||| FLEEEEING.
176023 | D:5      | 176023 ||| FLEEEEING.
176039 | D:5      | 176039 ||| FLEEEEING.
176055 | D:5      | 176055 ||| FLEEEEING.
176071 | D:5      | 176071 ||| FLEEEEING.
176087 | D:5      | 176087 ||| FLEEEEING.
176103 | D:5      | 176103 ||| FLEEEEING.
176119 | D:5      | 176119 ||| FLEEEEING.
176135 | D:5      | 176135 ||| FLEEEEING.
176151 | D:5      | 176151 ||| FLEEEEING.
176167 | D:5      | 176167 ||| FLEEEEING.
176183 | D:5      | 176183 ||| FLEEEEING.
176199 | D:5      | 176199 ||| FLEEEEING.
176215 | D:5      | 176215 ||| FLEEEEING.
176231 | D:5      | 176231 ||| FLEEEEING.
176247 | D:5      | 176247 ||| FLEEEEING.
176263 | D:5      | 176263 ||| FLEEEEING.
176279 | D:5      | 176279 ||| FLEEEEING.
176295 | D:5      | 176295 ||| FLEEEEING.
176311 | D:5      | 176311 ||| FLEEEEING.
176327 | D:5      | 176327 ||| FLEEEEING.
176343 | D:5      | 176343 ||| FLEEEEING.
176359 | D:5      | 176359 ||| FLEEEEING.
176375 | D:5      | 176375 ||| FLEEEEING.
176378 | D:5      | Glimpsed the power of Zot.
176391 | D:5      | 176391 ||| FLEEEEING.
176407 | D:5      | 176407 ||| FLEEEEING.
176423 | D:5      | 176423 ||| FLEEEEING.
176439 | D:5      | 176439 ||| FLEEEEING.
176455 | D:5      | 176455 ||| FLEEEEING.
176471 | D:5      | 176471 ||| FLEEEEING.
176487 | D:5      | 176487 ||| FLEEEEING.
176503 | D:5      | 176503 ||| FLEEEEING.
176519 | D:5      | 176519 ||| FLEEEEING.
176535 | D:5      | 176535 ||| FLEEEEING.
176551 | D:5      | 176551 ||| FLEEEEING.
176567 | D:5      | 176567 ||| FLEEEEING.
176583 | D:5      | 176583 ||| FLEEEEING.
176599 | D:5      | 176599 ||| FLEEEEING.
176615 | D:5      | 176615 ||| FLEEEEING.
176631 | D:5      | 176631 ||| FLEEEEING.
176647 | D:5      | 176647 ||| FLEEEEING.
176663 | D:5      | 176663 ||| FLEEEEING.
176679 | D:5      | 176679 ||| FLEEEEING.
176695 | D:5      | 176695 ||| FLEEEEING.
176711 | D:5      | 176711 ||| FLEEEEING.
176727 | D:5      | 176727 ||| FLEEEEING.
176743 | D:5      | 176743 ||| FLEEEEING.
176759 | D:5      | 176759 ||| FLEEEEING.
176775 | D:5      | 176775 ||| FLEEEEING.
176778 | D:5      | Glimpsed the power of Zot.
176791 | D:5      | 176791 ||| FLEEEEING.
176807 | D:5      | 176807 ||| FLEEEEING.
176823 | D:5      | 176823 ||| FLEEEEING.
176839 | D:5      | 176839 ||| FLEEEEING.
176855 | D:5      | 176855 ||| FLEEEEING.
176871 | D:5      | 176871 ||| FLEEEEING.
176877 | D:5      | Touched by the power of Zot.
176878 | D:5      | Glimpsed the power of Zot.
176887 | D:5      | 176887 ||| FLEEEEING.
176903 | D:5      | 176903 ||| FLEEEEING.
176919 | D:5      | 176919 ||| FLEEEEING.
176935 | D:5      | 176935 ||| FLEEEEING.
176951 | D:5      | 176951 ||| FLEEEEING.
176967 | D:5      | 176967 ||| FLEEEEING.
176983 | D:5      | 176983 ||| FLEEEEING.
176999 | D:5      | 176999 ||| FLEEEEING.
177015 | D:5      | 177015 ||| FLEEEEING.
177031 | D:5      | 177031 ||| FLEEEEING.
177047 | D:5      | 177047 ||| FLEEEEING.
177063 | D:5      | 177063 ||| FLEEEEING.
177079 | D:5      | 177079 ||| FLEEEEING.
177095 | D:5      | 177095 ||| FLEEEEING.
177111 | D:5      | 177111 ||| FLEEEEING.
177127 | D:5      | 177127 ||| FLEEEEING.
177143 | D:5      | 177143 ||| FLEEEEING.
177159 | D:5      | 177159 ||| FLEEEEING.
177175 | D:5      | 177175 ||| FLEEEEING.
177191 | D:5      | 177191 ||| FLEEEEING.
177207 | D:5      | 177207 ||| FLEEEEING.
177223 | D:5      | 177223 ||| FLEEEEING.
177239 | D:5      | 177239 ||| FLEEEEING.
177255 | D:5      | 177255 ||| FLEEEEING.
177271 | D:5      | 177271 ||| FLEEEEING.
177287 | D:5      | 177287 ||| FLEEEEING.
177303 | D:5      | 177303 ||| FLEEEEING.
177319 | D:5      | 177319 ||| FLEEEEING.
177335 | D:5      | 177335 ||| FLEEEEING.
177351 | D:5      | 177351 ||| FLEEEEING.
177367 | D:5      | 177367 ||| FLEEEEING.
177378 | D:5      | Glimpsed the power of Zot.
177383 | D:5      | 177383 ||| FLEEEEING.
177399 | D:5      | 177399 ||| FLEEEEING.
177415 | D:5      | 177415 ||| FLEEEEING.
177431 | D:5      | 177431 ||| FLEEEEING.
177447 | D:5      | 177447 ||| FLEEEEING.
177463 | D:5      | 177463 ||| FLEEEEING.
177479 | D:5      | 177479 ||| FLEEEEING.
177495 | D:5      | 177495 ||| FLEEEEING.
177511 | D:5      | 177511 ||| FLEEEEING.
177527 | D:5      | 177527 ||| FLEEEEING.
177543 | D:5      | 177543 ||| FLEEEEING.
177559 | D:5      | 177559 ||| FLEEEEING.
177575 | D:5      | 177575 ||| FLEEEEING.
177591 | D:5      | 177591 ||| FLEEEEING.
177607 | D:5      | 177607 ||| FLEEEEING.
177623 | D:5      | 177623 ||| FLEEEEING.
177639 | D:5      | 177639 ||| FLEEEEING.
177655 | D:5      | 177655 ||| FLEEEEING.
177671 | D:5      | 177671 ||| FLEEEEING.
177687 | D:5      | 177687 ||| FLEEEEING.
177703 | D:5      | 177703 ||| FLEEEEING.
177719 | D:5      | 177719 ||| FLEEEEING.
177735 | D:5      | 177735 ||| FLEEEEING.
177751 | D:5      | 177751 ||| FLEEEEING.
177767 | D:5      | 177767 ||| FLEEEEING.
177778 | D:5      | Glimpsed the power of Zot.
177783 | D:5      | 177783 ||| FLEEEEING.
177799 | D:5      | 177799 ||| FLEEEEING.
177815 | D:5      | 177815 ||| FLEEEEING.
177831 | D:5      | 177831 ||| FLEEEEING.
177847 | D:5      | 177847 ||| FLEEEEING.
177863 | D:5      | 177863 ||| FLEEEEING.
177877 | D:5      | Touched by the power of Zot.
177878 | D:5      | Glimpsed the power of Zot.
177879 | D:5      | 177879 ||| FLEEEEING.
177895 | D:5      | 177895 ||| FLEEEEING.
177911 | D:5      | 177911 ||| FLEEEEING.
177927 | D:5      | 177927 ||| FLEEEEING.
177943 | D:5      | 177943 ||| FLEEEEING.
177959 | D:5      | 177959 ||| FLEEEEING.
177975 | D:5      | 177975 ||| FLEEEEING.
177991 | D:5      | 177991 ||| FLEEEEING.
178007 | D:5      | 178007 ||| FLEEEEING.
178023 | D:5      | 178023 ||| FLEEEEING.
178039 | D:5      | 178039 ||| FLEEEEING.
178055 | D:5      | 178055 ||| FLEEEEING.
178071 | D:5      | 178071 ||| FLEEEEING.
178087 | D:5      | 178087 ||| FLEEEEING.
178103 | D:5      | 178103 ||| FLEEEEING.
178119 | D:5      | 178119 ||| FLEEEEING.
178135 | D:5      | 178135 ||| FLEEEEING.
178151 | D:5      | 178151 ||| FLEEEEING.
178167 | D:5      | 178167 ||| FLEEEEING.
178183 | D:5      | 178183 ||| FLEEEEING.
178199 | D:5      | 178199 ||| FLEEEEING.
178215 | D:5      | 178215 ||| FLEEEEING.
178231 | D:5      | 178231 ||| FLEEEEING.
178247 | D:5      | 178247 ||| FLEEEEING.
178263 | D:5      | 178263 ||| FLEEEEING.
178279 | D:5      | 178279 ||| FLEEEEING.
178295 | D:5      | 178295 ||| FLEEEEING.
178311 | D:5      | 178311 ||| FLEEEEING.
178327 | D:5      | 178327 ||| FLEEEEING.
178343 | D:5      | 178343 ||| FLEEEEING.
178359 | D:5      | 178359 ||| FLEEEEING.
178375 | D:5      | 178375 ||| FLEEEEING.
178378 | D:5      | Glimpsed the power of Zot.
178391 | D:5      | 178391 ||| FLEEEEING.
178407 | D:5      | 178407 ||| FLEEEEING.
178423 | D:5      | 178423 ||| FLEEEEING.
178439 | D:5      | 178439 ||| FLEEEEING.
178455 | D:5      | 178455 ||| FLEEEEING.
178471 | D:5      | 178471 ||| FLEEEEING.
178487 | D:5      | 178487 ||| FLEEEEING.
178503 | D:5      | 178503 ||| FLEEEEING.
178519 | D:5      | 178519 ||| FLEEEEING.
178535 | D:5      | 178535 ||| FLEEEEING.
178551 | D:5      | 178551 ||| FLEEEEING.
178567 | D:5      | 178567 ||| FLEEEEING.
178583 | D:5      | 178583 ||| FLEEEEING.
178599 | D:5      | 178599 ||| FLEEEEING.
178615 | D:5      | 178615 ||| FLEEEEING.
178631 | D:5      | 178631 ||| FLEEEEING.
178647 | D:5      | 178647 ||| FLEEEEING.
178663 | D:5      | 178663 ||| FLEEEEING.
178679 | D:5      | 178679 ||| FLEEEEING.
178695 | D:5      | 178695 ||| FLEEEEING.
178711 | D:5      | 178711 ||| FLEEEEING.
178727 | D:5      | 178727 ||| FLEEEEING.
178743 | D:5      | 178743 ||| FLEEEEING.
178759 | D:5      | 178759 ||| FLEEEEING.
178775 | D:5      | 178775 ||| FLEEEEING.
178778 | D:5      | Glimpsed the power of Zot.
178791 | D:5      | 178791 ||| FLEEEEING.
178807 | D:5      | 178807 ||| FLEEEEING.
178823 | D:5      | 178823 ||| FLEEEEING.
178839 | D:5      | 178839 ||| FLEEEEING.
178855 | D:5      | 178855 ||| FLEEEEING.
178871 | D:5      | 178871 ||| FLEEEEING.
178877 | D:5      | Touched by the power of Zot.
178878 | D:5      | Glimpsed the power of Zot.
178887 | D:5      | 178887 ||| FLEEEEING.
178903 | D:5      | 178903 ||| FLEEEEING.
178919 | D:5      | 178919 ||| FLEEEEING.
178935 | D:5      | 178935 ||| FLEEEEING.
178951 | D:5      | 178951 ||| FLEEEEING.
178967 | D:5      | 178967 ||| FLEEEEING.
178983 | D:5      | 178983 ||| FLEEEEING.
178999 | D:5      | 178999 ||| FLEEEEING.
179015 | D:5      | 179015 ||| FLEEEEING.
179031 | D:5      | 179031 ||| FLEEEEING.
179047 | D:5      | 179047 ||| FLEEEEING.
179063 | D:5      | 179063 ||| FLEEEEING.
179079 | D:5      | 179079 ||| FLEEEEING.
179095 | D:5      | 179095 ||| FLEEEEING.
179111 | D:5      | 179111 ||| FLEEEEING.
179127 | D:5      | 179127 ||| FLEEEEING.
179143 | D:5      | 179143 ||| FLEEEEING.
179159 | D:5      | 179159 ||| FLEEEEING.
179175 | D:5      | 179175 ||| FLEEEEING.
179191 | D:5      | 179191 ||| FLEEEEING.
179207 | D:5      | 179207 ||| FLEEEEING.
179223 | D:5      | 179223 ||| FLEEEEING.
179239 | D:5      | 179239 ||| FLEEEEING.
179255 | D:5      | 179255 ||| FLEEEEING.
179271 | D:5      | 179271 ||| FLEEEEING.
179287 | D:5      | 179287 ||| FLEEEEING.
179303 | D:5      | 179303 ||| FLEEEEING.
179319 | D:5      | 179319 ||| FLEEEEING.
179335 | D:5      | 179335 ||| FLEEEEING.
179351 | D:5      | 179351 ||| FLEEEEING.
179367 | D:5      | 179367 ||| FLEEEEING.
179378 | D:5      | Glimpsed the power of Zot.
179383 | D:5      | 179383 ||| FLEEEEING.
179399 | D:5      | 179399 ||| FLEEEEING.
179415 | D:5      | 179415 ||| FLEEEEING.
179431 | D:5      | 179431 ||| FLEEEEING.
179447 | D:5      | 179447 ||| FLEEEEING.
179463 | D:5      | 179463 ||| FLEEEEING.
179479 | D:5      | 179479 ||| FLEEEEING.
179495 | D:5      | 179495 ||| FLEEEEING.
179511 | D:5      | 179511 ||| FLEEEEING.
179527 | D:5      | 179527 ||| FLEEEEING.
179543 | D:5      | 179543 ||| FLEEEEING.
179559 | D:5      | 179559 ||| FLEEEEING.
179575 | D:5      | 179575 ||| FLEEEEING.
179591 | D:5      | 179591 ||| FLEEEEING.
179607 | D:5      | 179607 ||| FLEEEEING.
179623 | D:5      | 179623 ||| FLEEEEING.
179639 | D:5      | 179639 ||| FLEEEEING.
179655 | D:5      | 179655 ||| FLEEEEING.
179671 | D:5      | 179671 ||| FLEEEEING.
179687 | D:5      | 179687 ||| FLEEEEING.
179703 | D:5      | 179703 ||| FLEEEEING.
179719 | D:5      | 179719 ||| FLEEEEING.
179735 | D:5      | 179735 ||| FLEEEEING.
179751 | D:5      | 179751 ||| FLEEEEING.
179767 | D:5      | 179767 ||| FLEEEEING.
179778 | D:5      | Glimpsed the power of Zot.
179783 | D:5      | 179783 ||| FLEEEEING.
179799 | D:5      | 179799 ||| FLEEEEING.
179815 | D:5      | 179815 ||| FLEEEEING.
179831 | D:5      | 179831 ||| FLEEEEING.
179847 | D:5      | 179847 ||| FLEEEEING.
179863 | D:5      | 179863 ||| FLEEEEING.
179877 | D:5      | Touched by the power of Zot.
179878 | D:5      | Glimpsed the power of Zot.
179879 | D:5      | 179879 ||| FLEEEEING.
179895 | D:5      | 179895 ||| FLEEEEING.
179911 | D:5      | 179911 ||| FLEEEEING.
179927 | D:5      | 179927 ||| FLEEEEING.
179943 | D:5      | 179943 ||| FLEEEEING.
179959 | D:5      | 179959 ||| FLEEEEING.
179975 | D:5      | 179975 ||| FLEEEEING.
179991 | D:5      | 179991 ||| FLEEEEING.
180007 | D:5      | 180007 ||| FLEEEEING.
180023 | D:5      | 180023 ||| FLEEEEING.
180039 | D:5      | 180039 ||| FLEEEEING.
180055 | D:5      | 180055 ||| FLEEEEING.
180071 | D:5      | 180071 ||| FLEEEEING.
180087 | D:5      | 180087 ||| FLEEEEING.
180103 | D:5      | 180103 ||| FLEEEEING.
180119 | D:5      | 180119 ||| FLEEEEING.
180135 | D:5      | 180135 ||| FLEEEEING.
180151 | D:5      | 180151 ||| FLEEEEING.
180167 | D:5      | 180167 ||| FLEEEEING.
180183 | D:5      | 180183 ||| FLEEEEING.
180199 | D:5      | 180199 ||| FLEEEEING.
180215 | D:5      | 180215 ||| FLEEEEING.
180231 | D:5      | 180231 ||| FLEEEEING.
180247 | D:5      | 180247 ||| FLEEEEING.
180263 | D:5      | 180263 ||| FLEEEEING.
180279 | D:5      | 180279 ||| FLEEEEING.
180295 | D:5      | 180295 ||| FLEEEEING.
180311 | D:5      | 180311 ||| FLEEEEING.
180327 | D:5      | 180327 ||| FLEEEEING.
180343 | D:5      | 180343 ||| FLEEEEING.
180359 | D:5      | 180359 ||| FLEEEEING.
180375 | D:5      | 180375 ||| FLEEEEING.
180378 | D:5      | Glimpsed the power of Zot.
180391 | D:5      | 180391 ||| FLEEEEING.
180407 | D:5      | 180407 ||| FLEEEEING.
180423 | D:5      | 180423 ||| FLEEEEING.
180439 | D:5      | 180439 ||| FLEEEEING.
180455 | D:5      | 180455 ||| FLEEEEING.
180471 | D:5      | 180471 ||| FLEEEEING.
180487 | D:5      | 180487 ||| FLEEEEING.
180503 | D:5      | 180503 ||| FLEEEEING.
180519 | D:5      | 180519 ||| FLEEEEING.
180535 | D:5      | 180535 ||| FLEEEEING.
180551 | D:5      | 180551 ||| FLEEEEING.
180567 | D:5      | 180567 ||| FLEEEEING.
180583 | D:5      | 180583 ||| FLEEEEING.
180599 | D:5      | 180599 ||| FLEEEEING.
180615 | D:5      | 180615 ||| FLEEEEING.
180631 | D:5      | 180631 ||| FLEEEEING.
180647 | D:5      | 180647 ||| FLEEEEING.
180663 | D:5      | 180663 ||| FLEEEEING.
180679 | D:5      | 180679 ||| FLEEEEING.
180695 | D:5      | 180695 ||| FLEEEEING.
180711 | D:5      | 180711 ||| FLEEEEING.
180727 | D:5      | 180727 ||| FLEEEEING.
180743 | D:5      | 180743 ||| FLEEEEING.
180759 | D:5      | 180759 ||| FLEEEEING.
180775 | D:5      | 180775 ||| FLEEEEING.
180778 | D:5      | Glimpsed the power of Zot.
180791 | D:5      | 180791 ||| FLEEEEING.
180807 | D:5      | 180807 ||| FLEEEEING.
180823 | D:5      | 180823 ||| FLEEEEING.
180839 | D:5      | 180839 ||| FLEEEEING.
180855 | D:5      | 180855 ||| FLEEEEING.
180871 | D:5      | 180871 ||| FLEEEEING.
180877 | D:5      | Touched by the power of Zot.
180878 | D:5      | Glimpsed the power of Zot.
180887 | D:5      | 180887 ||| FLEEEEING.
180903 | D:5      | 180903 ||| FLEEEEING.
180919 | D:5      | 180919 ||| FLEEEEING.
180935 | D:5      | 180935 ||| FLEEEEING.
180951 | D:5      | 180951 ||| FLEEEEING.
180967 | D:5      | 180967 ||| FLEEEEING.
180983 | D:5      | 180983 ||| FLEEEEING.
180999 | D:5      | 180999 ||| FLEEEEING.
181015 | D:5      | 181015 ||| FLEEEEING.
181031 | D:5      | 181031 ||| FLEEEEING.
181047 | D:5      | 181047 ||| FLEEEEING.
181063 | D:5      | 181063 ||| FLEEEEING.
181079 | D:5      | 181079 ||| FLEEEEING.
181095 | D:5      | 181095 ||| FLEEEEING.
181111 | D:5      | 181111 ||| FLEEEEING.
181127 | D:5      | 181127 ||| FLEEEEING.
181143 | D:5      | 181143 ||| FLEEEEING.
181159 | D:5      | 181159 ||| FLEEEEING.
181175 | D:5      | 181175 ||| FLEEEEING.
181191 | D:5      | 181191 ||| FLEEEEING.
181207 | D:5      | 181207 ||| FLEEEEING.
181223 | D:5      | 181223 ||| FLEEEEING.
181239 | D:5      | 181239 ||| FLEEEEING.
181255 | D:5      | 181255 ||| FLEEEEING.
181271 | D:5      | 181271 ||| FLEEEEING.
181287 | D:5      | 181287 ||| FLEEEEING.
181303 | D:5      | 181303 ||| FLEEEEING.
181319 | D:5      | 181319 ||| FLEEEEING.
181335 | D:5      | 181335 ||| FLEEEEING.
181351 | D:5      | 181351 ||| FLEEEEING.
181367 | D:5      | 181367 ||| FLEEEEING.
181378 | D:5      | Glimpsed the power of Zot.
181383 | D:5      | 181383 ||| FLEEEEING.
181399 | D:5      | 181399 ||| FLEEEEING.
181415 | D:5      | 181415 ||| FLEEEEING.
181431 | D:5      | 181431 ||| FLEEEEING.
181447 | D:5      | 181447 ||| FLEEEEING.
181463 | D:5      | 181463 ||| FLEEEEING.
181479 | D:5      | 181479 ||| FLEEEEING.
181495 | D:5      | 181495 ||| FLEEEEING.
181511 | D:5      | 181511 ||| FLEEEEING.
181527 | D:5      | 181527 ||| FLEEEEING.
181543 | D:5      | 181543 ||| FLEEEEING.
181559 | D:5      | 181559 ||| FLEEEEING.
181575 | D:5      | 181575 ||| FLEEEEING.
181591 | D:5      | 181591 ||| FLEEEEING.
181607 | D:5      | 181607 ||| FLEEEEING.
181623 | D:5      | 181623 ||| FLEEEEING.
181639 | D:5      | 181639 ||| FLEEEEING.
181655 | D:5      | 181655 ||| FLEEEEING.
181671 | D:5      | 181671 ||| FLEEEEING.
181687 | D:5      | 181687 ||| FLEEEEING.
181703 | D:5      | 181703 ||| FLEEEEING.
181719 | D:5      | 181719 ||| FLEEEEING.
181735 | D:5      | 181735 ||| FLEEEEING.
181751 | D:5      | 181751 ||| FLEEEEING.
181767 | D:5      | 181767 ||| FLEEEEING.
181778 | D:5      | Glimpsed the power of Zot.
181783 | D:5      | 181783 ||| FLEEEEING.
181799 | D:5      | 181799 ||| FLEEEEING.
181815 | D:5      | 181815 ||| FLEEEEING.
181831 | D:5      | 181831 ||| FLEEEEING.
181847 | D:5      | 181847 ||| FLEEEEING.
181863 | D:5      | 181863 ||| FLEEEEING.
181877 | D:5      | Touched by the power of Zot.
181878 | D:5      | Glimpsed the power of Zot.
181879 | D:5      | 181879 ||| FLEEEEING.
181895 | D:5      | 181895 ||| FLEEEEING.
181911 | D:5      | 181911 ||| FLEEEEING.
181927 | D:5      | 181927 ||| FLEEEEING.
181943 | D:5      | 181943 ||| FLEEEEING.
181959 | D:5      | 181959 ||| FLEEEEING.
181975 | D:5      | 181975 ||| FLEEEEING.
181991 | D:5      | 181991 ||| FLEEEEING.
182007 | D:5      | 182007 ||| FLEEEEING.
182023 | D:5      | 182023 ||| FLEEEEING.
182039 | D:5      | 182039 ||| FLEEEEING.
182055 | D:5      | 182055 ||| FLEEEEING.
182071 | D:5      | 182071 ||| FLEEEEING.
182087 | D:5      | 182087 ||| FLEEEEING.
182103 | D:5      | 182103 ||| FLEEEEING.
182119 | D:5      | 182119 ||| FLEEEEING.
182135 | D:5      | 182135 ||| FLEEEEING.
182151 | D:5      | 182151 ||| FLEEEEING.
182167 | D:5      | 182167 ||| FLEEEEING.
182183 | D:5      | 182183 ||| FLEEEEING.
182199 | D:5      | 182199 ||| FLEEEEING.
182215 | D:5      | 182215 ||| FLEEEEING.
182231 | D:5      | 182231 ||| FLEEEEING.
182247 | D:5      | 182247 ||| FLEEEEING.
182263 | D:5      | 182263 ||| FLEEEEING.
182279 | D:5      | 182279 ||| FLEEEEING.
182295 | D:5      | 182295 ||| FLEEEEING.
182311 | D:5      | 182311 ||| FLEEEEING.
182327 | D:5      | 182327 ||| FLEEEEING.
182343 | D:5      | 182343 ||| FLEEEEING.
182359 | D:5      | 182359 ||| FLEEEEING.
182375 | D:5      | 182375 ||| FLEEEEING.
182378 | D:5      | Glimpsed the power of Zot.
182391 | D:5      | 182391 ||| FLEEEEING.
182407 | D:5      | 182407 ||| FLEEEEING.
182423 | D:5      | 182423 ||| FLEEEEING.
182439 | D:5      | 182439 ||| FLEEEEING.
182455 | D:5      | 182455 ||| FLEEEEING.
182471 | D:5      | 182471 ||| FLEEEEING.
182487 | D:5      | 182487 ||| FLEEEEING.
182503 | D:5      | 182503 ||| FLEEEEING.
182519 | D:5      | 182519 ||| FLEEEEING.
182535 | D:5      | 182535 ||| FLEEEEING.
182551 | D:5      | 182551 ||| FLEEEEING.
182567 | D:5      | 182567 ||| FLEEEEING.
182583 | D:5      | 182583 ||| FLEEEEING.
182599 | D:5      | 182599 ||| FLEEEEING.
182615 | D:5      | 182615 ||| FLEEEEING.
182631 | D:5      | 182631 ||| FLEEEEING.
182647 | D:5      | 182647 ||| FLEEEEING.
182663 | D:5      | 182663 ||| FLEEEEING.
182679 | D:5      | 182679 ||| FLEEEEING.
182695 | D:5      | 182695 ||| FLEEEEING.
182711 | D:5      | 182711 ||| FLEEEEING.
182727 | D:5      | 182727 ||| FLEEEEING.
182743 | D:5      | 182743 ||| FLEEEEING.
182759 | D:5      | 182759 ||| FLEEEEING.
182775 | D:5      | 182775 ||| FLEEEEING.
182778 | D:5      | Glimpsed the power of Zot.
182791 | D:5      | 182791 ||| FLEEEEING.
182807 | D:5      | 182807 ||| FLEEEEING.
182823 | D:5      | 182823 ||| FLEEEEING.
182839 | D:5      | 182839 ||| FLEEEEING.
182855 | D:5      | 182855 ||| FLEEEEING.
182871 | D:5      | 182871 ||| FLEEEEING.
182877 | D:5      | Touched by the power of Zot.
182878 | D:5      | Glimpsed the power of Zot.
182887 | D:5      | 182887 ||| FLEEEEING.
182903 | D:5      | 182903 ||| FLEEEEING.
182919 | D:5      | 182919 ||| FLEEEEING.
182935 | D:5      | 182935 ||| FLEEEEING.
182951 | D:5      | 182951 ||| FLEEEEING.
182967 | D:5      | 182967 ||| FLEEEEING.
182983 | D:5      | 182983 ||| FLEEEEING.
182999 | D:5      | 182999 ||| FLEEEEING.
183015 | D:5      | 183015 ||| FLEEEEING.
183031 | D:5      | 183031 ||| FLEEEEING.
183047 | D:5      | 183047 ||| FLEEEEING.
183063 | D:5      | 183063 ||| FLEEEEING.
183079 | D:5      | 183079 ||| FLEEEEING.
183095 | D:5      | 183095 ||| FLEEEEING.
183111 | D:5      | 183111 ||| FLEEEEING.
183127 | D:5      | 183127 ||| FLEEEEING.
183143 | D:5      | 183143 ||| FLEEEEING.
183159 | D:5      | 183159 ||| FLEEEEING.
183175 | D:5      | 183175 ||| FLEEEEING.
183191 | D:5      | 183191 ||| FLEEEEING.
183207 | D:5      | 183207 ||| FLEEEEING.
183223 | D:5      | 183223 ||| FLEEEEING.
183239 | D:5      | 183239 ||| FLEEEEING.
183255 | D:5      | 183255 ||| FLEEEEING.
183271 | D:5      | 183271 ||| FLEEEEING.
183287 | D:5      | 183287 ||| FLEEEEING.
183303 | D:5      | 183303 ||| FLEEEEING.
183319 | D:5      | 183319 ||| FLEEEEING.
183335 | D:5      | 183335 ||| FLEEEEING.
183351 | D:5      | 183351 ||| FLEEEEING.
183367 | D:5      | 183367 ||| FLEEEEING.
183378 | D:5      | Glimpsed the power of Zot.
183383 | D:5      | 183383 ||| FLEEEEING.
183399 | D:5      | 183399 ||| FLEEEEING.
183415 | D:5      | 183415 ||| FLEEEEING.
183431 | D:5      | 183431 ||| FLEEEEING.
183447 | D:5      | 183447 ||| FLEEEEING.
183463 | D:5      | 183463 ||| FLEEEEING.
183479 | D:5      | 183479 ||| FLEEEEING.
183495 | D:5      | 183495 ||| FLEEEEING.
183511 | D:5      | 183511 ||| FLEEEEING.
183527 | D:5      | 183527 ||| FLEEEEING.
183543 | D:5      | 183543 ||| FLEEEEING.
183559 | D:5      | 183559 ||| FLEEEEING.
183575 | D:5      | 183575 ||| FLEEEEING.
183591 | D:5      | 183591 ||| FLEEEEING.
183607 | D:5      | 183607 ||| FLEEEEING.
183623 | D:5      | 183623 ||| FLEEEEING.
183639 | D:5      | 183639 ||| FLEEEEING.
183655 | D:5      | 183655 ||| FLEEEEING.
183671 | D:5      | 183671 ||| FLEEEEING.
183687 | D:5      | 183687 ||| FLEEEEING.
183703 | D:5      | 183703 ||| FLEEEEING.
183719 | D:5      | 183719 ||| FLEEEEING.
183735 | D:5      | 183735 ||| FLEEEEING.
183751 | D:5      | 183751 ||| FLEEEEING.
183767 | D:5      | 183767 ||| FLEEEEING.
183778 | D:5      | Glimpsed the power of Zot.
183783 | D:5      | 183783 ||| FLEEEEING.
183799 | D:5      | 183799 ||| FLEEEEING.
183815 | D:5      | 183815 ||| FLEEEEING.
183831 | D:5      | 183831 ||| FLEEEEING.
183847 | D:5      | 183847 ||| FLEEEEING.
183863 | D:5      | 183863 ||| FLEEEEING.
183877 | D:5      | Touched by the power of Zot.
183878 | D:5      | Glimpsed the power of Zot.
183879 | D:5      | 183879 ||| FLEEEEING.
183895 | D:5      | 183895 ||| FLEEEEING.
183911 | D:5      | 183911 ||| FLEEEEING.
183927 | D:5      | 183927 ||| FLEEEEING.
183943 | D:5      | 183943 ||| FLEEEEING.
183959 | D:5      | 183959 ||| FLEEEEING.
183975 | D:5      | 183975 ||| FLEEEEING.
183991 | D:5      | 183991 ||| FLEEEEING.
184007 | D:5      | 184007 ||| FLEEEEING.
184023 | D:5      | 184023 ||| FLEEEEING.
184039 | D:5      | 184039 ||| FLEEEEING.
184055 | D:5      | 184055 ||| FLEEEEING.
184071 | D:5      | 184071 ||| FLEEEEING.
184087 | D:5      | 184087 ||| FLEEEEING.
184103 | D:5      | 184103 ||| FLEEEEING.
184119 | D:5      | 184119 ||| FLEEEEING.
184135 | D:5      | 184135 ||| FLEEEEING.
184151 | D:5      | 184151 ||| FLEEEEING.
184167 | D:5      | 184167 ||| FLEEEEING.
184183 | D:5      | 184183 ||| FLEEEEING.
184199 | D:5      | 184199 ||| FLEEEEING.
184215 | D:5      | 184215 ||| FLEEEEING.
184231 | D:5      | 184231 ||| FLEEEEING.
184247 | D:5      | 184247 ||| FLEEEEING.
184263 | D:5      | 184263 ||| FLEEEEING.
184279 | D:5      | 184279 ||| FLEEEEING.
184295 | D:5      | 184295 ||| FLEEEEING.
184311 | D:5      | 184311 ||| FLEEEEING.
184327 | D:5      | 184327 ||| FLEEEEING.
184343 | D:5      | 184343 ||| FLEEEEING.
184359 | D:5      | 184359 ||| FLEEEEING.
184375 | D:5      | 184375 ||| FLEEEEING.
184378 | D:5      | Glimpsed the power of Zot.
184391 | D:5      | 184391 ||| FLEEEEING.
184407 | D:5      | 184407 ||| FLEEEEING.
184423 | D:5      | 184423 ||| FLEEEEING.
184439 | D:5      | 184439 ||| FLEEEEING.
184455 | D:5      | 184455 ||| FLEEEEING.
184471 | D:5      | 184471 ||| FLEEEEING.
184487 | D:5      | 184487 ||| FLEEEEING.
184503 | D:5      | 184503 ||| FLEEEEING.
184519 | D:5      | 184519 ||| FLEEEEING.
184535 | D:5      | 184535 ||| FLEEEEING.
184551 | D:5      | 184551 ||| FLEEEEING.
184567 | D:5      | 184567 ||| FLEEEEING.
184583 | D:5      | 184583 ||| FLEEEEING.
184599 | D:5      | 184599 ||| FLEEEEING.
184615 | D:5      | 184615 ||| FLEEEEING.
184631 | D:5      | 184631 ||| FLEEEEING.
184647 | D:5      | 184647 ||| FLEEEEING.
184663 | D:5      | 184663 ||| FLEEEEING.
184679 | D:5      | 184679 ||| FLEEEEING.
184695 | D:5      | 184695 ||| FLEEEEING.
184711 | D:5      | 184711 ||| FLEEEEING.
184727 | D:5      | 184727 ||| FLEEEEING.
184743 | D:5      | 184743 ||| FLEEEEING.
184759 | D:5      | 184759 ||| FLEEEEING.
184775 | D:5      | 184775 ||| FLEEEEING.
184778 | D:5      | Glimpsed the power of Zot.
184791 | D:5      | 184791 ||| FLEEEEING.
184807 | D:5      | 184807 ||| FLEEEEING.
184823 | D:5      | 184823 ||| FLEEEEING.
184839 | D:5      | 184839 ||| FLEEEEING.
184855 | D:5      | 184855 ||| FLEEEEING.
184871 | D:5      | 184871 ||| FLEEEEING.
184877 | D:5      | Touched by the power of Zot.
184878 | D:5      | Glimpsed the power of Zot.
184887 | D:5      | 184887 ||| FLEEEEING.
184903 | D:5      | 184903 ||| FLEEEEING.
184919 | D:5      | 184919 ||| FLEEEEING.
184935 | D:5      | 184935 ||| FLEEEEING.
184951 | D:5      | 184951 ||| FLEEEEING.
184967 | D:5      | 184967 ||| FLEEEEING.
184983 | D:5      | 184983 ||| FLEEEEING.
184999 | D:5      | 184999 ||| FLEEEEING.
185015 | D:5      | 185015 ||| FLEEEEING.
185031 | D:5      | 185031 ||| FLEEEEING.
185047 | D:5      | 185047 ||| FLEEEEING.
185063 | D:5      | 185063 ||| FLEEEEING.
185079 | D:5      | 185079 ||| FLEEEEING.
185095 | D:5      | 185095 ||| FLEEEEING.
185111 | D:5      | 185111 ||| FLEEEEING.
185127 | D:5      | 185127 ||| FLEEEEING.
185143 | D:5      | 185143 ||| FLEEEEING.
185159 | D:5      | 185159 ||| FLEEEEING.
185175 | D:5      | 185175 ||| FLEEEEING.
185191 | D:5      | 185191 ||| FLEEEEING.
185207 | D:5      | 185207 ||| FLEEEEING.
185223 | D:5      | 185223 ||| FLEEEEING.
185239 | D:5      | 185239 ||| FLEEEEING.
185255 | D:5      | 185255 ||| FLEEEEING.
185271 | D:5      | 185271 ||| FLEEEEING.
185287 | D:5      | 185287 ||| FLEEEEING.
185303 | D:5      | 185303 ||| FLEEEEING.
185319 | D:5      | 185319 ||| FLEEEEING.
185335 | D:5      | 185335 ||| FLEEEEING.
185351 | D:5      | 185351 ||| FLEEEEING.
185367 | D:5      | 185367 ||| FLEEEEING.
185378 | D:5      | Glimpsed the power of Zot.
185383 | D:5      | 185383 ||| FLEEEEING.
185399 | D:5      | 185399 ||| FLEEEEING.
185415 | D:5      | 185415 ||| FLEEEEING.
185431 | D:5      | 185431 ||| FLEEEEING.
185447 | D:5      | 185447 ||| FLEEEEING.
185463 | D:5      | 185463 ||| FLEEEEING.
185479 | D:5      | 185479 ||| FLEEEEING.
185495 | D:5      | 185495 ||| FLEEEEING.
185511 | D:5      | 185511 ||| FLEEEEING.
185527 | D:5      | 185527 ||| FLEEEEING.
185543 | D:5      | 185543 ||| FLEEEEING.
185559 | D:5      | 185559 ||| FLEEEEING.
185575 | D:5      | 185575 ||| FLEEEEING.
185591 | D:5      | 185591 ||| FLEEEEING.
185607 | D:5      | 185607 ||| FLEEEEING.
185623 | D:5      | 185623 ||| FLEEEEING.
185639 | D:5      | 185639 ||| FLEEEEING.
185655 | D:5      | 185655 ||| FLEEEEING.
185671 | D:5      | 185671 ||| FLEEEEING.
185687 | D:5      | 185687 ||| FLEEEEING.
185703 | D:5      | 185703 ||| FLEEEEING.
185719 | D:5      | 185719 ||| FLEEEEING.
185735 | D:5      | 185735 ||| FLEEEEING.
185751 | D:5      | 185751 ||| FLEEEEING.
185767 | D:5      | 185767 ||| FLEEEEING.
185778 | D:5      | Glimpsed the power of Zot.
185783 | D:5      | 185783 ||| FLEEEEING.
185799 | D:5      | 185799 ||| FLEEEEING.
185815 | D:5      | 185815 ||| FLEEEEING.
185831 | D:5      | 185831 ||| FLEEEEING.
185847 | D:5      | 185847 ||| FLEEEEING.
185863 | D:5      | 185863 ||| FLEEEEING.
185877 | D:5      | Touched by the power of Zot.
185878 | D:5      | Glimpsed the power of Zot.
185879 | D:5      | 185879 ||| FLEEEEING.
185895 | D:5      | 185895 ||| FLEEEEING.
185911 | D:5      | 185911 ||| FLEEEEING.
185927 | D:5      | 185927 ||| FLEEEEING.
185943 | D:5      | 185943 ||| FLEEEEING.
185959 | D:5      | 185959 ||| FLEEEEING.
185975 | D:5      | 185975 ||| FLEEEEING.
185991 | D:5      | 185991 ||| FLEEEEING.
186007 | D:5      | 186007 ||| FLEEEEING.
186023 | D:5      | 186023 ||| FLEEEEING.
186039 | D:5      | 186039 ||| FLEEEEING.
186055 | D:5      | 186055 ||| FLEEEEING.
186071 | D:5      | 186071 ||| FLEEEEING.
186087 | D:5      | 186087 ||| FLEEEEING.
186103 | D:5      | 186103 ||| FLEEEEING.
186119 | D:5      | 186119 ||| FLEEEEING.
186135 | D:5      | 186135 ||| FLEEEEING.
186151 | D:5      | 186151 ||| FLEEEEING.
186167 | D:5      | 186167 ||| FLEEEEING.
186183 | D:5      | 186183 ||| FLEEEEING.
186199 | D:5      | 186199 ||| FLEEEEING.
186215 | D:5      | 186215 ||| FLEEEEING.
186231 | D:5      | 186231 ||| FLEEEEING.
186247 | D:5      | 186247 ||| FLEEEEING.
186263 | D:5      | 186263 ||| FLEEEEING.
186279 | D:5      | 186279 ||| FLEEEEING.
186295 | D:5      | 186295 ||| FLEEEEING.
186311 | D:5      | 186311 ||| FLEEEEING.
186327 | D:5      | 186327 ||| FLEEEEING.
186343 | D:5      | 186343 ||| FLEEEEING.
186359 | D:5      | 186359 ||| FLEEEEING.
186375 | D:5      | 186375 ||| FLEEEEING.
186378 | D:5      | Glimpsed the power of Zot.
186391 | D:5      | 186391 ||| FLEEEEING.
186407 | D:5      | 186407 ||| FLEEEEING.
186423 | D:5      | 186423 ||| FLEEEEING.
186439 | D:5      | 186439 ||| FLEEEEING.
186455 | D:5      | 186455 ||| FLEEEEING.
186471 | D:5      | 186471 ||| FLEEEEING.
186487 | D:5      | 186487 ||| FLEEEEING.
186503 | D:5      | 186503 ||| FLEEEEING.
186519 | D:5      | 186519 ||| FLEEEEING.
186535 | D:5      | 186535 ||| FLEEEEING.
186551 | D:5      | 186551 ||| FLEEEEING.
186567 | D:5      | 186567 ||| FLEEEEING.
186583 | D:5      | 186583 ||| FLEEEEING.
186599 | D:5      | 186599 ||| FLEEEEING.
186615 | D:5      | 186615 ||| FLEEEEING.
186631 | D:5      | 186631 ||| FLEEEEING.
186647 | D:5      | 186647 ||| FLEEEEING.
186663 | D:5      | 186663 ||| FLEEEEING.
186679 | D:5      | 186679 ||| FLEEEEING.
186695 | D:5      | 186695 ||| FLEEEEING.
186711 | D:5      | 186711 ||| FLEEEEING.
186727 | D:5      | 186727 ||| FLEEEEING.
186743 | D:5      | 186743 ||| FLEEEEING.
186759 | D:5      | 186759 ||| FLEEEEING.
186775 | D:5      | 186775 ||| FLEEEEING.
186778 | D:5      | Glimpsed the power of Zot.
186791 | D:5      | 186791 ||| FLEEEEING.
186807 | D:5      | 186807 ||| FLEEEEING.
186823 | D:5      | 186823 ||| FLEEEEING.
186839 | D:5      | 186839 ||| FLEEEEING.
186855 | D:5      | 186855 ||| FLEEEEING.
186871 | D:5      | 186871 ||| FLEEEEING.
186877 | D:5      | Touched by the power of Zot.
186878 | D:5      | Glimpsed the power of Zot.
186887 | D:5      | 186887 ||| FLEEEEING.
186903 | D:5      | 186903 ||| FLEEEEING.
186919 | D:5      | 186919 ||| FLEEEEING.
186935 | D:5      | 186935 ||| FLEEEEING.
186951 | D:5      | 186951 ||| FLEEEEING.
186967 | D:5      | 186967 ||| FLEEEEING.
186983 | D:5      | 186983 ||| FLEEEEING.
186999 | D:5      | 186999 ||| FLEEEEING.
187015 | D:5      | 187015 ||| FLEEEEING.
187031 | D:5      | 187031 ||| FLEEEEING.
187047 | D:5      | 187047 ||| FLEEEEING.
187063 | D:5      | 187063 ||| FLEEEEING.
187079 | D:5      | 187079 ||| FLEEEEING.
187095 | D:5      | 187095 ||| FLEEEEING.
187111 | D:5      | 187111 ||| FLEEEEING.
187127 | D:5      | 187127 ||| FLEEEEING.
187143 | D:5      | 187143 ||| FLEEEEING.
187159 | D:5      | 187159 ||| FLEEEEING.
187175 | D:5      | 187175 ||| FLEEEEING.
187191 | D:5      | 187191 ||| FLEEEEING.
187207 | D:5      | 187207 ||| FLEEEEING.
187223 | D:5      | 187223 ||| FLEEEEING.
187239 | D:5      | 187239 ||| FLEEEEING.
187255 | D:5      | 187255 ||| FLEEEEING.
187271 | D:5      | 187271 ||| FLEEEEING.
187287 | D:5      | 187287 ||| FLEEEEING.
187303 | D:5      | 187303 ||| FLEEEEING.
187319 | D:5      | 187319 ||| FLEEEEING.
187335 | D:5      | 187335 ||| FLEEEEING.
187351 | D:5      | 187351 ||| FLEEEEING.
187367 | D:5      | 187367 ||| FLEEEEING.
187378 | D:5      | Glimpsed the power of Zot.
187383 | D:5      | 187383 ||| FLEEEEING.
187399 | D:5      | 187399 ||| FLEEEEING.
187415 | D:5      | 187415 ||| FLEEEEING.
187431 | D:5      | 187431 ||| FLEEEEING.
187447 | D:5      | 187447 ||| FLEEEEING.
187463 | D:5      | 187463 ||| FLEEEEING.
187479 | D:5      | 187479 ||| FLEEEEING.
187495 | D:5      | 187495 ||| FLEEEEING.
187511 | D:5      | 187511 ||| FLEEEEING.
187527 | D:5      | 187527 ||| FLEEEEING.
187543 | D:5      | 187543 ||| FLEEEEING.
187559 | D:5      | 187559 ||| FLEEEEING.
187575 | D:5      | 187575 ||| FLEEEEING.
187591 | D:5      | 187591 ||| FLEEEEING.
187607 | D:5      | 187607 ||| FLEEEEING.
187623 | D:5      | 187623 ||| FLEEEEING.
187639 | D:5      | 187639 ||| FLEEEEING.
187655 | D:5      | 187655 ||| FLEEEEING.
187671 | D:5      | 187671 ||| FLEEEEING.
187687 | D:5      | 187687 ||| FLEEEEING.
187703 | D:5      | 187703 ||| FLEEEEING.
187719 | D:5      | 187719 ||| FLEEEEING.
187735 | D:5      | 187735 ||| FLEEEEING.
187751 | D:5      | 187751 ||| FLEEEEING.
187767 | D:5      | 187767 ||| FLEEEEING.
187778 | D:5      | Glimpsed the power of Zot.
187783 | D:5      | 187783 ||| FLEEEEING.
187799 | D:5      | 187799 ||| FLEEEEING.
187815 | D:5      | 187815 ||| FLEEEEING.
187831 | D:5      | 187831 ||| FLEEEEING.
187847 | D:5      | 187847 ||| FLEEEEING.
187863 | D:5      | 187863 ||| FLEEEEING.
187877 | D:5      | Touched by the power of Zot.
187878 | D:5      | Glimpsed the power of Zot.
187879 | D:5      | 187879 ||| FLEEEEING.
187895 | D:5      | 187895 ||| FLEEEEING.
187911 | D:5      | 187911 ||| FLEEEEING.
187927 | D:5      | 187927 ||| FLEEEEING.
187943 | D:5      | 187943 ||| FLEEEEING.
187959 | D:5      | 187959 ||| FLEEEEING.
187975 | D:5      | 187975 ||| FLEEEEING.
187991 | D:5      | 187991 ||| FLEEEEING.
188007 | D:5      | 188007 ||| FLEEEEING.
188023 | D:5      | 188023 ||| FLEEEEING.
188039 | D:5      | 188039 ||| FLEEEEING.
188055 | D:5      | 188055 ||| FLEEEEING.
188071 | D:5      | 188071 ||| FLEEEEING.
188087 | D:5      | 188087 ||| FLEEEEING.
188103 | D:5      | 188103 ||| FLEEEEING.
188119 | D:5      | 188119 ||| FLEEEEING.
188135 | D:5      | 188135 ||| FLEEEEING.
188151 | D:5      | 188151 ||| FLEEEEING.
188167 | D:5      | 188167 ||| FLEEEEING.
188183 | D:5      | 188183 ||| FLEEEEING.
188199 | D:5      | 188199 ||| FLEEEEING.
188215 | D:5      | 188215 ||| FLEEEEING.
188231 | D:5      | 188231 ||| FLEEEEING.
188247 | D:5      | 188247 ||| FLEEEEING.
188263 | D:5      | 188263 ||| FLEEEEING.
188279 | D:5      | 188279 ||| FLEEEEING.
188295 | D:5      | 188295 ||| FLEEEEING.
188311 | D:5      | 188311 ||| FLEEEEING.
188327 | D:5      | 188327 ||| FLEEEEING.
188343 | D:5      | 188343 ||| FLEEEEING.
188359 | D:5      | 188359 ||| FLEEEEING.
188375 | D:5      | 188375 ||| FLEEEEING.
188378 | D:5      | Glimpsed the power of Zot.
188391 | D:5      | 188391 ||| FLEEEEING.
188407 | D:5      | 188407 ||| FLEEEEING.
188423 | D:5      | 188423 ||| FLEEEEING.
188439 | D:5      | 188439 ||| FLEEEEING.
188455 | D:5      | 188455 ||| FLEEEEING.
188471 | D:5      | 188471 ||| FLEEEEING.
188487 | D:5      | 188487 ||| FLEEEEING.
188503 | D:5      | 188503 ||| FLEEEEING.
188519 | D:5      | 188519 ||| FLEEEEING.
188535 | D:5      | 188535 ||| FLEEEEING.
188551 | D:5      | 188551 ||| FLEEEEING.
188567 | D:5      | 188567 ||| FLEEEEING.
188583 | D:5      | 188583 ||| FLEEEEING.
188599 | D:5      | 188599 ||| FLEEEEING.
188615 | D:5      | 188615 ||| FLEEEEING.
188631 | D:5      | 188631 ||| FLEEEEING.
188647 | D:5      | 188647 ||| FLEEEEING.
188663 | D:5      | 188663 ||| FLEEEEING.
188679 | D:5      | 188679 ||| FLEEEEING.
188695 | D:5      | 188695 ||| FLEEEEING.
188711 | D:5      | 188711 ||| FLEEEEING.
188727 | D:5      | 188727 ||| FLEEEEING.
188743 | D:5      | 188743 ||| FLEEEEING.
188759 | D:5      | 188759 ||| FLEEEEING.
188775 | D:5      | 188775 ||| FLEEEEING.
188778 | D:5      | Glimpsed the power of Zot.
188791 | D:5      | 188791 ||| FLEEEEING.
188807 | D:5      | 188807 ||| FLEEEEING.
188823 | D:5      | 188823 ||| FLEEEEING.
188839 | D:5      | 188839 ||| FLEEEEING.
188855 | D:5      | 188855 ||| FLEEEEING.
188871 | D:5      | 188871 ||| FLEEEEING.
188877 | D:5      | Touched by the power of Zot.
188878 | D:5      | Glimpsed the power of Zot.
188887 | D:5      | 188887 ||| FLEEEEING.
188903 | D:5      | 188903 ||| FLEEEEING.
188919 | D:5      | 188919 ||| FLEEEEING.
188935 | D:5      | 188935 ||| FLEEEEING.
188951 | D:5      | 188951 ||| FLEEEEING.
188967 | D:5      | 188967 ||| FLEEEEING.
188983 | D:5      | 188983 ||| FLEEEEING.
188999 | D:5      | 188999 ||| FLEEEEING.
189015 | D:5      | 189015 ||| FLEEEEING.
189031 | D:5      | 189031 ||| FLEEEEING.
189047 | D:5      | 189047 ||| FLEEEEING.
189063 | D:5      | 189063 ||| FLEEEEING.
189079 | D:5      | 189079 ||| FLEEEEING.
189095 | D:5      | 189095 ||| FLEEEEING.
189111 | D:5      | 189111 ||| FLEEEEING.
189127 | D:5      | 189127 ||| FLEEEEING.
189143 | D:5      | 189143 ||| FLEEEEING.
189159 | D:5      | 189159 ||| FLEEEEING.
189175 | D:5      | 189175 ||| FLEEEEING.
189191 | D:5      | 189191 ||| FLEEEEING.
189207 | D:5      | 189207 ||| FLEEEEING.
189223 | D:5      | 189223 ||| FLEEEEING.
189239 | D:5      | 189239 ||| FLEEEEING.
189255 | D:5      | 189255 ||| FLEEEEING.
189271 | D:5      | 189271 ||| FLEEEEING.
189287 | D:5      | 189287 ||| FLEEEEING.
189303 | D:5      | 189303 ||| FLEEEEING.
189319 | D:5      | 189319 ||| FLEEEEING.
189335 | D:5      | 189335 ||| FLEEEEING.
189351 | D:5      | 189351 ||| FLEEEEING.
189367 | D:5      | 189367 ||| FLEEEEING.
189378 | D:5      | Glimpsed the power of Zot.
189383 | D:5      | 189383 ||| FLEEEEING.
189399 | D:5      | 189399 ||| FLEEEEING.
189415 | D:5      | 189415 ||| FLEEEEING.
189431 | D:5      | 189431 ||| FLEEEEING.
189447 | D:5      | 189447 ||| FLEEEEING.
189463 | D:5      | 189463 ||| FLEEEEING.
189479 | D:5      | 189479 ||| FLEEEEING.
189495 | D:5      | 189495 ||| FLEEEEING.
189511 | D:5      | 189511 ||| FLEEEEING.
189527 | D:5      | 189527 ||| FLEEEEING.
189543 | D:5      | 189543 ||| FLEEEEING.
189559 | D:5      | 189559 ||| FLEEEEING.
189575 | D:5      | 189575 ||| FLEEEEING.
189591 | D:5      | 189591 ||| FLEEEEING.
189607 | D:5      | 189607 ||| FLEEEEING.
189623 | D:5      | 189623 ||| FLEEEEING.
189639 | D:5      | 189639 ||| FLEEEEING.
189655 | D:5      | 189655 ||| FLEEEEING.
189671 | D:5      | 189671 ||| FLEEEEING.
189687 | D:5      | 189687 ||| FLEEEEING.
189703 | D:5      | 189703 ||| FLEEEEING.
189719 | D:5      | 189719 ||| FLEEEEING.
189735 | D:5      | 189735 ||| FLEEEEING.
189751 | D:5      | 189751 ||| FLEEEEING.
189767 | D:5      | 189767 ||| FLEEEEING.
189778 | D:5      | Glimpsed the power of Zot.
189783 | D:5      | 189783 ||| FLEEEEING.
189799 | D:5      | 189799 ||| FLEEEEING.
189815 | D:5      | 189815 ||| FLEEEEING.
189831 | D:5      | 189831 ||| FLEEEEING.
189847 | D:5      | 189847 ||| FLEEEEING.
189863 | D:5      | 189863 ||| FLEEEEING.
189877 | D:5      | Touched by the power of Zot.
189878 | D:5      | Glimpsed the power of Zot.
189879 | D:5      | 189879 ||| FLEEEEING.
189895 | D:5      | 189895 ||| FLEEEEING.
189911 | D:5      | 189911 ||| FLEEEEING.
189927 | D:5      | 189927 ||| FLEEEEING.
189943 | D:5      | 189943 ||| FLEEEEING.
189959 | D:5      | 189959 ||| FLEEEEING.
189975 | D:5      | 189975 ||| FLEEEEING.
189991 | D:5      | 189991 ||| FLEEEEING.
190007 | D:5      | 190007 ||| FLEEEEING.
190023 | D:5      | 190023 ||| FLEEEEING.
190039 | D:5      | 190039 ||| FLEEEEING.
190055 | D:5      | 190055 ||| FLEEEEING.
190071 | D:5      | 190071 ||| FLEEEEING.
190087 | D:5      | 190087 ||| FLEEEEING.
190103 | D:5      | 190103 ||| FLEEEEING.
190119 | D:5      | 190119 ||| FLEEEEING.
190135 | D:5      | 190135 ||| FLEEEEING.
190151 | D:5      | 190151 ||| FLEEEEING.
190167 | D:5      | 190167 ||| FLEEEEING.
190183 | D:5      | 190183 ||| FLEEEEING.
190199 | D:5      | 190199 ||| FLEEEEING.
190215 | D:5      | 190215 ||| FLEEEEING.
190231 | D:5      | 190231 ||| FLEEEEING.
190247 | D:5      | 190247 ||| FLEEEEING.
190263 | D:5      | 190263 ||| FLEEEEING.
190279 | D:5      | 190279 ||| FLEEEEING.
190295 | D:5      | 190295 ||| FLEEEEING.
190311 | D:5      | 190311 ||| FLEEEEING.
190327 | D:5      | 190327 ||| FLEEEEING.
190343 | D:5      | 190343 ||| FLEEEEING.
190359 | D:5      | 190359 ||| FLEEEEING.
190375 | D:5      | 190375 ||| FLEEEEING.
190378 | D:5      | Glimpsed the power of Zot.
190391 | D:5      | 190391 ||| FLEEEEING.
190407 | D:5      | 190407 ||| FLEEEEING.
190423 | D:5      | 190423 ||| FLEEEEING.
190439 | D:5      | 190439 ||| FLEEEEING.
190455 | D:5      | 190455 ||| FLEEEEING.
190471 | D:5      | 190471 ||| FLEEEEING.
190487 | D:5      | 190487 ||| FLEEEEING.
190503 | D:5      | 190503 ||| FLEEEEING.
190519 | D:5      | 190519 ||| FLEEEEING.
190535 | D:5      | 190535 ||| FLEEEEING.
190551 | D:5      | 190551 ||| FLEEEEING.
190567 | D:5      | 190567 ||| FLEEEEING.
190583 | D:5      | 190583 ||| FLEEEEING.
190599 | D:5      | 190599 ||| FLEEEEING.
190615 | D:5      | 190615 ||| FLEEEEING.
190631 | D:5      | 190631 ||| FLEEEEING.
190647 | D:5      | 190647 ||| FLEEEEING.
190663 | D:5      | 190663 ||| FLEEEEING.
190679 | D:5      | 190679 ||| FLEEEEING.
190695 | D:5      | 190695 ||| FLEEEEING.
190711 | D:5      | 190711 ||| FLEEEEING.
190727 | D:5      | 190727 ||| FLEEEEING.
190743 | D:5      | 190743 ||| FLEEEEING.
190759 | D:5      | 190759 ||| FLEEEEING.
190775 | D:5      | 190775 ||| FLEEEEING.
190778 | D:5      | Glimpsed the power of Zot.
190791 | D:5      | 190791 ||| FLEEEEING.
190807 | D:5      | 190807 ||| FLEEEEING.
190823 | D:5      | 190823 ||| FLEEEEING.
190839 | D:5      | 190839 ||| FLEEEEING.
190855 | D:5      | 190855 ||| FLEEEEING.
190871 | D:5      | 190871 ||| FLEEEEING.
190877 | D:5      | Touched by the power of Zot.
190878 | D:5      | Glimpsed the power of Zot.
190887 | D:5      | 190887 ||| FLEEEEING.
190903 | D:5      | 190903 ||| FLEEEEING.
190919 | D:5      | 190919 ||| FLEEEEING.
190935 | D:5      | 190935 ||| FLEEEEING.
190951 | D:5      | 190951 ||| FLEEEEING.
190967 | D:5      | 190967 ||| FLEEEEING.
190983 | D:5      | 190983 ||| FLEEEEING.
190999 | D:5      | 190999 ||| FLEEEEING.
191015 | D:5      | 191015 ||| FLEEEEING.
191031 | D:5      | 191031 ||| FLEEEEING.
191047 | D:5      | 191047 ||| FLEEEEING.
191063 | D:5      | 191063 ||| FLEEEEING.
191079 | D:5      | 191079 ||| FLEEEEING.
191095 | D:5      | 191095 ||| FLEEEEING.
191111 | D:5      | 191111 ||| FLEEEEING.
191127 | D:5      | 191127 ||| FLEEEEING.
191143 | D:5      | 191143 ||| FLEEEEING.
191159 | D:5      | 191159 ||| FLEEEEING.
191175 | D:5      | 191175 ||| FLEEEEING.
191191 | D:5      | 191191 ||| FLEEEEING.
191207 | D:5      | 191207 ||| FLEEEEING.
191223 | D:5      | 191223 ||| FLEEEEING.
191239 | D:5      | 191239 ||| FLEEEEING.
191255 | D:5      | 191255 ||| FLEEEEING.
191271 | D:5      | 191271 ||| FLEEEEING.
191287 | D:5      | 191287 ||| FLEEEEING.
191303 | D:5      | 191303 ||| FLEEEEING.
191319 | D:5      | 191319 ||| FLEEEEING.
191335 | D:5      | 191335 ||| FLEEEEING.
191351 | D:5      | 191351 ||| FLEEEEING.
191367 | D:5      | 191367 ||| FLEEEEING.
191378 | D:5      | Glimpsed the power of Zot.
191383 | D:5      | 191383 ||| FLEEEEING.
191399 | D:5      | 191399 ||| FLEEEEING.
191415 | D:5      | 191415 ||| FLEEEEING.
191431 | D:5      | 191431 ||| FLEEEEING.
191447 | D:5      | 191447 ||| FLEEEEING.
191463 | D:5      | 191463 ||| FLEEEEING.
191479 | D:5      | 191479 ||| FLEEEEING.
191495 | D:5      | 191495 ||| FLEEEEING.
191511 | D:5      | 191511 ||| FLEEEEING.
191527 | D:5      | 191527 ||| FLEEEEING.
191543 | D:5      | 191543 ||| FLEEEEING.
191559 | D:5      | 191559 ||| FLEEEEING.
191575 | D:5      | 191575 ||| FLEEEEING.
191591 | D:5      | 191591 ||| FLEEEEING.
191607 | D:5      | 191607 ||| FLEEEEING.
191623 | D:5      | 191623 ||| FLEEEEING.
191639 | D:5      | 191639 ||| FLEEEEING.
191655 | D:5      | 191655 ||| FLEEEEING.
191671 | D:5      | 191671 ||| FLEEEEING.
191687 | D:5      | 191687 ||| FLEEEEING.
191703 | D:5      | 191703 ||| FLEEEEING.
191719 | D:5      | 191719 ||| FLEEEEING.
191735 | D:5      | 191735 ||| FLEEEEING.
191751 | D:5      | 191751 ||| FLEEEEING.
191767 | D:5      | 191767 ||| FLEEEEING.
191778 | D:5      | Glimpsed the power of Zot.
191783 | D:5      | 191783 ||| FLEEEEING.
191799 | D:5      | 191799 ||| FLEEEEING.
191815 | D:5      | 191815 ||| FLEEEEING.
191831 | D:5      | 191831 ||| FLEEEEING.
191847 | D:5      | 191847 ||| FLEEEEING.
191863 | D:5      | 191863 ||| FLEEEEING.
191877 | D:5      | Touched by the power of Zot.
191878 | D:5      | Glimpsed the power of Zot.
191879 | D:5      | 191879 ||| FLEEEEING.
191895 | D:5      | 191895 ||| FLEEEEING.
191911 | D:5      | 191911 ||| FLEEEEING.
191927 | D:5      | 191927 ||| FLEEEEING.
191943 | D:5      | 191943 ||| FLEEEEING.
191959 | D:5      | 191959 ||| FLEEEEING.
191975 | D:5      | 191975 ||| FLEEEEING.
191991 | D:5      | 191991 ||| FLEEEEING.
192007 | D:5      | 192007 ||| FLEEEEING.
192023 | D:5      | 192023 ||| FLEEEEING.
192039 | D:5      | 192039 ||| FLEEEEING.
192055 | D:5      | 192055 ||| FLEEEEING.
192071 | D:5      | 192071 ||| FLEEEEING.
192087 | D:5      | 192087 ||| FLEEEEING.
192103 | D:5      | 192103 ||| FLEEEEING.
192119 | D:5      | 192119 ||| FLEEEEING.
192135 | D:5      | 192135 ||| FLEEEEING.
192151 | D:5      | 192151 ||| FLEEEEING.
192167 | D:5      | 192167 ||| FLEEEEING.
192183 | D:5      | 192183 ||| FLEEEEING.
192199 | D:5      | 192199 ||| FLEEEEING.
192215 | D:5      | 192215 ||| FLEEEEING.
192231 | D:5      | 192231 ||| FLEEEEING.
192247 | D:5      | 192247 ||| FLEEEEING.
192263 | D:5      | 192263 ||| FLEEEEING.
192279 | D:5      | 192279 ||| FLEEEEING.
192295 | D:5      | 192295 ||| FLEEEEING.
192311 | D:5      | 192311 ||| FLEEEEING.
192327 | D:5      | 192327 ||| FLEEEEING.
192343 | D:5      | 192343 ||| FLEEEEING.
192359 | D:5      | 192359 ||| FLEEEEING.
192375 | D:5      | 192375 ||| FLEEEEING.
192378 | D:5      | Glimpsed the power of Zot.
192391 | D:5      | 192391 ||| FLEEEEING.
192407 | D:5      | 192407 ||| FLEEEEING.
192423 | D:5      | 192423 ||| FLEEEEING.
192439 | D:5      | 192439 ||| FLEEEEING.
192455 | D:5      | 192455 ||| FLEEEEING.
192471 | D:5      | 192471 ||| FLEEEEING.
192487 | D:5      | 192487 ||| FLEEEEING.
192503 | D:5      | 192503 ||| FLEEEEING.
192519 | D:5      | 192519 ||| FLEEEEING.
192535 | D:5      | 192535 ||| FLEEEEING.
192551 | D:5      | 192551 ||| FLEEEEING.
192567 | D:5      | 192567 ||| FLEEEEING.
192583 | D:5      | 192583 ||| FLEEEEING.
192599 | D:5      | 192599 ||| FLEEEEING.
192615 | D:5      | 192615 ||| FLEEEEING.
192631 | D:5      | 192631 ||| FLEEEEING.
192647 | D:5      | 192647 ||| FLEEEEING.
192663 | D:5      | 192663 ||| FLEEEEING.
192679 | D:5      | 192679 ||| FLEEEEING.
192695 | D:5      | 192695 ||| FLEEEEING.
192711 | D:5      | 192711 ||| FLEEEEING.
192727 | D:5      | 192727 ||| FLEEEEING.
192743 | D:5      | 192743 ||| FLEEEEING.
192759 | D:5      | 192759 ||| FLEEEEING.
192775 | D:5      | 192775 ||| FLEEEEING.
192778 | D:5      | Glimpsed the power of Zot.
192791 | D:5      | 192791 ||| FLEEEEING.
192807 | D:5      | 192807 ||| FLEEEEING.
192823 | D:5      | 192823 ||| FLEEEEING.
192839 | D:5      | 192839 ||| FLEEEEING.
192855 | D:5      | 192855 ||| FLEEEEING.
192871 | D:5      | 192871 ||| FLEEEEING.
192877 | D:5      | Touched by the power of Zot.
192878 | D:5      | Glimpsed the power of Zot.
192887 | D:5      | 192887 ||| FLEEEEING.
192903 | D:5      | 192903 ||| FLEEEEING.
192919 | D:5      | 192919 ||| FLEEEEING.
192935 | D:5      | 192935 ||| FLEEEEING.
192951 | D:5      | 192951 ||| FLEEEEING.
192967 | D:5      | 192967 ||| FLEEEEING.
192983 | D:5      | 192983 ||| FLEEEEING.
192999 | D:5      | 192999 ||| FLEEEEING.
193015 | D:5      | 193015 ||| FLEEEEING.
193031 | D:5      | 193031 ||| FLEEEEING.
193047 | D:5      | 193047 ||| FLEEEEING.
193063 | D:5      | 193063 ||| FLEEEEING.
193079 | D:5      | 193079 ||| FLEEEEING.
193095 | D:5      | 193095 ||| FLEEEEING.
193111 | D:5      | 193111 ||| FLEEEEING.
193127 | D:5      | 193127 ||| FLEEEEING.
193143 | D:5      | 193143 ||| FLEEEEING.
193159 | D:5      | 193159 ||| FLEEEEING.
193175 | D:5      | 193175 ||| FLEEEEING.
193191 | D:5      | 193191 ||| FLEEEEING.
193207 | D:5      | 193207 ||| FLEEEEING.
193223 | D:5      | 193223 ||| FLEEEEING.
193239 | D:5      | 193239 ||| FLEEEEING.
193255 | D:5      | 193255 ||| FLEEEEING.
193271 | D:5      | 193271 ||| FLEEEEING.
193287 | D:5      | 193287 ||| FLEEEEING.
193303 | D:5      | 193303 ||| FLEEEEING.
193319 | D:5      | 193319 ||| FLEEEEING.
193335 | D:5      | 193335 ||| FLEEEEING.
193351 | D:5      | 193351 ||| FLEEEEING.
193367 | D:5      | 193367 ||| FLEEEEING.
193378 | D:5      | Glimpsed the power of Zot.
193383 | D:5      | 193383 ||| FLEEEEING.
193399 | D:5      | 193399 ||| FLEEEEING.
193415 | D:5      | 193415 ||| FLEEEEING.
193431 | D:5      | 193431 ||| FLEEEEING.
193447 | D:5      | 193447 ||| FLEEEEING.
193463 | D:5      | 193463 ||| FLEEEEING.
193479 | D:5      | 193479 ||| FLEEEEING.
193495 | D:5      | 193495 ||| FLEEEEING.
193511 | D:5      | 193511 ||| FLEEEEING.
193527 | D:5      | 193527 ||| FLEEEEING.
193543 | D:5      | 193543 ||| FLEEEEING.
193559 | D:5      | 193559 ||| FLEEEEING.
193575 | D:5      | 193575 ||| FLEEEEING.
193591 | D:5      | 193591 ||| FLEEEEING.
193607 | D:5      | 193607 ||| FLEEEEING.
193623 | D:5      | 193623 ||| FLEEEEING.
193639 | D:5      | 193639 ||| FLEEEEING.
193655 | D:5      | 193655 ||| FLEEEEING.
193671 | D:5      | 193671 ||| FLEEEEING.
193687 | D:5      | 193687 ||| FLEEEEING.
193703 | D:5      | 193703 ||| FLEEEEING.
193719 | D:5      | 193719 ||| FLEEEEING.
193735 | D:5      | 193735 ||| FLEEEEING.
193751 | D:5      | 193751 ||| FLEEEEING.
193767 | D:5      | 193767 ||| FLEEEEING.
193778 | D:5      | Glimpsed the power of Zot.
193783 | D:5      | 193783 ||| FLEEEEING.
193799 | D:5      | 193799 ||| FLEEEEING.
193815 | D:5      | 193815 ||| FLEEEEING.
193831 | D:5      | 193831 ||| FLEEEEING.
193847 | D:5      | 193847 ||| FLEEEEING.
193863 | D:5      | 193863 ||| FLEEEEING.
193877 | D:5      | Touched by the power of Zot.
193878 | D:5      | Glimpsed the power of Zot.
193879 | D:5      | 193879 ||| FLEEEEING.
193895 | D:5      | 193895 ||| FLEEEEING.
193911 | D:5      | 193911 ||| FLEEEEING.
193927 | D:5      | 193927 ||| FLEEEEING.
193943 | D:5      | 193943 ||| FLEEEEING.
193959 | D:5      | 193959 ||| FLEEEEING.
193975 | D:5      | 193975 ||| FLEEEEING.
193991 | D:5      | 193991 ||| FLEEEEING.
194007 | D:5      | 194007 ||| FLEEEEING.
194023 | D:5      | 194023 ||| FLEEEEING.
194039 | D:5      | 194039 ||| FLEEEEING.
194055 | D:5      | 194055 ||| FLEEEEING.
194071 | D:5      | 194071 ||| FLEEEEING.
194087 | D:5      | 194087 ||| FLEEEEING.
194103 | D:5      | 194103 ||| FLEEEEING.
194119 | D:5      | 194119 ||| FLEEEEING.
194135 | D:5      | 194135 ||| FLEEEEING.
194151 | D:5      | 194151 ||| FLEEEEING.
194167 | D:5      | 194167 ||| FLEEEEING.
194183 | D:5      | 194183 ||| FLEEEEING.
194199 | D:5      | 194199 ||| FLEEEEING.
194215 | D:5      | 194215 ||| FLEEEEING.
194231 | D:5      | 194231 ||| FLEEEEING.
194247 | D:5      | 194247 ||| FLEEEEING.
194263 | D:5      | 194263 ||| FLEEEEING.
194279 | D:5      | 194279 ||| FLEEEEING.
194295 | D:5      | 194295 ||| FLEEEEING.
194311 | D:5      | 194311 ||| FLEEEEING.
194327 | D:5      | 194327 ||| FLEEEEING.
194343 | D:5      | 194343 ||| FLEEEEING.
194359 | D:5      | 194359 ||| FLEEEEING.
194375 | D:5      | 194375 ||| FLEEEEING.
194378 | D:5      | Glimpsed the power of Zot.
194391 | D:5      | 194391 ||| FLEEEEING.
194407 | D:5      | 194407 ||| FLEEEEING.
194423 | D:5      | 194423 ||| FLEEEEING.
194439 | D:5      | 194439 ||| FLEEEEING.
194455 | D:5      | 194455 ||| FLEEEEING.
194471 | D:5      | 194471 ||| FLEEEEING.
194487 | D:5      | 194487 ||| FLEEEEING.
194503 | D:5      | 194503 ||| FLEEEEING.
194519 | D:5      | 194519 ||| FLEEEEING.
194535 | D:5      | 194535 ||| FLEEEEING.
194551 | D:5      | 194551 ||| FLEEEEING.
194567 | D:5      | 194567 ||| FLEEEEING.
194583 | D:5      | 194583 ||| FLEEEEING.
194599 | D:5      | 194599 ||| FLEEEEING.
194615 | D:5      | 194615 ||| FLEEEEING.
194631 | D:5      | 194631 ||| FLEEEEING.
194647 | D:5      | 194647 ||| FLEEEEING.
194663 | D:5      | 194663 ||| FLEEEEING.
194679 | D:5      | 194679 ||| FLEEEEING.
194695 | D:5      | 194695 ||| FLEEEEING.
194711 | D:5      | 194711 ||| FLEEEEING.
194727 | D:5      | 194727 ||| FLEEEEING.
194743 | D:5      | 194743 ||| FLEEEEING.
194759 | D:5      | 194759 ||| FLEEEEING.
194775 | D:5      | 194775 ||| FLEEEEING.
194778 | D:5      | Glimpsed the power of Zot.
194791 | D:5      | 194791 ||| FLEEEEING.
194807 | D:5      | 194807 ||| FLEEEEING.
194823 | D:5      | 194823 ||| FLEEEEING.
194839 | D:5      | 194839 ||| FLEEEEING.
194855 | D:5      | 194855 ||| FLEEEEING.
194871 | D:5      | 194871 ||| FLEEEEING.
194877 | D:5      | Touched by the power of Zot.
194878 | D:5      | Glimpsed the power of Zot.
194887 | D:5      | 194887 ||| FLEEEEING.
194903 | D:5      | 194903 ||| FLEEEEING.
194919 | D:5      | 194919 ||| FLEEEEING.
194935 | D:5      | 194935 ||| FLEEEEING.
194951 | D:5      | 194951 ||| FLEEEEING.
194967 | D:5      | 194967 ||| FLEEEEING.
194983 | D:5      | 194983 ||| FLEEEEING.
194999 | D:5      | 194999 ||| FLEEEEING.
195015 | D:5      | 195015 ||| FLEEEEING.
195031 | D:5      | 195031 ||| FLEEEEING.
195047 | D:5      | 195047 ||| FLEEEEING.
195063 | D:5      | 195063 ||| FLEEEEING.
195079 | D:5      | 195079 ||| FLEEEEING.
195095 | D:5      | 195095 ||| FLEEEEING.
195111 | D:5      | 195111 ||| FLEEEEING.
195127 | D:5      | 195127 ||| FLEEEEING.
195143 | D:5      | 195143 ||| FLEEEEING.
195159 | D:5      | 195159 ||| FLEEEEING.
195175 | D:5      | 195175 ||| FLEEEEING.
195191 | D:5      | 195191 ||| FLEEEEING.
195207 | D:5      | 195207 ||| FLEEEEING.
195223 | D:5      | 195223 ||| FLEEEEING.
195239 | D:5      | 195239 ||| FLEEEEING.
195255 | D:5      | 195255 ||| FLEEEEING.
195271 | D:5      | 195271 ||| FLEEEEING.
195287 | D:5      | 195287 ||| FLEEEEING.
195303 | D:5      | 195303 ||| FLEEEEING.
195319 | D:5      | 195319 ||| FLEEEEING.
195335 | D:5      | 195335 ||| FLEEEEING.
195351 | D:5      | 195351 ||| FLEEEEING.
195367 | D:5      | 195367 ||| FLEEEEING.
195378 | D:5      | Glimpsed the power of Zot.
195383 | D:5      | 195383 ||| FLEEEEING.
195399 | D:5      | 195399 ||| FLEEEEING.
195415 | D:5      | 195415 ||| FLEEEEING.
195431 | D:5      | 195431 ||| FLEEEEING.
195447 | D:5      | 195447 ||| FLEEEEING.
195463 | D:5      | 195463 ||| FLEEEEING.
195479 | D:5      | 195479 ||| FLEEEEING.
195495 | D:5      | 195495 ||| FLEEEEING.
195511 | D:5      | 195511 ||| FLEEEEING.
195527 | D:5      | 195527 ||| FLEEEEING.
195543 | D:5      | 195543 ||| FLEEEEING.
195559 | D:5      | 195559 ||| FLEEEEING.
195575 | D:5      | 195575 ||| FLEEEEING.
195591 | D:5      | 195591 ||| FLEEEEING.
195607 | D:5      | 195607 ||| FLEEEEING.
195623 | D:5      | 195623 ||| FLEEEEING.
195639 | D:5      | 195639 ||| FLEEEEING.
195655 | D:5      | 195655 ||| FLEEEEING.
195671 | D:5      | 195671 ||| FLEEEEING.
195687 | D:5      | 195687 ||| FLEEEEING.
195703 | D:5      | 195703 ||| FLEEEEING.
195719 | D:5      | 195719 ||| FLEEEEING.
195735 | D:5      | 195735 ||| FLEEEEING.
195751 | D:5      | 195751 ||| FLEEEEING.
195767 | D:5      | 195767 ||| FLEEEEING.
195778 | D:5      | Glimpsed the power of Zot.
195783 | D:5      | 195783 ||| FLEEEEING.
195799 | D:5      | 195799 ||| FLEEEEING.
195815 | D:5      | 195815 ||| FLEEEEING.
195831 | D:5      | 195831 ||| FLEEEEING.
195847 | D:5      | 195847 ||| FLEEEEING.
195863 | D:5      | 195863 ||| FLEEEEING.
195877 | D:5      | Touched by the power of Zot.
195878 | D:5      | Glimpsed the power of Zot.
195879 | D:5      | 195879 ||| FLEEEEING.
195895 | D:5      | 195895 ||| FLEEEEING.
195911 | D:5      | 195911 ||| FLEEEEING.
195927 | D:5      | 195927 ||| FLEEEEING.
195943 | D:5      | 195943 ||| FLEEEEING.
195959 | D:5      | 195959 ||| FLEEEEING.
195975 | D:5      | 195975 ||| FLEEEEING.
195991 | D:5      | 195991 ||| FLEEEEING.
196007 | D:5      | 196007 ||| FLEEEEING.
196023 | D:5      | 196023 ||| FLEEEEING.
196039 | D:5      | 196039 ||| FLEEEEING.
196055 | D:5      | 196055 ||| FLEEEEING.
196071 | D:5      | 196071 ||| FLEEEEING.
196087 | D:5      | 196087 ||| FLEEEEING.
196103 | D:5      | 196103 ||| FLEEEEING.
196119 | D:5      | 196119 ||| FLEEEEING.
196135 | D:5      | 196135 ||| FLEEEEING.
196151 | D:5      | 196151 ||| FLEEEEING.
196167 | D:5      | 196167 ||| FLEEEEING.
196183 | D:5      | 196183 ||| FLEEEEING.
196199 | D:5      | 196199 ||| FLEEEEING.
196215 | D:5      | 196215 ||| FLEEEEING.
196231 | D:5      | 196231 ||| FLEEEEING.
196247 | D:5      | 196247 ||| FLEEEEING.
196263 | D:5      | 196263 ||| FLEEEEING.
196279 | D:5      | 196279 ||| FLEEEEING.
196295 | D:5      | 196295 ||| FLEEEEING.
196311 | D:5      | 196311 ||| FLEEEEING.
196327 | D:5      | 196327 ||| FLEEEEING.
196343 | D:5      | 196343 ||| FLEEEEING.
196359 | D:5      | 196359 ||| FLEEEEING.
196375 | D:5      | 196375 ||| FLEEEEING.
196378 | D:5      | Glimpsed the power of Zot.
196391 | D:5      | 196391 ||| FLEEEEING.
196407 | D:5      | 196407 ||| FLEEEEING.
196423 | D:5      | 196423 ||| FLEEEEING.
196439 | D:5      | 196439 ||| FLEEEEING.
196455 | D:5      | 196455 ||| FLEEEEING.
196471 | D:5      | 196471 ||| FLEEEEING.
196487 | D:5      | 196487 ||| FLEEEEING.
196503 | D:5      | 196503 ||| FLEEEEING.
196519 | D:5      | 196519 ||| FLEEEEING.
196535 | D:5      | 196535 ||| FLEEEEING.
196551 | D:5      | 196551 ||| FLEEEEING.
196567 | D:5      | 196567 ||| FLEEEEING.
196583 | D:5      | 196583 ||| FLEEEEING.
196599 | D:5      | 196599 ||| FLEEEEING.
196615 | D:5      | 196615 ||| FLEEEEING.
196631 | D:5      | 196631 ||| FLEEEEING.
196647 | D:5      | 196647 ||| FLEEEEING.
196663 | D:5      | 196663 ||| FLEEEEING.
196679 | D:5      | 196679 ||| FLEEEEING.
196695 | D:5      | 196695 ||| FLEEEEING.
196711 | D:5      | 196711 ||| FLEEEEING.
196727 | D:5      | 196727 ||| FLEEEEING.
196743 | D:5      | 196743 ||| FLEEEEING.
196759 | D:5      | 196759 ||| FLEEEEING.
196775 | D:5      | 196775 ||| FLEEEEING.
196778 | D:5      | Glimpsed the power of Zot.
196791 | D:5      | 196791 ||| FLEEEEING.
196807 | D:5      | 196807 ||| FLEEEEING.
196823 | D:5      | 196823 ||| FLEEEEING.
196839 | D:5      | 196839 ||| FLEEEEING.
196855 | D:5      | 196855 ||| FLEEEEING.
196871 | D:5      | 196871 ||| FLEEEEING.
196877 | D:5      | Touched by the power of Zot.
196878 | D:5      | Glimpsed the power of Zot.
196887 | D:5      | 196887 ||| FLEEEEING.
196903 | D:5      | 196903 ||| FLEEEEING.
196919 | D:5      | 196919 ||| FLEEEEING.
196935 | D:5      | 196935 ||| FLEEEEING.
196951 | D:5      | 196951 ||| FLEEEEING.
196967 | D:5      | 196967 ||| FLEEEEING.
196983 | D:5      | 196983 ||| FLEEEEING.
196999 | D:5      | 196999 ||| FLEEEEING.
197015 | D:5      | 197015 ||| FLEEEEING.
197031 | D:5      | 197031 ||| FLEEEEING.
197047 | D:5      | 197047 ||| FLEEEEING.
197063 | D:5      | 197063 ||| FLEEEEING.
197079 | D:5      | 197079 ||| FLEEEEING.
197095 | D:5      | 197095 ||| FLEEEEING.
197111 | D:5      | 197111 ||| FLEEEEING.
197127 | D:5      | 197127 ||| FLEEEEING.
197143 | D:5      | 197143 ||| FLEEEEING.
197159 | D:5      | 197159 ||| FLEEEEING.
197175 | D:5      | 197175 ||| FLEEEEING.
197191 | D:5      | 197191 ||| FLEEEEING.
197207 | D:5      | 197207 ||| FLEEEEING.
197223 | D:5      | 197223 ||| FLEEEEING.
197239 | D:5      | 197239 ||| FLEEEEING.
197255 | D:5      | 197255 ||| FLEEEEING.
197271 | D:5      | 197271 ||| FLEEEEING.
197287 | D:5      | 197287 ||| FLEEEEING.
197303 | D:5      | 197303 ||| FLEEEEING.
197319 | D:5      | 197319 ||| FLEEEEING.
197335 | D:5      | 197335 ||| FLEEEEING.
197351 | D:5      | 197351 ||| FLEEEEING.
197367 | D:5      | 197367 ||| FLEEEEING.
197378 | D:5      | Glimpsed the power of Zot.
197383 | D:5      | 197383 ||| FLEEEEING.
197399 | D:5      | 197399 ||| FLEEEEING.
197415 | D:5      | 197415 ||| FLEEEEING.
197431 | D:5      | 197431 ||| FLEEEEING.
197447 | D:5      | 197447 ||| FLEEEEING.
197463 | D:5      | 197463 ||| FLEEEEING.
197479 | D:5      | 197479 ||| FLEEEEING.
197495 | D:5      | 197495 ||| FLEEEEING.
197511 | D:5      | 197511 ||| FLEEEEING.
197527 | D:5      | 197527 ||| FLEEEEING.
197543 | D:5      | 197543 ||| FLEEEEING.
197559 | D:5      | 197559 ||| FLEEEEING.
197575 | D:5      | 197575 ||| FLEEEEING.
197591 | D:5      | 197591 ||| FLEEEEING.
197607 | D:5      | 197607 ||| FLEEEEING.
197623 | D:5      | 197623 ||| FLEEEEING.
197639 | D:5      | 197639 ||| FLEEEEING.
197655 | D:5      | 197655 ||| FLEEEEING.
197671 | D:5      | 197671 ||| FLEEEEING.
197687 | D:5      | 197687 ||| FLEEEEING.
197703 | D:5      | 197703 ||| FLEEEEING.
197719 | D:5      | 197719 ||| FLEEEEING.
197735 | D:5      | 197735 ||| FLEEEEING.
197751 | D:5      | 197751 ||| FLEEEEING.
197767 | D:5      | 197767 ||| FLEEEEING.
197778 | D:5      | Glimpsed the power of Zot.
197783 | D:5      | 197783 ||| FLEEEEING.
197799 | D:5      | 197799 ||| FLEEEEING.
197815 | D:5      | 197815 ||| FLEEEEING.
197831 | D:5      | 197831 ||| FLEEEEING.
197847 | D:5      | 197847 ||| FLEEEEING.
197863 | D:5      | 197863 ||| FLEEEEING.
197877 | D:5      | Touched by the power of Zot.
197878 | D:5      | Glimpsed the power of Zot.
197879 | D:5      | 197879 ||| FLEEEEING.
197895 | D:5      | 197895 ||| FLEEEEING.
197911 | D:5      | 197911 ||| FLEEEEING.
197927 | D:5      | 197927 ||| FLEEEEING.
197943 | D:5      | 197943 ||| FLEEEEING.
197959 | D:5      | 197959 ||| FLEEEEING.
197975 | D:5      | 197975 ||| FLEEEEING.
197991 | D:5      | 197991 ||| FLEEEEING.
198007 | D:5      | 198007 ||| FLEEEEING.
198023 | D:5      | 198023 ||| FLEEEEING.
198039 | D:5      | 198039 ||| FLEEEEING.
198055 | D:5      | 198055 ||| FLEEEEING.
198071 | D:5      | 198071 ||| FLEEEEING.
198087 | D:5      | 198087 ||| FLEEEEING.
198103 | D:5      | 198103 ||| FLEEEEING.
198119 | D:5      | 198119 ||| FLEEEEING.
198135 | D:5      | 198135 ||| FLEEEEING.
198151 | D:5      | 198151 ||| FLEEEEING.
198167 | D:5      | 198167 ||| FLEEEEING.
198183 | D:5      | 198183 ||| FLEEEEING.
198199 | D:5      | 198199 ||| FLEEEEING.
198215 | D:5      | 198215 ||| FLEEEEING.
198231 | D:5      | 198231 ||| FLEEEEING.
198247 | D:5      | 198247 ||| FLEEEEING.
198263 | D:5      | 198263 ||| FLEEEEING.
198279 | D:5      | 198279 ||| FLEEEEING.
198295 | D:5      | 198295 ||| FLEEEEING.
198311 | D:5      | 198311 ||| FLEEEEING.
198327 | D:5      | 198327 ||| FLEEEEING.
198343 | D:5      | 198343 ||| FLEEEEING.
198359 | D:5      | 198359 ||| FLEEEEING.
198375 | D:5      | 198375 ||| FLEEEEING.
198378 | D:5      | Glimpsed the power of Zot.
198391 | D:5      | 198391 ||| FLEEEEING.
198407 | D:5      | 198407 ||| FLEEEEING.
198423 | D:5      | 198423 ||| FLEEEEING.
198439 | D:5      | 198439 ||| FLEEEEING.
198455 | D:5      | 198455 ||| FLEEEEING.
198471 | D:5      | 198471 ||| FLEEEEING.
198487 | D:5      | 198487 ||| FLEEEEING.
198503 | D:5      | 198503 ||| FLEEEEING.
198519 | D:5      | 198519 ||| FLEEEEING.
198535 | D:5      | 198535 ||| FLEEEEING.
198551 | D:5      | 198551 ||| FLEEEEING.
198567 | D:5      | 198567 ||| FLEEEEING.
198583 | D:5      | 198583 ||| FLEEEEING.
198599 | D:5      | 198599 ||| FLEEEEING.
198615 | D:5      | 198615 ||| FLEEEEING.
198631 | D:5      | 198631 ||| FLEEEEING.
198647 | D:5      | 198647 ||| FLEEEEING.
198663 | D:5      | 198663 ||| FLEEEEING.
198679 | D:5      | 198679 ||| FLEEEEING.
198695 | D:5      | 198695 ||| FLEEEEING.
198711 | D:5      | 198711 ||| FLEEEEING.
198727 | D:5      | 198727 ||| FLEEEEING.
198743 | D:5      | 198743 ||| FLEEEEING.
198759 | D:5      | 198759 ||| FLEEEEING.
198775 | D:5      | 198775 ||| FLEEEEING.
198778 | D:5      | Glimpsed the power of Zot.
198791 | D:5      | 198791 ||| FLEEEEING.
198807 | D:5      | 198807 ||| FLEEEEING.
198823 | D:5      | 198823 ||| FLEEEEING.
198839 | D:5      | 198839 ||| FLEEEEING.
198855 | D:5      | 198855 ||| FLEEEEING.
198871 | D:5      | 198871 ||| FLEEEEING.
198877 | D:5      | Touched by the power of Zot.
198878 | D:5      | Glimpsed the power of Zot.
198887 | D:5      | 198887 ||| FLEEEEING.
198903 | D:5      | 198903 ||| FLEEEEING.
198919 | D:5      | 198919 ||| FLEEEEING.
198935 | D:5      | 198935 ||| FLEEEEING.
198951 | D:5      | 198951 ||| FLEEEEING.
198967 | D:5      | 198967 ||| FLEEEEING.
198983 | D:5      | 198983 ||| FLEEEEING.
198999 | D:5      | 198999 ||| FLEEEEING.
199015 | D:5      | 199015 ||| FLEEEEING.
199031 | D:5      | 199031 ||| FLEEEEING.
199047 | D:5      | 199047 ||| FLEEEEING.
199063 | D:5      | 199063 ||| FLEEEEING.
199079 | D:5      | 199079 ||| FLEEEEING.
199095 | D:5      | 199095 ||| FLEEEEING.
199111 | D:5      | 199111 ||| FLEEEEING.
199127 | D:5      | 199127 ||| FLEEEEING.
199143 | D:5      | 199143 ||| FLEEEEING.
199159 | D:5      | 199159 ||| FLEEEEING.
199175 | D:5      | 199175 ||| FLEEEEING.
199191 | D:5      | 199191 ||| FLEEEEING.
199207 | D:5      | 199207 ||| FLEEEEING.
199223 | D:5      | 199223 ||| FLEEEEING.
199239 | D:5      | 199239 ||| FLEEEEING.
199255 | D:5      | 199255 ||| FLEEEEING.
199271 | D:5      | 199271 ||| FLEEEEING.
199287 | D:5      | 199287 ||| FLEEEEING.
199303 | D:5      | 199303 ||| FLEEEEING.
199319 | D:5      | 199319 ||| FLEEEEING.
199335 | D:5      | 199335 ||| FLEEEEING.
199351 | D:5      | 199351 ||| FLEEEEING.
199367 | D:5      | 199367 ||| FLEEEEING.
199378 | D:5      | Glimpsed the power of Zot.
199383 | D:5      | 199383 ||| FLEEEEING.
199399 | D:5      | 199399 ||| FLEEEEING.
199415 | D:5      | 199415 ||| FLEEEEING.
199431 | D:5      | 199431 ||| FLEEEEING.
199447 | D:5      | 199447 ||| FLEEEEING.
199463 | D:5      | 199463 ||| FLEEEEING.
199479 | D:5      | 199479 ||| FLEEEEING.
199495 | D:5      | 199495 ||| FLEEEEING.
199511 | D:5      | 199511 ||| FLEEEEING.
199527 | D:5      | 199527 ||| FLEEEEING.
199543 | D:5      | 199543 ||| FLEEEEING.
199559 | D:5      | 199559 ||| FLEEEEING.
199575 | D:5      | 199575 ||| FLEEEEING.
199591 | D:5      | 199591 ||| FLEEEEING.
199607 | D:5      | 199607 ||| FLEEEEING.
199623 | D:5      | 199623 ||| FLEEEEING.
199639 | D:5      | 199639 ||| FLEEEEING.
199655 | D:5      | 199655 ||| FLEEEEING.
199671 | D:5      | 199671 ||| FLEEEEING.
199687 | D:5      | 199687 ||| FLEEEEING.
199703 | D:5      | 199703 ||| FLEEEEING.
199719 | D:5      | 199719 ||| FLEEEEING.
199735 | D:5      | 199735 ||| FLEEEEING.
199751 | D:5      | 199751 ||| FLEEEEING.
199767 | D:5      | 199767 ||| FLEEEEING.
199778 | D:5      | Glimpsed the power of Zot.
199783 | D:5      | 199783 ||| FLEEEEING.
199799 | D:5      | 199799 ||| FLEEEEING.
199815 | D:5      | 199815 ||| FLEEEEING.
199831 | D:5      | 199831 ||| FLEEEEING.
199847 | D:5      | 199847 ||| FLEEEEING.
199863 | D:5      | 199863 ||| FLEEEEING.
199877 | D:5      | Touched by the power of Zot.
199878 | D:5      | Glimpsed the power of Zot.
199879 | D:5      | 199879 ||| FLEEEEING.
199895 | D:5      | 199895 ||| FLEEEEING.
199911 | D:5      | 199911 ||| FLEEEEING.
199927 | D:5      | 199927 ||| FLEEEEING.
199943 | D:5      | 199943 ||| FLEEEEING.
199959 | D:5      | 199959 ||| FLEEEEING.
199975 | D:5      | 199975 ||| FLEEEEING.
199991 | D:5      | 199991 ||| FLEEEEING.
200007 | D:5      | 200007 ||| FLEEEEING.
200023 | D:5      | 200023 ||| FLEEEEING.
200039 | D:5      | 200039 ||| FLEEEEING.
200055 | D:5      | 200055 ||| FLEEEEING.
200071 | D:5      | 200071 ||| FLEEEEING.
200087 | D:5      | 200087 ||| FLEEEEING.
200103 | D:5      | 200103 ||| FLEEEEING.
200119 | D:5      | 200119 ||| FLEEEEING.
200135 | D:5      | 200135 ||| FLEEEEING.
200151 | D:5      | 200151 ||| FLEEEEING.
200167 | D:5      | 200167 ||| FLEEEEING.
200183 | D:5      | 200183 ||| FLEEEEING.
200199 | D:5      | 200199 ||| FLEEEEING.
200215 | D:5      | 200215 ||| FLEEEEING.
200231 | D:5      | 200231 ||| FLEEEEING.
200247 | D:5      | 200247 ||| FLEEEEING.
200263 | D:5      | 200263 ||| FLEEEEING.
200279 | D:5      | 200279 ||| FLEEEEING.
200295 | D:5      | 200295 ||| FLEEEEING.
200311 | D:5      | 200311 ||| FLEEEEING.
200327 | D:5      | 200327 ||| FLEEEEING.
200343 | D:5      | 200343 ||| FLEEEEING.
200359 | D:5      | 200359 ||| FLEEEEING.
200375 | D:5      | 200375 ||| FLEEEEING.
200378 | D:5      | Glimpsed the power of Zot.
200391 | D:5      | 200391 ||| FLEEEEING.
200407 | D:5      | 200407 ||| FLEEEEING.
200423 | D:5      | 200423 ||| FLEEEEING.
200439 | D:5      | 200439 ||| FLEEEEING.
200455 | D:5      | 200455 ||| FLEEEEING.
200471 | D:5      | 200471 ||| FLEEEEING.
200487 | D:5      | 200487 ||| FLEEEEING.
200503 | D:5      | 200503 ||| FLEEEEING.
200519 | D:5      | 200519 ||| FLEEEEING.
200535 | D:5      | 200535 ||| FLEEEEING.
200551 | D:5      | 200551 ||| FLEEEEING.
200567 | D:5      | 200567 ||| FLEEEEING.
200583 | D:5      | 200583 ||| FLEEEEING.
200599 | D:5      | 200599 ||| FLEEEEING.
200615 | D:5      | 200615 ||| FLEEEEING.
200631 | D:5      | 200631 ||| FLEEEEING.
200647 | D:5      | 200647 ||| FLEEEEING.
200663 | D:5      | 200663 ||| FLEEEEING.
200679 | D:5      | 200679 ||| FLEEEEING.
200695 | D:5      | 200695 ||| FLEEEEING.
200711 | D:5      | 200711 ||| FLEEEEING.
200727 | D:5      | 200727 ||| FLEEEEING.
200743 | D:5      | 200743 ||| FLEEEEING.
200759 | D:5      | 200759 ||| FLEEEEING.
200775 | D:5      | 200775 ||| FLEEEEING.
200778 | D:5      | Glimpsed the power of Zot.
200791 | D:5      | 200791 ||| FLEEEEING.
200807 | D:5      | 200807 ||| FLEEEEING.
200823 | D:5      | 200823 ||| FLEEEEING.
200839 | D:5      | 200839 ||| FLEEEEING.
200855 | D:5      | 200855 ||| FLEEEEING.
200871 | D:5      | 200871 ||| FLEEEEING.
200877 | D:5      | Touched by the power of Zot.
200878 | D:5      | Glimpsed the power of Zot.
200887 | D:5      | 200887 ||| FLEEEEING.
200903 | D:5      | 200903 ||| FLEEEEING.
200919 | D:5      | 200919 ||| FLEEEEING.
200935 | D:5      | 200935 ||| FLEEEEING.
200951 | D:5      | 200951 ||| FLEEEEING.
200967 | D:5      | 200967 ||| FLEEEEING.
200983 | D:5      | 200983 ||| FLEEEEING.
200999 | D:5      | 200999 ||| FLEEEEING.
201015 | D:5      | 201015 ||| FLEEEEING.
201031 | D:5      | 201031 ||| FLEEEEING.
201047 | D:5      | 201047 ||| FLEEEEING.
201063 | D:5      | 201063 ||| FLEEEEING.
201079 | D:5      | 201079 ||| FLEEEEING.
201095 | D:5      | 201095 ||| FLEEEEING.
201111 | D:5      | 201111 ||| FLEEEEING.
201127 | D:5      | 201127 ||| FLEEEEING.
201143 | D:5      | 201143 ||| FLEEEEING.
201159 | D:5      | 201159 ||| FLEEEEING.
201175 | D:5      | 201175 ||| FLEEEEING.
201191 | D:5      | 201191 ||| FLEEEEING.
201207 | D:5      | 201207 ||| FLEEEEING.
201223 | D:5      | 201223 ||| FLEEEEING.
201239 | D:5      | 201239 ||| FLEEEEING.
201255 | D:5      | 201255 ||| FLEEEEING.
201271 | D:5      | 201271 ||| FLEEEEING.
201287 | D:5      | 201287 ||| FLEEEEING.
201303 | D:5      | 201303 ||| FLEEEEING.
201319 | D:5      | 201319 ||| FLEEEEING.
201335 | D:5      | 201335 ||| FLEEEEING.
201351 | D:5      | 201351 ||| FLEEEEING.
201367 | D:5      | 201367 ||| FLEEEEING.
201378 | D:5      | Glimpsed the power of Zot.
201383 | D:5      | 201383 ||| FLEEEEING.
201399 | D:5      | 201399 ||| FLEEEEING.
201415 | D:5      | 201415 ||| FLEEEEING.
201431 | D:5      | 201431 ||| FLEEEEING.
201447 | D:5      | 201447 ||| FLEEEEING.
201463 | D:5      | 201463 ||| FLEEEEING.
201479 | D:5      | 201479 ||| FLEEEEING.
201495 | D:5      | 201495 ||| FLEEEEING.
201511 | D:5      | 201511 ||| FLEEEEING.
201527 | D:5      | 201527 ||| FLEEEEING.
201543 | D:5      | 201543 ||| FLEEEEING.
201559 | D:5      | 201559 ||| FLEEEEING.
201575 | D:5      | 201575 ||| FLEEEEING.
201591 | D:5      | 201591 ||| FLEEEEING.
201607 | D:5      | 201607 ||| FLEEEEING.
201623 | D:5      | 201623 ||| FLEEEEING.
201639 | D:5      | 201639 ||| FLEEEEING.
201655 | D:5      | 201655 ||| FLEEEEING.
201671 | D:5      | 201671 ||| FLEEEEING.
201687 | D:5      | 201687 ||| FLEEEEING.
201703 | D:5      | 201703 ||| FLEEEEING.
201719 | D:5      | 201719 ||| FLEEEEING.
201735 | D:5      | 201735 ||| FLEEEEING.
201751 | D:5      | 201751 ||| FLEEEEING.
201767 | D:5      | 201767 ||| FLEEEEING.
201778 | D:5      | Glimpsed the power of Zot.
201783 | D:5      | 201783 ||| FLEEEEING.
201799 | D:5      | 201799 ||| FLEEEEING.
201815 | D:5      | 201815 ||| FLEEEEING.
201831 | D:5      | 201831 ||| FLEEEEING.
201847 | D:5      | 201847 ||| FLEEEEING.
201863 | D:5      | 201863 ||| FLEEEEING.
201877 | D:5      | Touched by the power of Zot.
201878 | D:5      | Glimpsed the power of Zot.
201879 | D:5      | 201879 ||| FLEEEEING.
201895 | D:5      | 201895 ||| FLEEEEING.
201911 | D:5      | 201911 ||| FLEEEEING.
201927 | D:5      | 201927 ||| FLEEEEING.
201943 | D:5      | 201943 ||| FLEEEEING.
201959 | D:5      | 201959 ||| FLEEEEING.
201975 | D:5      | 201975 ||| FLEEEEING.
201991 | D:5      | 201991 ||| FLEEEEING.
202007 | D:5      | 202007 ||| FLEEEEING.
202023 | D:5      | 202023 ||| FLEEEEING.
202039 | D:5      | 202039 ||| FLEEEEING.
202055 | D:5      | 202055 ||| FLEEEEING.
202071 | D:5      | 202071 ||| FLEEEEING.
202087 | D:5      | 202087 ||| FLEEEEING.
202103 | D:5      | 202103 ||| FLEEEEING.
202119 | D:5      | 202119 ||| FLEEEEING.
202135 | D:5      | 202135 ||| FLEEEEING.
202151 | D:5      | 202151 ||| FLEEEEING.
202167 | D:5      | 202167 ||| FLEEEEING.
202183 | D:5      | 202183 ||| FLEEEEING.
202199 | D:5      | 202199 ||| FLEEEEING.
202215 | D:5      | 202215 ||| FLEEEEING.
202231 | D:5      | 202231 ||| FLEEEEING.
202247 | D:5      | 202247 ||| FLEEEEING.
202263 | D:5      | 202263 ||| FLEEEEING.
202279 | D:5      | 202279 ||| FLEEEEING.
202295 | D:5      | 202295 ||| FLEEEEING.
202311 | D:5      | 202311 ||| FLEEEEING.
202327 | D:5      | 202327 ||| FLEEEEING.
202343 | D:5      | 202343 ||| FLEEEEING.
202359 | D:5      | 202359 ||| FLEEEEING.
202375 | D:5      | 202375 ||| FLEEEEING.
202378 | D:5      | Glimpsed the power of Zot.
202391 | D:5      | 202391 ||| FLEEEEING.
202407 | D:5      | 202407 ||| FLEEEEING.
202423 | D:5      | 202423 ||| FLEEEEING.
202439 | D:5      | 202439 ||| FLEEEEING.
202455 | D:5      | 202455 ||| FLEEEEING.
202471 | D:5      | 202471 ||| FLEEEEING.
202487 | D:5      | 202487 ||| FLEEEEING.
202503 | D:5      | 202503 ||| FLEEEEING.
202519 | D:5      | 202519 ||| FLEEEEING.
202535 | D:5      | 202535 ||| FLEEEEING.
202551 | D:5      | 202551 ||| FLEEEEING.
202567 | D:5      | 202567 ||| FLEEEEING.
202583 | D:5      | 202583 ||| FLEEEEING.
202599 | D:5      | 202599 ||| FLEEEEING.
202615 | D:5      | 202615 ||| FLEEEEING.
202631 | D:5      | 202631 ||| FLEEEEING.
202647 | D:5      | 202647 ||| FLEEEEING.
202663 | D:5      | 202663 ||| FLEEEEING.
202679 | D:5      | 202679 ||| FLEEEEING.
202695 | D:5      | 202695 ||| FLEEEEING.
202711 | D:5      | 202711 ||| FLEEEEING.
202727 | D:5      | 202727 ||| FLEEEEING.
202743 | D:5      | 202743 ||| FLEEEEING.
202759 | D:5      | 202759 ||| FLEEEEING.
202775 | D:5      | 202775 ||| FLEEEEING.
202778 | D:5      | Glimpsed the power of Zot.
202791 | D:5      | 202791 ||| FLEEEEING.
202807 | D:5      | 202807 ||| FLEEEEING.
202823 | D:5      | 202823 ||| FLEEEEING.
202839 | D:5      | 202839 ||| FLEEEEING.
202855 | D:5      | 202855 ||| FLEEEEING.
202871 | D:5      | 202871 ||| FLEEEEING.
202877 | D:5      | Touched by the power of Zot.
202878 | D:5      | Glimpsed the power of Zot.
202887 | D:5      | 202887 ||| FLEEEEING.
202903 | D:5      | 202903 ||| FLEEEEING.
202919 | D:5      | 202919 ||| FLEEEEING.
202935 | D:5      | 202935 ||| FLEEEEING.
202951 | D:5      | 202951 ||| FLEEEEING.
202967 | D:5      | 202967 ||| FLEEEEING.
202983 | D:5      | 202983 ||| FLEEEEING.
202999 | D:5      | 202999 ||| FLEEEEING.
203015 | D:5      | 203015 ||| FLEEEEING.
203031 | D:5      | 203031 ||| FLEEEEING.
203047 | D:5      | 203047 ||| FLEEEEING.
203063 | D:5      | 203063 ||| FLEEEEING.
203079 | D:5      | 203079 ||| FLEEEEING.
203095 | D:5      | 203095 ||| FLEEEEING.
203111 | D:5      | 203111 ||| FLEEEEING.
203127 | D:5      | 203127 ||| FLEEEEING.
203143 | D:5      | 203143 ||| FLEEEEING.
203159 | D:5      | 203159 ||| FLEEEEING.
203175 | D:5      | 203175 ||| FLEEEEING.
203191 | D:5      | 203191 ||| FLEEEEING.
203207 | D:5      | 203207 ||| FLEEEEING.
203223 | D:5      | 203223 ||| FLEEEEING.
203239 | D:5      | 203239 ||| FLEEEEING.
203255 | D:5      | 203255 ||| FLEEEEING.
203271 | D:5      | 203271 ||| FLEEEEING.
203287 | D:5      | 203287 ||| FLEEEEING.
203303 | D:5      | 203303 ||| FLEEEEING.
203319 | D:5      | 203319 ||| FLEEEEING.
203335 | D:5      | 203335 ||| FLEEEEING.
203351 | D:5      | 203351 ||| FLEEEEING.
203367 | D:5      | 203367 ||| FLEEEEING.
203378 | D:5      | Glimpsed the power of Zot.
203383 | D:5      | 203383 ||| FLEEEEING.
203399 | D:5      | 203399 ||| FLEEEEING.
203415 | D:5      | 203415 ||| FLEEEEING.
203431 | D:5      | 203431 ||| FLEEEEING.
203447 | D:5      | 203447 ||| FLEEEEING.
203463 | D:5      | 203463 ||| FLEEEEING.
203479 | D:5      | 203479 ||| FLEEEEING.
203495 | D:5      | 203495 ||| FLEEEEING.
203511 | D:5      | 203511 ||| FLEEEEING.
203527 | D:5      | 203527 ||| FLEEEEING.
203543 | D:5      | 203543 ||| FLEEEEING.
203559 | D:5      | 203559 ||| FLEEEEING.
203575 | D:5      | 203575 ||| FLEEEEING.
203591 | D:5      | 203591 ||| FLEEEEING.
203607 | D:5      | 203607 ||| FLEEEEING.
203623 | D:5      | 203623 ||| FLEEEEING.
203639 | D:5      | 203639 ||| FLEEEEING.
203655 | D:5      | 203655 ||| FLEEEEING.
203671 | D:5      | 203671 ||| FLEEEEING.
203687 | D:5      | 203687 ||| FLEEEEING.
203703 | D:5      | 203703 ||| FLEEEEING.
203719 | D:5      | 203719 ||| FLEEEEING.
203735 | D:5      | 203735 ||| FLEEEEING.
203751 | D:5      | 203751 ||| FLEEEEING.
203767 | D:5      | 203767 ||| FLEEEEING.
203778 | D:5      | Glimpsed the power of Zot.
203783 | D:5      | 203783 ||| FLEEEEING.
203799 | D:5      | 203799 ||| FLEEEEING.
203815 | D:5      | 203815 ||| FLEEEEING.
203831 | D:5      | 203831 ||| FLEEEEING.
203847 | D:5      | 203847 ||| FLEEEEING.
203863 | D:5      | 203863 ||| FLEEEEING.
203877 | D:5      | Touched by the power of Zot.
203878 | D:5      | Glimpsed the power of Zot.
203879 | D:5      | 203879 ||| FLEEEEING.
203895 | D:5      | 203895 ||| FLEEEEING.
203911 | D:5      | 203911 ||| FLEEEEING.
203927 | D:5      | 203927 ||| FLEEEEING.
203943 | D:5      | 203943 ||| FLEEEEING.
203959 | D:5      | 203959 ||| FLEEEEING.
203975 | D:5      | 203975 ||| FLEEEEING.
203991 | D:5      | 203991 ||| FLEEEEING.
204007 | D:5      | 204007 ||| FLEEEEING.
204023 | D:5      | 204023 ||| FLEEEEING.
204039 | D:5      | 204039 ||| FLEEEEING.
204055 | D:5      | 204055 ||| FLEEEEING.
204071 | D:5      | 204071 ||| FLEEEEING.
204087 | D:5      | 204087 ||| FLEEEEING.
204103 | D:5      | 204103 ||| FLEEEEING.
204119 | D:5      | 204119 ||| FLEEEEING.
204135 | D:5      | 204135 ||| FLEEEEING.
204151 | D:5      | 204151 ||| FLEEEEING.
204167 | D:5      | 204167 ||| FLEEEEING.
204183 | D:5      | 204183 ||| FLEEEEING.
204199 | D:5      | 204199 ||| FLEEEEING.
204215 | D:5      | 204215 ||| FLEEEEING.
204231 | D:5      | 204231 ||| FLEEEEING.
204247 | D:5      | 204247 ||| FLEEEEING.
204263 | D:5      | 204263 ||| FLEEEEING.
204279 | D:5      | 204279 ||| FLEEEEING.
204295 | D:5      | 204295 ||| FLEEEEING.
204311 | D:5      | 204311 ||| FLEEEEING.
204327 | D:5      | 204327 ||| FLEEEEING.
204343 | D:5      | 204343 ||| FLEEEEING.
204359 | D:5      | 204359 ||| FLEEEEING.
204375 | D:5      | 204375 ||| FLEEEEING.
204378 | D:5      | Glimpsed the power of Zot.
204391 | D:5      | 204391 ||| FLEEEEING.
204407 | D:5      | 204407 ||| FLEEEEING.
204423 | D:5      | 204423 ||| FLEEEEING.
204439 | D:5      | 204439 ||| FLEEEEING.
204455 | D:5      | 204455 ||| FLEEEEING.
204471 | D:5      | 204471 ||| FLEEEEING.
204487 | D:5      | 204487 ||| FLEEEEING.
204503 | D:5      | 204503 ||| FLEEEEING.
204519 | D:5      | 204519 ||| FLEEEEING.
204535 | D:5      | 204535 ||| FLEEEEING.
204551 | D:5      | 204551 ||| FLEEEEING.
204567 | D:5      | 204567 ||| FLEEEEING.
204583 | D:5      | 204583 ||| FLEEEEING.
204599 | D:5      | 204599 ||| FLEEEEING.
204615 | D:5      | 204615 ||| FLEEEEING.
204631 | D:5      | 204631 ||| FLEEEEING.
204647 | D:5      | 204647 ||| FLEEEEING.
204663 | D:5      | 204663 ||| FLEEEEING.
204679 | D:5      | 204679 ||| FLEEEEING.
204695 | D:5      | 204695 ||| FLEEEEING.
204711 | D:5      | 204711 ||| FLEEEEING.
204727 | D:5      | 204727 ||| FLEEEEING.
204743 | D:5      | 204743 ||| FLEEEEING.
204759 | D:5      | 204759 ||| FLEEEEING.
204775 | D:5      | 204775 ||| FLEEEEING.
204778 | D:5      | Glimpsed the power of Zot.
204791 | D:5      | 204791 ||| FLEEEEING.
204807 | D:5      | 204807 ||| FLEEEEING.
204823 | D:5      | 204823 ||| FLEEEEING.
204839 | D:5      | 204839 ||| FLEEEEING.
204855 | D:5      | 204855 ||| FLEEEEING.
204871 | D:5      | 204871 ||| FLEEEEING.
204877 | D:5      | Touched by the power of Zot.
204878 | D:5      | Glimpsed the power of Zot.
204887 | D:5      | 204887 ||| FLEEEEING.
204903 | D:5      | 204903 ||| FLEEEEING.
204919 | D:5      | 204919 ||| FLEEEEING.
204935 | D:5      | 204935 ||| FLEEEEING.
204951 | D:5      | 204951 ||| FLEEEEING.
204967 | D:5      | 204967 ||| FLEEEEING.
204983 | D:5      | 204983 ||| FLEEEEING.
204999 | D:5      | 204999 ||| FLEEEEING.
205015 | D:5      | 205015 ||| FLEEEEING.
205031 | D:5      | 205031 ||| FLEEEEING.
205047 | D:5      | 205047 ||| FLEEEEING.
205063 | D:5      | 205063 ||| FLEEEEING.
205079 | D:5      | 205079 ||| FLEEEEING.
205095 | D:5      | 205095 ||| FLEEEEING.
205111 | D:5      | 205111 ||| FLEEEEING.
205127 | D:5      | 205127 ||| FLEEEEING.
205143 | D:5      | 205143 ||| FLEEEEING.
205159 | D:5      | 205159 ||| FLEEEEING.
205175 | D:5      | 205175 ||| FLEEEEING.
205191 | D:5      | 205191 ||| FLEEEEING.
205207 | D:5      | 205207 ||| FLEEEEING.
205223 | D:5      | 205223 ||| FLEEEEING.
205239 | D:5      | 205239 ||| FLEEEEING.
205255 | D:5      | 205255 ||| FLEEEEING.
205271 | D:5      | 205271 ||| FLEEEEING.
205287 | D:5      | 205287 ||| FLEEEEING.
205303 | D:5      | 205303 ||| FLEEEEING.
205319 | D:5      | 205319 ||| FLEEEEING.
205335 | D:5      | 205335 ||| FLEEEEING.
205351 | D:5      | 205351 ||| FLEEEEING.
205367 | D:5      | 205367 ||| FLEEEEING.
205378 | D:5      | Glimpsed the power of Zot.
205383 | D:5      | 205383 ||| FLEEEEING.
205399 | D:5      | 205399 ||| FLEEEEING.
205415 | D:5      | 205415 ||| FLEEEEING.
205431 | D:5      | 205431 ||| FLEEEEING.
205447 | D:5      | 205447 ||| FLEEEEING.
205463 | D:5      | 205463 ||| FLEEEEING.
205479 | D:5      | 205479 ||| FLEEEEING.
205495 | D:5      | 205495 ||| FLEEEEING.
205511 | D:5      | 205511 ||| FLEEEEING.
205527 | D:5      | 205527 ||| FLEEEEING.
205543 | D:5      | 205543 ||| FLEEEEING.
205559 | D:5      | 205559 ||| FLEEEEING.
205575 | D:5      | 205575 ||| FLEEEEING.
205591 | D:5      | 205591 ||| FLEEEEING.
205607 | D:5      | 205607 ||| FLEEEEING.
205623 | D:5      | 205623 ||| FLEEEEING.
205639 | D:5      | 205639 ||| FLEEEEING.
205655 | D:5      | 205655 ||| FLEEEEING.
205671 | D:5      | 205671 ||| FLEEEEING.
205687 | D:5      | 205687 ||| FLEEEEING.
205703 | D:5      | 205703 ||| FLEEEEING.
205719 | D:5      | 205719 ||| FLEEEEING.
205735 | D:5      | 205735 ||| FLEEEEING.
205751 | D:5      | 205751 ||| FLEEEEING.
205767 | D:5      | 205767 ||| FLEEEEING.
205778 | D:5      | Glimpsed the power of Zot.
205783 | D:5      | 205783 ||| FLEEEEING.
205799 | D:5      | 205799 ||| FLEEEEING.
205815 | D:5      | 205815 ||| FLEEEEING.
205831 | D:5      | 205831 ||| FLEEEEING.
205847 | D:5      | 205847 ||| FLEEEEING.
205863 | D:5      | 205863 ||| FLEEEEING.
205877 | D:5      | Touched by the power of Zot.
205878 | D:5      | Glimpsed the power of Zot.
205879 | D:5      | 205879 ||| FLEEEEING.
205895 | D:5      | 205895 ||| FLEEEEING.
205911 | D:5      | 205911 ||| FLEEEEING.
205927 | D:5      | 205927 ||| FLEEEEING.
205943 | D:5      | 205943 ||| FLEEEEING.
205959 | D:5      | 205959 ||| FLEEEEING.
205975 | D:5      | 205975 ||| FLEEEEING.
205991 | D:5      | 205991 ||| FLEEEEING.
206007 | D:5      | 206007 ||| FLEEEEING.
206023 | D:5      | 206023 ||| FLEEEEING.
206039 | D:5      | 206039 ||| FLEEEEING.
206055 | D:5      | 206055 ||| FLEEEEING.
206071 | D:5      | 206071 ||| FLEEEEING.
206087 | D:5      | 206087 ||| FLEEEEING.
206103 | D:5      | 206103 ||| FLEEEEING.
206119 | D:5      | 206119 ||| FLEEEEING.
206135 | D:5      | 206135 ||| FLEEEEING.
206151 | D:5      | 206151 ||| FLEEEEING.
206167 | D:5      | 206167 ||| FLEEEEING.
206183 | D:5      | 206183 ||| FLEEEEING.
206199 | D:5      | 206199 ||| FLEEEEING.
206215 | D:5      | 206215 ||| FLEEEEING.
206231 | D:5      | 206231 ||| FLEEEEING.
206247 | D:5      | 206247 ||| FLEEEEING.
206263 | D:5      | 206263 ||| FLEEEEING.
206279 | D:5      | 206279 ||| FLEEEEING.
206295 | D:5      | 206295 ||| FLEEEEING.
206311 | D:5      | 206311 ||| FLEEEEING.
206327 | D:5      | 206327 ||| FLEEEEING.
206343 | D:5      | 206343 ||| FLEEEEING.
206359 | D:5      | 206359 ||| FLEEEEING.
206375 | D:5      | 206375 ||| FLEEEEING.
206378 | D:5      | Glimpsed the power of Zot.
206391 | D:5      | 206391 ||| FLEEEEING.
206407 | D:5      | 206407 ||| FLEEEEING.
206423 | D:5      | 206423 ||| FLEEEEING.
206439 | D:5      | 206439 ||| FLEEEEING.
206455 | D:5      | 206455 ||| FLEEEEING.
206471 | D:5      | 206471 ||| FLEEEEING.
206487 | D:5      | 206487 ||| FLEEEEING.
206503 | D:5      | 206503 ||| FLEEEEING.
206519 | D:5      | 206519 ||| FLEEEEING.
206535 | D:5      | 206535 ||| FLEEEEING.
206551 | D:5      | 206551 ||| FLEEEEING.
206567 | D:5      | 206567 ||| FLEEEEING.
206583 | D:5      | 206583 ||| FLEEEEING.
206599 | D:5      | 206599 ||| FLEEEEING.
206615 | D:5      | 206615 ||| FLEEEEING.
206631 | D:5      | 206631 ||| FLEEEEING.
206647 | D:5      | 206647 ||| FLEEEEING.
206663 | D:5      | 206663 ||| FLEEEEING.
206679 | D:5      | 206679 ||| FLEEEEING.
206695 | D:5      | 206695 ||| FLEEEEING.
206711 | D:5      | 206711 ||| FLEEEEING.
206727 | D:5      | 206727 ||| FLEEEEING.
206743 | D:5      | 206743 ||| FLEEEEING.
206759 | D:5      | 206759 ||| FLEEEEING.
206775 | D:5      | 206775 ||| FLEEEEING.
206778 | D:5      | Glimpsed the power of Zot.
206791 | D:5      | 206791 ||| FLEEEEING.
206807 | D:5      | 206807 ||| FLEEEEING.
206823 | D:5      | 206823 ||| FLEEEEING.
206839 | D:5      | 206839 ||| FLEEEEING.
206855 | D:5      | 206855 ||| FLEEEEING.
206871 | D:5      | 206871 ||| FLEEEEING.
206877 | D:5      | Touched by the power of Zot.
206878 | D:5      | Glimpsed the power of Zot.
206887 | D:5      | 206887 ||| FLEEEEING.
206903 | D:5      | 206903 ||| FLEEEEING.
206919 | D:5      | 206919 ||| FLEEEEING.
206935 | D:5      | 206935 ||| FLEEEEING.
206951 | D:5      | 206951 ||| FLEEEEING.
206967 | D:5      | 206967 ||| FLEEEEING.
206983 | D:5      | 206983 ||| FLEEEEING.
206999 | D:5      | 206999 ||| FLEEEEING.
207015 | D:5      | 207015 ||| FLEEEEING.
207031 | D:5      | 207031 ||| FLEEEEING.
207047 | D:5      | 207047 ||| FLEEEEING.
207063 | D:5      | 207063 ||| FLEEEEING.
207079 | D:5      | 207079 ||| FLEEEEING.
207095 | D:5      | 207095 ||| FLEEEEING.
207111 | D:5      | 207111 ||| FLEEEEING.
207127 | D:5      | 207127 ||| FLEEEEING.
207143 | D:5      | 207143 ||| FLEEEEING.
207159 | D:5      | 207159 ||| FLEEEEING.
207175 | D:5      | 207175 ||| FLEEEEING.
207191 | D:5      | 207191 ||| FLEEEEING.
207207 | D:5      | 207207 ||| FLEEEEING.
207223 | D:5      | 207223 ||| FLEEEEING.
207239 | D:5      | 207239 ||| FLEEEEING.
207255 | D:5      | 207255 ||| FLEEEEING.
207271 | D:5      | 207271 ||| FLEEEEING.
207287 | D:5      | 207287 ||| FLEEEEING.
207303 | D:5      | 207303 ||| FLEEEEING.
207319 | D:5      | 207319 ||| FLEEEEING.
207335 | D:5      | 207335 ||| FLEEEEING.
207351 | D:5      | 207351 ||| FLEEEEING.
207367 | D:5      | 207367 ||| FLEEEEING.
207378 | D:5      | Glimpsed the power of Zot.
207383 | D:5      | 207383 ||| FLEEEEING.
207399 | D:5      | 207399 ||| FLEEEEING.
207415 | D:5      | 207415 ||| FLEEEEING.
207431 | D:5      | 207431 ||| FLEEEEING.
207447 | D:5      | 207447 ||| FLEEEEING.
207463 | D:5      | 207463 ||| FLEEEEING.
207479 | D:5      | 207479 ||| FLEEEEING.
207495 | D:5      | 207495 ||| FLEEEEING.
207511 | D:5      | 207511 ||| FLEEEEING.
207527 | D:5      | 207527 ||| FLEEEEING.
207543 | D:5      | 207543 ||| FLEEEEING.
207559 | D:5      | 207559 ||| FLEEEEING.
207575 | D:5      | 207575 ||| FLEEEEING.
207591 | D:5      | 207591 ||| FLEEEEING.
207607 | D:5      | 207607 ||| FLEEEEING.
207623 | D:5      | 207623 ||| FLEEEEING.
207639 | D:5      | 207639 ||| FLEEEEING.
207655 | D:5      | 207655 ||| FLEEEEING.
207671 | D:5      | 207671 ||| FLEEEEING.
207687 | D:5      | 207687 ||| FLEEEEING.
207703 | D:5      | 207703 ||| FLEEEEING.
207719 | D:5      | 207719 ||| FLEEEEING.
207735 | D:5      | 207735 ||| FLEEEEING.
207751 | D:5      | 207751 ||| FLEEEEING.
207767 | D:5      | 207767 ||| FLEEEEING.
207778 | D:5      | Glimpsed the power of Zot.
207783 | D:5      | 207783 ||| FLEEEEING.
207799 | D:5      | 207799 ||| FLEEEEING.
207815 | D:5      | 207815 ||| FLEEEEING.
207831 | D:5      | 207831 ||| FLEEEEING.
207847 | D:5      | 207847 ||| FLEEEEING.
207863 | D:5      | 207863 ||| FLEEEEING.
207877 | D:5      | Touched by the power of Zot.
207878 | D:5      | Glimpsed the power of Zot.
207879 | D:5      | 207879 ||| FLEEEEING.
207895 | D:5      | 207895 ||| FLEEEEING.
207911 | D:5      | 207911 ||| FLEEEEING.
207927 | D:5      | 207927 ||| FLEEEEING.
207943 | D:5      | 207943 ||| FLEEEEING.
207959 | D:5      | 207959 ||| FLEEEEING.
207975 | D:5      | 207975 ||| FLEEEEING.
207991 | D:5      | 207991 ||| FLEEEEING.
208007 | D:5      | 208007 ||| FLEEEEING.
208023 | D:5      | 208023 ||| FLEEEEING.
208039 | D:5      | 208039 ||| FLEEEEING.
208055 | D:5      | 208055 ||| FLEEEEING.
208071 | D:5      | 208071 ||| FLEEEEING.
208087 | D:5      | 208087 ||| FLEEEEING.
208103 | D:5      | 208103 ||| FLEEEEING.
208119 | D:5      | 208119 ||| FLEEEEING.
208135 | D:5      | 208135 ||| FLEEEEING.
208151 | D:5      | 208151 ||| FLEEEEING.
208167 | D:5      | 208167 ||| FLEEEEING.
208183 | D:5      | 208183 ||| FLEEEEING.
208199 | D:5      | 208199 ||| FLEEEEING.
208215 | D:5      | 208215 ||| FLEEEEING.
208231 | D:5      | 208231 ||| FLEEEEING.
208247 | D:5      | 208247 ||| FLEEEEING.
208263 | D:5      | 208263 ||| FLEEEEING.
208279 | D:5      | 208279 ||| FLEEEEING.
208295 | D:5      | 208295 ||| FLEEEEING.
208311 | D:5      | 208311 ||| FLEEEEING.
208327 | D:5      | 208327 ||| FLEEEEING.
208343 | D:5      | 208343 ||| FLEEEEING.
208359 | D:5      | 208359 ||| FLEEEEING.
208375 | D:5      | 208375 ||| FLEEEEING.
208378 | D:5      | Glimpsed the power of Zot.
208391 | D:5      | 208391 ||| FLEEEEING.
208407 | D:5      | 208407 ||| FLEEEEING.
208423 | D:5      | 208423 ||| FLEEEEING.
208439 | D:5      | 208439 ||| FLEEEEING.
208455 | D:5      | 208455 ||| FLEEEEING.
208471 | D:5      | 208471 ||| FLEEEEING.
208487 | D:5      | 208487 ||| FLEEEEING.
208503 | D:5      | 208503 ||| FLEEEEING.
208519 | D:5      | 208519 ||| FLEEEEING.
208535 | D:5      | 208535 ||| FLEEEEING.
208551 | D:5      | 208551 ||| FLEEEEING.
208567 | D:5      | 208567 ||| FLEEEEING.
208583 | D:5      | 208583 ||| FLEEEEING.
208599 | D:5      | 208599 ||| FLEEEEING.
208615 | D:5      | 208615 ||| FLEEEEING.
208631 | D:5      | 208631 ||| FLEEEEING.
208647 | D:5      | 208647 ||| FLEEEEING.
208663 | D:5      | 208663 ||| FLEEEEING.
208679 | D:5      | 208679 ||| FLEEEEING.
208695 | D:5      | 208695 ||| FLEEEEING.
208711 | D:5      | 208711 ||| FLEEEEING.
208727 | D:5      | 208727 ||| FLEEEEING.
208743 | D:5      | 208743 ||| FLEEEEING.
208759 | D:5      | 208759 ||| FLEEEEING.
208775 | D:5      | 208775 ||| FLEEEEING.
208778 | D:5      | Glimpsed the power of Zot.
208791 | D:5      | 208791 ||| FLEEEEING.
208807 | D:5      | 208807 ||| FLEEEEING.
208823 | D:5      | 208823 ||| FLEEEEING.
208839 | D:5      | 208839 ||| FLEEEEING.
208855 | D:5      | 208855 ||| FLEEEEING.
208871 | D:5      | 208871 ||| FLEEEEING.
208877 | D:5      | Touched by the power of Zot.
208878 | D:5      | Glimpsed the power of Zot.
208887 | D:5      | 208887 ||| FLEEEEING.
208903 | D:5      | 208903 ||| FLEEEEING.
208919 | D:5      | 208919 ||| FLEEEEING.
208935 | D:5      | 208935 ||| FLEEEEING.
208951 | D:5      | 208951 ||| FLEEEEING.
208967 | D:5      | 208967 ||| FLEEEEING.
208983 | D:5      | 208983 ||| FLEEEEING.
208999 | D:5      | 208999 ||| FLEEEEING.
209015 | D:5      | 209015 ||| FLEEEEING.
209031 | D:5      | 209031 ||| FLEEEEING.
209047 | D:5      | 209047 ||| FLEEEEING.
209063 | D:5      | 209063 ||| FLEEEEING.
209079 | D:5      | 209079 ||| FLEEEEING.
209095 | D:5      | 209095 ||| FLEEEEING.
209111 | D:5      | 209111 ||| FLEEEEING.
209127 | D:5      | 209127 ||| FLEEEEING.
209143 | D:5      | 209143 ||| FLEEEEING.
209159 | D:5      | 209159 ||| FLEEEEING.
209175 | D:5      | 209175 ||| FLEEEEING.
209191 | D:5      | 209191 ||| FLEEEEING.
209207 | D:5      | 209207 ||| FLEEEEING.
209223 | D:5      | 209223 ||| FLEEEEING.
209239 | D:5      | 209239 ||| FLEEEEING.
209255 | D:5      | 209255 ||| FLEEEEING.
209271 | D:5      | 209271 ||| FLEEEEING.
209287 | D:5      | 209287 ||| FLEEEEING.
209303 | D:5      | 209303 ||| FLEEEEING.
209319 | D:5      | 209319 ||| FLEEEEING.
209335 | D:5      | 209335 ||| FLEEEEING.
209351 | D:5      | 209351 ||| FLEEEEING.
209367 | D:5      | 209367 ||| FLEEEEING.
209378 | D:5      | Glimpsed the power of Zot.
209383 | D:5      | 209383 ||| FLEEEEING.
209399 | D:5      | 209399 ||| FLEEEEING.
209415 | D:5      | 209415 ||| FLEEEEING.
209431 | D:5      | 209431 ||| FLEEEEING.
209447 | D:5      | 209447 ||| FLEEEEING.
209463 | D:5      | 209463 ||| FLEEEEING.
209479 | D:5      | 209479 ||| FLEEEEING.
209495 | D:5      | 209495 ||| FLEEEEING.
209511 | D:5      | 209511 ||| FLEEEEING.
209527 | D:5      | 209527 ||| FLEEEEING.
209543 | D:5      | 209543 ||| FLEEEEING.
209559 | D:5      | 209559 ||| FLEEEEING.
209575 | D:5      | 209575 ||| FLEEEEING.
209591 | D:5      | 209591 ||| FLEEEEING.
209607 | D:5      | 209607 ||| FLEEEEING.
209623 | D:5      | 209623 ||| FLEEEEING.
209639 | D:5      | 209639 ||| FLEEEEING.
209655 | D:5      | 209655 ||| FLEEEEING.
209671 | D:5      | 209671 ||| FLEEEEING.
209687 | D:5      | 209687 ||| FLEEEEING.
209703 | D:5      | 209703 ||| FLEEEEING.
209719 | D:5      | 209719 ||| FLEEEEING.
209735 | D:5      | 209735 ||| FLEEEEING.
209751 | D:5      | 209751 ||| FLEEEEING.
209767 | D:5      | 209767 ||| FLEEEEING.
209778 | D:5      | Glimpsed the power of Zot.
209783 | D:5      | 209783 ||| FLEEEEING.
209799 | D:5      | 209799 ||| FLEEEEING.
209815 | D:5      | 209815 ||| FLEEEEING.
209831 | D:5      | 209831 ||| FLEEEEING.
209847 | D:5      | 209847 ||| FLEEEEING.
209863 | D:5      | 209863 ||| FLEEEEING.
209877 | D:5      | Touched by the power of Zot.
209878 | D:5      | Glimpsed the power of Zot.
209879 | D:5      | 209879 ||| FLEEEEING.
209895 | D:5      | 209895 ||| FLEEEEING.
209911 | D:5      | 209911 ||| FLEEEEING.
209927 | D:5      | 209927 ||| FLEEEEING.
209943 | D:5      | 209943 ||| FLEEEEING.
209959 | D:5      | 209959 ||| FLEEEEING.
209975 | D:5      | 209975 ||| FLEEEEING.
209991 | D:5      | 209991 ||| FLEEEEING.
210007 | D:5      | 210007 ||| FLEEEEING.
210023 | D:5      | 210023 ||| FLEEEEING.
210039 | D:5      | 210039 ||| FLEEEEING.
210055 | D:5      | 210055 ||| FLEEEEING.
210071 | D:5      | 210071 ||| FLEEEEING.
210087 | D:5      | 210087 ||| FLEEEEING.
210103 | D:5      | 210103 ||| FLEEEEING.
210119 | D:5      | 210119 ||| FLEEEEING.
210135 | D:5      | 210135 ||| FLEEEEING.
210151 | D:5      | 210151 ||| FLEEEEING.
210167 | D:5      | 210167 ||| FLEEEEING.
210183 | D:5      | 210183 ||| FLEEEEING.
210199 | D:5      | 210199 ||| FLEEEEING.
210215 | D:5      | 210215 ||| FLEEEEING.
210231 | D:5      | 210231 ||| FLEEEEING.
210247 | D:5      | 210247 ||| FLEEEEING.
210263 | D:5      | 210263 ||| FLEEEEING.
210279 | D:5      | 210279 ||| FLEEEEING.
210295 | D:5      | 210295 ||| FLEEEEING.
210311 | D:5      | 210311 ||| FLEEEEING.
210327 | D:5      | 210327 ||| FLEEEEING.
210343 | D:5      | 210343 ||| FLEEEEING.
210359 | D:5      | 210359 ||| FLEEEEING.
210375 | D:5      | 210375 ||| FLEEEEING.
210378 | D:5      | Glimpsed the power of Zot.
210391 | D:5      | 210391 ||| FLEEEEING.
210407 | D:5      | 210407 ||| FLEEEEING.
210423 | D:5      | 210423 ||| FLEEEEING.
210439 | D:5      | 210439 ||| FLEEEEING.
210455 | D:5      | 210455 ||| FLEEEEING.
210471 | D:5      | 210471 ||| FLEEEEING.
210487 | D:5      | 210487 ||| FLEEEEING.
210503 | D:5      | 210503 ||| FLEEEEING.
210519 | D:5      | 210519 ||| FLEEEEING.
210535 | D:5      | 210535 ||| FLEEEEING.
210551 | D:5      | 210551 ||| FLEEEEING.
210567 | D:5      | 210567 ||| FLEEEEING.
210583 | D:5      | 210583 ||| FLEEEEING.
210599 | D:5      | 210599 ||| FLEEEEING.
210615 | D:5      | 210615 ||| FLEEEEING.
210631 | D:5      | 210631 ||| FLEEEEING.
210647 | D:5      | 210647 ||| FLEEEEING.
210663 | D:5      | 210663 ||| FLEEEEING.
210679 | D:5      | 210679 ||| FLEEEEING.
210695 | D:5      | 210695 ||| FLEEEEING.
210711 | D:5      | 210711 ||| FLEEEEING.
210727 | D:5      | 210727 ||| FLEEEEING.
210743 | D:5      | 210743 ||| FLEEEEING.
210759 | D:5      | 210759 ||| FLEEEEING.
210775 | D:5      | 210775 ||| FLEEEEING.
210778 | D:5      | Glimpsed the power of Zot.
210791 | D:5      | 210791 ||| FLEEEEING.
210807 | D:5      | 210807 ||| FLEEEEING.
210823 | D:5      | 210823 ||| FLEEEEING.
210839 | D:5      | 210839 ||| FLEEEEING.
210855 | D:5      | 210855 ||| FLEEEEING.
210871 | D:5      | 210871 ||| FLEEEEING.
210877 | D:5      | Touched by the power of Zot.
210878 | D:5      | Glimpsed the power of Zot.
210887 | D:5      | 210887 ||| FLEEEEING.
210903 | D:5      | 210903 ||| FLEEEEING.
210919 | D:5      | 210919 ||| FLEEEEING.
210935 | D:5      | 210935 ||| FLEEEEING.
210951 | D:5      | 210951 ||| FLEEEEING.
210967 | D:5      | 210967 ||| FLEEEEING.
210983 | D:5      | 210983 ||| FLEEEEING.
210999 | D:5      | 210999 ||| FLEEEEING.
211015 | D:5      | 211015 ||| FLEEEEING.
211031 | D:5      | 211031 ||| FLEEEEING.
211047 | D:5      | 211047 ||| FLEEEEING.
211063 | D:5      | 211063 ||| FLEEEEING.
211079 | D:5      | 211079 ||| FLEEEEING.
211095 | D:5      | 211095 ||| FLEEEEING.
211111 | D:5      | 211111 ||| FLEEEEING.
211127 | D:5      | 211127 ||| FLEEEEING.
211143 | D:5      | 211143 ||| FLEEEEING.
211159 | D:5      | 211159 ||| FLEEEEING.
211175 | D:5      | 211175 ||| FLEEEEING.
211191 | D:5      | 211191 ||| FLEEEEING.
211207 | D:5      | 211207 ||| FLEEEEING.
211223 | D:5      | 211223 ||| FLEEEEING.
211239 | D:5      | 211239 ||| FLEEEEING.
211255 | D:5      | 211255 ||| FLEEEEING.
211271 | D:5      | 211271 ||| FLEEEEING.
211287 | D:5      | 211287 ||| FLEEEEING.
211303 | D:5      | 211303 ||| FLEEEEING.
211319 | D:5      | 211319 ||| FLEEEEING.
211335 | D:5      | 211335 ||| FLEEEEING.
211351 | D:5      | 211351 ||| FLEEEEING.
211367 | D:5      | 211367 ||| FLEEEEING.
211378 | D:5      | Glimpsed the power of Zot.
211383 | D:5      | 211383 ||| FLEEEEING.
211399 | D:5      | 211399 ||| FLEEEEING.
211415 | D:5      | 211415 ||| FLEEEEING.
211431 | D:5      | 211431 ||| FLEEEEING.
211447 | D:5      | 211447 ||| FLEEEEING.
211463 | D:5      | 211463 ||| FLEEEEING.
211479 | D:5      | 211479 ||| FLEEEEING.
211495 | D:5      | 211495 ||| FLEEEEING.
211511 | D:5      | 211511 ||| FLEEEEING.
211527 | D:5      | 211527 ||| FLEEEEING.
211543 | D:5      | 211543 ||| FLEEEEING.
211559 | D:5      | 211559 ||| FLEEEEING.
211575 | D:5      | 211575 ||| FLEEEEING.
211591 | D:5      | 211591 ||| FLEEEEING.
211607 | D:5      | 211607 ||| FLEEEEING.
211623 | D:5      | 211623 ||| FLEEEEING.
211639 | D:5      | 211639 ||| FLEEEEING.
211655 | D:5      | 211655 ||| FLEEEEING.
211671 | D:5      | 211671 ||| FLEEEEING.
211687 | D:5      | 211687 ||| FLEEEEING.
211703 | D:5      | 211703 ||| FLEEEEING.
211719 | D:5      | 211719 ||| FLEEEEING.
211735 | D:5      | 211735 ||| FLEEEEING.
211751 | D:5      | 211751 ||| FLEEEEING.
211767 | D:5      | 211767 ||| FLEEEEING.
211778 | D:5      | Glimpsed the power of Zot.
211783 | D:5      | 211783 ||| FLEEEEING.
211799 | D:5      | 211799 ||| FLEEEEING.
211815 | D:5      | 211815 ||| FLEEEEING.
211831 | D:5      | 211831 ||| FLEEEEING.
211847 | D:5      | 211847 ||| FLEEEEING.
211863 | D:5      | 211863 ||| FLEEEEING.
211877 | D:5      | Touched by the power of Zot.
211878 | D:5      | Glimpsed the power of Zot.
211879 | D:5      | 211879 ||| FLEEEEING.
211895 | D:5      | 211895 ||| FLEEEEING.
211911 | D:5      | 211911 ||| FLEEEEING.
211927 | D:5      | 211927 ||| FLEEEEING.
211943 | D:5      | 211943 ||| FLEEEEING.
211959 | D:5      | 211959 ||| FLEEEEING.
211975 | D:5      | 211975 ||| FLEEEEING.
211991 | D:5      | 211991 ||| FLEEEEING.
212007 | D:5      | 212007 ||| FLEEEEING.
212023 | D:5      | 212023 ||| FLEEEEING.
212039 | D:5      | 212039 ||| FLEEEEING.
212055 | D:5      | 212055 ||| FLEEEEING.
212071 | D:5      | 212071 ||| FLEEEEING.
212087 | D:5      | 212087 ||| FLEEEEING.
212103 | D:5      | 212103 ||| FLEEEEING.
212119 | D:5      | 212119 ||| FLEEEEING.
212135 | D:5      | 212135 ||| FLEEEEING.
212151 | D:5      | 212151 ||| FLEEEEING.
212167 | D:5      | 212167 ||| FLEEEEING.
212183 | D:5      | 212183 ||| FLEEEEING.
212199 | D:5      | 212199 ||| FLEEEEING.
212215 | D:5      | 212215 ||| FLEEEEING.
212231 | D:5      | 212231 ||| FLEEEEING.
212247 | D:5      | 212247 ||| FLEEEEING.
212263 | D:5      | 212263 ||| FLEEEEING.
212279 | D:5      | 212279 ||| FLEEEEING.
212295 | D:5      | 212295 ||| FLEEEEING.
212311 | D:5      | 212311 ||| FLEEEEING.
212327 | D:5      | 212327 ||| FLEEEEING.
212343 | D:5      | 212343 ||| FLEEEEING.
212359 | D:5      | 212359 ||| FLEEEEING.
212375 | D:5      | 212375 ||| FLEEEEING.
212378 | D:5      | Glimpsed the power of Zot.
212391 | D:5      | 212391 ||| FLEEEEING.
212407 | D:5      | 212407 ||| FLEEEEING.
212423 | D:5      | 212423 ||| FLEEEEING.
212439 | D:5      | 212439 ||| FLEEEEING.
212455 | D:5      | 212455 ||| FLEEEEING.
212471 | D:5      | 212471 ||| FLEEEEING.
212487 | D:5      | 212487 ||| FLEEEEING.
212503 | D:5      | 212503 ||| FLEEEEING.
212519 | D:5      | 212519 ||| FLEEEEING.
212535 | D:5      | 212535 ||| FLEEEEING.
212551 | D:5      | 212551 ||| FLEEEEING.
212567 | D:5      | 212567 ||| FLEEEEING.
212583 | D:5      | 212583 ||| FLEEEEING.
212599 | D:5      | 212599 ||| FLEEEEING.
212615 | D:5      | 212615 ||| FLEEEEING.
212631 | D:5      | 212631 ||| FLEEEEING.
212647 | D:5      | 212647 ||| FLEEEEING.
212663 | D:5      | 212663 ||| FLEEEEING.
212679 | D:5      | 212679 ||| FLEEEEING.
212695 | D:5      | 212695 ||| FLEEEEING.
212711 | D:5      | 212711 ||| FLEEEEING.
212727 | D:5      | 212727 ||| FLEEEEING.
212743 | D:5      | 212743 ||| FLEEEEING.
212759 | D:5      | 212759 ||| FLEEEEING.
212775 | D:5      | 212775 ||| FLEEEEING.
212778 | D:5      | Glimpsed the power of Zot.
212791 | D:5      | 212791 ||| FLEEEEING.
212807 | D:5      | 212807 ||| FLEEEEING.
212823 | D:5      | 212823 ||| FLEEEEING.
212839 | D:5      | 212839 ||| FLEEEEING.
212855 | D:5      | 212855 ||| FLEEEEING.
212871 | D:5      | 212871 ||| FLEEEEING.
212877 | D:5      | Touched by the power of Zot.
212878 | D:5      | Glimpsed the power of Zot.
212887 | D:5      | 212887 ||| FLEEEEING.
212903 | D:5      | 212903 ||| FLEEEEING.
212919 | D:5      | 212919 ||| FLEEEEING.
212935 | D:5      | 212935 ||| FLEEEEING.
212951 | D:5      | 212951 ||| FLEEEEING.
212967 | D:5      | 212967 ||| FLEEEEING.
212983 | D:5      | 212983 ||| FLEEEEING.
212999 | D:5      | 212999 ||| FLEEEEING.
213015 | D:5      | 213015 ||| FLEEEEING.
213031 | D:5      | 213031 ||| FLEEEEING.
213047 | D:5      | 213047 ||| FLEEEEING.
213063 | D:5      | 213063 ||| FLEEEEING.
213079 | D:5      | 213079 ||| FLEEEEING.
213095 | D:5      | 213095 ||| FLEEEEING.
213111 | D:5      | 213111 ||| FLEEEEING.
213127 | D:5      | 213127 ||| FLEEEEING.
213143 | D:5      | 213143 ||| FLEEEEING.
213159 | D:5      | 213159 ||| FLEEEEING.
213175 | D:5      | 213175 ||| FLEEEEING.
213191 | D:5      | 213191 ||| FLEEEEING.
213207 | D:5      | 213207 ||| FLEEEEING.
213223 | D:5      | 213223 ||| FLEEEEING.
213239 | D:5      | 213239 ||| FLEEEEING.
213255 | D:5      | 213255 ||| FLEEEEING.
213271 | D:5      | 213271 ||| FLEEEEING.
213287 | D:5      | 213287 ||| FLEEEEING.
213303 | D:5      | 213303 ||| FLEEEEING.
213319 | D:5      | 213319 ||| FLEEEEING.
213335 | D:5      | 213335 ||| FLEEEEING.
213351 | D:5      | 213351 ||| FLEEEEING.
213367 | D:5      | 213367 ||| FLEEEEING.
213378 | D:5      | Glimpsed the power of Zot.
213383 | D:5      | 213383 ||| FLEEEEING.
213399 | D:5      | 213399 ||| FLEEEEING.
213415 | D:5      | 213415 ||| FLEEEEING.
213431 | D:5      | 213431 ||| FLEEEEING.
213447 | D:5      | 213447 ||| FLEEEEING.
213463 | D:5      | 213463 ||| FLEEEEING.
213479 | D:5      | 213479 ||| FLEEEEING.
213495 | D:5      | 213495 ||| FLEEEEING.
213511 | D:5      | 213511 ||| FLEEEEING.
213527 | D:5      | 213527 ||| FLEEEEING.
213543 | D:5      | 213543 ||| FLEEEEING.
213559 | D:5      | 213559 ||| FLEEEEING.
213575 | D:5      | 213575 ||| FLEEEEING.
213591 | D:5      | 213591 ||| FLEEEEING.
213607 | D:5      | 213607 ||| FLEEEEING.
213623 | D:5      | 213623 ||| FLEEEEING.
213639 | D:5      | 213639 ||| FLEEEEING.
213655 | D:5      | 213655 ||| FLEEEEING.
213671 | D:5      | 213671 ||| FLEEEEING.
213687 | D:5      | 213687 ||| FLEEEEING.
213703 | D:5      | 213703 ||| FLEEEEING.
213719 | D:5      | 213719 ||| FLEEEEING.
213735 | D:5      | 213735 ||| FLEEEEING.
213751 | D:5      | 213751 ||| FLEEEEING.
213767 | D:5      | 213767 ||| FLEEEEING.
213778 | D:5      | Glimpsed the power of Zot.
213783 | D:5      | 213783 ||| FLEEEEING.
213799 | D:5      | 213799 ||| FLEEEEING.
213815 | D:5      | 213815 ||| FLEEEEING.
213831 | D:5      | 213831 ||| FLEEEEING.
213847 | D:5      | 213847 ||| FLEEEEING.
213863 | D:5      | 213863 ||| FLEEEEING.
213877 | D:5      | Touched by the power of Zot.
213878 | D:5      | Glimpsed the power of Zot.
213879 | D:5      | 213879 ||| FLEEEEING.
213895 | D:5      | 213895 ||| FLEEEEING.
213911 | D:5      | 213911 ||| FLEEEEING.
213927 | D:5      | 213927 ||| FLEEEEING.
213943 | D:5      | 213943 ||| FLEEEEING.
213959 | D:5      | 213959 ||| FLEEEEING.
213975 | D:5      | 213975 ||| FLEEEEING.
213991 | D:5      | 213991 ||| FLEEEEING.
214007 | D:5      | 214007 ||| FLEEEEING.
214023 | D:5      | 214023 ||| FLEEEEING.
214039 | D:5      | 214039 ||| FLEEEEING.
214055 | D:5      | 214055 ||| FLEEEEING.
214071 | D:5      | 214071 ||| FLEEEEING.
214087 | D:5      | 214087 ||| FLEEEEING.
214103 | D:5      | 214103 ||| FLEEEEING.
214119 | D:5      | 214119 ||| FLEEEEING.
214135 | D:5      | 214135 ||| FLEEEEING.
214151 | D:5      | 214151 ||| FLEEEEING.
214167 | D:5      | 214167 ||| FLEEEEING.
214183 | D:5      | 214183 ||| FLEEEEING.
214199 | D:5      | 214199 ||| FLEEEEING.
214215 | D:5      | 214215 ||| FLEEEEING.
214231 | D:5      | 214231 ||| FLEEEEING.
214247 | D:5      | 214247 ||| FLEEEEING.
214263 | D:5      | 214263 ||| FLEEEEING.
214279 | D:5      | 214279 ||| FLEEEEING.
214295 | D:5      | 214295 ||| FLEEEEING.
214311 | D:5      | 214311 ||| FLEEEEING.
214327 | D:5      | 214327 ||| FLEEEEING.
214343 | D:5      | 214343 ||| FLEEEEING.
214359 | D:5      | 214359 ||| FLEEEEING.
214375 | D:5      | 214375 ||| FLEEEEING.
214378 | D:5      | Glimpsed the power of Zot.
214391 | D:5      | 214391 ||| FLEEEEING.
214407 | D:5      | 214407 ||| FLEEEEING.
214423 | D:5      | 214423 ||| FLEEEEING.
214439 | D:5      | 214439 ||| FLEEEEING.
214455 | D:5      | 214455 ||| FLEEEEING.
214471 | D:5      | 214471 ||| FLEEEEING.
214487 | D:5      | 214487 ||| FLEEEEING.
214503 | D:5      | 214503 ||| FLEEEEING.
214519 | D:5      | 214519 ||| FLEEEEING.
214535 | D:5      | 214535 ||| FLEEEEING.
214551 | D:5      | 214551 ||| FLEEEEING.
214567 | D:5      | 214567 ||| FLEEEEING.
214583 | D:5      | 214583 ||| FLEEEEING.
214599 | D:5      | 214599 ||| FLEEEEING.
214615 | D:5      | 214615 ||| FLEEEEING.
214631 | D:5      | 214631 ||| FLEEEEING.
214647 | D:5      | 214647 ||| FLEEEEING.
214663 | D:5      | 214663 ||| FLEEEEING.
214679 | D:5      | 214679 ||| FLEEEEING.
214695 | D:5      | 214695 ||| FLEEEEING.
214711 | D:5      | 214711 ||| FLEEEEING.
214727 | D:5      | 214727 ||| FLEEEEING.
214743 | D:5      | 214743 ||| FLEEEEING.
214759 | D:5      | 214759 ||| FLEEEEING.
214775 | D:5      | 214775 ||| FLEEEEING.
214778 | D:5      | Glimpsed the power of Zot.
214791 | D:5      | 214791 ||| FLEEEEING.
214807 | D:5      | 214807 ||| FLEEEEING.
214823 | D:5      | 214823 ||| FLEEEEING.
214839 | D:5      | 214839 ||| FLEEEEING.
214855 | D:5      | 214855 ||| FLEEEEING.
214871 | D:5      | 214871 ||| FLEEEEING.
214877 | D:5      | Touched by the power of Zot.
214878 | D:5      | Glimpsed the power of Zot.
214887 | D:5      | 214887 ||| FLEEEEING.
214903 | D:5      | 214903 ||| FLEEEEING.
214919 | D:5      | 214919 ||| FLEEEEING.
214935 | D:5      | 214935 ||| FLEEEEING.
214951 | D:5      | 214951 ||| FLEEEEING.
214967 | D:5      | 214967 ||| FLEEEEING.
214983 | D:5      | 214983 ||| FLEEEEING.
214999 | D:5      | 214999 ||| FLEEEEING.
215015 | D:5      | 215015 ||| FLEEEEING.
215031 | D:5      | 215031 ||| FLEEEEING.
215047 | D:5      | 215047 ||| FLEEEEING.
215063 | D:5      | 215063 ||| FLEEEEING.
215079 | D:5      | 215079 ||| FLEEEEING.
215095 | D:5      | 215095 ||| FLEEEEING.
215111 | D:5      | 215111 ||| FLEEEEING.
215127 | D:5      | 215127 ||| FLEEEEING.
215143 | D:5      | 215143 ||| FLEEEEING.
215159 | D:5      | 215159 ||| FLEEEEING.
215175 | D:5      | 215175 ||| FLEEEEING.
215191 | D:5      | 215191 ||| FLEEEEING.
215207 | D:5      | 215207 ||| FLEEEEING.
215223 | D:5      | 215223 ||| FLEEEEING.
215239 | D:5      | 215239 ||| FLEEEEING.
215255 | D:5      | 215255 ||| FLEEEEING.
215271 | D:5      | 215271 ||| FLEEEEING.
215287 | D:5      | 215287 ||| FLEEEEING.
215303 | D:5      | 215303 ||| FLEEEEING.
215319 | D:5      | 215319 ||| FLEEEEING.
215335 | D:5      | 215335 ||| FLEEEEING.
215351 | D:5      | 215351 ||| FLEEEEING.
215367 | D:5      | 215367 ||| FLEEEEING.
215378 | D:5      | Glimpsed the power of Zot.
215383 | D:5      | 215383 ||| FLEEEEING.
215399 | D:5      | 215399 ||| FLEEEEING.
215415 | D:5      | 215415 ||| FLEEEEING.
215431 | D:5      | 215431 ||| FLEEEEING.
215447 | D:5      | 215447 ||| FLEEEEING.
215463 | D:5      | 215463 ||| FLEEEEING.
215479 | D:5      | 215479 ||| FLEEEEING.
215495 | D:5      | 215495 ||| FLEEEEING.
215511 | D:5      | 215511 ||| FLEEEEING.
215527 | D:5      | 215527 ||| FLEEEEING.
215543 | D:5      | 215543 ||| FLEEEEING.
215559 | D:5      | 215559 ||| FLEEEEING.
215575 | D:5      | 215575 ||| FLEEEEING.
215591 | D:5      | 215591 ||| FLEEEEING.
215607 | D:5      | 215607 ||| FLEEEEING.
215623 | D:5      | 215623 ||| FLEEEEING.
215639 | D:5      | 215639 ||| FLEEEEING.
215655 | D:5      | 215655 ||| FLEEEEING.
215671 | D:5      | 215671 ||| FLEEEEING.
215687 | D:5      | 215687 ||| FLEEEEING.
215703 | D:5      | 215703 ||| FLEEEEING.
215719 | D:5      | 215719 ||| FLEEEEING.
215735 | D:5      | 215735 ||| FLEEEEING.
215751 | D:5      | 215751 ||| FLEEEEING.
215767 | D:5      | 215767 ||| FLEEEEING.
215778 | D:5      | Glimpsed the power of Zot.
215783 | D:5      | 215783 ||| FLEEEEING.
215799 | D:5      | 215799 ||| FLEEEEING.
215815 | D:5      | 215815 ||| FLEEEEING.
215831 | D:5      | 215831 ||| FLEEEEING.
215847 | D:5      | 215847 ||| FLEEEEING.
215863 | D:5      | 215863 ||| FLEEEEING.
215877 | D:5      | Touched by the power of Zot.
215878 | D:5      | Glimpsed the power of Zot.
215879 | D:5      | 215879 ||| FLEEEEING.
215895 | D:5      | 215895 ||| FLEEEEING.
215911 | D:5      | 215911 ||| FLEEEEING.
215927 | D:5      | 215927 ||| FLEEEEING.
215943 | D:5      | 215943 ||| FLEEEEING.
215959 | D:5      | 215959 ||| FLEEEEING.
215975 | D:5      | 215975 ||| FLEEEEING.
215991 | D:5      | 215991 ||| FLEEEEING.
216007 | D:5      | 216007 ||| FLEEEEING.
216023 | D:5      | 216023 ||| FLEEEEING.
216039 | D:5      | 216039 ||| FLEEEEING.
216055 | D:5      | 216055 ||| FLEEEEING.
216071 | D:5      | 216071 ||| FLEEEEING.
216087 | D:5      | 216087 ||| FLEEEEING.
216103 | D:5      | 216103 ||| FLEEEEING.
216119 | D:5      | 216119 ||| FLEEEEING.
216135 | D:5      | 216135 ||| FLEEEEING.
216151 | D:5      | 216151 ||| FLEEEEING.
216167 | D:5      | 216167 ||| FLEEEEING.
216183 | D:5      | 216183 ||| FLEEEEING.
216199 | D:5      | 216199 ||| FLEEEEING.
216215 | D:5      | 216215 ||| FLEEEEING.
216231 | D:5      | 216231 ||| FLEEEEING.
216247 | D:5      | 216247 ||| FLEEEEING.
216263 | D:5      | 216263 ||| FLEEEEING.
216279 | D:5      | 216279 ||| FLEEEEING.
216295 | D:5      | 216295 ||| FLEEEEING.
216311 | D:5      | 216311 ||| FLEEEEING.
216327 | D:5      | 216327 ||| FLEEEEING.
216343 | D:5      | 216343 ||| FLEEEEING.
216359 | D:5      | 216359 ||| FLEEEEING.
216375 | D:5      | 216375 ||| FLEEEEING.
216378 | D:5      | Glimpsed the power of Zot.
216391 | D:5      | 216391 ||| FLEEEEING.
216407 | D:5      | 216407 ||| FLEEEEING.
216423 | D:5      | 216423 ||| FLEEEEING.
216439 | D:5      | 216439 ||| FLEEEEING.
216455 | D:5      | 216455 ||| FLEEEEING.
216471 | D:5      | 216471 ||| FLEEEEING.
216487 | D:5      | 216487 ||| FLEEEEING.
216503 | D:5      | 216503 ||| FLEEEEING.
216519 | D:5      | 216519 ||| FLEEEEING.
216535 | D:5      | 216535 ||| FLEEEEING.
216551 | D:5      | 216551 ||| FLEEEEING.
216567 | D:5      | 216567 ||| FLEEEEING.
216583 | D:5      | 216583 ||| FLEEEEING.
216599 | D:5      | 216599 ||| FLEEEEING.
216615 | D:5      | 216615 ||| FLEEEEING.
216631 | D:5      | 216631 ||| FLEEEEING.
216647 | D:5      | 216647 ||| FLEEEEING.
216663 | D:5      | 216663 ||| FLEEEEING.
216679 | D:5      | 216679 ||| FLEEEEING.
216695 | D:5      | 216695 ||| FLEEEEING.
216711 | D:5      | 216711 ||| FLEEEEING.
216727 | D:5      | 216727 ||| FLEEEEING.
216743 | D:5      | 216743 ||| FLEEEEING.
216759 | D:5      | 216759 ||| FLEEEEING.
216775 | D:5      | 216775 ||| FLEEEEING.
216778 | D:5      | Glimpsed the power of Zot.
216791 | D:5      | 216791 ||| FLEEEEING.
216807 | D:5      | 216807 ||| FLEEEEING.
216823 | D:5      | 216823 ||| FLEEEEING.
216839 | D:5      | 216839 ||| FLEEEEING.
216855 | D:5      | 216855 ||| FLEEEEING.
216871 | D:5      | 216871 ||| FLEEEEING.
216877 | D:5      | Touched by the power of Zot.
216878 | D:5      | Glimpsed the power of Zot.
216887 | D:5      | 216887 ||| FLEEEEING.
216903 | D:5      | 216903 ||| FLEEEEING.
216919 | D:5      | 216919 ||| FLEEEEING.
216935 | D:5      | 216935 ||| FLEEEEING.
216951 | D:5      | 216951 ||| FLEEEEING.
216967 | D:5      | 216967 ||| FLEEEEING.
216983 | D:5      | 216983 ||| FLEEEEING.
216999 | D:5      | 216999 ||| FLEEEEING.
217015 | D:5      | 217015 ||| FLEEEEING.
217031 | D:5      | 217031 ||| FLEEEEING.
217047 | D:5      | 217047 ||| FLEEEEING.
217063 | D:5      | 217063 ||| FLEEEEING.
217079 | D:5      | 217079 ||| FLEEEEING.
217095 | D:5      | 217095 ||| FLEEEEING.
217111 | D:5      | 217111 ||| FLEEEEING.
217127 | D:5      | 217127 ||| FLEEEEING.
217143 | D:5      | 217143 ||| FLEEEEING.
217159 | D:5      | 217159 ||| FLEEEEING.
217175 | D:5      | 217175 ||| FLEEEEING.
217191 | D:5      | 217191 ||| FLEEEEING.
217207 | D:5      | 217207 ||| FLEEEEING.
217223 | D:5      | 217223 ||| FLEEEEING.
217239 | D:5      | 217239 ||| FLEEEEING.
217255 | D:5      | 217255 ||| FLEEEEING.
217271 | D:5      | 217271 ||| FLEEEEING.
217287 | D:5      | 217287 ||| FLEEEEING.
217303 | D:5      | 217303 ||| FLEEEEING.
217319 | D:5      | 217319 ||| FLEEEEING.
217335 | D:5      | 217335 ||| FLEEEEING.
217351 | D:5      | 217351 ||| FLEEEEING.
217367 | D:5      | 217367 ||| FLEEEEING.
217378 | D:5      | Glimpsed the power of Zot.
217383 | D:5      | 217383 ||| FLEEEEING.
217399 | D:5      | 217399 ||| FLEEEEING.
217415 | D:5      | 217415 ||| FLEEEEING.
217431 | D:5      | 217431 ||| FLEEEEING.
217447 | D:5      | 217447 ||| FLEEEEING.
217463 | D:5      | 217463 ||| FLEEEEING.
217479 | D:5      | 217479 ||| FLEEEEING.
217495 | D:5      | 217495 ||| FLEEEEING.
217511 | D:5      | 217511 ||| FLEEEEING.
217527 | D:5      | 217527 ||| FLEEEEING.
217543 | D:5      | 217543 ||| FLEEEEING.
217559 | D:5      | 217559 ||| FLEEEEING.
217575 | D:5      | 217575 ||| FLEEEEING.
217591 | D:5      | 217591 ||| FLEEEEING.
217607 | D:5      | 217607 ||| FLEEEEING.
217623 | D:5      | 217623 ||| FLEEEEING.
217639 | D:5      | 217639 ||| FLEEEEING.
217655 | D:5      | 217655 ||| FLEEEEING.
217671 | D:5      | 217671 ||| FLEEEEING.
217687 | D:5      | 217687 ||| FLEEEEING.
217703 | D:5      | 217703 ||| FLEEEEING.
217719 | D:5      | 217719 ||| FLEEEEING.
217735 | D:5      | 217735 ||| FLEEEEING.
217751 | D:5      | 217751 ||| FLEEEEING.
217767 | D:5      | 217767 ||| FLEEEEING.
217778 | D:5      | Glimpsed the power of Zot.
217783 | D:5      | 217783 ||| FLEEEEING.
217799 | D:5      | 217799 ||| FLEEEEING.
217815 | D:5      | 217815 ||| FLEEEEING.
217831 | D:5      | 217831 ||| FLEEEEING.
217847 | D:5      | 217847 ||| FLEEEEING.
217863 | D:5      | 217863 ||| FLEEEEING.
217877 | D:5      | Touched by the power of Zot.
217878 | D:5      | Glimpsed the power of Zot.
217879 | D:5      | 217879 ||| FLEEEEING.
217895 | D:5      | 217895 ||| FLEEEEING.
217911 | D:5      | 217911 ||| FLEEEEING.
217927 | D:5      | 217927 ||| FLEEEEING.
217943 | D:5      | 217943 ||| FLEEEEING.
217959 | D:5      | 217959 ||| FLEEEEING.
217975 | D:5      | 217975 ||| FLEEEEING.
217991 | D:5      | 217991 ||| FLEEEEING.
218007 | D:5      | 218007 ||| FLEEEEING.
218023 | D:5      | 218023 ||| FLEEEEING.
218039 | D:5      | 218039 ||| FLEEEEING.
218055 | D:5      | 218055 ||| FLEEEEING.
218071 | D:5      | 218071 ||| FLEEEEING.
218087 | D:5      | 218087 ||| FLEEEEING.
218103 | D:5      | 218103 ||| FLEEEEING.
218119 | D:5      | 218119 ||| FLEEEEING.
218135 | D:5      | 218135 ||| FLEEEEING.
218151 | D:5      | 218151 ||| FLEEEEING.
218167 | D:5      | 218167 ||| FLEEEEING.
218183 | D:5      | 218183 ||| FLEEEEING.
218199 | D:5      | 218199 ||| FLEEEEING.
218215 | D:5      | 218215 ||| FLEEEEING.
218231 | D:5      | 218231 ||| FLEEEEING.
218247 | D:5      | 218247 ||| FLEEEEING.
218263 | D:5      | 218263 ||| FLEEEEING.
218279 | D:5      | 218279 ||| FLEEEEING.
218295 | D:5      | 218295 ||| FLEEEEING.
218311 | D:5      | 218311 ||| FLEEEEING.
218327 | D:5      | 218327 ||| FLEEEEING.
218343 | D:5      | 218343 ||| FLEEEEING.
218359 | D:5      | 218359 ||| FLEEEEING.
218375 | D:5      | 218375 ||| FLEEEEING.
218378 | D:5      | Glimpsed the power of Zot.
218391 | D:5      | 218391 ||| FLEEEEING.
218407 | D:5      | 218407 ||| FLEEEEING.
218423 | D:5      | 218423 ||| FLEEEEING.
218439 | D:5      | 218439 ||| FLEEEEING.
218455 | D:5      | 218455 ||| FLEEEEING.
218471 | D:5      | 218471 ||| FLEEEEING.
218487 | D:5      | 218487 ||| FLEEEEING.
218503 | D:5      | 218503 ||| FLEEEEING.
218519 | D:5      | 218519 ||| FLEEEEING.
218535 | D:5      | 218535 ||| FLEEEEING.
218551 | D:5      | 218551 ||| FLEEEEING.
218567 | D:5      | 218567 ||| FLEEEEING.
218583 | D:5      | 218583 ||| FLEEEEING.
218599 | D:5      | 218599 ||| FLEEEEING.
218615 | D:5      | 218615 ||| FLEEEEING.
218631 | D:5      | 218631 ||| FLEEEEING.
218647 | D:5      | 218647 ||| FLEEEEING.
218663 | D:5      | 218663 ||| FLEEEEING.
218679 | D:5      | 218679 ||| FLEEEEING.
218695 | D:5      | 218695 ||| FLEEEEING.
218711 | D:5      | 218711 ||| FLEEEEING.
218727 | D:5      | 218727 ||| FLEEEEING.
218743 | D:5      | 218743 ||| FLEEEEING.
218759 | D:5      | 218759 ||| FLEEEEING.
218775 | D:5      | 218775 ||| FLEEEEING.
218778 | D:5      | Glimpsed the power of Zot.
218791 | D:5      | 218791 ||| FLEEEEING.
218807 | D:5      | 218807 ||| FLEEEEING.
218823 | D:5      | 218823 ||| FLEEEEING.
218839 | D:5      | 218839 ||| FLEEEEING.
218855 | D:5      | 218855 ||| FLEEEEING.
218871 | D:5      | 218871 ||| FLEEEEING.
218877 | D:5      | Touched by the power of Zot.
218878 | D:5      | Glimpsed the power of Zot.
218887 | D:5      | 218887 ||| FLEEEEING.
218903 | D:5      | 218903 ||| FLEEEEING.
218919 | D:5      | 218919 ||| FLEEEEING.
218935 | D:5      | 218935 ||| FLEEEEING.
218951 | D:5      | 218951 ||| FLEEEEING.
218967 | D:5      | 218967 ||| FLEEEEING.
218983 | D:5      | 218983 ||| FLEEEEING.
218999 | D:5      | 218999 ||| FLEEEEING.
219015 | D:5      | 219015 ||| FLEEEEING.
219031 | D:5      | 219031 ||| FLEEEEING.
219047 | D:5      | 219047 ||| FLEEEEING.
219063 | D:5      | 219063 ||| FLEEEEING.
219079 | D:5      | 219079 ||| FLEEEEING.
219095 | D:5      | 219095 ||| FLEEEEING.
219111 | D:5      | 219111 ||| FLEEEEING.
219127 | D:5      | 219127 ||| FLEEEEING.
219143 | D:5      | 219143 ||| FLEEEEING.
219159 | D:5      | 219159 ||| FLEEEEING.
219175 | D:5      | 219175 ||| FLEEEEING.
219191 | D:5      | 219191 ||| FLEEEEING.
219207 | D:5      | 219207 ||| FLEEEEING.
219223 | D:5      | 219223 ||| FLEEEEING.
219239 | D:5      | 219239 ||| FLEEEEING.
219255 | D:5      | 219255 ||| FLEEEEING.
219271 | D:5      | 219271 ||| FLEEEEING.
219287 | D:5      | 219287 ||| FLEEEEING.
219303 | D:5      | 219303 ||| FLEEEEING.
219319 | D:5      | 219319 ||| FLEEEEING.
219335 | D:5      | 219335 ||| FLEEEEING.
219351 | D:5      | 219351 ||| FLEEEEING.
219367 | D:5      | 219367 ||| FLEEEEING.
219378 | D:5      | Glimpsed the power of Zot.
219383 | D:5      | 219383 ||| FLEEEEING.
219399 | D:5      | 219399 ||| FLEEEEING.
219415 | D:5      | 219415 ||| FLEEEEING.
219431 | D:5      | 219431 ||| FLEEEEING.
219447 | D:5      | 219447 ||| FLEEEEING.
219463 | D:5      | 219463 ||| FLEEEEING.
219479 | D:5      | 219479 ||| FLEEEEING.
219495 | D:5      | 219495 ||| FLEEEEING.
219511 | D:5      | 219511 ||| FLEEEEING.
219527 | D:5      | 219527 ||| FLEEEEING.
219543 | D:5      | 219543 ||| FLEEEEING.
219559 | D:5      | 219559 ||| FLEEEEING.
219575 | D:5      | 219575 ||| FLEEEEING.
219591 | D:5      | 219591 ||| FLEEEEING.
219607 | D:5      | 219607 ||| FLEEEEING.
219623 | D:5      | 219623 ||| FLEEEEING.
219639 | D:5      | 219639 ||| FLEEEEING.
219655 | D:5      | 219655 ||| FLEEEEING.
219671 | D:5      | 219671 ||| FLEEEEING.
219687 | D:5      | 219687 ||| FLEEEEING.
219703 | D:5      | 219703 ||| FLEEEEING.
219719 | D:5      | 219719 ||| FLEEEEING.
219735 | D:5      | 219735 ||| FLEEEEING.
219751 | D:5      | 219751 ||| FLEEEEING.
219767 | D:5      | 219767 ||| FLEEEEING.
219778 | D:5      | Glimpsed the power of Zot.
219783 | D:5      | 219783 ||| FLEEEEING.
219799 | D:5      | 219799 ||| FLEEEEING.
219815 | D:5      | 219815 ||| FLEEEEING.
219831 | D:5      | 219831 ||| FLEEEEING.
219847 | D:5      | 219847 ||| FLEEEEING.
219863 | D:5      | 219863 ||| FLEEEEING.
219877 | D:5      | Touched by the power of Zot.
219878 | D:5      | Glimpsed the power of Zot.
219879 | D:5      | 219879 ||| FLEEEEING.
219895 | D:5      | 219895 ||| FLEEEEING.
219911 | D:5      | 219911 ||| FLEEEEING.
219927 | D:5      | 219927 ||| FLEEEEING.
219943 | D:5      | 219943 ||| FLEEEEING.
219959 | D:5      | 219959 ||| FLEEEEING.
219975 | D:5      | 219975 ||| FLEEEEING.
219991 | D:5      | 219991 ||| FLEEEEING.
220007 | D:5      | 220007 ||| FLEEEEING.
220023 | D:5      | 220023 ||| FLEEEEING.
220039 | D:5      | 220039 ||| FLEEEEING.
220055 | D:5      | 220055 ||| FLEEEEING.
220071 | D:5      | 220071 ||| FLEEEEING.
220087 | D:5      | 220087 ||| FLEEEEING.
220103 | D:5      | 220103 ||| FLEEEEING.
220119 | D:5      | 220119 ||| FLEEEEING.
220135 | D:5      | 220135 ||| FLEEEEING.
220151 | D:5      | 220151 ||| FLEEEEING.
220167 | D:5      | 220167 ||| FLEEEEING.
220183 | D:5      | 220183 ||| FLEEEEING.
220199 | D:5      | 220199 ||| FLEEEEING.
220215 | D:5      | 220215 ||| FLEEEEING.
220231 | D:5      | 220231 ||| FLEEEEING.
220247 | D:5      | 220247 ||| FLEEEEING.
220263 | D:5      | 220263 ||| FLEEEEING.
220279 | D:5      | 220279 ||| FLEEEEING.
220295 | D:5      | 220295 ||| FLEEEEING.
220311 | D:5      | 220311 ||| FLEEEEING.
220327 | D:5      | 220327 ||| FLEEEEING.
220343 | D:5      | 220343 ||| FLEEEEING.
220359 | D:5      | 220359 ||| FLEEEEING.
220375 | D:5      | 220375 ||| FLEEEEING.
220378 | D:5      | Glimpsed the power of Zot.
220391 | D:5      | 220391 ||| FLEEEEING.
220407 | D:5      | 220407 ||| FLEEEEING.
220423 | D:5      | 220423 ||| FLEEEEING.
220439 | D:5      | 220439 ||| FLEEEEING.
220455 | D:5      | 220455 ||| FLEEEEING.
220471 | D:5      | 220471 ||| FLEEEEING.
220487 | D:5      | 220487 ||| FLEEEEING.
220503 | D:5      | 220503 ||| FLEEEEING.
220519 | D:5      | 220519 ||| FLEEEEING.
220535 | D:5      | 220535 ||| FLEEEEING.
220551 | D:5      | 220551 ||| FLEEEEING.
220567 | D:5      | 220567 ||| FLEEEEING.
220583 | D:5      | 220583 ||| FLEEEEING.
220599 | D:5      | 220599 ||| FLEEEEING.
220615 | D:5      | 220615 ||| FLEEEEING.
220631 | D:5      | 220631 ||| FLEEEEING.
220647 | D:5      | 220647 ||| FLEEEEING.
220663 | D:5      | 220663 ||| FLEEEEING.
220679 | D:5      | 220679 ||| FLEEEEING.
220695 | D:5      | 220695 ||| FLEEEEING.
220711 | D:5      | 220711 ||| FLEEEEING.
220727 | D:5      | 220727 ||| FLEEEEING.
220743 | D:5      | 220743 ||| FLEEEEING.
220759 | D:5      | 220759 ||| FLEEEEING.
220775 | D:5      | 220775 ||| FLEEEEING.
220778 | D:5      | Glimpsed the power of Zot.
220791 | D:5      | 220791 ||| FLEEEEING.
220807 | D:5      | 220807 ||| FLEEEEING.
220823 | D:5      | 220823 ||| FLEEEEING.
220839 | D:5      | 220839 ||| FLEEEEING.
220855 | D:5      | 220855 ||| FLEEEEING.
220871 | D:5      | 220871 ||| FLEEEEING.
220877 | D:5      | Touched by the power of Zot.
220878 | D:5      | Glimpsed the power of Zot.
220887 | D:5      | 220887 ||| FLEEEEING.
220903 | D:5      | 220903 ||| FLEEEEING.
220919 | D:5      | 220919 ||| FLEEEEING.
220935 | D:5      | 220935 ||| FLEEEEING.
220951 | D:5      | 220951 ||| FLEEEEING.
220967 | D:5      | 220967 ||| FLEEEEING.
220983 | D:5      | 220983 ||| FLEEEEING.
220999 | D:5      | 220999 ||| FLEEEEING.
221015 | D:5      | 221015 ||| FLEEEEING.
221031 | D:5      | 221031 ||| FLEEEEING.
221047 | D:5      | 221047 ||| FLEEEEING.
221063 | D:5      | 221063 ||| FLEEEEING.
221079 | D:5      | 221079 ||| FLEEEEING.
221095 | D:5      | 221095 ||| FLEEEEING.
221111 | D:5      | 221111 ||| FLEEEEING.
221127 | D:5      | 221127 ||| FLEEEEING.
221143 | D:5      | 221143 ||| FLEEEEING.
221159 | D:5      | 221159 ||| FLEEEEING.
221175 | D:5      | 221175 ||| FLEEEEING.
221191 | D:5      | 221191 ||| FLEEEEING.
221207 | D:5      | 221207 ||| FLEEEEING.
221223 | D:5      | 221223 ||| FLEEEEING.
221239 | D:5      | 221239 ||| FLEEEEING.
221255 | D:5      | 221255 ||| FLEEEEING.
221271 | D:5      | 221271 ||| FLEEEEING.
221287 | D:5      | 221287 ||| FLEEEEING.
221303 | D:5      | 221303 ||| FLEEEEING.
221319 | D:5      | 221319 ||| FLEEEEING.
221335 | D:5      | 221335 ||| FLEEEEING.
221351 | D:5      | 221351 ||| FLEEEEING.
221367 | D:5      | 221367 ||| FLEEEEING.
221378 | D:5      | Glimpsed the power of Zot.
221383 | D:5      | 221383 ||| FLEEEEING.
221399 | D:5      | 221399 ||| FLEEEEING.
221415 | D:5      | 221415 ||| FLEEEEING.
221431 | D:5      | 221431 ||| FLEEEEING.
221447 | D:5      | 221447 ||| FLEEEEING.
221463 | D:5      | 221463 ||| FLEEEEING.
221479 | D:5      | 221479 ||| FLEEEEING.
221495 | D:5      | 221495 ||| FLEEEEING.
221511 | D:5      | 221511 ||| FLEEEEING.
221527 | D:5      | 221527 ||| FLEEEEING.
221543 | D:5      | 221543 ||| FLEEEEING.
221559 | D:5      | 221559 ||| FLEEEEING.
221575 | D:5      | 221575 ||| FLEEEEING.
221591 | D:5      | 221591 ||| FLEEEEING.
221607 | D:5      | 221607 ||| FLEEEEING.
221623 | D:5      | 221623 ||| FLEEEEING.
221639 | D:5      | 221639 ||| FLEEEEING.
221655 | D:5      | 221655 ||| FLEEEEING.
221671 | D:5      | 221671 ||| FLEEEEING.
221687 | D:5      | 221687 ||| FLEEEEING.
221703 | D:5      | 221703 ||| FLEEEEING.
221719 | D:5      | 221719 ||| FLEEEEING.
221735 | D:5      | 221735 ||| FLEEEEING.
221751 | D:5      | 221751 ||| FLEEEEING.
221767 | D:5      | 221767 ||| FLEEEEING.
221778 | D:5      | Glimpsed the power of Zot.
221783 | D:5      | 221783 ||| FLEEEEING.
221799 | D:5      | 221799 ||| FLEEEEING.
221815 | D:5      | 221815 ||| FLEEEEING.
221831 | D:5      | 221831 ||| FLEEEEING.
221847 | D:5      | 221847 ||| FLEEEEING.
221863 | D:5      | 221863 ||| FLEEEEING.
221877 | D:5      | Touched by the power of Zot.
221878 | D:5      | Glimpsed the power of Zot.
221879 | D:5      | 221879 ||| FLEEEEING.
221895 | D:5      | 221895 ||| FLEEEEING.
221911 | D:5      | 221911 ||| FLEEEEING.
221927 | D:5      | 221927 ||| FLEEEEING.
221943 | D:5      | 221943 ||| FLEEEEING.
221959 | D:5      | 221959 ||| FLEEEEING.
221975 | D:5      | 221975 ||| FLEEEEING.
221991 | D:5      | 221991 ||| FLEEEEING.
222007 | D:5      | 222007 ||| FLEEEEING.
222023 | D:5      | 222023 ||| FLEEEEING.
222039 | D:5      | 222039 ||| FLEEEEING.
222055 | D:5      | 222055 ||| FLEEEEING.
222071 | D:5      | 222071 ||| FLEEEEING.
222087 | D:5      | 222087 ||| FLEEEEING.
222103 | D:5      | 222103 ||| FLEEEEING.
222119 | D:5      | 222119 ||| FLEEEEING.
222135 | D:5      | 222135 ||| FLEEEEING.
222151 | D:5      | 222151 ||| FLEEEEING.
222167 | D:5      | 222167 ||| FLEEEEING.
222183 | D:5      | 222183 ||| FLEEEEING.
222199 | D:5      | 222199 ||| FLEEEEING.
222215 | D:5      | 222215 ||| FLEEEEING.
222231 | D:5      | 222231 ||| FLEEEEING.
222247 | D:5      | 222247 ||| FLEEEEING.
222263 | D:5      | 222263 ||| FLEEEEING.
222279 | D:5      | 222279 ||| FLEEEEING.
222295 | D:5      | 222295 ||| FLEEEEING.
222311 | D:5      | 222311 ||| FLEEEEING.
222327 | D:5      | 222327 ||| FLEEEEING.
222343 | D:5      | 222343 ||| FLEEEEING.
222359 | D:5      | 222359 ||| FLEEEEING.
222375 | D:5      | 222375 ||| FLEEEEING.
222378 | D:5      | Glimpsed the power of Zot.
222391 | D:5      | 222391 ||| FLEEEEING.
222407 | D:5      | 222407 ||| FLEEEEING.
222423 | D:5      | 222423 ||| FLEEEEING.
222439 | D:5      | 222439 ||| FLEEEEING.
222455 | D:5      | 222455 ||| FLEEEEING.
222471 | D:5      | 222471 ||| FLEEEEING.
222487 | D:5      | 222487 ||| FLEEEEING.
222503 | D:5      | 222503 ||| FLEEEEING.
222519 | D:5      | 222519 ||| FLEEEEING.
222535 | D:5      | 222535 ||| FLEEEEING.
222551 | D:5      | 222551 ||| FLEEEEING.
222567 | D:5      | 222567 ||| FLEEEEING.
222583 | D:5      | 222583 ||| FLEEEEING.
222599 | D:5      | 222599 ||| FLEEEEING.
222615 | D:5      | 222615 ||| FLEEEEING.
222631 | D:5      | 222631 ||| FLEEEEING.
222647 | D:5      | 222647 ||| FLEEEEING.
222663 | D:5      | 222663 ||| FLEEEEING.
222679 | D:5      | 222679 ||| FLEEEEING.
222695 | D:5      | 222695 ||| FLEEEEING.
222711 | D:5      | 222711 ||| FLEEEEING.
222727 | D:5      | 222727 ||| FLEEEEING.
222743 | D:5      | 222743 ||| FLEEEEING.
222759 | D:5      | 222759 ||| FLEEEEING.
222775 | D:5      | 222775 ||| FLEEEEING.
222778 | D:5      | Glimpsed the power of Zot.
222791 | D:5      | 222791 ||| FLEEEEING.
222807 | D:5      | 222807 ||| FLEEEEING.
222823 | D:5      | 222823 ||| FLEEEEING.
222839 | D:5      | 222839 ||| FLEEEEING.
222855 | D:5      | 222855 ||| FLEEEEING.
222871 | D:5      | 222871 ||| FLEEEEING.
222877 | D:5      | Touched by the power of Zot.
222878 | D:5      | Glimpsed the power of Zot.
222887 | D:5      | 222887 ||| FLEEEEING.
222903 | D:5      | 222903 ||| FLEEEEING.
222919 | D:5      | 222919 ||| FLEEEEING.
222935 | D:5      | 222935 ||| FLEEEEING.
222951 | D:5      | 222951 ||| FLEEEEING.
222967 | D:5      | 222967 ||| FLEEEEING.
222983 | D:5      | 222983 ||| FLEEEEING.
222999 | D:5      | 222999 ||| FLEEEEING.
223015 | D:5      | 223015 ||| FLEEEEING.
223031 | D:5      | 223031 ||| FLEEEEING.
223047 | D:5      | 223047 ||| FLEEEEING.
223063 | D:5      | 223063 ||| FLEEEEING.
223079 | D:5      | 223079 ||| FLEEEEING.
223095 | D:5      | 223095 ||| FLEEEEING.
223111 | D:5      | 223111 ||| FLEEEEING.
223127 | D:5      | 223127 ||| FLEEEEING.
223143 | D:5      | 223143 ||| FLEEEEING.
223159 | D:5      | 223159 ||| FLEEEEING.
223175 | D:5      | 223175 ||| FLEEEEING.
223191 | D:5      | 223191 ||| FLEEEEING.
223207 | D:5      | 223207 ||| FLEEEEING.
223223 | D:5      | 223223 ||| FLEEEEING.
223239 | D:5      | 223239 ||| FLEEEEING.
223255 | D:5      | 223255 ||| FLEEEEING.
223271 | D:5      | 223271 ||| FLEEEEING.
223287 | D:5      | 223287 ||| FLEEEEING.
223303 | D:5      | 223303 ||| FLEEEEING.
223319 | D:5      | 223319 ||| FLEEEEING.
223335 | D:5      | 223335 ||| FLEEEEING.
223351 | D:5      | 223351 ||| FLEEEEING.
223367 | D:5      | 223367 ||| FLEEEEING.
223378 | D:5      | Glimpsed the power of Zot.
223383 | D:5      | 223383 ||| FLEEEEING.
223399 | D:5      | 223399 ||| FLEEEEING.
223415 | D:5      | 223415 ||| FLEEEEING.
223431 | D:5      | 223431 ||| FLEEEEING.
223447 | D:5      | 223447 ||| FLEEEEING.
223463 | D:5      | 223463 ||| FLEEEEING.
223479 | D:5      | 223479 ||| FLEEEEING.
223495 | D:5      | 223495 ||| FLEEEEING.
223511 | D:5      | 223511 ||| FLEEEEING.
223527 | D:5      | 223527 ||| FLEEEEING.
223543 | D:5      | 223543 ||| FLEEEEING.
223559 | D:5      | 223559 ||| FLEEEEING.
223575 | D:5      | 223575 ||| FLEEEEING.
223591 | D:5      | 223591 ||| FLEEEEING.
223607 | D:5      | 223607 ||| FLEEEEING.
223623 | D:5      | 223623 ||| FLEEEEING.
223639 | D:5      | 223639 ||| FLEEEEING.
223655 | D:5      | 223655 ||| FLEEEEING.
223671 | D:5      | 223671 ||| FLEEEEING.
223687 | D:5      | 223687 ||| FLEEEEING.
223703 | D:5      | 223703 ||| FLEEEEING.
223719 | D:5      | 223719 ||| FLEEEEING.
223735 | D:5      | 223735 ||| FLEEEEING.
223751 | D:5      | 223751 ||| FLEEEEING.
223767 | D:5      | 223767 ||| FLEEEEING.
223778 | D:5      | Glimpsed the power of Zot.
223783 | D:5      | 223783 ||| FLEEEEING.
223799 | D:5      | 223799 ||| FLEEEEING.
223815 | D:5      | 223815 ||| FLEEEEING.
223831 | D:5      | 223831 ||| FLEEEEING.
223847 | D:5      | 223847 ||| FLEEEEING.
223863 | D:5      | 223863 ||| FLEEEEING.
223877 | D:5      | Touched by the power of Zot.
223878 | D:5      | Glimpsed the power of Zot.
223879 | D:5      | 223879 ||| FLEEEEING.
223895 | D:5      | 223895 ||| FLEEEEING.
223911 | D:5      | 223911 ||| FLEEEEING.
223927 | D:5      | 223927 ||| FLEEEEING.
223943 | D:5      | 223943 ||| FLEEEEING.
223959 | D:5      | 223959 ||| FLEEEEING.
223975 | D:5      | 223975 ||| FLEEEEING.
223991 | D:5      | 223991 ||| FLEEEEING.
224007 | D:5      | 224007 ||| FLEEEEING.
224023 | D:5      | 224023 ||| FLEEEEING.
224039 | D:5      | 224039 ||| FLEEEEING.
224055 | D:5      | 224055 ||| FLEEEEING.
224071 | D:5      | 224071 ||| FLEEEEING.
224087 | D:5      | 224087 ||| FLEEEEING.
224103 | D:5      | 224103 ||| FLEEEEING.
224119 | D:5      | 224119 ||| FLEEEEING.
224135 | D:5      | 224135 ||| FLEEEEING.
224151 | D:5      | 224151 ||| FLEEEEING.
224167 | D:5      | 224167 ||| FLEEEEING.
224183 | D:5      | 224183 ||| FLEEEEING.
224199 | D:5      | 224199 ||| FLEEEEING.
224215 | D:5      | 224215 ||| FLEEEEING.
224231 | D:5      | 224231 ||| FLEEEEING.
224247 | D:5      | 224247 ||| FLEEEEING.
224263 | D:5      | 224263 ||| FLEEEEING.
224279 | D:5      | 224279 ||| FLEEEEING.
224295 | D:5      | 224295 ||| FLEEEEING.
224311 | D:5      | 224311 ||| FLEEEEING.
224327 | D:5      | 224327 ||| FLEEEEING.
224343 | D:5      | 224343 ||| FLEEEEING.
224359 | D:5      | 224359 ||| FLEEEEING.
224375 | D:5      | 224375 ||| FLEEEEING.
224378 | D:5      | Glimpsed the power of Zot.
224391 | D:5      | 224391 ||| FLEEEEING.
224407 | D:5      | 224407 ||| FLEEEEING.
224423 | D:5      | 224423 ||| FLEEEEING.
224439 | D:5      | 224439 ||| FLEEEEING.
224455 | D:5      | 224455 ||| FLEEEEING.
224471 | D:5      | 224471 ||| FLEEEEING.
224487 | D:5      | 224487 ||| FLEEEEING.
224503 | D:5      | 224503 ||| FLEEEEING.
224519 | D:5      | 224519 ||| FLEEEEING.
224535 | D:5      | 224535 ||| FLEEEEING.
224551 | D:5      | 224551 ||| FLEEEEING.
224567 | D:5      | 224567 ||| FLEEEEING.
224583 | D:5      | 224583 ||| FLEEEEING.
224599 | D:5      | 224599 ||| FLEEEEING.
224615 | D:5      | 224615 ||| FLEEEEING.
224631 | D:5      | 224631 ||| FLEEEEING.
224647 | D:5      | 224647 ||| FLEEEEING.
224663 | D:5      | 224663 ||| FLEEEEING.
224679 | D:5      | 224679 ||| FLEEEEING.
224695 | D:5      | 224695 ||| FLEEEEING.
224711 | D:5      | 224711 ||| FLEEEEING.
224727 | D:5      | 224727 ||| FLEEEEING.
224743 | D:5      | 224743 ||| FLEEEEING.
224759 | D:5      | 224759 ||| FLEEEEING.
224775 | D:5      | 224775 ||| FLEEEEING.
224778 | D:5      | Glimpsed the power of Zot.
224791 | D:5      | 224791 ||| FLEEEEING.
224807 | D:5      | 224807 ||| FLEEEEING.
224823 | D:5      | 224823 ||| FLEEEEING.
224839 | D:5      | 224839 ||| FLEEEEING.
224855 | D:5      | 224855 ||| FLEEEEING.
224871 | D:5      | 224871 ||| FLEEEEING.
224877 | D:5      | Touched by the power of Zot.
224878 | D:5      | Glimpsed the power of Zot.
224887 | D:5      | 224887 ||| FLEEEEING.
224903 | D:5      | 224903 ||| FLEEEEING.
224919 | D:5      | 224919 ||| FLEEEEING.
224935 | D:5      | 224935 ||| FLEEEEING.
224951 | D:5      | 224951 ||| FLEEEEING.
224967 | D:5      | 224967 ||| FLEEEEING.
224983 | D:5      | 224983 ||| FLEEEEING.
224999 | D:5      | 224999 ||| FLEEEEING.
225015 | D:5      | 225015 ||| FLEEEEING.
225031 | D:5      | 225031 ||| FLEEEEING.
225047 | D:5      | 225047 ||| FLEEEEING.
225063 | D:5      | 225063 ||| FLEEEEING.
225079 | D:5      | 225079 ||| FLEEEEING.
225095 | D:5      | 225095 ||| FLEEEEING.
225111 | D:5      | 225111 ||| FLEEEEING.
225127 | D:5      | 225127 ||| FLEEEEING.
225143 | D:5      | 225143 ||| FLEEEEING.
225159 | D:5      | 225159 ||| FLEEEEING.
225175 | D:5      | 225175 ||| FLEEEEING.
225191 | D:5      | 225191 ||| FLEEEEING.
225207 | D:5      | 225207 ||| FLEEEEING.
225223 | D:5      | 225223 ||| FLEEEEING.
225239 | D:5      | 225239 ||| FLEEEEING.
225255 | D:5      | 225255 ||| FLEEEEING.
225271 | D:5      | 225271 ||| FLEEEEING.
225287 | D:5      | 225287 ||| FLEEEEING.
225303 | D:5      | 225303 ||| FLEEEEING.
225319 | D:5      | 225319 ||| FLEEEEING.
225335 | D:5      | 225335 ||| FLEEEEING.
225351 | D:5      | 225351 ||| FLEEEEING.
225367 | D:5      | 225367 ||| FLEEEEING.
225378 | D:5      | Glimpsed the power of Zot.
225383 | D:5      | 225383 ||| FLEEEEING.
225399 | D:5      | 225399 ||| FLEEEEING.
225415 | D:5      | 225415 ||| FLEEEEING.
225431 | D:5      | 225431 ||| FLEEEEING.
225447 | D:5      | 225447 ||| FLEEEEING.
225463 | D:5      | 225463 ||| FLEEEEING.
225479 | D:5      | 225479 ||| FLEEEEING.
225495 | D:5      | 225495 ||| FLEEEEING.
225511 | D:5      | 225511 ||| FLEEEEING.
225527 | D:5      | 225527 ||| FLEEEEING.
225543 | D:5      | 225543 ||| FLEEEEING.
225559 | D:5      | 225559 ||| FLEEEEING.
225575 | D:5      | 225575 ||| FLEEEEING.
225591 | D:5      | 225591 ||| FLEEEEING.
225607 | D:5      | 225607 ||| FLEEEEING.
225623 | D:5      | 225623 ||| FLEEEEING.
225639 | D:5      | 225639 ||| FLEEEEING.
225655 | D:5      | 225655 ||| FLEEEEING.
225671 | D:5      | 225671 ||| FLEEEEING.
225687 | D:5      | 225687 ||| FLEEEEING.
225703 | D:5      | 225703 ||| FLEEEEING.
225719 | D:5      | 225719 ||| FLEEEEING.
225735 | D:5      | 225735 ||| FLEEEEING.
225751 | D:5      | 225751 ||| FLEEEEING.
225767 | D:5      | 225767 ||| FLEEEEING.
225778 | D:5      | Glimpsed the power of Zot.
225783 | D:5      | 225783 ||| FLEEEEING.
225799 | D:5      | 225799 ||| FLEEEEING.
225815 | D:5      | 225815 ||| FLEEEEING.
225831 | D:5      | 225831 ||| FLEEEEING.
225847 | D:5      | 225847 ||| FLEEEEING.
225863 | D:5      | 225863 ||| FLEEEEING.
225877 | D:5      | Touched by the power of Zot.
225878 | D:5      | Glimpsed the power of Zot.
225879 | D:5      | 225879 ||| FLEEEEING.
225895 | D:5      | 225895 ||| FLEEEEING.
225911 | D:5      | 225911 ||| FLEEEEING.
225927 | D:5      | 225927 ||| FLEEEEING.
225943 | D:5      | 225943 ||| FLEEEEING.
225959 | D:5      | 225959 ||| FLEEEEING.
225975 | D:5      | 225975 ||| FLEEEEING.
225991 | D:5      | 225991 ||| FLEEEEING.
226007 | D:5      | 226007 ||| FLEEEEING.
226023 | D:5      | 226023 ||| FLEEEEING.
226039 | D:5      | 226039 ||| FLEEEEING.
226055 | D:5      | 226055 ||| FLEEEEING.
226071 | D:5      | 226071 ||| FLEEEEING.
226087 | D:5      | 226087 ||| FLEEEEING.
226103 | D:5      | 226103 ||| FLEEEEING.
226119 | D:5      | 226119 ||| FLEEEEING.
226135 | D:5      | 226135 ||| FLEEEEING.
226151 | D:5      | 226151 ||| FLEEEEING.
226167 | D:5      | 226167 ||| FLEEEEING.
226183 | D:5      | 226183 ||| FLEEEEING.
226199 | D:5      | 226199 ||| FLEEEEING.
226215 | D:5      | 226215 ||| FLEEEEING.
226231 | D:5      | 226231 ||| FLEEEEING.
226247 | D:5      | 226247 ||| FLEEEEING.
226263 | D:5      | 226263 ||| FLEEEEING.
226279 | D:5      | 226279 ||| FLEEEEING.
226295 | D:5      | 226295 ||| FLEEEEING.
226311 | D:5      | 226311 ||| FLEEEEING.
226327 | D:5      | 226327 ||| FLEEEEING.
226343 | D:5      | 226343 ||| FLEEEEING.
226359 | D:5      | 226359 ||| FLEEEEING.
226375 | D:5      | 226375 ||| FLEEEEING.
226378 | D:5      | Glimpsed the power of Zot.
226391 | D:5      | 226391 ||| FLEEEEING.
226407 | D:5      | 226407 ||| FLEEEEING.
226423 | D:5      | 226423 ||| FLEEEEING.
226439 | D:5      | 226439 ||| FLEEEEING.
226455 | D:5      | 226455 ||| FLEEEEING.
226471 | D:5      | 226471 ||| FLEEEEING.
226487 | D:5      | 226487 ||| FLEEEEING.
226503 | D:5      | 226503 ||| FLEEEEING.
226519 | D:5      | 226519 ||| FLEEEEING.
226535 | D:5      | 226535 ||| FLEEEEING.
226551 | D:5      | 226551 ||| FLEEEEING.
226567 | D:5      | 226567 ||| FLEEEEING.
226583 | D:5      | 226583 ||| FLEEEEING.
226599 | D:5      | 226599 ||| FLEEEEING.
226615 | D:5      | 226615 ||| FLEEEEING.
226631 | D:5      | 226631 ||| FLEEEEING.
226647 | D:5      | 226647 ||| FLEEEEING.
226663 | D:5      | 226663 ||| FLEEEEING.
226679 | D:5      | 226679 ||| FLEEEEING.
226695 | D:5      | 226695 ||| FLEEEEING.
226711 | D:5      | 226711 ||| FLEEEEING.
226727 | D:5      | 226727 ||| FLEEEEING.
226743 | D:5      | 226743 ||| FLEEEEING.
226759 | D:5      | 226759 ||| FLEEEEING.
226775 | D:5      | 226775 ||| FLEEEEING.
226778 | D:5      | Glimpsed the power of Zot.
226791 | D:5      | 226791 ||| FLEEEEING.
226807 | D:5      | 226807 ||| FLEEEEING.
226823 | D:5      | 226823 ||| FLEEEEING.
226839 | D:5      | 226839 ||| FLEEEEING.
226855 | D:5      | 226855 ||| FLEEEEING.
226871 | D:5      | 226871 ||| FLEEEEING.
226877 | D:5      | Touched by the power of Zot.
226878 | D:5      | Glimpsed the power of Zot.
226887 | D:5      | 226887 ||| FLEEEEING.
226903 | D:5      | 226903 ||| FLEEEEING.
226919 | D:5      | 226919 ||| FLEEEEING.
226935 | D:5      | 226935 ||| FLEEEEING.
226951 | D:5      | 226951 ||| FLEEEEING.
226967 | D:5      | 226967 ||| FLEEEEING.
226983 | D:5      | 226983 ||| FLEEEEING.
226999 | D:5      | 226999 ||| FLEEEEING.
227015 | D:5      | 227015 ||| FLEEEEING.
227031 | D:5      | 227031 ||| FLEEEEING.
227047 | D:5      | 227047 ||| FLEEEEING.
227063 | D:5      | 227063 ||| FLEEEEING.
227079 | D:5      | 227079 ||| FLEEEEING.
227095 | D:5      | 227095 ||| FLEEEEING.
227111 | D:5      | 227111 ||| FLEEEEING.
227127 | D:5      | 227127 ||| FLEEEEING.
227143 | D:5      | 227143 ||| FLEEEEING.
227159 | D:5      | 227159 ||| FLEEEEING.
227175 | D:5      | 227175 ||| FLEEEEING.
227191 | D:5      | 227191 ||| FLEEEEING.
227207 | D:5      | 227207 ||| FLEEEEING.
227223 | D:5      | 227223 ||| FLEEEEING.
227239 | D:5      | 227239 ||| FLEEEEING.
227255 | D:5      | 227255 ||| FLEEEEING.
227271 | D:5      | 227271 ||| FLEEEEING.
227287 | D:5      | 227287 ||| FLEEEEING.
227303 | D:5      | 227303 ||| FLEEEEING.
227319 | D:5      | 227319 ||| FLEEEEING.
227335 | D:5      | 227335 ||| FLEEEEING.
227351 | D:5      | 227351 ||| FLEEEEING.
227367 | D:5      | 227367 ||| FLEEEEING.
227378 | D:5      | Glimpsed the power of Zot.
227383 | D:5      | 227383 ||| FLEEEEING.
227399 | D:5      | 227399 ||| FLEEEEING.
227415 | D:5      | 227415 ||| FLEEEEING.
227431 | D:5      | 227431 ||| FLEEEEING.
227447 | D:5      | 227447 ||| FLEEEEING.
227463 | D:5      | 227463 ||| FLEEEEING.
227479 | D:5      | 227479 ||| FLEEEEING.
227495 | D:5      | 227495 ||| FLEEEEING.
227511 | D:5      | 227511 ||| FLEEEEING.
227527 | D:5      | 227527 ||| FLEEEEING.
227543 | D:5      | 227543 ||| FLEEEEING.
227559 | D:5      | 227559 ||| FLEEEEING.
227575 | D:5      | 227575 ||| FLEEEEING.
227591 | D:5      | 227591 ||| FLEEEEING.
227607 | D:5      | 227607 ||| FLEEEEING.
227623 | D:5      | 227623 ||| FLEEEEING.
227639 | D:5      | 227639 ||| FLEEEEING.
227655 | D:5      | 227655 ||| FLEEEEING.
227671 | D:5      | 227671 ||| FLEEEEING.
227687 | D:5      | 227687 ||| FLEEEEING.
227703 | D:5      | 227703 ||| FLEEEEING.
227719 | D:5      | 227719 ||| FLEEEEING.
227735 | D:5      | 227735 ||| FLEEEEING.
227751 | D:5      | 227751 ||| FLEEEEING.
227767 | D:5      | 227767 ||| FLEEEEING.
227778 | D:5      | Glimpsed the power of Zot.
227783 | D:5      | 227783 ||| FLEEEEING.
227799 | D:5      | 227799 ||| FLEEEEING.
227815 | D:5      | 227815 ||| FLEEEEING.
227831 | D:5      | 227831 ||| FLEEEEING.
227847 | D:5      | 227847 ||| FLEEEEING.
227863 | D:5      | 227863 ||| FLEEEEING.
227877 | D:5      | Touched by the power of Zot.
227878 | D:5      | Glimpsed the power of Zot.
227879 | D:5      | 227879 ||| FLEEEEING.
227895 | D:5      | 227895 ||| FLEEEEING.
227911 | D:5      | 227911 ||| FLEEEEING.
227927 | D:5      | 227927 ||| FLEEEEING.
227943 | D:5      | 227943 ||| FLEEEEING.
227959 | D:5      | 227959 ||| FLEEEEING.
227975 | D:5      | 227975 ||| FLEEEEING.
227991 | D:5      | 227991 ||| FLEEEEING.
228007 | D:5      | 228007 ||| FLEEEEING.
228023 | D:5      | 228023 ||| FLEEEEING.
228039 | D:5      | 228039 ||| FLEEEEING.
228055 | D:5      | 228055 ||| FLEEEEING.
228071 | D:5      | 228071 ||| FLEEEEING.
228087 | D:5      | 228087 ||| FLEEEEING.
228103 | D:5      | 228103 ||| FLEEEEING.
228119 | D:5      | 228119 ||| FLEEEEING.
228135 | D:5      | 228135 ||| FLEEEEING.
228151 | D:5      | 228151 ||| FLEEEEING.
228167 | D:5      | 228167 ||| FLEEEEING.
228183 | D:5      | 228183 ||| FLEEEEING.
228199 | D:5      | 228199 ||| FLEEEEING.
228215 | D:5      | 228215 ||| FLEEEEING.
228231 | D:5      | 228231 ||| FLEEEEING.
228247 | D:5      | 228247 ||| FLEEEEING.
228263 | D:5      | 228263 ||| FLEEEEING.
228279 | D:5      | 228279 ||| FLEEEEING.
228295 | D:5      | 228295 ||| FLEEEEING.
228311 | D:5      | 228311 ||| FLEEEEING.
228327 | D:5      | 228327 ||| FLEEEEING.
228343 | D:5      | 228343 ||| FLEEEEING.
228359 | D:5      | 228359 ||| FLEEEEING.
228375 | D:5      | 228375 ||| FLEEEEING.
228378 | D:5      | Glimpsed the power of Zot.
228391 | D:5      | 228391 ||| FLEEEEING.
228407 | D:5      | 228407 ||| FLEEEEING.
228423 | D:5      | 228423 ||| FLEEEEING.
228439 | D:5      | 228439 ||| FLEEEEING.
228455 | D:5      | 228455 ||| FLEEEEING.
228471 | D:5      | 228471 ||| FLEEEEING.
228487 | D:5      | 228487 ||| FLEEEEING.
228503 | D:5      | 228503 ||| FLEEEEING.
228519 | D:5      | 228519 ||| FLEEEEING.
228535 | D:5      | 228535 ||| FLEEEEING.
228551 | D:5      | 228551 ||| FLEEEEING.
228567 | D:5      | 228567 ||| FLEEEEING.
228583 | D:5      | 228583 ||| FLEEEEING.
228599 | D:5      | 228599 ||| FLEEEEING.
228615 | D:5      | 228615 ||| FLEEEEING.
228631 | D:5      | 228631 ||| FLEEEEING.
228647 | D:5      | 228647 ||| FLEEEEING.
228663 | D:5      | 228663 ||| FLEEEEING.
228679 | D:5      | 228679 ||| FLEEEEING.
228695 | D:5      | 228695 ||| FLEEEEING.
228711 | D:5      | 228711 ||| FLEEEEING.
228727 | D:5      | 228727 ||| FLEEEEING.
228743 | D:5      | 228743 ||| FLEEEEING.
228759 | D:5      | 228759 ||| FLEEEEING.
228775 | D:5      | 228775 ||| FLEEEEING.
228778 | D:5      | Glimpsed the power of Zot.
228791 | D:5      | 228791 ||| FLEEEEING.
228807 | D:5      | 228807 ||| FLEEEEING.
228823 | D:5      | 228823 ||| FLEEEEING.
228839 | D:5      | 228839 ||| FLEEEEING.
228855 | D:5      | 228855 ||| FLEEEEING.
228871 | D:5      | 228871 ||| FLEEEEING.
228877 | D:5      | Touched by the power of Zot.
228878 | D:5      | Glimpsed the power of Zot.
228887 | D:5      | 228887 ||| FLEEEEING.
228903 | D:5      | 228903 ||| FLEEEEING.
228919 | D:5      | 228919 ||| FLEEEEING.
228935 | D:5      | 228935 ||| FLEEEEING.
228951 | D:5      | 228951 ||| FLEEEEING.
228967 | D:5      | 228967 ||| FLEEEEING.
228983 | D:5      | 228983 ||| FLEEEEING.
228999 | D:5      | 228999 ||| FLEEEEING.
229015 | D:5      | 229015 ||| FLEEEEING.
229031 | D:5      | 229031 ||| FLEEEEING.
229047 | D:5      | 229047 ||| FLEEEEING.
229063 | D:5      | 229063 ||| FLEEEEING.
229079 | D:5      | 229079 ||| FLEEEEING.
229095 | D:5      | 229095 ||| FLEEEEING.
229111 | D:5      | 229111 ||| FLEEEEING.
229127 | D:5      | 229127 ||| FLEEEEING.
229143 | D:5      | 229143 ||| FLEEEEING.
229159 | D:5      | 229159 ||| FLEEEEING.
229175 | D:5      | 229175 ||| FLEEEEING.
229191 | D:5      | 229191 ||| FLEEEEING.
229207 | D:5      | 229207 ||| FLEEEEING.
229223 | D:5      | 229223 ||| FLEEEEING.
229239 | D:5      | 229239 ||| FLEEEEING.
229255 | D:5      | 229255 ||| FLEEEEING.
229271 | D:5      | 229271 ||| FLEEEEING.
229287 | D:5      | 229287 ||| FLEEEEING.
229303 | D:5      | 229303 ||| FLEEEEING.
229319 | D:5      | 229319 ||| FLEEEEING.
229335 | D:5      | 229335 ||| FLEEEEING.
229351 | D:5      | 229351 ||| FLEEEEING.
229367 | D:5      | 229367 ||| FLEEEEING.
229378 | D:5      | Glimpsed the power of Zot.
229383 | D:5      | 229383 ||| FLEEEEING.
229399 | D:5      | 229399 ||| FLEEEEING.
229415 | D:5      | 229415 ||| FLEEEEING.
229431 | D:5      | 229431 ||| FLEEEEING.
229447 | D:5      | 229447 ||| FLEEEEING.
229463 | D:5      | 229463 ||| FLEEEEING.
229479 | D:5      | 229479 ||| FLEEEEING.
229495 | D:5      | 229495 ||| FLEEEEING.
229511 | D:5      | 229511 ||| FLEEEEING.
229527 | D:5      | 229527 ||| FLEEEEING.
229543 | D:5      | 229543 ||| FLEEEEING.
229559 | D:5      | 229559 ||| FLEEEEING.
229575 | D:5      | 229575 ||| FLEEEEING.
229591 | D:5      | 229591 ||| FLEEEEING.
229607 | D:5      | 229607 ||| FLEEEEING.
229623 | D:5      | 229623 ||| FLEEEEING.
229639 | D:5      | 229639 ||| FLEEEEING.
229655 | D:5      | 229655 ||| FLEEEEING.
229671 | D:5      | 229671 ||| FLEEEEING.
229687 | D:5      | 229687 ||| FLEEEEING.
229703 | D:5      | 229703 ||| FLEEEEING.
229719 | D:5      | 229719 ||| FLEEEEING.
229735 | D:5      | 229735 ||| FLEEEEING.
229751 | D:5      | 229751 ||| FLEEEEING.
229767 | D:5      | 229767 ||| FLEEEEING.
229778 | D:5      | Glimpsed the power of Zot.
229783 | D:5      | 229783 ||| FLEEEEING.
229799 | D:5      | 229799 ||| FLEEEEING.
229815 | D:5      | 229815 ||| FLEEEEING.
229831 | D:5      | 229831 ||| FLEEEEING.
229847 | D:5      | 229847 ||| FLEEEEING.
229863 | D:5      | 229863 ||| FLEEEEING.
229877 | D:5      | Touched by the power of Zot.
229878 | D:5      | Glimpsed the power of Zot.
229879 | D:5      | 229879 ||| FLEEEEING.
229895 | D:5      | 229895 ||| FLEEEEING.
229911 | D:5      | 229911 ||| FLEEEEING.
229927 | D:5      | 229927 ||| FLEEEEING.
229943 | D:5      | 229943 ||| FLEEEEING.
229959 | D:5      | 229959 ||| FLEEEEING.
229975 | D:5      | 229975 ||| FLEEEEING.
229991 | D:5      | 229991 ||| FLEEEEING.
230007 | D:5      | 230007 ||| FLEEEEING.
230023 | D:5      | 230023 ||| FLEEEEING.
230039 | D:5      | 230039 ||| FLEEEEING.
230055 | D:5      | 230055 ||| FLEEEEING.
230071 | D:5      | 230071 ||| FLEEEEING.
230087 | D:5      | 230087 ||| FLEEEEING.
230103 | D:5      | 230103 ||| FLEEEEING.
230119 | D:5      | 230119 ||| FLEEEEING.
230135 | D:5      | 230135 ||| FLEEEEING.
230151 | D:5      | 230151 ||| FLEEEEING.
230167 | D:5      | 230167 ||| FLEEEEING.
230183 | D:5      | 230183 ||| FLEEEEING.
230199 | D:5      | 230199 ||| FLEEEEING.
230215 | D:5      | 230215 ||| FLEEEEING.
230231 | D:5      | 230231 ||| FLEEEEING.
230247 | D:5      | 230247 ||| FLEEEEING.
230263 | D:5      | 230263 ||| FLEEEEING.
230279 | D:5      | 230279 ||| FLEEEEING.
230295 | D:5      | 230295 ||| FLEEEEING.
230311 | D:5      | 230311 ||| FLEEEEING.
230327 | D:5      | 230327 ||| FLEEEEING.
230343 | D:5      | 230343 ||| FLEEEEING.
230359 | D:5      | 230359 ||| FLEEEEING.
230375 | D:5      | 230375 ||| FLEEEEING.
230378 | D:5      | Glimpsed the power of Zot.
230391 | D:5      | 230391 ||| FLEEEEING.
230407 | D:5      | 230407 ||| FLEEEEING.
230423 | D:5      | 230423 ||| FLEEEEING.
230439 | D:5      | 230439 ||| FLEEEEING.
230455 | D:5      | 230455 ||| FLEEEEING.
230471 | D:5      | 230471 ||| FLEEEEING.
230487 | D:5      | 230487 ||| FLEEEEING.
230503 | D:5      | 230503 ||| FLEEEEING.
230519 | D:5      | 230519 ||| FLEEEEING.
230535 | D:5      | 230535 ||| FLEEEEING.
230551 | D:5      | 230551 ||| FLEEEEING.
230567 | D:5      | 230567 ||| FLEEEEING.
230583 | D:5      | 230583 ||| FLEEEEING.
230599 | D:5      | 230599 ||| FLEEEEING.
230615 | D:5      | 230615 ||| FLEEEEING.
230631 | D:5      | 230631 ||| FLEEEEING.
230647 | D:5      | 230647 ||| FLEEEEING.
230663 | D:5      | 230663 ||| FLEEEEING.
230679 | D:5      | 230679 ||| FLEEEEING.
230695 | D:5      | 230695 ||| FLEEEEING.
230711 | D:5      | 230711 ||| FLEEEEING.
230727 | D:5      | 230727 ||| FLEEEEING.
230743 | D:5      | 230743 ||| FLEEEEING.
230759 | D:5      | 230759 ||| FLEEEEING.
230775 | D:5      | 230775 ||| FLEEEEING.
230778 | D:5      | Glimpsed the power of Zot.
230791 | D:5      | 230791 ||| FLEEEEING.
230807 | D:5      | 230807 ||| FLEEEEING.
230823 | D:5      | 230823 ||| FLEEEEING.
230839 | D:5      | 230839 ||| FLEEEEING.
230855 | D:5      | 230855 ||| FLEEEEING.
230871 | D:5      | 230871 ||| FLEEEEING.
230877 | D:5      | Touched by the power of Zot.
230878 | D:5      | Glimpsed the power of Zot.
230887 | D:5      | 230887 ||| FLEEEEING.
230903 | D:5      | 230903 ||| FLEEEEING.
230919 | D:5      | 230919 ||| FLEEEEING.
230935 | D:5      | 230935 ||| FLEEEEING.
230951 | D:5      | 230951 ||| FLEEEEING.
230967 | D:5      | 230967 ||| FLEEEEING.
230983 | D:5      | 230983 ||| FLEEEEING.
230999 | D:5      | 230999 ||| FLEEEEING.
231015 | D:5      | 231015 ||| FLEEEEING.
231031 | D:5      | 231031 ||| FLEEEEING.
231047 | D:5      | 231047 ||| FLEEEEING.
231063 | D:5      | 231063 ||| FLEEEEING.
231079 | D:5      | 231079 ||| FLEEEEING.
231095 | D:5      | 231095 ||| FLEEEEING.
231111 | D:5      | 231111 ||| FLEEEEING.
231127 | D:5      | 231127 ||| FLEEEEING.
231143 | D:5      | 231143 ||| FLEEEEING.
231159 | D:5      | 231159 ||| FLEEEEING.
231175 | D:5      | 231175 ||| FLEEEEING.
231191 | D:5      | 231191 ||| FLEEEEING.
231207 | D:5      | 231207 ||| FLEEEEING.
231223 | D:5      | 231223 ||| FLEEEEING.
231239 | D:5      | 231239 ||| FLEEEEING.
231255 | D:5      | 231255 ||| FLEEEEING.
231271 | D:5      | 231271 ||| FLEEEEING.
231287 | D:5      | 231287 ||| FLEEEEING.
231303 | D:5      | 231303 ||| FLEEEEING.
231319 | D:5      | 231319 ||| FLEEEEING.
231335 | D:5      | 231335 ||| FLEEEEING.
231351 | D:5      | 231351 ||| FLEEEEING.
231367 | D:5      | 231367 ||| FLEEEEING.
231378 | D:5      | Glimpsed the power of Zot.
231383 | D:5      | 231383 ||| FLEEEEING.
231399 | D:5      | 231399 ||| FLEEEEING.
231415 | D:5      | 231415 ||| FLEEEEING.
231431 | D:5      | 231431 ||| FLEEEEING.
231447 | D:5      | 231447 ||| FLEEEEING.
231463 | D:5      | 231463 ||| FLEEEEING.
231479 | D:5      | 231479 ||| FLEEEEING.
231495 | D:5      | 231495 ||| FLEEEEING.
231511 | D:5      | 231511 ||| FLEEEEING.
231527 | D:5      | 231527 ||| FLEEEEING.
231543 | D:5      | 231543 ||| FLEEEEING.
231559 | D:5      | 231559 ||| FLEEEEING.
231575 | D:5      | 231575 ||| FLEEEEING.
231591 | D:5      | 231591 ||| FLEEEEING.
231607 | D:5      | 231607 ||| FLEEEEING.
231623 | D:5      | 231623 ||| FLEEEEING.
231639 | D:5      | 231639 ||| FLEEEEING.
231655 | D:5      | 231655 ||| FLEEEEING.
231671 | D:5      | 231671 ||| FLEEEEING.
231687 | D:5      | 231687 ||| FLEEEEING.
231703 | D:5      | 231703 ||| FLEEEEING.
231719 | D:5      | 231719 ||| FLEEEEING.
231735 | D:5      | 231735 ||| FLEEEEING.
231751 | D:5      | 231751 ||| FLEEEEING.
231767 | D:5      | 231767 ||| FLEEEEING.
231778 | D:5      | Glimpsed the power of Zot.
231783 | D:5      | 231783 ||| FLEEEEING.
231799 | D:5      | 231799 ||| FLEEEEING.
231815 | D:5      | 231815 ||| FLEEEEING.
231831 | D:5      | 231831 ||| FLEEEEING.
231847 | D:5      | 231847 ||| FLEEEEING.
231863 | D:5      | 231863 ||| FLEEEEING.
231877 | D:5      | Touched by the power of Zot.
231878 | D:5      | Glimpsed the power of Zot.
231879 | D:5      | 231879 ||| FLEEEEING.
231895 | D:5      | 231895 ||| FLEEEEING.
231911 | D:5      | 231911 ||| FLEEEEING.
231927 | D:5      | 231927 ||| FLEEEEING.
231943 | D:5      | 231943 ||| FLEEEEING.
231959 | D:5      | 231959 ||| FLEEEEING.
231975 | D:5      | 231975 ||| FLEEEEING.
231991 | D:5      | 231991 ||| FLEEEEING.
232007 | D:5      | 232007 ||| FLEEEEING.
232023 | D:5      | 232023 ||| FLEEEEING.
232039 | D:5      | 232039 ||| FLEEEEING.
232055 | D:5      | 232055 ||| FLEEEEING.
232071 | D:5      | 232071 ||| FLEEEEING.
232087 | D:5      | 232087 ||| FLEEEEING.
232103 | D:5      | 232103 ||| FLEEEEING.
232119 | D:5      | 232119 ||| FLEEEEING.
232135 | D:5      | 232135 ||| FLEEEEING.
232151 | D:5      | 232151 ||| FLEEEEING.
232167 | D:5      | 232167 ||| FLEEEEING.
232183 | D:5      | 232183 ||| FLEEEEING.
232199 | D:5      | 232199 ||| FLEEEEING.
232215 | D:5      | 232215 ||| FLEEEEING.
232231 | D:5      | 232231 ||| FLEEEEING.
232247 | D:5      | 232247 ||| FLEEEEING.
232263 | D:5      | 232263 ||| FLEEEEING.
232279 | D:5      | 232279 ||| FLEEEEING.
232295 | D:5      | 232295 ||| FLEEEEING.
232311 | D:5      | 232311 ||| FLEEEEING.
232327 | D:5      | 232327 ||| FLEEEEING.
232343 | D:5      | 232343 ||| FLEEEEING.
232359 | D:5      | 232359 ||| FLEEEEING.
232375 | D:5      | 232375 ||| FLEEEEING.
232378 | D:5      | Glimpsed the power of Zot.
232391 | D:5      | 232391 ||| FLEEEEING.
232407 | D:5      | 232407 ||| FLEEEEING.
232423 | D:5      | 232423 ||| FLEEEEING.
232439 | D:5      | 232439 ||| FLEEEEING.
232455 | D:5      | 232455 ||| FLEEEEING.
232471 | D:5      | 232471 ||| FLEEEEING.
232487 | D:5      | 232487 ||| FLEEEEING.
232503 | D:5      | 232503 ||| FLEEEEING.
232519 | D:5      | 232519 ||| FLEEEEING.
232535 | D:5      | 232535 ||| FLEEEEING.
232551 | D:5      | 232551 ||| FLEEEEING.
232567 | D:5      | 232567 ||| FLEEEEING.
232583 | D:5      | 232583 ||| FLEEEEING.
232599 | D:5      | 232599 ||| FLEEEEING.
232615 | D:5      | 232615 ||| FLEEEEING.
232631 | D:5      | 232631 ||| FLEEEEING.
232647 | D:5      | 232647 ||| FLEEEEING.
232663 | D:5      | 232663 ||| FLEEEEING.
232679 | D:5      | 232679 ||| FLEEEEING.
232695 | D:5      | 232695 ||| FLEEEEING.
232711 | D:5      | 232711 ||| FLEEEEING.
232727 | D:5      | 232727 ||| FLEEEEING.
232743 | D:5      | 232743 ||| FLEEEEING.
232759 | D:5      | 232759 ||| FLEEEEING.
232775 | D:5      | 232775 ||| FLEEEEING.
232778 | D:5      | Glimpsed the power of Zot.
232791 | D:5      | 232791 ||| FLEEEEING.
232807 | D:5      | 232807 ||| FLEEEEING.
232823 | D:5      | 232823 ||| FLEEEEING.
232839 | D:5      | 232839 ||| FLEEEEING.
232855 | D:5      | 232855 ||| FLEEEEING.
232871 | D:5      | 232871 ||| FLEEEEING.
232877 | D:5      | Touched by the power of Zot.
232878 | D:5      | Glimpsed the power of Zot.
232887 | D:5      | 232887 ||| FLEEEEING.
232903 | D:5      | 232903 ||| FLEEEEING.
232919 | D:5      | 232919 ||| FLEEEEING.
232935 | D:5      | 232935 ||| FLEEEEING.
232951 | D:5      | 232951 ||| FLEEEEING.
232967 | D:5      | 232967 ||| FLEEEEING.
232983 | D:5      | 232983 ||| FLEEEEING.
232999 | D:5      | 232999 ||| FLEEEEING.
233015 | D:5      | 233015 ||| FLEEEEING.
233031 | D:5      | 233031 ||| FLEEEEING.
233047 | D:5      | 233047 ||| FLEEEEING.
233063 | D:5      | 233063 ||| FLEEEEING.
233079 | D:5      | 233079 ||| FLEEEEING.
233095 | D:5      | 233095 ||| FLEEEEING.
233111 | D:5      | 233111 ||| FLEEEEING.
233127 | D:5      | 233127 ||| FLEEEEING.
233143 | D:5      | 233143 ||| FLEEEEING.
233159 | D:5      | 233159 ||| FLEEEEING.
233175 | D:5      | 233175 ||| FLEEEEING.
233191 | D:5      | 233191 ||| FLEEEEING.
233207 | D:5      | 233207 ||| FLEEEEING.
233223 | D:5      | 233223 ||| FLEEEEING.
233239 | D:5      | 233239 ||| FLEEEEING.
233255 | D:5      | 233255 ||| FLEEEEING.
233271 | D:5      | 233271 ||| FLEEEEING.
233287 | D:5      | 233287 ||| FLEEEEING.
233303 | D:5      | 233303 ||| FLEEEEING.
233319 | D:5      | 233319 ||| FLEEEEING.
233335 | D:5      | 233335 ||| FLEEEEING.
233351 | D:5      | 233351 ||| FLEEEEING.
233367 | D:5      | 233367 ||| FLEEEEING.
233378 | D:5      | Glimpsed the power of Zot.
233383 | D:5      | 233383 ||| FLEEEEING.
233399 | D:5      | 233399 ||| FLEEEEING.
233415 | D:5      | 233415 ||| FLEEEEING.
233431 | D:5      | 233431 ||| FLEEEEING.
233447 | D:5      | 233447 ||| FLEEEEING.
233463 | D:5      | 233463 ||| FLEEEEING.
233479 | D:5      | 233479 ||| FLEEEEING.
233495 | D:5      | 233495 ||| FLEEEEING.
233511 | D:5      | 233511 ||| FLEEEEING.
233527 | D:5      | 233527 ||| FLEEEEING.
233543 | D:5      | 233543 ||| FLEEEEING.
233559 | D:5      | 233559 ||| FLEEEEING.
233575 | D:5      | 233575 ||| FLEEEEING.
233591 | D:5      | 233591 ||| FLEEEEING.
233607 | D:5      | 233607 ||| FLEEEEING.
233623 | D:5      | 233623 ||| FLEEEEING.
233639 | D:5      | 233639 ||| FLEEEEING.
233655 | D:5      | 233655 ||| FLEEEEING.
233671 | D:5      | 233671 ||| FLEEEEING.
233687 | D:5      | 233687 ||| FLEEEEING.
233703 | D:5      | 233703 ||| FLEEEEING.
233719 | D:5      | 233719 ||| FLEEEEING.
233735 | D:5      | 233735 ||| FLEEEEING.
233751 | D:5      | 233751 ||| FLEEEEING.
233767 | D:5      | 233767 ||| FLEEEEING.
233778 | D:5      | Glimpsed the power of Zot.
233783 | D:5      | 233783 ||| FLEEEEING.
233799 | D:5      | 233799 ||| FLEEEEING.
233815 | D:5      | 233815 ||| FLEEEEING.
233831 | D:5      | 233831 ||| FLEEEEING.
233847 | D:5      | 233847 ||| FLEEEEING.
233863 | D:5      | 233863 ||| FLEEEEING.
233877 | D:5      | Touched by the power of Zot.
233878 | D:5      | Glimpsed the power of Zot.
233879 | D:5      | 233879 ||| FLEEEEING.
233895 | D:5      | 233895 ||| FLEEEEING.
233911 | D:5      | 233911 ||| FLEEEEING.
233927 | D:5      | 233927 ||| FLEEEEING.
233943 | D:5      | 233943 ||| FLEEEEING.
233959 | D:5      | 233959 ||| FLEEEEING.
233975 | D:5      | 233975 ||| FLEEEEING.
233991 | D:5      | 233991 ||| FLEEEEING.
234007 | D:5      | 234007 ||| FLEEEEING.
234023 | D:5      | 234023 ||| FLEEEEING.
234039 | D:5      | 234039 ||| FLEEEEING.
234055 | D:5      | 234055 ||| FLEEEEING.
234071 | D:5      | 234071 ||| FLEEEEING.
234087 | D:5      | 234087 ||| FLEEEEING.
234103 | D:5      | 234103 ||| FLEEEEING.
234119 | D:5      | 234119 ||| FLEEEEING.
234135 | D:5      | 234135 ||| FLEEEEING.
234151 | D:5      | 234151 ||| FLEEEEING.
234167 | D:5      | 234167 ||| FLEEEEING.
234183 | D:5      | 234183 ||| FLEEEEING.
234199 | D:5      | 234199 ||| FLEEEEING.
234215 | D:5      | 234215 ||| FLEEEEING.
234231 | D:5      | 234231 ||| FLEEEEING.
234247 | D:5      | 234247 ||| FLEEEEING.
234263 | D:5      | 234263 ||| FLEEEEING.
234279 | D:5      | 234279 ||| FLEEEEING.
234295 | D:5      | 234295 ||| FLEEEEING.
234311 | D:5      | 234311 ||| FLEEEEING.
234327 | D:5      | 234327 ||| FLEEEEING.
234343 | D:5      | 234343 ||| FLEEEEING.
234359 | D:5      | 234359 ||| FLEEEEING.
234375 | D:5      | 234375 ||| FLEEEEING.
234378 | D:5      | Glimpsed the power of Zot.
234391 | D:5      | 234391 ||| FLEEEEING.
234407 | D:5      | 234407 ||| FLEEEEING.
234423 | D:5      | 234423 ||| FLEEEEING.
234439 | D:5      | 234439 ||| FLEEEEING.
234455 | D:5      | 234455 ||| FLEEEEING.
234471 | D:5      | 234471 ||| FLEEEEING.
234487 | D:5      | 234487 ||| FLEEEEING.
234503 | D:5      | 234503 ||| FLEEEEING.
234519 | D:5      | 234519 ||| FLEEEEING.
234535 | D:5      | 234535 ||| FLEEEEING.
234551 | D:5      | 234551 ||| FLEEEEING.
234567 | D:5      | 234567 ||| FLEEEEING.
234583 | D:5      | 234583 ||| FLEEEEING.
234599 | D:5      | 234599 ||| FLEEEEING.
234615 | D:5      | 234615 ||| FLEEEEING.
234631 | D:5      | 234631 ||| FLEEEEING.
234647 | D:5      | 234647 ||| FLEEEEING.
234663 | D:5      | 234663 ||| FLEEEEING.
234679 | D:5      | 234679 ||| FLEEEEING.
234695 | D:5      | 234695 ||| FLEEEEING.
234711 | D:5      | 234711 ||| FLEEEEING.
234727 | D:5      | 234727 ||| FLEEEEING.
234743 | D:5      | 234743 ||| FLEEEEING.
234759 | D:5      | 234759 ||| FLEEEEING.
234775 | D:5      | 234775 ||| FLEEEEING.
234778 | D:5      | Glimpsed the power of Zot.
234791 | D:5      | 234791 ||| FLEEEEING.
234807 | D:5      | 234807 ||| FLEEEEING.
234823 | D:5      | 234823 ||| FLEEEEING.
234839 | D:5      | 234839 ||| FLEEEEING.
234855 | D:5      | 234855 ||| FLEEEEING.
234871 | D:5      | 234871 ||| FLEEEEING.
234877 | D:5      | Touched by the power of Zot.
234878 | D:5      | Glimpsed the power of Zot.
234887 | D:5      | 234887 ||| FLEEEEING.
234903 | D:5      | 234903 ||| FLEEEEING.
234919 | D:5      | 234919 ||| FLEEEEING.
234935 | D:5      | 234935 ||| FLEEEEING.
234951 | D:5      | 234951 ||| FLEEEEING.
234967 | D:5      | 234967 ||| FLEEEEING.
234983 | D:5      | 234983 ||| FLEEEEING.
234999 | D:5      | 234999 ||| FLEEEEING.
235015 | D:5      | 235015 ||| FLEEEEING.
235031 | D:5      | 235031 ||| FLEEEEING.
235047 | D:5      | 235047 ||| FLEEEEING.
235063 | D:5      | 235063 ||| FLEEEEING.
235079 | D:5      | 235079 ||| FLEEEEING.
235095 | D:5      | 235095 ||| FLEEEEING.
235111 | D:5      | 235111 ||| FLEEEEING.
235127 | D:5      | 235127 ||| FLEEEEING.
235143 | D:5      | 235143 ||| FLEEEEING.
235159 | D:5      | 235159 ||| FLEEEEING.
235175 | D:5      | 235175 ||| FLEEEEING.
235191 | D:5      | 235191 ||| FLEEEEING.
235207 | D:5      | 235207 ||| FLEEEEING.
235223 | D:5      | 235223 ||| FLEEEEING.
235239 | D:5      | 235239 ||| FLEEEEING.
235255 | D:5      | 235255 ||| FLEEEEING.
235271 | D:5      | 235271 ||| FLEEEEING.
235287 | D:5      | 235287 ||| FLEEEEING.
235303 | D:5      | 235303 ||| FLEEEEING.
235319 | D:5      | 235319 ||| FLEEEEING.
235335 | D:5      | 235335 ||| FLEEEEING.
235351 | D:5      | 235351 ||| FLEEEEING.
235367 | D:5      | 235367 ||| FLEEEEING.
235378 | D:5      | Glimpsed the power of Zot.
235383 | D:5      | 235383 ||| FLEEEEING.
235399 | D:5      | 235399 ||| FLEEEEING.
235415 | D:5      | 235415 ||| FLEEEEING.
235431 | D:5      | 235431 ||| FLEEEEING.
235447 | D:5      | 235447 ||| FLEEEEING.
235463 | D:5      | 235463 ||| FLEEEEING.
235479 | D:5      | 235479 ||| FLEEEEING.
235495 | D:5      | 235495 ||| FLEEEEING.
235511 | D:5      | 235511 ||| FLEEEEING.
235527 | D:5      | 235527 ||| FLEEEEING.
235543 | D:5      | 235543 ||| FLEEEEING.
235559 | D:5      | 235559 ||| FLEEEEING.
235575 | D:5      | 235575 ||| FLEEEEING.
235591 | D:5      | 235591 ||| FLEEEEING.
235607 | D:5      | 235607 ||| FLEEEEING.
235623 | D:5      | 235623 ||| FLEEEEING.
235639 | D:5      | 235639 ||| FLEEEEING.
235655 | D:5      | 235655 ||| FLEEEEING.
235671 | D:5      | 235671 ||| FLEEEEING.
235687 | D:5      | 235687 ||| FLEEEEING.
235703 | D:5      | 235703 ||| FLEEEEING.
235719 | D:5      | 235719 ||| FLEEEEING.
235735 | D:5      | 235735 ||| FLEEEEING.
235751 | D:5      | 235751 ||| FLEEEEING.
235767 | D:5      | 235767 ||| FLEEEEING.
235778 | D:5      | Glimpsed the power of Zot.
235783 | D:5      | 235783 ||| FLEEEEING.
235799 | D:5      | 235799 ||| FLEEEEING.
235815 | D:5      | 235815 ||| FLEEEEING.
235831 | D:5      | 235831 ||| FLEEEEING.
235847 | D:5      | 235847 ||| FLEEEEING.
235863 | D:5      | 235863 ||| FLEEEEING.
235877 | D:5      | Touched by the power of Zot.
235878 | D:5      | Glimpsed the power of Zot.
235879 | D:5      | 235879 ||| FLEEEEING.
235895 | D:5      | 235895 ||| FLEEEEING.
235911 | D:5      | 235911 ||| FLEEEEING.
235927 | D:5      | 235927 ||| FLEEEEING.
235943 | D:5      | 235943 ||| FLEEEEING.
235959 | D:5      | 235959 ||| FLEEEEING.
235975 | D:5      | 235975 ||| FLEEEEING.
235991 | D:5      | 235991 ||| FLEEEEING.
236007 | D:5      | 236007 ||| FLEEEEING.
236023 | D:5      | 236023 ||| FLEEEEING.
236039 | D:5      | 236039 ||| FLEEEEING.
236055 | D:5      | 236055 ||| FLEEEEING.
236071 | D:5      | 236071 ||| FLEEEEING.
236087 | D:5      | 236087 ||| FLEEEEING.
236103 | D:5      | 236103 ||| FLEEEEING.
236119 | D:5      | 236119 ||| FLEEEEING.
236135 | D:5      | 236135 ||| FLEEEEING.
236151 | D:5      | 236151 ||| FLEEEEING.
236167 | D:5      | 236167 ||| FLEEEEING.
236183 | D:5      | 236183 ||| FLEEEEING.
236199 | D:5      | 236199 ||| FLEEEEING.
236215 | D:5      | 236215 ||| FLEEEEING.
236231 | D:5      | 236231 ||| FLEEEEING.
236247 | D:5      | 236247 ||| FLEEEEING.
236263 | D:5      | 236263 ||| FLEEEEING.
236279 | D:5      | 236279 ||| FLEEEEING.
236295 | D:5      | 236295 ||| FLEEEEING.
236311 | D:5      | 236311 ||| FLEEEEING.
236327 | D:5      | 236327 ||| FLEEEEING.
236343 | D:5      | 236343 ||| FLEEEEING.
236359 | D:5      | 236359 ||| FLEEEEING.
236375 | D:5      | 236375 ||| FLEEEEING.
236378 | D:5      | Glimpsed the power of Zot.
236391 | D:5      | 236391 ||| FLEEEEING.
236407 | D:5      | 236407 ||| FLEEEEING.
236423 | D:5      | 236423 ||| FLEEEEING.
236439 | D:5      | 236439 ||| FLEEEEING.
236455 | D:5      | 236455 ||| FLEEEEING.
236471 | D:5      | 236471 ||| FLEEEEING.
236487 | D:5      | 236487 ||| FLEEEEING.
236503 | D:5      | 236503 ||| FLEEEEING.
236519 | D:5      | 236519 ||| FLEEEEING.
236535 | D:5      | 236535 ||| FLEEEEING.
236551 | D:5      | 236551 ||| FLEEEEING.
236567 | D:5      | 236567 ||| FLEEEEING.
236583 | D:5      | 236583 ||| FLEEEEING.
236599 | D:5      | 236599 ||| FLEEEEING.
236615 | D:5      | 236615 ||| FLEEEEING.
236631 | D:5      | 236631 ||| FLEEEEING.
236647 | D:5      | 236647 ||| FLEEEEING.
236663 | D:5      | 236663 ||| FLEEEEING.
236679 | D:5      | 236679 ||| FLEEEEING.
236695 | D:5      | 236695 ||| FLEEEEING.
236711 | D:5      | 236711 ||| FLEEEEING.
236727 | D:5      | 236727 ||| FLEEEEING.
236743 | D:5      | 236743 ||| FLEEEEING.
236759 | D:5      | 236759 ||| FLEEEEING.
236775 | D:5      | 236775 ||| FLEEEEING.
236778 | D:5      | Glimpsed the power of Zot.
236791 | D:5      | 236791 ||| FLEEEEING.
236807 | D:5      | 236807 ||| FLEEEEING.
236823 | D:5      | 236823 ||| FLEEEEING.
236839 | D:5      | 236839 ||| FLEEEEING.
236855 | D:5      | 236855 ||| FLEEEEING.
236871 | D:5      | 236871 ||| FLEEEEING.
236877 | D:5      | Touched by the power of Zot.
236878 | D:5      | Glimpsed the power of Zot.
236887 | D:5      | 236887 ||| FLEEEEING.
236903 | D:5      | 236903 ||| FLEEEEING.
236919 | D:5      | 236919 ||| FLEEEEING.
236935 | D:5      | 236935 ||| FLEEEEING.
236951 | D:5      | 236951 ||| FLEEEEING.
236967 | D:5      | 236967 ||| FLEEEEING.
236983 | D:5      | 236983 ||| FLEEEEING.
236999 | D:5      | 236999 ||| FLEEEEING.
237015 | D:5      | 237015 ||| FLEEEEING.
237031 | D:5      | 237031 ||| FLEEEEING.
237047 | D:5      | 237047 ||| FLEEEEING.
237063 | D:5      | 237063 ||| FLEEEEING.
237079 | D:5      | 237079 ||| FLEEEEING.
237095 | D:5      | 237095 ||| FLEEEEING.
237111 | D:5      | 237111 ||| FLEEEEING.
237127 | D:5      | 237127 ||| FLEEEEING.
237143 | D:5      | 237143 ||| FLEEEEING.
237159 | D:5      | 237159 ||| FLEEEEING.
237175 | D:5      | 237175 ||| FLEEEEING.
237191 | D:5      | 237191 ||| FLEEEEING.
237207 | D:5      | 237207 ||| FLEEEEING.
237223 | D:5      | 237223 ||| FLEEEEING.
237239 | D:5      | 237239 ||| FLEEEEING.
237255 | D:5      | 237255 ||| FLEEEEING.
237271 | D:5      | 237271 ||| FLEEEEING.
237287 | D:5      | 237287 ||| FLEEEEING.
237303 | D:5      | 237303 ||| FLEEEEING.
237319 | D:5      | 237319 ||| FLEEEEING.
237335 | D:5      | 237335 ||| FLEEEEING.
237351 | D:5      | 237351 ||| FLEEEEING.
237367 | D:5      | 237367 ||| FLEEEEING.
237378 | D:5      | Glimpsed the power of Zot.
237383 | D:5      | 237383 ||| FLEEEEING.
237399 | D:5      | 237399 ||| FLEEEEING.
237415 | D:5      | 237415 ||| FLEEEEING.
237431 | D:5      | 237431 ||| FLEEEEING.
237447 | D:5      | 237447 ||| FLEEEEING.
237463 | D:5      | 237463 ||| FLEEEEING.
237479 | D:5      | 237479 ||| FLEEEEING.
237495 | D:5      | 237495 ||| FLEEEEING.
237511 | D:5      | 237511 ||| FLEEEEING.
237527 | D:5      | 237527 ||| FLEEEEING.
237543 | D:5      | 237543 ||| FLEEEEING.
237559 | D:5      | 237559 ||| FLEEEEING.
237575 | D:5      | 237575 ||| FLEEEEING.
237591 | D:5      | 237591 ||| FLEEEEING.
237607 | D:5      | 237607 ||| FLEEEEING.
237623 | D:5      | 237623 ||| FLEEEEING.
237639 | D:5      | 237639 ||| FLEEEEING.
237655 | D:5      | 237655 ||| FLEEEEING.
237671 | D:5      | 237671 ||| FLEEEEING.
237687 | D:5      | 237687 ||| FLEEEEING.
237703 | D:5      | 237703 ||| FLEEEEING.
237719 | D:5      | 237719 ||| FLEEEEING.
237735 | D:5      | 237735 ||| FLEEEEING.
237751 | D:5      | 237751 ||| FLEEEEING.
237767 | D:5      | 237767 ||| FLEEEEING.
237778 | D:5      | Glimpsed the power of Zot.
237783 | D:5      | 237783 ||| FLEEEEING.
237799 | D:5      | 237799 ||| FLEEEEING.
237815 | D:5      | 237815 ||| FLEEEEING.
237831 | D:5      | 237831 ||| FLEEEEING.
237847 | D:5      | 237847 ||| FLEEEEING.
237863 | D:5      | 237863 ||| FLEEEEING.
237877 | D:5      | Touched by the power of Zot.
237878 | D:5      | Glimpsed the power of Zot.
237879 | D:5      | 237879 ||| FLEEEEING.
237895 | D:5      | 237895 ||| FLEEEEING.
237911 | D:5      | 237911 ||| FLEEEEING.
237927 | D:5      | 237927 ||| FLEEEEING.
237943 | D:5      | 237943 ||| FLEEEEING.
237959 | D:5      | 237959 ||| FLEEEEING.
237975 | D:5      | 237975 ||| FLEEEEING.
237991 | D:5      | 237991 ||| FLEEEEING.
238007 | D:5      | 238007 ||| FLEEEEING.
238023 | D:5      | 238023 ||| FLEEEEING.
238039 | D:5      | 238039 ||| FLEEEEING.
238055 | D:5      | 238055 ||| FLEEEEING.
238071 | D:5      | 238071 ||| FLEEEEING.
238087 | D:5      | 238087 ||| FLEEEEING.
238103 | D:5      | 238103 ||| FLEEEEING.
238119 | D:5      | 238119 ||| FLEEEEING.
238135 | D:5      | 238135 ||| FLEEEEING.
238151 | D:5      | 238151 ||| FLEEEEING.
238167 | D:5      | 238167 ||| FLEEEEING.
238183 | D:5      | 238183 ||| FLEEEEING.
238199 | D:5      | 238199 ||| FLEEEEING.
238215 | D:5      | 238215 ||| FLEEEEING.
238231 | D:5      | 238231 ||| FLEEEEING.
238247 | D:5      | 238247 ||| FLEEEEING.
238263 | D:5      | 238263 ||| FLEEEEING.
238279 | D:5      | 238279 ||| FLEEEEING.
238295 | D:5      | 238295 ||| FLEEEEING.
238311 | D:5      | 238311 ||| FLEEEEING.
238327 | D:5      | 238327 ||| FLEEEEING.
238343 | D:5      | 238343 ||| FLEEEEING.
238359 | D:5      | 238359 ||| FLEEEEING.
238375 | D:5      | 238375 ||| FLEEEEING.
238378 | D:5      | Glimpsed the power of Zot.
238391 | D:5      | 238391 ||| FLEEEEING.
238407 | D:5      | 238407 ||| FLEEEEING.
238423 | D:5      | 238423 ||| FLEEEEING.
238439 | D:5      | 238439 ||| FLEEEEING.
238455 | D:5      | 238455 ||| FLEEEEING.
238471 | D:5      | 238471 ||| FLEEEEING.
238487 | D:5      | 238487 ||| FLEEEEING.
238503 | D:5      | 238503 ||| FLEEEEING.
238519 | D:5      | 238519 ||| FLEEEEING.
238535 | D:5      | 238535 ||| FLEEEEING.
238551 | D:5      | 238551 ||| FLEEEEING.
238567 | D:5      | 238567 ||| FLEEEEING.
238583 | D:5      | 238583 ||| FLEEEEING.
238599 | D:5      | 238599 ||| FLEEEEING.
238615 | D:5      | 238615 ||| FLEEEEING.
238631 | D:5      | 238631 ||| FLEEEEING.
238647 | D:5      | 238647 ||| FLEEEEING.
238663 | D:5      | 238663 ||| FLEEEEING.
238679 | D:5      | 238679 ||| FLEEEEING.
238695 | D:5      | 238695 ||| FLEEEEING.
238711 | D:5      | 238711 ||| FLEEEEING.
238727 | D:5      | 238727 ||| FLEEEEING.
238743 | D:5      | 238743 ||| FLEEEEING.
238759 | D:5      | 238759 ||| FLEEEEING.
238775 | D:5      | 238775 ||| FLEEEEING.
238778 | D:5      | Glimpsed the power of Zot.
238791 | D:5      | 238791 ||| FLEEEEING.
238807 | D:5      | 238807 ||| FLEEEEING.
238823 | D:5      | 238823 ||| FLEEEEING.
238839 | D:5      | 238839 ||| FLEEEEING.
238855 | D:5      | 238855 ||| FLEEEEING.
238871 | D:5      | 238871 ||| FLEEEEING.
238877 | D:5      | Touched by the power of Zot.
238878 | D:5      | Glimpsed the power of Zot.
238887 | D:5      | 238887 ||| FLEEEEING.
238903 | D:5      | 238903 ||| FLEEEEING.
238919 | D:5      | 238919 ||| FLEEEEING.
238935 | D:5      | 238935 ||| FLEEEEING.
238951 | D:5      | 238951 ||| FLEEEEING.
238967 | D:5      | 238967 ||| FLEEEEING.
238983 | D:5      | 238983 ||| FLEEEEING.
238999 | D:5      | 238999 ||| FLEEEEING.
239015 | D:5      | 239015 ||| FLEEEEING.
239031 | D:5      | 239031 ||| FLEEEEING.
239047 | D:5      | 239047 ||| FLEEEEING.
239063 | D:5      | 239063 ||| FLEEEEING.
239079 | D:5      | 239079 ||| FLEEEEING.
239095 | D:5      | 239095 ||| FLEEEEING.
239111 | D:5      | 239111 ||| FLEEEEING.
239127 | D:5      | 239127 ||| FLEEEEING.
239143 | D:5      | 239143 ||| FLEEEEING.
239159 | D:5      | 239159 ||| FLEEEEING.
239175 | D:5      | 239175 ||| FLEEEEING.
239191 | D:5      | 239191 ||| FLEEEEING.
239207 | D:5      | 239207 ||| FLEEEEING.
239223 | D:5      | 239223 ||| FLEEEEING.
239239 | D:5      | 239239 ||| FLEEEEING.
239255 | D:5      | 239255 ||| FLEEEEING.
239271 | D:5      | 239271 ||| FLEEEEING.
239287 | D:5      | 239287 ||| FLEEEEING.
239303 | D:5      | 239303 ||| FLEEEEING.
239319 | D:5      | 239319 ||| FLEEEEING.
239335 | D:5      | 239335 ||| FLEEEEING.
239351 | D:5      | 239351 ||| FLEEEEING.
239367 | D:5      | 239367 ||| FLEEEEING.
239378 | D:5      | Glimpsed the power of Zot.
239383 | D:5      | 239383 ||| FLEEEEING.
239399 | D:5      | 239399 ||| FLEEEEING.
239415 | D:5      | 239415 ||| FLEEEEING.
239431 | D:5      | 239431 ||| FLEEEEING.
239447 | D:5      | 239447 ||| FLEEEEING.
239463 | D:5      | 239463 ||| FLEEEEING.
239479 | D:5      | 239479 ||| FLEEEEING.
239495 | D:5      | 239495 ||| FLEEEEING.
239511 | D:5      | 239511 ||| FLEEEEING.
239527 | D:5      | 239527 ||| FLEEEEING.
239543 | D:5      | 239543 ||| FLEEEEING.
239559 | D:5      | 239559 ||| FLEEEEING.
239575 | D:5      | 239575 ||| FLEEEEING.
239591 | D:5      | 239591 ||| FLEEEEING.
239607 | D:5      | 239607 ||| FLEEEEING.
239623 | D:5      | 239623 ||| FLEEEEING.
239639 | D:5      | 239639 ||| FLEEEEING.
239655 | D:5      | 239655 ||| FLEEEEING.
239671 | D:5      | 239671 ||| FLEEEEING.
239687 | D:5      | 239687 ||| FLEEEEING.
239703 | D:5      | 239703 ||| FLEEEEING.
239719 | D:5      | 239719 ||| FLEEEEING.
239735 | D:5      | 239735 ||| FLEEEEING.
239751 | D:5      | 239751 ||| FLEEEEING.
239767 | D:5      | 239767 ||| FLEEEEING.
239778 | D:5      | Glimpsed the power of Zot.
239783 | D:5      | 239783 ||| FLEEEEING.
239799 | D:5      | 239799 ||| FLEEEEING.
239815 | D:5      | 239815 ||| FLEEEEING.
239831 | D:5      | 239831 ||| FLEEEEING.
239847 | D:5      | 239847 ||| FLEEEEING.
239863 | D:5      | 239863 ||| FLEEEEING.
239877 | D:5      | Touched by the power of Zot.
239878 | D:5      | Glimpsed the power of Zot.
239879 | D:5      | 239879 ||| FLEEEEING.
239895 | D:5      | 239895 ||| FLEEEEING.
239911 | D:5      | 239911 ||| FLEEEEING.
239927 | D:5      | 239927 ||| FLEEEEING.
239943 | D:5      | 239943 ||| FLEEEEING.
239959 | D:5      | 239959 ||| FLEEEEING.
239975 | D:5      | 239975 ||| FLEEEEING.
239991 | D:5      | 239991 ||| FLEEEEING.
240007 | D:5      | 240007 ||| FLEEEEING.
240023 | D:5      | 240023 ||| FLEEEEING.
240039 | D:5      | 240039 ||| FLEEEEING.
240055 | D:5      | 240055 ||| FLEEEEING.
240071 | D:5      | 240071 ||| FLEEEEING.
240087 | D:5      | 240087 ||| FLEEEEING.
240103 | D:5      | 240103 ||| FLEEEEING.
240119 | D:5      | 240119 ||| FLEEEEING.
240135 | D:5      | 240135 ||| FLEEEEING.
240151 | D:5      | 240151 ||| FLEEEEING.
240167 | D:5      | 240167 ||| FLEEEEING.
240183 | D:5      | 240183 ||| FLEEEEING.
240199 | D:5      | 240199 ||| FLEEEEING.
240215 | D:5      | 240215 ||| FLEEEEING.
240231 | D:5      | 240231 ||| FLEEEEING.
240247 | D:5      | 240247 ||| FLEEEEING.
240263 | D:5      | 240263 ||| FLEEEEING.
240279 | D:5      | 240279 ||| FLEEEEING.
240295 | D:5      | 240295 ||| FLEEEEING.
240311 | D:5      | 240311 ||| FLEEEEING.
240327 | D:5      | 240327 ||| FLEEEEING.
240343 | D:5      | 240343 ||| FLEEEEING.
240359 | D:5      | 240359 ||| FLEEEEING.
240375 | D:5      | 240375 ||| FLEEEEING.
240378 | D:5      | Glimpsed the power of Zot.
240391 | D:5      | 240391 ||| FLEEEEING.
240407 | D:5      | 240407 ||| FLEEEEING.
240423 | D:5      | 240423 ||| FLEEEEING.
240439 | D:5      | 240439 ||| FLEEEEING.
240455 | D:5      | 240455 ||| FLEEEEING.
240471 | D:5      | 240471 ||| FLEEEEING.
240487 | D:5      | 240487 ||| FLEEEEING.
240503 | D:5      | 240503 ||| FLEEEEING.
240519 | D:5      | 240519 ||| FLEEEEING.
240535 | D:5      | 240535 ||| FLEEEEING.
240551 | D:5      | 240551 ||| FLEEEEING.
240567 | D:5      | 240567 ||| FLEEEEING.
240583 | D:5      | 240583 ||| FLEEEEING.
240599 | D:5      | 240599 ||| FLEEEEING.
240615 | D:5      | 240615 ||| FLEEEEING.
240631 | D:5      | 240631 ||| FLEEEEING.
240647 | D:5      | 240647 ||| FLEEEEING.
240663 | D:5      | 240663 ||| FLEEEEING.
240679 | D:5      | 240679 ||| FLEEEEING.
240695 | D:5      | 240695 ||| FLEEEEING.
240711 | D:5      | 240711 ||| FLEEEEING.
240727 | D:5      | 240727 ||| FLEEEEING.
240743 | D:5      | 240743 ||| FLEEEEING.
240759 | D:5      | 240759 ||| FLEEEEING.
240775 | D:5      | 240775 ||| FLEEEEING.
240778 | D:5      | Glimpsed the power of Zot.
240791 | D:5      | 240791 ||| FLEEEEING.
240807 | D:5      | 240807 ||| FLEEEEING.
240823 | D:5      | 240823 ||| FLEEEEING.
240839 | D:5      | 240839 ||| FLEEEEING.
240855 | D:5      | 240855 ||| FLEEEEING.
240871 | D:5      | 240871 ||| FLEEEEING.
240877 | D:5      | Touched by the power of Zot.
240878 | D:5      | Glimpsed the power of Zot.
240887 | D:5      | 240887 ||| FLEEEEING.
240903 | D:5      | 240903 ||| FLEEEEING.
240919 | D:5      | 240919 ||| FLEEEEING.
240935 | D:5      | 240935 ||| FLEEEEING.
240951 | D:5      | 240951 ||| FLEEEEING.
240967 | D:5      | 240967 ||| FLEEEEING.
240983 | D:5      | 240983 ||| FLEEEEING.
240999 | D:5      | 240999 ||| FLEEEEING.
241015 | D:5      | 241015 ||| FLEEEEING.
241031 | D:5      | 241031 ||| FLEEEEING.
241047 | D:5      | 241047 ||| FLEEEEING.
241063 | D:5      | 241063 ||| FLEEEEING.
241079 | D:5      | 241079 ||| FLEEEEING.
241095 | D:5      | 241095 ||| FLEEEEING.
241111 | D:5      | 241111 ||| FLEEEEING.
241127 | D:5      | 241127 ||| FLEEEEING.
241143 | D:5      | 241143 ||| FLEEEEING.
241159 | D:5      | 241159 ||| FLEEEEING.
241175 | D:5      | 241175 ||| FLEEEEING.
241191 | D:5      | 241191 ||| FLEEEEING.
241207 | D:5      | 241207 ||| FLEEEEING.
241223 | D:5      | 241223 ||| FLEEEEING.
241239 | D:5      | 241239 ||| FLEEEEING.
241255 | D:5      | 241255 ||| FLEEEEING.
241271 | D:5      | 241271 ||| FLEEEEING.
241287 | D:5      | 241287 ||| FLEEEEING.
241303 | D:5      | 241303 ||| FLEEEEING.
241319 | D:5      | 241319 ||| FLEEEEING.
241335 | D:5      | 241335 ||| FLEEEEING.
241351 | D:5      | 241351 ||| FLEEEEING.
241367 | D:5      | 241367 ||| FLEEEEING.
241378 | D:5      | Glimpsed the power of Zot.
241383 | D:5      | 241383 ||| FLEEEEING.
241399 | D:5      | 241399 ||| FLEEEEING.
241415 | D:5      | 241415 ||| FLEEEEING.
241431 | D:5      | 241431 ||| FLEEEEING.
241447 | D:5      | 241447 ||| FLEEEEING.
241463 | D:5      | 241463 ||| FLEEEEING.
241479 | D:5      | 241479 ||| FLEEEEING.
241495 | D:5      | 241495 ||| FLEEEEING.
241511 | D:5      | 241511 ||| FLEEEEING.
241527 | D:5      | 241527 ||| FLEEEEING.
241543 | D:5      | 241543 ||| FLEEEEING.
241559 | D:5      | 241559 ||| FLEEEEING.
241575 | D:5      | 241575 ||| FLEEEEING.
241591 | D:5      | 241591 ||| FLEEEEING.
241607 | D:5      | 241607 ||| FLEEEEING.
241623 | D:5      | 241623 ||| FLEEEEING.
241639 | D:5      | 241639 ||| FLEEEEING.
241655 | D:5      | 241655 ||| FLEEEEING.
241671 | D:5      | 241671 ||| FLEEEEING.
241687 | D:5      | 241687 ||| FLEEEEING.
241703 | D:5      | 241703 ||| FLEEEEING.
241719 | D:5      | 241719 ||| FLEEEEING.
241735 | D:5      | 241735 ||| FLEEEEING.
241751 | D:5      | 241751 ||| FLEEEEING.
241767 | D:5      | 241767 ||| FLEEEEING.
241778 | D:5      | Glimpsed the power of Zot.
241783 | D:5      | 241783 ||| FLEEEEING.
241799 | D:5      | 241799 ||| FLEEEEING.
241815 | D:5      | 241815 ||| FLEEEEING.
241831 | D:5      | 241831 ||| FLEEEEING.
241847 | D:5      | 241847 ||| FLEEEEING.
241863 | D:5      | 241863 ||| FLEEEEING.
241877 | D:5      | Touched by the power of Zot.
241878 | D:5      | Glimpsed the power of Zot.
241879 | D:5      | 241879 ||| FLEEEEING.
241895 | D:5      | 241895 ||| FLEEEEING.
241911 | D:5      | 241911 ||| FLEEEEING.
241927 | D:5      | 241927 ||| FLEEEEING.
241943 | D:5      | 241943 ||| FLEEEEING.
241959 | D:5      | 241959 ||| FLEEEEING.
241975 | D:5      | 241975 ||| FLEEEEING.
241991 | D:5      | 241991 ||| FLEEEEING.
242007 | D:5      | 242007 ||| FLEEEEING.
242023 | D:5      | 242023 ||| FLEEEEING.
242039 | D:5      | 242039 ||| FLEEEEING.
242055 | D:5      | 242055 ||| FLEEEEING.
242071 | D:5      | 242071 ||| FLEEEEING.
242087 | D:5      | 242087 ||| FLEEEEING.
242103 | D:5      | 242103 ||| FLEEEEING.
242119 | D:5      | 242119 ||| FLEEEEING.
242135 | D:5      | 242135 ||| FLEEEEING.
242151 | D:5      | 242151 ||| FLEEEEING.
242167 | D:5      | 242167 ||| FLEEEEING.
242183 | D:5      | 242183 ||| FLEEEEING.
242199 | D:5      | 242199 ||| FLEEEEING.
242215 | D:5      | 242215 ||| FLEEEEING.
242231 | D:5      | 242231 ||| FLEEEEING.
242247 | D:5      | 242247 ||| FLEEEEING.
242263 | D:5      | 242263 ||| FLEEEEING.
242279 | D:5      | 242279 ||| FLEEEEING.
242295 | D:5      | 242295 ||| FLEEEEING.
242311 | D:5      | 242311 ||| FLEEEEING.
242327 | D:5      | 242327 ||| FLEEEEING.
242343 | D:5      | 242343 ||| FLEEEEING.
242359 | D:5      | 242359 ||| FLEEEEING.
242375 | D:5      | 242375 ||| FLEEEEING.
242378 | D:5      | Glimpsed the power of Zot.
242391 | D:5      | 242391 ||| FLEEEEING.
242407 | D:5      | 242407 ||| FLEEEEING.
242423 | D:5      | 242423 ||| FLEEEEING.
242439 | D:5      | 242439 ||| FLEEEEING.
242455 | D:5      | 242455 ||| FLEEEEING.
242471 | D:5      | 242471 ||| FLEEEEING.
242487 | D:5      | 242487 ||| FLEEEEING.
242503 | D:5      | 242503 ||| FLEEEEING.
242519 | D:5      | 242519 ||| FLEEEEING.
242535 | D:5      | 242535 ||| FLEEEEING.
242551 | D:5      | 242551 ||| FLEEEEING.
242567 | D:5      | 242567 ||| FLEEEEING.
242583 | D:5      | 242583 ||| FLEEEEING.
242599 | D:5      | 242599 ||| FLEEEEING.
242615 | D:5      | 242615 ||| FLEEEEING.
242631 | D:5      | 242631 ||| FLEEEEING.
242647 | D:5      | 242647 ||| FLEEEEING.
242663 | D:5      | 242663 ||| FLEEEEING.
242679 | D:5      | 242679 ||| FLEEEEING.
242695 | D:5      | 242695 ||| FLEEEEING.
242711 | D:5      | 242711 ||| FLEEEEING.
242727 | D:5      | 242727 ||| FLEEEEING.
242743 | D:5      | 242743 ||| FLEEEEING.
242759 | D:5      | 242759 ||| FLEEEEING.
242775 | D:5      | 242775 ||| FLEEEEING.
242778 | D:5      | Glimpsed the power of Zot.
242791 | D:5      | 242791 ||| FLEEEEING.
242807 | D:5      | 242807 ||| FLEEEEING.
242823 | D:5      | 242823 ||| FLEEEEING.
242839 | D:5      | 242839 ||| FLEEEEING.
242855 | D:5      | 242855 ||| FLEEEEING.
242871 | D:5      | 242871 ||| FLEEEEING.
242877 | D:5      | Touched by the power of Zot.
242878 | D:5      | Glimpsed the power of Zot.
242887 | D:5      | 242887 ||| FLEEEEING.
242903 | D:5      | 242903 ||| FLEEEEING.
242919 | D:5      | 242919 ||| FLEEEEING.
242935 | D:5      | 242935 ||| FLEEEEING.
242951 | D:5      | 242951 ||| FLEEEEING.
242967 | D:5      | 242967 ||| FLEEEEING.
242983 | D:5      | 242983 ||| FLEEEEING.
242999 | D:5      | 242999 ||| FLEEEEING.
243015 | D:5      | 243015 ||| FLEEEEING.
243031 | D:5      | 243031 ||| FLEEEEING.
243047 | D:5      | 243047 ||| FLEEEEING.
243063 | D:5      | 243063 ||| FLEEEEING.
243079 | D:5      | 243079 ||| FLEEEEING.
243095 | D:5      | 243095 ||| FLEEEEING.
243111 | D:5      | 243111 ||| FLEEEEING.
243127 | D:5      | 243127 ||| FLEEEEING.
243143 | D:5      | 243143 ||| FLEEEEING.
243159 | D:5      | 243159 ||| FLEEEEING.
243175 | D:5      | 243175 ||| FLEEEEING.
243191 | D:5      | 243191 ||| FLEEEEING.
243207 | D:5      | 243207 ||| FLEEEEING.
243223 | D:5      | 243223 ||| FLEEEEING.
243239 | D:5      | 243239 ||| FLEEEEING.
243255 | D:5      | 243255 ||| FLEEEEING.
243271 | D:5      | 243271 ||| FLEEEEING.
243287 | D:5      | 243287 ||| FLEEEEING.
243303 | D:5      | 243303 ||| FLEEEEING.
243319 | D:5      | 243319 ||| FLEEEEING.
243335 | D:5      | 243335 ||| FLEEEEING.
243351 | D:5      | 243351 ||| FLEEEEING.
243367 | D:5      | 243367 ||| FLEEEEING.
243378 | D:5      | Glimpsed the power of Zot.
243383 | D:5      | 243383 ||| FLEEEEING.
243399 | D:5      | 243399 ||| FLEEEEING.
243415 | D:5      | 243415 ||| FLEEEEING.
243431 | D:5      | 243431 ||| FLEEEEING.
243447 | D:5      | 243447 ||| FLEEEEING.
243463 | D:5      | 243463 ||| FLEEEEING.
243479 | D:5      | 243479 ||| FLEEEEING.
243495 | D:5      | 243495 ||| FLEEEEING.
243511 | D:5      | 243511 ||| FLEEEEING.
243527 | D:5      | 243527 ||| FLEEEEING.
243543 | D:5      | 243543 ||| FLEEEEING.
243559 | D:5      | 243559 ||| FLEEEEING.
243575 | D:5      | 243575 ||| FLEEEEING.
243591 | D:5      | 243591 ||| FLEEEEING.
243607 | D:5      | 243607 ||| FLEEEEING.
243623 | D:5      | 243623 ||| FLEEEEING.
243639 | D:5      | 243639 ||| FLEEEEING.
243655 | D:5      | 243655 ||| FLEEEEING.
243671 | D:5      | 243671 ||| FLEEEEING.
243687 | D:5      | 243687 ||| FLEEEEING.
243703 | D:5      | 243703 ||| FLEEEEING.
243719 | D:5      | 243719 ||| FLEEEEING.
243735 | D:5      | 243735 ||| FLEEEEING.
243751 | D:5      | 243751 ||| FLEEEEING.
243767 | D:5      | 243767 ||| FLEEEEING.
243778 | D:5      | Glimpsed the power of Zot.
243783 | D:5      | 243783 ||| FLEEEEING.
243799 | D:5      | 243799 ||| FLEEEEING.
243815 | D:5      | 243815 ||| FLEEEEING.
243831 | D:5      | 243831 ||| FLEEEEING.
243847 | D:5      | 243847 ||| FLEEEEING.
243863 | D:5      | 243863 ||| FLEEEEING.
243877 | D:5      | Touched by the power of Zot.
243878 | D:5      | Glimpsed the power of Zot.
243879 | D:5      | 243879 ||| FLEEEEING.
243895 | D:5      | 243895 ||| FLEEEEING.
243911 | D:5      | 243911 ||| FLEEEEING.
243927 | D:5      | 243927 ||| FLEEEEING.
243943 | D:5      | 243943 ||| FLEEEEING.
243959 | D:5      | 243959 ||| FLEEEEING.
243975 | D:5      | 243975 ||| FLEEEEING.
243991 | D:5      | 243991 ||| FLEEEEING.
244007 | D:5      | 244007 ||| FLEEEEING.
244023 | D:5      | 244023 ||| FLEEEEING.
244039 | D:5      | 244039 ||| FLEEEEING.
244055 | D:5      | 244055 ||| FLEEEEING.
244071 | D:5      | 244071 ||| FLEEEEING.
244087 | D:5      | 244087 ||| FLEEEEING.
244103 | D:5      | 244103 ||| FLEEEEING.
244119 | D:5      | 244119 ||| FLEEEEING.
244135 | D:5      | 244135 ||| FLEEEEING.
244151 | D:5      | 244151 ||| FLEEEEING.
244167 | D:5      | 244167 ||| FLEEEEING.
244183 | D:5      | 244183 ||| FLEEEEING.
244199 | D:5      | 244199 ||| FLEEEEING.
244215 | D:5      | 244215 ||| FLEEEEING.
244231 | D:5      | 244231 ||| FLEEEEING.
244247 | D:5      | 244247 ||| FLEEEEING.
244263 | D:5      | 244263 ||| FLEEEEING.
244279 | D:5      | 244279 ||| FLEEEEING.
244295 | D:5      | 244295 ||| FLEEEEING.
244311 | D:5      | 244311 ||| FLEEEEING.
244327 | D:5      | 244327 ||| FLEEEEING.
244343 | D:5      | 244343 ||| FLEEEEING.
244359 | D:5      | 244359 ||| FLEEEEING.
244375 | D:5      | 244375 ||| FLEEEEING.
244378 | D:5      | Glimpsed the power of Zot.
244391 | D:5      | 244391 ||| FLEEEEING.
244407 | D:5      | 244407 ||| FLEEEEING.
244423 | D:5      | 244423 ||| FLEEEEING.
244439 | D:5      | 244439 ||| FLEEEEING.
244455 | D:5      | 244455 ||| FLEEEEING.
244471 | D:5      | 244471 ||| FLEEEEING.
244487 | D:5      | 244487 ||| FLEEEEING.
244503 | D:5      | 244503 ||| FLEEEEING.
244519 | D:5      | 244519 ||| FLEEEEING.
244535 | D:5      | 244535 ||| FLEEEEING.
244551 | D:5      | 244551 ||| FLEEEEING.
244567 | D:5      | 244567 ||| FLEEEEING.
244583 | D:5      | 244583 ||| FLEEEEING.
244599 | D:5      | 244599 ||| FLEEEEING.
244615 | D:5      | 244615 ||| FLEEEEING.
244631 | D:5      | 244631 ||| FLEEEEING.
244647 | D:5      | 244647 ||| FLEEEEING.
244663 | D:5      | 244663 ||| FLEEEEING.
244679 | D:5      | 244679 ||| FLEEEEING.
244695 | D:5      | 244695 ||| FLEEEEING.
244711 | D:5      | 244711 ||| FLEEEEING.
244727 | D:5      | 244727 ||| FLEEEEING.
244743 | D:5      | 244743 ||| FLEEEEING.
244759 | D:5      | 244759 ||| FLEEEEING.
244775 | D:5      | 244775 ||| FLEEEEING.
244778 | D:5      | Glimpsed the power of Zot.
244791 | D:5      | 244791 ||| FLEEEEING.
244807 | D:5      | 244807 ||| FLEEEEING.
244823 | D:5      | 244823 ||| FLEEEEING.
244839 | D:5      | 244839 ||| FLEEEEING.
244855 | D:5      | 244855 ||| FLEEEEING.
244871 | D:5      | 244871 ||| FLEEEEING.
244877 | D:5      | Touched by the power of Zot.
244878 | D:5      | Glimpsed the power of Zot.
244887 | D:5      | 244887 ||| FLEEEEING.
244903 | D:5      | 244903 ||| FLEEEEING.
244919 | D:5      | 244919 ||| FLEEEEING.
244935 | D:5      | 244935 ||| FLEEEEING.
244951 | D:5      | 244951 ||| FLEEEEING.
244967 | D:5      | 244967 ||| FLEEEEING.
244983 | D:5      | 244983 ||| FLEEEEING.
244999 | D:5      | 244999 ||| FLEEEEING.
245015 | D:5      | 245015 ||| FLEEEEING.
245031 | D:5      | 245031 ||| FLEEEEING.
245047 | D:5      | 245047 ||| FLEEEEING.
245063 | D:5      | 245063 ||| FLEEEEING.
245079 | D:5      | 245079 ||| FLEEEEING.
245095 | D:5      | 245095 ||| FLEEEEING.
245111 | D:5      | 245111 ||| FLEEEEING.
245127 | D:5      | 245127 ||| FLEEEEING.
245143 | D:5      | 245143 ||| FLEEEEING.
245159 | D:5      | 245159 ||| FLEEEEING.
245175 | D:5      | 245175 ||| FLEEEEING.
245191 | D:5      | 245191 ||| FLEEEEING.
245207 | D:5      | 245207 ||| FLEEEEING.
245223 | D:5      | 245223 ||| FLEEEEING.
245239 | D:5      | 245239 ||| FLEEEEING.
245255 | D:5      | 245255 ||| FLEEEEING.
245271 | D:5      | 245271 ||| FLEEEEING.
245287 | D:5      | 245287 ||| FLEEEEING.
245303 | D:5      | 245303 ||| FLEEEEING.
245319 | D:5      | 245319 ||| FLEEEEING.
245335 | D:5      | 245335 ||| FLEEEEING.
245351 | D:5      | 245351 ||| FLEEEEING.
245367 | D:5      | 245367 ||| FLEEEEING.
245378 | D:5      | Glimpsed the power of Zot.
245383 | D:5      | 245383 ||| FLEEEEING.
245399 | D:5      | 245399 ||| FLEEEEING.
245415 | D:5      | 245415 ||| FLEEEEING.
245431 | D:5      | 245431 ||| FLEEEEING.
245447 | D:5      | 245447 ||| FLEEEEING.
245463 | D:5      | 245463 ||| FLEEEEING.
245479 | D:5      | 245479 ||| FLEEEEING.
245495 | D:5      | 245495 ||| FLEEEEING.
245511 | D:5      | 245511 ||| FLEEEEING.
245527 | D:5      | 245527 ||| FLEEEEING.
245543 | D:5      | 245543 ||| FLEEEEING.
245559 | D:5      | 245559 ||| FLEEEEING.
245575 | D:5      | 245575 ||| FLEEEEING.
245591 | D:5      | 245591 ||| FLEEEEING.
245607 | D:5      | 245607 ||| FLEEEEING.
245623 | D:5      | 245623 ||| FLEEEEING.
245639 | D:5      | 245639 ||| FLEEEEING.
245655 | D:5      | 245655 ||| FLEEEEING.
245671 | D:5      | 245671 ||| FLEEEEING.
245687 | D:5      | 245687 ||| FLEEEEING.
245703 | D:5      | 245703 ||| FLEEEEING.
245719 | D:5      | 245719 ||| FLEEEEING.
245735 | D:5      | 245735 ||| FLEEEEING.
245751 | D:5      | 245751 ||| FLEEEEING.
245767 | D:5      | 245767 ||| FLEEEEING.
245778 | D:5      | Glimpsed the power of Zot.
245783 | D:5      | 245783 ||| FLEEEEING.
245799 | D:5      | 245799 ||| FLEEEEING.
245815 | D:5      | 245815 ||| FLEEEEING.
245831 | D:5      | 245831 ||| FLEEEEING.
245847 | D:5      | 245847 ||| FLEEEEING.
245863 | D:5      | 245863 ||| FLEEEEING.
245877 | D:5      | Touched by the power of Zot.
245878 | D:5      | Glimpsed the power of Zot.
245879 | D:5      | 245879 ||| FLEEEEING.
245895 | D:5      | 245895 ||| FLEEEEING.
245911 | D:5      | 245911 ||| FLEEEEING.
245927 | D:5      | 245927 ||| FLEEEEING.
245943 | D:5      | 245943 ||| FLEEEEING.
245959 | D:5      | 245959 ||| FLEEEEING.
245975 | D:5      | 245975 ||| FLEEEEING.
245991 | D:5      | 245991 ||| FLEEEEING.
246007 | D:5      | 246007 ||| FLEEEEING.
246023 | D:5      | 246023 ||| FLEEEEING.
246039 | D:5      | 246039 ||| FLEEEEING.
246055 | D:5      | 246055 ||| FLEEEEING.
246071 | D:5      | 246071 ||| FLEEEEING.
246087 | D:5      | 246087 ||| FLEEEEING.
246103 | D:5      | 246103 ||| FLEEEEING.
246119 | D:5      | 246119 ||| FLEEEEING.
246135 | D:5      | 246135 ||| FLEEEEING.
246151 | D:5      | 246151 ||| FLEEEEING.
246167 | D:5      | 246167 ||| FLEEEEING.
246183 | D:5      | 246183 ||| FLEEEEING.
246199 | D:5      | 246199 ||| FLEEEEING.
246215 | D:5      | 246215 ||| FLEEEEING.
246231 | D:5      | 246231 ||| FLEEEEING.
246247 | D:5      | 246247 ||| FLEEEEING.
246263 | D:5      | 246263 ||| FLEEEEING.
246279 | D:5      | 246279 ||| FLEEEEING.
246295 | D:5      | 246295 ||| FLEEEEING.
246311 | D:5      | 246311 ||| FLEEEEING.
246327 | D:5      | 246327 ||| FLEEEEING.
246343 | D:5      | 246343 ||| FLEEEEING.
246359 | D:5      | 246359 ||| FLEEEEING.
246375 | D:5      | 246375 ||| FLEEEEING.
246378 | D:5      | Glimpsed the power of Zot.
246391 | D:5      | 246391 ||| FLEEEEING.
246407 | D:5      | 246407 ||| FLEEEEING.
246423 | D:5      | 246423 ||| FLEEEEING.
246439 | D:5      | 246439 ||| FLEEEEING.
246455 | D:5      | 246455 ||| FLEEEEING.
246471 | D:5      | 246471 ||| FLEEEEING.
246487 | D:5      | 246487 ||| FLEEEEING.
246503 | D:5      | 246503 ||| FLEEEEING.
246519 | D:5      | 246519 ||| FLEEEEING.
246535 | D:5      | 246535 ||| FLEEEEING.
246551 | D:5      | 246551 ||| FLEEEEING.
246567 | D:5      | 246567 ||| FLEEEEING.
246583 | D:5      | 246583 ||| FLEEEEING.
246599 | D:5      | 246599 ||| FLEEEEING.
246615 | D:5      | 246615 ||| FLEEEEING.
246631 | D:5      | 246631 ||| FLEEEEING.
246647 | D:5      | 246647 ||| FLEEEEING.
246663 | D:5      | 246663 ||| FLEEEEING.
246679 | D:5      | 246679 ||| FLEEEEING.
246695 | D:5      | 246695 ||| FLEEEEING.
246711 | D:5      | 246711 ||| FLEEEEING.
246727 | D:5      | 246727 ||| FLEEEEING.
246743 | D:5      | 246743 ||| FLEEEEING.
246759 | D:5      | 246759 ||| FLEEEEING.
246775 | D:5      | 246775 ||| FLEEEEING.
246778 | D:5      | Glimpsed the power of Zot.
246791 | D:5      | 246791 ||| FLEEEEING.
246807 | D:5      | 246807 ||| FLEEEEING.
246823 | D:5      | 246823 ||| FLEEEEING.
246839 | D:5      | 246839 ||| FLEEEEING.
246855 | D:5      | 246855 ||| FLEEEEING.
246871 | D:5      | 246871 ||| FLEEEEING.
246877 | D:5      | Touched by the power of Zot.
246878 | D:5      | Glimpsed the power of Zot.
246887 | D:5      | 246887 ||| FLEEEEING.
246903 | D:5      | 246903 ||| FLEEEEING.
246919 | D:5      | 246919 ||| FLEEEEING.
246935 | D:5      | 246935 ||| FLEEEEING.
246951 | D:5      | 246951 ||| FLEEEEING.
246967 | D:5      | 246967 ||| FLEEEEING.
246983 | D:5      | 246983 ||| FLEEEEING.
246999 | D:5      | 246999 ||| FLEEEEING.
247015 | D:5      | 247015 ||| FLEEEEING.
247031 | D:5      | 247031 ||| FLEEEEING.
247047 | D:5      | 247047 ||| FLEEEEING.
247063 | D:5      | 247063 ||| FLEEEEING.
247079 | D:5      | 247079 ||| FLEEEEING.
247095 | D:5      | 247095 ||| FLEEEEING.
247111 | D:5      | 247111 ||| FLEEEEING.
247127 | D:5      | 247127 ||| FLEEEEING.
247143 | D:5      | 247143 ||| FLEEEEING.
247159 | D:5      | 247159 ||| FLEEEEING.
247175 | D:5      | 247175 ||| FLEEEEING.
247191 | D:5      | 247191 ||| FLEEEEING.
247207 | D:5      | 247207 ||| FLEEEEING.
247223 | D:5      | 247223 ||| FLEEEEING.
247239 | D:5      | 247239 ||| FLEEEEING.
247255 | D:5      | 247255 ||| FLEEEEING.
247271 | D:5      | 247271 ||| FLEEEEING.
247287 | D:5      | 247287 ||| FLEEEEING.
247303 | D:5      | 247303 ||| FLEEEEING.
247319 | D:5      | 247319 ||| FLEEEEING.
247335 | D:5      | 247335 ||| FLEEEEING.
247351 | D:5      | 247351 ||| FLEEEEING.
247367 | D:5      | 247367 ||| FLEEEEING.
247378 | D:5      | Glimpsed the power of Zot.
247383 | D:5      | 247383 ||| FLEEEEING.
247399 | D:5      | 247399 ||| FLEEEEING.
247415 | D:5      | 247415 ||| FLEEEEING.
247431 | D:5      | 247431 ||| FLEEEEING.
247447 | D:5      | 247447 ||| FLEEEEING.
247463 | D:5      | 247463 ||| FLEEEEING.
247479 | D:5      | 247479 ||| FLEEEEING.
247495 | D:5      | 247495 ||| FLEEEEING.
247511 | D:5      | 247511 ||| FLEEEEING.
247527 | D:5      | 247527 ||| FLEEEEING.
247543 | D:5      | 247543 ||| FLEEEEING.
247559 | D:5      | 247559 ||| FLEEEEING.
247575 | D:5      | 247575 ||| FLEEEEING.
247591 | D:5      | 247591 ||| FLEEEEING.
247607 | D:5      | 247607 ||| FLEEEEING.
247623 | D:5      | 247623 ||| FLEEEEING.
247639 | D:5      | 247639 ||| FLEEEEING.
247655 | D:5      | 247655 ||| FLEEEEING.
247671 | D:5      | 247671 ||| FLEEEEING.
247687 | D:5      | 247687 ||| FLEEEEING.
247703 | D:5      | 247703 ||| FLEEEEING.
247719 | D:5      | 247719 ||| FLEEEEING.
247735 | D:5      | 247735 ||| FLEEEEING.
247751 | D:5      | 247751 ||| FLEEEEING.
247767 | D:5      | 247767 ||| FLEEEEING.
247778 | D:5      | Glimpsed the power of Zot.
247783 | D:5      | 247783 ||| FLEEEEING.
247799 | D:5      | 247799 ||| FLEEEEING.
247815 | D:5      | 247815 ||| FLEEEEING.
247831 | D:5      | 247831 ||| FLEEEEING.
247847 | D:5      | 247847 ||| FLEEEEING.
247863 | D:5      | 247863 ||| FLEEEEING.
247877 | D:5      | Touched by the power of Zot.
247878 | D:5      | Glimpsed the power of Zot.
247879 | D:5      | 247879 ||| FLEEEEING.
247895 | D:5      | 247895 ||| FLEEEEING.
247911 | D:5      | 247911 ||| FLEEEEING.
247927 | D:5      | 247927 ||| FLEEEEING.
247943 | D:5      | 247943 ||| FLEEEEING.
247959 | D:5      | 247959 ||| FLEEEEING.
247975 | D:5      | 247975 ||| FLEEEEING.
247991 | D:5      | 247991 ||| FLEEEEING.
248007 | D:5      | 248007 ||| FLEEEEING.
248023 | D:5      | 248023 ||| FLEEEEING.
248039 | D:5      | 248039 ||| FLEEEEING.
248055 | D:5      | 248055 ||| FLEEEEING.
248071 | D:5      | 248071 ||| FLEEEEING.
248087 | D:5      | 248087 ||| FLEEEEING.
248103 | D:5      | 248103 ||| FLEEEEING.
248119 | D:5      | 248119 ||| FLEEEEING.
248135 | D:5      | 248135 ||| FLEEEEING.
248151 | D:5      | 248151 ||| FLEEEEING.
248167 | D:5      | 248167 ||| FLEEEEING.
248183 | D:5      | 248183 ||| FLEEEEING.
248199 | D:5      | 248199 ||| FLEEEEING.
248215 | D:5      | 248215 ||| FLEEEEING.
248231 | D:5      | 248231 ||| FLEEEEING.
248247 | D:5      | 248247 ||| FLEEEEING.
248263 | D:5      | 248263 ||| FLEEEEING.
248279 | D:5      | 248279 ||| FLEEEEING.
248295 | D:5      | 248295 ||| FLEEEEING.
248311 | D:5      | 248311 ||| FLEEEEING.
248327 | D:5      | 248327 ||| FLEEEEING.
248343 | D:5      | 248343 ||| FLEEEEING.
248359 | D:5      | 248359 ||| FLEEEEING.
248375 | D:5      | 248375 ||| FLEEEEING.
248378 | D:5      | Glimpsed the power of Zot.
248391 | D:5      | 248391 ||| FLEEEEING.
248407 | D:5      | 248407 ||| FLEEEEING.
248423 | D:5      | 248423 ||| FLEEEEING.
248439 | D:5      | 248439 ||| FLEEEEING.
248455 | D:5      | 248455 ||| FLEEEEING.
248471 | D:5      | 248471 ||| FLEEEEING.
248487 | D:5      | 248487 ||| FLEEEEING.
248503 | D:5      | 248503 ||| FLEEEEING.
248519 | D:5      | 248519 ||| FLEEEEING.
248535 | D:5      | 248535 ||| FLEEEEING.
248551 | D:5      | 248551 ||| FLEEEEING.
248567 | D:5      | 248567 ||| FLEEEEING.
248583 | D:5      | 248583 ||| FLEEEEING.
248599 | D:5      | 248599 ||| FLEEEEING.
248615 | D:5      | 248615 ||| FLEEEEING.
248631 | D:5      | 248631 ||| FLEEEEING.
248647 | D:5      | 248647 ||| FLEEEEING.
248663 | D:5      | 248663 ||| FLEEEEING.
248679 | D:5      | 248679 ||| FLEEEEING.
248695 | D:5      | 248695 ||| FLEEEEING.
248711 | D:5      | 248711 ||| FLEEEEING.
248727 | D:5      | 248727 ||| FLEEEEING.
248743 | D:5      | 248743 ||| FLEEEEING.
248759 | D:5      | 248759 ||| FLEEEEING.
248775 | D:5      | 248775 ||| FLEEEEING.
248778 | D:5      | Glimpsed the power of Zot.
248791 | D:5      | 248791 ||| FLEEEEING.
248807 | D:5      | 248807 ||| FLEEEEING.
248823 | D:5      | 248823 ||| FLEEEEING.
248839 | D:5      | 248839 ||| FLEEEEING.
248855 | D:5      | 248855 ||| FLEEEEING.
248871 | D:5      | 248871 ||| FLEEEEING.
248877 | D:5      | Touched by the power of Zot.
248878 | D:5      | Glimpsed the power of Zot.
248887 | D:5      | 248887 ||| FLEEEEING.
248903 | D:5      | 248903 ||| FLEEEEING.
248919 | D:5      | 248919 ||| FLEEEEING.
248935 | D:5      | 248935 ||| FLEEEEING.
248951 | D:5      | 248951 ||| FLEEEEING.
248967 | D:5      | 248967 ||| FLEEEEING.
248983 | D:5      | 248983 ||| FLEEEEING.
248999 | D:5      | 248999 ||| FLEEEEING.
249015 | D:5      | 249015 ||| FLEEEEING.
249031 | D:5      | 249031 ||| FLEEEEING.
249047 | D:5      | 249047 ||| FLEEEEING.
249063 | D:5      | 249063 ||| FLEEEEING.
249079 | D:5      | 249079 ||| FLEEEEING.
249095 | D:5      | 249095 ||| FLEEEEING.
249111 | D:5      | 249111 ||| FLEEEEING.
249127 | D:5      | 249127 ||| FLEEEEING.
249143 | D:5      | 249143 ||| FLEEEEING.
249159 | D:5      | 249159 ||| FLEEEEING.
249175 | D:5      | 249175 ||| FLEEEEING.
249191 | D:5      | 249191 ||| FLEEEEING.
249207 | D:5      | 249207 ||| FLEEEEING.
249223 | D:5      | 249223 ||| FLEEEEING.
249239 | D:5      | 249239 ||| FLEEEEING.
249255 | D:5      | 249255 ||| FLEEEEING.
249271 | D:5      | 249271 ||| FLEEEEING.
249287 | D:5      | 249287 ||| FLEEEEING.
249303 | D:5      | 249303 ||| FLEEEEING.
249319 | D:5      | 249319 ||| FLEEEEING.
249335 | D:5      | 249335 ||| FLEEEEING.
249351 | D:5      | 249351 ||| FLEEEEING.
249367 | D:5      | 249367 ||| FLEEEEING.
249378 | D:5      | Glimpsed the power of Zot.
249383 | D:5      | 249383 ||| FLEEEEING.
249399 | D:5      | 249399 ||| FLEEEEING.
249415 | D:5      | 249415 ||| FLEEEEING.
249431 | D:5      | 249431 ||| FLEEEEING.
249447 | D:5      | 249447 ||| FLEEEEING.
249463 | D:5      | 249463 ||| FLEEEEING.
249479 | D:5      | 249479 ||| FLEEEEING.
249495 | D:5      | 249495 ||| FLEEEEING.
249511 | D:5      | 249511 ||| FLEEEEING.
249527 | D:5      | 249527 ||| FLEEEEING.
249543 | D:5      | 249543 ||| FLEEEEING.
249559 | D:5      | 249559 ||| FLEEEEING.
249575 | D:5      | 249575 ||| FLEEEEING.
249591 | D:5      | 249591 ||| FLEEEEING.
249607 | D:5      | 249607 ||| FLEEEEING.
249623 | D:5      | 249623 ||| FLEEEEING.
249639 | D:5      | 249639 ||| FLEEEEING.
249655 | D:5      | 249655 ||| FLEEEEING.
249671 | D:5      | 249671 ||| FLEEEEING.
249687 | D:5      | 249687 ||| FLEEEEING.
249703 | D:5      | 249703 ||| FLEEEEING.
249719 | D:5      | 249719 ||| FLEEEEING.
249735 | D:5      | 249735 ||| FLEEEEING.
249751 | D:5      | 249751 ||| FLEEEEING.
249767 | D:5      | 249767 ||| FLEEEEING.
249778 | D:5      | Glimpsed the power of Zot.
249783 | D:5      | 249783 ||| FLEEEEING.
249799 | D:5      | 249799 ||| FLEEEEING.
249815 | D:5      | 249815 ||| FLEEEEING.
249831 | D:5      | 249831 ||| FLEEEEING.
249847 | D:5      | 249847 ||| FLEEEEING.
249863 | D:5      | 249863 ||| FLEEEEING.
249877 | D:5      | Touched by the power of Zot.
249878 | D:5      | Glimpsed the power of Zot.
249879 | D:5      | 249879 ||| FLEEEEING.
249895 | D:5      | 249895 ||| FLEEEEING.
249911 | D:5      | 249911 ||| FLEEEEING.
249927 | D:5      | 249927 ||| FLEEEEING.
249943 | D:5      | 249943 ||| FLEEEEING.
249959 | D:5      | 249959 ||| FLEEEEING.
249975 | D:5      | 249975 ||| FLEEEEING.
249991 | D:5      | 249991 ||| FLEEEEING.
250007 | D:5      | 250007 ||| FLEEEEING.
250023 | D:5      | 250023 ||| FLEEEEING.
250039 | D:5      | 250039 ||| FLEEEEING.
250055 | D:5      | 250055 ||| FLEEEEING.
250071 | D:5      | 250071 ||| FLEEEEING.
250087 | D:5      | 250087 ||| FLEEEEING.
250103 | D:5      | 250103 ||| FLEEEEING.
250119 | D:5      | 250119 ||| FLEEEEING.
250135 | D:5      | 250135 ||| FLEEEEING.
250151 | D:5      | 250151 ||| FLEEEEING.
250167 | D:5      | 250167 ||| FLEEEEING.
250183 | D:5      | 250183 ||| FLEEEEING.
250199 | D:5      | 250199 ||| FLEEEEING.
250215 | D:5      | 250215 ||| FLEEEEING.
250231 | D:5      | 250231 ||| FLEEEEING.
250247 | D:5      | 250247 ||| FLEEEEING.
250263 | D:5      | 250263 ||| FLEEEEING.
250279 | D:5      | 250279 ||| FLEEEEING.
250295 | D:5      | 250295 ||| FLEEEEING.
250311 | D:5      | 250311 ||| FLEEEEING.
250327 | D:5      | 250327 ||| FLEEEEING.
250343 | D:5      | 250343 ||| FLEEEEING.
250359 | D:5      | 250359 ||| FLEEEEING.
250375 | D:5      | 250375 ||| FLEEEEING.
250378 | D:5      | Glimpsed the power of Zot.
250391 | D:5      | 250391 ||| FLEEEEING.
250407 | D:5      | 250407 ||| FLEEEEING.
250423 | D:5      | 250423 ||| FLEEEEING.
250439 | D:5      | 250439 ||| FLEEEEING.
250455 | D:5      | 250455 ||| FLEEEEING.
250471 | D:5      | 250471 ||| FLEEEEING.
250487 | D:5      | 250487 ||| FLEEEEING.
250503 | D:5      | 250503 ||| FLEEEEING.
250519 | D:5      | 250519 ||| FLEEEEING.
250535 | D:5      | 250535 ||| FLEEEEING.
250551 | D:5      | 250551 ||| FLEEEEING.
250567 | D:5      | 250567 ||| FLEEEEING.
250583 | D:5      | 250583 ||| FLEEEEING.
250599 | D:5      | 250599 ||| FLEEEEING.
250615 | D:5      | 250615 ||| FLEEEEING.
250631 | D:5      | 250631 ||| FLEEEEING.
250647 | D:5      | 250647 ||| FLEEEEING.
250663 | D:5      | 250663 ||| FLEEEEING.
250679 | D:5      | 250679 ||| FLEEEEING.
250695 | D:5      | 250695 ||| FLEEEEING.
250711 | D:5      | 250711 ||| FLEEEEING.
250727 | D:5      | 250727 ||| FLEEEEING.
250743 | D:5      | 250743 ||| FLEEEEING.
250759 | D:5      | 250759 ||| FLEEEEING.
250775 | D:5      | 250775 ||| FLEEEEING.
250778 | D:5      | Glimpsed the power of Zot.
250791 | D:5      | 250791 ||| FLEEEEING.
250807 | D:5      | 250807 ||| FLEEEEING.
250823 | D:5      | 250823 ||| FLEEEEING.
250839 | D:5      | 250839 ||| FLEEEEING.
250855 | D:5      | 250855 ||| FLEEEEING.
250871 | D:5      | 250871 ||| FLEEEEING.
250877 | D:5      | Touched by the power of Zot.
250878 | D:5      | Glimpsed the power of Zot.
250887 | D:5      | 250887 ||| FLEEEEING.
250903 | D:5      | 250903 ||| FLEEEEING.
250919 | D:5      | 250919 ||| FLEEEEING.
250935 | D:5      | 250935 ||| FLEEEEING.
250951 | D:5      | 250951 ||| FLEEEEING.
250967 | D:5      | 250967 ||| FLEEEEING.
250983 | D:5      | 250983 ||| FLEEEEING.
250999 | D:5      | 250999 ||| FLEEEEING.
251015 | D:5      | 251015 ||| FLEEEEING.
251031 | D:5      | 251031 ||| FLEEEEING.
251047 | D:5      | 251047 ||| FLEEEEING.
251063 | D:5      | 251063 ||| FLEEEEING.
251079 | D:5      | 251079 ||| FLEEEEING.
251095 | D:5      | 251095 ||| FLEEEEING.
251111 | D:5      | 251111 ||| FLEEEEING.
251127 | D:5      | 251127 ||| FLEEEEING.
251143 | D:5      | 251143 ||| FLEEEEING.
251159 | D:5      | 251159 ||| FLEEEEING.
251175 | D:5      | 251175 ||| FLEEEEING.
251191 | D:5      | 251191 ||| FLEEEEING.
251207 | D:5      | 251207 ||| FLEEEEING.
251223 | D:5      | 251223 ||| FLEEEEING.
251239 | D:5      | 251239 ||| FLEEEEING.
251255 | D:5      | 251255 ||| FLEEEEING.
251271 | D:5      | 251271 ||| FLEEEEING.
251287 | D:5      | 251287 ||| FLEEEEING.
251303 | D:5      | 251303 ||| FLEEEEING.
251319 | D:5      | 251319 ||| FLEEEEING.
251335 | D:5      | 251335 ||| FLEEEEING.
251351 | D:5      | 251351 ||| FLEEEEING.
251367 | D:5      | 251367 ||| FLEEEEING.
251378 | D:5      | Glimpsed the power of Zot.
251383 | D:5      | 251383 ||| FLEEEEING.
251399 | D:5      | 251399 ||| FLEEEEING.
251415 | D:5      | 251415 ||| FLEEEEING.
251431 | D:5      | 251431 ||| FLEEEEING.
251447 | D:5      | 251447 ||| FLEEEEING.
251463 | D:5      | 251463 ||| FLEEEEING.
251479 | D:5      | 251479 ||| FLEEEEING.
251495 | D:5      | 251495 ||| FLEEEEING.
251511 | D:5      | 251511 ||| FLEEEEING.
251527 | D:5      | 251527 ||| FLEEEEING.
251543 | D:5      | 251543 ||| FLEEEEING.
251559 | D:5      | 251559 ||| FLEEEEING.
251575 | D:5      | 251575 ||| FLEEEEING.
251591 | D:5      | 251591 ||| FLEEEEING.
251607 | D:5      | 251607 ||| FLEEEEING.
251623 | D:5      | 251623 ||| FLEEEEING.
251639 | D:5      | 251639 ||| FLEEEEING.
251655 | D:5      | 251655 ||| FLEEEEING.
251671 | D:5      | 251671 ||| FLEEEEING.
251687 | D:5      | 251687 ||| FLEEEEING.
251703 | D:5      | 251703 ||| FLEEEEING.
251719 | D:5      | 251719 ||| FLEEEEING.
251735 | D:5      | 251735 ||| FLEEEEING.
251751 | D:5      | 251751 ||| FLEEEEING.
251767 | D:5      | 251767 ||| FLEEEEING.
251778 | D:5      | Glimpsed the power of Zot.
251783 | D:5      | 251783 ||| FLEEEEING.
251799 | D:5      | 251799 ||| FLEEEEING.
251815 | D:5      | 251815 ||| FLEEEEING.
251831 | D:5      | 251831 ||| FLEEEEING.
251847 | D:5      | 251847 ||| FLEEEEING.
251863 | D:5      | 251863 ||| FLEEEEING.
251877 | D:5      | Touched by the power of Zot.
251878 | D:5      | Glimpsed the power of Zot.
251879 | D:5      | 251879 ||| FLEEEEING.
251895 | D:5      | 251895 ||| FLEEEEING.
251911 | D:5      | 251911 ||| FLEEEEING.
251927 | D:5      | 251927 ||| FLEEEEING.
251943 | D:5      | 251943 ||| FLEEEEING.
251959 | D:5      | 251959 ||| FLEEEEING.
251975 | D:5      | 251975 ||| FLEEEEING.
251991 | D:5      | 251991 ||| FLEEEEING.
252007 | D:5      | 252007 ||| FLEEEEING.
252023 | D:5      | 252023 ||| FLEEEEING.
252039 | D:5      | 252039 ||| FLEEEEING.
252055 | D:5      | 252055 ||| FLEEEEING.
252071 | D:5      | 252071 ||| FLEEEEING.
252087 | D:5      | 252087 ||| FLEEEEING.
252103 | D:5      | 252103 ||| FLEEEEING.
252119 | D:5      | 252119 ||| FLEEEEING.
252135 | D:5      | 252135 ||| FLEEEEING.
252151 | D:5      | 252151 ||| FLEEEEING.
252167 | D:5      | 252167 ||| FLEEEEING.
252183 | D:5      | 252183 ||| FLEEEEING.
252199 | D:5      | 252199 ||| FLEEEEING.
252215 | D:5      | 252215 ||| FLEEEEING.
252231 | D:5      | 252231 ||| FLEEEEING.
252247 | D:5      | 252247 ||| FLEEEEING.
252263 | D:5      | 252263 ||| FLEEEEING.
252279 | D:5      | 252279 ||| FLEEEEING.
252295 | D:5      | 252295 ||| FLEEEEING.
252311 | D:5      | 252311 ||| FLEEEEING.
252327 | D:5      | 252327 ||| FLEEEEING.
252343 | D:5      | 252343 ||| FLEEEEING.
252359 | D:5      | 252359 ||| FLEEEEING.
252375 | D:5      | 252375 ||| FLEEEEING.
252378 | D:5      | Glimpsed the power of Zot.
252391 | D:5      | 252391 ||| FLEEEEING.
252407 | D:5      | 252407 ||| FLEEEEING.
252423 | D:5      | 252423 ||| FLEEEEING.
252439 | D:5      | 252439 ||| FLEEEEING.
252455 | D:5      | 252455 ||| FLEEEEING.
252471 | D:5      | 252471 ||| FLEEEEING.
252487 | D:5      | 252487 ||| FLEEEEING.
252503 | D:5      | 252503 ||| FLEEEEING.
252519 | D:5      | 252519 ||| FLEEEEING.
252535 | D:5      | 252535 ||| FLEEEEING.
252551 | D:5      | 252551 ||| FLEEEEING.
252567 | D:5      | 252567 ||| FLEEEEING.
252583 | D:5      | 252583 ||| FLEEEEING.
252599 | D:5      | 252599 ||| FLEEEEING.
252615 | D:5      | 252615 ||| FLEEEEING.
252631 | D:5      | 252631 ||| FLEEEEING.
252647 | D:5      | 252647 ||| FLEEEEING.
252663 | D:5      | 252663 ||| FLEEEEING.
252679 | D:5      | 252679 ||| FLEEEEING.
252695 | D:5      | 252695 ||| FLEEEEING.
252711 | D:5      | 252711 ||| FLEEEEING.
252727 | D:5      | 252727 ||| FLEEEEING.
252743 | D:5      | 252743 ||| FLEEEEING.
252759 | D:5      | 252759 ||| FLEEEEING.
252775 | D:5      | 252775 ||| FLEEEEING.
252778 | D:5      | Glimpsed the power of Zot.
252791 | D:5      | 252791 ||| FLEEEEING.
252807 | D:5      | 252807 ||| FLEEEEING.
252823 | D:5      | 252823 ||| FLEEEEING.
252839 | D:5      | 252839 ||| FLEEEEING.
252855 | D:5      | 252855 ||| FLEEEEING.
252871 | D:5      | 252871 ||| FLEEEEING.
252877 | D:5      | Touched by the power of Zot.
252878 | D:5      | Glimpsed the power of Zot.
252887 | D:5      | 252887 ||| FLEEEEING.
252903 | D:5      | 252903 ||| FLEEEEING.
252919 | D:5      | 252919 ||| FLEEEEING.
252935 | D:5      | 252935 ||| FLEEEEING.
252951 | D:5      | 252951 ||| FLEEEEING.
252967 | D:5      | 252967 ||| FLEEEEING.
252983 | D:5      | 252983 ||| FLEEEEING.
252999 | D:5      | 252999 ||| FLEEEEING.
253015 | D:5      | 253015 ||| FLEEEEING.
253031 | D:5      | 253031 ||| FLEEEEING.
253047 | D:5      | 253047 ||| FLEEEEING.
253063 | D:5      | 253063 ||| FLEEEEING.
253079 | D:5      | 253079 ||| FLEEEEING.
253095 | D:5      | 253095 ||| FLEEEEING.
253111 | D:5      | 253111 ||| FLEEEEING.
253127 | D:5      | 253127 ||| FLEEEEING.
253143 | D:5      | 253143 ||| FLEEEEING.
253159 | D:5      | 253159 ||| FLEEEEING.
253175 | D:5      | 253175 ||| FLEEEEING.
253191 | D:5      | 253191 ||| FLEEEEING.
253207 | D:5      | 253207 ||| FLEEEEING.
253223 | D:5      | 253223 ||| FLEEEEING.
253239 | D:5      | 253239 ||| FLEEEEING.
253255 | D:5      | 253255 ||| FLEEEEING.
253271 | D:5      | 253271 ||| FLEEEEING.
253287 | D:5      | 253287 ||| FLEEEEING.
253303 | D:5      | 253303 ||| FLEEEEING.
253319 | D:5      | 253319 ||| FLEEEEING.
253335 | D:5      | 253335 ||| FLEEEEING.
253351 | D:5      | 253351 ||| FLEEEEING.
253367 | D:5      | 253367 ||| FLEEEEING.
253378 | D:5      | Glimpsed the power of Zot.
253383 | D:5      | 253383 ||| FLEEEEING.
253399 | D:5      | 253399 ||| FLEEEEING.
253415 | D:5      | 253415 ||| FLEEEEING.
253431 | D:5      | 253431 ||| FLEEEEING.
253447 | D:5      | 253447 ||| FLEEEEING.
253463 | D:5      | 253463 ||| FLEEEEING.
253479 | D:5      | 253479 ||| FLEEEEING.
253495 | D:5      | 253495 ||| FLEEEEING.
253511 | D:5      | 253511 ||| FLEEEEING.
253527 | D:5      | 253527 ||| FLEEEEING.
253543 | D:5      | 253543 ||| FLEEEEING.
253559 | D:5      | 253559 ||| FLEEEEING.
253575 | D:5      | 253575 ||| FLEEEEING.
253591 | D:5      | 253591 ||| FLEEEEING.
253607 | D:5      | 253607 ||| FLEEEEING.
253623 | D:5      | 253623 ||| FLEEEEING.
253639 | D:5      | 253639 ||| FLEEEEING.
253655 | D:5      | 253655 ||| FLEEEEING.
253671 | D:5      | 253671 ||| FLEEEEING.
253687 | D:5      | 253687 ||| FLEEEEING.
253703 | D:5      | 253703 ||| FLEEEEING.
253719 | D:5      | 253719 ||| FLEEEEING.
253735 | D:5      | 253735 ||| FLEEEEING.
253751 | D:5      | 253751 ||| FLEEEEING.
253767 | D:5      | 253767 ||| FLEEEEING.
253778 | D:5      | Glimpsed the power of Zot.
253783 | D:5      | 253783 ||| FLEEEEING.
253799 | D:5      | 253799 ||| FLEEEEING.
253815 | D:5      | 253815 ||| FLEEEEING.
253831 | D:5      | 253831 ||| FLEEEEING.
253847 | D:5      | 253847 ||| FLEEEEING.
253863 | D:5      | 253863 ||| FLEEEEING.
253877 | D:5      | Touched by the power of Zot.
253878 | D:5      | Glimpsed the power of Zot.
253879 | D:5      | 253879 ||| FLEEEEING.
253895 | D:5      | 253895 ||| FLEEEEING.
253911 | D:5      | 253911 ||| FLEEEEING.
253927 | D:5      | 253927 ||| FLEEEEING.
253943 | D:5      | 253943 ||| FLEEEEING.
253959 | D:5      | 253959 ||| FLEEEEING.
253975 | D:5      | 253975 ||| FLEEEEING.
253991 | D:5      | 253991 ||| FLEEEEING.
254007 | D:5      | 254007 ||| FLEEEEING.
254023 | D:5      | 254023 ||| FLEEEEING.
254039 | D:5      | 254039 ||| FLEEEEING.
254055 | D:5      | 254055 ||| FLEEEEING.
254071 | D:5      | 254071 ||| FLEEEEING.
254087 | D:5      | 254087 ||| FLEEEEING.
254103 | D:5      | 254103 ||| FLEEEEING.
254119 | D:5      | 254119 ||| FLEEEEING.
254135 | D:5      | 254135 ||| FLEEEEING.
254151 | D:5      | 254151 ||| FLEEEEING.
254167 | D:5      | 254167 ||| FLEEEEING.
254183 | D:5      | 254183 ||| FLEEEEING.
254199 | D:5      | 254199 ||| FLEEEEING.
254215 | D:5      | 254215 ||| FLEEEEING.
254231 | D:5      | 254231 ||| FLEEEEING.
254247 | D:5      | 254247 ||| FLEEEEING.
254263 | D:5      | 254263 ||| FLEEEEING.
254279 | D:5      | 254279 ||| FLEEEEING.
254295 | D:5      | 254295 ||| FLEEEEING.
254311 | D:5      | 254311 ||| FLEEEEING.
254327 | D:5      | 254327 ||| FLEEEEING.
254343 | D:5      | 254343 ||| FLEEEEING.
254359 | D:5      | 254359 ||| FLEEEEING.
254375 | D:5      | 254375 ||| FLEEEEING.
254378 | D:5      | Glimpsed the power of Zot.
254391 | D:5      | 254391 ||| FLEEEEING.
254407 | D:5      | 254407 ||| FLEEEEING.
254423 | D:5      | 254423 ||| FLEEEEING.
254439 | D:5      | 254439 ||| FLEEEEING.
254455 | D:5      | 254455 ||| FLEEEEING.
254471 | D:5      | 254471 ||| FLEEEEING.
254487 | D:5      | 254487 ||| FLEEEEING.
254503 | D:5      | 254503 ||| FLEEEEING.
254519 | D:5      | 254519 ||| FLEEEEING.
254535 | D:5      | 254535 ||| FLEEEEING.
254551 | D:5      | 254551 ||| FLEEEEING.
254567 | D:5      | 254567 ||| FLEEEEING.
254583 | D:5      | 254583 ||| FLEEEEING.
254599 | D:5      | 254599 ||| FLEEEEING.
254615 | D:5      | 254615 ||| FLEEEEING.
254631 | D:5      | 254631 ||| FLEEEEING.
254647 | D:5      | 254647 ||| FLEEEEING.
254663 | D:5      | 254663 ||| FLEEEEING.
254679 | D:5      | 254679 ||| FLEEEEING.
254695 | D:5      | 254695 ||| FLEEEEING.
254711 | D:5      | 254711 ||| FLEEEEING.
254727 | D:5      | 254727 ||| FLEEEEING.
254743 | D:5      | 254743 ||| FLEEEEING.
254759 | D:5      | 254759 ||| FLEEEEING.
254775 | D:5      | 254775 ||| FLEEEEING.
254778 | D:5      | Glimpsed the power of Zot.
254791 | D:5      | 254791 ||| FLEEEEING.
254807 | D:5      | 254807 ||| FLEEEEING.
254823 | D:5      | 254823 ||| FLEEEEING.
254839 | D:5      | 254839 ||| FLEEEEING.
254855 | D:5      | 254855 ||| FLEEEEING.
254871 | D:5      | 254871 ||| FLEEEEING.
254877 | D:5      | Touched by the power of Zot.
254878 | D:5      | Glimpsed the power of Zot.
254887 | D:5      | 254887 ||| FLEEEEING.
254903 | D:5      | 254903 ||| FLEEEEING.
254919 | D:5      | 254919 ||| FLEEEEING.
254935 | D:5      | 254935 ||| FLEEEEING.
254951 | D:5      | 254951 ||| FLEEEEING.
254967 | D:5      | 254967 ||| FLEEEEING.
254983 | D:5      | 254983 ||| FLEEEEING.
254999 | D:5      | 254999 ||| FLEEEEING.
255015 | D:5      | 255015 ||| FLEEEEING.
255031 | D:5      | 255031 ||| FLEEEEING.
255047 | D:5      | 255047 ||| FLEEEEING.
255063 | D:5      | 255063 ||| FLEEEEING.
255079 | D:5      | 255079 ||| FLEEEEING.
255095 | D:5      | 255095 ||| FLEEEEING.
255111 | D:5      | 255111 ||| FLEEEEING.
255127 | D:5      | 255127 ||| FLEEEEING.
255143 | D:5      | 255143 ||| FLEEEEING.
255159 | D:5      | 255159 ||| FLEEEEING.
255175 | D:5      | 255175 ||| FLEEEEING.
255191 | D:5      | 255191 ||| FLEEEEING.
255207 | D:5      | 255207 ||| FLEEEEING.
255223 | D:5      | 255223 ||| FLEEEEING.
255239 | D:5      | 255239 ||| FLEEEEING.
255255 | D:5      | 255255 ||| FLEEEEING.
255271 | D:5      | 255271 ||| FLEEEEING.
255287 | D:5      | 255287 ||| FLEEEEING.
255303 | D:5      | 255303 ||| FLEEEEING.
255319 | D:5      | 255319 ||| FLEEEEING.
255335 | D:5      | 255335 ||| FLEEEEING.
255351 | D:5      | 255351 ||| FLEEEEING.
255367 | D:5      | 255367 ||| FLEEEEING.
255378 | D:5      | Glimpsed the power of Zot.
255383 | D:5      | 255383 ||| FLEEEEING.
255399 | D:5      | 255399 ||| FLEEEEING.
255415 | D:5      | 255415 ||| FLEEEEING.
255431 | D:5      | 255431 ||| FLEEEEING.
255447 | D:5      | 255447 ||| FLEEEEING.
255463 | D:5      | 255463 ||| FLEEEEING.
255479 | D:5      | 255479 ||| FLEEEEING.
255495 | D:5      | 255495 ||| FLEEEEING.
255511 | D:5      | 255511 ||| FLEEEEING.
255527 | D:5      | 255527 ||| FLEEEEING.
255543 | D:5      | 255543 ||| FLEEEEING.
255559 | D:5      | 255559 ||| FLEEEEING.
255575 | D:5      | 255575 ||| FLEEEEING.
255591 | D:5      | 255591 ||| FLEEEEING.
255607 | D:5      | 255607 ||| FLEEEEING.
255623 | D:5      | 255623 ||| FLEEEEING.
255639 | D:5      | 255639 ||| FLEEEEING.
255655 | D:5      | 255655 ||| FLEEEEING.
255671 | D:5      | 255671 ||| FLEEEEING.
255687 | D:5      | 255687 ||| FLEEEEING.
255703 | D:5      | 255703 ||| FLEEEEING.
255719 | D:5      | 255719 ||| FLEEEEING.
255735 | D:5      | 255735 ||| FLEEEEING.
255751 | D:5      | 255751 ||| FLEEEEING.
255767 | D:5      | 255767 ||| FLEEEEING.
255778 | D:5      | Glimpsed the power of Zot.
255783 | D:5      | 255783 ||| FLEEEEING.
255799 | D:5      | 255799 ||| FLEEEEING.
255815 | D:5      | 255815 ||| FLEEEEING.
255831 | D:5      | 255831 ||| FLEEEEING.
255847 | D:5      | 255847 ||| FLEEEEING.
255863 | D:5      | 255863 ||| FLEEEEING.
255877 | D:5      | Touched by the power of Zot.
255878 | D:5      | Glimpsed the power of Zot.
255879 | D:5      | 255879 ||| FLEEEEING.
255895 | D:5      | 255895 ||| FLEEEEING.
255911 | D:5      | 255911 ||| FLEEEEING.
255927 | D:5      | 255927 ||| FLEEEEING.
255943 | D:5      | 255943 ||| FLEEEEING.
255959 | D:5      | 255959 ||| FLEEEEING.
255975 | D:5      | 255975 ||| FLEEEEING.
255991 | D:5      | 255991 ||| FLEEEEING.
256007 | D:5      | 256007 ||| FLEEEEING.
256023 | D:5      | 256023 ||| FLEEEEING.
256039 | D:5      | 256039 ||| FLEEEEING.
256055 | D:5      | 256055 ||| FLEEEEING.
256071 | D:5      | 256071 ||| FLEEEEING.
256087 | D:5      | 256087 ||| FLEEEEING.
256103 | D:5      | 256103 ||| FLEEEEING.
256119 | D:5      | 256119 ||| FLEEEEING.
256135 | D:5      | 256135 ||| FLEEEEING.
256151 | D:5      | 256151 ||| FLEEEEING.
256167 | D:5      | 256167 ||| FLEEEEING.
256183 | D:5      | 256183 ||| FLEEEEING.
256199 | D:5      | 256199 ||| FLEEEEING.
256215 | D:5      | 256215 ||| FLEEEEING.
256231 | D:5      | 256231 ||| FLEEEEING.
256247 | D:5      | 256247 ||| FLEEEEING.
256263 | D:5      | 256263 ||| FLEEEEING.
256279 | D:5      | 256279 ||| FLEEEEING.
256295 | D:5      | 256295 ||| FLEEEEING.
256311 | D:5      | 256311 ||| FLEEEEING.
256327 | D:5      | 256327 ||| FLEEEEING.
256343 | D:5      | 256343 ||| FLEEEEING.
256359 | D:5      | 256359 ||| FLEEEEING.
256375 | D:5      | 256375 ||| FLEEEEING.
256378 | D:5      | Glimpsed the power of Zot.
256391 | D:5      | 256391 ||| FLEEEEING.
256407 | D:5      | 256407 ||| FLEEEEING.
256423 | D:5      | 256423 ||| FLEEEEING.
256439 | D:5      | 256439 ||| FLEEEEING.
256455 | D:5      | 256455 ||| FLEEEEING.
256471 | D:5      | 256471 ||| FLEEEEING.
256487 | D:5      | 256487 ||| FLEEEEING.
256503 | D:5      | 256503 ||| FLEEEEING.
256519 | D:5      | 256519 ||| FLEEEEING.
256535 | D:5      | 256535 ||| FLEEEEING.
256551 | D:5      | 256551 ||| FLEEEEING.
256567 | D:5      | 256567 ||| FLEEEEING.
256583 | D:5      | 256583 ||| FLEEEEING.
256599 | D:5      | 256599 ||| FLEEEEING.
256615 | D:5      | 256615 ||| FLEEEEING.
256631 | D:5      | 256631 ||| FLEEEEING.
256647 | D:5      | 256647 ||| FLEEEEING.
256663 | D:5      | 256663 ||| FLEEEEING.
256679 | D:5      | 256679 ||| FLEEEEING.
256695 | D:5      | 256695 ||| FLEEEEING.
256711 | D:5      | 256711 ||| FLEEEEING.
256727 | D:5      | 256727 ||| FLEEEEING.
256743 | D:5      | 256743 ||| FLEEEEING.
256759 | D:5      | 256759 ||| FLEEEEING.
256775 | D:5      | 256775 ||| FLEEEEING.
256778 | D:5      | Glimpsed the power of Zot.
256791 | D:5      | 256791 ||| FLEEEEING.
256807 | D:5      | 256807 ||| FLEEEEING.
256823 | D:5      | 256823 ||| FLEEEEING.
256839 | D:5      | 256839 ||| FLEEEEING.
256855 | D:5      | 256855 ||| FLEEEEING.
256871 | D:5      | 256871 ||| FLEEEEING.
256877 | D:5      | Touched by the power of Zot.
256878 | D:5      | Glimpsed the power of Zot.
256887 | D:5      | 256887 ||| FLEEEEING.
256903 | D:5      | 256903 ||| FLEEEEING.
256919 | D:5      | 256919 ||| FLEEEEING.
256935 | D:5      | 256935 ||| FLEEEEING.
256951 | D:5      | 256951 ||| FLEEEEING.
256967 | D:5      | 256967 ||| FLEEEEING.
256983 | D:5      | 256983 ||| FLEEEEING.
256999 | D:5      | 256999 ||| FLEEEEING.
257015 | D:5      | 257015 ||| FLEEEEING.
257031 | D:5      | 257031 ||| FLEEEEING.
257047 | D:5      | 257047 ||| FLEEEEING.
257063 | D:5      | 257063 ||| FLEEEEING.
257079 | D:5      | 257079 ||| FLEEEEING.
257095 | D:5      | 257095 ||| FLEEEEING.
257111 | D:5      | 257111 ||| FLEEEEING.
257127 | D:5      | 257127 ||| FLEEEEING.
257143 | D:5      | 257143 ||| FLEEEEING.
257159 | D:5      | 257159 ||| FLEEEEING.
257175 | D:5      | 257175 ||| FLEEEEING.
257191 | D:5      | 257191 ||| FLEEEEING.
257207 | D:5      | 257207 ||| FLEEEEING.
257223 | D:5      | 257223 ||| FLEEEEING.
257239 | D:5      | 257239 ||| FLEEEEING.
257255 | D:5      | 257255 ||| FLEEEEING.
257271 | D:5      | 257271 ||| FLEEEEING.
257287 | D:5      | 257287 ||| FLEEEEING.
257303 | D:5      | 257303 ||| FLEEEEING.
257319 | D:5      | 257319 ||| FLEEEEING.
257335 | D:5      | 257335 ||| FLEEEEING.
257351 | D:5      | 257351 ||| FLEEEEING.
257367 | D:5      | 257367 ||| FLEEEEING.
257378 | D:5      | Glimpsed the power of Zot.
257383 | D:5      | 257383 ||| FLEEEEING.
257399 | D:5      | 257399 ||| FLEEEEING.
257415 | D:5      | 257415 ||| FLEEEEING.
257431 | D:5      | 257431 ||| FLEEEEING.
257447 | D:5      | 257447 ||| FLEEEEING.
257463 | D:5      | 257463 ||| FLEEEEING.
257479 | D:5      | 257479 ||| FLEEEEING.
257495 | D:5      | 257495 ||| FLEEEEING.
257511 | D:5      | 257511 ||| FLEEEEING.
257527 | D:5      | 257527 ||| FLEEEEING.
257543 | D:5      | 257543 ||| FLEEEEING.
257559 | D:5      | 257559 ||| FLEEEEING.
257575 | D:5      | 257575 ||| FLEEEEING.
257591 | D:5      | 257591 ||| FLEEEEING.
257607 | D:5      | 257607 ||| FLEEEEING.
257623 | D:5      | 257623 ||| FLEEEEING.
257639 | D:5      | 257639 ||| FLEEEEING.
257655 | D:5      | 257655 ||| FLEEEEING.
257671 | D:5      | 257671 ||| FLEEEEING.
257687 | D:5      | 257687 ||| FLEEEEING.
257703 | D:5      | 257703 ||| FLEEEEING.
257719 | D:5      | 257719 ||| FLEEEEING.
257735 | D:5      | 257735 ||| FLEEEEING.
257751 | D:5      | 257751 ||| FLEEEEING.
257767 | D:5      | 257767 ||| FLEEEEING.
257778 | D:5      | Glimpsed the power of Zot.
257783 | D:5      | 257783 ||| FLEEEEING.
257799 | D:5      | 257799 ||| FLEEEEING.
257815 | D:5      | 257815 ||| FLEEEEING.
257831 | D:5      | 257831 ||| FLEEEEING.
257847 | D:5      | 257847 ||| FLEEEEING.
257863 | D:5      | 257863 ||| FLEEEEING.
257877 | D:5      | Touched by the power of Zot.
257878 | D:5      | Glimpsed the power of Zot.
257879 | D:5      | 257879 ||| FLEEEEING.
257895 | D:5      | 257895 ||| FLEEEEING.
257911 | D:5      | 257911 ||| FLEEEEING.
257927 | D:5      | 257927 ||| FLEEEEING.
257943 | D:5      | 257943 ||| FLEEEEING.
257959 | D:5      | 257959 ||| FLEEEEING.
257975 | D:5      | 257975 ||| FLEEEEING.
257991 | D:5      | 257991 ||| FLEEEEING.
258007 | D:5      | 258007 ||| FLEEEEING.
258023 | D:5      | 258023 ||| FLEEEEING.
258039 | D:5      | 258039 ||| FLEEEEING.
258055 | D:5      | 258055 ||| FLEEEEING.
258071 | D:5      | 258071 ||| FLEEEEING.
258087 | D:5      | 258087 ||| FLEEEEING.
258103 | D:5      | 258103 ||| FLEEEEING.
258119 | D:5      | 258119 ||| FLEEEEING.
258135 | D:5      | 258135 ||| FLEEEEING.
258151 | D:5      | 258151 ||| FLEEEEING.
258167 | D:5      | 258167 ||| FLEEEEING.
258183 | D:5      | 258183 ||| FLEEEEING.
258199 | D:5      | 258199 ||| FLEEEEING.
258215 | D:5      | 258215 ||| FLEEEEING.
258231 | D:5      | 258231 ||| FLEEEEING.
258247 | D:5      | 258247 ||| FLEEEEING.
258263 | D:5      | 258263 ||| FLEEEEING.
258279 | D:5      | 258279 ||| FLEEEEING.
258295 | D:5      | 258295 ||| FLEEEEING.
258311 | D:5      | 258311 ||| FLEEEEING.
258327 | D:5      | 258327 ||| FLEEEEING.
258343 | D:5      | 258343 ||| FLEEEEING.
258359 | D:5      | 258359 ||| FLEEEEING.
258375 | D:5      | 258375 ||| FLEEEEING.
258378 | D:5      | Glimpsed the power of Zot.
258391 | D:5      | 258391 ||| FLEEEEING.
258407 | D:5      | 258407 ||| FLEEEEING.
258423 | D:5      | 258423 ||| FLEEEEING.
258439 | D:5      | 258439 ||| FLEEEEING.
258455 | D:5      | 258455 ||| FLEEEEING.
258471 | D:5      | 258471 ||| FLEEEEING.
258487 | D:5      | 258487 ||| FLEEEEING.
258503 | D:5      | 258503 ||| FLEEEEING.
258519 | D:5      | 258519 ||| FLEEEEING.
258535 | D:5      | 258535 ||| FLEEEEING.
258551 | D:5      | 258551 ||| FLEEEEING.
258567 | D:5      | 258567 ||| FLEEEEING.
258583 | D:5      | 258583 ||| FLEEEEING.
258599 | D:5      | 258599 ||| FLEEEEING.
258615 | D:5      | 258615 ||| FLEEEEING.
258631 | D:5      | 258631 ||| FLEEEEING.
258647 | D:5      | 258647 ||| FLEEEEING.
258663 | D:5      | 258663 ||| FLEEEEING.
258679 | D:5      | 258679 ||| FLEEEEING.
258695 | D:5      | 258695 ||| FLEEEEING.
258711 | D:5      | 258711 ||| FLEEEEING.
258727 | D:5      | 258727 ||| FLEEEEING.
258743 | D:5      | 258743 ||| FLEEEEING.
258759 | D:5      | 258759 ||| FLEEEEING.
258775 | D:5      | 258775 ||| FLEEEEING.
258778 | D:5      | Glimpsed the power of Zot.
258791 | D:5      | 258791 ||| FLEEEEING.
258807 | D:5      | 258807 ||| FLEEEEING.
258823 | D:5      | 258823 ||| FLEEEEING.
258839 | D:5      | 258839 ||| FLEEEEING.
258855 | D:5      | 258855 ||| FLEEEEING.
258871 | D:5      | 258871 ||| FLEEEEING.
258877 | D:5      | Touched by the power of Zot.
258878 | D:5      | Glimpsed the power of Zot.
258887 | D:5      | 258887 ||| FLEEEEING.
258903 | D:5      | 258903 ||| FLEEEEING.
258919 | D:5      | 258919 ||| FLEEEEING.
258935 | D:5      | 258935 ||| FLEEEEING.
258951 | D:5      | 258951 ||| FLEEEEING.
258967 | D:5      | 258967 ||| FLEEEEING.
258983 | D:5      | 258983 ||| FLEEEEING.
258999 | D:5      | 258999 ||| FLEEEEING.
259015 | D:5      | 259015 ||| FLEEEEING.
259031 | D:5      | 259031 ||| FLEEEEING.
259047 | D:5      | 259047 ||| FLEEEEING.
259063 | D:5      | 259063 ||| FLEEEEING.
259079 | D:5      | 259079 ||| FLEEEEING.
259095 | D:5      | 259095 ||| FLEEEEING.
259111 | D:5      | 259111 ||| FLEEEEING.
259127 | D:5      | 259127 ||| FLEEEEING.
259143 | D:5      | 259143 ||| FLEEEEING.
259159 | D:5      | 259159 ||| FLEEEEING.
259175 | D:5      | 259175 ||| FLEEEEING.
259191 | D:5      | 259191 ||| FLEEEEING.
259207 | D:5      | 259207 ||| FLEEEEING.
259223 | D:5      | 259223 ||| FLEEEEING.
259239 | D:5      | 259239 ||| FLEEEEING.
259255 | D:5      | 259255 ||| FLEEEEING.
259271 | D:5      | 259271 ||| FLEEEEING.
259287 | D:5      | 259287 ||| FLEEEEING.
259303 | D:5      | 259303 ||| FLEEEEING.
259319 | D:5      | 259319 ||| FLEEEEING.
259335 | D:5      | 259335 ||| FLEEEEING.
259351 | D:5      | 259351 ||| FLEEEEING.
259367 | D:5      | 259367 ||| FLEEEEING.
259378 | D:5      | Glimpsed the power of Zot.
259383 | D:5      | 259383 ||| FLEEEEING.
259399 | D:5      | 259399 ||| FLEEEEING.
259415 | D:5      | 259415 ||| FLEEEEING.
259431 | D:5      | 259431 ||| FLEEEEING.
259447 | D:5      | 259447 ||| FLEEEEING.
259463 | D:5      | 259463 ||| FLEEEEING.
259479 | D:5      | 259479 ||| FLEEEEING.
259495 | D:5      | 259495 ||| FLEEEEING.
259511 | D:5      | 259511 ||| FLEEEEING.
259527 | D:5      | 259527 ||| FLEEEEING.
259543 | D:5      | 259543 ||| FLEEEEING.
259559 | D:5      | 259559 ||| FLEEEEING.
259575 | D:5      | 259575 ||| FLEEEEING.
259591 | D:5      | 259591 ||| FLEEEEING.
259607 | D:5      | 259607 ||| FLEEEEING.
259623 | D:5      | 259623 ||| FLEEEEING.
259639 | D:5      | 259639 ||| FLEEEEING.
259655 | D:5      | 259655 ||| FLEEEEING.
259671 | D:5      | 259671 ||| FLEEEEING.
259687 | D:5      | 259687 ||| FLEEEEING.
259703 | D:5      | 259703 ||| FLEEEEING.
259719 | D:5      | 259719 ||| FLEEEEING.
259735 | D:5      | 259735 ||| FLEEEEING.
259751 | D:5      | 259751 ||| FLEEEEING.
259767 | D:5      | 259767 ||| FLEEEEING.
259778 | D:5      | Glimpsed the power of Zot.
259783 | D:5      | 259783 ||| FLEEEEING.
259799 | D:5      | 259799 ||| FLEEEEING.
259815 | D:5      | 259815 ||| FLEEEEING.
259831 | D:5      | 259831 ||| FLEEEEING.
259847 | D:5      | 259847 ||| FLEEEEING.
259863 | D:5      | 259863 ||| FLEEEEING.
259877 | D:5      | Touched by the power of Zot.
259878 | D:5      | Glimpsed the power of Zot.
259879 | D:5      | 259879 ||| FLEEEEING.
259895 | D:5      | 259895 ||| FLEEEEING.
259911 | D:5      | 259911 ||| FLEEEEING.
259927 | D:5      | 259927 ||| FLEEEEING.
259943 | D:5      | 259943 ||| FLEEEEING.
259959 | D:5      | 259959 ||| FLEEEEING.
259975 | D:5      | 259975 ||| FLEEEEING.
259991 | D:5      | 259991 ||| FLEEEEING.
260007 | D:5      | 260007 ||| FLEEEEING.
260023 | D:5      | 260023 ||| FLEEEEING.
260039 | D:5      | 260039 ||| FLEEEEING.
260055 | D:5      | 260055 ||| FLEEEEING.
260071 | D:5      | 260071 ||| FLEEEEING.
260087 | D:5      | 260087 ||| FLEEEEING.
260103 | D:5      | 260103 ||| FLEEEEING.
260119 | D:5      | 260119 ||| FLEEEEING.
260135 | D:5      | 260135 ||| FLEEEEING.
260151 | D:5      | 260151 ||| FLEEEEING.
260167 | D:5      | 260167 ||| FLEEEEING.
260183 | D:5      | 260183 ||| FLEEEEING.
260199 | D:5      | 260199 ||| FLEEEEING.
260215 | D:5      | 260215 ||| FLEEEEING.
260231 | D:5      | 260231 ||| FLEEEEING.
260247 | D:5      | 260247 ||| FLEEEEING.
260263 | D:5      | 260263 ||| FLEEEEING.
260279 | D:5      | 260279 ||| FLEEEEING.
260295 | D:5      | 260295 ||| FLEEEEING.
260311 | D:5      | 260311 ||| FLEEEEING.
260327 | D:5      | 260327 ||| FLEEEEING.
260343 | D:5      | 260343 ||| FLEEEEING.
260359 | D:5      | 260359 ||| FLEEEEING.
260375 | D:5      | 260375 ||| FLEEEEING.
260378 | D:5      | Glimpsed the power of Zot.
260391 | D:5      | 260391 ||| FLEEEEING.
260407 | D:5      | 260407 ||| FLEEEEING.
260423 | D:5      | 260423 ||| FLEEEEING.
260439 | D:5      | 260439 ||| FLEEEEING.
260455 | D:5      | 260455 ||| FLEEEEING.
260471 | D:5      | 260471 ||| FLEEEEING.
260487 | D:5      | 260487 ||| FLEEEEING.
260503 | D:5      | 260503 ||| FLEEEEING.
260519 | D:5      | 260519 ||| FLEEEEING.
260535 | D:5      | 260535 ||| FLEEEEING.
260551 | D:5      | 260551 ||| FLEEEEING.
260567 | D:5      | 260567 ||| FLEEEEING.
260583 | D:5      | 260583 ||| FLEEEEING.
260599 | D:5      | 260599 ||| FLEEEEING.
260615 | D:5      | 260615 ||| FLEEEEING.
260631 | D:5      | 260631 ||| FLEEEEING.
260647 | D:5      | 260647 ||| FLEEEEING.
260663 | D:5      | 260663 ||| FLEEEEING.
260679 | D:5      | 260679 ||| FLEEEEING.
260695 | D:5      | 260695 ||| FLEEEEING.
260711 | D:5      | 260711 ||| FLEEEEING.
260727 | D:5      | 260727 ||| FLEEEEING.
260743 | D:5      | 260743 ||| FLEEEEING.
260759 | D:5      | 260759 ||| FLEEEEING.
260775 | D:5      | 260775 ||| FLEEEEING.
260778 | D:5      | Glimpsed the power of Zot.
260791 | D:5      | 260791 ||| FLEEEEING.
260807 | D:5      | 260807 ||| FLEEEEING.
260823 | D:5      | 260823 ||| FLEEEEING.
260839 | D:5      | 260839 ||| FLEEEEING.
260855 | D:5      | 260855 ||| FLEEEEING.
260871 | D:5      | 260871 ||| FLEEEEING.
260877 | D:5      | Touched by the power of Zot.
260878 | D:5      | Glimpsed the power of Zot.
260887 | D:5      | 260887 ||| FLEEEEING.
260903 | D:5      | 260903 ||| FLEEEEING.
260919 | D:5      | 260919 ||| FLEEEEING.
260935 | D:5      | 260935 ||| FLEEEEING.
260951 | D:5      | 260951 ||| FLEEEEING.
260967 | D:5      | 260967 ||| FLEEEEING.
260983 | D:5      | 260983 ||| FLEEEEING.
260999 | D:5      | 260999 ||| FLEEEEING.
261015 | D:5      | 261015 ||| FLEEEEING.
261031 | D:5      | 261031 ||| FLEEEEING.
261047 | D:5      | 261047 ||| FLEEEEING.
261063 | D:5      | 261063 ||| FLEEEEING.
261079 | D:5      | 261079 ||| FLEEEEING.
261095 | D:5      | 261095 ||| FLEEEEING.
261111 | D:5      | 261111 ||| FLEEEEING.
261127 | D:5      | 261127 ||| FLEEEEING.
261143 | D:5      | 261143 ||| FLEEEEING.
261159 | D:5      | 261159 ||| FLEEEEING.
261175 | D:5      | 261175 ||| FLEEEEING.
261191 | D:5      | 261191 ||| FLEEEEING.
261207 | D:5      | 261207 ||| FLEEEEING.
261223 | D:5      | 261223 ||| FLEEEEING.
261239 | D:5      | 261239 ||| FLEEEEING.
261255 | D:5      | 261255 ||| FLEEEEING.
261271 | D:5      | 261271 ||| FLEEEEING.
261287 | D:5      | 261287 ||| FLEEEEING.
261303 | D:5      | 261303 ||| FLEEEEING.
261319 | D:5      | 261319 ||| FLEEEEING.
261335 | D:5      | 261335 ||| FLEEEEING.
261351 | D:5      | 261351 ||| FLEEEEING.
261367 | D:5      | 261367 ||| FLEEEEING.
261378 | D:5      | Glimpsed the power of Zot.
261383 | D:5      | 261383 ||| FLEEEEING.
261399 | D:5      | 261399 ||| FLEEEEING.
261415 | D:5      | 261415 ||| FLEEEEING.
261431 | D:5      | 261431 ||| FLEEEEING.
261447 | D:5      | 261447 ||| FLEEEEING.
261463 | D:5      | 261463 ||| FLEEEEING.
261479 | D:5      | 261479 ||| FLEEEEING.
261495 | D:5      | 261495 ||| FLEEEEING.
261511 | D:5      | 261511 ||| FLEEEEING.
261527 | D:5      | 261527 ||| FLEEEEING.
261543 | D:5      | 261543 ||| FLEEEEING.
261559 | D:5      | 261559 ||| FLEEEEING.
261575 | D:5      | 261575 ||| FLEEEEING.
261591 | D:5      | 261591 ||| FLEEEEING.
261607 | D:5      | 261607 ||| FLEEEEING.
261623 | D:5      | 261623 ||| FLEEEEING.
261639 | D:5      | 261639 ||| FLEEEEING.
261655 | D:5      | 261655 ||| FLEEEEING.
261671 | D:5      | 261671 ||| FLEEEEING.
261687 | D:5      | 261687 ||| FLEEEEING.
261703 | D:5      | 261703 ||| FLEEEEING.
261719 | D:5      | 261719 ||| FLEEEEING.
261735 | D:5      | 261735 ||| FLEEEEING.
261751 | D:5      | 261751 ||| FLEEEEING.
261767 | D:5      | 261767 ||| FLEEEEING.
261778 | D:5      | Glimpsed the power of Zot.
261783 | D:5      | 261783 ||| FLEEEEING.
261799 | D:5      | 261799 ||| FLEEEEING.
261815 | D:5      | 261815 ||| FLEEEEING.
261831 | D:5      | 261831 ||| FLEEEEING.
261847 | D:5      | 261847 ||| FLEEEEING.
261863 | D:5      | 261863 ||| FLEEEEING.
261877 | D:5      | Touched by the power of Zot.
261878 | D:5      | Glimpsed the power of Zot.
261879 | D:5      | 261879 ||| FLEEEEING.
261895 | D:5      | 261895 ||| FLEEEEING.
261911 | D:5      | 261911 ||| FLEEEEING.
261927 | D:5      | 261927 ||| FLEEEEING.
261943 | D:5      | 261943 ||| FLEEEEING.
261959 | D:5      | 261959 ||| FLEEEEING.
261975 | D:5      | 261975 ||| FLEEEEING.
261991 | D:5      | 261991 ||| FLEEEEING.
262007 | D:5      | 262007 ||| FLEEEEING.
262023 | D:5      | 262023 ||| FLEEEEING.
262039 | D:5      | 262039 ||| FLEEEEING.
262055 | D:5      | 262055 ||| FLEEEEING.
262071 | D:5      | 262071 ||| FLEEEEING.
262087 | D:5      | 262087 ||| FLEEEEING.
262103 | D:5      | 262103 ||| FLEEEEING.
262119 | D:5      | 262119 ||| FLEEEEING.
262135 | D:5      | 262135 ||| FLEEEEING.
262151 | D:5      | 262151 ||| FLEEEEING.
262167 | D:5      | 262167 ||| FLEEEEING.
262183 | D:5      | 262183 ||| FLEEEEING.
262199 | D:5      | 262199 ||| FLEEEEING.
262215 | D:5      | 262215 ||| FLEEEEING.
262231 | D:5      | 262231 ||| FLEEEEING.
262247 | D:5      | 262247 ||| FLEEEEING.
262263 | D:5      | 262263 ||| FLEEEEING.
262279 | D:5      | 262279 ||| FLEEEEING.
262295 | D:5      | 262295 ||| FLEEEEING.
262311 | D:5      | 262311 ||| FLEEEEING.
262327 | D:5      | 262327 ||| FLEEEEING.
262343 | D:5      | 262343 ||| FLEEEEING.
262359 | D:5      | 262359 ||| FLEEEEING.
262375 | D:5      | 262375 ||| FLEEEEING.
262378 | D:5      | Glimpsed the power of Zot.
262391 | D:5      | 262391 ||| FLEEEEING.
262407 | D:5      | 262407 ||| FLEEEEING.
262423 | D:5      | 262423 ||| FLEEEEING.
262439 | D:5      | 262439 ||| FLEEEEING.
262455 | D:5      | 262455 ||| FLEEEEING.
262471 | D:5      | 262471 ||| FLEEEEING.
262487 | D:5      | 262487 ||| FLEEEEING.
262503 | D:5      | 262503 ||| FLEEEEING.
262519 | D:5      | 262519 ||| FLEEEEING.
262535 | D:5      | 262535 ||| FLEEEEING.
262551 | D:5      | 262551 ||| FLEEEEING.
262567 | D:5      | 262567 ||| FLEEEEING.
262583 | D:5      | 262583 ||| FLEEEEING.
262599 | D:5      | 262599 ||| FLEEEEING.
262615 | D:5      | 262615 ||| FLEEEEING.
262631 | D:5      | 262631 ||| FLEEEEING.
262647 | D:5      | 262647 ||| FLEEEEING.
262663 | D:5      | 262663 ||| FLEEEEING.
262679 | D:5      | 262679 ||| FLEEEEING.
262695 | D:5      | 262695 ||| FLEEEEING.
262711 | D:5      | 262711 ||| FLEEEEING.
262727 | D:5      | 262727 ||| FLEEEEING.
262743 | D:5      | 262743 ||| FLEEEEING.
262759 | D:5      | 262759 ||| FLEEEEING.
262775 | D:5      | 262775 ||| FLEEEEING.
262778 | D:5      | Glimpsed the power of Zot.
262791 | D:5      | 262791 ||| FLEEEEING.
262807 | D:5      | 262807 ||| FLEEEEING.
262823 | D:5      | 262823 ||| FLEEEEING.
262839 | D:5      | 262839 ||| FLEEEEING.
262855 | D:5      | 262855 ||| FLEEEEING.
262871 | D:5      | 262871 ||| FLEEEEING.
262877 | D:5      | Touched by the power of Zot.
262878 | D:5      | Glimpsed the power of Zot.
262887 | D:5      | 262887 ||| FLEEEEING.
262903 | D:5      | 262903 ||| FLEEEEING.
262919 | D:5      | 262919 ||| FLEEEEING.
262935 | D:5      | 262935 ||| FLEEEEING.
262951 | D:5      | 262951 ||| FLEEEEING.
262967 | D:5      | 262967 ||| FLEEEEING.
262983 | D:5      | 262983 ||| FLEEEEING.
262999 | D:5      | 262999 ||| FLEEEEING.
263015 | D:5      | 263015 ||| FLEEEEING.
263031 | D:5      | 263031 ||| FLEEEEING.
263047 | D:5      | 263047 ||| FLEEEEING.
263063 | D:5      | 263063 ||| FLEEEEING.
263079 | D:5      | 263079 ||| FLEEEEING.
263095 | D:5      | 263095 ||| FLEEEEING.
263111 | D:5      | 263111 ||| FLEEEEING.
263127 | D:5      | 263127 ||| FLEEEEING.
263143 | D:5      | 263143 ||| FLEEEEING.
263159 | D:5      | 263159 ||| FLEEEEING.
263175 | D:5      | 263175 ||| FLEEEEING.
263191 | D:5      | 263191 ||| FLEEEEING.
263207 | D:5      | 263207 ||| FLEEEEING.
263223 | D:5      | 263223 ||| FLEEEEING.
263239 | D:5      | 263239 ||| FLEEEEING.
263255 | D:5      | 263255 ||| FLEEEEING.
263271 | D:5      | 263271 ||| FLEEEEING.
263287 | D:5      | 263287 ||| FLEEEEING.
263303 | D:5      | 263303 ||| FLEEEEING.
263319 | D:5      | 263319 ||| FLEEEEING.
263335 | D:5      | 263335 ||| FLEEEEING.
263351 | D:5      | 263351 ||| FLEEEEING.
263367 | D:5      | 263367 ||| FLEEEEING.
263378 | D:5      | Glimpsed the power of Zot.
263383 | D:5      | 263383 ||| FLEEEEING.
263399 | D:5      | 263399 ||| FLEEEEING.
263415 | D:5      | 263415 ||| FLEEEEING.
263431 | D:5      | 263431 ||| FLEEEEING.
263447 | D:5      | 263447 ||| FLEEEEING.
263463 | D:5      | 263463 ||| FLEEEEING.
263479 | D:5      | 263479 ||| FLEEEEING.
263495 | D:5      | 263495 ||| FLEEEEING.
263511 | D:5      | 263511 ||| FLEEEEING.
263527 | D:5      | 263527 ||| FLEEEEING.
263543 | D:5      | 263543 ||| FLEEEEING.
263559 | D:5      | 263559 ||| FLEEEEING.
263575 | D:5      | 263575 ||| FLEEEEING.
263591 | D:5      | 263591 ||| FLEEEEING.
263607 | D:5      | 263607 ||| FLEEEEING.
263623 | D:5      | 263623 ||| FLEEEEING.
263639 | D:5      | 263639 ||| FLEEEEING.
263655 | D:5      | 263655 ||| FLEEEEING.
263671 | D:5      | 263671 ||| FLEEEEING.
263687 | D:5      | 263687 ||| FLEEEEING.
263703 | D:5      | 263703 ||| FLEEEEING.
263719 | D:5      | 263719 ||| FLEEEEING.
263735 | D:5      | 263735 ||| FLEEEEING.
263751 | D:5      | 263751 ||| FLEEEEING.
263767 | D:5      | 263767 ||| FLEEEEING.
263778 | D:5      | Glimpsed the power of Zot.
263783 | D:5      | 263783 ||| FLEEEEING.
263799 | D:5      | 263799 ||| FLEEEEING.
263815 | D:5      | 263815 ||| FLEEEEING.
263831 | D:5      | 263831 ||| FLEEEEING.
263847 | D:5      | 263847 ||| FLEEEEING.
263863 | D:5      | 263863 ||| FLEEEEING.
263877 | D:5      | Touched by the power of Zot.
263878 | D:5      | Glimpsed the power of Zot.
263879 | D:5      | 263879 ||| FLEEEEING.
263895 | D:5      | 263895 ||| FLEEEEING.
263911 | D:5      | 263911 ||| FLEEEEING.
263927 | D:5      | 263927 ||| FLEEEEING.
263943 | D:5      | 263943 ||| FLEEEEING.
263959 | D:5      | 263959 ||| FLEEEEING.
263975 | D:5      | 263975 ||| FLEEEEING.
263991 | D:5      | 263991 ||| FLEEEEING.
264007 | D:5      | 264007 ||| FLEEEEING.
264023 | D:5      | 264023 ||| FLEEEEING.
264039 | D:5      | 264039 ||| FLEEEEING.
264055 | D:5      | 264055 ||| FLEEEEING.
264071 | D:5      | 264071 ||| FLEEEEING.
264087 | D:5      | 264087 ||| FLEEEEING.
264103 | D:5      | 264103 ||| FLEEEEING.
264119 | D:5      | 264119 ||| FLEEEEING.
264135 | D:5      | 264135 ||| FLEEEEING.
264151 | D:5      | 264151 ||| FLEEEEING.
264167 | D:5      | 264167 ||| FLEEEEING.
264183 | D:5      | 264183 ||| FLEEEEING.
264199 | D:5      | 264199 ||| FLEEEEING.
264215 | D:5      | 264215 ||| FLEEEEING.
264231 | D:5      | 264231 ||| FLEEEEING.
264247 | D:5      | 264247 ||| FLEEEEING.
264263 | D:5      | 264263 ||| FLEEEEING.
264279 | D:5      | 264279 ||| FLEEEEING.
264295 | D:5      | 264295 ||| FLEEEEING.
264311 | D:5      | 264311 ||| FLEEEEING.
264327 | D:5      | 264327 ||| FLEEEEING.
264343 | D:5      | 264343 ||| FLEEEEING.
264359 | D:5      | 264359 ||| FLEEEEING.
264375 | D:5      | 264375 ||| FLEEEEING.
264378 | D:5      | Glimpsed the power of Zot.
264391 | D:5      | 264391 ||| FLEEEEING.
264407 | D:5      | 264407 ||| FLEEEEING.
264423 | D:5      | 264423 ||| FLEEEEING.
264439 | D:5      | 264439 ||| FLEEEEING.
264455 | D:5      | 264455 ||| FLEEEEING.
264471 | D:5      | 264471 ||| FLEEEEING.
264487 | D:5      | 264487 ||| FLEEEEING.
264503 | D:5      | 264503 ||| FLEEEEING.
264519 | D:5      | 264519 ||| FLEEEEING.
264535 | D:5      | 264535 ||| FLEEEEING.
264551 | D:5      | 264551 ||| FLEEEEING.
264567 | D:5      | 264567 ||| FLEEEEING.
264583 | D:5      | 264583 ||| FLEEEEING.
264599 | D:5      | 264599 ||| FLEEEEING.
264615 | D:5      | 264615 ||| FLEEEEING.
264631 | D:5      | 264631 ||| FLEEEEING.
264647 | D:5      | 264647 ||| FLEEEEING.
264663 | D:5      | 264663 ||| FLEEEEING.
264679 | D:5      | 264679 ||| FLEEEEING.
264695 | D:5      | 264695 ||| FLEEEEING.
264711 | D:5      | 264711 ||| FLEEEEING.
264727 | D:5      | 264727 ||| FLEEEEING.
264743 | D:5      | 264743 ||| FLEEEEING.
264759 | D:5      | 264759 ||| FLEEEEING.
264775 | D:5      | 264775 ||| FLEEEEING.
264778 | D:5      | Glimpsed the power of Zot.
264791 | D:5      | 264791 ||| FLEEEEING.
264807 | D:5      | 264807 ||| FLEEEEING.
264823 | D:5      | 264823 ||| FLEEEEING.
264839 | D:5      | 264839 ||| FLEEEEING.
264855 | D:5      | 264855 ||| FLEEEEING.
264871 | D:5      | 264871 ||| FLEEEEING.
264877 | D:5      | Touched by the power of Zot.
264878 | D:5      | Glimpsed the power of Zot.
264887 | D:5      | 264887 ||| FLEEEEING.
264903 | D:5      | 264903 ||| FLEEEEING.
264919 | D:5      | 264919 ||| FLEEEEING.
264935 | D:5      | 264935 ||| FLEEEEING.
264951 | D:5      | 264951 ||| FLEEEEING.
264967 | D:5      | 264967 ||| FLEEEEING.
264983 | D:5      | 264983 ||| FLEEEEING.
264999 | D:5      | 264999 ||| FLEEEEING.
265015 | D:5      | 265015 ||| FLEEEEING.
265031 | D:5      | 265031 ||| FLEEEEING.
265047 | D:5      | 265047 ||| FLEEEEING.
265063 | D:5      | 265063 ||| FLEEEEING.
265079 | D:5      | 265079 ||| FLEEEEING.
265095 | D:5      | 265095 ||| FLEEEEING.
265111 | D:5      | 265111 ||| FLEEEEING.
265127 | D:5      | 265127 ||| FLEEEEING.
265143 | D:5      | 265143 ||| FLEEEEING.
265159 | D:5      | 265159 ||| FLEEEEING.
265175 | D:5      | 265175 ||| FLEEEEING.
265191 | D:5      | 265191 ||| FLEEEEING.
265207 | D:5      | 265207 ||| FLEEEEING.
265223 | D:5      | 265223 ||| FLEEEEING.
265239 | D:5      | 265239 ||| FLEEEEING.
265255 | D:5      | 265255 ||| FLEEEEING.
265271 | D:5      | 265271 ||| FLEEEEING.
265287 | D:5      | 265287 ||| FLEEEEING.
265303 | D:5      | 265303 ||| FLEEEEING.
265319 | D:5      | 265319 ||| FLEEEEING.
265335 | D:5      | 265335 ||| FLEEEEING.
265351 | D:5      | 265351 ||| FLEEEEING.
265367 | D:5      | 265367 ||| FLEEEEING.
265378 | D:5      | Glimpsed the power of Zot.
265383 | D:5      | 265383 ||| FLEEEEING.
265399 | D:5      | 265399 ||| FLEEEEING.
265415 | D:5      | 265415 ||| FLEEEEING.
265431 | D:5      | 265431 ||| FLEEEEING.
265447 | D:5      | 265447 ||| FLEEEEING.
265463 | D:5      | 265463 ||| FLEEEEING.
265479 | D:5      | 265479 ||| FLEEEEING.
265495 | D:5      | 265495 ||| FLEEEEING.
265511 | D:5      | 265511 ||| FLEEEEING.
265527 | D:5      | 265527 ||| FLEEEEING.
265543 | D:5      | 265543 ||| FLEEEEING.
265559 | D:5      | 265559 ||| FLEEEEING.
265575 | D:5      | 265575 ||| FLEEEEING.
265591 | D:5      | 265591 ||| FLEEEEING.
265607 | D:5      | 265607 ||| FLEEEEING.
265623 | D:5      | 265623 ||| FLEEEEING.
265639 | D:5      | 265639 ||| FLEEEEING.
265655 | D:5      | 265655 ||| FLEEEEING.
265671 | D:5      | 265671 ||| FLEEEEING.
265687 | D:5      | 265687 ||| FLEEEEING.
265703 | D:5      | 265703 ||| FLEEEEING.
265719 | D:5      | 265719 ||| FLEEEEING.
265735 | D:5      | 265735 ||| FLEEEEING.
265751 | D:5      | 265751 ||| FLEEEEING.
265767 | D:5      | 265767 ||| FLEEEEING.
265778 | D:5      | Glimpsed the power of Zot.
265783 | D:5      | 265783 ||| FLEEEEING.
265799 | D:5      | 265799 ||| FLEEEEING.
265815 | D:5      | 265815 ||| FLEEEEING.
265831 | D:5      | 265831 ||| FLEEEEING.
265847 | D:5      | 265847 ||| FLEEEEING.
265863 | D:5      | 265863 ||| FLEEEEING.
265877 | D:5      | Touched by the power of Zot.
265878 | D:5      | Glimpsed the power of Zot.
265879 | D:5      | 265879 ||| FLEEEEING.
265895 | D:5      | 265895 ||| FLEEEEING.
265911 | D:5      | 265911 ||| FLEEEEING.
265927 | D:5      | 265927 ||| FLEEEEING.
265943 | D:5      | 265943 ||| FLEEEEING.
265959 | D:5      | 265959 ||| FLEEEEING.
265975 | D:5      | 265975 ||| FLEEEEING.
265991 | D:5      | 265991 ||| FLEEEEING.
266007 | D:5      | 266007 ||| FLEEEEING.
266023 | D:5      | 266023 ||| FLEEEEING.
266039 | D:5      | 266039 ||| FLEEEEING.
266055 | D:5      | 266055 ||| FLEEEEING.
266071 | D:5      | 266071 ||| FLEEEEING.
266087 | D:5      | 266087 ||| FLEEEEING.
266103 | D:5      | 266103 ||| FLEEEEING.
266119 | D:5      | 266119 ||| FLEEEEING.
266135 | D:5      | 266135 ||| FLEEEEING.
266151 | D:5      | 266151 ||| FLEEEEING.
266167 | D:5      | 266167 ||| FLEEEEING.
266183 | D:5      | 266183 ||| FLEEEEING.
266199 | D:5      | 266199 ||| FLEEEEING.
266215 | D:5      | 266215 ||| FLEEEEING.
266231 | D:5      | 266231 ||| FLEEEEING.
266247 | D:5      | 266247 ||| FLEEEEING.
266263 | D:5      | 266263 ||| FLEEEEING.
266279 | D:5      | 266279 ||| FLEEEEING.
266295 | D:5      | 266295 ||| FLEEEEING.
266311 | D:5      | 266311 ||| FLEEEEING.
266327 | D:5      | 266327 ||| FLEEEEING.
266343 | D:5      | 266343 ||| FLEEEEING.
266359 | D:5      | 266359 ||| FLEEEEING.
266375 | D:5      | 266375 ||| FLEEEEING.
266378 | D:5      | Glimpsed the power of Zot.
266391 | D:5      | 266391 ||| FLEEEEING.
266407 | D:5      | 266407 ||| FLEEEEING.
266423 | D:5      | 266423 ||| FLEEEEING.
266439 | D:5      | 266439 ||| FLEEEEING.
266455 | D:5      | 266455 ||| FLEEEEING.
266471 | D:5      | 266471 ||| FLEEEEING.
266487 | D:5      | 266487 ||| FLEEEEING.
266503 | D:5      | 266503 ||| FLEEEEING.
266519 | D:5      | 266519 ||| FLEEEEING.
266535 | D:5      | 266535 ||| FLEEEEING.
266551 | D:5      | 266551 ||| FLEEEEING.
266567 | D:5      | 266567 ||| FLEEEEING.
266583 | D:5      | 266583 ||| FLEEEEING.
266599 | D:5      | 266599 ||| FLEEEEING.
266615 | D:5      | 266615 ||| FLEEEEING.
266631 | D:5      | 266631 ||| FLEEEEING.
266647 | D:5      | 266647 ||| FLEEEEING.
266663 | D:5      | 266663 ||| FLEEEEING.
266679 | D:5      | 266679 ||| FLEEEEING.
266695 | D:5      | 266695 ||| FLEEEEING.
266711 | D:5      | 266711 ||| FLEEEEING.
266727 | D:5      | 266727 ||| FLEEEEING.
266743 | D:5      | 266743 ||| FLEEEEING.
266759 | D:5      | 266759 ||| FLEEEEING.
266775 | D:5      | 266775 ||| FLEEEEING.
266778 | D:5      | Glimpsed the power of Zot.
266791 | D:5      | 266791 ||| FLEEEEING.
266807 | D:5      | 266807 ||| FLEEEEING.
266823 | D:5      | 266823 ||| FLEEEEING.
266839 | D:5      | 266839 ||| FLEEEEING.
266855 | D:5      | 266855 ||| FLEEEEING.
266871 | D:5      | 266871 ||| FLEEEEING.
266877 | D:5      | Touched by the power of Zot.
266878 | D:5      | Glimpsed the power of Zot.
266887 | D:5      | 266887 ||| FLEEEEING.
266903 | D:5      | 266903 ||| FLEEEEING.
266919 | D:5      | 266919 ||| FLEEEEING.
266935 | D:5      | 266935 ||| FLEEEEING.
266951 | D:5      | 266951 ||| FLEEEEING.
266967 | D:5      | 266967 ||| FLEEEEING.
266983 | D:5      | 266983 ||| FLEEEEING.
266999 | D:5      | 266999 ||| FLEEEEING.
267015 | D:5      | 267015 ||| FLEEEEING.
267031 | D:5      | 267031 ||| FLEEEEING.
267047 | D:5      | 267047 ||| FLEEEEING.
267063 | D:5      | 267063 ||| FLEEEEING.
267079 | D:5      | 267079 ||| FLEEEEING.
267095 | D:5      | 267095 ||| FLEEEEING.
267111 | D:5      | 267111 ||| FLEEEEING.
267127 | D:5      | 267127 ||| FLEEEEING.
267143 | D:5      | 267143 ||| FLEEEEING.
267159 | D:5      | 267159 ||| FLEEEEING.
267175 | D:5      | 267175 ||| FLEEEEING.
267191 | D:5      | 267191 ||| FLEEEEING.
267207 | D:5      | 267207 ||| FLEEEEING.
267223 | D:5      | 267223 ||| FLEEEEING.
267239 | D:5      | 267239 ||| FLEEEEING.
267255 | D:5      | 267255 ||| FLEEEEING.
267271 | D:5      | 267271 ||| FLEEEEING.
267287 | D:5      | 267287 ||| FLEEEEING.
267303 | D:5      | 267303 ||| FLEEEEING.
267319 | D:5      | 267319 ||| FLEEEEING.
267335 | D:5      | 267335 ||| FLEEEEING.
267351 | D:5      | 267351 ||| FLEEEEING.
267367 | D:5      | 267367 ||| FLEEEEING.
267378 | D:5      | Glimpsed the power of Zot.
267383 | D:5      | 267383 ||| FLEEEEING.
267399 | D:5      | 267399 ||| FLEEEEING.
267415 | D:5      | 267415 ||| FLEEEEING.
267431 | D:5      | 267431 ||| FLEEEEING.
267447 | D:5      | 267447 ||| FLEEEEING.
267463 | D:5      | 267463 ||| FLEEEEING.
267479 | D:5      | 267479 ||| FLEEEEING.
267495 | D:5      | 267495 ||| FLEEEEING.
267511 | D:5      | 267511 ||| FLEEEEING.
267527 | D:5      | 267527 ||| FLEEEEING.
267543 | D:5      | 267543 ||| FLEEEEING.
267559 | D:5      | 267559 ||| FLEEEEING.
267575 | D:5      | 267575 ||| FLEEEEING.
267591 | D:5      | 267591 ||| FLEEEEING.
267607 | D:5      | 267607 ||| FLEEEEING.
267623 | D:5      | 267623 ||| FLEEEEING.
267639 | D:5      | 267639 ||| FLEEEEING.
267655 | D:5      | 267655 ||| FLEEEEING.
267671 | D:5      | 267671 ||| FLEEEEING.
267687 | D:5      | 267687 ||| FLEEEEING.
267703 | D:5      | 267703 ||| FLEEEEING.
267719 | D:5      | 267719 ||| FLEEEEING.
267735 | D:5      | 267735 ||| FLEEEEING.
267751 | D:5      | 267751 ||| FLEEEEING.
267767 | D:5      | 267767 ||| FLEEEEING.
267778 | D:5      | Glimpsed the power of Zot.
267783 | D:5      | 267783 ||| FLEEEEING.
267799 | D:5      | 267799 ||| FLEEEEING.
267815 | D:5      | 267815 ||| FLEEEEING.
267831 | D:5      | 267831 ||| FLEEEEING.
267847 | D:5      | 267847 ||| FLEEEEING.
267863 | D:5      | 267863 ||| FLEEEEING.
267877 | D:5      | Touched by the power of Zot.
267878 | D:5      | Glimpsed the power of Zot.
267879 | D:5      | 267879 ||| FLEEEEING.
267895 | D:5      | 267895 ||| FLEEEEING.
267911 | D:5      | 267911 ||| FLEEEEING.
267927 | D:5      | 267927 ||| FLEEEEING.
267943 | D:5      | 267943 ||| FLEEEEING.
267959 | D:5      | 267959 ||| FLEEEEING.
267975 | D:5      | 267975 ||| FLEEEEING.
267991 | D:5      | 267991 ||| FLEEEEING.
268007 | D:5      | 268007 ||| FLEEEEING.
268023 | D:5      | 268023 ||| FLEEEEING.
268039 | D:5      | 268039 ||| FLEEEEING.
268055 | D:5      | 268055 ||| FLEEEEING.
268071 | D:5      | 268071 ||| FLEEEEING.
268087 | D:5      | 268087 ||| FLEEEEING.
268103 | D:5      | 268103 ||| FLEEEEING.
268119 | D:5      | 268119 ||| FLEEEEING.
268135 | D:5      | 268135 ||| FLEEEEING.
268151 | D:5      | 268151 ||| FLEEEEING.
268167 | D:5      | 268167 ||| FLEEEEING.
268183 | D:5      | 268183 ||| FLEEEEING.
268199 | D:5      | 268199 ||| FLEEEEING.
268215 | D:5      | 268215 ||| FLEEEEING.
268231 | D:5      | 268231 ||| FLEEEEING.
268247 | D:5      | 268247 ||| FLEEEEING.
268263 | D:5      | 268263 ||| FLEEEEING.
268279 | D:5      | 268279 ||| FLEEEEING.
268295 | D:5      | 268295 ||| FLEEEEING.
268311 | D:5      | 268311 ||| FLEEEEING.
268327 | D:5      | 268327 ||| FLEEEEING.
268343 | D:5      | 268343 ||| FLEEEEING.
268359 | D:5      | 268359 ||| FLEEEEING.
268375 | D:5      | 268375 ||| FLEEEEING.
268378 | D:5      | Glimpsed the power of Zot.
268391 | D:5      | 268391 ||| FLEEEEING.
268407 | D:5      | 268407 ||| FLEEEEING.
268423 | D:5      | 268423 ||| FLEEEEING.
268439 | D:5      | 268439 ||| FLEEEEING.
268455 | D:5      | 268455 ||| FLEEEEING.
268471 | D:5      | 268471 ||| FLEEEEING.
268487 | D:5      | 268487 ||| FLEEEEING.
268503 | D:5      | 268503 ||| FLEEEEING.
268519 | D:5      | 268519 ||| FLEEEEING.
268535 | D:5      | 268535 ||| FLEEEEING.
268551 | D:5      | 268551 ||| FLEEEEING.
268567 | D:5      | 268567 ||| FLEEEEING.
268583 | D:5      | 268583 ||| FLEEEEING.
268599 | D:5      | 268599 ||| FLEEEEING.
268615 | D:5      | 268615 ||| FLEEEEING.
268631 | D:5      | 268631 ||| FLEEEEING.
268647 | D:5      | 268647 ||| FLEEEEING.
268663 | D:5      | 268663 ||| FLEEEEING.
268679 | D:5      | 268679 ||| FLEEEEING.
268695 | D:5      | 268695 ||| FLEEEEING.
268711 | D:5      | 268711 ||| FLEEEEING.
268727 | D:5      | 268727 ||| FLEEEEING.
268743 | D:5      | 268743 ||| FLEEEEING.
268759 | D:5      | 268759 ||| FLEEEEING.
268775 | D:5      | 268775 ||| FLEEEEING.
268778 | D:5      | Glimpsed the power of Zot.
268791 | D:5      | 268791 ||| FLEEEEING.
268807 | D:5      | 268807 ||| FLEEEEING.
268823 | D:5      | 268823 ||| FLEEEEING.
268839 | D:5      | 268839 ||| FLEEEEING.
268855 | D:5      | 268855 ||| FLEEEEING.
268871 | D:5      | 268871 ||| FLEEEEING.
268877 | D:5      | Touched by the power of Zot.
268878 | D:5      | Glimpsed the power of Zot.
268887 | D:5      | 268887 ||| FLEEEEING.
268903 | D:5      | 268903 ||| FLEEEEING.
268919 | D:5      | 268919 ||| FLEEEEING.
268935 | D:5      | 268935 ||| FLEEEEING.
268951 | D:5      | 268951 ||| FLEEEEING.
268967 | D:5      | 268967 ||| FLEEEEING.
268983 | D:5      | 268983 ||| FLEEEEING.
268999 | D:5      | 268999 ||| FLEEEEING.
269015 | D:5      | 269015 ||| FLEEEEING.
269031 | D:5      | 269031 ||| FLEEEEING.
269047 | D:5      | 269047 ||| FLEEEEING.
269063 | D:5      | 269063 ||| FLEEEEING.
269079 | D:5      | 269079 ||| FLEEEEING.
269095 | D:5      | 269095 ||| FLEEEEING.
269111 | D:5      | 269111 ||| FLEEEEING.
269127 | D:5      | 269127 ||| FLEEEEING.
269143 | D:5      | 269143 ||| FLEEEEING.
269159 | D:5      | 269159 ||| FLEEEEING.
269175 | D:5      | 269175 ||| FLEEEEING.
269191 | D:5      | 269191 ||| FLEEEEING.
269207 | D:5      | 269207 ||| FLEEEEING.
269223 | D:5      | 269223 ||| FLEEEEING.
269239 | D:5      | 269239 ||| FLEEEEING.
269255 | D:5      | 269255 ||| FLEEEEING.
269271 | D:5      | 269271 ||| FLEEEEING.
269287 | D:5      | 269287 ||| FLEEEEING.
269303 | D:5      | 269303 ||| FLEEEEING.
269319 | D:5      | 269319 ||| FLEEEEING.
269335 | D:5      | 269335 ||| FLEEEEING.
269351 | D:5      | 269351 ||| FLEEEEING.
269367 | D:5      | 269367 ||| FLEEEEING.
269378 | D:5      | Glimpsed the power of Zot.
269383 | D:5      | 269383 ||| FLEEEEING.
269399 | D:5      | 269399 ||| FLEEEEING.
269415 | D:5      | 269415 ||| FLEEEEING.
269431 | D:5      | 269431 ||| FLEEEEING.
269447 | D:5      | 269447 ||| FLEEEEING.
269463 | D:5      | 269463 ||| FLEEEEING.
269479 | D:5      | 269479 ||| FLEEEEING.
269495 | D:5      | 269495 ||| FLEEEEING.
269511 | D:5      | 269511 ||| FLEEEEING.
269527 | D:5      | 269527 ||| FLEEEEING.
269543 | D:5      | 269543 ||| FLEEEEING.
269559 | D:5      | 269559 ||| FLEEEEING.
269575 | D:5      | 269575 ||| FLEEEEING.
269591 | D:5      | 269591 ||| FLEEEEING.
269607 | D:5      | 269607 ||| FLEEEEING.
269623 | D:5      | 269623 ||| FLEEEEING.
269639 | D:5      | 269639 ||| FLEEEEING.
269655 | D:5      | 269655 ||| FLEEEEING.
269671 | D:5      | 269671 ||| FLEEEEING.
269687 | D:5      | 269687 ||| FLEEEEING.
269703 | D:5      | 269703 ||| FLEEEEING.
269719 | D:5      | 269719 ||| FLEEEEING.
269735 | D:5      | 269735 ||| FLEEEEING.
269751 | D:5      | 269751 ||| FLEEEEING.
269767 | D:5      | 269767 ||| FLEEEEING.
269778 | D:5      | Glimpsed the power of Zot.
269783 | D:5      | 269783 ||| FLEEEEING.
269799 | D:5      | 269799 ||| FLEEEEING.
269815 | D:5      | 269815 ||| FLEEEEING.
269831 | D:5      | 269831 ||| FLEEEEING.
269847 | D:5      | 269847 ||| FLEEEEING.
269863 | D:5      | 269863 ||| FLEEEEING.
269877 | D:5      | Touched by the power of Zot.
269878 | D:5      | Glimpsed the power of Zot.
269879 | D:5      | 269879 ||| FLEEEEING.
269895 | D:5      | 269895 ||| FLEEEEING.
269911 | D:5      | 269911 ||| FLEEEEING.
269927 | D:5      | 269927 ||| FLEEEEING.
269943 | D:5      | 269943 ||| FLEEEEING.
269959 | D:5      | 269959 ||| FLEEEEING.
269975 | D:5      | 269975 ||| FLEEEEING.
269991 | D:5      | 269991 ||| FLEEEEING.
270007 | D:5      | 270007 ||| FLEEEEING.
270023 | D:5      | 270023 ||| FLEEEEING.
270039 | D:5      | 270039 ||| FLEEEEING.
270055 | D:5      | 270055 ||| FLEEEEING.
270071 | D:5      | 270071 ||| FLEEEEING.
270087 | D:5      | 270087 ||| FLEEEEING.
270103 | D:5      | 270103 ||| FLEEEEING.
270119 | D:5      | 270119 ||| FLEEEEING.
270135 | D:5      | 270135 ||| FLEEEEING.
270151 | D:5      | 270151 ||| FLEEEEING.
270167 | D:5      | 270167 ||| FLEEEEING.
270183 | D:5      | 270183 ||| FLEEEEING.
270199 | D:5      | 270199 ||| FLEEEEING.
270215 | D:5      | 270215 ||| FLEEEEING.
270231 | D:5      | 270231 ||| FLEEEEING.
270247 | D:5      | 270247 ||| FLEEEEING.
270263 | D:5      | 270263 ||| FLEEEEING.
270279 | D:5      | 270279 ||| FLEEEEING.
270295 | D:5      | 270295 ||| FLEEEEING.
270311 | D:5      | 270311 ||| FLEEEEING.
270327 | D:5      | 270327 ||| FLEEEEING.
270343 | D:5      | 270343 ||| FLEEEEING.
270359 | D:5      | 270359 ||| FLEEEEING.
270375 | D:5      | 270375 ||| FLEEEEING.
270378 | D:5      | Glimpsed the power of Zot.
270391 | D:5      | 270391 ||| FLEEEEING.
270407 | D:5      | 270407 ||| FLEEEEING.
270423 | D:5      | 270423 ||| FLEEEEING.
270439 | D:5      | 270439 ||| FLEEEEING.
270455 | D:5      | 270455 ||| FLEEEEING.
270471 | D:5      | 270471 ||| FLEEEEING.
270487 | D:5      | 270487 ||| FLEEEEING.
270503 | D:5      | 270503 ||| FLEEEEING.
270519 | D:5      | 270519 ||| FLEEEEING.
270535 | D:5      | 270535 ||| FLEEEEING.
270551 | D:5      | 270551 ||| FLEEEEING.
270567 | D:5      | 270567 ||| FLEEEEING.
270583 | D:5      | 270583 ||| FLEEEEING.
270599 | D:5      | 270599 ||| FLEEEEING.
270615 | D:5      | 270615 ||| FLEEEEING.
270631 | D:5      | 270631 ||| FLEEEEING.
270647 | D:5      | 270647 ||| FLEEEEING.
270663 | D:5      | 270663 ||| FLEEEEING.
270679 | D:5      | 270679 ||| FLEEEEING.
270695 | D:5      | 270695 ||| FLEEEEING.
270711 | D:5      | 270711 ||| FLEEEEING.
270727 | D:5      | 270727 ||| FLEEEEING.
270743 | D:5      | 270743 ||| FLEEEEING.
270759 | D:5      | 270759 ||| FLEEEEING.
270775 | D:5      | 270775 ||| FLEEEEING.
270778 | D:5      | Glimpsed the power of Zot.
270791 | D:5      | 270791 ||| FLEEEEING.
270807 | D:5      | 270807 ||| FLEEEEING.
270823 | D:5      | 270823 ||| FLEEEEING.
270839 | D:5      | 270839 ||| FLEEEEING.
270855 | D:5      | 270855 ||| FLEEEEING.
270871 | D:5      | 270871 ||| FLEEEEING.
270877 | D:5      | Touched by the power of Zot.
270878 | D:5      | Glimpsed the power of Zot.
270887 | D:5      | 270887 ||| FLEEEEING.
270903 | D:5      | 270903 ||| FLEEEEING.
270919 | D:5      | 270919 ||| FLEEEEING.
270935 | D:5      | 270935 ||| FLEEEEING.
270951 | D:5      | 270951 ||| FLEEEEING.
270967 | D:5      | 270967 ||| FLEEEEING.
270983 | D:5      | 270983 ||| FLEEEEING.
270999 | D:5      | 270999 ||| FLEEEEING.
271015 | D:5      | 271015 ||| FLEEEEING.
271031 | D:5      | 271031 ||| FLEEEEING.
271047 | D:5      | 271047 ||| FLEEEEING.
271063 | D:5      | 271063 ||| FLEEEEING.
271079 | D:5      | 271079 ||| FLEEEEING.
271095 | D:5      | 271095 ||| FLEEEEING.
271111 | D:5      | 271111 ||| FLEEEEING.
271127 | D:5      | 271127 ||| FLEEEEING.
271143 | D:5      | 271143 ||| FLEEEEING.
271159 | D:5      | 271159 ||| FLEEEEING.
271175 | D:5      | 271175 ||| FLEEEEING.
271191 | D:5      | 271191 ||| FLEEEEING.
271207 | D:5      | 271207 ||| FLEEEEING.
271223 | D:5      | 271223 ||| FLEEEEING.
271239 | D:5      | 271239 ||| FLEEEEING.
271255 | D:5      | 271255 ||| FLEEEEING.
271271 | D:5      | 271271 ||| FLEEEEING.
271287 | D:5      | 271287 ||| FLEEEEING.
271303 | D:5      | 271303 ||| FLEEEEING.
271319 | D:5      | 271319 ||| FLEEEEING.
271335 | D:5      | 271335 ||| FLEEEEING.
271351 | D:5      | 271351 ||| FLEEEEING.
271367 | D:5      | 271367 ||| FLEEEEING.
271378 | D:5      | Glimpsed the power of Zot.
271383 | D:5      | 271383 ||| FLEEEEING.
271399 | D:5      | 271399 ||| FLEEEEING.
271415 | D:5      | 271415 ||| FLEEEEING.
271431 | D:5      | 271431 ||| FLEEEEING.
271447 | D:5      | 271447 ||| FLEEEEING.
271463 | D:5      | 271463 ||| FLEEEEING.
271479 | D:5      | 271479 ||| FLEEEEING.
271495 | D:5      | 271495 ||| FLEEEEING.
271511 | D:5      | 271511 ||| FLEEEEING.
271527 | D:5      | 271527 ||| FLEEEEING.
271543 | D:5      | 271543 ||| FLEEEEING.
271559 | D:5      | 271559 ||| FLEEEEING.
271575 | D:5      | 271575 ||| FLEEEEING.
271591 | D:5      | 271591 ||| FLEEEEING.
271594 | D:5      | Upgraded the game from 0.30-a0-149-g7f746667c4 to
                  | 0.30-a0-154-gb106f4c828
271594 | D:5      | 271594 ||| PLANNING OKAWARU WORSHIP
271598 | D:5      | 271598 ||| FLEEEEING.
271606 | D:5      | 271606 ||| STAIRDANCE
271618 | D:5      | 271618 ||| FLEEEEING.
271626 | D:5      | 271626 ||| STAIRDANCE
271638 | D:5      | 271638 ||| FLEEEEING.
271646 | D:5      | 271646 ||| STAIRDANCE
271658 | D:5      | 271658 ||| FLEEEEING.
271666 | D:5      | 271666 ||| STAIRDANCE
271678 | D:5      | 271678 ||| FLEEEEING.
271686 | D:5      | 271686 ||| STAIRDANCE
271698 | D:5      | 271698 ||| FLEEEEING.
271706 | D:5      | 271706 ||| STAIRDANCE
271718 | D:5      | 271718 ||| FLEEEEING.
271726 | D:5      | 271726 ||| STAIRDANCE
271738 | D:5      | 271738 ||| FLEEEEING.
271746 | D:5      | 271746 ||| STAIRDANCE
271758 | D:5      | 271758 ||| FLEEEEING.
271766 | D:5      | 271766 ||| STAIRDANCE
271769 | D:5      | Glimpsed the power of Zot.
271770 | D:5      | 271770 ||| STAIRDANCE
271782 | D:5      | 271782 ||| FLEEEEING.
271790 | D:5      | 271790 ||| STAIRDANCE
271802 | D:5      | 271802 ||| FLEEEEING.
271810 | D:5      | 271810 ||| STAIRDANCE
271822 | D:5      | 271822 ||| FLEEEEING.
271830 | D:5      | 271830 ||| STAIRDANCE
271842 | D:5      | 271842 ||| FLEEEEING.
271850 | D:5      | 271850 ||| STAIRDANCE
271862 | D:5      | 271862 ||| FLEEEEING.
271863 | D:5      | Touched by the power of Zot.
271864 | D:5      | Glimpsed the power of Zot.
271870 | D:5      | 271870 ||| STAIRDANCE
271882 | D:5      | 271882 ||| FLEEEEING.
271890 | D:5      | 271890 ||| STAIRDANCE
271902 | D:5      | 271902 ||| FLEEEEING.
271910 | D:5      | 271910 ||| STAIRDANCE
271922 | D:5      | 271922 ||| FLEEEEING.
271930 | D:5      | 271930 ||| STAIRDANCE
271942 | D:5      | 271942 ||| FLEEEEING.
271950 | D:5      | 271950 ||| STAIRDANCE
271962 | D:5      | 271962 ||| FLEEEEING.
271970 | D:5      | 271970 ||| STAIRDANCE
271982 | D:5      | 271982 ||| FLEEEEING.
271998 | D:5      | 271998 ||| FLEEEEING.
272014 | D:5      | 272014 ||| FLEEEEING.
272030 | D:5      | 272030 ||| FLEEEEING.
272046 | D:5      | 272046 ||| FLEEEEING.
272062 | D:5      | 272062 ||| FLEEEEING.
272078 | D:5      | 272078 ||| FLEEEEING.
272094 | D:5      | 272094 ||| FLEEEEING.
272110 | D:5      | 272110 ||| FLEEEEING.
272126 | D:5      | 272126 ||| FLEEEEING.
272142 | D:5      | 272142 ||| FLEEEEING.
272158 | D:5      | 272158 ||| FLEEEEING.
272174 | D:5      | 272174 ||| FLEEEEING.
272190 | D:5      | 272190 ||| FLEEEEING.
272206 | D:5      | 272206 ||| FLEEEEING.
272222 | D:5      | 272222 ||| FLEEEEING.
272238 | D:5      | 272238 ||| FLEEEEING.
272254 | D:5      | 272254 ||| FLEEEEING.
272270 | D:5      | 272270 ||| FLEEEEING.
272286 | D:5      | 272286 ||| FLEEEEING.
272302 | D:5      | 272302 ||| FLEEEEING.
272318 | D:5      | 272318 ||| FLEEEEING.
272334 | D:5      | 272334 ||| FLEEEEING.
272350 | D:5      | 272350 ||| FLEEEEING.
272358 | D:5      | Glimpsed the power of Zot.
272368 | D:5      | 272368 ||| FLEEEEING.
272384 | D:5      | 272384 ||| FLEEEEING.
272400 | D:5      | 272400 ||| FLEEEEING.
272416 | D:5      | 272416 ||| FLEEEEING.
272432 | D:5      | 272432 ||| FLEEEEING.
272448 | D:5      | 272448 ||| FLEEEEING.
272464 | D:5      | 272464 ||| FLEEEEING.
272480 | D:5      | 272480 ||| FLEEEEING.
272496 | D:5      | 272496 ||| FLEEEEING.
272512 | D:5      | 272512 ||| FLEEEEING.
272528 | D:5      | 272528 ||| FLEEEEING.
272544 | D:5      | 272544 ||| FLEEEEING.
272560 | D:5      | 272560 ||| FLEEEEING.
272576 | D:5      | 272576 ||| FLEEEEING.
272592 | D:5      | 272592 ||| FLEEEEING.
272608 | D:5      | 272608 ||| FLEEEEING.
272624 | D:5      | 272624 ||| FLEEEEING.
272640 | D:5      | 272640 ||| FLEEEEING.
272656 | D:5      | 272656 ||| FLEEEEING.
272672 | D:5      | 272672 ||| FLEEEEING.
272688 | D:5      | 272688 ||| FLEEEEING.
272704 | D:5      | 272704 ||| FLEEEEING.
272720 | D:5      | 272720 ||| FLEEEEING.
272736 | D:5      | 272736 ||| FLEEEEING.
272752 | D:5      | 272752 ||| FLEEEEING.
272758 | D:5      | Glimpsed the power of Zot.
272768 | D:5      | 272768 ||| FLEEEEING.
272784 | D:5      | 272784 ||| FLEEEEING.
272800 | D:5      | 272800 ||| FLEEEEING.
272816 | D:5      | 272816 ||| FLEEEEING.
272832 | D:5      | 272832 ||| FLEEEEING.
272848 | D:5      | 272848 ||| FLEEEEING.
272857 | D:5      | Touched by the power of Zot.
272858 | D:5      | Glimpsed the power of Zot.
272864 | D:5      | 272864 ||| FLEEEEING.
272880 | D:5      | 272880 ||| FLEEEEING.
272896 | D:5      | 272896 ||| FLEEEEING.
272912 | D:5      | 272912 ||| FLEEEEING.
272928 | D:5      | 272928 ||| FLEEEEING.
272944 | D:5      | 272944 ||| FLEEEEING.
272960 | D:5      | 272960 ||| FLEEEEING.
272976 | D:5      | 272976 ||| FLEEEEING.
272992 | D:5      | 272992 ||| FLEEEEING.
273008 | D:5      | 273008 ||| FLEEEEING.
273024 | D:5      | 273024 ||| FLEEEEING.
273040 | D:5      | 273040 ||| FLEEEEING.
273056 | D:5      | 273056 ||| FLEEEEING.
273072 | D:5      | 273072 ||| FLEEEEING.
273088 | D:5      | 273088 ||| FLEEEEING.
273104 | D:5      | 273104 ||| FLEEEEING.
273120 | D:5      | 273120 ||| FLEEEEING.
273136 | D:5      | 273136 ||| FLEEEEING.
273152 | D:5      | 273152 ||| FLEEEEING.
273168 | D:5      | 273168 ||| FLEEEEING.
273184 | D:5      | 273184 ||| FLEEEEING.
273200 | D:5      | 273200 ||| FLEEEEING.
273216 | D:5      | 273216 ||| FLEEEEING.
273232 | D:5      | 273232 ||| FLEEEEING.
273248 | D:5      | 273248 ||| FLEEEEING.
273264 | D:5      | 273264 ||| FLEEEEING.
273280 | D:5      | 273280 ||| FLEEEEING.
273296 | D:5      | 273296 ||| FLEEEEING.
273312 | D:5      | 273312 ||| FLEEEEING.
273328 | D:5      | 273328 ||| FLEEEEING.
273344 | D:5      | 273344 ||| FLEEEEING.
273358 | D:5      | Glimpsed the power of Zot.
273360 | D:5      | 273360 ||| FLEEEEING.
273376 | D:5      | 273376 ||| FLEEEEING.
273392 | D:5      | 273392 ||| FLEEEEING.
273408 | D:5      | 273408 ||| FLEEEEING.
273424 | D:5      | 273424 ||| FLEEEEING.
273440 | D:5      | 273440 ||| FLEEEEING.
273456 | D:5      | 273456 ||| FLEEEEING.
273472 | D:5      | 273472 ||| FLEEEEING.
273488 | D:5      | 273488 ||| FLEEEEING.
273504 | D:5      | 273504 ||| FLEEEEING.
273520 | D:5      | 273520 ||| FLEEEEING.
273536 | D:5      | 273536 ||| FLEEEEING.
273552 | D:5      | 273552 ||| FLEEEEING.
273568 | D:5      | 273568 ||| FLEEEEING.
273584 | D:5      | 273584 ||| FLEEEEING.
273600 | D:5      | 273600 ||| FLEEEEING.
273616 | D:5      | 273616 ||| FLEEEEING.
273632 | D:5      | 273632 ||| FLEEEEING.
273648 | D:5      | 273648 ||| FLEEEEING.
273664 | D:5      | 273664 ||| FLEEEEING.
273680 | D:5      | 273680 ||| FLEEEEING.
273696 | D:5      | 273696 ||| FLEEEEING.
273712 | D:5      | 273712 ||| FLEEEEING.
273728 | D:5      | 273728 ||| FLEEEEING.
273744 | D:5      | 273744 ||| FLEEEEING.
273758 | D:5      | Glimpsed the power of Zot.
273760 | D:5      | 273760 ||| FLEEEEING.
273776 | D:5      | 273776 ||| FLEEEEING.
273792 | D:5      | 273792 ||| FLEEEEING.
273808 | D:5      | 273808 ||| FLEEEEING.
273824 | D:5      | 273824 ||| FLEEEEING.
273824 | D:5      | 273824 ||| PLANNING OKAWARU WORSHIP
273825 | D:5      | 273825 ||| FLEEEEING.
273833 | D:5      | 273833 ||| STAIRDANCE
273845 | D:5      | 273845 ||| FLEEEEING.
273853 | D:5      | 273853 ||| STAIRDANCE
273856 | D:5      | Touched by the power of Zot.
273857 | D:5      | 273857 ||| STAIRDANCE
273857 | D:5      | Glimpsed the power of Zot.
273869 | D:5      | 273869 ||| FLEEEEING.
273872 | D:5      | 273872 ||| PLANNING OKAWARU WORSHIP
273872 | D:5      | Quit the game

Levels and vault maps discovered:
D:1:      scummos_arrival_forest, layout_basic, serial_curves, eino_curves_03,
          eino_curves_02, serial_shops, shop, dreamdust_ecumenical_altar_grove
D:2:      layout_loops_ring, basic_altar, uniq_robin
D:3:      layout_basic, mainiacjoe_overflow_big_doors, serial_glass,
          glass_columns_b, glass_columns_a, serial_shops,
          nicolae_shop_overgrown_old_shop
D:4:      layout_layer_cave, kennysheep_orc_sif_temple,
          nicolae_uskayaw_dance_hall, hangedman_decor_push,
          nicolae_figureground_sparkle
D:5:      layout_loops_corners, kennysheep_little_box,
          kennysheep_okawaru_gauntlet

Skill      XL: |  1  2  3  4  5  6  7 |
---------------+----------------------+-----
Axes           | 2 3 4 5 6 7 |  7.9
Dodging        | 1 |  1.0
Fighting       | 4 5 |  5.3
Armour         | |  3.2
Shields        | |  3.2

Action                   |  1- 3 |  4- 6 |  7- 9 || total
-------------------------+-------+-------+-------++-------
Melee: War axe           |    92 |   147 |    77 ||   316
  Use: Scroll            |     5 |     6 |     2 ||    13
       Potion            |       |     1 |     1 ||     2
Armor: Scale mail        |    41 |    39 |       ||    80
       Chain mail        |       |    55 |    51 ||   106
Dodge: Dodged            |    34 |    53 |    19 ||   106
Block: Buckler           |    23 |    23 |    21 ||    67

Table legend:
 A = Non-vault XP
 B = Vault XP
 C = Vault XP percentage of total XP
 D = Non-vault monster count
 E = Vault monster count
 F = Vault count percentage of total count
                 A         B        C        D         E       F
            +---------+---------+-------+---------+---------+-------
      Total |    1413 |     113 |   7.4 |      92 |      16 |  14.8
            +---------+---------+-------+---------+---------+-------
        D:1 |      40 |       0 |   0.0 |      22 |       0 |   0.0
        D:2 |      24 |      39 |  61.9 |      12 |      13 |  52.0
        D:3 |     334 |       0 |   0.0 |      31 |       0 |   0.0
        D:4 |     506 |      74 |  12.8 |      21 |       3 |  12.5
        D:5 |     509 |       0 |   0.0 |       6 |       0 |   0.0
            +---------+---------+-------+---------+---------+-------
